 Dungeon Crawl Stone Soup version 0.29.0-4-gdea44cf6ec (webtiles) character file.

Game seed: 14271910795299746135

15810 qw the Brawler (level 12, 0/1 (118) HPs)
             Began as a Troll Cinder Acolyte on Aug 30, 2022.
             Was an Initiate of Ignis.
             Slain by a goblin
             ... wielding a +0 spear
              (1 damage)
             ... on level 5 of the Dungeon.
             The game lasted 01:29:43 (37707 turns).

qw the Brawler (Troll Cinder Acolyte)              Turns: 37707, Time: 01:29:44

HP:   0/1 (118)     AC: 13    Str: 29    XL:     12   Next: 4%
MP:   0/12          EV:  8    Int: 10    God:    Ignis [......]
Gold: 637           SH:  0    Dex:  5    Spells: 13/13 levels left

rFire   + . .      SeeInvis .     - Unarmed
rCold   . . .      Faith    .   (no shield)
rNeg    . . .      Spirit   +   n - +3 swamp dragon scales
rPois   +          Reflect  .   o - +1 hat
rElec   .          Harm     .   (no cloak)
rCorr   .          Rampage  .   (gloves unavailable)
Will    +....                   (boots unavailable)
Stlth   ..........              a - amulet of guardian spirit
HPRegen 0.80/turn               j - +4 ring of slaying {mikee}
MPRegen 0.13/turn               k - ring of willpower

@: extremely drained, bezotted and risking death
A: large, unfitting armour, claws 3, regeneration 1, shaggy fur 1, tough skin 1
a: Renounce Religion, Rising Flame


You were on level 5 of the Dungeon.
You worshipped Ignis.
Ignis was noncommittal.
You visited 2 branches of the dungeon, and saw 10 of its levels.
You also visited: Sewer.

You collected 753 gold pieces.
You spent 116 gold pieces at shops.


Innate Abilities, Weirdness & Mutations

You are too large for most types of armour.
You have claws for hands.
Your natural rate of healing is unusually fast.
You are covered in fur. (AC +1)
You have tough skin. (AC +1)


   Skills:
 - Level 7.0 Fighting
 + Level 6.3 Throwing
 - Level 3.0 Armour
 - Level 1.2 Dodging
 - Level 16.2 Unarmed Combat
 - Level 1.0 Spellcasting
 - Level 2.1 Fire Magic


You had 13 spell levels left.
You didn't know any spells.
Your spell library contained the following spells:

 Spells                   Type           Power      Damage    Failure   Level
 Scorch                   Fire           8%         2d5       30%         2

Inventory:

Missiles
 l - 6 boomerangs
 p - 3 javelins (quivered)
 r - 2 large rocks
Armour
 n - +3 swamp dragon scales (worn)
 o - a +1 hat (worn)
Jewellery
 a - an amulet of guardian spirit (around neck)
 g - an amulet of regeneration
 h - a ring of poison resistance
 j - a +4 ring of slaying (left claw) {mikee}
 k - a ring of willpower (right claw)
 Y - a ring of resist corrosion
Scrolls
 e - a scroll of enchant weapon
 f - a scroll of identify
Potions
 b - 3 potions of heal wounds
 c - 5 potions of curing
 d - 3 potions of mutation
 i - 2 potions of haste
 m - a potion of might
 q - a potion of lignification {unknown}

Dungeon Overview and Level Annotations

Branches:
Dungeon (9/15) Zot: 885! Temple (0/1) D:6 Lair (1/5) D:9 Orc (0/2) D:9 Sewer (visited) You are so drained that the power of Zot will kill you!

Altars:
Ashenzari
Elyvilon
Gozag
Hepliaklqana
Kikubaaqudgha
Okawaru
Qazlal
Ru
Wu Jian
Xom
Yredelemnul
Zin
The Shining One

Shops:
D:2 *   D:7 [


Message History

37670 ||| Stepping ~*~*~tactically~*~*~ (outnumbered).
The goblin completely misses you.
37672 ||| Stepping ~*~*~tactically~*~*~ (outnumbered).
The goblin hits you from afar with a +0 spear.
37674 ||| Stepping ~*~*~tactically~*~*~ (outnumbered).
The goblin closely misses you.
37676 ||| Stepping ~*~*~tactically~*~*~ (outnumbered).
The goblin closely misses you.
37678 ||| Stepping ~*~*~tactically~*~*~ (outnumbered).
The goblin hits you but does no damage.
37680 ||| Stepping ~*~*~tactically~*~*~ (outnumbered).
The goblin hits you from afar with a +0 spear.
37682 ||| Stepping ~*~*~tactically~*~*~ (outnumbered).
The goblin barely misses you.
37684 ||| Stepping ~*~*~tactically~*~*~ (outnumbered).
The goblin hits you but does no damage.
37686 ||| Stepping ~*~*~tactically~*~*~ (outnumbered).
The goblin barely misses you.
37688 ||| Stepping ~*~*~tactically~*~*~ (outnumbered).
The goblin hits you from afar with a +0 spear.
37690 ||| Stepping ~*~*~tactically~*~*~ (outnumbered).
The goblin closely misses you.
37692 ||| Stepping ~*~*~tactically~*~*~ (outnumbered).
The goblin closely misses you.
37694 ||| Stepping ~*~*~tactically~*~*~ (outnumbered).
The goblin barely misses you.
37696 ||| Stepping ~*~*~tactically~*~*~ (outnumbered).
The goblin hits you but does no damage.
37698 ||| Stepping ~*~*~tactically~*~*~ (outnumbered).
The goblin hits you but does no damage.
37700 ||| Stepping ~*~*~tactically~*~*~ (outnumbered).
The goblin hits you but does no damage.
37702 ||| Stepping ~*~*~tactically~*~*~ (outnumbered).
The goblin hits you from afar with a +0 spear.
37704 ||| Stepping ~*~*~tactically~*~*~ (outnumbered).
The goblin hits you but does no damage.
37706 ||| Stepping ~*~*~tactically~*~*~ (outnumbered).
The goblin hits you from afar with a +0 spear.
Ouch! That really hurt!
You die...

..........~~.....~~...........##.
..........##~~~~~##........#...[.
##........##~~~~~##............#.
##......#...............#....#.#[
##..........#...........#......##
##..........####.....####........
.....##.....####.[...#####......#
....['.........+.................
.....#......####@#######.........
.....#...[.......~g~...#.........
.....#...........~~~.8.#.........
.!...#..............8_8#.........
.....#...........~~~.8.#.........
.....#...........~g~...#.....##..
.....#...........##############..
.....#...#####.....# ###
######..##...#######


You could see 2 goblins.

Vanquished Creatures
  Gastronok (D:8)
  3 hydras (Lair:1)
  A two-headed ogre (D:5)
  A death yak (Lair:1)
  Pikel (D:9)
  A black mamba (Lair:1)
  Maggie (D:8)
  2 cane toads (Lair:1)
  A kobold demonologist (D:9)
  A rime drake (Lair:1)
  5 komodo dragons
  A troll (D:9)
  Prince Ribbit (D:9)
  A polar bear (Lair:1)
  5 blink frogs (Lair:1)
  Sigmund (D:5)
  A wraith (D:9)
  A wyvern (Lair:1)
  A yak (Lair:1)
  A basilisk (D:9)
  Edmund (D:4)
  6 water moccasins
  4 orc warriors
  Pargi (Sewer)
  2 sky beasts (D:7)
  A black bear (D:4)
  2 ice beasts
  An ogre (D:5)
  3 centaurs
  2 lemures (D:9)
  2 phantoms
  A kobold brigand (D:8)
  2 necrophages (D:5)
  3 bullfrogs
  2 gnoll sergeants (D:5)
  A wyvern zombie (D:6)
  5 scorpions
  18 wights
  2 water moccasin zombies (D:6)
  6 killer bees
  7 howler monkeys
  2 bullfrog zombies (D:6)
  A centaur zombie (D:6)
  A jelly (D:8)
  6 hounds
  2 gnoll boudas
  A human zombie (D:6)
  5 orc priests
  Terence (D:2)
  8 orc wizards
  7 iguanas
  A killer bee zombie (D:6)
  Robin (D:2)
  31 gnolls
  A river rat (D:5)
  9 adders
  4 white imps
  3 ufetubi (D:5)
  6 worms
  7 dart slugs
  38 orcs
  6 ball pythons
  8 endoplasms
  4 giant cockroaches
  21 goblins
  7 hobgoblins
  11 jackals
  7 quokkas
  7 bats
  3 frilled lizards (D:3)
  15 kobolds
  3 rats
  A spectral orc (D:4)
331 creatures vanquished.

Vanquished Creatures (others)
  2 demonic plants (D:5)
  A fungus (Lair:1)
  11 plants
14 creatures vanquished.

Grand Total: 345 creatures vanquished

Notes
Turn   | Place    | Note
-------+----------+-------------------------------------------
     0 | D:1      | qw the Troll Cinder Acolyte began the quest for the Orb.
     0 | D:1      | Reached XP level 1. HP: 22/22 MP: 1/1
     0 | D:1      | 0 ||| qw: Version: 0.1-a-95-gae9e614
     0 | D:1      | 0 ||| qw: Game counter: 4454
     0 | D:1      | 0 ||| qw: Always use a shield: true
     0 | D:1      | 0 ||| qw: God list: Okawaru
     0 | D:1      | 0 ||| qw: Allow faded altars: false
     0 | D:1      | 0 ||| qw: Do Orc after D:15 true
     0 | D:1      | 0 ||| qw: Do second Lair branch before Depths: true
     0 | D:1      | 0 ||| qw: Lair rune preference: random
     0 | D:1      | 0 ||| qw: Plans: Normal
     0 | D:1      | 0 ||| PLANNING D:1-11
    84 | D:1      | 84 ||| Stepping ~*~*~tactically~*~*~ (hiding).
    91 | D:1      | Reached XP level 2. HP: 27/29 MP: 2/2
   275 | D:1      | 275 ||| Stepping ~*~*~tactically~*~*~ (stealth).
   294 | D:1      | 294 ||| Stepping ~*~*~tactically~*~*~ (stealth).
   374 | D:1      | 374 ||| Stepping ~*~*~tactically~*~*~ (stealth).
   387 | D:1      | Reached skill level 4 in Unarmed Combat
   440 | D:1      | 440 ||| Stepping ~*~*~tactically~*~*~ (outnumbered).
   443 | D:1      | 443 ||| Stepping ~*~*~tactically~*~*~ (outnumbered).
   498 | D:1      | Reached XP level 3. HP: 30/36 MP: 3/3
   590 | D:1      | 590 ||| UPGRADING to ring of resist corrosion.
   591 | D:1      | 591 ||| UPGRADING to ring of poison resistance.
   592 | D:1      | 592 ||| READING scroll labelled FYEMETR FIDO.
   593 | D:1      | 593 ||| READING 2 scrolls labelled DIEZ ZEOGANLU.
   594 | D:1      | 594 ||| READING scroll labelled CIHICR BUTAEW.
   595 | D:1      | 595 ||| READING scroll labelled BOLUCOERR ADUA.
   596 | D:1      | 596 ||| READING scroll labelled YHAMAN YGIXOA.
   597 | D:1      | 597 ||| DRINKING 2 dark potions.
   756 | D:2      | Noticed Terence
   767 | D:2      | 767 ||| INVOKING Fiery Armour.
   769 | D:2      | Killed Terence
   831 | D:2      | Reached XP level 4. HP: 44/44 MP: 4/4
   836 | D:2      | 836 ||| Stepping ~*~*~tactically~*~*~ (hiding).
   840 | D:2      | Reached skill level 5 in Unarmed Combat
   995 | D:2      | Found Nimesi's General Store.
  1003 | D:2      | 1003 ||| BUYING scroll of identify (20 gold).
  1003 | D:2      | Bought a scroll of identify for 20 gold pieces
  1117 | D:2      | Noticed Robin
  1119 | D:2      | 1119 ||| INVOKING Fiery Armour.
  1134 | D:2      | Killed Robin
  1135 | D:2      | Reached XP level 5. HP: 47/50 MP: 5/5
  1135 | D:2      | 1135 ||| Stepping ~*~*~tactically~*~*~ (outnumbered).
  1136 | D:2      | 1136 ||| FLEEEEING.
  1137 | D:2      | 1137 ||| FLEEEEING.
  1138 | D:2      | 1138 ||| FLEEEEING.
  1282 | D:2      | Found a faded altar of an unknown god.
  1542 | D:2      | 1542 ||| UPGRADING to +2 robe of cold resistance.
  1552 | D:2      | 1552 ||| DROPPING +0 robe.
  1553 | D:2      | 1553 ||| UPGRADING to ring of willpower.
  1555 | D:2      | 1555 ||| READING scroll labelled PIORAZ DYPNAET.
  1556 | D:2      | 1556 ||| READING 4 scrolls of identify.
  1556 | D:2      | 1556 ||| IDENTIFYING fizzy puce potion
  1557 | D:2      | 1557 ||| READING 3 scrolls of identify.
  1557 | D:2      | 1557 ||| IDENTIFYING yellow potion
  1558 | D:2      | 1558 ||| READING 2 scrolls of identify.
  1558 | D:2      | 1558 ||| IDENTIFYING green potion
  1559 | D:2      | 1559 ||| DROPPING potion of degeneration.
  1634 | D:3      | 1634 ||| Stepping ~*~*~tactically~*~*~ (hiding).
  1787 | D:3      | Reached skill level 6 in Unarmed Combat
  1852 | D:3      | Found a hazy altar of Hepliaklqana.
  2045 | D:3      | Found an opulent altar of Gozag.
  2337 | D:3      | 2337 ||| Stepping ~*~*~tactically~*~*~ (stealth).
  2349 | D:3      | 2349 ||| INVOKING Fiery Armour.
  2389 | D:3      | 2389 ||| Stepping ~*~*~tactically~*~*~ (outnumbered).
  2412 | D:3      | 2412 ||| READING scroll labelled HAHUIF LIPTU.
  2413 | D:3      | 2413 ||| READING 2 scrolls labelled DIPTUT YCZOIB.
  2426 | D:3      | 2426 ||| READING scroll labelled BIDOGONLIA.
  2427 | D:3      | 2427 ||| READING 3 scrolls of identify.
  2427 | D:3      | 2427 ||| IDENTIFYING orange potion
  2450 | D:4      | 2450 ||| Stepping ~*~*~tactically~*~*~ (outnumbered).
  2451 | D:4      | 2451 ||| Stepping ~*~*~tactically~*~*~ (hiding).
  2560 | D:4      | Noticed a black bear
  2566 | D:4      | Killed a black bear
  2567 | D:4      | Reached skill level 7 in Unarmed Combat
  2567 | D:4      | Reached XP level 6. HP: 46/59 MP: 6/6
  2605 | D:4      | Noticed Edmund
  2621 | D:4      | 2621 ||| INVOKING Fiery Armour.
  2622 | D:4      | Killed Edmund
  2882 | D:4      | Found a glowing golden altar of the Shining One.
  2895 | D:4      | Identified the +0 pair of boots "Neheatho" {rC+ Will+ Int+7
                  | Dex-2}
  2950 | D:4      | Reached skill level 8 in Unarmed Combat
  2950 | D:4      | Reached XP level 7. HP: 59/66 MP: 7/7
  3055 | D:4      | Found a basalt altar of Yredelemnul.
  3357 | D:4      | Reached skill level 3 in Fighting
  3431 | D:4      | 3431 ||| Stepping ~*~*~tactically~*~*~ (stealth).
  3522 | D:4      | 3522 ||| DRINKING 2 inky potions.
  3523 | D:4      | 3523 ||| READING 3 scrolls of identify.
  3523 | D:4      | 3523 ||| IDENTIFYING fizzy clear potion
  3524 | D:4      | 3524 ||| READING 2 scrolls of identify.
  3524 | D:4      | 3524 ||| IDENTIFYING silvery potion
  3525 | D:4      | 3525 ||| DROPPING potion of attraction.
  3526 | D:4      | 3526 ||| DROPPING potion of flight.
  3551 | D:5      | Entered Level 5 of the Dungeon
  3552 | D:5      | 3552 ||| PLANNING SEWER
  3562 | D:5      | 3562 ||| FLEEEEING.
  3563 | D:5      | 3563 ||| STAIRDANCE
  3594 | D:5      | 3594 ||| Stepping ~*~*~tactically~*~*~ (hiding).
  3663 | D:5      | 3663 ||| Stepping ~*~*~tactically~*~*~ (stealth).
  3722 | D:5      | 3722 ||| INVOKING Fiery Armour.
  3724 | D:5      | 3724 ||| Stepping ~*~*~tactically~*~*~ (outnumbered).
  3725 | D:5      | 3725 ||| Stepping ~*~*~tactically~*~*~ (outnumbered).
  3726 | D:5      | 3726 ||| Stepping ~*~*~tactically~*~*~ (outnumbered).
  3727 | D:5      | 3727 ||| Stepping ~*~*~tactically~*~*~ (outnumbered).
  3728 | D:5      | 3728 ||| Stepping ~*~*~tactically~*~*~ (outnumbered).
  3729 | D:5      | 3729 ||| Stepping ~*~*~tactically~*~*~ (outnumbered).
  3730 | D:5      | 3730 ||| Stepping ~*~*~tactically~*~*~ (outnumbered).
  3733 | D:5      | 3733 ||| Stepping ~*~*~tactically~*~*~ (outnumbered).
  3742 | D:5      | Reached skill level 9 in Unarmed Combat
  3808 | D:5      | Reached skill level 1 in Throwing
  3813 | D:5      | Reached skill level 1 in Dodging
  3816 | D:5      | Reached XP level 8. HP: 44/75 MP: 8/8
  3861 | D:5      | 3861 ||| INVOKING Fiery Armour.
  3874 | D:5      | 3874 ||| Stepping ~*~*~tactically~*~*~ (stealth).
  3907 | D:5      | Noticed Sigmund
  3908 | D:5      | 3908 ||| Stepping ~*~*~tactically~*~*~ (hiding).
  3919 | D:5      | Killed Sigmund
  3920 | D:5      | Reached skill level 10 in Unarmed Combat
  3957 | D:5      | 3957 ||| Stepping ~*~*~tactically~*~*~ (hiding).
  4041 | D:5      | 4041 ||| READING scroll labelled XUAJAFA HYCSOA.
  4042 | D:5      | 4042 ||| READING 4 scrolls of teleportation.
  4070 | D:5      | 4070 ||| Stepping ~*~*~tactically~*~*~ (stealth).
  4088 | D:5      | Found a glowing drain.
  4097 | Sewer    | Entered a sewer
  4104 | Sewer    | 4104 ||| Stepping ~*~*~tactically~*~*~ (stealth).
  4135 | Sewer    | Noticed Pargi
  4147 | Sewer    | Killed Pargi
  4215 | Sewer    | 4215 ||| READING scroll labelled UNLEPTEIRCH.
  4232 | D:5      | 4232 ||| PLANNING D:1-11
  4355 | D:5      | Found an iron altar of Okawaru.
  4398 | D:5      | 4398 ||| Stepping ~*~*~tactically~*~*~ (outnumbered).
  4402 | D:5      | 4402 ||| Stepping ~*~*~tactically~*~*~ (stealth).
  4409 | D:5      | 4409 ||| FLEEEEING.
  4410 | D:5      | 4410 ||| FLEEEEING.
  4606 | D:5      | 4606 ||| READING 3 scrolls of teleportation.
  4670 | D:5      | 4670 ||| READING 2 scrolls of teleportation.
  4706 | D:5      | 4706 ||| READING scroll of teleportation.
  4727 | D:5      | 4727 ||| Stepping randomly (stuck).
  4728 | D:5      | 4728 ||| Stepping randomly (stuck).
  4729 | D:5      | 4729 ||| Stepping randomly (stuck).
  4731 | D:5      | 4731 ||| Stepping randomly (stuck).
  4775 | D:5      | Found the +8 storm bow {elec, penet}
  4775 | D:5      | Noticed a two-headed ogre
  4779 | D:5      | 4779 ||| INVOKING Fiery Armour.
  4780 | D:5      | HP: 16/79 [two-headed ogre/+0 giant club (5)]
  4781 | D:5      | 4781 ||| DRINKING potion of heal wounds.
  4781 | D:5      | HP: 6/79 [two-headed ogre/+0 giant club (19)]
  4783 | D:5      | Killed a two-headed ogre
  4784 | D:5      | Reached skill level 11 in Unarmed Combat
  4784 | D:5      | Reached XP level 9. HP: 8/85 MP: 9/9
  4919 | D:5      | Reached skill level 12 in Unarmed Combat
  4945 | D:5      | 4945 ||| Stepping ~*~*~tactically~*~*~ (hiding).
  4989 | D:5      | 4989 ||| Stepping ~*~*~tactically~*~*~ (stealth).
  4992 | D:5      | 4992 ||| Stepping ~*~*~tactically~*~*~ (stealth).
  5014 | D:5      | Identified the +1 plate armour "Yfosim" {Str+4 Dex+3
                  | Stlth+}
  5018 | D:5      | 5018 ||| Stepping ~*~*~tactically~*~*~ (stealth).
  5033 | D:5      | 5033 ||| READING 4 scrolls of identify.
  5033 | D:5      | 5033 ||| IDENTIFYING murky green potion
  5034 | D:5      | 5034 ||| DROPPING potion of invisibility.
  5125 | D:6      | 5125 ||| Stepping ~*~*~tactically~*~*~ (outnumbered).
  5126 | D:6      | 5126 ||| Stepping ~*~*~tactically~*~*~ (outnumbered).
  5127 | D:6      | 5127 ||| Stepping ~*~*~tactically~*~*~ (outnumbered).
  5128 | D:6      | 5128 ||| Stepping ~*~*~tactically~*~*~ (outnumbered).
  5129 | D:6      | 5129 ||| Stepping ~*~*~tactically~*~*~ (outnumbered).
  5130 | D:6      | 5130 ||| Stepping ~*~*~tactically~*~*~ (outnumbered).
  5131 | D:6      | 5131 ||| Stepping ~*~*~tactically~*~*~ (outnumbered).
  5132 | D:6      | 5132 ||| Stepping ~*~*~tactically~*~*~ (outnumbered).
  5138 | D:6      | 5138 ||| INVOKING Fiery Armour.
  5377 | D:6      | 5377 ||| Stepping ~*~*~tactically~*~*~ (hiding).
  5403 | D:6      | Found a glowing silver altar of Zin.
  5464 | D:6      | 5464 ||| Stepping ~*~*~tactically~*~*~ (outnumbered).
  5465 | D:6      | 5465 ||| Stepping ~*~*~tactically~*~*~ (outnumbered).
  5468 | D:6      | 5468 ||| Stepping ~*~*~tactically~*~*~ (outnumbered).
  5469 | D:6      | 5469 ||| Stepping ~*~*~tactically~*~*~ (outnumbered).
  5470 | D:6      | 5470 ||| Stepping ~*~*~tactically~*~*~ (outnumbered).
  5471 | D:6      | 5471 ||| Stepping ~*~*~tactically~*~*~ (outnumbered).
  5471 | D:6      | Found a staircase to the Ecumenical Temple.
  5472 | D:6      | 5472 ||| Stepping ~*~*~tactically~*~*~ (outnumbered).
  5473 | D:6      | 5473 ||| Stepping ~*~*~tactically~*~*~ (stealth).
  5475 | D:6      | 5475 ||| Stepping ~*~*~tactically~*~*~ (outnumbered).
  5477 | D:6      | 5477 ||| Stepping ~*~*~tactically~*~*~ (outnumbered).
  5478 | D:6      | 5478 ||| Stepping ~*~*~tactically~*~*~ (outnumbered).
  5479 | D:6      | 5479 ||| Stepping ~*~*~tactically~*~*~ (outnumbered).
  5483 | D:6      | 5483 ||| Stepping ~*~*~tactically~*~*~ (outnumbered).
  5485 | D:6      | 5485 ||| Stepping ~*~*~tactically~*~*~ (outnumbered).
  5486 | D:6      | 5486 ||| Stepping ~*~*~tactically~*~*~ (outnumbered).
  5488 | D:6      | 5488 ||| Stepping ~*~*~tactically~*~*~ (outnumbered).
  5491 | D:6      | 5491 ||| Stepping ~*~*~tactically~*~*~ (outnumbered).
  5566 | D:6      | Reached skill level 13 in Unarmed Combat
  5941 | D:6      | Found an ancient bone altar of Kikubaaqudgha.
  5976 | D:6      | Reached XP level 10. HP: 95/96 MP: 10/10
  6063 | D:6      | 6063 ||| UPGRADING to +4 ring of slaying {mikee}.
  6065 | D:6      | 6065 ||| READING 4 scrolls of identify.
  6065 | D:6      | 6065 ||| IDENTIFYING sapphire potion
  6066 | D:6      | 6066 ||| DROPPING potion of ambrosia.
  6098 | D:7      | Found a sacrificial altar of Ru.
  6100 | D:7      | 6100 ||| INVOKING Fiery Armour.
  6104 | D:7      | 6104 ||| Stepping ~*~*~tactically~*~*~ (outnumbered).
  6105 | D:7      | 6105 ||| Stepping ~*~*~tactically~*~*~ (outnumbered).
  6108 | D:7      | 6108 ||| Stepping ~*~*~tactically~*~*~ (outnumbered).
  6109 | D:7      | 6109 ||| Stepping ~*~*~tactically~*~*~ (outnumbered).
  6147 | D:7      | Found Ixkesior's Antique Armour Boutique.
  6161 | D:7      | 6161 ||| BUYING runed robe (96 gold).
  6161 | D:7      | Bought a runed robe for 96 gold pieces
  6200 | D:7      | 6200 ||| Stepping ~*~*~tactically~*~*~ (hiding).
  6210 | D:7      | 6210 ||| Stepping ~*~*~tactically~*~*~ (stealth).
  6213 | D:7      | 6213 ||| Stepping ~*~*~tactically~*~*~ (stealth).
  6220 | D:7      | 6220 ||| Stepping ~*~*~tactically~*~*~ (stealth).
  6231 | D:7      | Reached skill level 3 in Throwing
  6243 | D:7      | 6243 ||| Stepping ~*~*~tactically~*~*~ (stealth).
  6244 | D:7      | 6244 ||| Stepping ~*~*~tactically~*~*~ (stealth).
  6246 | D:7      | 6246 ||| Stepping ~*~*~tactically~*~*~ (hiding).
  6247 | D:7      | 6247 ||| Stepping ~*~*~tactically~*~*~ (hiding).
  6248 | D:7      | 6248 ||| Stepping ~*~*~tactically~*~*~ (hiding).
  6509 | D:7      | Found an ornate altar of the Wu Jian Council.
  6634 | D:7      | 6634 ||| READING 3 scrolls of identify.
  6634 | D:7      | 6634 ||| IDENTIFYING sedimented white potion
  6635 | D:7      | 6635 ||| DROPPING potion of brilliance.
  6645 | D:8      | Found a broken altar of Ashenzari.
  6645 | D:8      | Noticed Gastronok
  6648 | D:8      | 6648 ||| Stepping ~*~*~tactically~*~*~ (outnumbered).
  6649 | D:8      | 6649 ||| Stepping ~*~*~tactically~*~*~ (hiding).
  6658 | D:8      | 6658 ||| Stepping ~*~*~tactically~*~*~ (outnumbered).
  6669 | D:8      | Killed Gastronok
  6670 | D:8      | Reached skill level 6 in Throwing
  6677 | D:8      | 6677 ||| READING scroll of teleportation.
  6691 | D:8      | Noticed Maggie
  6698 | D:8      | 6698 ||| Stepping ~*~*~tactically~*~*~ (outnumbered).
  6699 | D:8      | 6699 ||| Stepping ~*~*~tactically~*~*~ (outnumbered).
  6701 | D:8      | 6701 ||| Stepping ~*~*~tactically~*~*~ (outnumbered).
  6702 | D:8      | 6702 ||| Stepping ~*~*~tactically~*~*~ (outnumbered).
  6703 | D:8      | Killed Maggie
  6704 | D:8      | Reached skill level 14 in Unarmed Combat
  6755 | D:8      | Found a white marble altar of Elyvilon.
  6816 | D:8      | 6816 ||| UPGRADING to +0 swamp dragon scales.
  6821 | D:8      | 6821 ||| UPGRADING to +2 robe of cold resistance.
  6826 | D:8      | 6826 ||| UPGRADING to +0 swamp dragon scales.
  6836 | D:8      | 6836 ||| REMOVING ring of poison resistance.
  6837 | D:8      | 6837 ||| DROPPING +2 robe of cold resistance.
  6838 | D:8      | 6838 ||| DROPPING +1 robe of willpower.
  6839 | D:8      | 6839 ||| READING 3 scrolls of enchant armour.
  6839 | D:8      | 6839 ||| ENCHANTING +0 swamp dragon scales.
  6840 | D:8      | 6840 ||| READING 2 scrolls of enchant armour.
  6840 | D:8      | 6840 ||| ENCHANTING +1 swamp dragon scales.
  6841 | D:8      | 6841 ||| READING scroll of enchant armour.
  6841 | D:8      | 6841 ||| ENCHANTING +2 swamp dragon scales.
  6842 | D:8      | 6842 ||| UPGRADING to ring of resist corrosion.
  6843 | D:8      | 6843 ||| UPGRADING to ring of willpower.
  6845 | D:8      | 6845 ||| READING 2 scrolls of identify.
  6845 | D:8      | 6845 ||| IDENTIFYING fizzy red potion
  6846 | D:8      | 6846 ||| DROPPING potion of magic.
  6847 | D:8      | 6847 ||| READING scroll of teleportation.
  6866 | D:8      | 6866 ||| Stepping ~*~*~tactically~*~*~ (hiding).
  6867 | D:8      | 6867 ||| Stepping ~*~*~tactically~*~*~ (hiding).
  6873 | D:8      | 6873 ||| Stepping ~*~*~tactically~*~*~ (outnumbered).
  6875 | D:8      | 6875 ||| Stepping ~*~*~tactically~*~*~ (outnumbered).
  6879 | D:8      | 6879 ||| Stepping ~*~*~tactically~*~*~ (outnumbered).
  6881 | D:8      | 6881 ||| INVOKING Fiery Armour.
  6892 | D:8      | Reached skill level 1 in Armour
  6953 | D:8      | 6953 ||| Stepping ~*~*~tactically~*~*~ (stealth).
  6959 | D:8      | 6959 ||| Stepping ~*~*~tactically~*~*~ (stealth).
  6960 | D:8      | 6960 ||| Stepping ~*~*~tactically~*~*~ (stealth).
  6961 | D:8      | 6961 ||| Stepping ~*~*~tactically~*~*~ (stealth).
  6971 | D:8      | 6971 ||| Stepping ~*~*~tactically~*~*~ (hiding).
  6984 | D:8      | 6984 ||| Stepping ~*~*~tactically~*~*~ (stealth).
  7105 | D:8      | 7105 ||| Stepping ~*~*~tactically~*~*~ (hiding).
  7107 | D:8      | 7107 ||| Stepping ~*~*~tactically~*~*~ (hiding).
  7114 | D:8      | 7114 ||| Stepping ~*~*~tactically~*~*~ (outnumbered).
  7129 | D:8      | 7129 ||| Stepping ~*~*~tactically~*~*~ (stealth).
  7195 | D:8      | 7195 ||| Stepping ~*~*~tactically~*~*~ (hiding).
  7211 | D:8      | Found a stormy altar of Qazlal.
  7260 | D:8      | 7260 ||| Stepping ~*~*~tactically~*~*~ (stealth).
  7261 | D:8      | 7261 ||| Stepping ~*~*~tactically~*~*~ (stealth).
  7392 | D:8      | 7392 ||| UPGRADING to +1 hat.
  7397 | D:8      | 7397 ||| UPGRADING to amulet of guardian spirit.
  7402 | D:8      | 7402 ||| Stepping randomly (stuck).
  7403 | D:8      | 7403 ||| Stepping randomly (stuck).
  7404 | D:8      | 7404 ||| Stepping randomly (stuck).
  7405 | D:8      | 7405 ||| Stepping randomly (stuck).
  7406 | D:8      | 7406 ||| Stepping randomly (stuck).
  7407 | D:8      | 7407 ||| Stepping randomly (stuck).
  7408 | D:8      | 7408 ||| Stepping randomly (stuck).
  7409 | D:8      | 7409 ||| Stepping randomly (stuck).
  7410 | D:8      | 7410 ||| Stepping randomly (stuck).
  7411 | D:8      | 7411 ||| Stepping randomly (stuck).
  7412 | D:8      | 7412 ||| Stepping randomly (stuck).
  7413 | D:8      | 7413 ||| Stepping randomly (stuck).
  7414 | D:8      | 7414 ||| Stepping randomly (stuck).
  7415 | D:8      | 7415 ||| Stepping randomly (stuck).
  7417 | D:8      | 7417 ||| Stepping randomly (stuck).
  7418 | D:8      | 7418 ||| Stepping randomly (stuck).
  7420 | D:8      | 7420 ||| Stepping randomly (stuck).
  7422 | D:8      | 7422 ||| Stepping randomly (stuck).
  7423 | D:8      | 7423 ||| Stepping randomly (stuck).
  7424 | D:8      | 7424 ||| Stepping randomly (stuck).
  7425 | D:8      | 7425 ||| Stepping randomly (stuck).
  7426 | D:8      | 7426 ||| Stepping randomly (stuck).
  7427 | D:8      | 7427 ||| Stepping randomly (stuck).
  7428 | D:8      | 7428 ||| Stepping randomly (stuck).
  7429 | D:8      | 7429 ||| Stepping randomly (stuck).
  7430 | D:8      | 7430 ||| Stepping randomly (stuck).
  7431 | D:8      | 7431 ||| Stepping randomly (stuck).
  7432 | D:8      | 7432 ||| Stepping randomly (stuck).
  7433 | D:8      | 7433 ||| Stepping randomly (stuck).
  7434 | D:8      | 7434 ||| Stepping randomly (stuck).
  7435 | D:8      | 7435 ||| Stepping randomly (stuck).
  7436 | D:8      | 7436 ||| Stepping randomly (stuck).
  7437 | D:8      | 7437 ||| Stepping randomly (stuck).
  7438 | D:8      | 7438 ||| Stepping randomly (stuck).
  7440 | D:8      | 7440 ||| Stepping randomly (stuck).
  7442 | D:8      | 7442 ||| Stepping randomly (stuck).
  7444 | D:8      | 7444 ||| Stepping randomly (stuck).
  7445 | D:8      | 7445 ||| Stepping randomly (stuck).
  7446 | D:8      | 7446 ||| Stepping randomly (stuck).
  7447 | D:8      | 7447 ||| Stepping randomly (stuck).
  7448 | D:8      | 7448 ||| Stepping randomly (stuck).
  7449 | D:8      | 7449 ||| Stepping randomly (stuck).
  7450 | D:8      | 7450 ||| Stepping randomly (stuck).
  7451 | D:8      | 7451 ||| Stepping randomly (stuck).
  7452 | D:8      | 7452 ||| Stepping randomly (stuck).
  7453 | D:8      | 7453 ||| Stepping randomly (stuck).
  7454 | D:8      | 7454 ||| Stepping randomly (stuck).
  7456 | D:8      | 7456 ||| Stepping randomly (stuck).
  7457 | D:8      | 7457 ||| Stepping randomly (stuck).
  7459 | D:8      | 7459 ||| Stepping randomly (stuck).
  7461 | D:8      | 7461 ||| Stepping randomly (stuck).
  7462 | D:8      | 7462 ||| Stepping randomly (stuck).
  7463 | D:8      | 7463 ||| Stepping randomly (stuck).
  7464 | D:8      | 7464 ||| Stepping randomly (stuck).
  7465 | D:8      | 7465 ||| Stepping randomly (stuck).
  7466 | D:8      | 7466 ||| Stepping randomly (stuck).
  7467 | D:8      | 7467 ||| Stepping randomly (stuck).
  7468 | D:8      | 7468 ||| Stepping randomly (stuck).
  7469 | D:8      | 7469 ||| Stepping randomly (stuck).
  7470 | D:8      | 7470 ||| Stepping randomly (stuck).
  7471 | D:8      | 7471 ||| Stepping randomly (stuck).
  7472 | D:8      | 7472 ||| Stepping randomly (stuck).
  7473 | D:8      | 7473 ||| Stepping randomly (stuck).
  7474 | D:8      | 7474 ||| Stepping randomly (stuck).
  7475 | D:8      | 7475 ||| Stepping randomly (stuck).
  7476 | D:8      | 7476 ||| Stepping randomly (stuck).
  7477 | D:8      | 7477 ||| Stepping randomly (stuck).
  7478 | D:8      | 7478 ||| Stepping randomly (stuck).
  7479 | D:8      | 7479 ||| Stepping randomly (stuck).
  7480 | D:8      | 7480 ||| Stepping randomly (stuck).
  7481 | D:8      | 7481 ||| Stepping randomly (stuck).
  7482 | D:8      | 7482 ||| Stepping randomly (stuck).
  7483 | D:8      | 7483 ||| Stepping randomly (stuck).
  7484 | D:8      | 7484 ||| Stepping randomly (stuck).
  7485 | D:8      | 7485 ||| Stepping randomly (stuck).
  7486 | D:8      | 7486 ||| Stepping randomly (stuck).
  7487 | D:8      | 7487 ||| Stepping randomly (stuck).
  7488 | D:8      | 7488 ||| Stepping randomly (stuck).
  7489 | D:8      | 7489 ||| Stepping randomly (stuck).
  7490 | D:8      | 7490 ||| Stepping randomly (stuck).
  7491 | D:8      | 7491 ||| Stepping randomly (stuck).
  7492 | D:8      | 7492 ||| Stepping randomly (stuck).
  7493 | D:8      | 7493 ||| Stepping randomly (stuck).
  7494 | D:8      | 7494 ||| Stepping randomly (stuck).
  7495 | D:8      | 7495 ||| Stepping randomly (stuck).
  7496 | D:8      | 7496 ||| Stepping randomly (stuck).
  7497 | D:8      | 7497 ||| Stepping randomly (stuck).
  7498 | D:8      | 7498 ||| Stepping randomly (stuck).
  7499 | D:8      | 7499 ||| Stepping randomly (stuck).
  7500 | D:8      | 7500 ||| Stepping randomly (stuck).
  7501 | D:8      | 7501 ||| Stepping randomly (stuck).
  7502 | D:8      | 7502 ||| Stepping randomly (stuck).
  7503 | D:8      | 7503 ||| Stepping randomly (stuck).
  7504 | D:8      | 7504 ||| Stepping randomly (stuck).
  7505 | D:8      | 7505 ||| Stepping randomly (stuck).
  7506 | D:8      | 7506 ||| Stepping randomly (stuck).
  7507 | D:8      | 7507 ||| Stepping randomly (stuck).
  7508 | D:8      | 7508 ||| Stepping randomly (stuck).
  7509 | D:8      | 7509 ||| Stepping randomly (stuck).
  7510 | D:8      | 7510 ||| Stepping randomly (stuck).
  7511 | D:8      | 7511 ||| Stepping randomly (stuck).
  7512 | D:8      | 7512 ||| Stepping randomly (stuck).
  7513 | D:8      | 7513 ||| Stepping randomly (stuck).
  7514 | D:8      | 7514 ||| Stepping randomly (stuck).
  7515 | D:8      | 7515 ||| Stepping randomly (stuck).
  7516 | D:8      | 7516 ||| Stepping randomly (stuck).
  7517 | D:8      | 7517 ||| Stepping randomly (stuck).
  7518 | D:8      | 7518 ||| Stepping randomly (stuck).
  7519 | D:8      | 7519 ||| Stepping randomly (stuck).
  7520 | D:8      | 7520 ||| Stepping randomly (stuck).
  7521 | D:8      | 7521 ||| Stepping randomly (stuck).
  7522 | D:8      | 7522 ||| Stepping randomly (stuck).
  7523 | D:8      | 7523 ||| Stepping randomly (stuck).
  7524 | D:8      | 7524 ||| Stepping randomly (stuck).
  7525 | D:8      | 7525 ||| Stepping randomly (stuck).
  7526 | D:8      | 7526 ||| Stepping randomly (stuck).
  7527 | D:8      | 7527 ||| Stepping randomly (stuck).
  7528 | D:8      | 7528 ||| Stepping randomly (stuck).
  7529 | D:8      | 7529 ||| Stepping randomly (stuck).
  7530 | D:8      | 7530 ||| Stepping randomly (stuck).
  7531 | D:8      | 7531 ||| Stepping randomly (stuck).
  7533 | D:8      | 7533 ||| Stepping randomly (stuck).
  7534 | D:8      | 7534 ||| Stepping randomly (stuck).
  7535 | D:8      | 7535 ||| Stepping randomly (stuck).
  7536 | D:8      | 7536 ||| Stepping randomly (stuck).
  7537 | D:8      | 7537 ||| Stepping randomly (stuck).
  7538 | D:8      | 7538 ||| Stepping randomly (stuck).
  7539 | D:8      | 7539 ||| Stepping randomly (stuck).
  7540 | D:8      | 7540 ||| Stepping randomly (stuck).
  7541 | D:8      | 7541 ||| Stepping randomly (stuck).
  7542 | D:8      | 7542 ||| Stepping randomly (stuck).
  7543 | D:8      | 7543 ||| Stepping randomly (stuck).
  7544 | D:8      | 7544 ||| Stepping randomly (stuck).
  7545 | D:8      | 7545 ||| Stepping randomly (stuck).
  7546 | D:8      | 7546 ||| Stepping randomly (stuck).
  7547 | D:8      | 7547 ||| Stepping randomly (stuck).
  7548 | D:8      | 7548 ||| Stepping randomly (stuck).
  7549 | D:8      | 7549 ||| Stepping randomly (stuck).
  7550 | D:8      | 7550 ||| Stepping randomly (stuck).
  7551 | D:8      | 7551 ||| Stepping randomly (stuck).
  7552 | D:8      | 7552 ||| Stepping randomly (stuck).
  7553 | D:8      | 7553 ||| Stepping randomly (stuck).
  7554 | D:8      | 7554 ||| Stepping randomly (stuck).
  7555 | D:8      | 7555 ||| Stepping randomly (stuck).
  7556 | D:8      | 7556 ||| Stepping randomly (stuck).
  7557 | D:8      | 7557 ||| Stepping randomly (stuck).
  7558 | D:8      | 7558 ||| Stepping randomly (stuck).
  7559 | D:8      | 7559 ||| Stepping randomly (stuck).
  7560 | D:8      | 7560 ||| Stepping randomly (stuck).
  7561 | D:8      | 7561 ||| Stepping randomly (stuck).
  7562 | D:8      | 7562 ||| Stepping randomly (stuck).
  7563 | D:8      | 7563 ||| Stepping randomly (stuck).
  7564 | D:8      | 7564 ||| Stepping randomly (stuck).
  7565 | D:8      | 7565 ||| Stepping randomly (stuck).
  7566 | D:8      | 7566 ||| Stepping randomly (stuck).
  7567 | D:8      | 7567 ||| Stepping randomly (stuck).
  7568 | D:8      | 7568 ||| Stepping randomly (stuck).
  7569 | D:8      | 7569 ||| Stepping randomly (stuck).
  7570 | D:8      | 7570 ||| Stepping randomly (stuck).
  7571 | D:8      | 7571 ||| Stepping randomly (stuck).
  7572 | D:8      | 7572 ||| Stepping randomly (stuck).
  7573 | D:8      | 7573 ||| Stepping randomly (stuck).
  7574 | D:8      | 7574 ||| Stepping randomly (stuck).
  7575 | D:8      | 7575 ||| Stepping randomly (stuck).
  7576 | D:8      | 7576 ||| Stepping randomly (stuck).
  7577 | D:8      | 7577 ||| Stepping randomly (stuck).
  7578 | D:8      | 7578 ||| Stepping randomly (stuck).
  7579 | D:8      | 7579 ||| Stepping randomly (stuck).
  7580 | D:8      | 7580 ||| Stepping randomly (stuck).
  7581 | D:8      | 7581 ||| Stepping randomly (stuck).
  7582 | D:8      | 7582 ||| Stepping randomly (stuck).
  7583 | D:8      | 7583 ||| Stepping randomly (stuck).
  7584 | D:8      | 7584 ||| Stepping randomly (stuck).
  7585 | D:8      | 7585 ||| Stepping randomly (stuck).
  7586 | D:8      | 7586 ||| Stepping randomly (stuck).
  7587 | D:8      | 7587 ||| Stepping randomly (stuck).
  7588 | D:8      | 7588 ||| Stepping randomly (stuck).
  7589 | D:8      | 7589 ||| Stepping randomly (stuck).
  7590 | D:8      | 7590 ||| Stepping randomly (stuck).
  7591 | D:8      | 7591 ||| Stepping randomly (stuck).
  7592 | D:8      | 7592 ||| Stepping randomly (stuck).
  7593 | D:8      | 7593 ||| Stepping randomly (stuck).
  7594 | D:8      | 7594 ||| Stepping randomly (stuck).
  7595 | D:8      | 7595 ||| Stepping randomly (stuck).
  7596 | D:8      | 7596 ||| Stepping randomly (stuck).
  7597 | D:8      | 7597 ||| Stepping randomly (stuck).
  7598 | D:8      | 7598 ||| Stepping randomly (stuck).
  7599 | D:8      | 7599 ||| Stepping randomly (stuck).
  7600 | D:8      | 7600 ||| Stepping randomly (stuck).
  7601 | D:8      | 7601 ||| Stepping randomly (stuck).
  7602 | D:8      | 7602 ||| Stepping randomly (stuck).
  7603 | D:8      | 7603 ||| Stepping randomly (stuck).
  7604 | D:8      | 7604 ||| Stepping randomly (stuck).
  7605 | D:8      | 7605 ||| Stepping randomly (stuck).
  7606 | D:8      | 7606 ||| Stepping randomly (stuck).
  7607 | D:8      | 7607 ||| Stepping randomly (stuck).
  7608 | D:8      | 7608 ||| Stepping randomly (stuck).
  7609 | D:8      | 7609 ||| Stepping randomly (stuck).
  7610 | D:8      | 7610 ||| Stepping randomly (stuck).
  7611 | D:8      | 7611 ||| Stepping randomly (stuck).
  7612 | D:8      | 7612 ||| Stepping randomly (stuck).
  7613 | D:8      | 7613 ||| Stepping randomly (stuck).
  7614 | D:8      | 7614 ||| Stepping randomly (stuck).
  7615 | D:8      | 7615 ||| Stepping randomly (stuck).
  7616 | D:8      | 7616 ||| Stepping randomly (stuck).
  7617 | D:8      | 7617 ||| Stepping randomly (stuck).
  7618 | D:8      | 7618 ||| Stepping randomly (stuck).
  7619 | D:8      | 7619 ||| Stepping randomly (stuck).
  7620 | D:8      | 7620 ||| Stepping randomly (stuck).
  7621 | D:8      | 7621 ||| Stepping randomly (stuck).
  7622 | D:8      | 7622 ||| Stepping randomly (stuck).
  7623 | D:8      | 7623 ||| Stepping randomly (stuck).
  7624 | D:8      | 7624 ||| Stepping randomly (stuck).
  7625 | D:8      | 7625 ||| Stepping randomly (stuck).
  7626 | D:8      | 7626 ||| Stepping randomly (stuck).
  7627 | D:8      | 7627 ||| Stepping randomly (stuck).
  7628 | D:8      | 7628 ||| Stepping randomly (stuck).
  7629 | D:8      | 7629 ||| Stepping randomly (stuck).
  7630 | D:8      | 7630 ||| Stepping randomly (stuck).
  7631 | D:8      | 7631 ||| Stepping randomly (stuck).
  7632 | D:8      | 7632 ||| Stepping randomly (stuck).
  7633 | D:8      | 7633 ||| Stepping randomly (stuck).
  7634 | D:8      | 7634 ||| Stepping randomly (stuck).
  7635 | D:8      | 7635 ||| Stepping randomly (stuck).
  7636 | D:8      | 7636 ||| Stepping randomly (stuck).
  7637 | D:8      | 7637 ||| Stepping randomly (stuck).
  7638 | D:8      | 7638 ||| Stepping randomly (stuck).
  7639 | D:8      | 7639 ||| Stepping randomly (stuck).
  7640 | D:8      | 7640 ||| Stepping randomly (stuck).
  7641 | D:8      | 7641 ||| Stepping randomly (stuck).
  7642 | D:8      | 7642 ||| Stepping randomly (stuck).
  7643 | D:8      | 7643 ||| Stepping randomly (stuck).
  7644 | D:8      | 7644 ||| Stepping randomly (stuck).
  7645 | D:8      | 7645 ||| Stepping randomly (stuck).
  7646 | D:8      | 7646 ||| Stepping randomly (stuck).
  7647 | D:8      | 7647 ||| Stepping randomly (stuck).
  7648 | D:8      | 7648 ||| Stepping randomly (stuck).
  7649 | D:8      | 7649 ||| Stepping randomly (stuck).
  7650 | D:8      | 7650 ||| Stepping randomly (stuck).
  7651 | D:8      | 7651 ||| Stepping randomly (stuck).
  7652 | D:8      | 7652 ||| Stepping randomly (stuck).
  7653 | D:8      | 7653 ||| Stepping randomly (stuck).
  7654 | D:8      | 7654 ||| Stepping randomly (stuck).
  7655 | D:8      | 7655 ||| Stepping randomly (stuck).
  7656 | D:8      | 7656 ||| Stepping randomly (stuck).
  7657 | D:8      | 7657 ||| Stepping randomly (stuck).
  7658 | D:8      | 7658 ||| Stepping randomly (stuck).
  7659 | D:8      | 7659 ||| Stepping randomly (stuck).
  7660 | D:8      | 7660 ||| Stepping randomly (stuck).
  7661 | D:8      | 7661 ||| Stepping randomly (stuck).
  7662 | D:8      | 7662 ||| Stepping randomly (stuck).
  7779 | D:9      | Reached XP level 11. HP: 105/105 MP: 11/11
  7828 | D:9      | Noticed Prince Ribbit
  7836 | D:9      | Killed Prince Ribbit
  7872 | D:9      | Found a flagged portal.
  7881 | D:9      | Reached skill level 6 in Fighting
  7914 | D:9      | Noticed Pikel
  7925 | D:9      | 7925 ||| Stepping ~*~*~tactically~*~*~ (outnumbered).
  7926 | D:9      | 7926 ||| Stepping ~*~*~tactically~*~*~ (outnumbered).
  7928 | D:9      | 7928 ||| Stepping ~*~*~tactically~*~*~ (outnumbered).
  7929 | D:9      | 7929 ||| Stepping ~*~*~tactically~*~*~ (outnumbered).
  7930 | D:9      | 7930 ||| Stepping ~*~*~tactically~*~*~ (outnumbered).
  7931 | D:9      | 7931 ||| Stepping ~*~*~tactically~*~*~ (outnumbered).
  7936 | D:9      | Killed Pikel
  8151 | D:9      | 8151 ||| INVOKING Fiery Armour.
  8164 | D:9      | 8164 ||| Stepping ~*~*~tactically~*~*~ (outnumbered).
  8165 | D:9      | 8165 ||| Stepping ~*~*~tactically~*~*~ (outnumbered).
  8165 | D:9      | Found a staircase to the Lair.
  8168 | D:9      | 8168 ||| Stepping ~*~*~tactically~*~*~ (outnumbered).
  8369 | D:9      | 8369 ||| INVOKING Fiery Armour.
  8372 | D:9      | 8372 ||| Stepping ~*~*~tactically~*~*~ (outnumbered).
  8373 | D:9      | 8373 ||| Stepping ~*~*~tactically~*~*~ (outnumbered).
  8395 | D:9      | Found a staircase to the Orcish Mines.
  8488 | D:9      | Found a shimmering altar of Xom.
  8533 | D:9      | 8533 ||| PLANNING LAIR
  8564 | Lair:1   | Entered Level 1 of the Lair of Beasts
  8626 | Lair:1   | 8626 ||| Stepping ~*~*~tactically~*~*~ (stealth).
  8630 | Lair:1   | 8630 ||| Stepping ~*~*~tactically~*~*~ (stealth).
  8634 | Lair:1   | 8634 ||| INVOKING Fiery Armour.
  8637 | Lair:1   | 8637 ||| Stepping ~*~*~tactically~*~*~ (stealth).
  8647 | Lair:1   | Reached skill level 15 in Unarmed Combat
  8656 | Lair:1   | Reached skill level 3 in Armour
  8864 | Lair:1   | 8864 ||| Stepping ~*~*~tactically~*~*~ (stealth).
  9200 | Lair:1   | Noticed a four-headed hydra
  9208 | Lair:1   | 9208 ||| Stepping randomly (stuck).
  9209 | Lair:1   | 9209 ||| INVOKING Fiery Armour.
  9212 | Lair:1   | Killed a six-headed hydra
  9213 | Lair:1   | Reached skill level 16 in Unarmed Combat
  9234 | Lair:1   | Noticed a death yak
  9234 | Lair:1   | Noticed a seven-headed hydra
  9235 | Lair:1   | Noticed a four-headed hydra
  9238 | Lair:1   | Killed a death yak
  9241 | Lair:1   | Killed a nine-headed hydra
  9244 | Lair:1   | Killed a six-headed hydra
  9245 | Lair:1   | Reached XP level 12. HP: 94/118 MP: 9/12
  9335 | Lair:1   | 9335 ||| PLANNING CONVERSION TO OKAWARU
  9473 | D:5      | 9473 ||| Stepping ~*~*~tactically~*~*~ (outnumbered).
  9475 | D:5      | 9475 ||| Stepping ~*~*~tactically~*~*~ (outnumbered).
  9477 | D:5      | 9477 ||| Stepping ~*~*~tactically~*~*~ (outnumbered).
  9479 | D:5      | 9479 ||| Stepping ~*~*~tactically~*~*~ (outnumbered).
  9481 | D:5      | 9481 ||| Stepping ~*~*~tactically~*~*~ (outnumbered).
  9483 | D:5      | 9483 ||| Stepping ~*~*~tactically~*~*~ (outnumbered).
  9485 | D:5      | 9485 ||| Stepping ~*~*~tactically~*~*~ (outnumbered).
  9487 | D:5      | 9487 ||| Stepping ~*~*~tactically~*~*~ (outnumbered).
  9489 | D:5      | 9489 ||| Stepping ~*~*~tactically~*~*~ (outnumbered).
  9491 | D:5      | 9491 ||| Stepping ~*~*~tactically~*~*~ (outnumbered).
  9493 | D:5      | 9493 ||| Stepping ~*~*~tactically~*~*~ (outnumbered).
  9495 | D:5      | 9495 ||| Stepping ~*~*~tactically~*~*~ (outnumbered).
  9497 | D:5      | 9497 ||| Stepping ~*~*~tactically~*~*~ (outnumbered).
  9499 | D:5      | 9499 ||| Stepping ~*~*~tactically~*~*~ (outnumbered).
  9501 | D:5      | 9501 ||| Stepping ~*~*~tactically~*~*~ (outnumbered).
  9503 | D:5      | 9503 ||| Stepping ~*~*~tactically~*~*~ (outnumbered).
  9505 | D:5      | 9505 ||| Stepping ~*~*~tactically~*~*~ (outnumbered).
  9507 | D:5      | 9507 ||| Stepping ~*~*~tactically~*~*~ (outnumbered).
  9509 | D:5      | 9509 ||| Stepping ~*~*~tactically~*~*~ (outnumbered).
  9511 | D:5      | 9511 ||| Stepping ~*~*~tactically~*~*~ (outnumbered).
  9513 | D:5      | 9513 ||| Stepping ~*~*~tactically~*~*~ (outnumbered).
  9515 | D:5      | 9515 ||| Stepping ~*~*~tactically~*~*~ (outnumbered).
  9517 | D:5      | 9517 ||| Stepping ~*~*~tactically~*~*~ (outnumbered).
  9519 | D:5      | 9519 ||| Stepping ~*~*~tactically~*~*~ (outnumbered).
  9521 | D:5      | 9521 ||| Stepping ~*~*~tactically~*~*~ (outnumbered).
  9523 | D:5      | 9523 ||| Stepping ~*~*~tactically~*~*~ (outnumbered).
  9525 | D:5      | 9525 ||| Stepping ~*~*~tactically~*~*~ (outnumbered).
  9527 | D:5      | 9527 ||| Stepping ~*~*~tactically~*~*~ (outnumbered).
  9529 | D:5      | 9529 ||| Stepping ~*~*~tactically~*~*~ (outnumbered).
  9531 | D:5      | 9531 ||| Stepping ~*~*~tactically~*~*~ (outnumbered).
  9533 | D:5      | 9533 ||| Stepping ~*~*~tactically~*~*~ (outnumbered).
  9535 | D:5      | 9535 ||| Stepping ~*~*~tactically~*~*~ (outnumbered).
  9537 | D:5      | 9537 ||| Stepping ~*~*~tactically~*~*~ (outnumbered).
  9539 | D:5      | 9539 ||| Stepping ~*~*~tactically~*~*~ (outnumbered).
  9541 | D:5      | 9541 ||| Stepping ~*~*~tactically~*~*~ (outnumbered).
  9543 | D:5      | 9543 ||| Stepping ~*~*~tactically~*~*~ (outnumbered).
  9545 | D:5      | 9545 ||| Stepping ~*~*~tactically~*~*~ (outnumbered).
  9547 | D:5      | 9547 ||| Stepping ~*~*~tactically~*~*~ (outnumbered).
  9550 | D:5      | 9550 ||| Stepping ~*~*~tactically~*~*~ (outnumbered).
  9552 | D:5      | 9552 ||| Stepping ~*~*~tactically~*~*~ (outnumbered).
  9554 | D:5      | 9554 ||| Stepping ~*~*~tactically~*~*~ (outnumbered).
  9556 | D:5      | 9556 ||| Stepping ~*~*~tactically~*~*~ (outnumbered).
  9558 | D:5      | 9558 ||| Stepping ~*~*~tactically~*~*~ (outnumbered).
  9560 | D:5      | 9560 ||| Stepping ~*~*~tactically~*~*~ (outnumbered).
  9562 | D:5      | 9562 ||| Stepping ~*~*~tactically~*~*~ (outnumbered).
  9564 | D:5      | 9564 ||| Stepping ~*~*~tactically~*~*~ (outnumbered).
  9566 | D:5      | 9566 ||| Stepping ~*~*~tactically~*~*~ (outnumbered).
  9568 | D:5      | 9568 ||| Stepping ~*~*~tactically~*~*~ (outnumbered).
  9570 | D:5      | 9570 ||| Stepping ~*~*~tactically~*~*~ (outnumbered).
  9572 | D:5      | 9572 ||| Stepping ~*~*~tactically~*~*~ (outnumbered).
  9576 | D:5      | 9576 ||| Stepping ~*~*~tactically~*~*~ (outnumbered).
  9578 | D:5      | 9578 ||| Stepping ~*~*~tactically~*~*~ (outnumbered).
  9580 | D:5      | 9580 ||| Stepping ~*~*~tactically~*~*~ (outnumbered).
  9582 | D:5      | 9582 ||| Stepping ~*~*~tactically~*~*~ (outnumbered).
  9584 | D:5      | 9584 ||| Stepping ~*~*~tactically~*~*~ (outnumbered).
  9587 | D:5      | 9587 ||| Stepping ~*~*~tactically~*~*~ (outnumbered).
  9589 | D:5      | 9589 ||| Stepping ~*~*~tactically~*~*~ (outnumbered).
  9591 | D:5      | 9591 ||| Stepping ~*~*~tactically~*~*~ (outnumbered).
  9593 | D:5      | 9593 ||| Stepping ~*~*~tactically~*~*~ (outnumbered).
  9595 | D:5      | 9595 ||| Stepping ~*~*~tactically~*~*~ (outnumbered).
  9597 | D:5      | 9597 ||| Stepping ~*~*~tactically~*~*~ (outnumbered).
  9599 | D:5      | 9599 ||| Stepping ~*~*~tactically~*~*~ (outnumbered).
  9604 | D:5      | 9604 ||| Stepping ~*~*~tactically~*~*~ (outnumbered).
  9606 | D:5      | 9606 ||| Stepping ~*~*~tactically~*~*~ (outnumbered).
  9608 | D:5      | 9608 ||| Stepping ~*~*~tactically~*~*~ (outnumbered).
  9610 | D:5      | 9610 ||| Stepping ~*~*~tactically~*~*~ (outnumbered).
  9612 | D:5      | 9612 ||| Stepping ~*~*~tactically~*~*~ (outnumbered).
  9614 | D:5      | 9614 ||| Stepping ~*~*~tactically~*~*~ (outnumbered).
  9616 | D:5      | 9616 ||| Stepping ~*~*~tactically~*~*~ (outnumbered).
  9618 | D:5      | 9618 ||| Stepping ~*~*~tactically~*~*~ (outnumbered).
  9620 | D:5      | 9620 ||| Stepping ~*~*~tactically~*~*~ (outnumbered).
  9622 | D:5      | 9622 ||| Stepping ~*~*~tactically~*~*~ (outnumbered).
  9624 | D:5      | 9624 ||| Stepping ~*~*~tactically~*~*~ (outnumbered).
  9627 | D:5      | 9627 ||| Stepping ~*~*~tactically~*~*~ (outnumbered).
  9629 | D:5      | 9629 ||| Stepping ~*~*~tactically~*~*~ (outnumbered).
  9631 | D:5      | 9631 ||| Stepping ~*~*~tactically~*~*~ (outnumbered).
  9634 | D:5      | 9634 ||| Stepping ~*~*~tactically~*~*~ (outnumbered).
  9636 | D:5      | 9636 ||| Stepping ~*~*~tactically~*~*~ (outnumbered).
  9638 | D:5      | 9638 ||| Stepping ~*~*~tactically~*~*~ (outnumbered).
  9640 | D:5      | 9640 ||| Stepping ~*~*~tactically~*~*~ (outnumbered).
  9642 | D:5      | 9642 ||| Stepping ~*~*~tactically~*~*~ (outnumbered).
  9644 | D:5      | 9644 ||| Stepping ~*~*~tactically~*~*~ (outnumbered).
  9646 | D:5      | 9646 ||| Stepping ~*~*~tactically~*~*~ (outnumbered).
  9650 | D:5      | 9650 ||| Stepping ~*~*~tactically~*~*~ (outnumbered).
  9652 | D:5      | 9652 ||| Stepping ~*~*~tactically~*~*~ (outnumbered).
  9654 | D:5      | 9654 ||| Stepping ~*~*~tactically~*~*~ (outnumbered).
  9656 | D:5      | 9656 ||| Stepping ~*~*~tactically~*~*~ (outnumbered).
  9658 | D:5      | 9658 ||| Stepping ~*~*~tactically~*~*~ (outnumbered).
  9660 | D:5      | 9660 ||| Stepping ~*~*~tactically~*~*~ (outnumbered).
  9662 | D:5      | 9662 ||| Stepping ~*~*~tactically~*~*~ (outnumbered).
  9664 | D:5      | 9664 ||| Stepping ~*~*~tactically~*~*~ (outnumbered).
  9666 | D:5      | 9666 ||| Stepping ~*~*~tactically~*~*~ (outnumbered).
  9668 | D:5      | 9668 ||| Stepping ~*~*~tactically~*~*~ (outnumbered).
  9670 | D:5      | 9670 ||| Stepping ~*~*~tactically~*~*~ (outnumbered).
  9672 | D:5      | 9672 ||| Stepping ~*~*~tactically~*~*~ (outnumbered).
  9674 | D:5      | 9674 ||| Stepping ~*~*~tactically~*~*~ (outnumbered).
  9676 | D:5      | 9676 ||| Stepping ~*~*~tactically~*~*~ (outnumbered).
  9678 | D:5      | 9678 ||| Stepping ~*~*~tactically~*~*~ (outnumbered).
  9680 | D:5      | 9680 ||| Stepping ~*~*~tactically~*~*~ (outnumbered).
  9682 | D:5      | 9682 ||| Stepping ~*~*~tactically~*~*~ (outnumbered).
  9684 | D:5      | 9684 ||| Stepping ~*~*~tactically~*~*~ (outnumbered).
  9686 | D:5      | 9686 ||| Stepping ~*~*~tactically~*~*~ (outnumbered).
  9688 | D:5      | 9688 ||| Stepping ~*~*~tactically~*~*~ (outnumbered).
  9690 | D:5      | 9690 ||| Stepping ~*~*~tactically~*~*~ (outnumbered).
  9692 | D:5      | 9692 ||| Stepping ~*~*~tactically~*~*~ (outnumbered).
  9694 | D:5      | 9694 ||| Stepping ~*~*~tactically~*~*~ (outnumbered).
  9696 | D:5      | 9696 ||| Stepping ~*~*~tactically~*~*~ (outnumbered).
  9698 | D:5      | 9698 ||| Stepping ~*~*~tactically~*~*~ (outnumbered).
  9700 | D:5      | 9700 ||| Stepping ~*~*~tactically~*~*~ (outnumbered).
  9702 | D:5      | 9702 ||| Stepping ~*~*~tactically~*~*~ (outnumbered).
  9704 | D:5      | 9704 ||| Stepping ~*~*~tactically~*~*~ (outnumbered).
  9706 | D:5      | 9706 ||| Stepping ~*~*~tactically~*~*~ (outnumbered).
  9708 | D:5      | 9708 ||| Stepping ~*~*~tactically~*~*~ (outnumbered).
  9710 | D:5      | 9710 ||| Stepping ~*~*~tactically~*~*~ (outnumbered).
  9712 | D:5      | 9712 ||| Stepping ~*~*~tactically~*~*~ (outnumbered).
  9714 | D:5      | 9714 ||| Stepping ~*~*~tactically~*~*~ (outnumbered).
  9716 | D:5      | 9716 ||| Stepping ~*~*~tactically~*~*~ (outnumbered).
  9718 | D:5      | 9718 ||| Stepping ~*~*~tactically~*~*~ (outnumbered).
  9720 | D:5      | 9720 ||| Stepping ~*~*~tactically~*~*~ (outnumbered).
  9722 | D:5      | 9722 ||| Stepping ~*~*~tactically~*~*~ (outnumbered).
  9724 | D:5      | 9724 ||| Stepping ~*~*~tactically~*~*~ (outnumbered).
  9726 | D:5      | 9726 ||| Stepping ~*~*~tactically~*~*~ (outnumbered).
  9729 | D:5      | 9729 ||| Stepping ~*~*~tactically~*~*~ (outnumbered).
  9731 | D:5      | 9731 ||| Stepping ~*~*~tactically~*~*~ (outnumbered).
  9733 | D:5      | 9733 ||| Stepping ~*~*~tactically~*~*~ (outnumbered).
  9735 | D:5      | 9735 ||| Stepping ~*~*~tactically~*~*~ (outnumbered).
  9738 | D:5      | 9738 ||| Stepping ~*~*~tactically~*~*~ (outnumbered).
  9740 | D:5      | 9740 ||| Stepping ~*~*~tactically~*~*~ (outnumbered).
  9742 | D:5      | 9742 ||| Stepping ~*~*~tactically~*~*~ (outnumbered).
  9744 | D:5      | 9744 ||| Stepping ~*~*~tactically~*~*~ (outnumbered).
  9746 | D:5      | 9746 ||| Stepping ~*~*~tactically~*~*~ (outnumbered).
  9748 | D:5      | 9748 ||| Stepping ~*~*~tactically~*~*~ (outnumbered).
  9750 | D:5      | 9750 ||| Stepping ~*~*~tactically~*~*~ (outnumbered).
  9752 | D:5      | 9752 ||| Stepping ~*~*~tactically~*~*~ (outnumbered).
  9754 | D:5      | 9754 ||| Stepping ~*~*~tactically~*~*~ (outnumbered).
  9757 | D:5      | 9757 ||| Stepping ~*~*~tactically~*~*~ (outnumbered).
  9759 | D:5      | 9759 ||| Stepping ~*~*~tactically~*~*~ (outnumbered).
  9761 | D:5      | 9761 ||| Stepping ~*~*~tactically~*~*~ (outnumbered).
  9763 | D:5      | 9763 ||| Stepping ~*~*~tactically~*~*~ (outnumbered).
  9765 | D:5      | 9765 ||| Stepping ~*~*~tactically~*~*~ (outnumbered).
  9767 | D:5      | 9767 ||| Stepping ~*~*~tactically~*~*~ (outnumbered).
  9769 | D:5      | 9769 ||| Stepping ~*~*~tactically~*~*~ (outnumbered).
  9771 | D:5      | 9771 ||| Stepping ~*~*~tactically~*~*~ (outnumbered).
  9775 | D:5      | 9775 ||| Stepping ~*~*~tactically~*~*~ (outnumbered).
  9777 | D:5      | 9777 ||| Stepping ~*~*~tactically~*~*~ (outnumbered).
  9779 | D:5      | 9779 ||| Stepping ~*~*~tactically~*~*~ (outnumbered).
  9781 | D:5      | 9781 ||| Stepping ~*~*~tactically~*~*~ (outnumbered).
  9783 | D:5      | 9783 ||| Stepping ~*~*~tactically~*~*~ (outnumbered).
  9785 | D:5      | 9785 ||| Stepping ~*~*~tactically~*~*~ (outnumbered).
  9787 | D:5      | 9787 ||| Stepping ~*~*~tactically~*~*~ (outnumbered).
  9790 | D:5      | 9790 ||| Stepping ~*~*~tactically~*~*~ (outnumbered).
  9792 | D:5      | 9792 ||| Stepping ~*~*~tactically~*~*~ (outnumbered).
  9794 | D:5      | 9794 ||| Stepping ~*~*~tactically~*~*~ (outnumbered).
  9796 | D:5      | 9796 ||| Stepping ~*~*~tactically~*~*~ (outnumbered).
  9798 | D:5      | 9798 ||| Stepping ~*~*~tactically~*~*~ (outnumbered).
  9800 | D:5      | 9800 ||| Stepping ~*~*~tactically~*~*~ (outnumbered).
  9802 | D:5      | 9802 ||| Stepping ~*~*~tactically~*~*~ (outnumbered).
  9804 | D:5      | 9804 ||| Stepping ~*~*~tactically~*~*~ (outnumbered).
  9806 | D:5      | 9806 ||| Stepping ~*~*~tactically~*~*~ (outnumbered).
  9808 | D:5      | 9808 ||| Stepping ~*~*~tactically~*~*~ (outnumbered).
  9812 | D:5      | 9812 ||| Stepping ~*~*~tactically~*~*~ (outnumbered).
  9814 | D:5      | 9814 ||| Stepping ~*~*~tactically~*~*~ (outnumbered).
  9816 | D:5      | 9816 ||| Stepping ~*~*~tactically~*~*~ (outnumbered).
  9818 | D:5      | 9818 ||| Stepping ~*~*~tactically~*~*~ (outnumbered).
  9820 | D:5      | 9820 ||| Stepping ~*~*~tactically~*~*~ (outnumbered).
  9822 | D:5      | 9822 ||| Stepping ~*~*~tactically~*~*~ (outnumbered).
  9824 | D:5      | 9824 ||| Stepping ~*~*~tactically~*~*~ (outnumbered).
  9826 | D:5      | 9826 ||| Stepping ~*~*~tactically~*~*~ (outnumbered).
  9828 | D:5      | 9828 ||| Stepping ~*~*~tactically~*~*~ (outnumbered).
  9830 | D:5      | 9830 ||| Stepping ~*~*~tactically~*~*~ (outnumbered).
  9832 | D:5      | 9832 ||| Stepping ~*~*~tactically~*~*~ (outnumbered).
  9834 | D:5      | 9834 ||| Stepping ~*~*~tactically~*~*~ (outnumbered).
  9836 | D:5      | 9836 ||| Stepping ~*~*~tactically~*~*~ (outnumbered).
  9838 | D:5      | 9838 ||| Stepping ~*~*~tactically~*~*~ (outnumbered).
  9840 | D:5      | 9840 ||| Stepping ~*~*~tactically~*~*~ (outnumbered).
  9842 | D:5      | 9842 ||| Stepping ~*~*~tactically~*~*~ (outnumbered).
  9844 | D:5      | 9844 ||| Stepping ~*~*~tactically~*~*~ (outnumbered).
  9846 | D:5      | 9846 ||| Stepping ~*~*~tactically~*~*~ (outnumbered).
  9848 | D:5      | 9848 ||| Stepping ~*~*~tactically~*~*~ (outnumbered).
  9850 | D:5      | 9850 ||| Stepping ~*~*~tactically~*~*~ (outnumbered).
  9853 | D:5      | 9853 ||| Stepping ~*~*~tactically~*~*~ (outnumbered).
  9855 | D:5      | 9855 ||| Stepping ~*~*~tactically~*~*~ (outnumbered).
  9857 | D:5      | 9857 ||| Stepping ~*~*~tactically~*~*~ (outnumbered).
  9859 | D:5      | 9859 ||| Stepping ~*~*~tactically~*~*~ (outnumbered).
  9861 | D:5      | 9861 ||| Stepping ~*~*~tactically~*~*~ (outnumbered).
  9863 | D:5      | 9863 ||| Stepping ~*~*~tactically~*~*~ (outnumbered).
  9865 | D:5      | 9865 ||| Stepping ~*~*~tactically~*~*~ (outnumbered).
  9867 | D:5      | 9867 ||| Stepping ~*~*~tactically~*~*~ (outnumbered).
  9869 | D:5      | 9869 ||| Stepping ~*~*~tactically~*~*~ (outnumbered).
  9871 | D:5      | 9871 ||| Stepping ~*~*~tactically~*~*~ (outnumbered).
  9874 | D:5      | 9874 ||| Stepping ~*~*~tactically~*~*~ (outnumbered).
  9876 | D:5      | 9876 ||| Stepping ~*~*~tactically~*~*~ (outnumbered).
  9878 | D:5      | 9878 ||| Stepping ~*~*~tactically~*~*~ (outnumbered).
  9880 | D:5      | 9880 ||| Stepping ~*~*~tactically~*~*~ (outnumbered).
  9882 | D:5      | 9882 ||| Stepping ~*~*~tactically~*~*~ (outnumbered).
  9887 | D:5      | 9887 ||| Stepping ~*~*~tactically~*~*~ (outnumbered).
  9891 | D:5      | 9891 ||| Stepping ~*~*~tactically~*~*~ (outnumbered).
  9893 | D:5      | 9893 ||| Stepping ~*~*~tactically~*~*~ (outnumbered).
  9895 | D:5      | 9895 ||| Stepping ~*~*~tactically~*~*~ (outnumbered).
  9897 | D:5      | 9897 ||| Stepping ~*~*~tactically~*~*~ (outnumbered).
  9899 | D:5      | 9899 ||| Stepping ~*~*~tactically~*~*~ (outnumbered).
  9901 | D:5      | 9901 ||| Stepping ~*~*~tactically~*~*~ (outnumbered).
  9903 | D:5      | 9903 ||| Stepping ~*~*~tactically~*~*~ (outnumbered).
  9905 | D:5      | 9905 ||| Stepping ~*~*~tactically~*~*~ (outnumbered).
  9907 | D:5      | 9907 ||| Stepping ~*~*~tactically~*~*~ (outnumbered).
  9909 | D:5      | 9909 ||| Stepping ~*~*~tactically~*~*~ (outnumbered).
  9911 | D:5      | 9911 ||| Stepping ~*~*~tactically~*~*~ (outnumbered).
  9913 | D:5      | 9913 ||| Stepping ~*~*~tactically~*~*~ (outnumbered).
  9915 | D:5      | 9915 ||| Stepping ~*~*~tactically~*~*~ (outnumbered).
  9917 | D:5      | 9917 ||| Stepping ~*~*~tactically~*~*~ (outnumbered).
  9919 | D:5      | 9919 ||| Stepping ~*~*~tactically~*~*~ (outnumbered).
  9921 | D:5      | 9921 ||| Stepping ~*~*~tactically~*~*~ (outnumbered).
  9923 | D:5      | 9923 ||| Stepping ~*~*~tactically~*~*~ (outnumbered).
  9927 | D:5      | 9927 ||| Stepping ~*~*~tactically~*~*~ (outnumbered).
  9929 | D:5      | 9929 ||| Stepping ~*~*~tactically~*~*~ (outnumbered).
  9931 | D:5      | 9931 ||| Stepping ~*~*~tactically~*~*~ (outnumbered).
  9933 | D:5      | 9933 ||| Stepping ~*~*~tactically~*~*~ (outnumbered).
  9935 | D:5      | 9935 ||| Stepping ~*~*~tactically~*~*~ (outnumbered).
  9937 | D:5      | 9937 ||| Stepping ~*~*~tactically~*~*~ (outnumbered).
  9939 | D:5      | 9939 ||| Stepping ~*~*~tactically~*~*~ (outnumbered).
  9941 | D:5      | 9941 ||| Stepping ~*~*~tactically~*~*~ (outnumbered).
  9943 | D:5      | 9943 ||| Stepping ~*~*~tactically~*~*~ (outnumbered).
  9945 | D:5      | 9945 ||| Stepping ~*~*~tactically~*~*~ (outnumbered).
  9947 | D:5      | 9947 ||| Stepping ~*~*~tactically~*~*~ (outnumbered).
  9949 | D:5      | 9949 ||| Stepping ~*~*~tactically~*~*~ (outnumbered).
  9952 | D:5      | 9952 ||| Stepping ~*~*~tactically~*~*~ (outnumbered).
  9954 | D:5      | 9954 ||| Stepping ~*~*~tactically~*~*~ (outnumbered).
  9956 | D:5      | 9956 ||| Stepping ~*~*~tactically~*~*~ (outnumbered).
  9958 | D:5      | 9958 ||| Stepping ~*~*~tactically~*~*~ (outnumbered).
  9960 | D:5      | 9960 ||| Stepping ~*~*~tactically~*~*~ (outnumbered).
  9962 | D:5      | 9962 ||| Stepping ~*~*~tactically~*~*~ (outnumbered).
  9964 | D:5      | 9964 ||| Stepping ~*~*~tactically~*~*~ (outnumbered).
  9967 | D:5      | 9967 ||| Stepping ~*~*~tactically~*~*~ (outnumbered).
  9969 | D:5      | 9969 ||| Stepping ~*~*~tactically~*~*~ (outnumbered).
  9971 | D:5      | 9971 ||| Stepping ~*~*~tactically~*~*~ (outnumbered).
  9973 | D:5      | 9973 ||| Stepping ~*~*~tactically~*~*~ (outnumbered).
  9975 | D:5      | 9975 ||| Stepping ~*~*~tactically~*~*~ (outnumbered).
  9977 | D:5      | 9977 ||| Stepping ~*~*~tactically~*~*~ (outnumbered).
  9979 | D:5      | 9979 ||| Stepping ~*~*~tactically~*~*~ (outnumbered).
  9981 | D:5      | 9981 ||| Stepping ~*~*~tactically~*~*~ (outnumbered).
  9983 | D:5      | 9983 ||| Stepping ~*~*~tactically~*~*~ (outnumbered).
  9985 | D:5      | 9985 ||| Stepping ~*~*~tactically~*~*~ (outnumbered).
  9987 | D:5      | 9987 ||| Stepping ~*~*~tactically~*~*~ (outnumbered).
  9989 | D:5      | 9989 ||| Stepping ~*~*~tactically~*~*~ (outnumbered).
  9991 | D:5      | 9991 ||| Stepping ~*~*~tactically~*~*~ (outnumbered).
  9993 | D:5      | 9993 ||| Stepping ~*~*~tactically~*~*~ (outnumbered).
  9995 | D:5      | 9995 ||| Stepping ~*~*~tactically~*~*~ (outnumbered).
  9997 | D:5      | 9997 ||| Stepping ~*~*~tactically~*~*~ (outnumbered).
  9999 | D:5      | 9999 ||| Stepping ~*~*~tactically~*~*~ (outnumbered).
 10001 | D:5      | 10001 ||| Stepping ~*~*~tactically~*~*~ (outnumbered).
 10003 | D:5      | 10003 ||| Stepping ~*~*~tactically~*~*~ (outnumbered).
 10005 | D:5      | 10005 ||| Stepping ~*~*~tactically~*~*~ (outnumbered).
 10007 | D:5      | 10007 ||| Stepping ~*~*~tactically~*~*~ (outnumbered).
 10009 | D:5      | 10009 ||| Stepping ~*~*~tactically~*~*~ (outnumbered).
 10012 | D:5      | 10012 ||| Stepping ~*~*~tactically~*~*~ (outnumbered).
 10014 | D:5      | 10014 ||| Stepping ~*~*~tactically~*~*~ (outnumbered).
 10016 | D:5      | 10016 ||| Stepping ~*~*~tactically~*~*~ (outnumbered).
 10018 | D:5      | 10018 ||| Stepping ~*~*~tactically~*~*~ (outnumbered).
 10020 | D:5      | 10020 ||| Stepping ~*~*~tactically~*~*~ (outnumbered).
 10022 | D:5      | 10022 ||| Stepping ~*~*~tactically~*~*~ (outnumbered).
 10024 | D:5      | 10024 ||| Stepping ~*~*~tactically~*~*~ (outnumbered).
 10027 | D:5      | 10027 ||| Stepping ~*~*~tactically~*~*~ (outnumbered).
 10029 | D:5      | 10029 ||| Stepping ~*~*~tactically~*~*~ (outnumbered).
 10031 | D:5      | 10031 ||| Stepping ~*~*~tactically~*~*~ (outnumbered).
 10033 | D:5      | 10033 ||| Stepping ~*~*~tactically~*~*~ (outnumbered).
 10035 | D:5      | 10035 ||| Stepping ~*~*~tactically~*~*~ (outnumbered).
 10038 | D:5      | 10038 ||| Stepping ~*~*~tactically~*~*~ (outnumbered).
 10040 | D:5      | 10040 ||| Stepping ~*~*~tactically~*~*~ (outnumbered).
 10042 | D:5      | 10042 ||| Stepping ~*~*~tactically~*~*~ (outnumbered).
 10044 | D:5      | 10044 ||| Stepping ~*~*~tactically~*~*~ (outnumbered).
 10046 | D:5      | 10046 ||| Stepping ~*~*~tactically~*~*~ (outnumbered).
 10048 | D:5      | 10048 ||| Stepping ~*~*~tactically~*~*~ (outnumbered).
 10050 | D:5      | 10050 ||| Stepping ~*~*~tactically~*~*~ (outnumbered).
 10052 | D:5      | 10052 ||| Stepping ~*~*~tactically~*~*~ (outnumbered).
 10054 | D:5      | 10054 ||| Stepping ~*~*~tactically~*~*~ (outnumbered).
 10056 | D:5      | 10056 ||| Stepping ~*~*~tactically~*~*~ (outnumbered).
 10058 | D:5      | 10058 ||| Stepping ~*~*~tactically~*~*~ (outnumbered).
 10060 | D:5      | 10060 ||| Stepping ~*~*~tactically~*~*~ (outnumbered).
 10062 | D:5      | 10062 ||| Stepping ~*~*~tactically~*~*~ (outnumbered).
 10064 | D:5      | 10064 ||| Stepping ~*~*~tactically~*~*~ (outnumbered).
 10067 | D:5      | 10067 ||| Stepping ~*~*~tactically~*~*~ (outnumbered).
 10069 | D:5      | 10069 ||| Stepping ~*~*~tactically~*~*~ (outnumbered).
 10071 | D:5      | 10071 ||| Stepping ~*~*~tactically~*~*~ (outnumbered).
 10073 | D:5      | 10073 ||| Stepping ~*~*~tactically~*~*~ (outnumbered).
 10075 | D:5      | 10075 ||| Stepping ~*~*~tactically~*~*~ (outnumbered).
 10078 | D:5      | 10078 ||| Stepping ~*~*~tactically~*~*~ (outnumbered).
 10080 | D:5      | 10080 ||| Stepping ~*~*~tactically~*~*~ (outnumbered).
 10082 | D:5      | 10082 ||| Stepping ~*~*~tactically~*~*~ (outnumbered).
 10084 | D:5      | 10084 ||| Stepping ~*~*~tactically~*~*~ (outnumbered).
 10086 | D:5      | 10086 ||| Stepping ~*~*~tactically~*~*~ (outnumbered).
 10088 | D:5      | 10088 ||| Stepping ~*~*~tactically~*~*~ (outnumbered).
 10091 | D:5      | 10091 ||| Stepping ~*~*~tactically~*~*~ (outnumbered).
 10093 | D:5      | 10093 ||| Stepping ~*~*~tactically~*~*~ (outnumbered).
 10095 | D:5      | 10095 ||| Stepping ~*~*~tactically~*~*~ (outnumbered).
 10098 | D:5      | 10098 ||| Stepping ~*~*~tactically~*~*~ (outnumbered).
 10102 | D:5      | 10102 ||| Stepping ~*~*~tactically~*~*~ (outnumbered).
 10104 | D:5      | 10104 ||| Stepping ~*~*~tactically~*~*~ (outnumbered).
 10107 | D:5      | 10107 ||| Stepping ~*~*~tactically~*~*~ (outnumbered).
 10109 | D:5      | 10109 ||| Stepping ~*~*~tactically~*~*~ (outnumbered).
 10111 | D:5      | 10111 ||| Stepping ~*~*~tactically~*~*~ (outnumbered).
 10113 | D:5      | 10113 ||| Stepping ~*~*~tactically~*~*~ (outnumbered).
 10115 | D:5      | 10115 ||| Stepping ~*~*~tactically~*~*~ (outnumbered).
 10117 | D:5      | 10117 ||| Stepping ~*~*~tactically~*~*~ (outnumbered).
 10119 | D:5      | 10119 ||| Stepping ~*~*~tactically~*~*~ (outnumbered).
 10121 | D:5      | 10121 ||| Stepping ~*~*~tactically~*~*~ (outnumbered).
 10123 | D:5      | 10123 ||| Stepping ~*~*~tactically~*~*~ (outnumbered).
 10125 | D:5      | 10125 ||| Stepping ~*~*~tactically~*~*~ (outnumbered).
 10127 | D:5      | 10127 ||| Stepping ~*~*~tactically~*~*~ (outnumbered).
 10129 | D:5      | 10129 ||| Stepping ~*~*~tactically~*~*~ (outnumbered).
 10131 | D:5      | 10131 ||| Stepping ~*~*~tactically~*~*~ (outnumbered).
 10133 | D:5      | 10133 ||| Stepping ~*~*~tactically~*~*~ (outnumbered).
 10135 | D:5      | 10135 ||| Stepping ~*~*~tactically~*~*~ (outnumbered).
 10137 | D:5      | 10137 ||| Stepping ~*~*~tactically~*~*~ (outnumbered).
 10139 | D:5      | 10139 ||| Stepping ~*~*~tactically~*~*~ (outnumbered).
 10141 | D:5      | 10141 ||| Stepping ~*~*~tactically~*~*~ (outnumbered).
 10143 | D:5      | 10143 ||| Stepping ~*~*~tactically~*~*~ (outnumbered).
 10145 | D:5      | 10145 ||| Stepping ~*~*~tactically~*~*~ (outnumbered).
 10147 | D:5      | 10147 ||| Stepping ~*~*~tactically~*~*~ (outnumbered).
 10149 | D:5      | 10149 ||| Stepping ~*~*~tactically~*~*~ (outnumbered).
 10151 | D:5      | 10151 ||| Stepping ~*~*~tactically~*~*~ (outnumbered).
 10153 | D:5      | 10153 ||| Stepping ~*~*~tactically~*~*~ (outnumbered).
 10155 | D:5      | 10155 ||| Stepping ~*~*~tactically~*~*~ (outnumbered).
 10157 | D:5      | 10157 ||| Stepping ~*~*~tactically~*~*~ (outnumbered).
 10161 | D:5      | 10161 ||| Stepping ~*~*~tactically~*~*~ (outnumbered).
 10165 | D:5      | 10165 ||| Stepping ~*~*~tactically~*~*~ (outnumbered).
 10167 | D:5      | 10167 ||| Stepping ~*~*~tactically~*~*~ (outnumbered).
 10169 | D:5      | 10169 ||| Stepping ~*~*~tactically~*~*~ (outnumbered).
 10171 | D:5      | 10171 ||| Stepping ~*~*~tactically~*~*~ (outnumbered).
 10173 | D:5      | 10173 ||| Stepping ~*~*~tactically~*~*~ (outnumbered).
 10175 | D:5      | 10175 ||| Stepping ~*~*~tactically~*~*~ (outnumbered).
 10177 | D:5      | 10177 ||| Stepping ~*~*~tactically~*~*~ (outnumbered).
 10179 | D:5      | 10179 ||| Stepping ~*~*~tactically~*~*~ (outnumbered).
 10181 | D:5      | 10181 ||| Stepping ~*~*~tactically~*~*~ (outnumbered).
 10183 | D:5      | 10183 ||| Stepping ~*~*~tactically~*~*~ (outnumbered).
 10185 | D:5      | 10185 ||| Stepping ~*~*~tactically~*~*~ (outnumbered).
 10187 | D:5      | 10187 ||| Stepping ~*~*~tactically~*~*~ (outnumbered).
 10189 | D:5      | 10189 ||| Stepping ~*~*~tactically~*~*~ (outnumbered).
 10191 | D:5      | 10191 ||| Stepping ~*~*~tactically~*~*~ (outnumbered).
 10193 | D:5      | 10193 ||| Stepping ~*~*~tactically~*~*~ (outnumbered).
 10195 | D:5      | 10195 ||| Stepping ~*~*~tactically~*~*~ (outnumbered).
 10197 | D:5      | 10197 ||| Stepping ~*~*~tactically~*~*~ (outnumbered).
 10199 | D:5      | 10199 ||| Stepping ~*~*~tactically~*~*~ (outnumbered).
 10201 | D:5      | 10201 ||| Stepping ~*~*~tactically~*~*~ (outnumbered).
 10203 | D:5      | 10203 ||| Stepping ~*~*~tactically~*~*~ (outnumbered).
 10205 | D:5      | 10205 ||| Stepping ~*~*~tactically~*~*~ (outnumbered).
 10207 | D:5      | 10207 ||| Stepping ~*~*~tactically~*~*~ (outnumbered).
 10210 | D:5      | 10210 ||| Stepping ~*~*~tactically~*~*~ (outnumbered).
 10212 | D:5      | 10212 ||| Stepping ~*~*~tactically~*~*~ (outnumbered).
 10214 | D:5      | 10214 ||| Stepping ~*~*~tactically~*~*~ (outnumbered).
 10216 | D:5      | 10216 ||| Stepping ~*~*~tactically~*~*~ (outnumbered).
 10218 | D:5      | 10218 ||| Stepping ~*~*~tactically~*~*~ (outnumbered).
 10220 | D:5      | 10220 ||| Stepping ~*~*~tactically~*~*~ (outnumbered).
 10222 | D:5      | 10222 ||| Stepping ~*~*~tactically~*~*~ (outnumbered).
 10224 | D:5      | 10224 ||| Stepping ~*~*~tactically~*~*~ (outnumbered).
 10226 | D:5      | 10226 ||| Stepping ~*~*~tactically~*~*~ (outnumbered).
 10228 | D:5      | 10228 ||| Stepping ~*~*~tactically~*~*~ (outnumbered).
 10230 | D:5      | 10230 ||| Stepping ~*~*~tactically~*~*~ (outnumbered).
 10232 | D:5      | 10232 ||| Stepping ~*~*~tactically~*~*~ (outnumbered).
 10234 | D:5      | 10234 ||| Stepping ~*~*~tactically~*~*~ (outnumbered).
 10236 | D:5      | 10236 ||| Stepping ~*~*~tactically~*~*~ (outnumbered).
 10238 | D:5      | 10238 ||| Stepping ~*~*~tactically~*~*~ (outnumbered).
 10240 | D:5      | 10240 ||| Stepping ~*~*~tactically~*~*~ (outnumbered).
 10242 | D:5      | 10242 ||| Stepping ~*~*~tactically~*~*~ (outnumbered).
 10244 | D:5      | 10244 ||| Stepping ~*~*~tactically~*~*~ (outnumbered).
 10246 | D:5      | 10246 ||| Stepping ~*~*~tactically~*~*~ (outnumbered).
 10248 | D:5      | 10248 ||| Stepping ~*~*~tactically~*~*~ (outnumbered).
 10250 | D:5      | 10250 ||| Stepping ~*~*~tactically~*~*~ (outnumbered).
 10252 | D:5      | 10252 ||| Stepping ~*~*~tactically~*~*~ (outnumbered).
 10255 | D:5      | 10255 ||| Stepping ~*~*~tactically~*~*~ (outnumbered).
 10257 | D:5      | 10257 ||| Stepping ~*~*~tactically~*~*~ (outnumbered).
 10260 | D:5      | 10260 ||| Stepping ~*~*~tactically~*~*~ (outnumbered).
 10262 | D:5      | 10262 ||| Stepping ~*~*~tactically~*~*~ (outnumbered).
 10266 | D:5      | 10266 ||| Stepping ~*~*~tactically~*~*~ (outnumbered).
 10268 | D:5      | 10268 ||| Stepping ~*~*~tactically~*~*~ (outnumbered).
 10270 | D:5      | 10270 ||| Stepping ~*~*~tactically~*~*~ (outnumbered).
 10272 | D:5      | 10272 ||| Stepping ~*~*~tactically~*~*~ (outnumbered).
 10274 | D:5      | 10274 ||| Stepping ~*~*~tactically~*~*~ (outnumbered).
 10276 | D:5      | 10276 ||| Stepping ~*~*~tactically~*~*~ (outnumbered).
 10278 | D:5      | 10278 ||| Stepping ~*~*~tactically~*~*~ (outnumbered).
 10280 | D:5      | 10280 ||| Stepping ~*~*~tactically~*~*~ (outnumbered).
 10282 | D:5      | 10282 ||| Stepping ~*~*~tactically~*~*~ (outnumbered).
 10284 | D:5      | 10284 ||| Stepping ~*~*~tactically~*~*~ (outnumbered).
 10286 | D:5      | 10286 ||| Stepping ~*~*~tactically~*~*~ (outnumbered).
 10288 | D:5      | 10288 ||| Stepping ~*~*~tactically~*~*~ (outnumbered).
 10290 | D:5      | 10290 ||| Stepping ~*~*~tactically~*~*~ (outnumbered).
 10292 | D:5      | 10292 ||| Stepping ~*~*~tactically~*~*~ (outnumbered).
 10294 | D:5      | 10294 ||| Stepping ~*~*~tactically~*~*~ (outnumbered).
 10296 | D:5      | 10296 ||| Stepping ~*~*~tactically~*~*~ (outnumbered).
 10298 | D:5      | 10298 ||| Stepping ~*~*~tactically~*~*~ (outnumbered).
 10302 | D:5      | 10302 ||| Stepping ~*~*~tactically~*~*~ (outnumbered).
 10304 | D:5      | 10304 ||| Stepping ~*~*~tactically~*~*~ (outnumbered).
 10306 | D:5      | 10306 ||| Stepping ~*~*~tactically~*~*~ (outnumbered).
 10311 | D:5      | 10311 ||| Stepping ~*~*~tactically~*~*~ (outnumbered).
 10313 | D:5      | 10313 ||| Stepping ~*~*~tactically~*~*~ (outnumbered).
 10315 | D:5      | 10315 ||| Stepping ~*~*~tactically~*~*~ (outnumbered).
 10317 | D:5      | 10317 ||| Stepping ~*~*~tactically~*~*~ (outnumbered).
 10319 | D:5      | 10319 ||| Stepping ~*~*~tactically~*~*~ (outnumbered).
 10321 | D:5      | 10321 ||| Stepping ~*~*~tactically~*~*~ (outnumbered).
 10323 | D:5      | 10323 ||| Stepping ~*~*~tactically~*~*~ (outnumbered).
 10325 | D:5      | 10325 ||| Stepping ~*~*~tactically~*~*~ (outnumbered).
 10327 | D:5      | 10327 ||| Stepping ~*~*~tactically~*~*~ (outnumbered).
 10329 | D:5      | 10329 ||| Stepping ~*~*~tactically~*~*~ (outnumbered).
 10331 | D:5      | 10331 ||| Stepping ~*~*~tactically~*~*~ (outnumbered).
 10333 | D:5      | 10333 ||| Stepping ~*~*~tactically~*~*~ (outnumbered).
 10335 | D:5      | 10335 ||| Stepping ~*~*~tactically~*~*~ (outnumbered).
 10337 | D:5      | 10337 ||| Stepping ~*~*~tactically~*~*~ (outnumbered).
 10339 | D:5      | 10339 ||| Stepping ~*~*~tactically~*~*~ (outnumbered).
 10341 | D:5      | 10341 ||| Stepping ~*~*~tactically~*~*~ (outnumbered).
 10343 | D:5      | 10343 ||| Stepping ~*~*~tactically~*~*~ (outnumbered).
 10345 | D:5      | 10345 ||| Stepping ~*~*~tactically~*~*~ (outnumbered).
 10347 | D:5      | 10347 ||| Stepping ~*~*~tactically~*~*~ (outnumbered).
 10349 | D:5      | 10349 ||| Stepping ~*~*~tactically~*~*~ (outnumbered).
 10351 | D:5      | 10351 ||| Stepping ~*~*~tactically~*~*~ (outnumbered).
 10353 | D:5      | 10353 ||| Stepping ~*~*~tactically~*~*~ (outnumbered).
 10355 | D:5      | 10355 ||| Stepping ~*~*~tactically~*~*~ (outnumbered).
 10357 | D:5      | 10357 ||| Stepping ~*~*~tactically~*~*~ (outnumbered).
 10359 | D:5      | 10359 ||| Stepping ~*~*~tactically~*~*~ (outnumbered).
 10361 | D:5      | 10361 ||| Stepping ~*~*~tactically~*~*~ (outnumbered).
 10363 | D:5      | 10363 ||| Stepping ~*~*~tactically~*~*~ (outnumbered).
 10365 | D:5      | 10365 ||| Stepping ~*~*~tactically~*~*~ (outnumbered).
 10369 | D:5      | 10369 ||| Stepping ~*~*~tactically~*~*~ (outnumbered).
 10371 | D:5      | 10371 ||| Stepping ~*~*~tactically~*~*~ (outnumbered).
 10374 | D:5      | 10374 ||| Stepping ~*~*~tactically~*~*~ (outnumbered).
 10376 | D:5      | 10376 ||| Stepping ~*~*~tactically~*~*~ (outnumbered).
 10378 | D:5      | 10378 ||| Stepping ~*~*~tactically~*~*~ (outnumbered).
 10382 | D:5      | 10382 ||| Stepping ~*~*~tactically~*~*~ (outnumbered).
 10384 | D:5      | 10384 ||| Stepping ~*~*~tactically~*~*~ (outnumbered).
 10386 | D:5      | 10386 ||| Stepping ~*~*~tactically~*~*~ (outnumbered).
 10388 | D:5      | 10388 ||| Stepping ~*~*~tactically~*~*~ (outnumbered).
 10390 | D:5      | 10390 ||| Stepping ~*~*~tactically~*~*~ (outnumbered).
 10392 | D:5      | 10392 ||| Stepping ~*~*~tactically~*~*~ (outnumbered).
 10394 | D:5      | 10394 ||| Stepping ~*~*~tactically~*~*~ (outnumbered).
 10396 | D:5      | 10396 ||| Stepping ~*~*~tactically~*~*~ (outnumbered).
 10398 | D:5      | 10398 ||| Stepping ~*~*~tactically~*~*~ (outnumbered).
 10400 | D:5      | 10400 ||| Stepping ~*~*~tactically~*~*~ (outnumbered).
 10402 | D:5      | 10402 ||| Stepping ~*~*~tactically~*~*~ (outnumbered).
 10404 | D:5      | 10404 ||| Stepping ~*~*~tactically~*~*~ (outnumbered).
 10406 | D:5      | 10406 ||| Stepping ~*~*~tactically~*~*~ (outnumbered).
 10408 | D:5      | 10408 ||| Stepping ~*~*~tactically~*~*~ (outnumbered).
 10410 | D:5      | 10410 ||| Stepping ~*~*~tactically~*~*~ (outnumbered).
 10412 | D:5      | 10412 ||| Stepping ~*~*~tactically~*~*~ (outnumbered).
 10414 | D:5      | 10414 ||| Stepping ~*~*~tactically~*~*~ (outnumbered).
 10416 | D:5      | 10416 ||| Stepping ~*~*~tactically~*~*~ (outnumbered).
 10418 | D:5      | 10418 ||| Stepping ~*~*~tactically~*~*~ (outnumbered).
 10420 | D:5      | 10420 ||| Stepping ~*~*~tactically~*~*~ (outnumbered).
 10422 | D:5      | 10422 ||| Stepping ~*~*~tactically~*~*~ (outnumbered).
 10424 | D:5      | 10424 ||| Stepping ~*~*~tactically~*~*~ (outnumbered).
 10426 | D:5      | 10426 ||| Stepping ~*~*~tactically~*~*~ (outnumbered).
 10428 | D:5      | 10428 ||| Stepping ~*~*~tactically~*~*~ (outnumbered).
 10430 | D:5      | 10430 ||| Stepping ~*~*~tactically~*~*~ (outnumbered).
 10432 | D:5      | 10432 ||| Stepping ~*~*~tactically~*~*~ (outnumbered).
 10434 | D:5      | 10434 ||| Stepping ~*~*~tactically~*~*~ (outnumbered).
 10436 | D:5      | 10436 ||| Stepping ~*~*~tactically~*~*~ (outnumbered).
 10438 | D:5      | 10438 ||| Stepping ~*~*~tactically~*~*~ (outnumbered).
 10442 | D:5      | 10442 ||| Stepping ~*~*~tactically~*~*~ (outnumbered).
 10444 | D:5      | 10444 ||| Stepping ~*~*~tactically~*~*~ (outnumbered).
 10446 | D:5      | 10446 ||| Stepping ~*~*~tactically~*~*~ (outnumbered).
 10448 | D:5      | 10448 ||| Stepping ~*~*~tactically~*~*~ (outnumbered).
 10450 | D:5      | 10450 ||| Stepping ~*~*~tactically~*~*~ (outnumbered).
 10452 | D:5      | 10452 ||| Stepping ~*~*~tactically~*~*~ (outnumbered).
 10454 | D:5      | 10454 ||| Stepping ~*~*~tactically~*~*~ (outnumbered).
 10456 | D:5      | 10456 ||| Stepping ~*~*~tactically~*~*~ (outnumbered).
 10458 | D:5      | 10458 ||| Stepping ~*~*~tactically~*~*~ (outnumbered).
 10460 | D:5      | 10460 ||| Stepping ~*~*~tactically~*~*~ (outnumbered).
 10462 | D:5      | 10462 ||| Stepping ~*~*~tactically~*~*~ (outnumbered).
 10464 | D:5      | 10464 ||| Stepping ~*~*~tactically~*~*~ (outnumbered).
 10467 | D:5      | 10467 ||| Stepping ~*~*~tactically~*~*~ (outnumbered).
 10469 | D:5      | 10469 ||| Stepping ~*~*~tactically~*~*~ (outnumbered).
 10472 | D:5      | 10472 ||| Stepping ~*~*~tactically~*~*~ (outnumbered).
 10474 | D:5      | 10474 ||| Stepping ~*~*~tactically~*~*~ (outnumbered).
 10476 | D:5      | 10476 ||| Stepping ~*~*~tactically~*~*~ (outnumbered).
 10478 | D:5      | 10478 ||| Stepping ~*~*~tactically~*~*~ (outnumbered).
 10480 | D:5      | 10480 ||| Stepping ~*~*~tactically~*~*~ (outnumbered).
 10482 | D:5      | 10482 ||| Stepping ~*~*~tactically~*~*~ (outnumbered).
 10484 | D:5      | 10484 ||| Stepping ~*~*~tactically~*~*~ (outnumbered).
 10486 | D:5      | 10486 ||| Stepping ~*~*~tactically~*~*~ (outnumbered).
 10488 | D:5      | 10488 ||| Stepping ~*~*~tactically~*~*~ (outnumbered).
 10490 | D:5      | 10490 ||| Stepping ~*~*~tactically~*~*~ (outnumbered).
 10492 | D:5      | 10492 ||| Stepping ~*~*~tactically~*~*~ (outnumbered).
 10494 | D:5      | 10494 ||| Stepping ~*~*~tactically~*~*~ (outnumbered).
 10496 | D:5      | 10496 ||| Stepping ~*~*~tactically~*~*~ (outnumbered).
 10498 | D:5      | 10498 ||| Stepping ~*~*~tactically~*~*~ (outnumbered).
 10500 | D:5      | 10500 ||| Stepping ~*~*~tactically~*~*~ (outnumbered).
 10503 | D:5      | 10503 ||| Stepping ~*~*~tactically~*~*~ (outnumbered).
 10505 | D:5      | 10505 ||| Stepping ~*~*~tactically~*~*~ (outnumbered).
 10507 | D:5      | 10507 ||| Stepping ~*~*~tactically~*~*~ (outnumbered).
 10510 | D:5      | 10510 ||| Stepping ~*~*~tactically~*~*~ (outnumbered).
 10512 | D:5      | 10512 ||| Stepping ~*~*~tactically~*~*~ (outnumbered).
 10514 | D:5      | 10514 ||| Stepping ~*~*~tactically~*~*~ (outnumbered).
 10516 | D:5      | 10516 ||| Stepping ~*~*~tactically~*~*~ (outnumbered).
 10518 | D:5      | 10518 ||| Stepping ~*~*~tactically~*~*~ (outnumbered).
 10522 | D:5      | 10522 ||| Stepping ~*~*~tactically~*~*~ (outnumbered).
 10524 | D:5      | 10524 ||| Stepping ~*~*~tactically~*~*~ (outnumbered).
 10526 | D:5      | 10526 ||| Stepping ~*~*~tactically~*~*~ (outnumbered).
 10528 | D:5      | 10528 ||| Stepping ~*~*~tactically~*~*~ (outnumbered).
 10530 | D:5      | 10530 ||| Stepping ~*~*~tactically~*~*~ (outnumbered).
 10532 | D:5      | 10532 ||| Stepping ~*~*~tactically~*~*~ (outnumbered).
 10534 | D:5      | 10534 ||| Stepping ~*~*~tactically~*~*~ (outnumbered).
 10536 | D:5      | 10536 ||| Stepping ~*~*~tactically~*~*~ (outnumbered).
 10538 | D:5      | 10538 ||| Stepping ~*~*~tactically~*~*~ (outnumbered).
 10540 | D:5      | 10540 ||| Stepping ~*~*~tactically~*~*~ (outnumbered).
 10542 | D:5      | 10542 ||| Stepping ~*~*~tactically~*~*~ (outnumbered).
 10544 | D:5      | 10544 ||| Stepping ~*~*~tactically~*~*~ (outnumbered).
 10546 | D:5      | 10546 ||| Stepping ~*~*~tactically~*~*~ (outnumbered).
 10548 | D:5      | 10548 ||| Stepping ~*~*~tactically~*~*~ (outnumbered).
 10550 | D:5      | 10550 ||| Stepping ~*~*~tactically~*~*~ (outnumbered).
 10552 | D:5      | 10552 ||| Stepping ~*~*~tactically~*~*~ (outnumbered).
 10554 | D:5      | 10554 ||| Stepping ~*~*~tactically~*~*~ (outnumbered).
 10556 | D:5      | 10556 ||| Stepping ~*~*~tactically~*~*~ (outnumbered).
 10558 | D:5      | 10558 ||| Stepping ~*~*~tactically~*~*~ (outnumbered).
 10560 | D:5      | 10560 ||| Stepping ~*~*~tactically~*~*~ (outnumbered).
 10562 | D:5      | 10562 ||| Stepping ~*~*~tactically~*~*~ (outnumbered).
 10564 | D:5      | 10564 ||| Stepping ~*~*~tactically~*~*~ (outnumbered).
 10566 | D:5      | 10566 ||| Stepping ~*~*~tactically~*~*~ (outnumbered).
 10568 | D:5      | 10568 ||| Stepping ~*~*~tactically~*~*~ (outnumbered).
 10570 | D:5      | 10570 ||| Stepping ~*~*~tactically~*~*~ (outnumbered).
 10572 | D:5      | 10572 ||| Stepping ~*~*~tactically~*~*~ (outnumbered).
 10574 | D:5      | 10574 ||| Stepping ~*~*~tactically~*~*~ (outnumbered).
 10576 | D:5      | 10576 ||| Stepping ~*~*~tactically~*~*~ (outnumbered).
 10581 | D:5      | 10581 ||| Stepping ~*~*~tactically~*~*~ (outnumbered).
 10583 | D:5      | 10583 ||| Stepping ~*~*~tactically~*~*~ (outnumbered).
 10585 | D:5      | 10585 ||| Stepping ~*~*~tactically~*~*~ (outnumbered).
 10587 | D:5      | 10587 ||| Stepping ~*~*~tactically~*~*~ (outnumbered).
 10589 | D:5      | 10589 ||| Stepping ~*~*~tactically~*~*~ (outnumbered).
 10591 | D:5      | 10591 ||| Stepping ~*~*~tactically~*~*~ (outnumbered).
 10593 | D:5      | 10593 ||| Stepping ~*~*~tactically~*~*~ (outnumbered).
 10595 | D:5      | 10595 ||| Stepping ~*~*~tactically~*~*~ (outnumbered).
 10598 | D:5      | 10598 ||| Stepping ~*~*~tactically~*~*~ (outnumbered).
 10600 | D:5      | 10600 ||| Stepping ~*~*~tactically~*~*~ (outnumbered).
 10602 | D:5      | 10602 ||| Stepping ~*~*~tactically~*~*~ (outnumbered).
 10604 | D:5      | 10604 ||| Stepping ~*~*~tactically~*~*~ (outnumbered).
 10606 | D:5      | 10606 ||| Stepping ~*~*~tactically~*~*~ (outnumbered).
 10608 | D:5      | 10608 ||| Stepping ~*~*~tactically~*~*~ (outnumbered).
 10610 | D:5      | 10610 ||| Stepping ~*~*~tactically~*~*~ (outnumbered).
 10612 | D:5      | 10612 ||| Stepping ~*~*~tactically~*~*~ (outnumbered).
 10614 | D:5      | 10614 ||| Stepping ~*~*~tactically~*~*~ (outnumbered).
 10616 | D:5      | 10616 ||| Stepping ~*~*~tactically~*~*~ (outnumbered).
 10618 | D:5      | 10618 ||| Stepping ~*~*~tactically~*~*~ (outnumbered).
 10620 | D:5      | 10620 ||| Stepping ~*~*~tactically~*~*~ (outnumbered).
 10622 | D:5      | 10622 ||| Stepping ~*~*~tactically~*~*~ (outnumbered).
 10624 | D:5      | 10624 ||| Stepping ~*~*~tactically~*~*~ (outnumbered).
 10626 | D:5      | 10626 ||| Stepping ~*~*~tactically~*~*~ (outnumbered).
 10628 | D:5      | 10628 ||| Stepping ~*~*~tactically~*~*~ (outnumbered).
 10630 | D:5      | 10630 ||| Stepping ~*~*~tactically~*~*~ (outnumbered).
 10632 | D:5      | 10632 ||| Stepping ~*~*~tactically~*~*~ (outnumbered).
 10634 | D:5      | 10634 ||| Stepping ~*~*~tactically~*~*~ (outnumbered).
 10636 | D:5      | 10636 ||| Stepping ~*~*~tactically~*~*~ (outnumbered).
 10638 | D:5      | 10638 ||| Stepping ~*~*~tactically~*~*~ (outnumbered).
 10640 | D:5      | 10640 ||| Stepping ~*~*~tactically~*~*~ (outnumbered).
 10642 | D:5      | 10642 ||| Stepping ~*~*~tactically~*~*~ (outnumbered).
 10644 | D:5      | 10644 ||| Stepping ~*~*~tactically~*~*~ (outnumbered).
 10648 | D:5      | 10648 ||| Stepping ~*~*~tactically~*~*~ (outnumbered).
 10650 | D:5      | 10650 ||| Stepping ~*~*~tactically~*~*~ (outnumbered).
 10652 | D:5      | 10652 ||| Stepping ~*~*~tactically~*~*~ (outnumbered).
 10654 | D:5      | 10654 ||| Stepping ~*~*~tactically~*~*~ (outnumbered).
 10656 | D:5      | 10656 ||| Stepping ~*~*~tactically~*~*~ (outnumbered).
 10659 | D:5      | 10659 ||| Stepping ~*~*~tactically~*~*~ (outnumbered).
 10661 | D:5      | 10661 ||| Stepping ~*~*~tactically~*~*~ (outnumbered).
 10663 | D:5      | 10663 ||| Stepping ~*~*~tactically~*~*~ (outnumbered).
 10665 | D:5      | 10665 ||| Stepping ~*~*~tactically~*~*~ (outnumbered).
 10668 | D:5      | 10668 ||| Stepping ~*~*~tactically~*~*~ (outnumbered).
 10670 | D:5      | 10670 ||| Stepping ~*~*~tactically~*~*~ (outnumbered).
 10672 | D:5      | 10672 ||| Stepping ~*~*~tactically~*~*~ (outnumbered).
 10674 | D:5      | 10674 ||| Stepping ~*~*~tactically~*~*~ (outnumbered).
 10676 | D:5      | 10676 ||| Stepping ~*~*~tactically~*~*~ (outnumbered).
 10678 | D:5      | 10678 ||| Stepping ~*~*~tactically~*~*~ (outnumbered).
 10680 | D:5      | 10680 ||| Stepping ~*~*~tactically~*~*~ (outnumbered).
 10682 | D:5      | 10682 ||| Stepping ~*~*~tactically~*~*~ (outnumbered).
 10684 | D:5      | 10684 ||| Stepping ~*~*~tactically~*~*~ (outnumbered).
 10686 | D:5      | 10686 ||| Stepping ~*~*~tactically~*~*~ (outnumbered).
 10688 | D:5      | 10688 ||| Stepping ~*~*~tactically~*~*~ (outnumbered).
 10690 | D:5      | 10690 ||| Stepping ~*~*~tactically~*~*~ (outnumbered).
 10692 | D:5      | 10692 ||| Stepping ~*~*~tactically~*~*~ (outnumbered).
 10694 | D:5      | 10694 ||| Stepping ~*~*~tactically~*~*~ (outnumbered).
 10696 | D:5      | 10696 ||| Stepping ~*~*~tactically~*~*~ (outnumbered).
 10698 | D:5      | 10698 ||| Stepping ~*~*~tactically~*~*~ (outnumbered).
 10700 | D:5      | 10700 ||| Stepping ~*~*~tactically~*~*~ (outnumbered).
 10702 | D:5      | 10702 ||| Stepping ~*~*~tactically~*~*~ (outnumbered).
 10704 | D:5      | 10704 ||| Stepping ~*~*~tactically~*~*~ (outnumbered).
 10706 | D:5      | 10706 ||| Stepping ~*~*~tactically~*~*~ (outnumbered).
 10708 | D:5      | 10708 ||| Stepping ~*~*~tactically~*~*~ (outnumbered).
 10710 | D:5      | 10710 ||| Stepping ~*~*~tactically~*~*~ (outnumbered).
 10712 | D:5      | 10712 ||| Stepping ~*~*~tactically~*~*~ (outnumbered).
 10714 | D:5      | 10714 ||| Stepping ~*~*~tactically~*~*~ (outnumbered).
 10716 | D:5      | 10716 ||| Stepping ~*~*~tactically~*~*~ (outnumbered).
 10718 | D:5      | 10718 ||| Stepping ~*~*~tactically~*~*~ (outnumbered).
 10720 | D:5      | 10720 ||| Stepping ~*~*~tactically~*~*~ (outnumbered).
 10722 | D:5      | 10722 ||| Stepping ~*~*~tactically~*~*~ (outnumbered).
 10724 | D:5      | 10724 ||| Stepping ~*~*~tactically~*~*~ (outnumbered).
 10726 | D:5      | 10726 ||| Stepping ~*~*~tactically~*~*~ (outnumbered).
 10728 | D:5      | 10728 ||| Stepping ~*~*~tactically~*~*~ (outnumbered).
 10730 | D:5      | 10730 ||| Stepping ~*~*~tactically~*~*~ (outnumbered).
 10732 | D:5      | 10732 ||| Stepping ~*~*~tactically~*~*~ (outnumbered).
 10734 | D:5      | 10734 ||| Stepping ~*~*~tactically~*~*~ (outnumbered).
 10736 | D:5      | 10736 ||| Stepping ~*~*~tactically~*~*~ (outnumbered).
 10740 | D:5      | 10740 ||| Stepping ~*~*~tactically~*~*~ (outnumbered).
 10742 | D:5      | 10742 ||| Stepping ~*~*~tactically~*~*~ (outnumbered).
 10744 | D:5      | 10744 ||| Stepping ~*~*~tactically~*~*~ (outnumbered).
 10746 | D:5      | 10746 ||| Stepping ~*~*~tactically~*~*~ (outnumbered).
 10748 | D:5      | 10748 ||| Stepping ~*~*~tactically~*~*~ (outnumbered).
 10750 | D:5      | 10750 ||| Stepping ~*~*~tactically~*~*~ (outnumbered).
 10752 | D:5      | 10752 ||| Stepping ~*~*~tactically~*~*~ (outnumbered).
 10754 | D:5      | 10754 ||| Stepping ~*~*~tactically~*~*~ (outnumbered).
 10758 | D:5      | 10758 ||| Stepping ~*~*~tactically~*~*~ (outnumbered).
 10760 | D:5      | 10760 ||| Stepping ~*~*~tactically~*~*~ (outnumbered).
 10762 | D:5      | 10762 ||| Stepping ~*~*~tactically~*~*~ (outnumbered).
 10764 | D:5      | 10764 ||| Stepping ~*~*~tactically~*~*~ (outnumbered).
 10766 | D:5      | 10766 ||| Stepping ~*~*~tactically~*~*~ (outnumbered).
 10768 | D:5      | 10768 ||| Stepping ~*~*~tactically~*~*~ (outnumbered).
 10770 | D:5      | 10770 ||| Stepping ~*~*~tactically~*~*~ (outnumbered).
 10772 | D:5      | 10772 ||| Stepping ~*~*~tactically~*~*~ (outnumbered).
 10774 | D:5      | 10774 ||| Stepping ~*~*~tactically~*~*~ (outnumbered).
 10776 | D:5      | 10776 ||| Stepping ~*~*~tactically~*~*~ (outnumbered).
 10778 | D:5      | 10778 ||| Stepping ~*~*~tactically~*~*~ (outnumbered).
 10780 | D:5      | 10780 ||| Stepping ~*~*~tactically~*~*~ (outnumbered).
 10782 | D:5      | 10782 ||| Stepping ~*~*~tactically~*~*~ (outnumbered).
 10784 | D:5      | 10784 ||| Stepping ~*~*~tactically~*~*~ (outnumbered).
 10786 | D:5      | 10786 ||| Stepping ~*~*~tactically~*~*~ (outnumbered).
 10788 | D:5      | 10788 ||| Stepping ~*~*~tactically~*~*~ (outnumbered).
 10790 | D:5      | 10790 ||| Stepping ~*~*~tactically~*~*~ (outnumbered).
 10792 | D:5      | 10792 ||| Stepping ~*~*~tactically~*~*~ (outnumbered).
 10794 | D:5      | 10794 ||| Stepping ~*~*~tactically~*~*~ (outnumbered).
 10796 | D:5      | 10796 ||| Stepping ~*~*~tactically~*~*~ (outnumbered).
 10798 | D:5      | 10798 ||| Stepping ~*~*~tactically~*~*~ (outnumbered).
 10801 | D:5      | 10801 ||| Stepping ~*~*~tactically~*~*~ (outnumbered).
 10803 | D:5      | 10803 ||| Stepping ~*~*~tactically~*~*~ (outnumbered).
 10805 | D:5      | 10805 ||| Stepping ~*~*~tactically~*~*~ (outnumbered).
 10808 | D:5      | 10808 ||| Stepping ~*~*~tactically~*~*~ (outnumbered).
 10810 | D:5      | 10810 ||| Stepping ~*~*~tactically~*~*~ (outnumbered).
 10812 | D:5      | 10812 ||| Stepping ~*~*~tactically~*~*~ (outnumbered).
 10814 | D:5      | 10814 ||| Stepping ~*~*~tactically~*~*~ (outnumbered).
 10816 | D:5      | 10816 ||| Stepping ~*~*~tactically~*~*~ (outnumbered).
 10818 | D:5      | 10818 ||| Stepping ~*~*~tactically~*~*~ (outnumbered).
 10820 | D:5      | 10820 ||| Stepping ~*~*~tactically~*~*~ (outnumbered).
 10822 | D:5      | 10822 ||| Stepping ~*~*~tactically~*~*~ (outnumbered).
 10824 | D:5      | 10824 ||| Stepping ~*~*~tactically~*~*~ (outnumbered).
 10826 | D:5      | 10826 ||| Stepping ~*~*~tactically~*~*~ (outnumbered).
 10828 | D:5      | 10828 ||| Stepping ~*~*~tactically~*~*~ (outnumbered).
 10830 | D:5      | 10830 ||| Stepping ~*~*~tactically~*~*~ (outnumbered).
 10832 | D:5      | 10832 ||| Stepping ~*~*~tactically~*~*~ (outnumbered).
 10834 | D:5      | 10834 ||| Stepping ~*~*~tactically~*~*~ (outnumbered).
 10838 | D:5      | 10838 ||| Stepping ~*~*~tactically~*~*~ (outnumbered).
 10840 | D:5      | 10840 ||| Stepping ~*~*~tactically~*~*~ (outnumbered).
 10842 | D:5      | 10842 ||| Stepping ~*~*~tactically~*~*~ (outnumbered).
 10844 | D:5      | 10844 ||| Stepping ~*~*~tactically~*~*~ (outnumbered).
 10846 | D:5      | 10846 ||| Stepping ~*~*~tactically~*~*~ (outnumbered).
 10848 | D:5      | 10848 ||| Stepping ~*~*~tactically~*~*~ (outnumbered).
 10850 | D:5      | 10850 ||| Stepping ~*~*~tactically~*~*~ (outnumbered).
 10852 | D:5      | 10852 ||| Stepping ~*~*~tactically~*~*~ (outnumbered).
 10854 | D:5      | 10854 ||| Stepping ~*~*~tactically~*~*~ (outnumbered).
 10856 | D:5      | 10856 ||| Stepping ~*~*~tactically~*~*~ (outnumbered).
 10858 | D:5      | 10858 ||| Stepping ~*~*~tactically~*~*~ (outnumbered).
 10860 | D:5      | 10860 ||| Stepping ~*~*~tactically~*~*~ (outnumbered).
 10862 | D:5      | 10862 ||| Stepping ~*~*~tactically~*~*~ (outnumbered).
 10864 | D:5      | 10864 ||| Stepping ~*~*~tactically~*~*~ (outnumbered).
 10866 | D:5      | 10866 ||| Stepping ~*~*~tactically~*~*~ (outnumbered).
 10868 | D:5      | 10868 ||| Stepping ~*~*~tactically~*~*~ (outnumbered).
 10870 | D:5      | 10870 ||| Stepping ~*~*~tactically~*~*~ (outnumbered).
 10872 | D:5      | 10872 ||| Stepping ~*~*~tactically~*~*~ (outnumbered).
 10874 | D:5      | 10874 ||| Stepping ~*~*~tactically~*~*~ (outnumbered).
 10876 | D:5      | 10876 ||| Stepping ~*~*~tactically~*~*~ (outnumbered).
 10878 | D:5      | 10878 ||| Stepping ~*~*~tactically~*~*~ (outnumbered).
 10880 | D:5      | 10880 ||| Stepping ~*~*~tactically~*~*~ (outnumbered).
 10882 | D:5      | 10882 ||| Stepping ~*~*~tactically~*~*~ (outnumbered).
 10885 | D:5      | 10885 ||| Stepping ~*~*~tactically~*~*~ (outnumbered).
 10887 | D:5      | 10887 ||| Stepping ~*~*~tactically~*~*~ (outnumbered).
 10889 | D:5      | 10889 ||| Stepping ~*~*~tactically~*~*~ (outnumbered).
 10891 | D:5      | 10891 ||| Stepping ~*~*~tactically~*~*~ (outnumbered).
 10893 | D:5      | 10893 ||| Stepping ~*~*~tactically~*~*~ (outnumbered).
 10895 | D:5      | 10895 ||| Stepping ~*~*~tactically~*~*~ (outnumbered).
 10897 | D:5      | 10897 ||| Stepping ~*~*~tactically~*~*~ (outnumbered).
 10899 | D:5      | 10899 ||| Stepping ~*~*~tactically~*~*~ (outnumbered).
 10901 | D:5      | 10901 ||| Stepping ~*~*~tactically~*~*~ (outnumbered).
 10903 | D:5      | 10903 ||| Stepping ~*~*~tactically~*~*~ (outnumbered).
 10905 | D:5      | 10905 ||| Stepping ~*~*~tactically~*~*~ (outnumbered).
 10907 | D:5      | 10907 ||| Stepping ~*~*~tactically~*~*~ (outnumbered).
 10909 | D:5      | 10909 ||| Stepping ~*~*~tactically~*~*~ (outnumbered).
 10912 | D:5      | 10912 ||| Stepping ~*~*~tactically~*~*~ (outnumbered).
 10914 | D:5      | 10914 ||| Stepping ~*~*~tactically~*~*~ (outnumbered).
 10916 | D:5      | 10916 ||| Stepping ~*~*~tactically~*~*~ (outnumbered).
 10918 | D:5      | 10918 ||| Stepping ~*~*~tactically~*~*~ (outnumbered).
 10920 | D:5      | 10920 ||| Stepping ~*~*~tactically~*~*~ (outnumbered).
 10922 | D:5      | 10922 ||| Stepping ~*~*~tactically~*~*~ (outnumbered).
 10924 | D:5      | 10924 ||| Stepping ~*~*~tactically~*~*~ (outnumbered).
 10926 | D:5      | 10926 ||| Stepping ~*~*~tactically~*~*~ (outnumbered).
 10928 | D:5      | 10928 ||| Stepping ~*~*~tactically~*~*~ (outnumbered).
 10930 | D:5      | 10930 ||| Stepping ~*~*~tactically~*~*~ (outnumbered).
 10932 | D:5      | 10932 ||| Stepping ~*~*~tactically~*~*~ (outnumbered).
 10934 | D:5      | 10934 ||| Stepping ~*~*~tactically~*~*~ (outnumbered).
 10936 | D:5      | 10936 ||| Stepping ~*~*~tactically~*~*~ (outnumbered).
 10938 | D:5      | 10938 ||| Stepping ~*~*~tactically~*~*~ (outnumbered).
 10941 | D:5      | 10941 ||| Stepping ~*~*~tactically~*~*~ (outnumbered).
 10943 | D:5      | 10943 ||| Stepping ~*~*~tactically~*~*~ (outnumbered).
 10945 | D:5      | 10945 ||| Stepping ~*~*~tactically~*~*~ (outnumbered).
 10947 | D:5      | 10947 ||| Stepping ~*~*~tactically~*~*~ (outnumbered).
 10949 | D:5      | 10949 ||| Stepping ~*~*~tactically~*~*~ (outnumbered).
 10951 | D:5      | 10951 ||| Stepping ~*~*~tactically~*~*~ (outnumbered).
 10953 | D:5      | 10953 ||| Stepping ~*~*~tactically~*~*~ (outnumbered).
 10955 | D:5      | 10955 ||| Stepping ~*~*~tactically~*~*~ (outnumbered).
 10957 | D:5      | 10957 ||| Stepping ~*~*~tactically~*~*~ (outnumbered).
 10959 | D:5      | 10959 ||| Stepping ~*~*~tactically~*~*~ (outnumbered).
 10961 | D:5      | 10961 ||| Stepping ~*~*~tactically~*~*~ (outnumbered).
 10963 | D:5      | 10963 ||| Stepping ~*~*~tactically~*~*~ (outnumbered).
 10965 | D:5      | 10965 ||| Stepping ~*~*~tactically~*~*~ (outnumbered).
 10969 | D:5      | 10969 ||| Stepping ~*~*~tactically~*~*~ (outnumbered).
 10972 | D:5      | 10972 ||| Stepping ~*~*~tactically~*~*~ (outnumbered).
 10974 | D:5      | 10974 ||| Stepping ~*~*~tactically~*~*~ (outnumbered).
 10976 | D:5      | 10976 ||| Stepping ~*~*~tactically~*~*~ (outnumbered).
 10978 | D:5      | 10978 ||| Stepping ~*~*~tactically~*~*~ (outnumbered).
 10980 | D:5      | 10980 ||| Stepping ~*~*~tactically~*~*~ (outnumbered).
 10982 | D:5      | 10982 ||| Stepping ~*~*~tactically~*~*~ (outnumbered).
 10984 | D:5      | 10984 ||| Stepping ~*~*~tactically~*~*~ (outnumbered).
 10986 | D:5      | 10986 ||| Stepping ~*~*~tactically~*~*~ (outnumbered).
 10988 | D:5      | 10988 ||| Stepping ~*~*~tactically~*~*~ (outnumbered).
 10990 | D:5      | 10990 ||| Stepping ~*~*~tactically~*~*~ (outnumbered).
 10992 | D:5      | 10992 ||| Stepping ~*~*~tactically~*~*~ (outnumbered).
 10995 | D:5      | 10995 ||| Stepping ~*~*~tactically~*~*~ (outnumbered).
 10997 | D:5      | 10997 ||| Stepping ~*~*~tactically~*~*~ (outnumbered).
 10999 | D:5      | 10999 ||| Stepping ~*~*~tactically~*~*~ (outnumbered).
 11001 | D:5      | 11001 ||| Stepping ~*~*~tactically~*~*~ (outnumbered).
 11003 | D:5      | 11003 ||| Stepping ~*~*~tactically~*~*~ (outnumbered).
 11005 | D:5      | 11005 ||| Stepping ~*~*~tactically~*~*~ (outnumbered).
 11009 | D:5      | 11009 ||| Stepping ~*~*~tactically~*~*~ (outnumbered).
 11011 | D:5      | 11011 ||| Stepping ~*~*~tactically~*~*~ (outnumbered).
 11013 | D:5      | 11013 ||| Stepping ~*~*~tactically~*~*~ (outnumbered).
 11015 | D:5      | 11015 ||| Stepping ~*~*~tactically~*~*~ (outnumbered).
 11017 | D:5      | 11017 ||| Stepping ~*~*~tactically~*~*~ (outnumbered).
 11019 | D:5      | 11019 ||| Stepping ~*~*~tactically~*~*~ (outnumbered).
 11021 | D:5      | 11021 ||| Stepping ~*~*~tactically~*~*~ (outnumbered).
 11023 | D:5      | 11023 ||| Stepping ~*~*~tactically~*~*~ (outnumbered).
 11025 | D:5      | 11025 ||| Stepping ~*~*~tactically~*~*~ (outnumbered).
 11027 | D:5      | 11027 ||| Stepping ~*~*~tactically~*~*~ (outnumbered).
 11029 | D:5      | 11029 ||| Stepping ~*~*~tactically~*~*~ (outnumbered).
 11031 | D:5      | 11031 ||| Stepping ~*~*~tactically~*~*~ (outnumbered).
 11033 | D:5      | 11033 ||| Stepping ~*~*~tactically~*~*~ (outnumbered).
 11036 | D:5      | 11036 ||| Stepping ~*~*~tactically~*~*~ (outnumbered).
 11039 | D:5      | 11039 ||| Stepping ~*~*~tactically~*~*~ (outnumbered).
 11041 | D:5      | 11041 ||| Stepping ~*~*~tactically~*~*~ (outnumbered).
 11043 | D:5      | 11043 ||| Stepping ~*~*~tactically~*~*~ (outnumbered).
 11045 | D:5      | 11045 ||| Stepping ~*~*~tactically~*~*~ (outnumbered).
 11047 | D:5      | 11047 ||| Stepping ~*~*~tactically~*~*~ (outnumbered).
 11049 | D:5      | 11049 ||| Stepping ~*~*~tactically~*~*~ (outnumbered).
 11051 | D:5      | 11051 ||| Stepping ~*~*~tactically~*~*~ (outnumbered).
 11055 | D:5      | 11055 ||| Stepping ~*~*~tactically~*~*~ (outnumbered).
 11057 | D:5      | 11057 ||| Stepping ~*~*~tactically~*~*~ (outnumbered).
 11059 | D:5      | 11059 ||| Stepping ~*~*~tactically~*~*~ (outnumbered).
 11061 | D:5      | 11061 ||| Stepping ~*~*~tactically~*~*~ (outnumbered).
 11063 | D:5      | 11063 ||| Stepping ~*~*~tactically~*~*~ (outnumbered).
 11065 | D:5      | 11065 ||| Stepping ~*~*~tactically~*~*~ (outnumbered).
 11067 | D:5      | 11067 ||| Stepping ~*~*~tactically~*~*~ (outnumbered).
 11069 | D:5      | 11069 ||| Stepping ~*~*~tactically~*~*~ (outnumbered).
 11071 | D:5      | 11071 ||| Stepping ~*~*~tactically~*~*~ (outnumbered).
 11073 | D:5      | 11073 ||| Stepping ~*~*~tactically~*~*~ (outnumbered).
 11075 | D:5      | 11075 ||| Stepping ~*~*~tactically~*~*~ (outnumbered).
 11077 | D:5      | 11077 ||| Stepping ~*~*~tactically~*~*~ (outnumbered).
 11079 | D:5      | 11079 ||| Stepping ~*~*~tactically~*~*~ (outnumbered).
 11081 | D:5      | 11081 ||| Stepping ~*~*~tactically~*~*~ (outnumbered).
 11083 | D:5      | 11083 ||| Stepping ~*~*~tactically~*~*~ (outnumbered).
 11085 | D:5      | 11085 ||| Stepping ~*~*~tactically~*~*~ (outnumbered).
 11087 | D:5      | 11087 ||| Stepping ~*~*~tactically~*~*~ (outnumbered).
 11089 | D:5      | 11089 ||| Stepping ~*~*~tactically~*~*~ (outnumbered).
 11091 | D:5      | 11091 ||| Stepping ~*~*~tactically~*~*~ (outnumbered).
 11093 | D:5      | 11093 ||| Stepping ~*~*~tactically~*~*~ (outnumbered).
 11095 | D:5      | 11095 ||| Stepping ~*~*~tactically~*~*~ (outnumbered).
 11097 | D:5      | 11097 ||| Stepping ~*~*~tactically~*~*~ (outnumbered).
 11099 | D:5      | 11099 ||| Stepping ~*~*~tactically~*~*~ (outnumbered).
 11101 | D:5      | 11101 ||| Stepping ~*~*~tactically~*~*~ (outnumbered).
 11103 | D:5      | 11103 ||| Stepping ~*~*~tactically~*~*~ (outnumbered).
 11105 | D:5      | 11105 ||| Stepping ~*~*~tactically~*~*~ (outnumbered).
 11107 | D:5      | 11107 ||| Stepping ~*~*~tactically~*~*~ (outnumbered).
 11109 | D:5      | 11109 ||| Stepping ~*~*~tactically~*~*~ (outnumbered).
 11111 | D:5      | 11111 ||| Stepping ~*~*~tactically~*~*~ (outnumbered).
 11113 | D:5      | 11113 ||| Stepping ~*~*~tactically~*~*~ (outnumbered).
 11115 | D:5      | 11115 ||| Stepping ~*~*~tactically~*~*~ (outnumbered).
 11117 | D:5      | 11117 ||| Stepping ~*~*~tactically~*~*~ (outnumbered).
 11119 | D:5      | 11119 ||| Stepping ~*~*~tactically~*~*~ (outnumbered).
 11121 | D:5      | 11121 ||| Stepping ~*~*~tactically~*~*~ (outnumbered).
 11123 | D:5      | 11123 ||| Stepping ~*~*~tactically~*~*~ (outnumbered).
 11125 | D:5      | 11125 ||| Stepping ~*~*~tactically~*~*~ (outnumbered).
 11127 | D:5      | 11127 ||| Stepping ~*~*~tactically~*~*~ (outnumbered).
 11129 | D:5      | 11129 ||| Stepping ~*~*~tactically~*~*~ (outnumbered).
 11131 | D:5      | 11131 ||| Stepping ~*~*~tactically~*~*~ (outnumbered).
 11133 | D:5      | 11133 ||| Stepping ~*~*~tactically~*~*~ (outnumbered).
 11135 | D:5      | 11135 ||| Stepping ~*~*~tactically~*~*~ (outnumbered).
 11137 | D:5      | 11137 ||| Stepping ~*~*~tactically~*~*~ (outnumbered).
 11139 | D:5      | 11139 ||| Stepping ~*~*~tactically~*~*~ (outnumbered).
 11141 | D:5      | 11141 ||| Stepping ~*~*~tactically~*~*~ (outnumbered).
 11143 | D:5      | 11143 ||| Stepping ~*~*~tactically~*~*~ (outnumbered).
 11145 | D:5      | 11145 ||| Stepping ~*~*~tactically~*~*~ (outnumbered).
 11147 | D:5      | 11147 ||| Stepping ~*~*~tactically~*~*~ (outnumbered).
 11149 | D:5      | 11149 ||| Stepping ~*~*~tactically~*~*~ (outnumbered).
 11151 | D:5      | 11151 ||| Stepping ~*~*~tactically~*~*~ (outnumbered).
 11153 | D:5      | 11153 ||| Stepping ~*~*~tactically~*~*~ (outnumbered).
 11155 | D:5      | 11155 ||| Stepping ~*~*~tactically~*~*~ (outnumbered).
 11157 | D:5      | 11157 ||| Stepping ~*~*~tactically~*~*~ (outnumbered).
 11159 | D:5      | 11159 ||| Stepping ~*~*~tactically~*~*~ (outnumbered).
 11161 | D:5      | 11161 ||| Stepping ~*~*~tactically~*~*~ (outnumbered).
 11163 | D:5      | 11163 ||| Stepping ~*~*~tactically~*~*~ (outnumbered).
 11165 | D:5      | 11165 ||| Stepping ~*~*~tactically~*~*~ (outnumbered).
 11167 | D:5      | 11167 ||| Stepping ~*~*~tactically~*~*~ (outnumbered).
 11171 | D:5      | 11171 ||| Stepping ~*~*~tactically~*~*~ (outnumbered).
 11173 | D:5      | 11173 ||| Stepping ~*~*~tactically~*~*~ (outnumbered).
 11175 | D:5      | 11175 ||| Stepping ~*~*~tactically~*~*~ (outnumbered).
 11178 | D:5      | 11178 ||| Stepping ~*~*~tactically~*~*~ (outnumbered).
 11180 | D:5      | 11180 ||| Stepping ~*~*~tactically~*~*~ (outnumbered).
 11182 | D:5      | 11182 ||| Stepping ~*~*~tactically~*~*~ (outnumbered).
 11184 | D:5      | 11184 ||| Stepping ~*~*~tactically~*~*~ (outnumbered).
 11186 | D:5      | 11186 ||| Stepping ~*~*~tactically~*~*~ (outnumbered).
 11188 | D:5      | 11188 ||| Stepping ~*~*~tactically~*~*~ (outnumbered).
 11192 | D:5      | 11192 ||| Stepping ~*~*~tactically~*~*~ (outnumbered).
 11194 | D:5      | 11194 ||| Stepping ~*~*~tactically~*~*~ (outnumbered).
 11196 | D:5      | 11196 ||| Stepping ~*~*~tactically~*~*~ (outnumbered).
 11198 | D:5      | 11198 ||| Stepping ~*~*~tactically~*~*~ (outnumbered).
 11200 | D:5      | 11200 ||| Stepping ~*~*~tactically~*~*~ (outnumbered).
 11203 | D:5      | 11203 ||| Stepping ~*~*~tactically~*~*~ (outnumbered).
 11205 | D:5      | 11205 ||| Stepping ~*~*~tactically~*~*~ (outnumbered).
 11207 | D:5      | 11207 ||| Stepping ~*~*~tactically~*~*~ (outnumbered).
 11209 | D:5      | 11209 ||| Stepping ~*~*~tactically~*~*~ (outnumbered).
 11211 | D:5      | 11211 ||| Stepping ~*~*~tactically~*~*~ (outnumbered).
 11214 | D:5      | 11214 ||| Stepping ~*~*~tactically~*~*~ (outnumbered).
 11216 | D:5      | 11216 ||| Stepping ~*~*~tactically~*~*~ (outnumbered).
 11218 | D:5      | 11218 ||| Stepping ~*~*~tactically~*~*~ (outnumbered).
 11220 | D:5      | 11220 ||| Stepping ~*~*~tactically~*~*~ (outnumbered).
 11222 | D:5      | 11222 ||| Stepping ~*~*~tactically~*~*~ (outnumbered).
 11224 | D:5      | 11224 ||| Stepping ~*~*~tactically~*~*~ (outnumbered).
 11226 | D:5      | 11226 ||| Stepping ~*~*~tactically~*~*~ (outnumbered).
 11228 | D:5      | 11228 ||| Stepping ~*~*~tactically~*~*~ (outnumbered).
 11230 | D:5      | 11230 ||| Stepping ~*~*~tactically~*~*~ (outnumbered).
 11232 | D:5      | 11232 ||| Stepping ~*~*~tactically~*~*~ (outnumbered).
 11234 | D:5      | 11234 ||| Stepping ~*~*~tactically~*~*~ (outnumbered).
 11236 | D:5      | 11236 ||| Stepping ~*~*~tactically~*~*~ (outnumbered).
 11238 | D:5      | 11238 ||| Stepping ~*~*~tactically~*~*~ (outnumbered).
 11240 | D:5      | 11240 ||| Stepping ~*~*~tactically~*~*~ (outnumbered).
 11242 | D:5      | 11242 ||| Stepping ~*~*~tactically~*~*~ (outnumbered).
 11244 | D:5      | 11244 ||| Stepping ~*~*~tactically~*~*~ (outnumbered).
 11246 | D:5      | 11246 ||| Stepping ~*~*~tactically~*~*~ (outnumbered).
 11248 | D:5      | 11248 ||| Stepping ~*~*~tactically~*~*~ (outnumbered).
 11250 | D:5      | 11250 ||| Stepping ~*~*~tactically~*~*~ (outnumbered).
 11253 | D:5      | 11253 ||| Stepping ~*~*~tactically~*~*~ (outnumbered).
 11255 | D:5      | 11255 ||| Stepping ~*~*~tactically~*~*~ (outnumbered).
 11257 | D:5      | 11257 ||| Stepping ~*~*~tactically~*~*~ (outnumbered).
 11259 | D:5      | 11259 ||| Stepping ~*~*~tactically~*~*~ (outnumbered).
 11261 | D:5      | 11261 ||| Stepping ~*~*~tactically~*~*~ (outnumbered).
 11263 | D:5      | 11263 ||| Stepping ~*~*~tactically~*~*~ (outnumbered).
 11265 | D:5      | 11265 ||| Stepping ~*~*~tactically~*~*~ (outnumbered).
 11270 | D:5      | 11270 ||| Stepping ~*~*~tactically~*~*~ (outnumbered).
 11272 | D:5      | 11272 ||| Stepping ~*~*~tactically~*~*~ (outnumbered).
 11274 | D:5      | 11274 ||| Stepping ~*~*~tactically~*~*~ (outnumbered).
 11276 | D:5      | 11276 ||| Stepping ~*~*~tactically~*~*~ (outnumbered).
 11281 | D:5      | 11281 ||| Stepping ~*~*~tactically~*~*~ (outnumbered).
 11283 | D:5      | 11283 ||| Stepping ~*~*~tactically~*~*~ (outnumbered).
 11285 | D:5      | 11285 ||| Stepping ~*~*~tactically~*~*~ (outnumbered).
 11287 | D:5      | 11287 ||| Stepping ~*~*~tactically~*~*~ (outnumbered).
 11289 | D:5      | 11289 ||| Stepping ~*~*~tactically~*~*~ (outnumbered).
 11291 | D:5      | 11291 ||| Stepping ~*~*~tactically~*~*~ (outnumbered).
 11294 | D:5      | 11294 ||| Stepping ~*~*~tactically~*~*~ (outnumbered).
 11296 | D:5      | 11296 ||| Stepping ~*~*~tactically~*~*~ (outnumbered).
 11298 | D:5      | 11298 ||| Stepping ~*~*~tactically~*~*~ (outnumbered).
 11300 | D:5      | 11300 ||| Stepping ~*~*~tactically~*~*~ (outnumbered).
 11302 | D:5      | 11302 ||| Stepping ~*~*~tactically~*~*~ (outnumbered).
 11304 | D:5      | 11304 ||| Stepping ~*~*~tactically~*~*~ (outnumbered).
 11306 | D:5      | 11306 ||| Stepping ~*~*~tactically~*~*~ (outnumbered).
 11308 | D:5      | 11308 ||| Stepping ~*~*~tactically~*~*~ (outnumbered).
 11310 | D:5      | 11310 ||| Stepping ~*~*~tactically~*~*~ (outnumbered).
 11312 | D:5      | 11312 ||| Stepping ~*~*~tactically~*~*~ (outnumbered).
 11314 | D:5      | 11314 ||| Stepping ~*~*~tactically~*~*~ (outnumbered).
 11316 | D:5      | 11316 ||| Stepping ~*~*~tactically~*~*~ (outnumbered).
 11319 | D:5      | 11319 ||| Stepping ~*~*~tactically~*~*~ (outnumbered).
 11321 | D:5      | 11321 ||| Stepping ~*~*~tactically~*~*~ (outnumbered).
 11323 | D:5      | 11323 ||| Stepping ~*~*~tactically~*~*~ (outnumbered).
 11325 | D:5      | 11325 ||| Stepping ~*~*~tactically~*~*~ (outnumbered).
 11327 | D:5      | 11327 ||| Stepping ~*~*~tactically~*~*~ (outnumbered).
 11329 | D:5      | 11329 ||| Stepping ~*~*~tactically~*~*~ (outnumbered).
 11333 | D:5      | 11333 ||| Stepping ~*~*~tactically~*~*~ (outnumbered).
 11335 | D:5      | 11335 ||| Stepping ~*~*~tactically~*~*~ (outnumbered).
 11337 | D:5      | 11337 ||| Stepping ~*~*~tactically~*~*~ (outnumbered).
 11339 | D:5      | 11339 ||| Stepping ~*~*~tactically~*~*~ (outnumbered).
 11341 | D:5      | 11341 ||| Stepping ~*~*~tactically~*~*~ (outnumbered).
 11344 | D:5      | 11344 ||| Stepping ~*~*~tactically~*~*~ (outnumbered).
 11347 | D:5      | 11347 ||| Stepping ~*~*~tactically~*~*~ (outnumbered).
 11349 | D:5      | 11349 ||| Stepping ~*~*~tactically~*~*~ (outnumbered).
 11351 | D:5      | 11351 ||| Stepping ~*~*~tactically~*~*~ (outnumbered).
 11353 | D:5      | 11353 ||| Stepping ~*~*~tactically~*~*~ (outnumbered).
 11355 | D:5      | 11355 ||| Stepping ~*~*~tactically~*~*~ (outnumbered).
 11357 | D:5      | 11357 ||| Stepping ~*~*~tactically~*~*~ (outnumbered).
 11359 | D:5      | 11359 ||| Stepping ~*~*~tactically~*~*~ (outnumbered).
 11361 | D:5      | 11361 ||| Stepping ~*~*~tactically~*~*~ (outnumbered).
 11363 | D:5      | 11363 ||| Stepping ~*~*~tactically~*~*~ (outnumbered).
 11365 | D:5      | 11365 ||| Stepping ~*~*~tactically~*~*~ (outnumbered).
 11367 | D:5      | 11367 ||| Stepping ~*~*~tactically~*~*~ (outnumbered).
 11369 | D:5      | 11369 ||| Stepping ~*~*~tactically~*~*~ (outnumbered).
 11371 | D:5      | 11371 ||| Stepping ~*~*~tactically~*~*~ (outnumbered).
 11373 | D:5      | 11373 ||| Stepping ~*~*~tactically~*~*~ (outnumbered).
 11376 | D:5      | 11376 ||| Stepping ~*~*~tactically~*~*~ (outnumbered).
 11378 | D:5      | 11378 ||| Stepping ~*~*~tactically~*~*~ (outnumbered).
 11380 | D:5      | 11380 ||| Stepping ~*~*~tactically~*~*~ (outnumbered).
 11382 | D:5      | 11382 ||| Stepping ~*~*~tactically~*~*~ (outnumbered).
 11384 | D:5      | 11384 ||| Stepping ~*~*~tactically~*~*~ (outnumbered).
 11386 | D:5      | 11386 ||| Stepping ~*~*~tactically~*~*~ (outnumbered).
 11388 | D:5      | 11388 ||| Stepping ~*~*~tactically~*~*~ (outnumbered).
 11392 | D:5      | 11392 ||| Stepping ~*~*~tactically~*~*~ (outnumbered).
 11394 | D:5      | 11394 ||| Stepping ~*~*~tactically~*~*~ (outnumbered).
 11398 | D:5      | 11398 ||| Stepping ~*~*~tactically~*~*~ (outnumbered).
 11400 | D:5      | 11400 ||| Stepping ~*~*~tactically~*~*~ (outnumbered).
 11402 | D:5      | 11402 ||| Stepping ~*~*~tactically~*~*~ (outnumbered).
 11404 | D:5      | 11404 ||| Stepping ~*~*~tactically~*~*~ (outnumbered).
 11406 | D:5      | 11406 ||| Stepping ~*~*~tactically~*~*~ (outnumbered).
 11408 | D:5      | 11408 ||| Stepping ~*~*~tactically~*~*~ (outnumbered).
 11410 | D:5      | 11410 ||| Stepping ~*~*~tactically~*~*~ (outnumbered).
 11412 | D:5      | 11412 ||| Stepping ~*~*~tactically~*~*~ (outnumbered).
 11414 | D:5      | 11414 ||| Stepping ~*~*~tactically~*~*~ (outnumbered).
 11416 | D:5      | 11416 ||| Stepping ~*~*~tactically~*~*~ (outnumbered).
 11418 | D:5      | 11418 ||| Stepping ~*~*~tactically~*~*~ (outnumbered).
 11420 | D:5      | 11420 ||| Stepping ~*~*~tactically~*~*~ (outnumbered).
 11424 | D:5      | 11424 ||| Stepping ~*~*~tactically~*~*~ (outnumbered).
 11426 | D:5      | 11426 ||| Stepping ~*~*~tactically~*~*~ (outnumbered).
 11428 | D:5      | 11428 ||| Stepping ~*~*~tactically~*~*~ (outnumbered).
 11430 | D:5      | 11430 ||| Stepping ~*~*~tactically~*~*~ (outnumbered).
 11432 | D:5      | 11432 ||| Stepping ~*~*~tactically~*~*~ (outnumbered).
 11434 | D:5      | 11434 ||| Stepping ~*~*~tactically~*~*~ (outnumbered).
 11436 | D:5      | 11436 ||| Stepping ~*~*~tactically~*~*~ (outnumbered).
 11438 | D:5      | 11438 ||| Stepping ~*~*~tactically~*~*~ (outnumbered).
 11440 | D:5      | 11440 ||| Stepping ~*~*~tactically~*~*~ (outnumbered).
 11442 | D:5      | 11442 ||| Stepping ~*~*~tactically~*~*~ (outnumbered).
 11444 | D:5      | 11444 ||| Stepping ~*~*~tactically~*~*~ (outnumbered).
 11446 | D:5      | 11446 ||| Stepping ~*~*~tactically~*~*~ (outnumbered).
 11448 | D:5      | 11448 ||| Stepping ~*~*~tactically~*~*~ (outnumbered).
 11450 | D:5      | 11450 ||| Stepping ~*~*~tactically~*~*~ (outnumbered).
 11452 | D:5      | 11452 ||| Stepping ~*~*~tactically~*~*~ (outnumbered).
 11455 | D:5      | 11455 ||| Stepping ~*~*~tactically~*~*~ (outnumbered).
 11457 | D:5      | 11457 ||| Stepping ~*~*~tactically~*~*~ (outnumbered).
 11459 | D:5      | 11459 ||| Stepping ~*~*~tactically~*~*~ (outnumbered).
 11461 | D:5      | 11461 ||| Stepping ~*~*~tactically~*~*~ (outnumbered).
 11463 | D:5      | 11463 ||| Stepping ~*~*~tactically~*~*~ (outnumbered).
 11465 | D:5      | 11465 ||| Stepping ~*~*~tactically~*~*~ (outnumbered).
 11467 | D:5      | 11467 ||| Stepping ~*~*~tactically~*~*~ (outnumbered).
 11469 | D:5      | 11469 ||| Stepping ~*~*~tactically~*~*~ (outnumbered).
 11471 | D:5      | 11471 ||| Stepping ~*~*~tactically~*~*~ (outnumbered).
 11473 | D:5      | 11473 ||| Stepping ~*~*~tactically~*~*~ (outnumbered).
 11475 | D:5      | 11475 ||| Stepping ~*~*~tactically~*~*~ (outnumbered).
 11477 | D:5      | 11477 ||| Stepping ~*~*~tactically~*~*~ (outnumbered).
 11479 | D:5      | 11479 ||| Stepping ~*~*~tactically~*~*~ (outnumbered).
 11481 | D:5      | 11481 ||| Stepping ~*~*~tactically~*~*~ (outnumbered).
 11483 | D:5      | 11483 ||| Stepping ~*~*~tactically~*~*~ (outnumbered).
 11485 | D:5      | 11485 ||| Stepping ~*~*~tactically~*~*~ (outnumbered).
 11487 | D:5      | 11487 ||| Stepping ~*~*~tactically~*~*~ (outnumbered).
 11489 | D:5      | 11489 ||| Stepping ~*~*~tactically~*~*~ (outnumbered).
 11491 | D:5      | 11491 ||| Stepping ~*~*~tactically~*~*~ (outnumbered).
 11493 | D:5      | 11493 ||| Stepping ~*~*~tactically~*~*~ (outnumbered).
 11495 | D:5      | 11495 ||| Stepping ~*~*~tactically~*~*~ (outnumbered).
 11497 | D:5      | 11497 ||| Stepping ~*~*~tactically~*~*~ (outnumbered).
 11499 | D:5      | 11499 ||| Stepping ~*~*~tactically~*~*~ (outnumbered).
 11502 | D:5      | 11502 ||| Stepping ~*~*~tactically~*~*~ (outnumbered).
 11504 | D:5      | 11504 ||| Stepping ~*~*~tactically~*~*~ (outnumbered).
 11506 | D:5      | 11506 ||| Stepping ~*~*~tactically~*~*~ (outnumbered).
 11508 | D:5      | 11508 ||| Stepping ~*~*~tactically~*~*~ (outnumbered).
 11510 | D:5      | 11510 ||| Stepping ~*~*~tactically~*~*~ (outnumbered).
 11512 | D:5      | 11512 ||| Stepping ~*~*~tactically~*~*~ (outnumbered).
 11514 | D:5      | 11514 ||| Stepping ~*~*~tactically~*~*~ (outnumbered).
 11517 | D:5      | 11517 ||| Stepping ~*~*~tactically~*~*~ (outnumbered).
 11519 | D:5      | 11519 ||| Stepping ~*~*~tactically~*~*~ (outnumbered).
 11521 | D:5      | 11521 ||| Stepping ~*~*~tactically~*~*~ (outnumbered).
 11523 | D:5      | 11523 ||| Stepping ~*~*~tactically~*~*~ (outnumbered).
 11525 | D:5      | 11525 ||| Stepping ~*~*~tactically~*~*~ (outnumbered).
 11527 | D:5      | 11527 ||| Stepping ~*~*~tactically~*~*~ (outnumbered).
 11529 | D:5      | 11529 ||| Stepping ~*~*~tactically~*~*~ (outnumbered).
 11531 | D:5      | 11531 ||| Stepping ~*~*~tactically~*~*~ (outnumbered).
 11533 | D:5      | 11533 ||| Stepping ~*~*~tactically~*~*~ (outnumbered).
 11535 | D:5      | 11535 ||| Stepping ~*~*~tactically~*~*~ (outnumbered).
 11537 | D:5      | 11537 ||| Stepping ~*~*~tactically~*~*~ (outnumbered).
 11540 | D:5      | 11540 ||| Stepping ~*~*~tactically~*~*~ (outnumbered).
 11542 | D:5      | 11542 ||| Stepping ~*~*~tactically~*~*~ (outnumbered).
 11544 | D:5      | 11544 ||| Stepping ~*~*~tactically~*~*~ (outnumbered).
 11546 | D:5      | 11546 ||| Stepping ~*~*~tactically~*~*~ (outnumbered).
 11548 | D:5      | 11548 ||| Stepping ~*~*~tactically~*~*~ (outnumbered).
 11550 | D:5      | 11550 ||| Stepping ~*~*~tactically~*~*~ (outnumbered).
 11552 | D:5      | 11552 ||| Stepping ~*~*~tactically~*~*~ (outnumbered).
 11556 | D:5      | 11556 ||| Stepping ~*~*~tactically~*~*~ (outnumbered).
 11558 | D:5      | 11558 ||| Stepping ~*~*~tactically~*~*~ (outnumbered).
 11560 | D:5      | 11560 ||| Stepping ~*~*~tactically~*~*~ (outnumbered).
 11562 | D:5      | 11562 ||| Stepping ~*~*~tactically~*~*~ (outnumbered).
 11564 | D:5      | 11564 ||| Stepping ~*~*~tactically~*~*~ (outnumbered).
 11566 | D:5      | 11566 ||| Stepping ~*~*~tactically~*~*~ (outnumbered).
 11568 | D:5      | 11568 ||| Stepping ~*~*~tactically~*~*~ (outnumbered).
 11570 | D:5      | 11570 ||| Stepping ~*~*~tactically~*~*~ (outnumbered).
 11572 | D:5      | 11572 ||| Stepping ~*~*~tactically~*~*~ (outnumbered).
 11574 | D:5      | 11574 ||| Stepping ~*~*~tactically~*~*~ (outnumbered).
 11576 | D:5      | 11576 ||| Stepping ~*~*~tactically~*~*~ (outnumbered).
 11578 | D:5      | 11578 ||| Stepping ~*~*~tactically~*~*~ (outnumbered).
 11580 | D:5      | 11580 ||| Stepping ~*~*~tactically~*~*~ (outnumbered).
 11582 | D:5      | 11582 ||| Stepping ~*~*~tactically~*~*~ (outnumbered).
 11584 | D:5      | 11584 ||| Stepping ~*~*~tactically~*~*~ (outnumbered).
 11586 | D:5      | 11586 ||| Stepping ~*~*~tactically~*~*~ (outnumbered).
 11589 | D:5      | 11589 ||| Stepping ~*~*~tactically~*~*~ (outnumbered).
 11591 | D:5      | 11591 ||| Stepping ~*~*~tactically~*~*~ (outnumbered).
 11593 | D:5      | 11593 ||| Stepping ~*~*~tactically~*~*~ (outnumbered).
 11595 | D:5      | 11595 ||| Stepping ~*~*~tactically~*~*~ (outnumbered).
 11597 | D:5      | 11597 ||| Stepping ~*~*~tactically~*~*~ (outnumbered).
 11599 | D:5      | 11599 ||| Stepping ~*~*~tactically~*~*~ (outnumbered).
 11601 | D:5      | 11601 ||| Stepping ~*~*~tactically~*~*~ (outnumbered).
 11603 | D:5      | 11603 ||| Stepping ~*~*~tactically~*~*~ (outnumbered).
 11605 | D:5      | 11605 ||| Stepping ~*~*~tactically~*~*~ (outnumbered).
 11607 | D:5      | 11607 ||| Stepping ~*~*~tactically~*~*~ (outnumbered).
 11609 | D:5      | 11609 ||| Stepping ~*~*~tactically~*~*~ (outnumbered).
 11611 | D:5      | 11611 ||| Stepping ~*~*~tactically~*~*~ (outnumbered).
 11613 | D:5      | 11613 ||| Stepping ~*~*~tactically~*~*~ (outnumbered).
 11615 | D:5      | 11615 ||| Stepping ~*~*~tactically~*~*~ (outnumbered).
 11617 | D:5      | 11617 ||| Stepping ~*~*~tactically~*~*~ (outnumbered).
 11619 | D:5      | 11619 ||| Stepping ~*~*~tactically~*~*~ (outnumbered).
 11621 | D:5      | 11621 ||| Stepping ~*~*~tactically~*~*~ (outnumbered).
 11623 | D:5      | 11623 ||| Stepping ~*~*~tactically~*~*~ (outnumbered).
 11625 | D:5      | 11625 ||| Stepping ~*~*~tactically~*~*~ (outnumbered).
 11627 | D:5      | 11627 ||| Stepping ~*~*~tactically~*~*~ (outnumbered).
 11629 | D:5      | 11629 ||| Stepping ~*~*~tactically~*~*~ (outnumbered).
 11631 | D:5      | 11631 ||| Stepping ~*~*~tactically~*~*~ (outnumbered).
 11633 | D:5      | 11633 ||| Stepping ~*~*~tactically~*~*~ (outnumbered).
 11635 | D:5      | 11635 ||| Stepping ~*~*~tactically~*~*~ (outnumbered).
 11637 | D:5      | 11637 ||| Stepping ~*~*~tactically~*~*~ (outnumbered).
 11642 | D:5      | 11642 ||| Stepping ~*~*~tactically~*~*~ (outnumbered).
 11646 | D:5      | 11646 ||| Stepping ~*~*~tactically~*~*~ (outnumbered).
 11648 | D:5      | 11648 ||| Stepping ~*~*~tactically~*~*~ (outnumbered).
 11650 | D:5      | 11650 ||| Stepping ~*~*~tactically~*~*~ (outnumbered).
 11652 | D:5      | 11652 ||| Stepping ~*~*~tactically~*~*~ (outnumbered).
 11654 | D:5      | 11654 ||| Stepping ~*~*~tactically~*~*~ (outnumbered).
 11656 | D:5      | 11656 ||| Stepping ~*~*~tactically~*~*~ (outnumbered).
 11658 | D:5      | 11658 ||| Stepping ~*~*~tactically~*~*~ (outnumbered).
 11660 | D:5      | 11660 ||| Stepping ~*~*~tactically~*~*~ (outnumbered).
 11662 | D:5      | 11662 ||| Stepping ~*~*~tactically~*~*~ (outnumbered).
 11665 | D:5      | 11665 ||| Stepping ~*~*~tactically~*~*~ (outnumbered).
 11667 | D:5      | 11667 ||| Stepping ~*~*~tactically~*~*~ (outnumbered).
 11669 | D:5      | 11669 ||| Stepping ~*~*~tactically~*~*~ (outnumbered).
 11671 | D:5      | 11671 ||| Stepping ~*~*~tactically~*~*~ (outnumbered).
 11673 | D:5      | 11673 ||| Stepping ~*~*~tactically~*~*~ (outnumbered).
 11675 | D:5      | 11675 ||| Stepping ~*~*~tactically~*~*~ (outnumbered).
 11677 | D:5      | 11677 ||| Stepping ~*~*~tactically~*~*~ (outnumbered).
 11679 | D:5      | 11679 ||| Stepping ~*~*~tactically~*~*~ (outnumbered).
 11681 | D:5      | 11681 ||| Stepping ~*~*~tactically~*~*~ (outnumbered).
 11683 | D:5      | 11683 ||| Stepping ~*~*~tactically~*~*~ (outnumbered).
 11685 | D:5      | 11685 ||| Stepping ~*~*~tactically~*~*~ (outnumbered).
 11687 | D:5      | 11687 ||| Stepping ~*~*~tactically~*~*~ (outnumbered).
 11689 | D:5      | 11689 ||| Stepping ~*~*~tactically~*~*~ (outnumbered).
 11691 | D:5      | 11691 ||| Stepping ~*~*~tactically~*~*~ (outnumbered).
 11693 | D:5      | 11693 ||| Stepping ~*~*~tactically~*~*~ (outnumbered).
 11697 | D:5      | 11697 ||| Stepping ~*~*~tactically~*~*~ (outnumbered).
 11699 | D:5      | 11699 ||| Stepping ~*~*~tactically~*~*~ (outnumbered).
 11701 | D:5      | 11701 ||| Stepping ~*~*~tactically~*~*~ (outnumbered).
 11703 | D:5      | 11703 ||| Stepping ~*~*~tactically~*~*~ (outnumbered).
 11705 | D:5      | 11705 ||| Stepping ~*~*~tactically~*~*~ (outnumbered).
 11707 | D:5      | 11707 ||| Stepping ~*~*~tactically~*~*~ (outnumbered).
 11710 | D:5      | 11710 ||| Stepping ~*~*~tactically~*~*~ (outnumbered).
 11712 | D:5      | 11712 ||| Stepping ~*~*~tactically~*~*~ (outnumbered).
 11714 | D:5      | 11714 ||| Stepping ~*~*~tactically~*~*~ (outnumbered).
 11716 | D:5      | 11716 ||| Stepping ~*~*~tactically~*~*~ (outnumbered).
 11718 | D:5      | 11718 ||| Stepping ~*~*~tactically~*~*~ (outnumbered).
 11720 | D:5      | 11720 ||| Stepping ~*~*~tactically~*~*~ (outnumbered).
 11722 | D:5      | 11722 ||| Stepping ~*~*~tactically~*~*~ (outnumbered).
 11724 | D:5      | 11724 ||| Stepping ~*~*~tactically~*~*~ (outnumbered).
 11726 | D:5      | 11726 ||| Stepping ~*~*~tactically~*~*~ (outnumbered).
 11728 | D:5      | 11728 ||| Stepping ~*~*~tactically~*~*~ (outnumbered).
 11730 | D:5      | 11730 ||| Stepping ~*~*~tactically~*~*~ (outnumbered).
 11735 | D:5      | 11735 ||| Stepping ~*~*~tactically~*~*~ (outnumbered).
 11737 | D:5      | 11737 ||| Stepping ~*~*~tactically~*~*~ (outnumbered).
 11739 | D:5      | 11739 ||| Stepping ~*~*~tactically~*~*~ (outnumbered).
 11741 | D:5      | 11741 ||| Stepping ~*~*~tactically~*~*~ (outnumbered).
 11743 | D:5      | 11743 ||| Stepping ~*~*~tactically~*~*~ (outnumbered).
 11745 | D:5      | 11745 ||| Stepping ~*~*~tactically~*~*~ (outnumbered).
 11747 | D:5      | 11747 ||| Stepping ~*~*~tactically~*~*~ (outnumbered).
 11749 | D:5      | 11749 ||| Stepping ~*~*~tactically~*~*~ (outnumbered).
 11751 | D:5      | 11751 ||| Stepping ~*~*~tactically~*~*~ (outnumbered).
 11753 | D:5      | 11753 ||| Stepping ~*~*~tactically~*~*~ (outnumbered).
 11755 | D:5      | 11755 ||| Stepping ~*~*~tactically~*~*~ (outnumbered).
 11757 | D:5      | 11757 ||| Stepping ~*~*~tactically~*~*~ (outnumbered).
 11759 | D:5      | 11759 ||| Stepping ~*~*~tactically~*~*~ (outnumbered).
 11761 | D:5      | 11761 ||| Stepping ~*~*~tactically~*~*~ (outnumbered).
 11763 | D:5      | 11763 ||| Stepping ~*~*~tactically~*~*~ (outnumbered).
 11765 | D:5      | 11765 ||| Stepping ~*~*~tactically~*~*~ (outnumbered).
 11769 | D:5      | 11769 ||| Stepping ~*~*~tactically~*~*~ (outnumbered).
 11771 | D:5      | 11771 ||| Stepping ~*~*~tactically~*~*~ (outnumbered).
 11773 | D:5      | 11773 ||| Stepping ~*~*~tactically~*~*~ (outnumbered).
 11775 | D:5      | 11775 ||| Stepping ~*~*~tactically~*~*~ (outnumbered).
 11777 | D:5      | 11777 ||| Stepping ~*~*~tactically~*~*~ (outnumbered).
 11779 | D:5      | 11779 ||| Stepping ~*~*~tactically~*~*~ (outnumbered).
 11781 | D:5      | 11781 ||| Stepping ~*~*~tactically~*~*~ (outnumbered).
 11783 | D:5      | 11783 ||| Stepping ~*~*~tactically~*~*~ (outnumbered).
 11785 | D:5      | 11785 ||| Stepping ~*~*~tactically~*~*~ (outnumbered).
 11787 | D:5      | 11787 ||| Stepping ~*~*~tactically~*~*~ (outnumbered).
 11789 | D:5      | 11789 ||| Stepping ~*~*~tactically~*~*~ (outnumbered).
 11791 | D:5      | 11791 ||| Stepping ~*~*~tactically~*~*~ (outnumbered).
 11793 | D:5      | 11793 ||| Stepping ~*~*~tactically~*~*~ (outnumbered).
 11795 | D:5      | 11795 ||| Stepping ~*~*~tactically~*~*~ (outnumbered).
 11797 | D:5      | 11797 ||| Stepping ~*~*~tactically~*~*~ (outnumbered).
 11799 | D:5      | 11799 ||| Stepping ~*~*~tactically~*~*~ (outnumbered).
 11801 | D:5      | 11801 ||| Stepping ~*~*~tactically~*~*~ (outnumbered).
 11803 | D:5      | 11803 ||| Stepping ~*~*~tactically~*~*~ (outnumbered).
 11805 | D:5      | 11805 ||| Stepping ~*~*~tactically~*~*~ (outnumbered).
 11808 | D:5      | 11808 ||| Stepping ~*~*~tactically~*~*~ (outnumbered).
 11812 | D:5      | 11812 ||| Stepping ~*~*~tactically~*~*~ (outnumbered).
 11814 | D:5      | 11814 ||| Stepping ~*~*~tactically~*~*~ (outnumbered).
 11816 | D:5      | 11816 ||| Stepping ~*~*~tactically~*~*~ (outnumbered).
 11818 | D:5      | 11818 ||| Stepping ~*~*~tactically~*~*~ (outnumbered).
 11820 | D:5      | 11820 ||| Stepping ~*~*~tactically~*~*~ (outnumbered).
 11822 | D:5      | 11822 ||| Stepping ~*~*~tactically~*~*~ (outnumbered).
 11824 | D:5      | 11824 ||| Stepping ~*~*~tactically~*~*~ (outnumbered).
 11826 | D:5      | 11826 ||| Stepping ~*~*~tactically~*~*~ (outnumbered).
 11828 | D:5      | 11828 ||| Stepping ~*~*~tactically~*~*~ (outnumbered).
 11830 | D:5      | 11830 ||| Stepping ~*~*~tactically~*~*~ (outnumbered).
 11832 | D:5      | 11832 ||| Stepping ~*~*~tactically~*~*~ (outnumbered).
 11834 | D:5      | 11834 ||| Stepping ~*~*~tactically~*~*~ (outnumbered).
 11836 | D:5      | 11836 ||| Stepping ~*~*~tactically~*~*~ (outnumbered).
 11839 | D:5      | 11839 ||| Stepping ~*~*~tactically~*~*~ (outnumbered).
 11841 | D:5      | 11841 ||| Stepping ~*~*~tactically~*~*~ (outnumbered).
 11843 | D:5      | 11843 ||| Stepping ~*~*~tactically~*~*~ (outnumbered).
 11847 | D:5      | 11847 ||| Stepping ~*~*~tactically~*~*~ (outnumbered).
 11849 | D:5      | 11849 ||| Stepping ~*~*~tactically~*~*~ (outnumbered).
 11851 | D:5      | 11851 ||| Stepping ~*~*~tactically~*~*~ (outnumbered).
 11853 | D:5      | 11853 ||| Stepping ~*~*~tactically~*~*~ (outnumbered).
 11855 | D:5      | 11855 ||| Stepping ~*~*~tactically~*~*~ (outnumbered).
 11857 | D:5      | 11857 ||| Stepping ~*~*~tactically~*~*~ (outnumbered).
 11859 | D:5      | 11859 ||| Stepping ~*~*~tactically~*~*~ (outnumbered).
 11861 | D:5      | 11861 ||| Stepping ~*~*~tactically~*~*~ (outnumbered).
 11863 | D:5      | 11863 ||| Stepping ~*~*~tactically~*~*~ (outnumbered).
 11865 | D:5      | 11865 ||| Stepping ~*~*~tactically~*~*~ (outnumbered).
 11867 | D:5      | 11867 ||| Stepping ~*~*~tactically~*~*~ (outnumbered).
 11869 | D:5      | 11869 ||| Stepping ~*~*~tactically~*~*~ (outnumbered).
 11871 | D:5      | 11871 ||| Stepping ~*~*~tactically~*~*~ (outnumbered).
 11873 | D:5      | 11873 ||| Stepping ~*~*~tactically~*~*~ (outnumbered).
 11875 | D:5      | 11875 ||| Stepping ~*~*~tactically~*~*~ (outnumbered).
 11878 | D:5      | 11878 ||| Stepping ~*~*~tactically~*~*~ (outnumbered).
 11880 | D:5      | 11880 ||| Stepping ~*~*~tactically~*~*~ (outnumbered).
 11882 | D:5      | 11882 ||| Stepping ~*~*~tactically~*~*~ (outnumbered).
 11884 | D:5      | 11884 ||| Stepping ~*~*~tactically~*~*~ (outnumbered).
 11886 | D:5      | 11886 ||| Stepping ~*~*~tactically~*~*~ (outnumbered).
 11888 | D:5      | 11888 ||| Stepping ~*~*~tactically~*~*~ (outnumbered).
 11890 | D:5      | 11890 ||| Stepping ~*~*~tactically~*~*~ (outnumbered).
 11892 | D:5      | 11892 ||| Stepping ~*~*~tactically~*~*~ (outnumbered).
 11894 | D:5      | 11894 ||| Stepping ~*~*~tactically~*~*~ (outnumbered).
 11896 | D:5      | 11896 ||| Stepping ~*~*~tactically~*~*~ (outnumbered).
 11898 | D:5      | 11898 ||| Stepping ~*~*~tactically~*~*~ (outnumbered).
 11900 | D:5      | 11900 ||| Stepping ~*~*~tactically~*~*~ (outnumbered).
 11902 | D:5      | 11902 ||| Stepping ~*~*~tactically~*~*~ (outnumbered).
 11904 | D:5      | 11904 ||| Stepping ~*~*~tactically~*~*~ (outnumbered).
 11906 | D:5      | 11906 ||| Stepping ~*~*~tactically~*~*~ (outnumbered).
 11908 | D:5      | 11908 ||| Stepping ~*~*~tactically~*~*~ (outnumbered).
 11910 | D:5      | 11910 ||| Stepping ~*~*~tactically~*~*~ (outnumbered).
 11912 | D:5      | 11912 ||| Stepping ~*~*~tactically~*~*~ (outnumbered).
 11914 | D:5      | 11914 ||| Stepping ~*~*~tactically~*~*~ (outnumbered).
 11916 | D:5      | 11916 ||| Stepping ~*~*~tactically~*~*~ (outnumbered).
 11918 | D:5      | 11918 ||| Stepping ~*~*~tactically~*~*~ (outnumbered).
 11920 | D:5      | 11920 ||| Stepping ~*~*~tactically~*~*~ (outnumbered).
 11922 | D:5      | 11922 ||| Stepping ~*~*~tactically~*~*~ (outnumbered).
 11924 | D:5      | 11924 ||| Stepping ~*~*~tactically~*~*~ (outnumbered).
 11926 | D:5      | 11926 ||| Stepping ~*~*~tactically~*~*~ (outnumbered).
 11928 | D:5      | 11928 ||| Stepping ~*~*~tactically~*~*~ (outnumbered).
 11930 | D:5      | 11930 ||| Stepping ~*~*~tactically~*~*~ (outnumbered).
 11934 | D:5      | 11934 ||| Stepping ~*~*~tactically~*~*~ (outnumbered).
 11936 | D:5      | 11936 ||| Stepping ~*~*~tactically~*~*~ (outnumbered).
 11938 | D:5      | 11938 ||| Stepping ~*~*~tactically~*~*~ (outnumbered).
 11940 | D:5      | 11940 ||| Stepping ~*~*~tactically~*~*~ (outnumbered).
 11942 | D:5      | 11942 ||| Stepping ~*~*~tactically~*~*~ (outnumbered).
 11944 | D:5      | 11944 ||| Stepping ~*~*~tactically~*~*~ (outnumbered).
 11946 | D:5      | 11946 ||| Stepping ~*~*~tactically~*~*~ (outnumbered).
 11950 | D:5      | 11950 ||| Stepping ~*~*~tactically~*~*~ (outnumbered).
 11952 | D:5      | 11952 ||| Stepping ~*~*~tactically~*~*~ (outnumbered).
 11954 | D:5      | 11954 ||| Stepping ~*~*~tactically~*~*~ (outnumbered).
 11956 | D:5      | 11956 ||| Stepping ~*~*~tactically~*~*~ (outnumbered).
 11958 | D:5      | 11958 ||| Stepping ~*~*~tactically~*~*~ (outnumbered).
 11960 | D:5      | 11960 ||| Stepping ~*~*~tactically~*~*~ (outnumbered).
 11962 | D:5      | 11962 ||| Stepping ~*~*~tactically~*~*~ (outnumbered).
 11964 | D:5      | 11964 ||| Stepping ~*~*~tactically~*~*~ (outnumbered).
 11968 | D:5      | 11968 ||| Stepping ~*~*~tactically~*~*~ (outnumbered).
 11970 | D:5      | 11970 ||| Stepping ~*~*~tactically~*~*~ (outnumbered).
 11972 | D:5      | 11972 ||| Stepping ~*~*~tactically~*~*~ (outnumbered).
 11974 | D:5      | 11974 ||| Stepping ~*~*~tactically~*~*~ (outnumbered).
 11976 | D:5      | 11976 ||| Stepping ~*~*~tactically~*~*~ (outnumbered).
 11978 | D:5      | 11978 ||| Stepping ~*~*~tactically~*~*~ (outnumbered).
 11980 | D:5      | 11980 ||| Stepping ~*~*~tactically~*~*~ (outnumbered).
 11982 | D:5      | 11982 ||| Stepping ~*~*~tactically~*~*~ (outnumbered).
 11984 | D:5      | 11984 ||| Stepping ~*~*~tactically~*~*~ (outnumbered).
 11986 | D:5      | 11986 ||| Stepping ~*~*~tactically~*~*~ (outnumbered).
 11990 | D:5      | 11990 ||| Stepping ~*~*~tactically~*~*~ (outnumbered).
 11994 | D:5      | 11994 ||| Stepping ~*~*~tactically~*~*~ (outnumbered).
 11996 | D:5      | 11996 ||| Stepping ~*~*~tactically~*~*~ (outnumbered).
 11998 | D:5      | 11998 ||| Stepping ~*~*~tactically~*~*~ (outnumbered).
 12000 | D:5      | 12000 ||| Stepping ~*~*~tactically~*~*~ (outnumbered).
 12002 | D:5      | 12002 ||| Stepping ~*~*~tactically~*~*~ (outnumbered).
 12004 | D:5      | 12004 ||| Stepping ~*~*~tactically~*~*~ (outnumbered).
 12006 | D:5      | 12006 ||| Stepping ~*~*~tactically~*~*~ (outnumbered).
 12008 | D:5      | 12008 ||| Stepping ~*~*~tactically~*~*~ (outnumbered).
 12010 | D:5      | 12010 ||| Stepping ~*~*~tactically~*~*~ (outnumbered).
 12012 | D:5      | 12012 ||| Stepping ~*~*~tactically~*~*~ (outnumbered).
 12016 | D:5      | 12016 ||| Stepping ~*~*~tactically~*~*~ (outnumbered).
 12018 | D:5      | 12018 ||| Stepping ~*~*~tactically~*~*~ (outnumbered).
 12020 | D:5      | 12020 ||| Stepping ~*~*~tactically~*~*~ (outnumbered).
 12022 | D:5      | 12022 ||| Stepping ~*~*~tactically~*~*~ (outnumbered).
 12024 | D:5      | 12024 ||| Stepping ~*~*~tactically~*~*~ (outnumbered).
 12026 | D:5      | 12026 ||| Stepping ~*~*~tactically~*~*~ (outnumbered).
 12030 | D:5      | 12030 ||| Stepping ~*~*~tactically~*~*~ (outnumbered).
 12032 | D:5      | 12032 ||| Stepping ~*~*~tactically~*~*~ (outnumbered).
 12034 | D:5      | 12034 ||| Stepping ~*~*~tactically~*~*~ (outnumbered).
 12036 | D:5      | 12036 ||| Stepping ~*~*~tactically~*~*~ (outnumbered).
 12038 | D:5      | 12038 ||| Stepping ~*~*~tactically~*~*~ (outnumbered).
 12040 | D:5      | 12040 ||| Stepping ~*~*~tactically~*~*~ (outnumbered).
 12042 | D:5      | 12042 ||| Stepping ~*~*~tactically~*~*~ (outnumbered).
 12047 | D:5      | 12047 ||| Stepping ~*~*~tactically~*~*~ (outnumbered).
 12049 | D:5      | 12049 ||| Stepping ~*~*~tactically~*~*~ (outnumbered).
 12051 | D:5      | 12051 ||| Stepping ~*~*~tactically~*~*~ (outnumbered).
 12053 | D:5      | 12053 ||| Stepping ~*~*~tactically~*~*~ (outnumbered).
 12055 | D:5      | 12055 ||| Stepping ~*~*~tactically~*~*~ (outnumbered).
 12059 | D:5      | 12059 ||| Stepping ~*~*~tactically~*~*~ (outnumbered).
 12063 | D:5      | 12063 ||| Stepping ~*~*~tactically~*~*~ (outnumbered).
 12065 | D:5      | 12065 ||| Stepping ~*~*~tactically~*~*~ (outnumbered).
 12067 | D:5      | 12067 ||| Stepping ~*~*~tactically~*~*~ (outnumbered).
 12069 | D:5      | 12069 ||| Stepping ~*~*~tactically~*~*~ (outnumbered).
 12071 | D:5      | 12071 ||| Stepping ~*~*~tactically~*~*~ (outnumbered).
 12073 | D:5      | 12073 ||| Stepping ~*~*~tactically~*~*~ (outnumbered).
 12075 | D:5      | 12075 ||| Stepping ~*~*~tactically~*~*~ (outnumbered).
 12077 | D:5      | 12077 ||| Stepping ~*~*~tactically~*~*~ (outnumbered).
 12079 | D:5      | 12079 ||| Stepping ~*~*~tactically~*~*~ (outnumbered).
 12081 | D:5      | 12081 ||| Stepping ~*~*~tactically~*~*~ (outnumbered).
 12083 | D:5      | 12083 ||| Stepping ~*~*~tactically~*~*~ (outnumbered).
 12085 | D:5      | 12085 ||| Stepping ~*~*~tactically~*~*~ (outnumbered).
 12087 | D:5      | 12087 ||| Stepping ~*~*~tactically~*~*~ (outnumbered).
 12089 | D:5      | 12089 ||| Stepping ~*~*~tactically~*~*~ (outnumbered).
 12091 | D:5      | 12091 ||| Stepping ~*~*~tactically~*~*~ (outnumbered).
 12093 | D:5      | 12093 ||| Stepping ~*~*~tactically~*~*~ (outnumbered).
 12095 | D:5      | 12095 ||| Stepping ~*~*~tactically~*~*~ (outnumbered).
 12097 | D:5      | 12097 ||| Stepping ~*~*~tactically~*~*~ (outnumbered).
 12102 | D:5      | 12102 ||| Stepping ~*~*~tactically~*~*~ (outnumbered).
 12104 | D:5      | 12104 ||| Stepping ~*~*~tactically~*~*~ (outnumbered).
 12107 | D:5      | 12107 ||| Stepping ~*~*~tactically~*~*~ (outnumbered).
 12109 | D:5      | 12109 ||| Stepping ~*~*~tactically~*~*~ (outnumbered).
 12111 | D:5      | 12111 ||| Stepping ~*~*~tactically~*~*~ (outnumbered).
 12113 | D:5      | 12113 ||| Stepping ~*~*~tactically~*~*~ (outnumbered).
 12115 | D:5      | 12115 ||| Stepping ~*~*~tactically~*~*~ (outnumbered).
 12117 | D:5      | 12117 ||| Stepping ~*~*~tactically~*~*~ (outnumbered).
 12119 | D:5      | 12119 ||| Stepping ~*~*~tactically~*~*~ (outnumbered).
 12121 | D:5      | 12121 ||| Stepping ~*~*~tactically~*~*~ (outnumbered).
 12123 | D:5      | 12123 ||| Stepping ~*~*~tactically~*~*~ (outnumbered).
 12125 | D:5      | 12125 ||| Stepping ~*~*~tactically~*~*~ (outnumbered).
 12127 | D:5      | 12127 ||| Stepping ~*~*~tactically~*~*~ (outnumbered).
 12129 | D:5      | 12129 ||| Stepping ~*~*~tactically~*~*~ (outnumbered).
 12131 | D:5      | 12131 ||| Stepping ~*~*~tactically~*~*~ (outnumbered).
 12133 | D:5      | 12133 ||| Stepping ~*~*~tactically~*~*~ (outnumbered).
 12135 | D:5      | 12135 ||| Stepping ~*~*~tactically~*~*~ (outnumbered).
 12137 | D:5      | 12137 ||| Stepping ~*~*~tactically~*~*~ (outnumbered).
 12139 | D:5      | 12139 ||| Stepping ~*~*~tactically~*~*~ (outnumbered).
 12141 | D:5      | 12141 ||| Stepping ~*~*~tactically~*~*~ (outnumbered).
 12143 | D:5      | 12143 ||| Stepping ~*~*~tactically~*~*~ (outnumbered).
 12145 | D:5      | 12145 ||| Stepping ~*~*~tactically~*~*~ (outnumbered).
 12147 | D:5      | 12147 ||| Stepping ~*~*~tactically~*~*~ (outnumbered).
 12149 | D:5      | 12149 ||| Stepping ~*~*~tactically~*~*~ (outnumbered).
 12151 | D:5      | 12151 ||| Stepping ~*~*~tactically~*~*~ (outnumbered).
 12154 | D:5      | 12154 ||| Stepping ~*~*~tactically~*~*~ (outnumbered).
 12156 | D:5      | 12156 ||| Stepping ~*~*~tactically~*~*~ (outnumbered).
 12158 | D:5      | 12158 ||| Stepping ~*~*~tactically~*~*~ (outnumbered).
 12160 | D:5      | 12160 ||| Stepping ~*~*~tactically~*~*~ (outnumbered).
 12162 | D:5      | 12162 ||| Stepping ~*~*~tactically~*~*~ (outnumbered).
 12164 | D:5      | 12164 ||| Stepping ~*~*~tactically~*~*~ (outnumbered).
 12166 | D:5      | 12166 ||| Stepping ~*~*~tactically~*~*~ (outnumbered).
 12170 | D:5      | 12170 ||| Stepping ~*~*~tactically~*~*~ (outnumbered).
 12172 | D:5      | 12172 ||| Stepping ~*~*~tactically~*~*~ (outnumbered).
 12176 | D:5      | 12176 ||| Stepping ~*~*~tactically~*~*~ (outnumbered).
 12178 | D:5      | 12178 ||| Stepping ~*~*~tactically~*~*~ (outnumbered).
 12180 | D:5      | 12180 ||| Stepping ~*~*~tactically~*~*~ (outnumbered).
 12182 | D:5      | 12182 ||| Stepping ~*~*~tactically~*~*~ (outnumbered).
 12184 | D:5      | 12184 ||| Stepping ~*~*~tactically~*~*~ (outnumbered).
 12186 | D:5      | 12186 ||| Stepping ~*~*~tactically~*~*~ (outnumbered).
 12188 | D:5      | 12188 ||| Stepping ~*~*~tactically~*~*~ (outnumbered).
 12190 | D:5      | 12190 ||| Stepping ~*~*~tactically~*~*~ (outnumbered).
 12192 | D:5      | 12192 ||| Stepping ~*~*~tactically~*~*~ (outnumbered).
 12194 | D:5      | 12194 ||| Stepping ~*~*~tactically~*~*~ (outnumbered).
 12196 | D:5      | 12196 ||| Stepping ~*~*~tactically~*~*~ (outnumbered).
 12198 | D:5      | 12198 ||| Stepping ~*~*~tactically~*~*~ (outnumbered).
 12200 | D:5      | 12200 ||| Stepping ~*~*~tactically~*~*~ (outnumbered).
 12202 | D:5      | 12202 ||| Stepping ~*~*~tactically~*~*~ (outnumbered).
 12204 | D:5      | 12204 ||| Stepping ~*~*~tactically~*~*~ (outnumbered).
 12206 | D:5      | 12206 ||| Stepping ~*~*~tactically~*~*~ (outnumbered).
 12208 | D:5      | 12208 ||| Stepping ~*~*~tactically~*~*~ (outnumbered).
 12210 | D:5      | 12210 ||| Stepping ~*~*~tactically~*~*~ (outnumbered).
 12212 | D:5      | 12212 ||| Stepping ~*~*~tactically~*~*~ (outnumbered).
 12214 | D:5      | 12214 ||| Stepping ~*~*~tactically~*~*~ (outnumbered).
 12216 | D:5      | 12216 ||| Stepping ~*~*~tactically~*~*~ (outnumbered).
 12219 | D:5      | 12219 ||| Stepping ~*~*~tactically~*~*~ (outnumbered).
 12221 | D:5      | 12221 ||| Stepping ~*~*~tactically~*~*~ (outnumbered).
 12223 | D:5      | 12223 ||| Stepping ~*~*~tactically~*~*~ (outnumbered).
 12225 | D:5      | 12225 ||| Stepping ~*~*~tactically~*~*~ (outnumbered).
 12228 | D:5      | 12228 ||| Stepping ~*~*~tactically~*~*~ (outnumbered).
 12230 | D:5      | 12230 ||| Stepping ~*~*~tactically~*~*~ (outnumbered).
 12232 | D:5      | 12232 ||| Stepping ~*~*~tactically~*~*~ (outnumbered).
 12236 | D:5      | 12236 ||| Stepping ~*~*~tactically~*~*~ (outnumbered).
 12238 | D:5      | 12238 ||| Stepping ~*~*~tactically~*~*~ (outnumbered).
 12240 | D:5      | 12240 ||| Stepping ~*~*~tactically~*~*~ (outnumbered).
 12242 | D:5      | 12242 ||| Stepping ~*~*~tactically~*~*~ (outnumbered).
 12244 | D:5      | 12244 ||| Stepping ~*~*~tactically~*~*~ (outnumbered).
 12246 | D:5      | 12246 ||| Stepping ~*~*~tactically~*~*~ (outnumbered).
 12248 | D:5      | 12248 ||| Stepping ~*~*~tactically~*~*~ (outnumbered).
 12250 | D:5      | 12250 ||| Stepping ~*~*~tactically~*~*~ (outnumbered).
 12252 | D:5      | 12252 ||| Stepping ~*~*~tactically~*~*~ (outnumbered).
 12254 | D:5      | 12254 ||| Stepping ~*~*~tactically~*~*~ (outnumbered).
 12256 | D:5      | 12256 ||| Stepping ~*~*~tactically~*~*~ (outnumbered).
 12258 | D:5      | 12258 ||| Stepping ~*~*~tactically~*~*~ (outnumbered).
 12260 | D:5      | 12260 ||| Stepping ~*~*~tactically~*~*~ (outnumbered).
 12263 | D:5      | 12263 ||| Stepping ~*~*~tactically~*~*~ (outnumbered).
 12265 | D:5      | 12265 ||| Stepping ~*~*~tactically~*~*~ (outnumbered).
 12267 | D:5      | 12267 ||| Stepping ~*~*~tactically~*~*~ (outnumbered).
 12269 | D:5      | 12269 ||| Stepping ~*~*~tactically~*~*~ (outnumbered).
 12271 | D:5      | 12271 ||| Stepping ~*~*~tactically~*~*~ (outnumbered).
 12273 | D:5      | 12273 ||| Stepping ~*~*~tactically~*~*~ (outnumbered).
 12275 | D:5      | 12275 ||| Stepping ~*~*~tactically~*~*~ (outnumbered).
 12277 | D:5      | 12277 ||| Stepping ~*~*~tactically~*~*~ (outnumbered).
 12281 | D:5      | 12281 ||| Stepping ~*~*~tactically~*~*~ (outnumbered).
 12283 | D:5      | 12283 ||| Stepping ~*~*~tactically~*~*~ (outnumbered).
 12285 | D:5      | 12285 ||| Stepping ~*~*~tactically~*~*~ (outnumbered).
 12287 | D:5      | 12287 ||| Stepping ~*~*~tactically~*~*~ (outnumbered).
 12289 | D:5      | 12289 ||| Stepping ~*~*~tactically~*~*~ (outnumbered).
 12291 | D:5      | 12291 ||| Stepping ~*~*~tactically~*~*~ (outnumbered).
 12293 | D:5      | 12293 ||| Stepping ~*~*~tactically~*~*~ (outnumbered).
 12295 | D:5      | 12295 ||| Stepping ~*~*~tactically~*~*~ (outnumbered).
 12297 | D:5      | 12297 ||| Stepping ~*~*~tactically~*~*~ (outnumbered).
 12299 | D:5      | 12299 ||| Stepping ~*~*~tactically~*~*~ (outnumbered).
 12301 | D:5      | 12301 ||| Stepping ~*~*~tactically~*~*~ (outnumbered).
 12303 | D:5      | 12303 ||| Stepping ~*~*~tactically~*~*~ (outnumbered).
 12305 | D:5      | 12305 ||| Stepping ~*~*~tactically~*~*~ (outnumbered).
 12307 | D:5      | 12307 ||| Stepping ~*~*~tactically~*~*~ (outnumbered).
 12309 | D:5      | 12309 ||| Stepping ~*~*~tactically~*~*~ (outnumbered).
 12311 | D:5      | 12311 ||| Stepping ~*~*~tactically~*~*~ (outnumbered).
 12313 | D:5      | 12313 ||| Stepping ~*~*~tactically~*~*~ (outnumbered).
 12316 | D:5      | 12316 ||| Stepping ~*~*~tactically~*~*~ (outnumbered).
 12318 | D:5      | 12318 ||| Stepping ~*~*~tactically~*~*~ (outnumbered).
 12320 | D:5      | 12320 ||| Stepping ~*~*~tactically~*~*~ (outnumbered).
 12322 | D:5      | 12322 ||| Stepping ~*~*~tactically~*~*~ (outnumbered).
 12324 | D:5      | 12324 ||| Stepping ~*~*~tactically~*~*~ (outnumbered).
 12326 | D:5      | 12326 ||| Stepping ~*~*~tactically~*~*~ (outnumbered).
 12328 | D:5      | 12328 ||| Stepping ~*~*~tactically~*~*~ (outnumbered).
 12330 | D:5      | 12330 ||| Stepping ~*~*~tactically~*~*~ (outnumbered).
 12334 | D:5      | 12334 ||| Stepping ~*~*~tactically~*~*~ (outnumbered).
 12336 | D:5      | 12336 ||| Stepping ~*~*~tactically~*~*~ (outnumbered).
 12338 | D:5      | 12338 ||| Stepping ~*~*~tactically~*~*~ (outnumbered).
 12340 | D:5      | 12340 ||| Stepping ~*~*~tactically~*~*~ (outnumbered).
 12342 | D:5      | 12342 ||| Stepping ~*~*~tactically~*~*~ (outnumbered).
 12344 | D:5      | 12344 ||| Stepping ~*~*~tactically~*~*~ (outnumbered).
 12346 | D:5      | 12346 ||| Stepping ~*~*~tactically~*~*~ (outnumbered).
 12348 | D:5      | 12348 ||| Stepping ~*~*~tactically~*~*~ (outnumbered).
 12350 | D:5      | 12350 ||| Stepping ~*~*~tactically~*~*~ (outnumbered).
 12352 | D:5      | 12352 ||| Stepping ~*~*~tactically~*~*~ (outnumbered).
 12354 | D:5      | 12354 ||| Stepping ~*~*~tactically~*~*~ (outnumbered).
 12356 | D:5      | 12356 ||| Stepping ~*~*~tactically~*~*~ (outnumbered).
 12358 | D:5      | 12358 ||| Stepping ~*~*~tactically~*~*~ (outnumbered).
 12360 | D:5      | 12360 ||| Stepping ~*~*~tactically~*~*~ (outnumbered).
 12364 | D:5      | 12364 ||| Stepping ~*~*~tactically~*~*~ (outnumbered).
 12366 | D:5      | 12366 ||| Stepping ~*~*~tactically~*~*~ (outnumbered).
 12368 | D:5      | 12368 ||| Stepping ~*~*~tactically~*~*~ (outnumbered).
 12370 | D:5      | 12370 ||| Stepping ~*~*~tactically~*~*~ (outnumbered).
 12372 | D:5      | 12372 ||| Stepping ~*~*~tactically~*~*~ (outnumbered).
 12374 | D:5      | 12374 ||| Stepping ~*~*~tactically~*~*~ (outnumbered).
 12376 | D:5      | 12376 ||| Stepping ~*~*~tactically~*~*~ (outnumbered).
 12378 | D:5      | 12378 ||| Stepping ~*~*~tactically~*~*~ (outnumbered).
 12381 | D:5      | 12381 ||| Stepping ~*~*~tactically~*~*~ (outnumbered).
 12383 | D:5      | 12383 ||| Stepping ~*~*~tactically~*~*~ (outnumbered).
 12385 | D:5      | 12385 ||| Stepping ~*~*~tactically~*~*~ (outnumbered).
 12388 | D:5      | 12388 ||| Stepping ~*~*~tactically~*~*~ (outnumbered).
 12390 | D:5      | 12390 ||| Stepping ~*~*~tactically~*~*~ (outnumbered).
 12394 | D:5      | 12394 ||| Stepping ~*~*~tactically~*~*~ (outnumbered).
 12396 | D:5      | 12396 ||| Stepping ~*~*~tactically~*~*~ (outnumbered).
 12398 | D:5      | 12398 ||| Stepping ~*~*~tactically~*~*~ (outnumbered).
 12400 | D:5      | 12400 ||| Stepping ~*~*~tactically~*~*~ (outnumbered).
 12402 | D:5      | 12402 ||| Stepping ~*~*~tactically~*~*~ (outnumbered).
 12404 | D:5      | 12404 ||| Stepping ~*~*~tactically~*~*~ (outnumbered).
 12406 | D:5      | 12406 ||| Stepping ~*~*~tactically~*~*~ (outnumbered).
 12408 | D:5      | 12408 ||| Stepping ~*~*~tactically~*~*~ (outnumbered).
 12412 | D:5      | 12412 ||| Stepping ~*~*~tactically~*~*~ (outnumbered).
 12414 | D:5      | 12414 ||| Stepping ~*~*~tactically~*~*~ (outnumbered).
 12416 | D:5      | 12416 ||| Stepping ~*~*~tactically~*~*~ (outnumbered).
 12418 | D:5      | 12418 ||| Stepping ~*~*~tactically~*~*~ (outnumbered).
 12420 | D:5      | 12420 ||| Stepping ~*~*~tactically~*~*~ (outnumbered).
 12422 | D:5      | 12422 ||| Stepping ~*~*~tactically~*~*~ (outnumbered).
 12424 | D:5      | 12424 ||| Stepping ~*~*~tactically~*~*~ (outnumbered).
 12426 | D:5      | 12426 ||| Stepping ~*~*~tactically~*~*~ (outnumbered).
 12428 | D:5      | 12428 ||| Stepping ~*~*~tactically~*~*~ (outnumbered).
 12430 | D:5      | 12430 ||| Stepping ~*~*~tactically~*~*~ (outnumbered).
 12432 | D:5      | 12432 ||| Stepping ~*~*~tactically~*~*~ (outnumbered).
 12434 | D:5      | 12434 ||| Stepping ~*~*~tactically~*~*~ (outnumbered).
 12436 | D:5      | 12436 ||| Stepping ~*~*~tactically~*~*~ (outnumbered).
 12438 | D:5      | 12438 ||| Stepping ~*~*~tactically~*~*~ (outnumbered).
 12443 | D:5      | 12443 ||| Stepping ~*~*~tactically~*~*~ (outnumbered).
 12445 | D:5      | 12445 ||| Stepping ~*~*~tactically~*~*~ (outnumbered).
 12447 | D:5      | 12447 ||| Stepping ~*~*~tactically~*~*~ (outnumbered).
 12449 | D:5      | 12449 ||| Stepping ~*~*~tactically~*~*~ (outnumbered).
 12452 | D:5      | 12452 ||| Stepping ~*~*~tactically~*~*~ (outnumbered).
 12454 | D:5      | 12454 ||| Stepping ~*~*~tactically~*~*~ (outnumbered).
 12457 | D:5      | 12457 ||| Stepping ~*~*~tactically~*~*~ (outnumbered).
 12459 | D:5      | 12459 ||| Stepping ~*~*~tactically~*~*~ (outnumbered).
 12461 | D:5      | 12461 ||| Stepping ~*~*~tactically~*~*~ (outnumbered).
 12466 | D:5      | 12466 ||| Stepping ~*~*~tactically~*~*~ (outnumbered).
 12470 | D:5      | 12470 ||| Stepping ~*~*~tactically~*~*~ (outnumbered).
 12472 | D:5      | 12472 ||| Stepping ~*~*~tactically~*~*~ (outnumbered).
 12474 | D:5      | 12474 ||| Stepping ~*~*~tactically~*~*~ (outnumbered).
 12476 | D:5      | 12476 ||| Stepping ~*~*~tactically~*~*~ (outnumbered).
 12480 | D:5      | 12480 ||| Stepping ~*~*~tactically~*~*~ (outnumbered).
 12482 | D:5      | 12482 ||| Stepping ~*~*~tactically~*~*~ (outnumbered).
 12485 | D:5      | 12485 ||| Stepping ~*~*~tactically~*~*~ (outnumbered).
 12487 | D:5      | 12487 ||| Stepping ~*~*~tactically~*~*~ (outnumbered).
 12490 | D:5      | 12490 ||| Stepping ~*~*~tactically~*~*~ (outnumbered).
 12492 | D:5      | 12492 ||| Stepping ~*~*~tactically~*~*~ (outnumbered).
 12494 | D:5      | 12494 ||| Stepping ~*~*~tactically~*~*~ (outnumbered).
 12496 | D:5      | 12496 ||| Stepping ~*~*~tactically~*~*~ (outnumbered).
 12498 | D:5      | 12498 ||| Stepping ~*~*~tactically~*~*~ (outnumbered).
 12500 | D:5      | 12500 ||| Stepping ~*~*~tactically~*~*~ (outnumbered).
 12502 | D:5      | 12502 ||| Stepping ~*~*~tactically~*~*~ (outnumbered).
 12504 | D:5      | 12504 ||| Stepping ~*~*~tactically~*~*~ (outnumbered).
 12506 | D:5      | 12506 ||| Stepping ~*~*~tactically~*~*~ (outnumbered).
 12508 | D:5      | 12508 ||| Stepping ~*~*~tactically~*~*~ (outnumbered).
 12510 | D:5      | 12510 ||| Stepping ~*~*~tactically~*~*~ (outnumbered).
 12512 | D:5      | 12512 ||| Stepping ~*~*~tactically~*~*~ (outnumbered).
 12516 | D:5      | 12516 ||| Stepping ~*~*~tactically~*~*~ (outnumbered).
 12519 | D:5      | 12519 ||| Stepping ~*~*~tactically~*~*~ (outnumbered).
 12521 | D:5      | 12521 ||| Stepping ~*~*~tactically~*~*~ (outnumbered).
 12523 | D:5      | 12523 ||| Stepping ~*~*~tactically~*~*~ (outnumbered).
 12525 | D:5      | 12525 ||| Stepping ~*~*~tactically~*~*~ (outnumbered).
 12527 | D:5      | 12527 ||| Stepping ~*~*~tactically~*~*~ (outnumbered).
 12529 | D:5      | 12529 ||| Stepping ~*~*~tactically~*~*~ (outnumbered).
 12531 | D:5      | 12531 ||| Stepping ~*~*~tactically~*~*~ (outnumbered).
 12533 | D:5      | 12533 ||| Stepping ~*~*~tactically~*~*~ (outnumbered).
 12536 | D:5      | 12536 ||| Stepping ~*~*~tactically~*~*~ (outnumbered).
 12538 | D:5      | 12538 ||| Stepping ~*~*~tactically~*~*~ (outnumbered).
 12540 | D:5      | 12540 ||| Stepping ~*~*~tactically~*~*~ (outnumbered).
 12542 | D:5      | 12542 ||| Stepping ~*~*~tactically~*~*~ (outnumbered).
 12544 | D:5      | 12544 ||| Stepping ~*~*~tactically~*~*~ (outnumbered).
 12546 | D:5      | 12546 ||| Stepping ~*~*~tactically~*~*~ (outnumbered).
 12548 | D:5      | 12548 ||| Stepping ~*~*~tactically~*~*~ (outnumbered).
 12550 | D:5      | 12550 ||| Stepping ~*~*~tactically~*~*~ (outnumbered).
 12552 | D:5      | 12552 ||| Stepping ~*~*~tactically~*~*~ (outnumbered).
 12554 | D:5      | 12554 ||| Stepping ~*~*~tactically~*~*~ (outnumbered).
 12556 | D:5      | 12556 ||| Stepping ~*~*~tactically~*~*~ (outnumbered).
 12558 | D:5      | 12558 ||| Stepping ~*~*~tactically~*~*~ (outnumbered).
 12561 | D:5      | 12561 ||| Stepping ~*~*~tactically~*~*~ (outnumbered).
 12563 | D:5      | 12563 ||| Stepping ~*~*~tactically~*~*~ (outnumbered).
 12565 | D:5      | 12565 ||| Stepping ~*~*~tactically~*~*~ (outnumbered).
 12567 | D:5      | 12567 ||| Stepping ~*~*~tactically~*~*~ (outnumbered).
 12569 | D:5      | 12569 ||| Stepping ~*~*~tactically~*~*~ (outnumbered).
 12571 | D:5      | 12571 ||| Stepping ~*~*~tactically~*~*~ (outnumbered).
 12573 | D:5      | 12573 ||| Stepping ~*~*~tactically~*~*~ (outnumbered).
 12575 | D:5      | 12575 ||| Stepping ~*~*~tactically~*~*~ (outnumbered).
 12577 | D:5      | 12577 ||| Stepping ~*~*~tactically~*~*~ (outnumbered).
 12579 | D:5      | 12579 ||| Stepping ~*~*~tactically~*~*~ (outnumbered).
 12581 | D:5      | 12581 ||| Stepping ~*~*~tactically~*~*~ (outnumbered).
 12583 | D:5      | 12583 ||| Stepping ~*~*~tactically~*~*~ (outnumbered).
 12585 | D:5      | 12585 ||| Stepping ~*~*~tactically~*~*~ (outnumbered).
 12587 | D:5      | 12587 ||| Stepping ~*~*~tactically~*~*~ (outnumbered).
 12591 | D:5      | 12591 ||| Stepping ~*~*~tactically~*~*~ (outnumbered).
 12593 | D:5      | 12593 ||| Stepping ~*~*~tactically~*~*~ (outnumbered).
 12595 | D:5      | 12595 ||| Stepping ~*~*~tactically~*~*~ (outnumbered).
 12597 | D:5      | 12597 ||| Stepping ~*~*~tactically~*~*~ (outnumbered).
 12599 | D:5      | 12599 ||| Stepping ~*~*~tactically~*~*~ (outnumbered).
 12601 | D:5      | 12601 ||| Stepping ~*~*~tactically~*~*~ (outnumbered).
 12603 | D:5      | 12603 ||| Stepping ~*~*~tactically~*~*~ (outnumbered).
 12605 | D:5      | 12605 ||| Stepping ~*~*~tactically~*~*~ (outnumbered).
 12607 | D:5      | 12607 ||| Stepping ~*~*~tactically~*~*~ (outnumbered).
 12609 | D:5      | 12609 ||| Stepping ~*~*~tactically~*~*~ (outnumbered).
 12611 | D:5      | 12611 ||| Stepping ~*~*~tactically~*~*~ (outnumbered).
 12613 | D:5      | 12613 ||| Stepping ~*~*~tactically~*~*~ (outnumbered).
 12615 | D:5      | 12615 ||| Stepping ~*~*~tactically~*~*~ (outnumbered).
 12617 | D:5      | 12617 ||| Stepping ~*~*~tactically~*~*~ (outnumbered).
 12619 | D:5      | 12619 ||| Stepping ~*~*~tactically~*~*~ (outnumbered).
 12621 | D:5      | 12621 ||| Stepping ~*~*~tactically~*~*~ (outnumbered).
 12623 | D:5      | 12623 ||| Stepping ~*~*~tactically~*~*~ (outnumbered).
 12625 | D:5      | 12625 ||| Stepping ~*~*~tactically~*~*~ (outnumbered).
 12627 | D:5      | 12627 ||| Stepping ~*~*~tactically~*~*~ (outnumbered).
 12631 | D:5      | 12631 ||| Stepping ~*~*~tactically~*~*~ (outnumbered).
 12633 | D:5      | 12633 ||| Stepping ~*~*~tactically~*~*~ (outnumbered).
 12635 | D:5      | 12635 ||| Stepping ~*~*~tactically~*~*~ (outnumbered).
 12637 | D:5      | 12637 ||| Stepping ~*~*~tactically~*~*~ (outnumbered).
 12639 | D:5      | 12639 ||| Stepping ~*~*~tactically~*~*~ (outnumbered).
 12641 | D:5      | 12641 ||| Stepping ~*~*~tactically~*~*~ (outnumbered).
 12643 | D:5      | 12643 ||| Stepping ~*~*~tactically~*~*~ (outnumbered).
 12645 | D:5      | 12645 ||| Stepping ~*~*~tactically~*~*~ (outnumbered).
 12647 | D:5      | 12647 ||| Stepping ~*~*~tactically~*~*~ (outnumbered).
 12649 | D:5      | 12649 ||| Stepping ~*~*~tactically~*~*~ (outnumbered).
 12651 | D:5      | 12651 ||| Stepping ~*~*~tactically~*~*~ (outnumbered).
 12653 | D:5      | 12653 ||| Stepping ~*~*~tactically~*~*~ (outnumbered).
 12655 | D:5      | 12655 ||| Stepping ~*~*~tactically~*~*~ (outnumbered).
 12657 | D:5      | 12657 ||| Stepping ~*~*~tactically~*~*~ (outnumbered).
 12659 | D:5      | 12659 ||| Stepping ~*~*~tactically~*~*~ (outnumbered).
 12661 | D:5      | 12661 ||| Stepping ~*~*~tactically~*~*~ (outnumbered).
 12663 | D:5      | 12663 ||| Stepping ~*~*~tactically~*~*~ (outnumbered).
 12665 | D:5      | 12665 ||| Stepping ~*~*~tactically~*~*~ (outnumbered).
 12667 | D:5      | 12667 ||| Stepping ~*~*~tactically~*~*~ (outnumbered).
 12669 | D:5      | 12669 ||| Stepping ~*~*~tactically~*~*~ (outnumbered).
 12671 | D:5      | 12671 ||| Stepping ~*~*~tactically~*~*~ (outnumbered).
 12673 | D:5      | 12673 ||| Stepping ~*~*~tactically~*~*~ (outnumbered).
 12675 | D:5      | 12675 ||| Stepping ~*~*~tactically~*~*~ (outnumbered).
 12677 | D:5      | 12677 ||| Stepping ~*~*~tactically~*~*~ (outnumbered).
 12679 | D:5      | 12679 ||| Stepping ~*~*~tactically~*~*~ (outnumbered).
 12681 | D:5      | 12681 ||| Stepping ~*~*~tactically~*~*~ (outnumbered).
 12683 | D:5      | 12683 ||| Stepping ~*~*~tactically~*~*~ (outnumbered).
 12685 | D:5      | 12685 ||| Stepping ~*~*~tactically~*~*~ (outnumbered).
 12687 | D:5      | 12687 ||| Stepping ~*~*~tactically~*~*~ (outnumbered).
 12689 | D:5      | 12689 ||| Stepping ~*~*~tactically~*~*~ (outnumbered).
 12691 | D:5      | 12691 ||| Stepping ~*~*~tactically~*~*~ (outnumbered).
 12693 | D:5      | 12693 ||| Stepping ~*~*~tactically~*~*~ (outnumbered).
 12696 | D:5      | 12696 ||| Stepping ~*~*~tactically~*~*~ (outnumbered).
 12701 | D:5      | 12701 ||| Stepping ~*~*~tactically~*~*~ (outnumbered).
 12703 | D:5      | 12703 ||| Stepping ~*~*~tactically~*~*~ (outnumbered).
 12705 | D:5      | 12705 ||| Stepping ~*~*~tactically~*~*~ (outnumbered).
 12707 | D:5      | 12707 ||| Stepping ~*~*~tactically~*~*~ (outnumbered).
 12709 | D:5      | 12709 ||| Stepping ~*~*~tactically~*~*~ (outnumbered).
 12712 | D:5      | 12712 ||| Stepping ~*~*~tactically~*~*~ (outnumbered).
 12714 | D:5      | 12714 ||| Stepping ~*~*~tactically~*~*~ (outnumbered).
 12716 | D:5      | 12716 ||| Stepping ~*~*~tactically~*~*~ (outnumbered).
 12718 | D:5      | 12718 ||| Stepping ~*~*~tactically~*~*~ (outnumbered).
 12720 | D:5      | 12720 ||| Stepping ~*~*~tactically~*~*~ (outnumbered).
 12722 | D:5      | 12722 ||| Stepping ~*~*~tactically~*~*~ (outnumbered).
 12724 | D:5      | 12724 ||| Stepping ~*~*~tactically~*~*~ (outnumbered).
 12726 | D:5      | 12726 ||| Stepping ~*~*~tactically~*~*~ (outnumbered).
 12728 | D:5      | 12728 ||| Stepping ~*~*~tactically~*~*~ (outnumbered).
 12730 | D:5      | 12730 ||| Stepping ~*~*~tactically~*~*~ (outnumbered).
 12732 | D:5      | 12732 ||| Stepping ~*~*~tactically~*~*~ (outnumbered).
 12734 | D:5      | 12734 ||| Stepping ~*~*~tactically~*~*~ (outnumbered).
 12736 | D:5      | 12736 ||| Stepping ~*~*~tactically~*~*~ (outnumbered).
 12738 | D:5      | 12738 ||| Stepping ~*~*~tactically~*~*~ (outnumbered).
 12740 | D:5      | 12740 ||| Stepping ~*~*~tactically~*~*~ (outnumbered).
 12745 | D:5      | 12745 ||| Stepping ~*~*~tactically~*~*~ (outnumbered).
 12747 | D:5      | 12747 ||| Stepping ~*~*~tactically~*~*~ (outnumbered).
 12749 | D:5      | 12749 ||| Stepping ~*~*~tactically~*~*~ (outnumbered).
 12753 | D:5      | 12753 ||| Stepping ~*~*~tactically~*~*~ (outnumbered).
 12755 | D:5      | 12755 ||| Stepping ~*~*~tactically~*~*~ (outnumbered).
 12757 | D:5      | 12757 ||| Stepping ~*~*~tactically~*~*~ (outnumbered).
 12759 | D:5      | 12759 ||| Stepping ~*~*~tactically~*~*~ (outnumbered).
 12761 | D:5      | 12761 ||| Stepping ~*~*~tactically~*~*~ (outnumbered).
 12763 | D:5      | 12763 ||| Stepping ~*~*~tactically~*~*~ (outnumbered).
 12765 | D:5      | 12765 ||| Stepping ~*~*~tactically~*~*~ (outnumbered).
 12767 | D:5      | 12767 ||| Stepping ~*~*~tactically~*~*~ (outnumbered).
 12769 | D:5      | 12769 ||| Stepping ~*~*~tactically~*~*~ (outnumbered).
 12771 | D:5      | 12771 ||| Stepping ~*~*~tactically~*~*~ (outnumbered).
 12774 | D:5      | 12774 ||| Stepping ~*~*~tactically~*~*~ (outnumbered).
 12777 | D:5      | 12777 ||| Stepping ~*~*~tactically~*~*~ (outnumbered).
 12779 | D:5      | 12779 ||| Stepping ~*~*~tactically~*~*~ (outnumbered).
 12781 | D:5      | 12781 ||| Stepping ~*~*~tactically~*~*~ (outnumbered).
 12783 | D:5      | 12783 ||| Stepping ~*~*~tactically~*~*~ (outnumbered).
 12786 | D:5      | 12786 ||| Stepping ~*~*~tactically~*~*~ (outnumbered).
 12788 | D:5      | 12788 ||| Stepping ~*~*~tactically~*~*~ (outnumbered).
 12790 | D:5      | 12790 ||| Stepping ~*~*~tactically~*~*~ (outnumbered).
 12792 | D:5      | 12792 ||| Stepping ~*~*~tactically~*~*~ (outnumbered).
 12794 | D:5      | 12794 ||| Stepping ~*~*~tactically~*~*~ (outnumbered).
 12797 | D:5      | 12797 ||| Stepping ~*~*~tactically~*~*~ (outnumbered).
 12799 | D:5      | 12799 ||| Stepping ~*~*~tactically~*~*~ (outnumbered).
 12801 | D:5      | 12801 ||| Stepping ~*~*~tactically~*~*~ (outnumbered).
 12803 | D:5      | 12803 ||| Stepping ~*~*~tactically~*~*~ (outnumbered).
 12805 | D:5      | 12805 ||| Stepping ~*~*~tactically~*~*~ (outnumbered).
 12807 | D:5      | 12807 ||| Stepping ~*~*~tactically~*~*~ (outnumbered).
 12809 | D:5      | 12809 ||| Stepping ~*~*~tactically~*~*~ (outnumbered).
 12812 | D:5      | 12812 ||| Stepping ~*~*~tactically~*~*~ (outnumbered).
 12816 | D:5      | 12816 ||| Stepping ~*~*~tactically~*~*~ (outnumbered).
 12818 | D:5      | 12818 ||| Stepping ~*~*~tactically~*~*~ (outnumbered).
 12821 | D:5      | 12821 ||| Stepping ~*~*~tactically~*~*~ (outnumbered).
 12823 | D:5      | 12823 ||| Stepping ~*~*~tactically~*~*~ (outnumbered).
 12825 | D:5      | 12825 ||| Stepping ~*~*~tactically~*~*~ (outnumbered).
 12827 | D:5      | 12827 ||| Stepping ~*~*~tactically~*~*~ (outnumbered).
 12829 | D:5      | 12829 ||| Stepping ~*~*~tactically~*~*~ (outnumbered).
 12831 | D:5      | 12831 ||| Stepping ~*~*~tactically~*~*~ (outnumbered).
 12833 | D:5      | 12833 ||| Stepping ~*~*~tactically~*~*~ (outnumbered).
 12835 | D:5      | 12835 ||| Stepping ~*~*~tactically~*~*~ (outnumbered).
 12837 | D:5      | 12837 ||| Stepping ~*~*~tactically~*~*~ (outnumbered).
 12839 | D:5      | 12839 ||| Stepping ~*~*~tactically~*~*~ (outnumbered).
 12841 | D:5      | 12841 ||| Stepping ~*~*~tactically~*~*~ (outnumbered).
 12843 | D:5      | 12843 ||| Stepping ~*~*~tactically~*~*~ (outnumbered).
 12845 | D:5      | 12845 ||| Stepping ~*~*~tactically~*~*~ (outnumbered).
 12847 | D:5      | 12847 ||| Stepping ~*~*~tactically~*~*~ (outnumbered).
 12849 | D:5      | 12849 ||| Stepping ~*~*~tactically~*~*~ (outnumbered).
 12851 | D:5      | 12851 ||| Stepping ~*~*~tactically~*~*~ (outnumbered).
 12853 | D:5      | 12853 ||| Stepping ~*~*~tactically~*~*~ (outnumbered).
 12855 | D:5      | 12855 ||| Stepping ~*~*~tactically~*~*~ (outnumbered).
 12857 | D:5      | 12857 ||| Stepping ~*~*~tactically~*~*~ (outnumbered).
 12859 | D:5      | 12859 ||| Stepping ~*~*~tactically~*~*~ (outnumbered).
 12861 | D:5      | 12861 ||| Stepping ~*~*~tactically~*~*~ (outnumbered).
 12863 | D:5      | 12863 ||| Stepping ~*~*~tactically~*~*~ (outnumbered).
 12865 | D:5      | 12865 ||| Stepping ~*~*~tactically~*~*~ (outnumbered).
 12867 | D:5      | 12867 ||| Stepping ~*~*~tactically~*~*~ (outnumbered).
 12869 | D:5      | 12869 ||| Stepping ~*~*~tactically~*~*~ (outnumbered).
 12871 | D:5      | 12871 ||| Stepping ~*~*~tactically~*~*~ (outnumbered).
 12873 | D:5      | 12873 ||| Stepping ~*~*~tactically~*~*~ (outnumbered).
 12875 | D:5      | 12875 ||| Stepping ~*~*~tactically~*~*~ (outnumbered).
 12877 | D:5      | 12877 ||| Stepping ~*~*~tactically~*~*~ (outnumbered).
 12879 | D:5      | 12879 ||| Stepping ~*~*~tactically~*~*~ (outnumbered).
 12881 | D:5      | 12881 ||| Stepping ~*~*~tactically~*~*~ (outnumbered).
 12883 | D:5      | 12883 ||| Stepping ~*~*~tactically~*~*~ (outnumbered).
 12885 | D:5      | 12885 ||| Stepping ~*~*~tactically~*~*~ (outnumbered).
 12887 | D:5      | 12887 ||| Stepping ~*~*~tactically~*~*~ (outnumbered).
 12889 | D:5      | 12889 ||| Stepping ~*~*~tactically~*~*~ (outnumbered).
 12891 | D:5      | 12891 ||| Stepping ~*~*~tactically~*~*~ (outnumbered).
 12893 | D:5      | 12893 ||| Stepping ~*~*~tactically~*~*~ (outnumbered).
 12895 | D:5      | 12895 ||| Stepping ~*~*~tactically~*~*~ (outnumbered).
 12897 | D:5      | 12897 ||| Stepping ~*~*~tactically~*~*~ (outnumbered).
 12899 | D:5      | 12899 ||| Stepping ~*~*~tactically~*~*~ (outnumbered).
 12901 | D:5      | 12901 ||| Stepping ~*~*~tactically~*~*~ (outnumbered).
 12903 | D:5      | 12903 ||| Stepping ~*~*~tactically~*~*~ (outnumbered).
 12905 | D:5      | 12905 ||| Stepping ~*~*~tactically~*~*~ (outnumbered).
 12907 | D:5      | 12907 ||| Stepping ~*~*~tactically~*~*~ (outnumbered).
 12909 | D:5      | 12909 ||| Stepping ~*~*~tactically~*~*~ (outnumbered).
 12911 | D:5      | 12911 ||| Stepping ~*~*~tactically~*~*~ (outnumbered).
 12913 | D:5      | 12913 ||| Stepping ~*~*~tactically~*~*~ (outnumbered).
 12916 | D:5      | 12916 ||| Stepping ~*~*~tactically~*~*~ (outnumbered).
 12918 | D:5      | 12918 ||| Stepping ~*~*~tactically~*~*~ (outnumbered).
 12922 | D:5      | 12922 ||| Stepping ~*~*~tactically~*~*~ (outnumbered).
 12924 | D:5      | 12924 ||| Stepping ~*~*~tactically~*~*~ (outnumbered).
 12926 | D:5      | 12926 ||| Stepping ~*~*~tactically~*~*~ (outnumbered).
 12931 | D:5      | 12931 ||| Stepping ~*~*~tactically~*~*~ (outnumbered).
 12933 | D:5      | 12933 ||| Stepping ~*~*~tactically~*~*~ (outnumbered).
 12935 | D:5      | 12935 ||| Stepping ~*~*~tactically~*~*~ (outnumbered).
 12937 | D:5      | 12937 ||| Stepping ~*~*~tactically~*~*~ (outnumbered).
 12939 | D:5      | 12939 ||| Stepping ~*~*~tactically~*~*~ (outnumbered).
 12941 | D:5      | 12941 ||| Stepping ~*~*~tactically~*~*~ (outnumbered).
 12943 | D:5      | 12943 ||| Stepping ~*~*~tactically~*~*~ (outnumbered).
 12945 | D:5      | 12945 ||| Stepping ~*~*~tactically~*~*~ (outnumbered).
 12947 | D:5      | 12947 ||| Stepping ~*~*~tactically~*~*~ (outnumbered).
 12949 | D:5      | 12949 ||| Stepping ~*~*~tactically~*~*~ (outnumbered).
 12951 | D:5      | 12951 ||| Stepping ~*~*~tactically~*~*~ (outnumbered).
 12953 | D:5      | 12953 ||| Stepping ~*~*~tactically~*~*~ (outnumbered).
 12955 | D:5      | 12955 ||| Stepping ~*~*~tactically~*~*~ (outnumbered).
 12957 | D:5      | 12957 ||| Stepping ~*~*~tactically~*~*~ (outnumbered).
 12959 | D:5      | 12959 ||| Stepping ~*~*~tactically~*~*~ (outnumbered).
 12961 | D:5      | 12961 ||| Stepping ~*~*~tactically~*~*~ (outnumbered).
 12963 | D:5      | 12963 ||| Stepping ~*~*~tactically~*~*~ (outnumbered).
 12965 | D:5      | 12965 ||| Stepping ~*~*~tactically~*~*~ (outnumbered).
 12967 | D:5      | 12967 ||| Stepping ~*~*~tactically~*~*~ (outnumbered).
 12969 | D:5      | 12969 ||| Stepping ~*~*~tactically~*~*~ (outnumbered).
 12971 | D:5      | 12971 ||| Stepping ~*~*~tactically~*~*~ (outnumbered).
 12973 | D:5      | 12973 ||| Stepping ~*~*~tactically~*~*~ (outnumbered).
 12975 | D:5      | 12975 ||| Stepping ~*~*~tactically~*~*~ (outnumbered).
 12977 | D:5      | 12977 ||| Stepping ~*~*~tactically~*~*~ (outnumbered).
 12981 | D:5      | 12981 ||| Stepping ~*~*~tactically~*~*~ (outnumbered).
 12984 | D:5      | 12984 ||| Stepping ~*~*~tactically~*~*~ (outnumbered).
 12986 | D:5      | 12986 ||| Stepping ~*~*~tactically~*~*~ (outnumbered).
 12988 | D:5      | 12988 ||| Stepping ~*~*~tactically~*~*~ (outnumbered).
 12990 | D:5      | 12990 ||| Stepping ~*~*~tactically~*~*~ (outnumbered).
 12992 | D:5      | 12992 ||| Stepping ~*~*~tactically~*~*~ (outnumbered).
 12994 | D:5      | 12994 ||| Stepping ~*~*~tactically~*~*~ (outnumbered).
 12996 | D:5      | 12996 ||| Stepping ~*~*~tactically~*~*~ (outnumbered).
 12998 | D:5      | 12998 ||| Stepping ~*~*~tactically~*~*~ (outnumbered).
 13000 | D:5      | 13000 ||| Stepping ~*~*~tactically~*~*~ (outnumbered).
 13002 | D:5      | 13002 ||| Stepping ~*~*~tactically~*~*~ (outnumbered).
 13004 | D:5      | 13004 ||| Stepping ~*~*~tactically~*~*~ (outnumbered).
 13006 | D:5      | 13006 ||| Stepping ~*~*~tactically~*~*~ (outnumbered).
 13009 | D:5      | 13009 ||| Stepping ~*~*~tactically~*~*~ (outnumbered).
 13011 | D:5      | 13011 ||| Stepping ~*~*~tactically~*~*~ (outnumbered).
 13013 | D:5      | 13013 ||| Stepping ~*~*~tactically~*~*~ (outnumbered).
 13015 | D:5      | 13015 ||| Stepping ~*~*~tactically~*~*~ (outnumbered).
 13017 | D:5      | 13017 ||| Stepping ~*~*~tactically~*~*~ (outnumbered).
 13019 | D:5      | 13019 ||| Stepping ~*~*~tactically~*~*~ (outnumbered).
 13021 | D:5      | 13021 ||| Stepping ~*~*~tactically~*~*~ (outnumbered).
 13023 | D:5      | 13023 ||| Stepping ~*~*~tactically~*~*~ (outnumbered).
 13025 | D:5      | 13025 ||| Stepping ~*~*~tactically~*~*~ (outnumbered).
 13027 | D:5      | 13027 ||| Stepping ~*~*~tactically~*~*~ (outnumbered).
 13029 | D:5      | 13029 ||| Stepping ~*~*~tactically~*~*~ (outnumbered).
 13031 | D:5      | 13031 ||| Stepping ~*~*~tactically~*~*~ (outnumbered).
 13033 | D:5      | 13033 ||| Stepping ~*~*~tactically~*~*~ (outnumbered).
 13035 | D:5      | 13035 ||| Stepping ~*~*~tactically~*~*~ (outnumbered).
 13037 | D:5      | 13037 ||| Stepping ~*~*~tactically~*~*~ (outnumbered).
 13039 | D:5      | 13039 ||| Stepping ~*~*~tactically~*~*~ (outnumbered).
 13041 | D:5      | 13041 ||| Stepping ~*~*~tactically~*~*~ (outnumbered).
 13043 | D:5      | 13043 ||| Stepping ~*~*~tactically~*~*~ (outnumbered).
 13045 | D:5      | 13045 ||| Stepping ~*~*~tactically~*~*~ (outnumbered).
 13047 | D:5      | 13047 ||| Stepping ~*~*~tactically~*~*~ (outnumbered).
 13049 | D:5      | 13049 ||| Stepping ~*~*~tactically~*~*~ (outnumbered).
 13051 | D:5      | 13051 ||| Stepping ~*~*~tactically~*~*~ (outnumbered).
 13053 | D:5      | 13053 ||| Stepping ~*~*~tactically~*~*~ (outnumbered).
 13055 | D:5      | 13055 ||| Stepping ~*~*~tactically~*~*~ (outnumbered).
 13057 | D:5      | 13057 ||| Stepping ~*~*~tactically~*~*~ (outnumbered).
 13059 | D:5      | 13059 ||| Stepping ~*~*~tactically~*~*~ (outnumbered).
 13061 | D:5      | 13061 ||| Stepping ~*~*~tactically~*~*~ (outnumbered).
 13064 | D:5      | 13064 ||| Stepping ~*~*~tactically~*~*~ (outnumbered).
 13066 | D:5      | 13066 ||| Stepping ~*~*~tactically~*~*~ (outnumbered).
 13068 | D:5      | 13068 ||| Stepping ~*~*~tactically~*~*~ (outnumbered).
 13070 | D:5      | 13070 ||| Stepping ~*~*~tactically~*~*~ (outnumbered).
 13072 | D:5      | 13072 ||| Stepping ~*~*~tactically~*~*~ (outnumbered).
 13074 | D:5      | 13074 ||| Stepping ~*~*~tactically~*~*~ (outnumbered).
 13076 | D:5      | 13076 ||| Stepping ~*~*~tactically~*~*~ (outnumbered).
 13078 | D:5      | 13078 ||| Stepping ~*~*~tactically~*~*~ (outnumbered).
 13080 | D:5      | 13080 ||| Stepping ~*~*~tactically~*~*~ (outnumbered).
 13083 | D:5      | 13083 ||| Stepping ~*~*~tactically~*~*~ (outnumbered).
 13085 | D:5      | 13085 ||| Stepping ~*~*~tactically~*~*~ (outnumbered).
 13087 | D:5      | 13087 ||| Stepping ~*~*~tactically~*~*~ (outnumbered).
 13089 | D:5      | 13089 ||| Stepping ~*~*~tactically~*~*~ (outnumbered).
 13091 | D:5      | 13091 ||| Stepping ~*~*~tactically~*~*~ (outnumbered).
 13093 | D:5      | 13093 ||| Stepping ~*~*~tactically~*~*~ (outnumbered).
 13096 | D:5      | 13096 ||| Stepping ~*~*~tactically~*~*~ (outnumbered).
 13098 | D:5      | 13098 ||| Stepping ~*~*~tactically~*~*~ (outnumbered).
 13100 | D:5      | 13100 ||| Stepping ~*~*~tactically~*~*~ (outnumbered).
 13102 | D:5      | 13102 ||| Stepping ~*~*~tactically~*~*~ (outnumbered).
 13104 | D:5      | 13104 ||| Stepping ~*~*~tactically~*~*~ (outnumbered).
 13106 | D:5      | 13106 ||| Stepping ~*~*~tactically~*~*~ (outnumbered).
 13108 | D:5      | 13108 ||| Stepping ~*~*~tactically~*~*~ (outnumbered).
 13110 | D:5      | 13110 ||| Stepping ~*~*~tactically~*~*~ (outnumbered).
 13112 | D:5      | 13112 ||| Stepping ~*~*~tactically~*~*~ (outnumbered).
 13114 | D:5      | 13114 ||| Stepping ~*~*~tactically~*~*~ (outnumbered).
 13116 | D:5      | 13116 ||| Stepping ~*~*~tactically~*~*~ (outnumbered).
 13118 | D:5      | 13118 ||| Stepping ~*~*~tactically~*~*~ (outnumbered).
 13120 | D:5      | 13120 ||| Stepping ~*~*~tactically~*~*~ (outnumbered).
 13122 | D:5      | 13122 ||| Stepping ~*~*~tactically~*~*~ (outnumbered).
 13124 | D:5      | 13124 ||| Stepping ~*~*~tactically~*~*~ (outnumbered).
 13126 | D:5      | 13126 ||| Stepping ~*~*~tactically~*~*~ (outnumbered).
 13128 | D:5      | 13128 ||| Stepping ~*~*~tactically~*~*~ (outnumbered).
 13130 | D:5      | 13130 ||| Stepping ~*~*~tactically~*~*~ (outnumbered).
 13132 | D:5      | 13132 ||| Stepping ~*~*~tactically~*~*~ (outnumbered).
 13135 | D:5      | 13135 ||| Stepping ~*~*~tactically~*~*~ (outnumbered).
 13137 | D:5      | 13137 ||| Stepping ~*~*~tactically~*~*~ (outnumbered).
 13139 | D:5      | 13139 ||| Stepping ~*~*~tactically~*~*~ (outnumbered).
 13141 | D:5      | 13141 ||| Stepping ~*~*~tactically~*~*~ (outnumbered).
 13145 | D:5      | 13145 ||| Stepping ~*~*~tactically~*~*~ (outnumbered).
 13147 | D:5      | 13147 ||| Stepping ~*~*~tactically~*~*~ (outnumbered).
 13149 | D:5      | 13149 ||| Stepping ~*~*~tactically~*~*~ (outnumbered).
 13151 | D:5      | 13151 ||| Stepping ~*~*~tactically~*~*~ (outnumbered).
 13153 | D:5      | 13153 ||| Stepping ~*~*~tactically~*~*~ (outnumbered).
 13155 | D:5      | 13155 ||| Stepping ~*~*~tactically~*~*~ (outnumbered).
 13158 | D:5      | 13158 ||| Stepping ~*~*~tactically~*~*~ (outnumbered).
 13160 | D:5      | 13160 ||| Stepping ~*~*~tactically~*~*~ (outnumbered).
 13162 | D:5      | 13162 ||| Stepping ~*~*~tactically~*~*~ (outnumbered).
 13164 | D:5      | 13164 ||| Stepping ~*~*~tactically~*~*~ (outnumbered).
 13167 | D:5      | 13167 ||| Stepping ~*~*~tactically~*~*~ (outnumbered).
 13169 | D:5      | 13169 ||| Stepping ~*~*~tactically~*~*~ (outnumbered).
 13171 | D:5      | 13171 ||| Stepping ~*~*~tactically~*~*~ (outnumbered).
 13173 | D:5      | 13173 ||| Stepping ~*~*~tactically~*~*~ (outnumbered).
 13175 | D:5      | 13175 ||| Stepping ~*~*~tactically~*~*~ (outnumbered).
 13177 | D:5      | 13177 ||| Stepping ~*~*~tactically~*~*~ (outnumbered).
 13179 | D:5      | 13179 ||| Stepping ~*~*~tactically~*~*~ (outnumbered).
 13181 | D:5      | 13181 ||| Stepping ~*~*~tactically~*~*~ (outnumbered).
 13183 | D:5      | 13183 ||| Stepping ~*~*~tactically~*~*~ (outnumbered).
 13185 | D:5      | 13185 ||| Stepping ~*~*~tactically~*~*~ (outnumbered).
 13187 | D:5      | 13187 ||| Stepping ~*~*~tactically~*~*~ (outnumbered).
 13189 | D:5      | 13189 ||| Stepping ~*~*~tactically~*~*~ (outnumbered).
 13192 | D:5      | 13192 ||| Stepping ~*~*~tactically~*~*~ (outnumbered).
 13194 | D:5      | 13194 ||| Stepping ~*~*~tactically~*~*~ (outnumbered).
 13196 | D:5      | 13196 ||| Stepping ~*~*~tactically~*~*~ (outnumbered).
 13198 | D:5      | 13198 ||| Stepping ~*~*~tactically~*~*~ (outnumbered).
 13200 | D:5      | 13200 ||| Stepping ~*~*~tactically~*~*~ (outnumbered).
 13203 | D:5      | 13203 ||| Stepping ~*~*~tactically~*~*~ (outnumbered).
 13205 | D:5      | 13205 ||| Stepping ~*~*~tactically~*~*~ (outnumbered).
 13207 | D:5      | 13207 ||| Stepping ~*~*~tactically~*~*~ (outnumbered).
 13209 | D:5      | 13209 ||| Stepping ~*~*~tactically~*~*~ (outnumbered).
 13211 | D:5      | 13211 ||| Stepping ~*~*~tactically~*~*~ (outnumbered).
 13213 | D:5      | 13213 ||| Stepping ~*~*~tactically~*~*~ (outnumbered).
 13215 | D:5      | 13215 ||| Stepping ~*~*~tactically~*~*~ (outnumbered).
 13217 | D:5      | 13217 ||| Stepping ~*~*~tactically~*~*~ (outnumbered).
 13219 | D:5      | 13219 ||| Stepping ~*~*~tactically~*~*~ (outnumbered).
 13221 | D:5      | 13221 ||| Stepping ~*~*~tactically~*~*~ (outnumbered).
 13223 | D:5      | 13223 ||| Stepping ~*~*~tactically~*~*~ (outnumbered).
 13226 | D:5      | 13226 ||| Stepping ~*~*~tactically~*~*~ (outnumbered).
 13228 | D:5      | 13228 ||| Stepping ~*~*~tactically~*~*~ (outnumbered).
 13230 | D:5      | 13230 ||| Stepping ~*~*~tactically~*~*~ (outnumbered).
 13232 | D:5      | 13232 ||| Stepping ~*~*~tactically~*~*~ (outnumbered).
 13234 | D:5      | 13234 ||| Stepping ~*~*~tactically~*~*~ (outnumbered).
 13236 | D:5      | 13236 ||| Stepping ~*~*~tactically~*~*~ (outnumbered).
 13238 | D:5      | 13238 ||| Stepping ~*~*~tactically~*~*~ (outnumbered).
 13241 | D:5      | 13241 ||| Stepping ~*~*~tactically~*~*~ (outnumbered).
 13245 | D:5      | 13245 ||| Stepping ~*~*~tactically~*~*~ (outnumbered).
 13247 | D:5      | 13247 ||| Stepping ~*~*~tactically~*~*~ (outnumbered).
 13249 | D:5      | 13249 ||| Stepping ~*~*~tactically~*~*~ (outnumbered).
 13251 | D:5      | 13251 ||| Stepping ~*~*~tactically~*~*~ (outnumbered).
 13253 | D:5      | 13253 ||| Stepping ~*~*~tactically~*~*~ (outnumbered).
 13255 | D:5      | 13255 ||| Stepping ~*~*~tactically~*~*~ (outnumbered).
 13257 | D:5      | 13257 ||| Stepping ~*~*~tactically~*~*~ (outnumbered).
 13259 | D:5      | 13259 ||| Stepping ~*~*~tactically~*~*~ (outnumbered).
 13261 | D:5      | 13261 ||| Stepping ~*~*~tactically~*~*~ (outnumbered).
 13263 | D:5      | 13263 ||| Stepping ~*~*~tactically~*~*~ (outnumbered).
 13265 | D:5      | 13265 ||| Stepping ~*~*~tactically~*~*~ (outnumbered).
 13267 | D:5      | 13267 ||| Stepping ~*~*~tactically~*~*~ (outnumbered).
 13270 | D:5      | 13270 ||| Stepping ~*~*~tactically~*~*~ (outnumbered).
 13272 | D:5      | 13272 ||| Stepping ~*~*~tactically~*~*~ (outnumbered).
 13274 | D:5      | 13274 ||| Stepping ~*~*~tactically~*~*~ (outnumbered).
 13276 | D:5      | 13276 ||| Stepping ~*~*~tactically~*~*~ (outnumbered).
 13279 | D:5      | 13279 ||| Stepping ~*~*~tactically~*~*~ (outnumbered).
 13281 | D:5      | 13281 ||| Stepping ~*~*~tactically~*~*~ (outnumbered).
 13284 | D:5      | 13284 ||| Stepping ~*~*~tactically~*~*~ (outnumbered).
 13286 | D:5      | 13286 ||| Stepping ~*~*~tactically~*~*~ (outnumbered).
 13291 | D:5      | 13291 ||| Stepping ~*~*~tactically~*~*~ (outnumbered).
 13293 | D:5      | 13293 ||| Stepping ~*~*~tactically~*~*~ (outnumbered).
 13295 | D:5      | 13295 ||| Stepping ~*~*~tactically~*~*~ (outnumbered).
 13297 | D:5      | 13297 ||| Stepping ~*~*~tactically~*~*~ (outnumbered).
 13299 | D:5      | 13299 ||| Stepping ~*~*~tactically~*~*~ (outnumbered).
 13301 | D:5      | 13301 ||| Stepping ~*~*~tactically~*~*~ (outnumbered).
 13303 | D:5      | 13303 ||| Stepping ~*~*~tactically~*~*~ (outnumbered).
 13305 | D:5      | 13305 ||| Stepping ~*~*~tactically~*~*~ (outnumbered).
 13307 | D:5      | 13307 ||| Stepping ~*~*~tactically~*~*~ (outnumbered).
 13309 | D:5      | 13309 ||| Stepping ~*~*~tactically~*~*~ (outnumbered).
 13311 | D:5      | 13311 ||| Stepping ~*~*~tactically~*~*~ (outnumbered).
 13313 | D:5      | 13313 ||| Stepping ~*~*~tactically~*~*~ (outnumbered).
 13315 | D:5      | 13315 ||| Stepping ~*~*~tactically~*~*~ (outnumbered).
 13317 | D:5      | 13317 ||| Stepping ~*~*~tactically~*~*~ (outnumbered).
 13319 | D:5      | 13319 ||| Stepping ~*~*~tactically~*~*~ (outnumbered).
 13321 | D:5      | 13321 ||| Stepping ~*~*~tactically~*~*~ (outnumbered).
 13324 | D:5      | 13324 ||| Stepping ~*~*~tactically~*~*~ (outnumbered).
 13326 | D:5      | 13326 ||| Stepping ~*~*~tactically~*~*~ (outnumbered).
 13328 | D:5      | 13328 ||| Stepping ~*~*~tactically~*~*~ (outnumbered).
 13330 | D:5      | 13330 ||| Stepping ~*~*~tactically~*~*~ (outnumbered).
 13332 | D:5      | 13332 ||| Stepping ~*~*~tactically~*~*~ (outnumbered).
 13334 | D:5      | 13334 ||| Stepping ~*~*~tactically~*~*~ (outnumbered).
 13336 | D:5      | 13336 ||| Stepping ~*~*~tactically~*~*~ (outnumbered).
 13338 | D:5      | 13338 ||| Stepping ~*~*~tactically~*~*~ (outnumbered).
 13340 | D:5      | 13340 ||| Stepping ~*~*~tactically~*~*~ (outnumbered).
 13342 | D:5      | 13342 ||| Stepping ~*~*~tactically~*~*~ (outnumbered).
 13344 | D:5      | 13344 ||| Stepping ~*~*~tactically~*~*~ (outnumbered).
 13346 | D:5      | 13346 ||| Stepping ~*~*~tactically~*~*~ (outnumbered).
 13348 | D:5      | 13348 ||| Stepping ~*~*~tactically~*~*~ (outnumbered).
 13350 | D:5      | 13350 ||| Stepping ~*~*~tactically~*~*~ (outnumbered).
 13352 | D:5      | 13352 ||| Stepping ~*~*~tactically~*~*~ (outnumbered).
 13354 | D:5      | 13354 ||| Stepping ~*~*~tactically~*~*~ (outnumbered).
 13356 | D:5      | 13356 ||| Stepping ~*~*~tactically~*~*~ (outnumbered).
 13358 | D:5      | 13358 ||| Stepping ~*~*~tactically~*~*~ (outnumbered).
 13360 | D:5      | 13360 ||| Stepping ~*~*~tactically~*~*~ (outnumbered).
 13362 | D:5      | 13362 ||| Stepping ~*~*~tactically~*~*~ (outnumbered).
 13364 | D:5      | 13364 ||| Stepping ~*~*~tactically~*~*~ (outnumbered).
 13366 | D:5      | 13366 ||| Stepping ~*~*~tactically~*~*~ (outnumbered).
 13368 | D:5      | 13368 ||| Stepping ~*~*~tactically~*~*~ (outnumbered).
 13370 | D:5      | 13370 ||| Stepping ~*~*~tactically~*~*~ (outnumbered).
 13372 | D:5      | 13372 ||| Stepping ~*~*~tactically~*~*~ (outnumbered).
 13374 | D:5      | 13374 ||| Stepping ~*~*~tactically~*~*~ (outnumbered).
 13376 | D:5      | 13376 ||| Stepping ~*~*~tactically~*~*~ (outnumbered).
 13378 | D:5      | 13378 ||| Stepping ~*~*~tactically~*~*~ (outnumbered).
 13380 | D:5      | 13380 ||| Stepping ~*~*~tactically~*~*~ (outnumbered).
 13382 | D:5      | 13382 ||| Stepping ~*~*~tactically~*~*~ (outnumbered).
 13387 | D:5      | 13387 ||| Stepping ~*~*~tactically~*~*~ (outnumbered).
 13389 | D:5      | 13389 ||| Stepping ~*~*~tactically~*~*~ (outnumbered).
 13391 | D:5      | 13391 ||| Stepping ~*~*~tactically~*~*~ (outnumbered).
 13393 | D:5      | 13393 ||| Stepping ~*~*~tactically~*~*~ (outnumbered).
 13395 | D:5      | 13395 ||| Stepping ~*~*~tactically~*~*~ (outnumbered).
 13399 | D:5      | 13399 ||| Stepping ~*~*~tactically~*~*~ (outnumbered).
 13401 | D:5      | 13401 ||| Stepping ~*~*~tactically~*~*~ (outnumbered).
 13403 | D:5      | 13403 ||| Stepping ~*~*~tactically~*~*~ (outnumbered).
 13405 | D:5      | 13405 ||| Stepping ~*~*~tactically~*~*~ (outnumbered).
 13407 | D:5      | 13407 ||| Stepping ~*~*~tactically~*~*~ (outnumbered).
 13409 | D:5      | 13409 ||| Stepping ~*~*~tactically~*~*~ (outnumbered).
 13411 | D:5      | 13411 ||| Stepping ~*~*~tactically~*~*~ (outnumbered).
 13413 | D:5      | 13413 ||| Stepping ~*~*~tactically~*~*~ (outnumbered).
 13415 | D:5      | 13415 ||| Stepping ~*~*~tactically~*~*~ (outnumbered).
 13417 | D:5      | 13417 ||| Stepping ~*~*~tactically~*~*~ (outnumbered).
 13419 | D:5      | 13419 ||| Stepping ~*~*~tactically~*~*~ (outnumbered).
 13421 | D:5      | 13421 ||| Stepping ~*~*~tactically~*~*~ (outnumbered).
 13423 | D:5      | 13423 ||| Stepping ~*~*~tactically~*~*~ (outnumbered).
 13425 | D:5      | 13425 ||| Stepping ~*~*~tactically~*~*~ (outnumbered).
 13428 | D:5      | 13428 ||| Stepping ~*~*~tactically~*~*~ (outnumbered).
 13430 | D:5      | 13430 ||| Stepping ~*~*~tactically~*~*~ (outnumbered).
 13432 | D:5      | 13432 ||| Stepping ~*~*~tactically~*~*~ (outnumbered).
 13434 | D:5      | 13434 ||| Stepping ~*~*~tactically~*~*~ (outnumbered).
 13436 | D:5      | 13436 ||| Stepping ~*~*~tactically~*~*~ (outnumbered).
 13438 | D:5      | 13438 ||| Stepping ~*~*~tactically~*~*~ (outnumbered).
 13441 | D:5      | 13441 ||| Stepping ~*~*~tactically~*~*~ (outnumbered).
 13443 | D:5      | 13443 ||| Stepping ~*~*~tactically~*~*~ (outnumbered).
 13445 | D:5      | 13445 ||| Stepping ~*~*~tactically~*~*~ (outnumbered).
 13447 | D:5      | 13447 ||| Stepping ~*~*~tactically~*~*~ (outnumbered).
 13449 | D:5      | 13449 ||| Stepping ~*~*~tactically~*~*~ (outnumbered).
 13451 | D:5      | 13451 ||| Stepping ~*~*~tactically~*~*~ (outnumbered).
 13453 | D:5      | 13453 ||| Stepping ~*~*~tactically~*~*~ (outnumbered).
 13455 | D:5      | 13455 ||| Stepping ~*~*~tactically~*~*~ (outnumbered).
 13457 | D:5      | 13457 ||| Stepping ~*~*~tactically~*~*~ (outnumbered).
 13459 | D:5      | 13459 ||| Stepping ~*~*~tactically~*~*~ (outnumbered).
 13461 | D:5      | 13461 ||| Stepping ~*~*~tactically~*~*~ (outnumbered).
 13463 | D:5      | 13463 ||| Stepping ~*~*~tactically~*~*~ (outnumbered).
 13465 | D:5      | 13465 ||| Stepping ~*~*~tactically~*~*~ (outnumbered).
 13468 | D:5      | 13468 ||| Stepping ~*~*~tactically~*~*~ (outnumbered).
 13470 | D:5      | 13470 ||| Stepping ~*~*~tactically~*~*~ (outnumbered).
 13472 | D:5      | 13472 ||| Stepping ~*~*~tactically~*~*~ (outnumbered).
 13474 | D:5      | 13474 ||| Stepping ~*~*~tactically~*~*~ (outnumbered).
 13476 | D:5      | 13476 ||| Stepping ~*~*~tactically~*~*~ (outnumbered).
 13478 | D:5      | 13478 ||| Stepping ~*~*~tactically~*~*~ (outnumbered).
 13480 | D:5      | 13480 ||| Stepping ~*~*~tactically~*~*~ (outnumbered).
 13482 | D:5      | 13482 ||| Stepping ~*~*~tactically~*~*~ (outnumbered).
 13485 | D:5      | 13485 ||| Stepping ~*~*~tactically~*~*~ (outnumbered).
 13487 | D:5      | 13487 ||| Stepping ~*~*~tactically~*~*~ (outnumbered).
 13489 | D:5      | 13489 ||| Stepping ~*~*~tactically~*~*~ (outnumbered).
 13491 | D:5      | 13491 ||| Stepping ~*~*~tactically~*~*~ (outnumbered).
 13493 | D:5      | 13493 ||| Stepping ~*~*~tactically~*~*~ (outnumbered).
 13495 | D:5      | 13495 ||| Stepping ~*~*~tactically~*~*~ (outnumbered).
 13497 | D:5      | 13497 ||| Stepping ~*~*~tactically~*~*~ (outnumbered).
 13499 | D:5      | 13499 ||| Stepping ~*~*~tactically~*~*~ (outnumbered).
 13501 | D:5      | 13501 ||| Stepping ~*~*~tactically~*~*~ (outnumbered).
 13503 | D:5      | 13503 ||| Stepping ~*~*~tactically~*~*~ (outnumbered).
 13505 | D:5      | 13505 ||| Stepping ~*~*~tactically~*~*~ (outnumbered).
 13507 | D:5      | 13507 ||| Stepping ~*~*~tactically~*~*~ (outnumbered).
 13509 | D:5      | 13509 ||| Stepping ~*~*~tactically~*~*~ (outnumbered).
 13511 | D:5      | 13511 ||| Stepping ~*~*~tactically~*~*~ (outnumbered).
 13513 | D:5      | 13513 ||| Stepping ~*~*~tactically~*~*~ (outnumbered).
 13515 | D:5      | 13515 ||| Stepping ~*~*~tactically~*~*~ (outnumbered).
 13517 | D:5      | 13517 ||| Stepping ~*~*~tactically~*~*~ (outnumbered).
 13519 | D:5      | 13519 ||| Stepping ~*~*~tactically~*~*~ (outnumbered).
 13521 | D:5      | 13521 ||| Stepping ~*~*~tactically~*~*~ (outnumbered).
 13523 | D:5      | 13523 ||| Stepping ~*~*~tactically~*~*~ (outnumbered).
 13525 | D:5      | 13525 ||| Stepping ~*~*~tactically~*~*~ (outnumbered).
 13527 | D:5      | 13527 ||| Stepping ~*~*~tactically~*~*~ (outnumbered).
 13529 | D:5      | 13529 ||| Stepping ~*~*~tactically~*~*~ (outnumbered).
 13531 | D:5      | 13531 ||| Stepping ~*~*~tactically~*~*~ (outnumbered).
 13533 | D:5      | 13533 ||| Stepping ~*~*~tactically~*~*~ (outnumbered).
 13535 | D:5      | 13535 ||| Stepping ~*~*~tactically~*~*~ (outnumbered).
 13537 | D:5      | 13537 ||| Stepping ~*~*~tactically~*~*~ (outnumbered).
 13539 | D:5      | 13539 ||| Stepping ~*~*~tactically~*~*~ (outnumbered).
 13541 | D:5      | 13541 ||| Stepping ~*~*~tactically~*~*~ (outnumbered).
 13543 | D:5      | 13543 ||| Stepping ~*~*~tactically~*~*~ (outnumbered).
 13545 | D:5      | 13545 ||| Stepping ~*~*~tactically~*~*~ (outnumbered).
 13547 | D:5      | 13547 ||| Stepping ~*~*~tactically~*~*~ (outnumbered).
 13549 | D:5      | 13549 ||| Stepping ~*~*~tactically~*~*~ (outnumbered).
 13551 | D:5      | 13551 ||| Stepping ~*~*~tactically~*~*~ (outnumbered).
 13553 | D:5      | 13553 ||| Stepping ~*~*~tactically~*~*~ (outnumbered).
 13555 | D:5      | 13555 ||| Stepping ~*~*~tactically~*~*~ (outnumbered).
 13557 | D:5      | 13557 ||| Stepping ~*~*~tactically~*~*~ (outnumbered).
 13559 | D:5      | 13559 ||| Stepping ~*~*~tactically~*~*~ (outnumbered).
 13561 | D:5      | 13561 ||| Stepping ~*~*~tactically~*~*~ (outnumbered).
 13563 | D:5      | 13563 ||| Stepping ~*~*~tactically~*~*~ (outnumbered).
 13565 | D:5      | 13565 ||| Stepping ~*~*~tactically~*~*~ (outnumbered).
 13567 | D:5      | 13567 ||| Stepping ~*~*~tactically~*~*~ (outnumbered).
 13569 | D:5      | 13569 ||| Stepping ~*~*~tactically~*~*~ (outnumbered).
 13571 | D:5      | 13571 ||| Stepping ~*~*~tactically~*~*~ (outnumbered).
 13573 | D:5      | 13573 ||| Stepping ~*~*~tactically~*~*~ (outnumbered).
 13575 | D:5      | 13575 ||| Stepping ~*~*~tactically~*~*~ (outnumbered).
 13577 | D:5      | 13577 ||| Stepping ~*~*~tactically~*~*~ (outnumbered).
 13579 | D:5      | 13579 ||| Stepping ~*~*~tactically~*~*~ (outnumbered).
 13581 | D:5      | 13581 ||| Stepping ~*~*~tactically~*~*~ (outnumbered).
 13583 | D:5      | 13583 ||| Stepping ~*~*~tactically~*~*~ (outnumbered).
 13585 | D:5      | 13585 ||| Stepping ~*~*~tactically~*~*~ (outnumbered).
 13587 | D:5      | 13587 ||| Stepping ~*~*~tactically~*~*~ (outnumbered).
 13590 | D:5      | 13590 ||| Stepping ~*~*~tactically~*~*~ (outnumbered).
 13592 | D:5      | 13592 ||| Stepping ~*~*~tactically~*~*~ (outnumbered).
 13594 | D:5      | 13594 ||| Stepping ~*~*~tactically~*~*~ (outnumbered).
 13596 | D:5      | 13596 ||| Stepping ~*~*~tactically~*~*~ (outnumbered).
 13600 | D:5      | 13600 ||| Stepping ~*~*~tactically~*~*~ (outnumbered).
 13602 | D:5      | 13602 ||| Stepping ~*~*~tactically~*~*~ (outnumbered).
 13604 | D:5      | 13604 ||| Stepping ~*~*~tactically~*~*~ (outnumbered).
 13606 | D:5      | 13606 ||| Stepping ~*~*~tactically~*~*~ (outnumbered).
 13609 | D:5      | 13609 ||| Stepping ~*~*~tactically~*~*~ (outnumbered).
 13611 | D:5      | 13611 ||| Stepping ~*~*~tactically~*~*~ (outnumbered).
 13613 | D:5      | 13613 ||| Stepping ~*~*~tactically~*~*~ (outnumbered).
 13615 | D:5      | 13615 ||| Stepping ~*~*~tactically~*~*~ (outnumbered).
 13617 | D:5      | 13617 ||| Stepping ~*~*~tactically~*~*~ (outnumbered).
 13619 | D:5      | 13619 ||| Stepping ~*~*~tactically~*~*~ (outnumbered).
 13621 | D:5      | 13621 ||| Stepping ~*~*~tactically~*~*~ (outnumbered).
 13623 | D:5      | 13623 ||| Stepping ~*~*~tactically~*~*~ (outnumbered).
 13625 | D:5      | 13625 ||| Stepping ~*~*~tactically~*~*~ (outnumbered).
 13627 | D:5      | 13627 ||| Stepping ~*~*~tactically~*~*~ (outnumbered).
 13629 | D:5      | 13629 ||| Stepping ~*~*~tactically~*~*~ (outnumbered).
 13631 | D:5      | 13631 ||| Stepping ~*~*~tactically~*~*~ (outnumbered).
 13633 | D:5      | 13633 ||| Stepping ~*~*~tactically~*~*~ (outnumbered).
 13635 | D:5      | 13635 ||| Stepping ~*~*~tactically~*~*~ (outnumbered).
 13637 | D:5      | 13637 ||| Stepping ~*~*~tactically~*~*~ (outnumbered).
 13639 | D:5      | 13639 ||| Stepping ~*~*~tactically~*~*~ (outnumbered).
 13641 | D:5      | 13641 ||| Stepping ~*~*~tactically~*~*~ (outnumbered).
 13643 | D:5      | 13643 ||| Stepping ~*~*~tactically~*~*~ (outnumbered).
 13645 | D:5      | 13645 ||| Stepping ~*~*~tactically~*~*~ (outnumbered).
 13647 | D:5      | 13647 ||| Stepping ~*~*~tactically~*~*~ (outnumbered).
 13649 | D:5      | 13649 ||| Stepping ~*~*~tactically~*~*~ (outnumbered).
 13651 | D:5      | 13651 ||| Stepping ~*~*~tactically~*~*~ (outnumbered).
 13653 | D:5      | 13653 ||| Stepping ~*~*~tactically~*~*~ (outnumbered).
 13655 | D:5      | 13655 ||| Stepping ~*~*~tactically~*~*~ (outnumbered).
 13657 | D:5      | 13657 ||| Stepping ~*~*~tactically~*~*~ (outnumbered).
 13659 | D:5      | 13659 ||| Stepping ~*~*~tactically~*~*~ (outnumbered).
 13661 | D:5      | 13661 ||| Stepping ~*~*~tactically~*~*~ (outnumbered).
 13663 | D:5      | 13663 ||| Stepping ~*~*~tactically~*~*~ (outnumbered).
 13665 | D:5      | 13665 ||| Stepping ~*~*~tactically~*~*~ (outnumbered).
 13667 | D:5      | 13667 ||| Stepping ~*~*~tactically~*~*~ (outnumbered).
 13669 | D:5      | 13669 ||| Stepping ~*~*~tactically~*~*~ (outnumbered).
 13671 | D:5      | 13671 ||| Stepping ~*~*~tactically~*~*~ (outnumbered).
 13673 | D:5      | 13673 ||| Stepping ~*~*~tactically~*~*~ (outnumbered).
 13675 | D:5      | 13675 ||| Stepping ~*~*~tactically~*~*~ (outnumbered).
 13677 | D:5      | 13677 ||| Stepping ~*~*~tactically~*~*~ (outnumbered).
 13679 | D:5      | 13679 ||| Stepping ~*~*~tactically~*~*~ (outnumbered).
 13683 | D:5      | 13683 ||| Stepping ~*~*~tactically~*~*~ (outnumbered).
 13685 | D:5      | 13685 ||| Stepping ~*~*~tactically~*~*~ (outnumbered).
 13687 | D:5      | 13687 ||| Stepping ~*~*~tactically~*~*~ (outnumbered).
 13689 | D:5      | 13689 ||| Stepping ~*~*~tactically~*~*~ (outnumbered).
 13691 | D:5      | 13691 ||| Stepping ~*~*~tactically~*~*~ (outnumbered).
 13694 | D:5      | 13694 ||| Stepping ~*~*~tactically~*~*~ (outnumbered).
 13696 | D:5      | 13696 ||| Stepping ~*~*~tactically~*~*~ (outnumbered).
 13698 | D:5      | 13698 ||| Stepping ~*~*~tactically~*~*~ (outnumbered).
 13700 | D:5      | 13700 ||| Stepping ~*~*~tactically~*~*~ (outnumbered).
 13702 | D:5      | 13702 ||| Stepping ~*~*~tactically~*~*~ (outnumbered).
 13704 | D:5      | 13704 ||| Stepping ~*~*~tactically~*~*~ (outnumbered).
 13706 | D:5      | 13706 ||| Stepping ~*~*~tactically~*~*~ (outnumbered).
 13708 | D:5      | 13708 ||| Stepping ~*~*~tactically~*~*~ (outnumbered).
 13710 | D:5      | 13710 ||| Stepping ~*~*~tactically~*~*~ (outnumbered).
 13712 | D:5      | 13712 ||| Stepping ~*~*~tactically~*~*~ (outnumbered).
 13714 | D:5      | 13714 ||| Stepping ~*~*~tactically~*~*~ (outnumbered).
 13716 | D:5      | 13716 ||| Stepping ~*~*~tactically~*~*~ (outnumbered).
 13718 | D:5      | 13718 ||| Stepping ~*~*~tactically~*~*~ (outnumbered).
 13720 | D:5      | 13720 ||| Stepping ~*~*~tactically~*~*~ (outnumbered).
 13722 | D:5      | 13722 ||| Stepping ~*~*~tactically~*~*~ (outnumbered).
 13724 | D:5      | 13724 ||| Stepping ~*~*~tactically~*~*~ (outnumbered).
 13726 | D:5      | 13726 ||| Stepping ~*~*~tactically~*~*~ (outnumbered).
 13731 | D:5      | 13731 ||| Stepping ~*~*~tactically~*~*~ (outnumbered).
 13733 | D:5      | 13733 ||| Stepping ~*~*~tactically~*~*~ (outnumbered).
 13735 | D:5      | 13735 ||| Stepping ~*~*~tactically~*~*~ (outnumbered).
 13737 | D:5      | 13737 ||| Stepping ~*~*~tactically~*~*~ (outnumbered).
 13740 | D:5      | 13740 ||| Stepping ~*~*~tactically~*~*~ (outnumbered).
 13742 | D:5      | 13742 ||| Stepping ~*~*~tactically~*~*~ (outnumbered).
 13744 | D:5      | 13744 ||| Stepping ~*~*~tactically~*~*~ (outnumbered).
 13746 | D:5      | 13746 ||| Stepping ~*~*~tactically~*~*~ (outnumbered).
 13748 | D:5      | 13748 ||| Stepping ~*~*~tactically~*~*~ (outnumbered).
 13750 | D:5      | 13750 ||| Stepping ~*~*~tactically~*~*~ (outnumbered).
 13752 | D:5      | 13752 ||| Stepping ~*~*~tactically~*~*~ (outnumbered).
 13754 | D:5      | 13754 ||| Stepping ~*~*~tactically~*~*~ (outnumbered).
 13756 | D:5      | 13756 ||| Stepping ~*~*~tactically~*~*~ (outnumbered).
 13758 | D:5      | 13758 ||| Stepping ~*~*~tactically~*~*~ (outnumbered).
 13760 | D:5      | 13760 ||| Stepping ~*~*~tactically~*~*~ (outnumbered).
 13762 | D:5      | 13762 ||| Stepping ~*~*~tactically~*~*~ (outnumbered).
 13764 | D:5      | 13764 ||| Stepping ~*~*~tactically~*~*~ (outnumbered).
 13766 | D:5      | 13766 ||| Stepping ~*~*~tactically~*~*~ (outnumbered).
 13768 | D:5      | 13768 ||| Stepping ~*~*~tactically~*~*~ (outnumbered).
 13770 | D:5      | 13770 ||| Stepping ~*~*~tactically~*~*~ (outnumbered).
 13774 | D:5      | 13774 ||| Stepping ~*~*~tactically~*~*~ (outnumbered).
 13776 | D:5      | 13776 ||| Stepping ~*~*~tactically~*~*~ (outnumbered).
 13778 | D:5      | 13778 ||| Stepping ~*~*~tactically~*~*~ (outnumbered).
 13780 | D:5      | 13780 ||| Stepping ~*~*~tactically~*~*~ (outnumbered).
 13782 | D:5      | 13782 ||| Stepping ~*~*~tactically~*~*~ (outnumbered).
 13784 | D:5      | 13784 ||| Stepping ~*~*~tactically~*~*~ (outnumbered).
 13786 | D:5      | 13786 ||| Stepping ~*~*~tactically~*~*~ (outnumbered).
 13788 | D:5      | 13788 ||| Stepping ~*~*~tactically~*~*~ (outnumbered).
 13790 | D:5      | 13790 ||| Stepping ~*~*~tactically~*~*~ (outnumbered).
 13792 | D:5      | 13792 ||| Stepping ~*~*~tactically~*~*~ (outnumbered).
 13794 | D:5      | 13794 ||| Stepping ~*~*~tactically~*~*~ (outnumbered).
 13796 | D:5      | 13796 ||| Stepping ~*~*~tactically~*~*~ (outnumbered).
 13798 | D:5      | 13798 ||| Stepping ~*~*~tactically~*~*~ (outnumbered).
 13800 | D:5      | 13800 ||| Stepping ~*~*~tactically~*~*~ (outnumbered).
 13802 | D:5      | 13802 ||| Stepping ~*~*~tactically~*~*~ (outnumbered).
 13804 | D:5      | 13804 ||| Stepping ~*~*~tactically~*~*~ (outnumbered).
 13806 | D:5      | 13806 ||| Stepping ~*~*~tactically~*~*~ (outnumbered).
 13808 | D:5      | 13808 ||| Stepping ~*~*~tactically~*~*~ (outnumbered).
 13810 | D:5      | 13810 ||| Stepping ~*~*~tactically~*~*~ (outnumbered).
 13812 | D:5      | 13812 ||| Stepping ~*~*~tactically~*~*~ (outnumbered).
 13814 | D:5      | 13814 ||| Stepping ~*~*~tactically~*~*~ (outnumbered).
 13816 | D:5      | 13816 ||| Stepping ~*~*~tactically~*~*~ (outnumbered).
 13818 | D:5      | 13818 ||| Stepping ~*~*~tactically~*~*~ (outnumbered).
 13820 | D:5      | 13820 ||| Stepping ~*~*~tactically~*~*~ (outnumbered).
 13822 | D:5      | 13822 ||| Stepping ~*~*~tactically~*~*~ (outnumbered).
 13824 | D:5      | 13824 ||| Stepping ~*~*~tactically~*~*~ (outnumbered).
 13827 | D:5      | 13827 ||| Stepping ~*~*~tactically~*~*~ (outnumbered).
 13829 | D:5      | 13829 ||| Stepping ~*~*~tactically~*~*~ (outnumbered).
 13832 | D:5      | 13832 ||| Stepping ~*~*~tactically~*~*~ (outnumbered).
 13834 | D:5      | 13834 ||| Stepping ~*~*~tactically~*~*~ (outnumbered).
 13837 | D:5      | 13837 ||| Stepping ~*~*~tactically~*~*~ (outnumbered).
 13839 | D:5      | 13839 ||| Stepping ~*~*~tactically~*~*~ (outnumbered).
 13841 | D:5      | 13841 ||| Stepping ~*~*~tactically~*~*~ (outnumbered).
 13843 | D:5      | 13843 ||| Stepping ~*~*~tactically~*~*~ (outnumbered).
 13845 | D:5      | 13845 ||| Stepping ~*~*~tactically~*~*~ (outnumbered).
 13847 | D:5      | 13847 ||| Stepping ~*~*~tactically~*~*~ (outnumbered).
 13849 | D:5      | 13849 ||| Stepping ~*~*~tactically~*~*~ (outnumbered).
 13851 | D:5      | 13851 ||| Stepping ~*~*~tactically~*~*~ (outnumbered).
 13853 | D:5      | 13853 ||| Stepping ~*~*~tactically~*~*~ (outnumbered).
 13855 | D:5      | 13855 ||| Stepping ~*~*~tactically~*~*~ (outnumbered).
 13859 | D:5      | 13859 ||| Stepping ~*~*~tactically~*~*~ (outnumbered).
 13861 | D:5      | 13861 ||| Stepping ~*~*~tactically~*~*~ (outnumbered).
 13863 | D:5      | 13863 ||| Stepping ~*~*~tactically~*~*~ (outnumbered).
 13865 | D:5      | 13865 ||| Stepping ~*~*~tactically~*~*~ (outnumbered).
 13867 | D:5      | 13867 ||| Stepping ~*~*~tactically~*~*~ (outnumbered).
 13869 | D:5      | 13869 ||| Stepping ~*~*~tactically~*~*~ (outnumbered).
 13871 | D:5      | 13871 ||| Stepping ~*~*~tactically~*~*~ (outnumbered).
 13873 | D:5      | 13873 ||| Stepping ~*~*~tactically~*~*~ (outnumbered).
 13875 | D:5      | 13875 ||| Stepping ~*~*~tactically~*~*~ (outnumbered).
 13877 | D:5      | 13877 ||| Stepping ~*~*~tactically~*~*~ (outnumbered).
 13879 | D:5      | 13879 ||| Stepping ~*~*~tactically~*~*~ (outnumbered).
 13881 | D:5      | 13881 ||| Stepping ~*~*~tactically~*~*~ (outnumbered).
 13883 | D:5      | 13883 ||| Stepping ~*~*~tactically~*~*~ (outnumbered).
 13885 | D:5      | 13885 ||| Stepping ~*~*~tactically~*~*~ (outnumbered).
 13887 | D:5      | 13887 ||| Stepping ~*~*~tactically~*~*~ (outnumbered).
 13889 | D:5      | 13889 ||| Stepping ~*~*~tactically~*~*~ (outnumbered).
 13891 | D:5      | 13891 ||| Stepping ~*~*~tactically~*~*~ (outnumbered).
 13893 | D:5      | 13893 ||| Stepping ~*~*~tactically~*~*~ (outnumbered).
 13895 | D:5      | 13895 ||| Stepping ~*~*~tactically~*~*~ (outnumbered).
 13897 | D:5      | 13897 ||| Stepping ~*~*~tactically~*~*~ (outnumbered).
 13899 | D:5      | 13899 ||| Stepping ~*~*~tactically~*~*~ (outnumbered).
 13901 | D:5      | 13901 ||| Stepping ~*~*~tactically~*~*~ (outnumbered).
 13903 | D:5      | 13903 ||| Stepping ~*~*~tactically~*~*~ (outnumbered).
 13905 | D:5      | 13905 ||| Stepping ~*~*~tactically~*~*~ (outnumbered).
 13907 | D:5      | 13907 ||| Stepping ~*~*~tactically~*~*~ (outnumbered).
 13909 | D:5      | 13909 ||| Stepping ~*~*~tactically~*~*~ (outnumbered).
 13911 | D:5      | 13911 ||| Stepping ~*~*~tactically~*~*~ (outnumbered).
 13913 | D:5      | 13913 ||| Stepping ~*~*~tactically~*~*~ (outnumbered).
 13915 | D:5      | 13915 ||| Stepping ~*~*~tactically~*~*~ (outnumbered).
 13917 | D:5      | 13917 ||| Stepping ~*~*~tactically~*~*~ (outnumbered).
 13919 | D:5      | 13919 ||| Stepping ~*~*~tactically~*~*~ (outnumbered).
 13921 | D:5      | 13921 ||| Stepping ~*~*~tactically~*~*~ (outnumbered).
 13923 | D:5      | 13923 ||| Stepping ~*~*~tactically~*~*~ (outnumbered).
 13925 | D:5      | 13925 ||| Stepping ~*~*~tactically~*~*~ (outnumbered).
 13927 | D:5      | 13927 ||| Stepping ~*~*~tactically~*~*~ (outnumbered).
 13930 | D:5      | 13930 ||| Stepping ~*~*~tactically~*~*~ (outnumbered).
 13932 | D:5      | 13932 ||| Stepping ~*~*~tactically~*~*~ (outnumbered).
 13934 | D:5      | 13934 ||| Stepping ~*~*~tactically~*~*~ (outnumbered).
 13936 | D:5      | 13936 ||| Stepping ~*~*~tactically~*~*~ (outnumbered).
 13938 | D:5      | 13938 ||| Stepping ~*~*~tactically~*~*~ (outnumbered).
 13940 | D:5      | 13940 ||| Stepping ~*~*~tactically~*~*~ (outnumbered).
 13945 | D:5      | 13945 ||| Stepping ~*~*~tactically~*~*~ (outnumbered).
 13949 | D:5      | 13949 ||| Stepping ~*~*~tactically~*~*~ (outnumbered).
 13951 | D:5      | 13951 ||| Stepping ~*~*~tactically~*~*~ (outnumbered).
 13953 | D:5      | 13953 ||| Stepping ~*~*~tactically~*~*~ (outnumbered).
 13955 | D:5      | 13955 ||| Stepping ~*~*~tactically~*~*~ (outnumbered).
 13957 | D:5      | 13957 ||| Stepping ~*~*~tactically~*~*~ (outnumbered).
 13959 | D:5      | 13959 ||| Stepping ~*~*~tactically~*~*~ (outnumbered).
 13961 | D:5      | 13961 ||| Stepping ~*~*~tactically~*~*~ (outnumbered).
 13963 | D:5      | 13963 ||| Stepping ~*~*~tactically~*~*~ (outnumbered).
 13965 | D:5      | 13965 ||| Stepping ~*~*~tactically~*~*~ (outnumbered).
 13967 | D:5      | 13967 ||| Stepping ~*~*~tactically~*~*~ (outnumbered).
 13969 | D:5      | 13969 ||| Stepping ~*~*~tactically~*~*~ (outnumbered).
 13971 | D:5      | 13971 ||| Stepping ~*~*~tactically~*~*~ (outnumbered).
 13973 | D:5      | 13973 ||| Stepping ~*~*~tactically~*~*~ (outnumbered).
 13975 | D:5      | 13975 ||| Stepping ~*~*~tactically~*~*~ (outnumbered).
 13977 | D:5      | 13977 ||| Stepping ~*~*~tactically~*~*~ (outnumbered).
 13979 | D:5      | 13979 ||| Stepping ~*~*~tactically~*~*~ (outnumbered).
 13981 | D:5      | 13981 ||| Stepping ~*~*~tactically~*~*~ (outnumbered).
 13983 | D:5      | 13983 ||| Stepping ~*~*~tactically~*~*~ (outnumbered).
 13985 | D:5      | 13985 ||| Stepping ~*~*~tactically~*~*~ (outnumbered).
 13987 | D:5      | 13987 ||| Stepping ~*~*~tactically~*~*~ (outnumbered).
 13989 | D:5      | 13989 ||| Stepping ~*~*~tactically~*~*~ (outnumbered).
 13991 | D:5      | 13991 ||| Stepping ~*~*~tactically~*~*~ (outnumbered).
 13993 | D:5      | 13993 ||| Stepping ~*~*~tactically~*~*~ (outnumbered).
 13995 | D:5      | 13995 ||| Stepping ~*~*~tactically~*~*~ (outnumbered).
 13997 | D:5      | 13997 ||| Stepping ~*~*~tactically~*~*~ (outnumbered).
 13999 | D:5      | 13999 ||| Stepping ~*~*~tactically~*~*~ (outnumbered).
 14001 | D:5      | 14001 ||| Stepping ~*~*~tactically~*~*~ (outnumbered).
 14003 | D:5      | 14003 ||| Stepping ~*~*~tactically~*~*~ (outnumbered).
 14005 | D:5      | 14005 ||| Stepping ~*~*~tactically~*~*~ (outnumbered).
 14007 | D:5      | 14007 ||| Stepping ~*~*~tactically~*~*~ (outnumbered).
 14009 | D:5      | 14009 ||| Stepping ~*~*~tactically~*~*~ (outnumbered).
 14011 | D:5      | 14011 ||| Stepping ~*~*~tactically~*~*~ (outnumbered).
 14013 | D:5      | 14013 ||| Stepping ~*~*~tactically~*~*~ (outnumbered).
 14015 | D:5      | 14015 ||| Stepping ~*~*~tactically~*~*~ (outnumbered).
 14017 | D:5      | 14017 ||| Stepping ~*~*~tactically~*~*~ (outnumbered).
 14022 | D:5      | 14022 ||| Stepping ~*~*~tactically~*~*~ (outnumbered).
 14027 | D:5      | 14027 ||| Stepping ~*~*~tactically~*~*~ (outnumbered).
 14029 | D:5      | 14029 ||| Stepping ~*~*~tactically~*~*~ (outnumbered).
 14031 | D:5      | 14031 ||| Stepping ~*~*~tactically~*~*~ (outnumbered).
 14033 | D:5      | 14033 ||| Stepping ~*~*~tactically~*~*~ (outnumbered).
 14037 | D:5      | 14037 ||| Stepping ~*~*~tactically~*~*~ (outnumbered).
 14039 | D:5      | 14039 ||| Stepping ~*~*~tactically~*~*~ (outnumbered).
 14041 | D:5      | 14041 ||| Stepping ~*~*~tactically~*~*~ (outnumbered).
 14043 | D:5      | 14043 ||| Stepping ~*~*~tactically~*~*~ (outnumbered).
 14045 | D:5      | 14045 ||| Stepping ~*~*~tactically~*~*~ (outnumbered).
 14049 | D:5      | 14049 ||| Stepping ~*~*~tactically~*~*~ (outnumbered).
 14051 | D:5      | 14051 ||| Stepping ~*~*~tactically~*~*~ (outnumbered).
 14053 | D:5      | 14053 ||| Stepping ~*~*~tactically~*~*~ (outnumbered).
 14055 | D:5      | 14055 ||| Stepping ~*~*~tactically~*~*~ (outnumbered).
 14057 | D:5      | 14057 ||| Stepping ~*~*~tactically~*~*~ (outnumbered).
 14059 | D:5      | 14059 ||| Stepping ~*~*~tactically~*~*~ (outnumbered).
 14061 | D:5      | 14061 ||| Stepping ~*~*~tactically~*~*~ (outnumbered).
 14063 | D:5      | 14063 ||| Stepping ~*~*~tactically~*~*~ (outnumbered).
 14065 | D:5      | 14065 ||| Stepping ~*~*~tactically~*~*~ (outnumbered).
 14067 | D:5      | 14067 ||| Stepping ~*~*~tactically~*~*~ (outnumbered).
 14069 | D:5      | 14069 ||| Stepping ~*~*~tactically~*~*~ (outnumbered).
 14072 | D:5      | 14072 ||| Stepping ~*~*~tactically~*~*~ (outnumbered).
 14074 | D:5      | 14074 ||| Stepping ~*~*~tactically~*~*~ (outnumbered).
 14076 | D:5      | 14076 ||| Stepping ~*~*~tactically~*~*~ (outnumbered).
 14079 | D:5      | 14079 ||| Stepping ~*~*~tactically~*~*~ (outnumbered).
 14081 | D:5      | 14081 ||| Stepping ~*~*~tactically~*~*~ (outnumbered).
 14083 | D:5      | 14083 ||| Stepping ~*~*~tactically~*~*~ (outnumbered).
 14085 | D:5      | 14085 ||| Stepping ~*~*~tactically~*~*~ (outnumbered).
 14087 | D:5      | 14087 ||| Stepping ~*~*~tactically~*~*~ (outnumbered).
 14089 | D:5      | 14089 ||| Stepping ~*~*~tactically~*~*~ (outnumbered).
 14091 | D:5      | 14091 ||| Stepping ~*~*~tactically~*~*~ (outnumbered).
 14093 | D:5      | 14093 ||| Stepping ~*~*~tactically~*~*~ (outnumbered).
 14095 | D:5      | 14095 ||| Stepping ~*~*~tactically~*~*~ (outnumbered).
 14097 | D:5      | 14097 ||| Stepping ~*~*~tactically~*~*~ (outnumbered).
 14099 | D:5      | 14099 ||| Stepping ~*~*~tactically~*~*~ (outnumbered).
 14101 | D:5      | 14101 ||| Stepping ~*~*~tactically~*~*~ (outnumbered).
 14103 | D:5      | 14103 ||| Stepping ~*~*~tactically~*~*~ (outnumbered).
 14105 | D:5      | 14105 ||| Stepping ~*~*~tactically~*~*~ (outnumbered).
 14108 | D:5      | 14108 ||| Stepping ~*~*~tactically~*~*~ (outnumbered).
 14110 | D:5      | 14110 ||| Stepping ~*~*~tactically~*~*~ (outnumbered).
 14112 | D:5      | 14112 ||| Stepping ~*~*~tactically~*~*~ (outnumbered).
 14114 | D:5      | 14114 ||| Stepping ~*~*~tactically~*~*~ (outnumbered).
 14116 | D:5      | 14116 ||| Stepping ~*~*~tactically~*~*~ (outnumbered).
 14118 | D:5      | 14118 ||| Stepping ~*~*~tactically~*~*~ (outnumbered).
 14120 | D:5      | 14120 ||| Stepping ~*~*~tactically~*~*~ (outnumbered).
 14122 | D:5      | 14122 ||| Stepping ~*~*~tactically~*~*~ (outnumbered).
 14124 | D:5      | 14124 ||| Stepping ~*~*~tactically~*~*~ (outnumbered).
 14126 | D:5      | 14126 ||| Stepping ~*~*~tactically~*~*~ (outnumbered).
 14128 | D:5      | 14128 ||| Stepping ~*~*~tactically~*~*~ (outnumbered).
 14130 | D:5      | 14130 ||| Stepping ~*~*~tactically~*~*~ (outnumbered).
 14132 | D:5      | 14132 ||| Stepping ~*~*~tactically~*~*~ (outnumbered).
 14134 | D:5      | 14134 ||| Stepping ~*~*~tactically~*~*~ (outnumbered).
 14136 | D:5      | 14136 ||| Stepping ~*~*~tactically~*~*~ (outnumbered).
 14138 | D:5      | 14138 ||| Stepping ~*~*~tactically~*~*~ (outnumbered).
 14140 | D:5      | 14140 ||| Stepping ~*~*~tactically~*~*~ (outnumbered).
 14142 | D:5      | 14142 ||| Stepping ~*~*~tactically~*~*~ (outnumbered).
 14144 | D:5      | 14144 ||| Stepping ~*~*~tactically~*~*~ (outnumbered).
 14148 | D:5      | 14148 ||| Stepping ~*~*~tactically~*~*~ (outnumbered).
 14150 | D:5      | 14150 ||| Stepping ~*~*~tactically~*~*~ (outnumbered).
 14152 | D:5      | 14152 ||| Stepping ~*~*~tactically~*~*~ (outnumbered).
 14154 | D:5      | 14154 ||| Stepping ~*~*~tactically~*~*~ (outnumbered).
 14156 | D:5      | 14156 ||| Stepping ~*~*~tactically~*~*~ (outnumbered).
 14158 | D:5      | 14158 ||| Stepping ~*~*~tactically~*~*~ (outnumbered).
 14160 | D:5      | 14160 ||| Stepping ~*~*~tactically~*~*~ (outnumbered).
 14162 | D:5      | 14162 ||| Stepping ~*~*~tactically~*~*~ (outnumbered).
 14164 | D:5      | 14164 ||| Stepping ~*~*~tactically~*~*~ (outnumbered).
 14166 | D:5      | 14166 ||| Stepping ~*~*~tactically~*~*~ (outnumbered).
 14168 | D:5      | 14168 ||| Stepping ~*~*~tactically~*~*~ (outnumbered).
 14170 | D:5      | 14170 ||| Stepping ~*~*~tactically~*~*~ (outnumbered).
 14172 | D:5      | 14172 ||| Stepping ~*~*~tactically~*~*~ (outnumbered).
 14174 | D:5      | 14174 ||| Stepping ~*~*~tactically~*~*~ (outnumbered).
 14176 | D:5      | 14176 ||| Stepping ~*~*~tactically~*~*~ (outnumbered).
 14178 | D:5      | 14178 ||| Stepping ~*~*~tactically~*~*~ (outnumbered).
 14180 | D:5      | 14180 ||| Stepping ~*~*~tactically~*~*~ (outnumbered).
 14182 | D:5      | 14182 ||| Stepping ~*~*~tactically~*~*~ (outnumbered).
 14184 | D:5      | 14184 ||| Stepping ~*~*~tactically~*~*~ (outnumbered).
 14186 | D:5      | 14186 ||| Stepping ~*~*~tactically~*~*~ (outnumbered).
 14188 | D:5      | 14188 ||| Stepping ~*~*~tactically~*~*~ (outnumbered).
 14192 | D:5      | 14192 ||| Stepping ~*~*~tactically~*~*~ (outnumbered).
 14194 | D:5      | 14194 ||| Stepping ~*~*~tactically~*~*~ (outnumbered).
 14196 | D:5      | 14196 ||| Stepping ~*~*~tactically~*~*~ (outnumbered).
 14198 | D:5      | 14198 ||| Stepping ~*~*~tactically~*~*~ (outnumbered).
 14200 | D:5      | 14200 ||| Stepping ~*~*~tactically~*~*~ (outnumbered).
 14202 | D:5      | 14202 ||| Stepping ~*~*~tactically~*~*~ (outnumbered).
 14204 | D:5      | 14204 ||| Stepping ~*~*~tactically~*~*~ (outnumbered).
 14206 | D:5      | 14206 ||| Stepping ~*~*~tactically~*~*~ (outnumbered).
 14208 | D:5      | 14208 ||| Stepping ~*~*~tactically~*~*~ (outnumbered).
 14210 | D:5      | 14210 ||| Stepping ~*~*~tactically~*~*~ (outnumbered).
 14212 | D:5      | 14212 ||| Stepping ~*~*~tactically~*~*~ (outnumbered).
 14214 | D:5      | 14214 ||| Stepping ~*~*~tactically~*~*~ (outnumbered).
 14216 | D:5      | 14216 ||| Stepping ~*~*~tactically~*~*~ (outnumbered).
 14218 | D:5      | 14218 ||| Stepping ~*~*~tactically~*~*~ (outnumbered).
 14220 | D:5      | 14220 ||| Stepping ~*~*~tactically~*~*~ (outnumbered).
 14222 | D:5      | 14222 ||| Stepping ~*~*~tactically~*~*~ (outnumbered).
 14224 | D:5      | 14224 ||| Stepping ~*~*~tactically~*~*~ (outnumbered).
 14226 | D:5      | 14226 ||| Stepping ~*~*~tactically~*~*~ (outnumbered).
 14230 | D:5      | 14230 ||| Stepping ~*~*~tactically~*~*~ (outnumbered).
 14232 | D:5      | 14232 ||| Stepping ~*~*~tactically~*~*~ (outnumbered).
 14234 | D:5      | 14234 ||| Stepping ~*~*~tactically~*~*~ (outnumbered).
 14236 | D:5      | 14236 ||| Stepping ~*~*~tactically~*~*~ (outnumbered).
 14238 | D:5      | 14238 ||| Stepping ~*~*~tactically~*~*~ (outnumbered).
 14240 | D:5      | 14240 ||| Stepping ~*~*~tactically~*~*~ (outnumbered).
 14242 | D:5      | 14242 ||| Stepping ~*~*~tactically~*~*~ (outnumbered).
 14244 | D:5      | 14244 ||| Stepping ~*~*~tactically~*~*~ (outnumbered).
 14246 | D:5      | 14246 ||| Stepping ~*~*~tactically~*~*~ (outnumbered).
 14248 | D:5      | 14248 ||| Stepping ~*~*~tactically~*~*~ (outnumbered).
 14250 | D:5      | 14250 ||| Stepping ~*~*~tactically~*~*~ (outnumbered).
 14252 | D:5      | 14252 ||| Stepping ~*~*~tactically~*~*~ (outnumbered).
 14254 | D:5      | 14254 ||| Stepping ~*~*~tactically~*~*~ (outnumbered).
 14256 | D:5      | 14256 ||| Stepping ~*~*~tactically~*~*~ (outnumbered).
 14258 | D:5      | 14258 ||| Stepping ~*~*~tactically~*~*~ (outnumbered).
 14260 | D:5      | 14260 ||| Stepping ~*~*~tactically~*~*~ (outnumbered).
 14262 | D:5      | 14262 ||| Stepping ~*~*~tactically~*~*~ (outnumbered).
 14264 | D:5      | 14264 ||| Stepping ~*~*~tactically~*~*~ (outnumbered).
 14266 | D:5      | 14266 ||| Stepping ~*~*~tactically~*~*~ (outnumbered).
 14268 | D:5      | 14268 ||| Stepping ~*~*~tactically~*~*~ (outnumbered).
 14270 | D:5      | 14270 ||| Stepping ~*~*~tactically~*~*~ (outnumbered).
 14272 | D:5      | 14272 ||| Stepping ~*~*~tactically~*~*~ (outnumbered).
 14274 | D:5      | 14274 ||| Stepping ~*~*~tactically~*~*~ (outnumbered).
 14276 | D:5      | 14276 ||| Stepping ~*~*~tactically~*~*~ (outnumbered).
 14278 | D:5      | 14278 ||| Stepping ~*~*~tactically~*~*~ (outnumbered).
 14280 | D:5      | 14280 ||| Stepping ~*~*~tactically~*~*~ (outnumbered).
 14283 | D:5      | 14283 ||| Stepping ~*~*~tactically~*~*~ (outnumbered).
 14285 | D:5      | 14285 ||| Stepping ~*~*~tactically~*~*~ (outnumbered).
 14287 | D:5      | 14287 ||| Stepping ~*~*~tactically~*~*~ (outnumbered).
 14289 | D:5      | 14289 ||| Stepping ~*~*~tactically~*~*~ (outnumbered).
 14291 | D:5      | 14291 ||| Stepping ~*~*~tactically~*~*~ (outnumbered).
 14293 | D:5      | 14293 ||| Stepping ~*~*~tactically~*~*~ (outnumbered).
 14295 | D:5      | 14295 ||| Stepping ~*~*~tactically~*~*~ (outnumbered).
 14299 | D:5      | 14299 ||| Stepping ~*~*~tactically~*~*~ (outnumbered).
 14304 | D:5      | 14304 ||| Stepping ~*~*~tactically~*~*~ (outnumbered).
 14306 | D:5      | 14306 ||| Stepping ~*~*~tactically~*~*~ (outnumbered).
 14308 | D:5      | 14308 ||| Stepping ~*~*~tactically~*~*~ (outnumbered).
 14310 | D:5      | 14310 ||| Stepping ~*~*~tactically~*~*~ (outnumbered).
 14312 | D:5      | 14312 ||| Stepping ~*~*~tactically~*~*~ (outnumbered).
 14314 | D:5      | 14314 ||| Stepping ~*~*~tactically~*~*~ (outnumbered).
 14316 | D:5      | 14316 ||| Stepping ~*~*~tactically~*~*~ (outnumbered).
 14319 | D:5      | 14319 ||| Stepping ~*~*~tactically~*~*~ (outnumbered).
 14321 | D:5      | 14321 ||| Stepping ~*~*~tactically~*~*~ (outnumbered).
 14323 | D:5      | 14323 ||| Stepping ~*~*~tactically~*~*~ (outnumbered).
 14325 | D:5      | 14325 ||| Stepping ~*~*~tactically~*~*~ (outnumbered).
 14327 | D:5      | 14327 ||| Stepping ~*~*~tactically~*~*~ (outnumbered).
 14329 | D:5      | 14329 ||| Stepping ~*~*~tactically~*~*~ (outnumbered).
 14331 | D:5      | 14331 ||| Stepping ~*~*~tactically~*~*~ (outnumbered).
 14333 | D:5      | 14333 ||| Stepping ~*~*~tactically~*~*~ (outnumbered).
 14335 | D:5      | 14335 ||| Stepping ~*~*~tactically~*~*~ (outnumbered).
 14337 | D:5      | 14337 ||| Stepping ~*~*~tactically~*~*~ (outnumbered).
 14339 | D:5      | 14339 ||| Stepping ~*~*~tactically~*~*~ (outnumbered).
 14341 | D:5      | 14341 ||| Stepping ~*~*~tactically~*~*~ (outnumbered).
 14343 | D:5      | 14343 ||| Stepping ~*~*~tactically~*~*~ (outnumbered).
 14345 | D:5      | 14345 ||| Stepping ~*~*~tactically~*~*~ (outnumbered).
 14347 | D:5      | 14347 ||| Stepping ~*~*~tactically~*~*~ (outnumbered).
 14349 | D:5      | 14349 ||| Stepping ~*~*~tactically~*~*~ (outnumbered).
 14351 | D:5      | 14351 ||| Stepping ~*~*~tactically~*~*~ (outnumbered).
 14353 | D:5      | 14353 ||| Stepping ~*~*~tactically~*~*~ (outnumbered).
 14355 | D:5      | 14355 ||| Stepping ~*~*~tactically~*~*~ (outnumbered).
 14357 | D:5      | 14357 ||| Stepping ~*~*~tactically~*~*~ (outnumbered).
 14359 | D:5      | 14359 ||| Stepping ~*~*~tactically~*~*~ (outnumbered).
 14361 | D:5      | 14361 ||| Stepping ~*~*~tactically~*~*~ (outnumbered).
 14363 | D:5      | 14363 ||| Stepping ~*~*~tactically~*~*~ (outnumbered).
 14365 | D:5      | 14365 ||| Stepping ~*~*~tactically~*~*~ (outnumbered).
 14367 | D:5      | 14367 ||| Stepping ~*~*~tactically~*~*~ (outnumbered).
 14369 | D:5      | 14369 ||| Stepping ~*~*~tactically~*~*~ (outnumbered).
 14371 | D:5      | 14371 ||| Stepping ~*~*~tactically~*~*~ (outnumbered).
 14373 | D:5      | 14373 ||| Stepping ~*~*~tactically~*~*~ (outnumbered).
 14377 | D:5      | 14377 ||| Stepping ~*~*~tactically~*~*~ (outnumbered).
 14379 | D:5      | 14379 ||| Stepping ~*~*~tactically~*~*~ (outnumbered).
 14381 | D:5      | 14381 ||| Stepping ~*~*~tactically~*~*~ (outnumbered).
 14383 | D:5      | 14383 ||| Stepping ~*~*~tactically~*~*~ (outnumbered).
 14385 | D:5      | 14385 ||| Stepping ~*~*~tactically~*~*~ (outnumbered).
 14387 | D:5      | 14387 ||| Stepping ~*~*~tactically~*~*~ (outnumbered).
 14389 | D:5      | 14389 ||| Stepping ~*~*~tactically~*~*~ (outnumbered).
 14391 | D:5      | 14391 ||| Stepping ~*~*~tactically~*~*~ (outnumbered).
 14393 | D:5      | 14393 ||| Stepping ~*~*~tactically~*~*~ (outnumbered).
 14395 | D:5      | 14395 ||| Stepping ~*~*~tactically~*~*~ (outnumbered).
 14398 | D:5      | 14398 ||| Stepping ~*~*~tactically~*~*~ (outnumbered).
 14400 | D:5      | 14400 ||| Stepping ~*~*~tactically~*~*~ (outnumbered).
 14402 | D:5      | 14402 ||| Stepping ~*~*~tactically~*~*~ (outnumbered).
 14404 | D:5      | 14404 ||| Stepping ~*~*~tactically~*~*~ (outnumbered).
 14406 | D:5      | 14406 ||| Stepping ~*~*~tactically~*~*~ (outnumbered).
 14409 | D:5      | 14409 ||| Stepping ~*~*~tactically~*~*~ (outnumbered).
 14411 | D:5      | 14411 ||| Stepping ~*~*~tactically~*~*~ (outnumbered).
 14415 | D:5      | 14415 ||| Stepping ~*~*~tactically~*~*~ (outnumbered).
 14419 | D:5      | 14419 ||| Stepping ~*~*~tactically~*~*~ (outnumbered).
 14421 | D:5      | 14421 ||| Stepping ~*~*~tactically~*~*~ (outnumbered).
 14424 | D:5      | 14424 ||| Stepping ~*~*~tactically~*~*~ (outnumbered).
 14426 | D:5      | 14426 ||| Stepping ~*~*~tactically~*~*~ (outnumbered).
 14428 | D:5      | 14428 ||| Stepping ~*~*~tactically~*~*~ (outnumbered).
 14430 | D:5      | 14430 ||| Stepping ~*~*~tactically~*~*~ (outnumbered).
 14432 | D:5      | 14432 ||| Stepping ~*~*~tactically~*~*~ (outnumbered).
 14434 | D:5      | 14434 ||| Stepping ~*~*~tactically~*~*~ (outnumbered).
 14436 | D:5      | 14436 ||| Stepping ~*~*~tactically~*~*~ (outnumbered).
 14438 | D:5      | 14438 ||| Stepping ~*~*~tactically~*~*~ (outnumbered).
 14441 | D:5      | 14441 ||| Stepping ~*~*~tactically~*~*~ (outnumbered).
 14443 | D:5      | 14443 ||| Stepping ~*~*~tactically~*~*~ (outnumbered).
 14445 | D:5      | 14445 ||| Stepping ~*~*~tactically~*~*~ (outnumbered).
 14447 | D:5      | 14447 ||| Stepping ~*~*~tactically~*~*~ (outnumbered).
 14449 | D:5      | 14449 ||| Stepping ~*~*~tactically~*~*~ (outnumbered).
 14454 | D:5      | 14454 ||| Stepping ~*~*~tactically~*~*~ (outnumbered).
 14456 | D:5      | 14456 ||| Stepping ~*~*~tactically~*~*~ (outnumbered).
 14458 | D:5      | 14458 ||| Stepping ~*~*~tactically~*~*~ (outnumbered).
 14460 | D:5      | 14460 ||| Stepping ~*~*~tactically~*~*~ (outnumbered).
 14462 | D:5      | 14462 ||| Stepping ~*~*~tactically~*~*~ (outnumbered).
 14464 | D:5      | 14464 ||| Stepping ~*~*~tactically~*~*~ (outnumbered).
 14466 | D:5      | 14466 ||| Stepping ~*~*~tactically~*~*~ (outnumbered).
 14468 | D:5      | 14468 ||| Stepping ~*~*~tactically~*~*~ (outnumbered).
 14470 | D:5      | 14470 ||| Stepping ~*~*~tactically~*~*~ (outnumbered).
 14472 | D:5      | 14472 ||| Stepping ~*~*~tactically~*~*~ (outnumbered).
 14474 | D:5      | 14474 ||| Stepping ~*~*~tactically~*~*~ (outnumbered).
 14476 | D:5      | 14476 ||| Stepping ~*~*~tactically~*~*~ (outnumbered).
 14478 | D:5      | 14478 ||| Stepping ~*~*~tactically~*~*~ (outnumbered).
 14480 | D:5      | 14480 ||| Stepping ~*~*~tactically~*~*~ (outnumbered).
 14482 | D:5      | 14482 ||| Stepping ~*~*~tactically~*~*~ (outnumbered).
 14484 | D:5      | 14484 ||| Stepping ~*~*~tactically~*~*~ (outnumbered).
 14486 | D:5      | 14486 ||| Stepping ~*~*~tactically~*~*~ (outnumbered).
 14488 | D:5      | 14488 ||| Stepping ~*~*~tactically~*~*~ (outnumbered).
 14490 | D:5      | 14490 ||| Stepping ~*~*~tactically~*~*~ (outnumbered).
 14492 | D:5      | 14492 ||| Stepping ~*~*~tactically~*~*~ (outnumbered).
 14494 | D:5      | 14494 ||| Stepping ~*~*~tactically~*~*~ (outnumbered).
 14496 | D:5      | 14496 ||| Stepping ~*~*~tactically~*~*~ (outnumbered).
 14498 | D:5      | 14498 ||| Stepping ~*~*~tactically~*~*~ (outnumbered).
 14501 | D:5      | 14501 ||| Stepping ~*~*~tactically~*~*~ (outnumbered).
 14503 | D:5      | 14503 ||| Stepping ~*~*~tactically~*~*~ (outnumbered).
 14505 | D:5      | 14505 ||| Stepping ~*~*~tactically~*~*~ (outnumbered).
 14507 | D:5      | 14507 ||| Stepping ~*~*~tactically~*~*~ (outnumbered).
 14509 | D:5      | 14509 ||| Stepping ~*~*~tactically~*~*~ (outnumbered).
 14511 | D:5      | 14511 ||| Stepping ~*~*~tactically~*~*~ (outnumbered).
 14516 | D:5      | 14516 ||| Stepping ~*~*~tactically~*~*~ (outnumbered).
 14518 | D:5      | 14518 ||| Stepping ~*~*~tactically~*~*~ (outnumbered).
 14520 | D:5      | 14520 ||| Stepping ~*~*~tactically~*~*~ (outnumbered).
 14522 | D:5      | 14522 ||| Stepping ~*~*~tactically~*~*~ (outnumbered).
 14524 | D:5      | 14524 ||| Stepping ~*~*~tactically~*~*~ (outnumbered).
 14527 | D:5      | 14527 ||| Stepping ~*~*~tactically~*~*~ (outnumbered).
 14529 | D:5      | 14529 ||| Stepping ~*~*~tactically~*~*~ (outnumbered).
 14531 | D:5      | 14531 ||| Stepping ~*~*~tactically~*~*~ (outnumbered).
 14533 | D:5      | 14533 ||| Stepping ~*~*~tactically~*~*~ (outnumbered).
 14535 | D:5      | 14535 ||| Stepping ~*~*~tactically~*~*~ (outnumbered).
 14537 | D:5      | 14537 ||| Stepping ~*~*~tactically~*~*~ (outnumbered).
 14539 | D:5      | 14539 ||| Stepping ~*~*~tactically~*~*~ (outnumbered).
 14541 | D:5      | 14541 ||| Stepping ~*~*~tactically~*~*~ (outnumbered).
 14543 | D:5      | 14543 ||| Stepping ~*~*~tactically~*~*~ (outnumbered).
 14545 | D:5      | 14545 ||| Stepping ~*~*~tactically~*~*~ (outnumbered).
 14547 | D:5      | 14547 ||| Stepping ~*~*~tactically~*~*~ (outnumbered).
 14549 | D:5      | 14549 ||| Stepping ~*~*~tactically~*~*~ (outnumbered).
 14551 | D:5      | 14551 ||| Stepping ~*~*~tactically~*~*~ (outnumbered).
 14553 | D:5      | 14553 ||| Stepping ~*~*~tactically~*~*~ (outnumbered).
 14555 | D:5      | 14555 ||| Stepping ~*~*~tactically~*~*~ (outnumbered).
 14557 | D:5      | 14557 ||| Stepping ~*~*~tactically~*~*~ (outnumbered).
 14559 | D:5      | 14559 ||| Stepping ~*~*~tactically~*~*~ (outnumbered).
 14561 | D:5      | 14561 ||| Stepping ~*~*~tactically~*~*~ (outnumbered).
 14563 | D:5      | 14563 ||| Stepping ~*~*~tactically~*~*~ (outnumbered).
 14565 | D:5      | 14565 ||| Stepping ~*~*~tactically~*~*~ (outnumbered).
 14567 | D:5      | 14567 ||| Stepping ~*~*~tactically~*~*~ (outnumbered).
 14569 | D:5      | 14569 ||| Stepping ~*~*~tactically~*~*~ (outnumbered).
 14571 | D:5      | 14571 ||| Stepping ~*~*~tactically~*~*~ (outnumbered).
 14573 | D:5      | 14573 ||| Stepping ~*~*~tactically~*~*~ (outnumbered).
 14575 | D:5      | 14575 ||| Stepping ~*~*~tactically~*~*~ (outnumbered).
 14577 | D:5      | 14577 ||| Stepping ~*~*~tactically~*~*~ (outnumbered).
 14579 | D:5      | 14579 ||| Stepping ~*~*~tactically~*~*~ (outnumbered).
 14581 | D:5      | 14581 ||| Stepping ~*~*~tactically~*~*~ (outnumbered).
 14583 | D:5      | 14583 ||| Stepping ~*~*~tactically~*~*~ (outnumbered).
 14585 | D:5      | 14585 ||| Stepping ~*~*~tactically~*~*~ (outnumbered).
 14587 | D:5      | 14587 ||| Stepping ~*~*~tactically~*~*~ (outnumbered).
 14589 | D:5      | 14589 ||| Stepping ~*~*~tactically~*~*~ (outnumbered).
 14591 | D:5      | 14591 ||| Stepping ~*~*~tactically~*~*~ (outnumbered).
 14594 | D:5      | 14594 ||| Stepping ~*~*~tactically~*~*~ (outnumbered).
 14596 | D:5      | 14596 ||| Stepping ~*~*~tactically~*~*~ (outnumbered).
 14598 | D:5      | 14598 ||| Stepping ~*~*~tactically~*~*~ (outnumbered).
 14600 | D:5      | 14600 ||| Stepping ~*~*~tactically~*~*~ (outnumbered).
 14602 | D:5      | 14602 ||| Stepping ~*~*~tactically~*~*~ (outnumbered).
 14604 | D:5      | 14604 ||| Stepping ~*~*~tactically~*~*~ (outnumbered).
 14606 | D:5      | 14606 ||| Stepping ~*~*~tactically~*~*~ (outnumbered).
 14608 | D:5      | 14608 ||| Stepping ~*~*~tactically~*~*~ (outnumbered).
 14610 | D:5      | 14610 ||| Stepping ~*~*~tactically~*~*~ (outnumbered).
 14612 | D:5      | 14612 ||| Stepping ~*~*~tactically~*~*~ (outnumbered).
 14614 | D:5      | 14614 ||| Stepping ~*~*~tactically~*~*~ (outnumbered).
 14616 | D:5      | 14616 ||| Stepping ~*~*~tactically~*~*~ (outnumbered).
 14618 | D:5      | 14618 ||| Stepping ~*~*~tactically~*~*~ (outnumbered).
 14620 | D:5      | 14620 ||| Stepping ~*~*~tactically~*~*~ (outnumbered).
 14622 | D:5      | 14622 ||| Stepping ~*~*~tactically~*~*~ (outnumbered).
 14626 | D:5      | 14626 ||| Stepping ~*~*~tactically~*~*~ (outnumbered).
 14628 | D:5      | 14628 ||| Stepping ~*~*~tactically~*~*~ (outnumbered).
 14630 | D:5      | 14630 ||| Stepping ~*~*~tactically~*~*~ (outnumbered).
 14632 | D:5      | 14632 ||| Stepping ~*~*~tactically~*~*~ (outnumbered).
 14634 | D:5      | 14634 ||| Stepping ~*~*~tactically~*~*~ (outnumbered).
 14636 | D:5      | 14636 ||| Stepping ~*~*~tactically~*~*~ (outnumbered).
 14638 | D:5      | 14638 ||| Stepping ~*~*~tactically~*~*~ (outnumbered).
 14640 | D:5      | 14640 ||| Stepping ~*~*~tactically~*~*~ (outnumbered).
 14642 | D:5      | 14642 ||| Stepping ~*~*~tactically~*~*~ (outnumbered).
 14644 | D:5      | 14644 ||| Stepping ~*~*~tactically~*~*~ (outnumbered).
 14646 | D:5      | 14646 ||| Stepping ~*~*~tactically~*~*~ (outnumbered).
 14648 | D:5      | 14648 ||| Stepping ~*~*~tactically~*~*~ (outnumbered).
 14650 | D:5      | 14650 ||| Stepping ~*~*~tactically~*~*~ (outnumbered).
 14652 | D:5      | 14652 ||| Stepping ~*~*~tactically~*~*~ (outnumbered).
 14654 | D:5      | 14654 ||| Stepping ~*~*~tactically~*~*~ (outnumbered).
 14656 | D:5      | 14656 ||| Stepping ~*~*~tactically~*~*~ (outnumbered).
 14658 | D:5      | 14658 ||| Stepping ~*~*~tactically~*~*~ (outnumbered).
 14660 | D:5      | 14660 ||| Stepping ~*~*~tactically~*~*~ (outnumbered).
 14662 | D:5      | 14662 ||| Stepping ~*~*~tactically~*~*~ (outnumbered).
 14664 | D:5      | 14664 ||| Stepping ~*~*~tactically~*~*~ (outnumbered).
 14666 | D:5      | 14666 ||| Stepping ~*~*~tactically~*~*~ (outnumbered).
 14668 | D:5      | 14668 ||| Stepping ~*~*~tactically~*~*~ (outnumbered).
 14670 | D:5      | 14670 ||| Stepping ~*~*~tactically~*~*~ (outnumbered).
 14672 | D:5      | 14672 ||| Stepping ~*~*~tactically~*~*~ (outnumbered).
 14674 | D:5      | 14674 ||| Stepping ~*~*~tactically~*~*~ (outnumbered).
 14676 | D:5      | 14676 ||| Stepping ~*~*~tactically~*~*~ (outnumbered).
 14678 | D:5      | 14678 ||| Stepping ~*~*~tactically~*~*~ (outnumbered).
 14680 | D:5      | 14680 ||| Stepping ~*~*~tactically~*~*~ (outnumbered).
 14682 | D:5      | 14682 ||| Stepping ~*~*~tactically~*~*~ (outnumbered).
 14684 | D:5      | 14684 ||| Stepping ~*~*~tactically~*~*~ (outnumbered).
 14686 | D:5      | 14686 ||| Stepping ~*~*~tactically~*~*~ (outnumbered).
 14688 | D:5      | 14688 ||| Stepping ~*~*~tactically~*~*~ (outnumbered).
 14690 | D:5      | 14690 ||| Stepping ~*~*~tactically~*~*~ (outnumbered).
 14692 | D:5      | 14692 ||| Stepping ~*~*~tactically~*~*~ (outnumbered).
 14694 | D:5      | 14694 ||| Stepping ~*~*~tactically~*~*~ (outnumbered).
 14696 | D:5      | 14696 ||| Stepping ~*~*~tactically~*~*~ (outnumbered).
 14698 | D:5      | 14698 ||| Stepping ~*~*~tactically~*~*~ (outnumbered).
 14700 | D:5      | 14700 ||| Stepping ~*~*~tactically~*~*~ (outnumbered).
 14702 | D:5      | 14702 ||| Stepping ~*~*~tactically~*~*~ (outnumbered).
 14704 | D:5      | 14704 ||| Stepping ~*~*~tactically~*~*~ (outnumbered).
 14706 | D:5      | 14706 ||| Stepping ~*~*~tactically~*~*~ (outnumbered).
 14708 | D:5      | 14708 ||| Stepping ~*~*~tactically~*~*~ (outnumbered).
 14710 | D:5      | 14710 ||| Stepping ~*~*~tactically~*~*~ (outnumbered).
 14712 | D:5      | 14712 ||| Stepping ~*~*~tactically~*~*~ (outnumbered).
 14714 | D:5      | 14714 ||| Stepping ~*~*~tactically~*~*~ (outnumbered).
 14716 | D:5      | 14716 ||| Stepping ~*~*~tactically~*~*~ (outnumbered).
 14718 | D:5      | 14718 ||| Stepping ~*~*~tactically~*~*~ (outnumbered).
 14720 | D:5      | 14720 ||| Stepping ~*~*~tactically~*~*~ (outnumbered).
 14722 | D:5      | 14722 ||| Stepping ~*~*~tactically~*~*~ (outnumbered).
 14724 | D:5      | 14724 ||| Stepping ~*~*~tactically~*~*~ (outnumbered).
 14726 | D:5      | 14726 ||| Stepping ~*~*~tactically~*~*~ (outnumbered).
 14728 | D:5      | 14728 ||| Stepping ~*~*~tactically~*~*~ (outnumbered).
 14730 | D:5      | 14730 ||| Stepping ~*~*~tactically~*~*~ (outnumbered).
 14732 | D:5      | 14732 ||| Stepping ~*~*~tactically~*~*~ (outnumbered).
 14734 | D:5      | 14734 ||| Stepping ~*~*~tactically~*~*~ (outnumbered).
 14736 | D:5      | 14736 ||| Stepping ~*~*~tactically~*~*~ (outnumbered).
 14738 | D:5      | 14738 ||| Stepping ~*~*~tactically~*~*~ (outnumbered).
 14740 | D:5      | 14740 ||| Stepping ~*~*~tactically~*~*~ (outnumbered).
 14742 | D:5      | 14742 ||| Stepping ~*~*~tactically~*~*~ (outnumbered).
 14744 | D:5      | 14744 ||| Stepping ~*~*~tactically~*~*~ (outnumbered).
 14746 | D:5      | 14746 ||| Stepping ~*~*~tactically~*~*~ (outnumbered).
 14748 | D:5      | 14748 ||| Stepping ~*~*~tactically~*~*~ (outnumbered).
 14751 | D:5      | 14751 ||| Stepping ~*~*~tactically~*~*~ (outnumbered).
 14754 | D:5      | 14754 ||| Stepping ~*~*~tactically~*~*~ (outnumbered).
 14756 | D:5      | 14756 ||| Stepping ~*~*~tactically~*~*~ (outnumbered).
 14759 | D:5      | 14759 ||| Stepping ~*~*~tactically~*~*~ (outnumbered).
 14761 | D:5      | 14761 ||| Stepping ~*~*~tactically~*~*~ (outnumbered).
 14763 | D:5      | 14763 ||| Stepping ~*~*~tactically~*~*~ (outnumbered).
 14765 | D:5      | 14765 ||| Stepping ~*~*~tactically~*~*~ (outnumbered).
 14767 | D:5      | 14767 ||| Stepping ~*~*~tactically~*~*~ (outnumbered).
 14769 | D:5      | 14769 ||| Stepping ~*~*~tactically~*~*~ (outnumbered).
 14771 | D:5      | 14771 ||| Stepping ~*~*~tactically~*~*~ (outnumbered).
 14774 | D:5      | 14774 ||| Stepping ~*~*~tactically~*~*~ (outnumbered).
 14776 | D:5      | 14776 ||| Stepping ~*~*~tactically~*~*~ (outnumbered).
 14778 | D:5      | 14778 ||| Stepping ~*~*~tactically~*~*~ (outnumbered).
 14780 | D:5      | 14780 ||| Stepping ~*~*~tactically~*~*~ (outnumbered).
 14782 | D:5      | 14782 ||| Stepping ~*~*~tactically~*~*~ (outnumbered).
 14784 | D:5      | 14784 ||| Stepping ~*~*~tactically~*~*~ (outnumbered).
 14786 | D:5      | 14786 ||| Stepping ~*~*~tactically~*~*~ (outnumbered).
 14788 | D:5      | 14788 ||| Stepping ~*~*~tactically~*~*~ (outnumbered).
 14790 | D:5      | 14790 ||| Stepping ~*~*~tactically~*~*~ (outnumbered).
 14792 | D:5      | 14792 ||| Stepping ~*~*~tactically~*~*~ (outnumbered).
 14794 | D:5      | 14794 ||| Stepping ~*~*~tactically~*~*~ (outnumbered).
 14796 | D:5      | 14796 ||| Stepping ~*~*~tactically~*~*~ (outnumbered).
 14798 | D:5      | 14798 ||| Stepping ~*~*~tactically~*~*~ (outnumbered).
 14800 | D:5      | 14800 ||| Stepping ~*~*~tactically~*~*~ (outnumbered).
 14802 | D:5      | 14802 ||| Stepping ~*~*~tactically~*~*~ (outnumbered).
 14804 | D:5      | 14804 ||| Stepping ~*~*~tactically~*~*~ (outnumbered).
 14806 | D:5      | 14806 ||| Stepping ~*~*~tactically~*~*~ (outnumbered).
 14808 | D:5      | 14808 ||| Stepping ~*~*~tactically~*~*~ (outnumbered).
 14810 | D:5      | 14810 ||| Stepping ~*~*~tactically~*~*~ (outnumbered).
 14812 | D:5      | 14812 ||| Stepping ~*~*~tactically~*~*~ (outnumbered).
 14814 | D:5      | 14814 ||| Stepping ~*~*~tactically~*~*~ (outnumbered).
 14816 | D:5      | 14816 ||| Stepping ~*~*~tactically~*~*~ (outnumbered).
 14818 | D:5      | 14818 ||| Stepping ~*~*~tactically~*~*~ (outnumbered).
 14820 | D:5      | 14820 ||| Stepping ~*~*~tactically~*~*~ (outnumbered).
 14822 | D:5      | 14822 ||| Stepping ~*~*~tactically~*~*~ (outnumbered).
 14824 | D:5      | 14824 ||| Stepping ~*~*~tactically~*~*~ (outnumbered).
 14826 | D:5      | 14826 ||| Stepping ~*~*~tactically~*~*~ (outnumbered).
 14828 | D:5      | 14828 ||| Stepping ~*~*~tactically~*~*~ (outnumbered).
 14830 | D:5      | 14830 ||| Stepping ~*~*~tactically~*~*~ (outnumbered).
 14832 | D:5      | 14832 ||| Stepping ~*~*~tactically~*~*~ (outnumbered).
 14834 | D:5      | 14834 ||| Stepping ~*~*~tactically~*~*~ (outnumbered).
 14836 | D:5      | 14836 ||| Stepping ~*~*~tactically~*~*~ (outnumbered).
 14838 | D:5      | 14838 ||| Stepping ~*~*~tactically~*~*~ (outnumbered).
 14840 | D:5      | 14840 ||| Stepping ~*~*~tactically~*~*~ (outnumbered).
 14842 | D:5      | 14842 ||| Stepping ~*~*~tactically~*~*~ (outnumbered).
 14844 | D:5      | 14844 ||| Stepping ~*~*~tactically~*~*~ (outnumbered).
 14846 | D:5      | 14846 ||| Stepping ~*~*~tactically~*~*~ (outnumbered).
 14850 | D:5      | 14850 ||| Stepping ~*~*~tactically~*~*~ (outnumbered).
 14852 | D:5      | 14852 ||| Stepping ~*~*~tactically~*~*~ (outnumbered).
 14854 | D:5      | 14854 ||| Stepping ~*~*~tactically~*~*~ (outnumbered).
 14857 | D:5      | 14857 ||| Stepping ~*~*~tactically~*~*~ (outnumbered).
 14859 | D:5      | 14859 ||| Stepping ~*~*~tactically~*~*~ (outnumbered).
 14861 | D:5      | 14861 ||| Stepping ~*~*~tactically~*~*~ (outnumbered).
 14863 | D:5      | 14863 ||| Stepping ~*~*~tactically~*~*~ (outnumbered).
 14865 | D:5      | 14865 ||| Stepping ~*~*~tactically~*~*~ (outnumbered).
 14867 | D:5      | 14867 ||| Stepping ~*~*~tactically~*~*~ (outnumbered).
 14869 | D:5      | 14869 ||| Stepping ~*~*~tactically~*~*~ (outnumbered).
 14871 | D:5      | 14871 ||| Stepping ~*~*~tactically~*~*~ (outnumbered).
 14874 | D:5      | 14874 ||| Stepping ~*~*~tactically~*~*~ (outnumbered).
 14876 | D:5      | 14876 ||| Stepping ~*~*~tactically~*~*~ (outnumbered).
 14878 | D:5      | 14878 ||| Stepping ~*~*~tactically~*~*~ (outnumbered).
 14880 | D:5      | 14880 ||| Stepping ~*~*~tactically~*~*~ (outnumbered).
 14882 | D:5      | 14882 ||| Stepping ~*~*~tactically~*~*~ (outnumbered).
 14885 | D:5      | 14885 ||| Stepping ~*~*~tactically~*~*~ (outnumbered).
 14887 | D:5      | 14887 ||| Stepping ~*~*~tactically~*~*~ (outnumbered).
 14889 | D:5      | 14889 ||| Stepping ~*~*~tactically~*~*~ (outnumbered).
 14891 | D:5      | 14891 ||| Stepping ~*~*~tactically~*~*~ (outnumbered).
 14893 | D:5      | 14893 ||| Stepping ~*~*~tactically~*~*~ (outnumbered).
 14895 | D:5      | 14895 ||| Stepping ~*~*~tactically~*~*~ (outnumbered).
 14897 | D:5      | 14897 ||| Stepping ~*~*~tactically~*~*~ (outnumbered).
 14899 | D:5      | 14899 ||| Stepping ~*~*~tactically~*~*~ (outnumbered).
 14901 | D:5      | 14901 ||| Stepping ~*~*~tactically~*~*~ (outnumbered).
 14903 | D:5      | 14903 ||| Stepping ~*~*~tactically~*~*~ (outnumbered).
 14905 | D:5      | 14905 ||| Stepping ~*~*~tactically~*~*~ (outnumbered).
 14907 | D:5      | 14907 ||| Stepping ~*~*~tactically~*~*~ (outnumbered).
 14912 | D:5      | 14912 ||| Stepping ~*~*~tactically~*~*~ (outnumbered).
 14914 | D:5      | 14914 ||| Stepping ~*~*~tactically~*~*~ (outnumbered).
 14916 | D:5      | 14916 ||| Stepping ~*~*~tactically~*~*~ (outnumbered).
 14918 | D:5      | 14918 ||| Stepping ~*~*~tactically~*~*~ (outnumbered).
 14920 | D:5      | 14920 ||| Stepping ~*~*~tactically~*~*~ (outnumbered).
 14922 | D:5      | 14922 ||| Stepping ~*~*~tactically~*~*~ (outnumbered).
 14924 | D:5      | 14924 ||| Stepping ~*~*~tactically~*~*~ (outnumbered).
 14926 | D:5      | 14926 ||| Stepping ~*~*~tactically~*~*~ (outnumbered).
 14928 | D:5      | 14928 ||| Stepping ~*~*~tactically~*~*~ (outnumbered).
 14930 | D:5      | 14930 ||| Stepping ~*~*~tactically~*~*~ (outnumbered).
 14932 | D:5      | 14932 ||| Stepping ~*~*~tactically~*~*~ (outnumbered).
 14934 | D:5      | 14934 ||| Stepping ~*~*~tactically~*~*~ (outnumbered).
 14936 | D:5      | 14936 ||| Stepping ~*~*~tactically~*~*~ (outnumbered).
 14938 | D:5      | 14938 ||| Stepping ~*~*~tactically~*~*~ (outnumbered).
 14940 | D:5      | 14940 ||| Stepping ~*~*~tactically~*~*~ (outnumbered).
 14942 | D:5      | 14942 ||| Stepping ~*~*~tactically~*~*~ (outnumbered).
 14944 | D:5      | 14944 ||| Stepping ~*~*~tactically~*~*~ (outnumbered).
 14946 | D:5      | 14946 ||| Stepping ~*~*~tactically~*~*~ (outnumbered).
 14948 | D:5      | 14948 ||| Stepping ~*~*~tactically~*~*~ (outnumbered).
 14950 | D:5      | 14950 ||| Stepping ~*~*~tactically~*~*~ (outnumbered).
 14952 | D:5      | 14952 ||| Stepping ~*~*~tactically~*~*~ (outnumbered).
 14954 | D:5      | 14954 ||| Stepping ~*~*~tactically~*~*~ (outnumbered).
 14957 | D:5      | 14957 ||| Stepping ~*~*~tactically~*~*~ (outnumbered).
 14959 | D:5      | 14959 ||| Stepping ~*~*~tactically~*~*~ (outnumbered).
 14961 | D:5      | 14961 ||| Stepping ~*~*~tactically~*~*~ (outnumbered).
 14963 | D:5      | 14963 ||| Stepping ~*~*~tactically~*~*~ (outnumbered).
 14965 | D:5      | 14965 ||| Stepping ~*~*~tactically~*~*~ (outnumbered).
 14967 | D:5      | 14967 ||| Stepping ~*~*~tactically~*~*~ (outnumbered).
 14969 | D:5      | 14969 ||| Stepping ~*~*~tactically~*~*~ (outnumbered).
 14971 | D:5      | 14971 ||| Stepping ~*~*~tactically~*~*~ (outnumbered).
 14973 | D:5      | 14973 ||| Stepping ~*~*~tactically~*~*~ (outnumbered).
 14975 | D:5      | 14975 ||| Stepping ~*~*~tactically~*~*~ (outnumbered).
 14977 | D:5      | 14977 ||| Stepping ~*~*~tactically~*~*~ (outnumbered).
 14980 | D:5      | 14980 ||| Stepping ~*~*~tactically~*~*~ (outnumbered).
 14982 | D:5      | 14982 ||| Stepping ~*~*~tactically~*~*~ (outnumbered).
 14984 | D:5      | 14984 ||| Stepping ~*~*~tactically~*~*~ (outnumbered).
 14986 | D:5      | 14986 ||| Stepping ~*~*~tactically~*~*~ (outnumbered).
 14988 | D:5      | 14988 ||| Stepping ~*~*~tactically~*~*~ (outnumbered).
 14990 | D:5      | 14990 ||| Stepping ~*~*~tactically~*~*~ (outnumbered).
 14992 | D:5      | 14992 ||| Stepping ~*~*~tactically~*~*~ (outnumbered).
 14994 | D:5      | 14994 ||| Stepping ~*~*~tactically~*~*~ (outnumbered).
 14996 | D:5      | 14996 ||| Stepping ~*~*~tactically~*~*~ (outnumbered).
 14998 | D:5      | 14998 ||| Stepping ~*~*~tactically~*~*~ (outnumbered).
 15000 | D:5      | 15000 ||| Stepping ~*~*~tactically~*~*~ (outnumbered).
 15002 | D:5      | 15002 ||| Stepping ~*~*~tactically~*~*~ (outnumbered).
 15004 | D:5      | 15004 ||| Stepping ~*~*~tactically~*~*~ (outnumbered).
 15006 | D:5      | 15006 ||| Stepping ~*~*~tactically~*~*~ (outnumbered).
 15008 | D:5      | 15008 ||| Stepping ~*~*~tactically~*~*~ (outnumbered).
 15012 | D:5      | 15012 ||| Stepping ~*~*~tactically~*~*~ (outnumbered).
 15014 | D:5      | 15014 ||| Stepping ~*~*~tactically~*~*~ (outnumbered).
 15016 | D:5      | 15016 ||| Stepping ~*~*~tactically~*~*~ (outnumbered).
 15018 | D:5      | 15018 ||| Stepping ~*~*~tactically~*~*~ (outnumbered).
 15020 | D:5      | 15020 ||| Stepping ~*~*~tactically~*~*~ (outnumbered).
 15022 | D:5      | 15022 ||| Stepping ~*~*~tactically~*~*~ (outnumbered).
 15024 | D:5      | 15024 ||| Stepping ~*~*~tactically~*~*~ (outnumbered).
 15026 | D:5      | 15026 ||| Stepping ~*~*~tactically~*~*~ (outnumbered).
 15028 | D:5      | 15028 ||| Stepping ~*~*~tactically~*~*~ (outnumbered).
 15030 | D:5      | 15030 ||| Stepping ~*~*~tactically~*~*~ (outnumbered).
 15032 | D:5      | 15032 ||| Stepping ~*~*~tactically~*~*~ (outnumbered).
 15034 | D:5      | 15034 ||| Stepping ~*~*~tactically~*~*~ (outnumbered).
 15036 | D:5      | 15036 ||| Stepping ~*~*~tactically~*~*~ (outnumbered).
 15038 | D:5      | 15038 ||| Stepping ~*~*~tactically~*~*~ (outnumbered).
 15040 | D:5      | 15040 ||| Stepping ~*~*~tactically~*~*~ (outnumbered).
 15042 | D:5      | 15042 ||| Stepping ~*~*~tactically~*~*~ (outnumbered).
 15044 | D:5      | 15044 ||| Stepping ~*~*~tactically~*~*~ (outnumbered).
 15046 | D:5      | 15046 ||| Stepping ~*~*~tactically~*~*~ (outnumbered).
 15048 | D:5      | 15048 ||| Stepping ~*~*~tactically~*~*~ (outnumbered).
 15050 | D:5      | 15050 ||| Stepping ~*~*~tactically~*~*~ (outnumbered).
 15052 | D:5      | 15052 ||| Stepping ~*~*~tactically~*~*~ (outnumbered).
 15054 | D:5      | 15054 ||| Stepping ~*~*~tactically~*~*~ (outnumbered).
 15056 | D:5      | 15056 ||| Stepping ~*~*~tactically~*~*~ (outnumbered).
 15058 | D:5      | 15058 ||| Stepping ~*~*~tactically~*~*~ (outnumbered).
 15060 | D:5      | 15060 ||| Stepping ~*~*~tactically~*~*~ (outnumbered).
 15062 | D:5      | 15062 ||| Stepping ~*~*~tactically~*~*~ (outnumbered).
 15064 | D:5      | 15064 ||| Stepping ~*~*~tactically~*~*~ (outnumbered).
 15066 | D:5      | 15066 ||| Stepping ~*~*~tactically~*~*~ (outnumbered).
 15068 | D:5      | 15068 ||| Stepping ~*~*~tactically~*~*~ (outnumbered).
 15070 | D:5      | 15070 ||| Stepping ~*~*~tactically~*~*~ (outnumbered).
 15072 | D:5      | 15072 ||| Stepping ~*~*~tactically~*~*~ (outnumbered).
 15074 | D:5      | 15074 ||| Stepping ~*~*~tactically~*~*~ (outnumbered).
 15076 | D:5      | 15076 ||| Stepping ~*~*~tactically~*~*~ (outnumbered).
 15078 | D:5      | 15078 ||| Stepping ~*~*~tactically~*~*~ (outnumbered).
 15080 | D:5      | 15080 ||| Stepping ~*~*~tactically~*~*~ (outnumbered).
 15082 | D:5      | 15082 ||| Stepping ~*~*~tactically~*~*~ (outnumbered).
 15084 | D:5      | 15084 ||| Stepping ~*~*~tactically~*~*~ (outnumbered).
 15086 | D:5      | 15086 ||| Stepping ~*~*~tactically~*~*~ (outnumbered).
 15088 | D:5      | 15088 ||| Stepping ~*~*~tactically~*~*~ (outnumbered).
 15090 | D:5      | 15090 ||| Stepping ~*~*~tactically~*~*~ (outnumbered).
 15092 | D:5      | 15092 ||| Stepping ~*~*~tactically~*~*~ (outnumbered).
 15094 | D:5      | 15094 ||| Stepping ~*~*~tactically~*~*~ (outnumbered).
 15096 | D:5      | 15096 ||| Stepping ~*~*~tactically~*~*~ (outnumbered).
 15098 | D:5      | 15098 ||| Stepping ~*~*~tactically~*~*~ (outnumbered).
 15100 | D:5      | 15100 ||| Stepping ~*~*~tactically~*~*~ (outnumbered).
 15103 | D:5      | 15103 ||| Stepping ~*~*~tactically~*~*~ (outnumbered).
 15105 | D:5      | 15105 ||| Stepping ~*~*~tactically~*~*~ (outnumbered).
 15107 | D:5      | 15107 ||| Stepping ~*~*~tactically~*~*~ (outnumbered).
 15109 | D:5      | 15109 ||| Stepping ~*~*~tactically~*~*~ (outnumbered).
 15111 | D:5      | 15111 ||| Stepping ~*~*~tactically~*~*~ (outnumbered).
 15113 | D:5      | 15113 ||| Stepping ~*~*~tactically~*~*~ (outnumbered).
 15115 | D:5      | 15115 ||| Stepping ~*~*~tactically~*~*~ (outnumbered).
 15117 | D:5      | 15117 ||| Stepping ~*~*~tactically~*~*~ (outnumbered).
 15119 | D:5      | 15119 ||| Stepping ~*~*~tactically~*~*~ (outnumbered).
 15121 | D:5      | 15121 ||| Stepping ~*~*~tactically~*~*~ (outnumbered).
 15123 | D:5      | 15123 ||| Stepping ~*~*~tactically~*~*~ (outnumbered).
 15125 | D:5      | 15125 ||| Stepping ~*~*~tactically~*~*~ (outnumbered).
 15129 | D:5      | 15129 ||| Stepping ~*~*~tactically~*~*~ (outnumbered).
 15131 | D:5      | 15131 ||| Stepping ~*~*~tactically~*~*~ (outnumbered).
 15133 | D:5      | 15133 ||| Stepping ~*~*~tactically~*~*~ (outnumbered).
 15135 | D:5      | 15135 ||| Stepping ~*~*~tactically~*~*~ (outnumbered).
 15139 | D:5      | 15139 ||| Stepping ~*~*~tactically~*~*~ (outnumbered).
 15141 | D:5      | 15141 ||| Stepping ~*~*~tactically~*~*~ (outnumbered).
 15143 | D:5      | 15143 ||| Stepping ~*~*~tactically~*~*~ (outnumbered).
 15145 | D:5      | 15145 ||| Stepping ~*~*~tactically~*~*~ (outnumbered).
 15147 | D:5      | 15147 ||| Stepping ~*~*~tactically~*~*~ (outnumbered).
 15149 | D:5      | 15149 ||| Stepping ~*~*~tactically~*~*~ (outnumbered).
 15154 | D:5      | 15154 ||| Stepping ~*~*~tactically~*~*~ (outnumbered).
 15156 | D:5      | 15156 ||| Stepping ~*~*~tactically~*~*~ (outnumbered).
 15158 | D:5      | 15158 ||| Stepping ~*~*~tactically~*~*~ (outnumbered).
 15160 | D:5      | 15160 ||| Stepping ~*~*~tactically~*~*~ (outnumbered).
 15162 | D:5      | 15162 ||| Stepping ~*~*~tactically~*~*~ (outnumbered).
 15164 | D:5      | 15164 ||| Stepping ~*~*~tactically~*~*~ (outnumbered).
 15166 | D:5      | 15166 ||| Stepping ~*~*~tactically~*~*~ (outnumbered).
 15168 | D:5      | 15168 ||| Stepping ~*~*~tactically~*~*~ (outnumbered).
 15170 | D:5      | 15170 ||| Stepping ~*~*~tactically~*~*~ (outnumbered).
 15172 | D:5      | 15172 ||| Stepping ~*~*~tactically~*~*~ (outnumbered).
 15174 | D:5      | 15174 ||| Stepping ~*~*~tactically~*~*~ (outnumbered).
 15176 | D:5      | 15176 ||| Stepping ~*~*~tactically~*~*~ (outnumbered).
 15178 | D:5      | 15178 ||| Stepping ~*~*~tactically~*~*~ (outnumbered).
 15180 | D:5      | 15180 ||| Stepping ~*~*~tactically~*~*~ (outnumbered).
 15183 | D:5      | 15183 ||| Stepping ~*~*~tactically~*~*~ (outnumbered).
 15186 | D:5      | 15186 ||| Stepping ~*~*~tactically~*~*~ (outnumbered).
 15188 | D:5      | 15188 ||| Stepping ~*~*~tactically~*~*~ (outnumbered).
 15190 | D:5      | 15190 ||| Stepping ~*~*~tactically~*~*~ (outnumbered).
 15192 | D:5      | 15192 ||| Stepping ~*~*~tactically~*~*~ (outnumbered).
 15194 | D:5      | 15194 ||| Stepping ~*~*~tactically~*~*~ (outnumbered).
 15196 | D:5      | 15196 ||| Stepping ~*~*~tactically~*~*~ (outnumbered).
 15198 | D:5      | 15198 ||| Stepping ~*~*~tactically~*~*~ (outnumbered).
 15200 | D:5      | 15200 ||| Stepping ~*~*~tactically~*~*~ (outnumbered).
 15205 | D:5      | 15205 ||| Stepping ~*~*~tactically~*~*~ (outnumbered).
 15207 | D:5      | 15207 ||| Stepping ~*~*~tactically~*~*~ (outnumbered).
 15209 | D:5      | 15209 ||| Stepping ~*~*~tactically~*~*~ (outnumbered).
 15211 | D:5      | 15211 ||| Stepping ~*~*~tactically~*~*~ (outnumbered).
 15213 | D:5      | 15213 ||| Stepping ~*~*~tactically~*~*~ (outnumbered).
 15215 | D:5      | 15215 ||| Stepping ~*~*~tactically~*~*~ (outnumbered).
 15217 | D:5      | 15217 ||| Stepping ~*~*~tactically~*~*~ (outnumbered).
 15219 | D:5      | 15219 ||| Stepping ~*~*~tactically~*~*~ (outnumbered).
 15221 | D:5      | 15221 ||| Stepping ~*~*~tactically~*~*~ (outnumbered).
 15223 | D:5      | 15223 ||| Stepping ~*~*~tactically~*~*~ (outnumbered).
 15225 | D:5      | 15225 ||| Stepping ~*~*~tactically~*~*~ (outnumbered).
 15227 | D:5      | 15227 ||| Stepping ~*~*~tactically~*~*~ (outnumbered).
 15229 | D:5      | 15229 ||| Stepping ~*~*~tactically~*~*~ (outnumbered).
 15231 | D:5      | 15231 ||| Stepping ~*~*~tactically~*~*~ (outnumbered).
 15233 | D:5      | 15233 ||| Stepping ~*~*~tactically~*~*~ (outnumbered).
 15235 | D:5      | 15235 ||| Stepping ~*~*~tactically~*~*~ (outnumbered).
 15237 | D:5      | 15237 ||| Stepping ~*~*~tactically~*~*~ (outnumbered).
 15239 | D:5      | 15239 ||| Stepping ~*~*~tactically~*~*~ (outnumbered).
 15241 | D:5      | 15241 ||| Stepping ~*~*~tactically~*~*~ (outnumbered).
 15243 | D:5      | 15243 ||| Stepping ~*~*~tactically~*~*~ (outnumbered).
 15245 | D:5      | 15245 ||| Stepping ~*~*~tactically~*~*~ (outnumbered).
 15247 | D:5      | 15247 ||| Stepping ~*~*~tactically~*~*~ (outnumbered).
 15249 | D:5      | 15249 ||| Stepping ~*~*~tactically~*~*~ (outnumbered).
 15251 | D:5      | 15251 ||| Stepping ~*~*~tactically~*~*~ (outnumbered).
 15253 | D:5      | 15253 ||| Stepping ~*~*~tactically~*~*~ (outnumbered).
 15255 | D:5      | 15255 ||| Stepping ~*~*~tactically~*~*~ (outnumbered).
 15257 | D:5      | 15257 ||| Stepping ~*~*~tactically~*~*~ (outnumbered).
 15259 | D:5      | 15259 ||| Stepping ~*~*~tactically~*~*~ (outnumbered).
 15261 | D:5      | 15261 ||| Stepping ~*~*~tactically~*~*~ (outnumbered).
 15265 | D:5      | 15265 ||| Stepping ~*~*~tactically~*~*~ (outnumbered).
 15267 | D:5      | 15267 ||| Stepping ~*~*~tactically~*~*~ (outnumbered).
 15269 | D:5      | 15269 ||| Stepping ~*~*~tactically~*~*~ (outnumbered).
 15271 | D:5      | 15271 ||| Stepping ~*~*~tactically~*~*~ (outnumbered).
 15273 | D:5      | 15273 ||| Stepping ~*~*~tactically~*~*~ (outnumbered).
 15275 | D:5      | 15275 ||| Stepping ~*~*~tactically~*~*~ (outnumbered).
 15277 | D:5      | 15277 ||| Stepping ~*~*~tactically~*~*~ (outnumbered).
 15279 | D:5      | 15279 ||| Stepping ~*~*~tactically~*~*~ (outnumbered).
 15282 | D:5      | 15282 ||| Stepping ~*~*~tactically~*~*~ (outnumbered).
 15284 | D:5      | 15284 ||| Stepping ~*~*~tactically~*~*~ (outnumbered).
 15286 | D:5      | 15286 ||| Stepping ~*~*~tactically~*~*~ (outnumbered).
 15288 | D:5      | 15288 ||| Stepping ~*~*~tactically~*~*~ (outnumbered).
 15290 | D:5      | 15290 ||| Stepping ~*~*~tactically~*~*~ (outnumbered).
 15292 | D:5      | 15292 ||| Stepping ~*~*~tactically~*~*~ (outnumbered).
 15294 | D:5      | 15294 ||| Stepping ~*~*~tactically~*~*~ (outnumbered).
 15296 | D:5      | 15296 ||| Stepping ~*~*~tactically~*~*~ (outnumbered).
 15298 | D:5      | 15298 ||| Stepping ~*~*~tactically~*~*~ (outnumbered).
 15300 | D:5      | 15300 ||| Stepping ~*~*~tactically~*~*~ (outnumbered).
 15302 | D:5      | 15302 ||| Stepping ~*~*~tactically~*~*~ (outnumbered).
 15304 | D:5      | 15304 ||| Stepping ~*~*~tactically~*~*~ (outnumbered).
 15306 | D:5      | 15306 ||| Stepping ~*~*~tactically~*~*~ (outnumbered).
 15309 | D:5      | 15309 ||| Stepping ~*~*~tactically~*~*~ (outnumbered).
 15311 | D:5      | 15311 ||| Stepping ~*~*~tactically~*~*~ (outnumbered).
 15313 | D:5      | 15313 ||| Stepping ~*~*~tactically~*~*~ (outnumbered).
 15315 | D:5      | 15315 ||| Stepping ~*~*~tactically~*~*~ (outnumbered).
 15317 | D:5      | 15317 ||| Stepping ~*~*~tactically~*~*~ (outnumbered).
 15319 | D:5      | 15319 ||| Stepping ~*~*~tactically~*~*~ (outnumbered).
 15321 | D:5      | 15321 ||| Stepping ~*~*~tactically~*~*~ (outnumbered).
 15323 | D:5      | 15323 ||| Stepping ~*~*~tactically~*~*~ (outnumbered).
 15325 | D:5      | 15325 ||| Stepping ~*~*~tactically~*~*~ (outnumbered).
 15327 | D:5      | 15327 ||| Stepping ~*~*~tactically~*~*~ (outnumbered).
 15329 | D:5      | 15329 ||| Stepping ~*~*~tactically~*~*~ (outnumbered).
 15333 | D:5      | 15333 ||| Stepping ~*~*~tactically~*~*~ (outnumbered).
 15335 | D:5      | 15335 ||| Stepping ~*~*~tactically~*~*~ (outnumbered).
 15338 | D:5      | 15338 ||| Stepping ~*~*~tactically~*~*~ (outnumbered).
 15340 | D:5      | 15340 ||| Stepping ~*~*~tactically~*~*~ (outnumbered).
 15342 | D:5      | 15342 ||| Stepping ~*~*~tactically~*~*~ (outnumbered).
 15344 | D:5      | 15344 ||| Stepping ~*~*~tactically~*~*~ (outnumbered).
 15346 | D:5      | 15346 ||| Stepping ~*~*~tactically~*~*~ (outnumbered).
 15350 | D:5      | 15350 ||| Stepping ~*~*~tactically~*~*~ (outnumbered).
 15352 | D:5      | 15352 ||| Stepping ~*~*~tactically~*~*~ (outnumbered).
 15356 | D:5      | 15356 ||| Stepping ~*~*~tactically~*~*~ (outnumbered).
 15358 | D:5      | 15358 ||| Stepping ~*~*~tactically~*~*~ (outnumbered).
 15360 | D:5      | 15360 ||| Stepping ~*~*~tactically~*~*~ (outnumbered).
 15362 | D:5      | 15362 ||| Stepping ~*~*~tactically~*~*~ (outnumbered).
 15364 | D:5      | 15364 ||| Stepping ~*~*~tactically~*~*~ (outnumbered).
 15366 | D:5      | 15366 ||| Stepping ~*~*~tactically~*~*~ (outnumbered).
 15368 | D:5      | 15368 ||| Stepping ~*~*~tactically~*~*~ (outnumbered).
 15370 | D:5      | 15370 ||| Stepping ~*~*~tactically~*~*~ (outnumbered).
 15372 | D:5      | 15372 ||| Stepping ~*~*~tactically~*~*~ (outnumbered).
 15375 | D:5      | 15375 ||| Stepping ~*~*~tactically~*~*~ (outnumbered).
 15377 | D:5      | 15377 ||| Stepping ~*~*~tactically~*~*~ (outnumbered).
 15379 | D:5      | 15379 ||| Stepping ~*~*~tactically~*~*~ (outnumbered).
 15381 | D:5      | 15381 ||| Stepping ~*~*~tactically~*~*~ (outnumbered).
 15383 | D:5      | 15383 ||| Stepping ~*~*~tactically~*~*~ (outnumbered).
 15385 | D:5      | 15385 ||| Stepping ~*~*~tactically~*~*~ (outnumbered).
 15387 | D:5      | 15387 ||| Stepping ~*~*~tactically~*~*~ (outnumbered).
 15389 | D:5      | 15389 ||| Stepping ~*~*~tactically~*~*~ (outnumbered).
 15391 | D:5      | 15391 ||| Stepping ~*~*~tactically~*~*~ (outnumbered).
 15393 | D:5      | 15393 ||| Stepping ~*~*~tactically~*~*~ (outnumbered).
 15395 | D:5      | 15395 ||| Stepping ~*~*~tactically~*~*~ (outnumbered).
 15397 | D:5      | 15397 ||| Stepping ~*~*~tactically~*~*~ (outnumbered).
 15399 | D:5      | 15399 ||| Stepping ~*~*~tactically~*~*~ (outnumbered).
 15401 | D:5      | 15401 ||| Stepping ~*~*~tactically~*~*~ (outnumbered).
 15403 | D:5      | 15403 ||| Stepping ~*~*~tactically~*~*~ (outnumbered).
 15405 | D:5      | 15405 ||| Stepping ~*~*~tactically~*~*~ (outnumbered).
 15407 | D:5      | 15407 ||| Stepping ~*~*~tactically~*~*~ (outnumbered).
 15410 | D:5      | 15410 ||| Stepping ~*~*~tactically~*~*~ (outnumbered).
 15412 | D:5      | 15412 ||| Stepping ~*~*~tactically~*~*~ (outnumbered).
 15414 | D:5      | 15414 ||| Stepping ~*~*~tactically~*~*~ (outnumbered).
 15416 | D:5      | 15416 ||| Stepping ~*~*~tactically~*~*~ (outnumbered).
 15418 | D:5      | 15418 ||| Stepping ~*~*~tactically~*~*~ (outnumbered).
 15420 | D:5      | 15420 ||| Stepping ~*~*~tactically~*~*~ (outnumbered).
 15425 | D:5      | 15425 ||| Stepping ~*~*~tactically~*~*~ (outnumbered).
 15427 | D:5      | 15427 ||| Stepping ~*~*~tactically~*~*~ (outnumbered).
 15432 | D:5      | 15432 ||| Stepping ~*~*~tactically~*~*~ (outnumbered).
 15434 | D:5      | 15434 ||| Stepping ~*~*~tactically~*~*~ (outnumbered).
 15436 | D:5      | 15436 ||| Stepping ~*~*~tactically~*~*~ (outnumbered).
 15438 | D:5      | 15438 ||| Stepping ~*~*~tactically~*~*~ (outnumbered).
 15440 | D:5      | 15440 ||| Stepping ~*~*~tactically~*~*~ (outnumbered).
 15442 | D:5      | 15442 ||| Stepping ~*~*~tactically~*~*~ (outnumbered).
 15446 | D:5      | 15446 ||| Stepping ~*~*~tactically~*~*~ (outnumbered).
 15448 | D:5      | 15448 ||| Stepping ~*~*~tactically~*~*~ (outnumbered).
 15450 | D:5      | 15450 ||| Stepping ~*~*~tactically~*~*~ (outnumbered).
 15452 | D:5      | 15452 ||| Stepping ~*~*~tactically~*~*~ (outnumbered).
 15454 | D:5      | 15454 ||| Stepping ~*~*~tactically~*~*~ (outnumbered).
 15456 | D:5      | 15456 ||| Stepping ~*~*~tactically~*~*~ (outnumbered).
 15458 | D:5      | 15458 ||| Stepping ~*~*~tactically~*~*~ (outnumbered).
 15460 | D:5      | 15460 ||| Stepping ~*~*~tactically~*~*~ (outnumbered).
 15462 | D:5      | 15462 ||| Stepping ~*~*~tactically~*~*~ (outnumbered).
 15465 | D:5      | 15465 ||| Stepping ~*~*~tactically~*~*~ (outnumbered).
 15467 | D:5      | 15467 ||| Stepping ~*~*~tactically~*~*~ (outnumbered).
 15469 | D:5      | 15469 ||| Stepping ~*~*~tactically~*~*~ (outnumbered).
 15471 | D:5      | 15471 ||| Stepping ~*~*~tactically~*~*~ (outnumbered).
 15473 | D:5      | 15473 ||| Stepping ~*~*~tactically~*~*~ (outnumbered).
 15475 | D:5      | 15475 ||| Stepping ~*~*~tactically~*~*~ (outnumbered).
 15477 | D:5      | 15477 ||| Stepping ~*~*~tactically~*~*~ (outnumbered).
 15479 | D:5      | 15479 ||| Stepping ~*~*~tactically~*~*~ (outnumbered).
 15481 | D:5      | 15481 ||| Stepping ~*~*~tactically~*~*~ (outnumbered).
 15483 | D:5      | 15483 ||| Stepping ~*~*~tactically~*~*~ (outnumbered).
 15485 | D:5      | 15485 ||| Stepping ~*~*~tactically~*~*~ (outnumbered).
 15487 | D:5      | 15487 ||| Stepping ~*~*~tactically~*~*~ (outnumbered).
 15489 | D:5      | 15489 ||| Stepping ~*~*~tactically~*~*~ (outnumbered).
 15491 | D:5      | 15491 ||| Stepping ~*~*~tactically~*~*~ (outnumbered).
 15493 | D:5      | 15493 ||| Stepping ~*~*~tactically~*~*~ (outnumbered).
 15495 | D:5      | 15495 ||| Stepping ~*~*~tactically~*~*~ (outnumbered).
 15497 | D:5      | 15497 ||| Stepping ~*~*~tactically~*~*~ (outnumbered).
 15499 | D:5      | 15499 ||| Stepping ~*~*~tactically~*~*~ (outnumbered).
 15503 | D:5      | 15503 ||| Stepping ~*~*~tactically~*~*~ (outnumbered).
 15505 | D:5      | 15505 ||| Stepping ~*~*~tactically~*~*~ (outnumbered).
 15507 | D:5      | 15507 ||| Stepping ~*~*~tactically~*~*~ (outnumbered).
 15509 | D:5      | 15509 ||| Stepping ~*~*~tactically~*~*~ (outnumbered).
 15511 | D:5      | 15511 ||| Stepping ~*~*~tactically~*~*~ (outnumbered).
 15516 | D:5      | 15516 ||| Stepping ~*~*~tactically~*~*~ (outnumbered).
 15518 | D:5      | 15518 ||| Stepping ~*~*~tactically~*~*~ (outnumbered).
 15520 | D:5      | 15520 ||| Stepping ~*~*~tactically~*~*~ (outnumbered).
 15522 | D:5      | 15522 ||| Stepping ~*~*~tactically~*~*~ (outnumbered).
 15524 | D:5      | 15524 ||| Stepping ~*~*~tactically~*~*~ (outnumbered).
 15526 | D:5      | 15526 ||| Stepping ~*~*~tactically~*~*~ (outnumbered).
 15528 | D:5      | 15528 ||| Stepping ~*~*~tactically~*~*~ (outnumbered).
 15530 | D:5      | 15530 ||| Stepping ~*~*~tactically~*~*~ (outnumbered).
 15532 | D:5      | 15532 ||| Stepping ~*~*~tactically~*~*~ (outnumbered).
 15534 | D:5      | 15534 ||| Stepping ~*~*~tactically~*~*~ (outnumbered).
 15538 | D:5      | 15538 ||| Stepping ~*~*~tactically~*~*~ (outnumbered).
 15540 | D:5      | 15540 ||| Stepping ~*~*~tactically~*~*~ (outnumbered).
 15542 | D:5      | 15542 ||| Stepping ~*~*~tactically~*~*~ (outnumbered).
 15544 | D:5      | 15544 ||| Stepping ~*~*~tactically~*~*~ (outnumbered).
 15546 | D:5      | 15546 ||| Stepping ~*~*~tactically~*~*~ (outnumbered).
 15548 | D:5      | 15548 ||| Stepping ~*~*~tactically~*~*~ (outnumbered).
 15550 | D:5      | 15550 ||| Stepping ~*~*~tactically~*~*~ (outnumbered).
 15552 | D:5      | 15552 ||| Stepping ~*~*~tactically~*~*~ (outnumbered).
 15554 | D:5      | 15554 ||| Stepping ~*~*~tactically~*~*~ (outnumbered).
 15556 | D:5      | 15556 ||| Stepping ~*~*~tactically~*~*~ (outnumbered).
 15558 | D:5      | 15558 ||| Stepping ~*~*~tactically~*~*~ (outnumbered).
 15560 | D:5      | 15560 ||| Stepping ~*~*~tactically~*~*~ (outnumbered).
 15562 | D:5      | 15562 ||| Stepping ~*~*~tactically~*~*~ (outnumbered).
 15564 | D:5      | 15564 ||| Stepping ~*~*~tactically~*~*~ (outnumbered).
 15566 | D:5      | 15566 ||| Stepping ~*~*~tactically~*~*~ (outnumbered).
 15568 | D:5      | 15568 ||| Stepping ~*~*~tactically~*~*~ (outnumbered).
 15570 | D:5      | 15570 ||| Stepping ~*~*~tactically~*~*~ (outnumbered).
 15572 | D:5      | 15572 ||| Stepping ~*~*~tactically~*~*~ (outnumbered).
 15574 | D:5      | 15574 ||| Stepping ~*~*~tactically~*~*~ (outnumbered).
 15578 | D:5      | 15578 ||| Stepping ~*~*~tactically~*~*~ (outnumbered).
 15580 | D:5      | 15580 ||| Stepping ~*~*~tactically~*~*~ (outnumbered).
 15583 | D:5      | 15583 ||| Stepping ~*~*~tactically~*~*~ (outnumbered).
 15585 | D:5      | 15585 ||| Stepping ~*~*~tactically~*~*~ (outnumbered).
 15587 | D:5      | 15587 ||| Stepping ~*~*~tactically~*~*~ (outnumbered).
 15589 | D:5      | 15589 ||| Stepping ~*~*~tactically~*~*~ (outnumbered).
 15591 | D:5      | 15591 ||| Stepping ~*~*~tactically~*~*~ (outnumbered).
 15593 | D:5      | 15593 ||| Stepping ~*~*~tactically~*~*~ (outnumbered).
 15596 | D:5      | 15596 ||| Stepping ~*~*~tactically~*~*~ (outnumbered).
 15598 | D:5      | 15598 ||| Stepping ~*~*~tactically~*~*~ (outnumbered).
 15600 | D:5      | 15600 ||| Stepping ~*~*~tactically~*~*~ (outnumbered).
 15602 | D:5      | 15602 ||| Stepping ~*~*~tactically~*~*~ (outnumbered).
 15604 | D:5      | 15604 ||| Stepping ~*~*~tactically~*~*~ (outnumbered).
 15606 | D:5      | 15606 ||| Stepping ~*~*~tactically~*~*~ (outnumbered).
 15608 | D:5      | 15608 ||| Stepping ~*~*~tactically~*~*~ (outnumbered).
 15610 | D:5      | 15610 ||| Stepping ~*~*~tactically~*~*~ (outnumbered).
 15612 | D:5      | 15612 ||| Stepping ~*~*~tactically~*~*~ (outnumbered).
 15614 | D:5      | 15614 ||| Stepping ~*~*~tactically~*~*~ (outnumbered).
 15616 | D:5      | 15616 ||| Stepping ~*~*~tactically~*~*~ (outnumbered).
 15618 | D:5      | 15618 ||| Stepping ~*~*~tactically~*~*~ (outnumbered).
 15620 | D:5      | 15620 ||| Stepping ~*~*~tactically~*~*~ (outnumbered).
 15622 | D:5      | 15622 ||| Stepping ~*~*~tactically~*~*~ (outnumbered).
 15624 | D:5      | 15624 ||| Stepping ~*~*~tactically~*~*~ (outnumbered).
 15626 | D:5      | 15626 ||| Stepping ~*~*~tactically~*~*~ (outnumbered).
 15628 | D:5      | 15628 ||| Stepping ~*~*~tactically~*~*~ (outnumbered).
 15630 | D:5      | 15630 ||| Stepping ~*~*~tactically~*~*~ (outnumbered).
 15632 | D:5      | 15632 ||| Stepping ~*~*~tactically~*~*~ (outnumbered).
 15635 | D:5      | 15635 ||| Stepping ~*~*~tactically~*~*~ (outnumbered).
 15637 | D:5      | 15637 ||| Stepping ~*~*~tactically~*~*~ (outnumbered).
 15641 | D:5      | 15641 ||| Stepping ~*~*~tactically~*~*~ (outnumbered).
 15643 | D:5      | 15643 ||| Stepping ~*~*~tactically~*~*~ (outnumbered).
 15645 | D:5      | 15645 ||| Stepping ~*~*~tactically~*~*~ (outnumbered).
 15647 | D:5      | 15647 ||| Stepping ~*~*~tactically~*~*~ (outnumbered).
 15649 | D:5      | 15649 ||| Stepping ~*~*~tactically~*~*~ (outnumbered).
 15651 | D:5      | 15651 ||| Stepping ~*~*~tactically~*~*~ (outnumbered).
 15653 | D:5      | 15653 ||| Stepping ~*~*~tactically~*~*~ (outnumbered).
 15655 | D:5      | 15655 ||| Stepping ~*~*~tactically~*~*~ (outnumbered).
 15657 | D:5      | 15657 ||| Stepping ~*~*~tactically~*~*~ (outnumbered).
 15659 | D:5      | 15659 ||| Stepping ~*~*~tactically~*~*~ (outnumbered).
 15661 | D:5      | 15661 ||| Stepping ~*~*~tactically~*~*~ (outnumbered).
 15664 | D:5      | 15664 ||| Stepping ~*~*~tactically~*~*~ (outnumbered).
 15666 | D:5      | 15666 ||| Stepping ~*~*~tactically~*~*~ (outnumbered).
 15668 | D:5      | 15668 ||| Stepping ~*~*~tactically~*~*~ (outnumbered).
 15672 | D:5      | 15672 ||| Stepping ~*~*~tactically~*~*~ (outnumbered).
 15674 | D:5      | 15674 ||| Stepping ~*~*~tactically~*~*~ (outnumbered).
 15678 | D:5      | 15678 ||| Stepping ~*~*~tactically~*~*~ (outnumbered).
 15680 | D:5      | 15680 ||| Stepping ~*~*~tactically~*~*~ (outnumbered).
 15682 | D:5      | 15682 ||| Stepping ~*~*~tactically~*~*~ (outnumbered).
 15684 | D:5      | 15684 ||| Stepping ~*~*~tactically~*~*~ (outnumbered).
 15686 | D:5      | 15686 ||| Stepping ~*~*~tactically~*~*~ (outnumbered).
 15688 | D:5      | 15688 ||| Stepping ~*~*~tactically~*~*~ (outnumbered).
 15690 | D:5      | 15690 ||| Stepping ~*~*~tactically~*~*~ (outnumbered).
 15692 | D:5      | 15692 ||| Stepping ~*~*~tactically~*~*~ (outnumbered).
 15694 | D:5      | 15694 ||| Stepping ~*~*~tactically~*~*~ (outnumbered).
 15696 | D:5      | 15696 ||| Stepping ~*~*~tactically~*~*~ (outnumbered).
 15698 | D:5      | 15698 ||| Stepping ~*~*~tactically~*~*~ (outnumbered).
 15700 | D:5      | 15700 ||| Stepping ~*~*~tactically~*~*~ (outnumbered).
 15702 | D:5      | 15702 ||| Stepping ~*~*~tactically~*~*~ (outnumbered).
 15705 | D:5      | 15705 ||| Stepping ~*~*~tactically~*~*~ (outnumbered).
 15707 | D:5      | 15707 ||| Stepping ~*~*~tactically~*~*~ (outnumbered).
 15709 | D:5      | 15709 ||| Stepping ~*~*~tactically~*~*~ (outnumbered).
 15711 | D:5      | 15711 ||| Stepping ~*~*~tactically~*~*~ (outnumbered).
 15713 | D:5      | 15713 ||| Stepping ~*~*~tactically~*~*~ (outnumbered).
 15715 | D:5      | 15715 ||| Stepping ~*~*~tactically~*~*~ (outnumbered).
 15717 | D:5      | 15717 ||| Stepping ~*~*~tactically~*~*~ (outnumbered).
 15719 | D:5      | 15719 ||| Stepping ~*~*~tactically~*~*~ (outnumbered).
 15724 | D:5      | 15724 ||| Stepping ~*~*~tactically~*~*~ (outnumbered).
 15726 | D:5      | 15726 ||| Stepping ~*~*~tactically~*~*~ (outnumbered).
 15728 | D:5      | 15728 ||| Stepping ~*~*~tactically~*~*~ (outnumbered).
 15732 | D:5      | 15732 ||| Stepping ~*~*~tactically~*~*~ (outnumbered).
 15734 | D:5      | 15734 ||| Stepping ~*~*~tactically~*~*~ (outnumbered).
 15736 | D:5      | 15736 ||| Stepping ~*~*~tactically~*~*~ (outnumbered).
 15738 | D:5      | 15738 ||| Stepping ~*~*~tactically~*~*~ (outnumbered).
 15740 | D:5      | 15740 ||| Stepping ~*~*~tactically~*~*~ (outnumbered).
 15742 | D:5      | 15742 ||| Stepping ~*~*~tactically~*~*~ (outnumbered).
 15744 | D:5      | 15744 ||| Stepping ~*~*~tactically~*~*~ (outnumbered).
 15746 | D:5      | 15746 ||| Stepping ~*~*~tactically~*~*~ (outnumbered).
 15748 | D:5      | 15748 ||| Stepping ~*~*~tactically~*~*~ (outnumbered).
 15750 | D:5      | 15750 ||| Stepping ~*~*~tactically~*~*~ (outnumbered).
 15752 | D:5      | 15752 ||| Stepping ~*~*~tactically~*~*~ (outnumbered).
 15754 | D:5      | 15754 ||| Stepping ~*~*~tactically~*~*~ (outnumbered).
 15756 | D:5      | 15756 ||| Stepping ~*~*~tactically~*~*~ (outnumbered).
 15758 | D:5      | 15758 ||| Stepping ~*~*~tactically~*~*~ (outnumbered).
 15760 | D:5      | 15760 ||| Stepping ~*~*~tactically~*~*~ (outnumbered).
 15762 | D:5      | 15762 ||| Stepping ~*~*~tactically~*~*~ (outnumbered).
 15764 | D:5      | 15764 ||| Stepping ~*~*~tactically~*~*~ (outnumbered).
 15766 | D:5      | 15766 ||| Stepping ~*~*~tactically~*~*~ (outnumbered).
 15768 | D:5      | 15768 ||| Stepping ~*~*~tactically~*~*~ (outnumbered).
 15770 | D:5      | 15770 ||| Stepping ~*~*~tactically~*~*~ (outnumbered).
 15772 | D:5      | 15772 ||| Stepping ~*~*~tactically~*~*~ (outnumbered).
 15774 | D:5      | 15774 ||| Stepping ~*~*~tactically~*~*~ (outnumbered).
 15776 | D:5      | 15776 ||| Stepping ~*~*~tactically~*~*~ (outnumbered).
 15778 | D:5      | 15778 ||| Stepping ~*~*~tactically~*~*~ (outnumbered).
 15780 | D:5      | 15780 ||| Stepping ~*~*~tactically~*~*~ (outnumbered).
 15782 | D:5      | 15782 ||| Stepping ~*~*~tactically~*~*~ (outnumbered).
 15784 | D:5      | 15784 ||| Stepping ~*~*~tactically~*~*~ (outnumbered).
 15786 | D:5      | 15786 ||| Stepping ~*~*~tactically~*~*~ (outnumbered).
 15788 | D:5      | 15788 ||| Stepping ~*~*~tactically~*~*~ (outnumbered).
 15790 | D:5      | 15790 ||| Stepping ~*~*~tactically~*~*~ (outnumbered).
 15792 | D:5      | 15792 ||| Stepping ~*~*~tactically~*~*~ (outnumbered).
 15794 | D:5      | 15794 ||| Stepping ~*~*~tactically~*~*~ (outnumbered).
 15797 | D:5      | 15797 ||| Stepping ~*~*~tactically~*~*~ (outnumbered).
 15799 | D:5      | 15799 ||| Stepping ~*~*~tactically~*~*~ (outnumbered).
 15801 | D:5      | 15801 ||| Stepping ~*~*~tactically~*~*~ (outnumbered).
 15803 | D:5      | 15803 ||| Stepping ~*~*~tactically~*~*~ (outnumbered).
 15805 | D:5      | 15805 ||| Stepping ~*~*~tactically~*~*~ (outnumbered).
 15807 | D:5      | 15807 ||| Stepping ~*~*~tactically~*~*~ (outnumbered).
 15809 | D:5      | 15809 ||| Stepping ~*~*~tactically~*~*~ (outnumbered).
 15811 | D:5      | 15811 ||| Stepping ~*~*~tactically~*~*~ (outnumbered).
 15813 | D:5      | 15813 ||| Stepping ~*~*~tactically~*~*~ (outnumbered).
 15815 | D:5      | 15815 ||| Stepping ~*~*~tactically~*~*~ (outnumbered).
 15817 | D:5      | 15817 ||| Stepping ~*~*~tactically~*~*~ (outnumbered).
 15819 | D:5      | 15819 ||| Stepping ~*~*~tactically~*~*~ (outnumbered).
 15821 | D:5      | 15821 ||| Stepping ~*~*~tactically~*~*~ (outnumbered).
 15823 | D:5      | 15823 ||| Stepping ~*~*~tactically~*~*~ (outnumbered).
 15825 | D:5      | 15825 ||| Stepping ~*~*~tactically~*~*~ (outnumbered).
 15827 | D:5      | 15827 ||| Stepping ~*~*~tactically~*~*~ (outnumbered).
 15829 | D:5      | 15829 ||| Stepping ~*~*~tactically~*~*~ (outnumbered).
 15831 | D:5      | 15831 ||| Stepping ~*~*~tactically~*~*~ (outnumbered).
 15833 | D:5      | 15833 ||| Stepping ~*~*~tactically~*~*~ (outnumbered).
 15835 | D:5      | 15835 ||| Stepping ~*~*~tactically~*~*~ (outnumbered).
 15837 | D:5      | 15837 ||| Stepping ~*~*~tactically~*~*~ (outnumbered).
 15839 | D:5      | 15839 ||| Stepping ~*~*~tactically~*~*~ (outnumbered).
 15841 | D:5      | 15841 ||| Stepping ~*~*~tactically~*~*~ (outnumbered).
 15843 | D:5      | 15843 ||| Stepping ~*~*~tactically~*~*~ (outnumbered).
 15845 | D:5      | 15845 ||| Stepping ~*~*~tactically~*~*~ (outnumbered).
 15847 | D:5      | 15847 ||| Stepping ~*~*~tactically~*~*~ (outnumbered).
 15850 | D:5      | 15850 ||| Stepping ~*~*~tactically~*~*~ (outnumbered).
 15852 | D:5      | 15852 ||| Stepping ~*~*~tactically~*~*~ (outnumbered).
 15854 | D:5      | 15854 ||| Stepping ~*~*~tactically~*~*~ (outnumbered).
 15856 | D:5      | 15856 ||| Stepping ~*~*~tactically~*~*~ (outnumbered).
 15858 | D:5      | 15858 ||| Stepping ~*~*~tactically~*~*~ (outnumbered).
 15860 | D:5      | 15860 ||| Stepping ~*~*~tactically~*~*~ (outnumbered).
 15862 | D:5      | 15862 ||| Stepping ~*~*~tactically~*~*~ (outnumbered).
 15864 | D:5      | 15864 ||| Stepping ~*~*~tactically~*~*~ (outnumbered).
 15866 | D:5      | 15866 ||| Stepping ~*~*~tactically~*~*~ (outnumbered).
 15868 | D:5      | 15868 ||| Stepping ~*~*~tactically~*~*~ (outnumbered).
 15872 | D:5      | 15872 ||| Stepping ~*~*~tactically~*~*~ (outnumbered).
 15874 | D:5      | 15874 ||| Stepping ~*~*~tactically~*~*~ (outnumbered).
 15876 | D:5      | 15876 ||| Stepping ~*~*~tactically~*~*~ (outnumbered).
 15878 | D:5      | 15878 ||| Stepping ~*~*~tactically~*~*~ (outnumbered).
 15880 | D:5      | 15880 ||| Stepping ~*~*~tactically~*~*~ (outnumbered).
 15882 | D:5      | 15882 ||| Stepping ~*~*~tactically~*~*~ (outnumbered).
 15884 | D:5      | 15884 ||| Stepping ~*~*~tactically~*~*~ (outnumbered).
 15886 | D:5      | 15886 ||| Stepping ~*~*~tactically~*~*~ (outnumbered).
 15888 | D:5      | 15888 ||| Stepping ~*~*~tactically~*~*~ (outnumbered).
 15890 | D:5      | 15890 ||| Stepping ~*~*~tactically~*~*~ (outnumbered).
 15892 | D:5      | 15892 ||| Stepping ~*~*~tactically~*~*~ (outnumbered).
 15894 | D:5      | 15894 ||| Stepping ~*~*~tactically~*~*~ (outnumbered).
 15896 | D:5      | 15896 ||| Stepping ~*~*~tactically~*~*~ (outnumbered).
 15898 | D:5      | 15898 ||| Stepping ~*~*~tactically~*~*~ (outnumbered).
 15900 | D:5      | 15900 ||| Stepping ~*~*~tactically~*~*~ (outnumbered).
 15902 | D:5      | 15902 ||| Stepping ~*~*~tactically~*~*~ (outnumbered).
 15904 | D:5      | 15904 ||| Stepping ~*~*~tactically~*~*~ (outnumbered).
 15906 | D:5      | 15906 ||| Stepping ~*~*~tactically~*~*~ (outnumbered).
 15908 | D:5      | 15908 ||| Stepping ~*~*~tactically~*~*~ (outnumbered).
 15910 | D:5      | 15910 ||| Stepping ~*~*~tactically~*~*~ (outnumbered).
 15912 | D:5      | 15912 ||| Stepping ~*~*~tactically~*~*~ (outnumbered).
 15914 | D:5      | 15914 ||| Stepping ~*~*~tactically~*~*~ (outnumbered).
 15916 | D:5      | 15916 ||| Stepping ~*~*~tactically~*~*~ (outnumbered).
 15918 | D:5      | 15918 ||| Stepping ~*~*~tactically~*~*~ (outnumbered).
 15920 | D:5      | 15920 ||| Stepping ~*~*~tactically~*~*~ (outnumbered).
 15922 | D:5      | 15922 ||| Stepping ~*~*~tactically~*~*~ (outnumbered).
 15924 | D:5      | 15924 ||| Stepping ~*~*~tactically~*~*~ (outnumbered).
 15926 | D:5      | 15926 ||| Stepping ~*~*~tactically~*~*~ (outnumbered).
 15928 | D:5      | 15928 ||| Stepping ~*~*~tactically~*~*~ (outnumbered).
 15930 | D:5      | 15930 ||| Stepping ~*~*~tactically~*~*~ (outnumbered).
 15932 | D:5      | 15932 ||| Stepping ~*~*~tactically~*~*~ (outnumbered).
 15934 | D:5      | 15934 ||| Stepping ~*~*~tactically~*~*~ (outnumbered).
 15936 | D:5      | 15936 ||| Stepping ~*~*~tactically~*~*~ (outnumbered).
 15938 | D:5      | 15938 ||| Stepping ~*~*~tactically~*~*~ (outnumbered).
 15940 | D:5      | 15940 ||| Stepping ~*~*~tactically~*~*~ (outnumbered).
 15942 | D:5      | 15942 ||| Stepping ~*~*~tactically~*~*~ (outnumbered).
 15944 | D:5      | 15944 ||| Stepping ~*~*~tactically~*~*~ (outnumbered).
 15946 | D:5      | 15946 ||| Stepping ~*~*~tactically~*~*~ (outnumbered).
 15948 | D:5      | 15948 ||| Stepping ~*~*~tactically~*~*~ (outnumbered).
 15950 | D:5      | 15950 ||| Stepping ~*~*~tactically~*~*~ (outnumbered).
 15952 | D:5      | 15952 ||| Stepping ~*~*~tactically~*~*~ (outnumbered).
 15954 | D:5      | 15954 ||| Stepping ~*~*~tactically~*~*~ (outnumbered).
 15956 | D:5      | 15956 ||| Stepping ~*~*~tactically~*~*~ (outnumbered).
 15960 | D:5      | 15960 ||| Stepping ~*~*~tactically~*~*~ (outnumbered).
 15962 | D:5      | 15962 ||| Stepping ~*~*~tactically~*~*~ (outnumbered).
 15964 | D:5      | 15964 ||| Stepping ~*~*~tactically~*~*~ (outnumbered).
 15966 | D:5      | 15966 ||| Stepping ~*~*~tactically~*~*~ (outnumbered).
 15968 | D:5      | 15968 ||| Stepping ~*~*~tactically~*~*~ (outnumbered).
 15970 | D:5      | 15970 ||| Stepping ~*~*~tactically~*~*~ (outnumbered).
 15972 | D:5      | 15972 ||| Stepping ~*~*~tactically~*~*~ (outnumbered).
 15974 | D:5      | 15974 ||| Stepping ~*~*~tactically~*~*~ (outnumbered).
 15976 | D:5      | 15976 ||| Stepping ~*~*~tactically~*~*~ (outnumbered).
 15978 | D:5      | 15978 ||| Stepping ~*~*~tactically~*~*~ (outnumbered).
 15980 | D:5      | 15980 ||| Stepping ~*~*~tactically~*~*~ (outnumbered).
 15982 | D:5      | 15982 ||| Stepping ~*~*~tactically~*~*~ (outnumbered).
 15984 | D:5      | 15984 ||| Stepping ~*~*~tactically~*~*~ (outnumbered).
 15986 | D:5      | 15986 ||| Stepping ~*~*~tactically~*~*~ (outnumbered).
 15988 | D:5      | 15988 ||| Stepping ~*~*~tactically~*~*~ (outnumbered).
 15990 | D:5      | 15990 ||| Stepping ~*~*~tactically~*~*~ (outnumbered).
 15992 | D:5      | 15992 ||| Stepping ~*~*~tactically~*~*~ (outnumbered).
 15994 | D:5      | 15994 ||| Stepping ~*~*~tactically~*~*~ (outnumbered).
 15996 | D:5      | 15996 ||| Stepping ~*~*~tactically~*~*~ (outnumbered).
 15998 | D:5      | 15998 ||| Stepping ~*~*~tactically~*~*~ (outnumbered).
 16000 | D:5      | 16000 ||| Stepping ~*~*~tactically~*~*~ (outnumbered).
 16005 | D:5      | 16005 ||| Stepping ~*~*~tactically~*~*~ (outnumbered).
 16007 | D:5      | 16007 ||| Stepping ~*~*~tactically~*~*~ (outnumbered).
 16009 | D:5      | 16009 ||| Stepping ~*~*~tactically~*~*~ (outnumbered).
 16014 | D:5      | 16014 ||| Stepping ~*~*~tactically~*~*~ (outnumbered).
 16016 | D:5      | 16016 ||| Stepping ~*~*~tactically~*~*~ (outnumbered).
 16019 | D:5      | 16019 ||| Stepping ~*~*~tactically~*~*~ (outnumbered).
 16022 | D:5      | 16022 ||| Stepping ~*~*~tactically~*~*~ (outnumbered).
 16024 | D:5      | 16024 ||| Stepping ~*~*~tactically~*~*~ (outnumbered).
 16026 | D:5      | 16026 ||| Stepping ~*~*~tactically~*~*~ (outnumbered).
 16028 | D:5      | 16028 ||| Stepping ~*~*~tactically~*~*~ (outnumbered).
 16030 | D:5      | 16030 ||| Stepping ~*~*~tactically~*~*~ (outnumbered).
 16034 | D:5      | 16034 ||| Stepping ~*~*~tactically~*~*~ (outnumbered).
 16036 | D:5      | 16036 ||| Stepping ~*~*~tactically~*~*~ (outnumbered).
 16038 | D:5      | 16038 ||| Stepping ~*~*~tactically~*~*~ (outnumbered).
 16040 | D:5      | 16040 ||| Stepping ~*~*~tactically~*~*~ (outnumbered).
 16042 | D:5      | 16042 ||| Stepping ~*~*~tactically~*~*~ (outnumbered).
 16044 | D:5      | 16044 ||| Stepping ~*~*~tactically~*~*~ (outnumbered).
 16046 | D:5      | 16046 ||| Stepping ~*~*~tactically~*~*~ (outnumbered).
 16048 | D:5      | 16048 ||| Stepping ~*~*~tactically~*~*~ (outnumbered).
 16050 | D:5      | 16050 ||| Stepping ~*~*~tactically~*~*~ (outnumbered).
 16053 | D:5      | 16053 ||| Stepping ~*~*~tactically~*~*~ (outnumbered).
 16055 | D:5      | 16055 ||| Stepping ~*~*~tactically~*~*~ (outnumbered).
 16057 | D:5      | 16057 ||| Stepping ~*~*~tactically~*~*~ (outnumbered).
 16059 | D:5      | 16059 ||| Stepping ~*~*~tactically~*~*~ (outnumbered).
 16061 | D:5      | 16061 ||| Stepping ~*~*~tactically~*~*~ (outnumbered).
 16063 | D:5      | 16063 ||| Stepping ~*~*~tactically~*~*~ (outnumbered).
 16065 | D:5      | 16065 ||| Stepping ~*~*~tactically~*~*~ (outnumbered).
 16067 | D:5      | 16067 ||| Stepping ~*~*~tactically~*~*~ (outnumbered).
 16069 | D:5      | 16069 ||| Stepping ~*~*~tactically~*~*~ (outnumbered).
 16071 | D:5      | 16071 ||| Stepping ~*~*~tactically~*~*~ (outnumbered).
 16073 | D:5      | 16073 ||| Stepping ~*~*~tactically~*~*~ (outnumbered).
 16075 | D:5      | 16075 ||| Stepping ~*~*~tactically~*~*~ (outnumbered).
 16077 | D:5      | 16077 ||| Stepping ~*~*~tactically~*~*~ (outnumbered).
 16081 | D:5      | 16081 ||| Stepping ~*~*~tactically~*~*~ (outnumbered).
 16083 | D:5      | 16083 ||| Stepping ~*~*~tactically~*~*~ (outnumbered).
 16085 | D:5      | 16085 ||| Stepping ~*~*~tactically~*~*~ (outnumbered).
 16087 | D:5      | 16087 ||| Stepping ~*~*~tactically~*~*~ (outnumbered).
 16089 | D:5      | 16089 ||| Stepping ~*~*~tactically~*~*~ (outnumbered).
 16091 | D:5      | 16091 ||| Stepping ~*~*~tactically~*~*~ (outnumbered).
 16093 | D:5      | 16093 ||| Stepping ~*~*~tactically~*~*~ (outnumbered).
 16095 | D:5      | 16095 ||| Stepping ~*~*~tactically~*~*~ (outnumbered).
 16097 | D:5      | 16097 ||| Stepping ~*~*~tactically~*~*~ (outnumbered).
 16099 | D:5      | 16099 ||| Stepping ~*~*~tactically~*~*~ (outnumbered).
 16101 | D:5      | 16101 ||| Stepping ~*~*~tactically~*~*~ (outnumbered).
 16103 | D:5      | 16103 ||| Stepping ~*~*~tactically~*~*~ (outnumbered).
 16105 | D:5      | 16105 ||| Stepping ~*~*~tactically~*~*~ (outnumbered).
 16107 | D:5      | 16107 ||| Stepping ~*~*~tactically~*~*~ (outnumbered).
 16109 | D:5      | 16109 ||| Stepping ~*~*~tactically~*~*~ (outnumbered).
 16111 | D:5      | 16111 ||| Stepping ~*~*~tactically~*~*~ (outnumbered).
 16113 | D:5      | 16113 ||| Stepping ~*~*~tactically~*~*~ (outnumbered).
 16115 | D:5      | 16115 ||| Stepping ~*~*~tactically~*~*~ (outnumbered).
 16117 | D:5      | 16117 ||| Stepping ~*~*~tactically~*~*~ (outnumbered).
 16119 | D:5      | 16119 ||| Stepping ~*~*~tactically~*~*~ (outnumbered).
 16121 | D:5      | 16121 ||| Stepping ~*~*~tactically~*~*~ (outnumbered).
 16125 | D:5      | 16125 ||| Stepping ~*~*~tactically~*~*~ (outnumbered).
 16127 | D:5      | 16127 ||| Stepping ~*~*~tactically~*~*~ (outnumbered).
 16129 | D:5      | 16129 ||| Stepping ~*~*~tactically~*~*~ (outnumbered).
 16131 | D:5      | 16131 ||| Stepping ~*~*~tactically~*~*~ (outnumbered).
 16133 | D:5      | 16133 ||| Stepping ~*~*~tactically~*~*~ (outnumbered).
 16135 | D:5      | 16135 ||| Stepping ~*~*~tactically~*~*~ (outnumbered).
 16137 | D:5      | 16137 ||| Stepping ~*~*~tactically~*~*~ (outnumbered).
 16140 | D:5      | 16140 ||| Stepping ~*~*~tactically~*~*~ (outnumbered).
 16142 | D:5      | 16142 ||| Stepping ~*~*~tactically~*~*~ (outnumbered).
 16144 | D:5      | 16144 ||| Stepping ~*~*~tactically~*~*~ (outnumbered).
 16146 | D:5      | 16146 ||| Stepping ~*~*~tactically~*~*~ (outnumbered).
 16148 | D:5      | 16148 ||| Stepping ~*~*~tactically~*~*~ (outnumbered).
 16150 | D:5      | 16150 ||| Stepping ~*~*~tactically~*~*~ (outnumbered).
 16152 | D:5      | 16152 ||| Stepping ~*~*~tactically~*~*~ (outnumbered).
 16154 | D:5      | 16154 ||| Stepping ~*~*~tactically~*~*~ (outnumbered).
 16156 | D:5      | 16156 ||| Stepping ~*~*~tactically~*~*~ (outnumbered).
 16161 | D:5      | 16161 ||| Stepping ~*~*~tactically~*~*~ (outnumbered).
 16163 | D:5      | 16163 ||| Stepping ~*~*~tactically~*~*~ (outnumbered).
 16165 | D:5      | 16165 ||| Stepping ~*~*~tactically~*~*~ (outnumbered).
 16169 | D:5      | 16169 ||| Stepping ~*~*~tactically~*~*~ (outnumbered).
 16171 | D:5      | 16171 ||| Stepping ~*~*~tactically~*~*~ (outnumbered).
 16173 | D:5      | 16173 ||| Stepping ~*~*~tactically~*~*~ (outnumbered).
 16175 | D:5      | 16175 ||| Stepping ~*~*~tactically~*~*~ (outnumbered).
 16177 | D:5      | 16177 ||| Stepping ~*~*~tactically~*~*~ (outnumbered).
 16179 | D:5      | 16179 ||| Stepping ~*~*~tactically~*~*~ (outnumbered).
 16181 | D:5      | 16181 ||| Stepping ~*~*~tactically~*~*~ (outnumbered).
 16183 | D:5      | 16183 ||| Stepping ~*~*~tactically~*~*~ (outnumbered).
 16185 | D:5      | 16185 ||| Stepping ~*~*~tactically~*~*~ (outnumbered).
 16187 | D:5      | 16187 ||| Stepping ~*~*~tactically~*~*~ (outnumbered).
 16189 | D:5      | 16189 ||| Stepping ~*~*~tactically~*~*~ (outnumbered).
 16191 | D:5      | 16191 ||| Stepping ~*~*~tactically~*~*~ (outnumbered).
 16193 | D:5      | 16193 ||| Stepping ~*~*~tactically~*~*~ (outnumbered).
 16195 | D:5      | 16195 ||| Stepping ~*~*~tactically~*~*~ (outnumbered).
 16197 | D:5      | 16197 ||| Stepping ~*~*~tactically~*~*~ (outnumbered).
 16199 | D:5      | 16199 ||| Stepping ~*~*~tactically~*~*~ (outnumbered).
 16201 | D:5      | 16201 ||| Stepping ~*~*~tactically~*~*~ (outnumbered).
 16203 | D:5      | 16203 ||| Stepping ~*~*~tactically~*~*~ (outnumbered).
 16205 | D:5      | 16205 ||| Stepping ~*~*~tactically~*~*~ (outnumbered).
 16207 | D:5      | 16207 ||| Stepping ~*~*~tactically~*~*~ (outnumbered).
 16209 | D:5      | 16209 ||| Stepping ~*~*~tactically~*~*~ (outnumbered).
 16211 | D:5      | 16211 ||| Stepping ~*~*~tactically~*~*~ (outnumbered).
 16213 | D:5      | 16213 ||| Stepping ~*~*~tactically~*~*~ (outnumbered).
 16215 | D:5      | 16215 ||| Stepping ~*~*~tactically~*~*~ (outnumbered).
 16217 | D:5      | 16217 ||| Stepping ~*~*~tactically~*~*~ (outnumbered).
 16219 | D:5      | 16219 ||| Stepping ~*~*~tactically~*~*~ (outnumbered).
 16221 | D:5      | 16221 ||| Stepping ~*~*~tactically~*~*~ (outnumbered).
 16223 | D:5      | 16223 ||| Stepping ~*~*~tactically~*~*~ (outnumbered).
 16225 | D:5      | 16225 ||| Stepping ~*~*~tactically~*~*~ (outnumbered).
 16227 | D:5      | 16227 ||| Stepping ~*~*~tactically~*~*~ (outnumbered).
 16229 | D:5      | 16229 ||| Stepping ~*~*~tactically~*~*~ (outnumbered).
 16231 | D:5      | 16231 ||| Stepping ~*~*~tactically~*~*~ (outnumbered).
 16233 | D:5      | 16233 ||| Stepping ~*~*~tactically~*~*~ (outnumbered).
 16235 | D:5      | 16235 ||| Stepping ~*~*~tactically~*~*~ (outnumbered).
 16237 | D:5      | 16237 ||| Stepping ~*~*~tactically~*~*~ (outnumbered).
 16239 | D:5      | 16239 ||| Stepping ~*~*~tactically~*~*~ (outnumbered).
 16241 | D:5      | 16241 ||| Stepping ~*~*~tactically~*~*~ (outnumbered).
 16243 | D:5      | 16243 ||| Stepping ~*~*~tactically~*~*~ (outnumbered).
 16245 | D:5      | 16245 ||| Stepping ~*~*~tactically~*~*~ (outnumbered).
 16247 | D:5      | 16247 ||| Stepping ~*~*~tactically~*~*~ (outnumbered).
 16249 | D:5      | 16249 ||| Stepping ~*~*~tactically~*~*~ (outnumbered).
 16251 | D:5      | 16251 ||| Stepping ~*~*~tactically~*~*~ (outnumbered).
 16253 | D:5      | 16253 ||| Stepping ~*~*~tactically~*~*~ (outnumbered).
 16255 | D:5      | 16255 ||| Stepping ~*~*~tactically~*~*~ (outnumbered).
 16257 | D:5      | 16257 ||| Stepping ~*~*~tactically~*~*~ (outnumbered).
 16259 | D:5      | 16259 ||| Stepping ~*~*~tactically~*~*~ (outnumbered).
 16261 | D:5      | 16261 ||| Stepping ~*~*~tactically~*~*~ (outnumbered).
 16263 | D:5      | 16263 ||| Stepping ~*~*~tactically~*~*~ (outnumbered).
 16265 | D:5      | 16265 ||| Stepping ~*~*~tactically~*~*~ (outnumbered).
 16267 | D:5      | 16267 ||| Stepping ~*~*~tactically~*~*~ (outnumbered).
 16269 | D:5      | 16269 ||| Stepping ~*~*~tactically~*~*~ (outnumbered).
 16271 | D:5      | 16271 ||| Stepping ~*~*~tactically~*~*~ (outnumbered).
 16273 | D:5      | 16273 ||| Stepping ~*~*~tactically~*~*~ (outnumbered).
 16275 | D:5      | 16275 ||| Stepping ~*~*~tactically~*~*~ (outnumbered).
 16277 | D:5      | 16277 ||| Stepping ~*~*~tactically~*~*~ (outnumbered).
 16279 | D:5      | 16279 ||| Stepping ~*~*~tactically~*~*~ (outnumbered).
 16281 | D:5      | 16281 ||| Stepping ~*~*~tactically~*~*~ (outnumbered).
 16283 | D:5      | 16283 ||| Stepping ~*~*~tactically~*~*~ (outnumbered).
 16285 | D:5      | 16285 ||| Stepping ~*~*~tactically~*~*~ (outnumbered).
 16287 | D:5      | 16287 ||| Stepping ~*~*~tactically~*~*~ (outnumbered).
 16289 | D:5      | 16289 ||| Stepping ~*~*~tactically~*~*~ (outnumbered).
 16291 | D:5      | 16291 ||| Stepping ~*~*~tactically~*~*~ (outnumbered).
 16293 | D:5      | 16293 ||| Stepping ~*~*~tactically~*~*~ (outnumbered).
 16295 | D:5      | 16295 ||| Stepping ~*~*~tactically~*~*~ (outnumbered).
 16297 | D:5      | 16297 ||| Stepping ~*~*~tactically~*~*~ (outnumbered).
 16299 | D:5      | 16299 ||| Stepping ~*~*~tactically~*~*~ (outnumbered).
 16301 | D:5      | 16301 ||| Stepping ~*~*~tactically~*~*~ (outnumbered).
 16303 | D:5      | 16303 ||| Stepping ~*~*~tactically~*~*~ (outnumbered).
 16305 | D:5      | 16305 ||| Stepping ~*~*~tactically~*~*~ (outnumbered).
 16307 | D:5      | 16307 ||| Stepping ~*~*~tactically~*~*~ (outnumbered).
 16309 | D:5      | 16309 ||| Stepping ~*~*~tactically~*~*~ (outnumbered).
 16311 | D:5      | 16311 ||| Stepping ~*~*~tactically~*~*~ (outnumbered).
 16313 | D:5      | 16313 ||| Stepping ~*~*~tactically~*~*~ (outnumbered).
 16315 | D:5      | 16315 ||| Stepping ~*~*~tactically~*~*~ (outnumbered).
 16317 | D:5      | 16317 ||| Stepping ~*~*~tactically~*~*~ (outnumbered).
 16319 | D:5      | 16319 ||| Stepping ~*~*~tactically~*~*~ (outnumbered).
 16321 | D:5      | 16321 ||| Stepping ~*~*~tactically~*~*~ (outnumbered).
 16323 | D:5      | 16323 ||| Stepping ~*~*~tactically~*~*~ (outnumbered).
 16325 | D:5      | 16325 ||| Stepping ~*~*~tactically~*~*~ (outnumbered).
 16327 | D:5      | 16327 ||| Stepping ~*~*~tactically~*~*~ (outnumbered).
 16329 | D:5      | 16329 ||| Stepping ~*~*~tactically~*~*~ (outnumbered).
 16331 | D:5      | 16331 ||| Stepping ~*~*~tactically~*~*~ (outnumbered).
 16333 | D:5      | 16333 ||| Stepping ~*~*~tactically~*~*~ (outnumbered).
 16337 | D:5      | 16337 ||| Stepping ~*~*~tactically~*~*~ (outnumbered).
 16339 | D:5      | 16339 ||| Stepping ~*~*~tactically~*~*~ (outnumbered).
 16341 | D:5      | 16341 ||| Stepping ~*~*~tactically~*~*~ (outnumbered).
 16343 | D:5      | 16343 ||| Stepping ~*~*~tactically~*~*~ (outnumbered).
 16345 | D:5      | 16345 ||| Stepping ~*~*~tactically~*~*~ (outnumbered).
 16347 | D:5      | 16347 ||| Stepping ~*~*~tactically~*~*~ (outnumbered).
 16349 | D:5      | 16349 ||| Stepping ~*~*~tactically~*~*~ (outnumbered).
 16351 | D:5      | 16351 ||| Stepping ~*~*~tactically~*~*~ (outnumbered).
 16353 | D:5      | 16353 ||| Stepping ~*~*~tactically~*~*~ (outnumbered).
 16355 | D:5      | 16355 ||| Stepping ~*~*~tactically~*~*~ (outnumbered).
 16357 | D:5      | 16357 ||| Stepping ~*~*~tactically~*~*~ (outnumbered).
 16359 | D:5      | 16359 ||| Stepping ~*~*~tactically~*~*~ (outnumbered).
 16361 | D:5      | 16361 ||| Stepping ~*~*~tactically~*~*~ (outnumbered).
 16363 | D:5      | 16363 ||| Stepping ~*~*~tactically~*~*~ (outnumbered).
 16365 | D:5      | 16365 ||| Stepping ~*~*~tactically~*~*~ (outnumbered).
 16367 | D:5      | 16367 ||| Stepping ~*~*~tactically~*~*~ (outnumbered).
 16369 | D:5      | 16369 ||| Stepping ~*~*~tactically~*~*~ (outnumbered).
 16371 | D:5      | 16371 ||| Stepping ~*~*~tactically~*~*~ (outnumbered).
 16373 | D:5      | 16373 ||| Stepping ~*~*~tactically~*~*~ (outnumbered).
 16375 | D:5      | 16375 ||| Stepping ~*~*~tactically~*~*~ (outnumbered).
 16377 | D:5      | 16377 ||| Stepping ~*~*~tactically~*~*~ (outnumbered).
 16379 | D:5      | 16379 ||| Stepping ~*~*~tactically~*~*~ (outnumbered).
 16381 | D:5      | 16381 ||| Stepping ~*~*~tactically~*~*~ (outnumbered).
 16383 | D:5      | 16383 ||| Stepping ~*~*~tactically~*~*~ (outnumbered).
 16385 | D:5      | 16385 ||| Stepping ~*~*~tactically~*~*~ (outnumbered).
 16387 | D:5      | 16387 ||| Stepping ~*~*~tactically~*~*~ (outnumbered).
 16389 | D:5      | 16389 ||| Stepping ~*~*~tactically~*~*~ (outnumbered).
 16391 | D:5      | 16391 ||| Stepping ~*~*~tactically~*~*~ (outnumbered).
 16393 | D:5      | 16393 ||| Stepping ~*~*~tactically~*~*~ (outnumbered).
 16395 | D:5      | 16395 ||| Stepping ~*~*~tactically~*~*~ (outnumbered).
 16397 | D:5      | 16397 ||| Stepping ~*~*~tactically~*~*~ (outnumbered).
 16399 | D:5      | 16399 ||| Stepping ~*~*~tactically~*~*~ (outnumbered).
 16401 | D:5      | 16401 ||| Stepping ~*~*~tactically~*~*~ (outnumbered).
 16403 | D:5      | 16403 ||| Stepping ~*~*~tactically~*~*~ (outnumbered).
 16405 | D:5      | 16405 ||| Stepping ~*~*~tactically~*~*~ (outnumbered).
 16407 | D:5      | 16407 ||| Stepping ~*~*~tactically~*~*~ (outnumbered).
 16409 | D:5      | 16409 ||| Stepping ~*~*~tactically~*~*~ (outnumbered).
 16411 | D:5      | 16411 ||| Stepping ~*~*~tactically~*~*~ (outnumbered).
 16413 | D:5      | 16413 ||| Stepping ~*~*~tactically~*~*~ (outnumbered).
 16415 | D:5      | 16415 ||| Stepping ~*~*~tactically~*~*~ (outnumbered).
 16417 | D:5      | 16417 ||| Stepping ~*~*~tactically~*~*~ (outnumbered).
 16421 | D:5      | 16421 ||| Stepping ~*~*~tactically~*~*~ (outnumbered).
 16423 | D:5      | 16423 ||| Stepping ~*~*~tactically~*~*~ (outnumbered).
 16425 | D:5      | 16425 ||| Stepping ~*~*~tactically~*~*~ (outnumbered).
 16427 | D:5      | 16427 ||| Stepping ~*~*~tactically~*~*~ (outnumbered).
 16429 | D:5      | 16429 ||| Stepping ~*~*~tactically~*~*~ (outnumbered).
 16431 | D:5      | 16431 ||| Stepping ~*~*~tactically~*~*~ (outnumbered).
 16433 | D:5      | 16433 ||| Stepping ~*~*~tactically~*~*~ (outnumbered).
 16435 | D:5      | 16435 ||| Stepping ~*~*~tactically~*~*~ (outnumbered).
 16437 | D:5      | 16437 ||| Stepping ~*~*~tactically~*~*~ (outnumbered).
 16439 | D:5      | 16439 ||| Stepping ~*~*~tactically~*~*~ (outnumbered).
 16441 | D:5      | 16441 ||| Stepping ~*~*~tactically~*~*~ (outnumbered).
 16444 | D:5      | 16444 ||| Stepping ~*~*~tactically~*~*~ (outnumbered).
 16446 | D:5      | 16446 ||| Stepping ~*~*~tactically~*~*~ (outnumbered).
 16448 | D:5      | 16448 ||| Stepping ~*~*~tactically~*~*~ (outnumbered).
 16451 | D:5      | 16451 ||| Stepping ~*~*~tactically~*~*~ (outnumbered).
 16453 | D:5      | 16453 ||| Stepping ~*~*~tactically~*~*~ (outnumbered).
 16455 | D:5      | 16455 ||| Stepping ~*~*~tactically~*~*~ (outnumbered).
 16457 | D:5      | 16457 ||| Stepping ~*~*~tactically~*~*~ (outnumbered).
 16459 | D:5      | 16459 ||| Stepping ~*~*~tactically~*~*~ (outnumbered).
 16461 | D:5      | 16461 ||| Stepping ~*~*~tactically~*~*~ (outnumbered).
 16463 | D:5      | 16463 ||| Stepping ~*~*~tactically~*~*~ (outnumbered).
 16465 | D:5      | 16465 ||| Stepping ~*~*~tactically~*~*~ (outnumbered).
 16467 | D:5      | 16467 ||| Stepping ~*~*~tactically~*~*~ (outnumbered).
 16469 | D:5      | 16469 ||| Stepping ~*~*~tactically~*~*~ (outnumbered).
 16471 | D:5      | 16471 ||| Stepping ~*~*~tactically~*~*~ (outnumbered).
 16474 | D:5      | 16474 ||| Stepping ~*~*~tactically~*~*~ (outnumbered).
 16476 | D:5      | 16476 ||| Stepping ~*~*~tactically~*~*~ (outnumbered).
 16478 | D:5      | 16478 ||| Stepping ~*~*~tactically~*~*~ (outnumbered).
 16480 | D:5      | 16480 ||| Stepping ~*~*~tactically~*~*~ (outnumbered).
 16482 | D:5      | 16482 ||| Stepping ~*~*~tactically~*~*~ (outnumbered).
 16484 | D:5      | 16484 ||| Stepping ~*~*~tactically~*~*~ (outnumbered).
 16486 | D:5      | 16486 ||| Stepping ~*~*~tactically~*~*~ (outnumbered).
 16489 | D:5      | 16489 ||| Stepping ~*~*~tactically~*~*~ (outnumbered).
 16491 | D:5      | 16491 ||| Stepping ~*~*~tactically~*~*~ (outnumbered).
 16493 | D:5      | 16493 ||| Stepping ~*~*~tactically~*~*~ (outnumbered).
 16495 | D:5      | 16495 ||| Stepping ~*~*~tactically~*~*~ (outnumbered).
 16497 | D:5      | 16497 ||| Stepping ~*~*~tactically~*~*~ (outnumbered).
 16499 | D:5      | 16499 ||| Stepping ~*~*~tactically~*~*~ (outnumbered).
 16501 | D:5      | 16501 ||| Stepping ~*~*~tactically~*~*~ (outnumbered).
 16503 | D:5      | 16503 ||| Stepping ~*~*~tactically~*~*~ (outnumbered).
 16505 | D:5      | 16505 ||| Stepping ~*~*~tactically~*~*~ (outnumbered).
 16507 | D:5      | 16507 ||| Stepping ~*~*~tactically~*~*~ (outnumbered).
 16509 | D:5      | 16509 ||| Stepping ~*~*~tactically~*~*~ (outnumbered).
 16511 | D:5      | 16511 ||| Stepping ~*~*~tactically~*~*~ (outnumbered).
 16513 | D:5      | 16513 ||| Stepping ~*~*~tactically~*~*~ (outnumbered).
 16515 | D:5      | 16515 ||| Stepping ~*~*~tactically~*~*~ (outnumbered).
 16517 | D:5      | 16517 ||| Stepping ~*~*~tactically~*~*~ (outnumbered).
 16519 | D:5      | 16519 ||| Stepping ~*~*~tactically~*~*~ (outnumbered).
 16521 | D:5      | 16521 ||| Stepping ~*~*~tactically~*~*~ (outnumbered).
 16523 | D:5      | 16523 ||| Stepping ~*~*~tactically~*~*~ (outnumbered).
 16525 | D:5      | 16525 ||| Stepping ~*~*~tactically~*~*~ (outnumbered).
 16527 | D:5      | 16527 ||| Stepping ~*~*~tactically~*~*~ (outnumbered).
 16529 | D:5      | 16529 ||| Stepping ~*~*~tactically~*~*~ (outnumbered).
 16531 | D:5      | 16531 ||| Stepping ~*~*~tactically~*~*~ (outnumbered).
 16533 | D:5      | 16533 ||| Stepping ~*~*~tactically~*~*~ (outnumbered).
 16535 | D:5      | 16535 ||| Stepping ~*~*~tactically~*~*~ (outnumbered).
 16537 | D:5      | 16537 ||| Stepping ~*~*~tactically~*~*~ (outnumbered).
 16540 | D:5      | 16540 ||| Stepping ~*~*~tactically~*~*~ (outnumbered).
 16542 | D:5      | 16542 ||| Stepping ~*~*~tactically~*~*~ (outnumbered).
 16544 | D:5      | 16544 ||| Stepping ~*~*~tactically~*~*~ (outnumbered).
 16546 | D:5      | 16546 ||| Stepping ~*~*~tactically~*~*~ (outnumbered).
 16548 | D:5      | 16548 ||| Stepping ~*~*~tactically~*~*~ (outnumbered).
 16550 | D:5      | 16550 ||| Stepping ~*~*~tactically~*~*~ (outnumbered).
 16552 | D:5      | 16552 ||| Stepping ~*~*~tactically~*~*~ (outnumbered).
 16554 | D:5      | 16554 ||| Stepping ~*~*~tactically~*~*~ (outnumbered).
 16556 | D:5      | 16556 ||| Stepping ~*~*~tactically~*~*~ (outnumbered).
 16558 | D:5      | 16558 ||| Stepping ~*~*~tactically~*~*~ (outnumbered).
 16560 | D:5      | 16560 ||| Stepping ~*~*~tactically~*~*~ (outnumbered).
 16562 | D:5      | 16562 ||| Stepping ~*~*~tactically~*~*~ (outnumbered).
 16564 | D:5      | 16564 ||| Stepping ~*~*~tactically~*~*~ (outnumbered).
 16566 | D:5      | 16566 ||| Stepping ~*~*~tactically~*~*~ (outnumbered).
 16568 | D:5      | 16568 ||| Stepping ~*~*~tactically~*~*~ (outnumbered).
 16570 | D:5      | 16570 ||| Stepping ~*~*~tactically~*~*~ (outnumbered).
 16572 | D:5      | 16572 ||| Stepping ~*~*~tactically~*~*~ (outnumbered).
 16574 | D:5      | 16574 ||| Stepping ~*~*~tactically~*~*~ (outnumbered).
 16576 | D:5      | 16576 ||| Stepping ~*~*~tactically~*~*~ (outnumbered).
 16578 | D:5      | 16578 ||| Stepping ~*~*~tactically~*~*~ (outnumbered).
 16580 | D:5      | 16580 ||| Stepping ~*~*~tactically~*~*~ (outnumbered).
 16582 | D:5      | 16582 ||| Stepping ~*~*~tactically~*~*~ (outnumbered).
 16584 | D:5      | 16584 ||| Stepping ~*~*~tactically~*~*~ (outnumbered).
 16586 | D:5      | 16586 ||| Stepping ~*~*~tactically~*~*~ (outnumbered).
 16588 | D:5      | 16588 ||| Stepping ~*~*~tactically~*~*~ (outnumbered).
 16591 | D:5      | 16591 ||| Stepping ~*~*~tactically~*~*~ (outnumbered).
 16593 | D:5      | 16593 ||| Stepping ~*~*~tactically~*~*~ (outnumbered).
 16595 | D:5      | 16595 ||| Stepping ~*~*~tactically~*~*~ (outnumbered).
 16597 | D:5      | 16597 ||| Stepping ~*~*~tactically~*~*~ (outnumbered).
 16599 | D:5      | 16599 ||| Stepping ~*~*~tactically~*~*~ (outnumbered).
 16601 | D:5      | 16601 ||| Stepping ~*~*~tactically~*~*~ (outnumbered).
 16603 | D:5      | 16603 ||| Stepping ~*~*~tactically~*~*~ (outnumbered).
 16605 | D:5      | 16605 ||| Stepping ~*~*~tactically~*~*~ (outnumbered).
 16607 | D:5      | 16607 ||| Stepping ~*~*~tactically~*~*~ (outnumbered).
 16611 | D:5      | 16611 ||| Stepping ~*~*~tactically~*~*~ (outnumbered).
 16613 | D:5      | 16613 ||| Stepping ~*~*~tactically~*~*~ (outnumbered).
 16615 | D:5      | 16615 ||| Stepping ~*~*~tactically~*~*~ (outnumbered).
 16617 | D:5      | 16617 ||| Stepping ~*~*~tactically~*~*~ (outnumbered).
 16619 | D:5      | 16619 ||| Stepping ~*~*~tactically~*~*~ (outnumbered).
 16623 | D:5      | 16623 ||| Stepping ~*~*~tactically~*~*~ (outnumbered).
 16625 | D:5      | 16625 ||| Stepping ~*~*~tactically~*~*~ (outnumbered).
 16628 | D:5      | 16628 ||| Stepping ~*~*~tactically~*~*~ (outnumbered).
 16630 | D:5      | 16630 ||| Stepping ~*~*~tactically~*~*~ (outnumbered).
 16632 | D:5      | 16632 ||| Stepping ~*~*~tactically~*~*~ (outnumbered).
 16634 | D:5      | 16634 ||| Stepping ~*~*~tactically~*~*~ (outnumbered).
 16636 | D:5      | 16636 ||| Stepping ~*~*~tactically~*~*~ (outnumbered).
 16638 | D:5      | 16638 ||| Stepping ~*~*~tactically~*~*~ (outnumbered).
 16640 | D:5      | 16640 ||| Stepping ~*~*~tactically~*~*~ (outnumbered).
 16643 | D:5      | 16643 ||| Stepping ~*~*~tactically~*~*~ (outnumbered).
 16645 | D:5      | 16645 ||| Stepping ~*~*~tactically~*~*~ (outnumbered).
 16647 | D:5      | 16647 ||| Stepping ~*~*~tactically~*~*~ (outnumbered).
 16649 | D:5      | 16649 ||| Stepping ~*~*~tactically~*~*~ (outnumbered).
 16651 | D:5      | 16651 ||| Stepping ~*~*~tactically~*~*~ (outnumbered).
 16653 | D:5      | 16653 ||| Stepping ~*~*~tactically~*~*~ (outnumbered).
 16655 | D:5      | 16655 ||| Stepping ~*~*~tactically~*~*~ (outnumbered).
 16657 | D:5      | 16657 ||| Stepping ~*~*~tactically~*~*~ (outnumbered).
 16659 | D:5      | 16659 ||| Stepping ~*~*~tactically~*~*~ (outnumbered).
 16661 | D:5      | 16661 ||| Stepping ~*~*~tactically~*~*~ (outnumbered).
 16663 | D:5      | 16663 ||| Stepping ~*~*~tactically~*~*~ (outnumbered).
 16665 | D:5      | 16665 ||| Stepping ~*~*~tactically~*~*~ (outnumbered).
 16667 | D:5      | 16667 ||| Stepping ~*~*~tactically~*~*~ (outnumbered).
 16669 | D:5      | 16669 ||| Stepping ~*~*~tactically~*~*~ (outnumbered).
 16671 | D:5      | 16671 ||| Stepping ~*~*~tactically~*~*~ (outnumbered).
 16673 | D:5      | 16673 ||| Stepping ~*~*~tactically~*~*~ (outnumbered).
 16675 | D:5      | 16675 ||| Stepping ~*~*~tactically~*~*~ (outnumbered).
 16677 | D:5      | 16677 ||| Stepping ~*~*~tactically~*~*~ (outnumbered).
 16680 | D:5      | 16680 ||| Stepping ~*~*~tactically~*~*~ (outnumbered).
 16682 | D:5      | 16682 ||| Stepping ~*~*~tactically~*~*~ (outnumbered).
 16684 | D:5      | 16684 ||| Stepping ~*~*~tactically~*~*~ (outnumbered).
 16686 | D:5      | 16686 ||| Stepping ~*~*~tactically~*~*~ (outnumbered).
 16688 | D:5      | 16688 ||| Stepping ~*~*~tactically~*~*~ (outnumbered).
 16690 | D:5      | 16690 ||| Stepping ~*~*~tactically~*~*~ (outnumbered).
 16692 | D:5      | 16692 ||| Stepping ~*~*~tactically~*~*~ (outnumbered).
 16694 | D:5      | 16694 ||| Stepping ~*~*~tactically~*~*~ (outnumbered).
 16696 | D:5      | 16696 ||| Stepping ~*~*~tactically~*~*~ (outnumbered).
 16700 | D:5      | 16700 ||| Stepping ~*~*~tactically~*~*~ (outnumbered).
 16702 | D:5      | 16702 ||| Stepping ~*~*~tactically~*~*~ (outnumbered).
 16704 | D:5      | 16704 ||| Stepping ~*~*~tactically~*~*~ (outnumbered).
 16706 | D:5      | 16706 ||| Stepping ~*~*~tactically~*~*~ (outnumbered).
 16708 | D:5      | 16708 ||| Stepping ~*~*~tactically~*~*~ (outnumbered).
 16712 | D:5      | 16712 ||| Stepping ~*~*~tactically~*~*~ (outnumbered).
 16715 | D:5      | 16715 ||| Stepping ~*~*~tactically~*~*~ (outnumbered).
 16717 | D:5      | 16717 ||| Stepping ~*~*~tactically~*~*~ (outnumbered).
 16719 | D:5      | 16719 ||| Stepping ~*~*~tactically~*~*~ (outnumbered).
 16721 | D:5      | 16721 ||| Stepping ~*~*~tactically~*~*~ (outnumbered).
 16723 | D:5      | 16723 ||| Stepping ~*~*~tactically~*~*~ (outnumbered).
 16725 | D:5      | 16725 ||| Stepping ~*~*~tactically~*~*~ (outnumbered).
 16727 | D:5      | 16727 ||| Stepping ~*~*~tactically~*~*~ (outnumbered).
 16729 | D:5      | 16729 ||| Stepping ~*~*~tactically~*~*~ (outnumbered).
 16731 | D:5      | 16731 ||| Stepping ~*~*~tactically~*~*~ (outnumbered).
 16733 | D:5      | 16733 ||| Stepping ~*~*~tactically~*~*~ (outnumbered).
 16735 | D:5      | 16735 ||| Stepping ~*~*~tactically~*~*~ (outnumbered).
 16737 | D:5      | 16737 ||| Stepping ~*~*~tactically~*~*~ (outnumbered).
 16739 | D:5      | 16739 ||| Stepping ~*~*~tactically~*~*~ (outnumbered).
 16741 | D:5      | 16741 ||| Stepping ~*~*~tactically~*~*~ (outnumbered).
 16744 | D:5      | 16744 ||| Stepping ~*~*~tactically~*~*~ (outnumbered).
 16746 | D:5      | 16746 ||| Stepping ~*~*~tactically~*~*~ (outnumbered).
 16749 | D:5      | 16749 ||| Stepping ~*~*~tactically~*~*~ (outnumbered).
 16751 | D:5      | 16751 ||| Stepping ~*~*~tactically~*~*~ (outnumbered).
 16753 | D:5      | 16753 ||| Stepping ~*~*~tactically~*~*~ (outnumbered).
 16755 | D:5      | 16755 ||| Stepping ~*~*~tactically~*~*~ (outnumbered).
 16757 | D:5      | 16757 ||| Stepping ~*~*~tactically~*~*~ (outnumbered).
 16761 | D:5      | 16761 ||| Stepping ~*~*~tactically~*~*~ (outnumbered).
 16765 | D:5      | 16765 ||| Stepping ~*~*~tactically~*~*~ (outnumbered).
 16767 | D:5      | 16767 ||| Stepping ~*~*~tactically~*~*~ (outnumbered).
 16769 | D:5      | 16769 ||| Stepping ~*~*~tactically~*~*~ (outnumbered).
 16771 | D:5      | 16771 ||| Stepping ~*~*~tactically~*~*~ (outnumbered).
 16773 | D:5      | 16773 ||| Stepping ~*~*~tactically~*~*~ (outnumbered).
 16775 | D:5      | 16775 ||| Stepping ~*~*~tactically~*~*~ (outnumbered).
 16777 | D:5      | 16777 ||| Stepping ~*~*~tactically~*~*~ (outnumbered).
 16779 | D:5      | 16779 ||| Stepping ~*~*~tactically~*~*~ (outnumbered).
 16781 | D:5      | 16781 ||| Stepping ~*~*~tactically~*~*~ (outnumbered).
 16783 | D:5      | 16783 ||| Stepping ~*~*~tactically~*~*~ (outnumbered).
 16785 | D:5      | 16785 ||| Stepping ~*~*~tactically~*~*~ (outnumbered).
 16787 | D:5      | 16787 ||| Stepping ~*~*~tactically~*~*~ (outnumbered).
 16789 | D:5      | 16789 ||| Stepping ~*~*~tactically~*~*~ (outnumbered).
 16791 | D:5      | 16791 ||| Stepping ~*~*~tactically~*~*~ (outnumbered).
 16793 | D:5      | 16793 ||| Stepping ~*~*~tactically~*~*~ (outnumbered).
 16795 | D:5      | 16795 ||| Stepping ~*~*~tactically~*~*~ (outnumbered).
 16797 | D:5      | 16797 ||| Stepping ~*~*~tactically~*~*~ (outnumbered).
 16799 | D:5      | 16799 ||| Stepping ~*~*~tactically~*~*~ (outnumbered).
 16803 | D:5      | 16803 ||| Stepping ~*~*~tactically~*~*~ (outnumbered).
 16805 | D:5      | 16805 ||| Stepping ~*~*~tactically~*~*~ (outnumbered).
 16807 | D:5      | 16807 ||| Stepping ~*~*~tactically~*~*~ (outnumbered).
 16809 | D:5      | 16809 ||| Stepping ~*~*~tactically~*~*~ (outnumbered).
 16811 | D:5      | 16811 ||| Stepping ~*~*~tactically~*~*~ (outnumbered).
 16813 | D:5      | 16813 ||| Stepping ~*~*~tactically~*~*~ (outnumbered).
 16815 | D:5      | 16815 ||| Stepping ~*~*~tactically~*~*~ (outnumbered).
 16819 | D:5      | 16819 ||| Stepping ~*~*~tactically~*~*~ (outnumbered).
 16821 | D:5      | 16821 ||| Stepping ~*~*~tactically~*~*~ (outnumbered).
 16823 | D:5      | 16823 ||| Stepping ~*~*~tactically~*~*~ (outnumbered).
 16825 | D:5      | 16825 ||| Stepping ~*~*~tactically~*~*~ (outnumbered).
 16827 | D:5      | 16827 ||| Stepping ~*~*~tactically~*~*~ (outnumbered).
 16829 | D:5      | 16829 ||| Stepping ~*~*~tactically~*~*~ (outnumbered).
 16831 | D:5      | 16831 ||| Stepping ~*~*~tactically~*~*~ (outnumbered).
 16833 | D:5      | 16833 ||| Stepping ~*~*~tactically~*~*~ (outnumbered).
 16835 | D:5      | 16835 ||| Stepping ~*~*~tactically~*~*~ (outnumbered).
 16837 | D:5      | 16837 ||| Stepping ~*~*~tactically~*~*~ (outnumbered).
 16839 | D:5      | 16839 ||| Stepping ~*~*~tactically~*~*~ (outnumbered).
 16841 | D:5      | 16841 ||| Stepping ~*~*~tactically~*~*~ (outnumbered).
 16843 | D:5      | 16843 ||| Stepping ~*~*~tactically~*~*~ (outnumbered).
 16845 | D:5      | 16845 ||| Stepping ~*~*~tactically~*~*~ (outnumbered).
 16847 | D:5      | 16847 ||| Stepping ~*~*~tactically~*~*~ (outnumbered).
 16849 | D:5      | 16849 ||| Stepping ~*~*~tactically~*~*~ (outnumbered).
 16851 | D:5      | 16851 ||| Stepping ~*~*~tactically~*~*~ (outnumbered).
 16853 | D:5      | 16853 ||| Stepping ~*~*~tactically~*~*~ (outnumbered).
 16855 | D:5      | 16855 ||| Stepping ~*~*~tactically~*~*~ (outnumbered).
 16857 | D:5      | 16857 ||| Stepping ~*~*~tactically~*~*~ (outnumbered).
 16859 | D:5      | 16859 ||| Stepping ~*~*~tactically~*~*~ (outnumbered).
 16861 | D:5      | 16861 ||| Stepping ~*~*~tactically~*~*~ (outnumbered).
 16863 | D:5      | 16863 ||| Stepping ~*~*~tactically~*~*~ (outnumbered).
 16865 | D:5      | 16865 ||| Stepping ~*~*~tactically~*~*~ (outnumbered).
 16867 | D:5      | 16867 ||| Stepping ~*~*~tactically~*~*~ (outnumbered).
 16869 | D:5      | 16869 ||| Stepping ~*~*~tactically~*~*~ (outnumbered).
 16872 | D:5      | 16872 ||| Stepping ~*~*~tactically~*~*~ (outnumbered).
 16874 | D:5      | 16874 ||| Stepping ~*~*~tactically~*~*~ (outnumbered).
 16876 | D:5      | 16876 ||| Stepping ~*~*~tactically~*~*~ (outnumbered).
 16878 | D:5      | 16878 ||| Stepping ~*~*~tactically~*~*~ (outnumbered).
 16880 | D:5      | 16880 ||| Stepping ~*~*~tactically~*~*~ (outnumbered).
 16882 | D:5      | 16882 ||| Stepping ~*~*~tactically~*~*~ (outnumbered).
 16884 | D:5      | 16884 ||| Stepping ~*~*~tactically~*~*~ (outnumbered).
 16886 | D:5      | 16886 ||| Stepping ~*~*~tactically~*~*~ (outnumbered).
 16888 | D:5      | 16888 ||| Stepping ~*~*~tactically~*~*~ (outnumbered).
 16890 | D:5      | 16890 ||| Stepping ~*~*~tactically~*~*~ (outnumbered).
 16892 | D:5      | 16892 ||| Stepping ~*~*~tactically~*~*~ (outnumbered).
 16894 | D:5      | 16894 ||| Stepping ~*~*~tactically~*~*~ (outnumbered).
 16896 | D:5      | 16896 ||| Stepping ~*~*~tactically~*~*~ (outnumbered).
 16898 | D:5      | 16898 ||| Stepping ~*~*~tactically~*~*~ (outnumbered).
 16900 | D:5      | 16900 ||| Stepping ~*~*~tactically~*~*~ (outnumbered).
 16902 | D:5      | 16902 ||| Stepping ~*~*~tactically~*~*~ (outnumbered).
 16904 | D:5      | 16904 ||| Stepping ~*~*~tactically~*~*~ (outnumbered).
 16906 | D:5      | 16906 ||| Stepping ~*~*~tactically~*~*~ (outnumbered).
 16908 | D:5      | 16908 ||| Stepping ~*~*~tactically~*~*~ (outnumbered).
 16910 | D:5      | 16910 ||| Stepping ~*~*~tactically~*~*~ (outnumbered).
 16912 | D:5      | 16912 ||| Stepping ~*~*~tactically~*~*~ (outnumbered).
 16914 | D:5      | 16914 ||| Stepping ~*~*~tactically~*~*~ (outnumbered).
 16916 | D:5      | 16916 ||| Stepping ~*~*~tactically~*~*~ (outnumbered).
 16918 | D:5      | 16918 ||| Stepping ~*~*~tactically~*~*~ (outnumbered).
 16920 | D:5      | 16920 ||| Stepping ~*~*~tactically~*~*~ (outnumbered).
 16922 | D:5      | 16922 ||| Stepping ~*~*~tactically~*~*~ (outnumbered).
 16924 | D:5      | 16924 ||| Stepping ~*~*~tactically~*~*~ (outnumbered).
 16926 | D:5      | 16926 ||| Stepping ~*~*~tactically~*~*~ (outnumbered).
 16928 | D:5      | 16928 ||| Stepping ~*~*~tactically~*~*~ (outnumbered).
 16930 | D:5      | 16930 ||| Stepping ~*~*~tactically~*~*~ (outnumbered).
 16932 | D:5      | 16932 ||| Stepping ~*~*~tactically~*~*~ (outnumbered).
 16936 | D:5      | 16936 ||| Stepping ~*~*~tactically~*~*~ (outnumbered).
 16938 | D:5      | 16938 ||| Stepping ~*~*~tactically~*~*~ (outnumbered).
 16940 | D:5      | 16940 ||| Stepping ~*~*~tactically~*~*~ (outnumbered).
 16942 | D:5      | 16942 ||| Stepping ~*~*~tactically~*~*~ (outnumbered).
 16944 | D:5      | 16944 ||| Stepping ~*~*~tactically~*~*~ (outnumbered).
 16946 | D:5      | 16946 ||| Stepping ~*~*~tactically~*~*~ (outnumbered).
 16948 | D:5      | 16948 ||| Stepping ~*~*~tactically~*~*~ (outnumbered).
 16950 | D:5      | 16950 ||| Stepping ~*~*~tactically~*~*~ (outnumbered).
 16952 | D:5      | 16952 ||| Stepping ~*~*~tactically~*~*~ (outnumbered).
 16954 | D:5      | 16954 ||| Stepping ~*~*~tactically~*~*~ (outnumbered).
 16956 | D:5      | 16956 ||| Stepping ~*~*~tactically~*~*~ (outnumbered).
 16958 | D:5      | 16958 ||| Stepping ~*~*~tactically~*~*~ (outnumbered).
 16960 | D:5      | 16960 ||| Stepping ~*~*~tactically~*~*~ (outnumbered).
 16962 | D:5      | 16962 ||| Stepping ~*~*~tactically~*~*~ (outnumbered).
 16964 | D:5      | 16964 ||| Stepping ~*~*~tactically~*~*~ (outnumbered).
 16966 | D:5      | 16966 ||| Stepping ~*~*~tactically~*~*~ (outnumbered).
 16968 | D:5      | 16968 ||| Stepping ~*~*~tactically~*~*~ (outnumbered).
 16970 | D:5      | 16970 ||| Stepping ~*~*~tactically~*~*~ (outnumbered).
 16972 | D:5      | 16972 ||| Stepping ~*~*~tactically~*~*~ (outnumbered).
 16974 | D:5      | 16974 ||| Stepping ~*~*~tactically~*~*~ (outnumbered).
 16976 | D:5      | 16976 ||| Stepping ~*~*~tactically~*~*~ (outnumbered).
 16978 | D:5      | 16978 ||| Stepping ~*~*~tactically~*~*~ (outnumbered).
 16980 | D:5      | 16980 ||| Stepping ~*~*~tactically~*~*~ (outnumbered).
 16982 | D:5      | 16982 ||| Stepping ~*~*~tactically~*~*~ (outnumbered).
 16984 | D:5      | 16984 ||| Stepping ~*~*~tactically~*~*~ (outnumbered).
 16986 | D:5      | 16986 ||| Stepping ~*~*~tactically~*~*~ (outnumbered).
 16988 | D:5      | 16988 ||| Stepping ~*~*~tactically~*~*~ (outnumbered).
 16990 | D:5      | 16990 ||| Stepping ~*~*~tactically~*~*~ (outnumbered).
 16992 | D:5      | 16992 ||| Stepping ~*~*~tactically~*~*~ (outnumbered).
 16994 | D:5      | 16994 ||| Stepping ~*~*~tactically~*~*~ (outnumbered).
 16997 | D:5      | 16997 ||| Stepping ~*~*~tactically~*~*~ (outnumbered).
 16999 | D:5      | 16999 ||| Stepping ~*~*~tactically~*~*~ (outnumbered).
 17001 | D:5      | 17001 ||| Stepping ~*~*~tactically~*~*~ (outnumbered).
 17003 | D:5      | 17003 ||| Stepping ~*~*~tactically~*~*~ (outnumbered).
 17005 | D:5      | 17005 ||| Stepping ~*~*~tactically~*~*~ (outnumbered).
 17007 | D:5      | 17007 ||| Stepping ~*~*~tactically~*~*~ (outnumbered).
 17009 | D:5      | 17009 ||| Stepping ~*~*~tactically~*~*~ (outnumbered).
 17012 | D:5      | 17012 ||| Stepping ~*~*~tactically~*~*~ (outnumbered).
 17014 | D:5      | 17014 ||| Stepping ~*~*~tactically~*~*~ (outnumbered).
 17016 | D:5      | 17016 ||| Stepping ~*~*~tactically~*~*~ (outnumbered).
 17018 | D:5      | 17018 ||| Stepping ~*~*~tactically~*~*~ (outnumbered).
 17020 | D:5      | 17020 ||| Stepping ~*~*~tactically~*~*~ (outnumbered).
 17022 | D:5      | 17022 ||| Stepping ~*~*~tactically~*~*~ (outnumbered).
 17024 | D:5      | 17024 ||| Stepping ~*~*~tactically~*~*~ (outnumbered).
 17026 | D:5      | 17026 ||| Stepping ~*~*~tactically~*~*~ (outnumbered).
 17028 | D:5      | 17028 ||| Stepping ~*~*~tactically~*~*~ (outnumbered).
 17030 | D:5      | 17030 ||| Stepping ~*~*~tactically~*~*~ (outnumbered).
 17034 | D:5      | 17034 ||| Stepping ~*~*~tactically~*~*~ (outnumbered).
 17036 | D:5      | 17036 ||| Stepping ~*~*~tactically~*~*~ (outnumbered).
 17038 | D:5      | 17038 ||| Stepping ~*~*~tactically~*~*~ (outnumbered).
 17040 | D:5      | 17040 ||| Stepping ~*~*~tactically~*~*~ (outnumbered).
 17042 | D:5      | 17042 ||| Stepping ~*~*~tactically~*~*~ (outnumbered).
 17044 | D:5      | 17044 ||| Stepping ~*~*~tactically~*~*~ (outnumbered).
 17047 | D:5      | 17047 ||| Stepping ~*~*~tactically~*~*~ (outnumbered).
 17049 | D:5      | 17049 ||| Stepping ~*~*~tactically~*~*~ (outnumbered).
 17051 | D:5      | 17051 ||| Stepping ~*~*~tactically~*~*~ (outnumbered).
 17053 | D:5      | 17053 ||| Stepping ~*~*~tactically~*~*~ (outnumbered).
 17055 | D:5      | 17055 ||| Stepping ~*~*~tactically~*~*~ (outnumbered).
 17059 | D:5      | 17059 ||| Stepping ~*~*~tactically~*~*~ (outnumbered).
 17061 | D:5      | 17061 ||| Stepping ~*~*~tactically~*~*~ (outnumbered).
 17063 | D:5      | 17063 ||| Stepping ~*~*~tactically~*~*~ (outnumbered).
 17065 | D:5      | 17065 ||| Stepping ~*~*~tactically~*~*~ (outnumbered).
 17067 | D:5      | 17067 ||| Stepping ~*~*~tactically~*~*~ (outnumbered).
 17069 | D:5      | 17069 ||| Stepping ~*~*~tactically~*~*~ (outnumbered).
 17071 | D:5      | 17071 ||| Stepping ~*~*~tactically~*~*~ (outnumbered).
 17073 | D:5      | 17073 ||| Stepping ~*~*~tactically~*~*~ (outnumbered).
 17076 | D:5      | 17076 ||| Stepping ~*~*~tactically~*~*~ (outnumbered).
 17078 | D:5      | 17078 ||| Stepping ~*~*~tactically~*~*~ (outnumbered).
 17080 | D:5      | 17080 ||| Stepping ~*~*~tactically~*~*~ (outnumbered).
 17082 | D:5      | 17082 ||| Stepping ~*~*~tactically~*~*~ (outnumbered).
 17084 | D:5      | 17084 ||| Stepping ~*~*~tactically~*~*~ (outnumbered).
 17086 | D:5      | 17086 ||| Stepping ~*~*~tactically~*~*~ (outnumbered).
 17088 | D:5      | 17088 ||| Stepping ~*~*~tactically~*~*~ (outnumbered).
 17090 | D:5      | 17090 ||| Stepping ~*~*~tactically~*~*~ (outnumbered).
 17092 | D:5      | 17092 ||| Stepping ~*~*~tactically~*~*~ (outnumbered).
 17094 | D:5      | 17094 ||| Stepping ~*~*~tactically~*~*~ (outnumbered).
 17096 | D:5      | 17096 ||| Stepping ~*~*~tactically~*~*~ (outnumbered).
 17098 | D:5      | 17098 ||| Stepping ~*~*~tactically~*~*~ (outnumbered).
 17100 | D:5      | 17100 ||| Stepping ~*~*~tactically~*~*~ (outnumbered).
 17102 | D:5      | 17102 ||| Stepping ~*~*~tactically~*~*~ (outnumbered).
 17104 | D:5      | 17104 ||| Stepping ~*~*~tactically~*~*~ (outnumbered).
 17106 | D:5      | 17106 ||| Stepping ~*~*~tactically~*~*~ (outnumbered).
 17109 | D:5      | 17109 ||| Stepping ~*~*~tactically~*~*~ (outnumbered).
 17111 | D:5      | 17111 ||| Stepping ~*~*~tactically~*~*~ (outnumbered).
 17113 | D:5      | 17113 ||| Stepping ~*~*~tactically~*~*~ (outnumbered).
 17115 | D:5      | 17115 ||| Stepping ~*~*~tactically~*~*~ (outnumbered).
 17117 | D:5      | 17117 ||| Stepping ~*~*~tactically~*~*~ (outnumbered).
 17119 | D:5      | 17119 ||| Stepping ~*~*~tactically~*~*~ (outnumbered).
 17121 | D:5      | 17121 ||| Stepping ~*~*~tactically~*~*~ (outnumbered).
 17123 | D:5      | 17123 ||| Stepping ~*~*~tactically~*~*~ (outnumbered).
 17125 | D:5      | 17125 ||| Stepping ~*~*~tactically~*~*~ (outnumbered).
 17127 | D:5      | 17127 ||| Stepping ~*~*~tactically~*~*~ (outnumbered).
 17129 | D:5      | 17129 ||| Stepping ~*~*~tactically~*~*~ (outnumbered).
 17131 | D:5      | 17131 ||| Stepping ~*~*~tactically~*~*~ (outnumbered).
 17133 | D:5      | 17133 ||| Stepping ~*~*~tactically~*~*~ (outnumbered).
 17135 | D:5      | 17135 ||| Stepping ~*~*~tactically~*~*~ (outnumbered).
 17137 | D:5      | 17137 ||| Stepping ~*~*~tactically~*~*~ (outnumbered).
 17139 | D:5      | 17139 ||| Stepping ~*~*~tactically~*~*~ (outnumbered).
 17141 | D:5      | 17141 ||| Stepping ~*~*~tactically~*~*~ (outnumbered).
 17143 | D:5      | 17143 ||| Stepping ~*~*~tactically~*~*~ (outnumbered).
 17145 | D:5      | 17145 ||| Stepping ~*~*~tactically~*~*~ (outnumbered).
 17147 | D:5      | 17147 ||| Stepping ~*~*~tactically~*~*~ (outnumbered).
 17149 | D:5      | 17149 ||| Stepping ~*~*~tactically~*~*~ (outnumbered).
 17151 | D:5      | 17151 ||| Stepping ~*~*~tactically~*~*~ (outnumbered).
 17153 | D:5      | 17153 ||| Stepping ~*~*~tactically~*~*~ (outnumbered).
 17155 | D:5      | 17155 ||| Stepping ~*~*~tactically~*~*~ (outnumbered).
 17157 | D:5      | 17157 ||| Stepping ~*~*~tactically~*~*~ (outnumbered).
 17159 | D:5      | 17159 ||| Stepping ~*~*~tactically~*~*~ (outnumbered).
 17161 | D:5      | 17161 ||| Stepping ~*~*~tactically~*~*~ (outnumbered).
 17163 | D:5      | 17163 ||| Stepping ~*~*~tactically~*~*~ (outnumbered).
 17165 | D:5      | 17165 ||| Stepping ~*~*~tactically~*~*~ (outnumbered).
 17168 | D:5      | 17168 ||| Stepping ~*~*~tactically~*~*~ (outnumbered).
 17170 | D:5      | 17170 ||| Stepping ~*~*~tactically~*~*~ (outnumbered).
 17172 | D:5      | 17172 ||| Stepping ~*~*~tactically~*~*~ (outnumbered).
 17174 | D:5      | 17174 ||| Stepping ~*~*~tactically~*~*~ (outnumbered).
 17176 | D:5      | 17176 ||| Stepping ~*~*~tactically~*~*~ (outnumbered).
 17178 | D:5      | 17178 ||| Stepping ~*~*~tactically~*~*~ (outnumbered).
 17180 | D:5      | 17180 ||| Stepping ~*~*~tactically~*~*~ (outnumbered).
 17182 | D:5      | 17182 ||| Stepping ~*~*~tactically~*~*~ (outnumbered).
 17184 | D:5      | 17184 ||| Stepping ~*~*~tactically~*~*~ (outnumbered).
 17186 | D:5      | 17186 ||| Stepping ~*~*~tactically~*~*~ (outnumbered).
 17188 | D:5      | 17188 ||| Stepping ~*~*~tactically~*~*~ (outnumbered).
 17190 | D:5      | 17190 ||| Stepping ~*~*~tactically~*~*~ (outnumbered).
 17192 | D:5      | 17192 ||| Stepping ~*~*~tactically~*~*~ (outnumbered).
 17194 | D:5      | 17194 ||| Stepping ~*~*~tactically~*~*~ (outnumbered).
 17198 | D:5      | 17198 ||| Stepping ~*~*~tactically~*~*~ (outnumbered).
 17200 | D:5      | 17200 ||| Stepping ~*~*~tactically~*~*~ (outnumbered).
 17202 | D:5      | 17202 ||| Stepping ~*~*~tactically~*~*~ (outnumbered).
 17204 | D:5      | 17204 ||| Stepping ~*~*~tactically~*~*~ (outnumbered).
 17206 | D:5      | 17206 ||| Stepping ~*~*~tactically~*~*~ (outnumbered).
 17208 | D:5      | 17208 ||| Stepping ~*~*~tactically~*~*~ (outnumbered).
 17210 | D:5      | 17210 ||| Stepping ~*~*~tactically~*~*~ (outnumbered).
 17212 | D:5      | 17212 ||| Stepping ~*~*~tactically~*~*~ (outnumbered).
 17214 | D:5      | 17214 ||| Stepping ~*~*~tactically~*~*~ (outnumbered).
 17216 | D:5      | 17216 ||| Stepping ~*~*~tactically~*~*~ (outnumbered).
 17218 | D:5      | 17218 ||| Stepping ~*~*~tactically~*~*~ (outnumbered).
 17220 | D:5      | 17220 ||| Stepping ~*~*~tactically~*~*~ (outnumbered).
 17222 | D:5      | 17222 ||| Stepping ~*~*~tactically~*~*~ (outnumbered).
 17226 | D:5      | 17226 ||| Stepping ~*~*~tactically~*~*~ (outnumbered).
 17228 | D:5      | 17228 ||| Stepping ~*~*~tactically~*~*~ (outnumbered).
 17230 | D:5      | 17230 ||| Stepping ~*~*~tactically~*~*~ (outnumbered).
 17232 | D:5      | 17232 ||| Stepping ~*~*~tactically~*~*~ (outnumbered).
 17234 | D:5      | 17234 ||| Stepping ~*~*~tactically~*~*~ (outnumbered).
 17236 | D:5      | 17236 ||| Stepping ~*~*~tactically~*~*~ (outnumbered).
 17238 | D:5      | 17238 ||| Stepping ~*~*~tactically~*~*~ (outnumbered).
 17240 | D:5      | 17240 ||| Stepping ~*~*~tactically~*~*~ (outnumbered).
 17242 | D:5      | 17242 ||| Stepping ~*~*~tactically~*~*~ (outnumbered).
 17244 | D:5      | 17244 ||| Stepping ~*~*~tactically~*~*~ (outnumbered).
 17246 | D:5      | 17246 ||| Stepping ~*~*~tactically~*~*~ (outnumbered).
 17248 | D:5      | 17248 ||| Stepping ~*~*~tactically~*~*~ (outnumbered).
 17250 | D:5      | 17250 ||| Stepping ~*~*~tactically~*~*~ (outnumbered).
 17252 | D:5      | 17252 ||| Stepping ~*~*~tactically~*~*~ (outnumbered).
 17254 | D:5      | 17254 ||| Stepping ~*~*~tactically~*~*~ (outnumbered).
 17256 | D:5      | 17256 ||| Stepping ~*~*~tactically~*~*~ (outnumbered).
 17258 | D:5      | 17258 ||| Stepping ~*~*~tactically~*~*~ (outnumbered).
 17260 | D:5      | 17260 ||| Stepping ~*~*~tactically~*~*~ (outnumbered).
 17262 | D:5      | 17262 ||| Stepping ~*~*~tactically~*~*~ (outnumbered).
 17264 | D:5      | 17264 ||| Stepping ~*~*~tactically~*~*~ (outnumbered).
 17266 | D:5      | 17266 ||| Stepping ~*~*~tactically~*~*~ (outnumbered).
 17268 | D:5      | 17268 ||| Stepping ~*~*~tactically~*~*~ (outnumbered).
 17270 | D:5      | 17270 ||| Stepping ~*~*~tactically~*~*~ (outnumbered).
 17273 | D:5      | 17273 ||| Stepping ~*~*~tactically~*~*~ (outnumbered).
 17275 | D:5      | 17275 ||| Stepping ~*~*~tactically~*~*~ (outnumbered).
 17277 | D:5      | 17277 ||| Stepping ~*~*~tactically~*~*~ (outnumbered).
 17279 | D:5      | 17279 ||| Stepping ~*~*~tactically~*~*~ (outnumbered).
 17281 | D:5      | 17281 ||| Stepping ~*~*~tactically~*~*~ (outnumbered).
 17283 | D:5      | 17283 ||| Stepping ~*~*~tactically~*~*~ (outnumbered).
 17285 | D:5      | 17285 ||| Stepping ~*~*~tactically~*~*~ (outnumbered).
 17287 | D:5      | 17287 ||| Stepping ~*~*~tactically~*~*~ (outnumbered).
 17289 | D:5      | 17289 ||| Stepping ~*~*~tactically~*~*~ (outnumbered).
 17291 | D:5      | 17291 ||| Stepping ~*~*~tactically~*~*~ (outnumbered).
 17293 | D:5      | 17293 ||| Stepping ~*~*~tactically~*~*~ (outnumbered).
 17295 | D:5      | 17295 ||| Stepping ~*~*~tactically~*~*~ (outnumbered).
 17297 | D:5      | 17297 ||| Stepping ~*~*~tactically~*~*~ (outnumbered).
 17299 | D:5      | 17299 ||| Stepping ~*~*~tactically~*~*~ (outnumbered).
 17301 | D:5      | 17301 ||| Stepping ~*~*~tactically~*~*~ (outnumbered).
 17303 | D:5      | 17303 ||| Stepping ~*~*~tactically~*~*~ (outnumbered).
 17305 | D:5      | 17305 ||| Stepping ~*~*~tactically~*~*~ (outnumbered).
 17307 | D:5      | 17307 ||| Stepping ~*~*~tactically~*~*~ (outnumbered).
 17309 | D:5      | 17309 ||| Stepping ~*~*~tactically~*~*~ (outnumbered).
 17311 | D:5      | 17311 ||| Stepping ~*~*~tactically~*~*~ (outnumbered).
 17313 | D:5      | 17313 ||| Stepping ~*~*~tactically~*~*~ (outnumbered).
 17315 | D:5      | 17315 ||| Stepping ~*~*~tactically~*~*~ (outnumbered).
 17317 | D:5      | 17317 ||| Stepping ~*~*~tactically~*~*~ (outnumbered).
 17319 | D:5      | 17319 ||| Stepping ~*~*~tactically~*~*~ (outnumbered).
 17321 | D:5      | 17321 ||| Stepping ~*~*~tactically~*~*~ (outnumbered).
 17323 | D:5      | 17323 ||| Stepping ~*~*~tactically~*~*~ (outnumbered).
 17325 | D:5      | 17325 ||| Stepping ~*~*~tactically~*~*~ (outnumbered).
 17327 | D:5      | 17327 ||| Stepping ~*~*~tactically~*~*~ (outnumbered).
 17329 | D:5      | 17329 ||| Stepping ~*~*~tactically~*~*~ (outnumbered).
 17332 | D:5      | 17332 ||| Stepping ~*~*~tactically~*~*~ (outnumbered).
 17334 | D:5      | 17334 ||| Stepping ~*~*~tactically~*~*~ (outnumbered).
 17336 | D:5      | 17336 ||| Stepping ~*~*~tactically~*~*~ (outnumbered).
 17338 | D:5      | 17338 ||| Stepping ~*~*~tactically~*~*~ (outnumbered).
 17340 | D:5      | 17340 ||| Stepping ~*~*~tactically~*~*~ (outnumbered).
 17342 | D:5      | 17342 ||| Stepping ~*~*~tactically~*~*~ (outnumbered).
 17344 | D:5      | 17344 ||| Stepping ~*~*~tactically~*~*~ (outnumbered).
 17348 | D:5      | 17348 ||| Stepping ~*~*~tactically~*~*~ (outnumbered).
 17350 | D:5      | 17350 ||| Stepping ~*~*~tactically~*~*~ (outnumbered).
 17352 | D:5      | 17352 ||| Stepping ~*~*~tactically~*~*~ (outnumbered).
 17354 | D:5      | 17354 ||| Stepping ~*~*~tactically~*~*~ (outnumbered).
 17356 | D:5      | 17356 ||| Stepping ~*~*~tactically~*~*~ (outnumbered).
 17358 | D:5      | 17358 ||| Stepping ~*~*~tactically~*~*~ (outnumbered).
 17360 | D:5      | 17360 ||| Stepping ~*~*~tactically~*~*~ (outnumbered).
 17363 | D:5      | 17363 ||| Stepping ~*~*~tactically~*~*~ (outnumbered).
 17365 | D:5      | 17365 ||| Stepping ~*~*~tactically~*~*~ (outnumbered).
 17367 | D:5      | 17367 ||| Stepping ~*~*~tactically~*~*~ (outnumbered).
 17369 | D:5      | 17369 ||| Stepping ~*~*~tactically~*~*~ (outnumbered).
 17371 | D:5      | 17371 ||| Stepping ~*~*~tactically~*~*~ (outnumbered).
 17373 | D:5      | 17373 ||| Stepping ~*~*~tactically~*~*~ (outnumbered).
 17375 | D:5      | 17375 ||| Stepping ~*~*~tactically~*~*~ (outnumbered).
 17377 | D:5      | 17377 ||| Stepping ~*~*~tactically~*~*~ (outnumbered).
 17379 | D:5      | 17379 ||| Stepping ~*~*~tactically~*~*~ (outnumbered).
 17383 | D:5      | 17383 ||| Stepping ~*~*~tactically~*~*~ (outnumbered).
 17385 | D:5      | 17385 ||| Stepping ~*~*~tactically~*~*~ (outnumbered).
 17387 | D:5      | 17387 ||| Stepping ~*~*~tactically~*~*~ (outnumbered).
 17389 | D:5      | 17389 ||| Stepping ~*~*~tactically~*~*~ (outnumbered).
 17391 | D:5      | 17391 ||| Stepping ~*~*~tactically~*~*~ (outnumbered).
 17393 | D:5      | 17393 ||| Stepping ~*~*~tactically~*~*~ (outnumbered).
 17395 | D:5      | 17395 ||| Stepping ~*~*~tactically~*~*~ (outnumbered).
 17398 | D:5      | 17398 ||| Stepping ~*~*~tactically~*~*~ (outnumbered).
 17400 | D:5      | 17400 ||| Stepping ~*~*~tactically~*~*~ (outnumbered).
 17402 | D:5      | 17402 ||| Stepping ~*~*~tactically~*~*~ (outnumbered).
 17404 | D:5      | 17404 ||| Stepping ~*~*~tactically~*~*~ (outnumbered).
 17406 | D:5      | 17406 ||| Stepping ~*~*~tactically~*~*~ (outnumbered).
 17408 | D:5      | 17408 ||| Stepping ~*~*~tactically~*~*~ (outnumbered).
 17410 | D:5      | 17410 ||| Stepping ~*~*~tactically~*~*~ (outnumbered).
 17412 | D:5      | 17412 ||| Stepping ~*~*~tactically~*~*~ (outnumbered).
 17414 | D:5      | 17414 ||| Stepping ~*~*~tactically~*~*~ (outnumbered).
 17416 | D:5      | 17416 ||| Stepping ~*~*~tactically~*~*~ (outnumbered).
 17418 | D:5      | 17418 ||| Stepping ~*~*~tactically~*~*~ (outnumbered).
 17420 | D:5      | 17420 ||| Stepping ~*~*~tactically~*~*~ (outnumbered).
 17422 | D:5      | 17422 ||| Stepping ~*~*~tactically~*~*~ (outnumbered).
 17424 | D:5      | 17424 ||| Stepping ~*~*~tactically~*~*~ (outnumbered).
 17426 | D:5      | 17426 ||| Stepping ~*~*~tactically~*~*~ (outnumbered).
 17428 | D:5      | 17428 ||| Stepping ~*~*~tactically~*~*~ (outnumbered).
 17430 | D:5      | 17430 ||| Stepping ~*~*~tactically~*~*~ (outnumbered).
 17432 | D:5      | 17432 ||| Stepping ~*~*~tactically~*~*~ (outnumbered).
 17434 | D:5      | 17434 ||| Stepping ~*~*~tactically~*~*~ (outnumbered).
 17436 | D:5      | 17436 ||| Stepping ~*~*~tactically~*~*~ (outnumbered).
 17438 | D:5      | 17438 ||| Stepping ~*~*~tactically~*~*~ (outnumbered).
 17440 | D:5      | 17440 ||| Stepping ~*~*~tactically~*~*~ (outnumbered).
 17442 | D:5      | 17442 ||| Stepping ~*~*~tactically~*~*~ (outnumbered).
 17444 | D:5      | 17444 ||| Stepping ~*~*~tactically~*~*~ (outnumbered).
 17446 | D:5      | 17446 ||| Stepping ~*~*~tactically~*~*~ (outnumbered).
 17448 | D:5      | 17448 ||| Stepping ~*~*~tactically~*~*~ (outnumbered).
 17450 | D:5      | 17450 ||| Stepping ~*~*~tactically~*~*~ (outnumbered).
 17452 | D:5      | 17452 ||| Stepping ~*~*~tactically~*~*~ (outnumbered).
 17454 | D:5      | 17454 ||| Stepping ~*~*~tactically~*~*~ (outnumbered).
 17456 | D:5      | 17456 ||| Stepping ~*~*~tactically~*~*~ (outnumbered).
 17458 | D:5      | 17458 ||| Stepping ~*~*~tactically~*~*~ (outnumbered).
 17460 | D:5      | 17460 ||| Stepping ~*~*~tactically~*~*~ (outnumbered).
 17462 | D:5      | 17462 ||| Stepping ~*~*~tactically~*~*~ (outnumbered).
 17464 | D:5      | 17464 ||| Stepping ~*~*~tactically~*~*~ (outnumbered).
 17466 | D:5      | 17466 ||| Stepping ~*~*~tactically~*~*~ (outnumbered).
 17468 | D:5      | 17468 ||| Stepping ~*~*~tactically~*~*~ (outnumbered).
 17470 | D:5      | 17470 ||| Stepping ~*~*~tactically~*~*~ (outnumbered).
 17472 | D:5      | 17472 ||| Stepping ~*~*~tactically~*~*~ (outnumbered).
 17474 | D:5      | 17474 ||| Stepping ~*~*~tactically~*~*~ (outnumbered).
 17476 | D:5      | 17476 ||| Stepping ~*~*~tactically~*~*~ (outnumbered).
 17478 | D:5      | 17478 ||| Stepping ~*~*~tactically~*~*~ (outnumbered).
 17480 | D:5      | 17480 ||| Stepping ~*~*~tactically~*~*~ (outnumbered).
 17482 | D:5      | 17482 ||| Stepping ~*~*~tactically~*~*~ (outnumbered).
 17484 | D:5      | 17484 ||| Stepping ~*~*~tactically~*~*~ (outnumbered).
 17486 | D:5      | 17486 ||| Stepping ~*~*~tactically~*~*~ (outnumbered).
 17488 | D:5      | 17488 ||| Stepping ~*~*~tactically~*~*~ (outnumbered).
 17490 | D:5      | 17490 ||| Stepping ~*~*~tactically~*~*~ (outnumbered).
 17492 | D:5      | 17492 ||| Stepping ~*~*~tactically~*~*~ (outnumbered).
 17494 | D:5      | 17494 ||| Stepping ~*~*~tactically~*~*~ (outnumbered).
 17496 | D:5      | 17496 ||| Stepping ~*~*~tactically~*~*~ (outnumbered).
 17498 | D:5      | 17498 ||| Stepping ~*~*~tactically~*~*~ (outnumbered).
 17500 | D:5      | 17500 ||| Stepping ~*~*~tactically~*~*~ (outnumbered).
 17502 | D:5      | 17502 ||| Stepping ~*~*~tactically~*~*~ (outnumbered).
 17504 | D:5      | 17504 ||| Stepping ~*~*~tactically~*~*~ (outnumbered).
 17506 | D:5      | 17506 ||| Stepping ~*~*~tactically~*~*~ (outnumbered).
 17508 | D:5      | 17508 ||| Stepping ~*~*~tactically~*~*~ (outnumbered).
 17510 | D:5      | 17510 ||| Stepping ~*~*~tactically~*~*~ (outnumbered).
 17512 | D:5      | 17512 ||| Stepping ~*~*~tactically~*~*~ (outnumbered).
 17514 | D:5      | 17514 ||| Stepping ~*~*~tactically~*~*~ (outnumbered).
 17516 | D:5      | 17516 ||| Stepping ~*~*~tactically~*~*~ (outnumbered).
 17518 | D:5      | 17518 ||| Stepping ~*~*~tactically~*~*~ (outnumbered).
 17520 | D:5      | 17520 ||| Stepping ~*~*~tactically~*~*~ (outnumbered).
 17522 | D:5      | 17522 ||| Stepping ~*~*~tactically~*~*~ (outnumbered).
 17524 | D:5      | 17524 ||| Stepping ~*~*~tactically~*~*~ (outnumbered).
 17526 | D:5      | 17526 ||| Stepping ~*~*~tactically~*~*~ (outnumbered).
 17528 | D:5      | 17528 ||| Stepping ~*~*~tactically~*~*~ (outnumbered).
 17530 | D:5      | 17530 ||| Stepping ~*~*~tactically~*~*~ (outnumbered).
 17532 | D:5      | 17532 ||| Stepping ~*~*~tactically~*~*~ (outnumbered).
 17534 | D:5      | 17534 ||| Stepping ~*~*~tactically~*~*~ (outnumbered).
 17536 | D:5      | 17536 ||| Stepping ~*~*~tactically~*~*~ (outnumbered).
 17538 | D:5      | 17538 ||| Stepping ~*~*~tactically~*~*~ (outnumbered).
 17540 | D:5      | 17540 ||| Stepping ~*~*~tactically~*~*~ (outnumbered).
 17542 | D:5      | 17542 ||| Stepping ~*~*~tactically~*~*~ (outnumbered).
 17544 | D:5      | 17544 ||| Stepping ~*~*~tactically~*~*~ (outnumbered).
 17546 | D:5      | 17546 ||| Stepping ~*~*~tactically~*~*~ (outnumbered).
 17548 | D:5      | 17548 ||| Stepping ~*~*~tactically~*~*~ (outnumbered).
 17550 | D:5      | 17550 ||| Stepping ~*~*~tactically~*~*~ (outnumbered).
 17552 | D:5      | 17552 ||| Stepping ~*~*~tactically~*~*~ (outnumbered).
 17554 | D:5      | 17554 ||| Stepping ~*~*~tactically~*~*~ (outnumbered).
 17556 | D:5      | 17556 ||| Stepping ~*~*~tactically~*~*~ (outnumbered).
 17558 | D:5      | 17558 ||| Stepping ~*~*~tactically~*~*~ (outnumbered).
 17562 | D:5      | 17562 ||| Stepping ~*~*~tactically~*~*~ (outnumbered).
 17564 | D:5      | 17564 ||| Stepping ~*~*~tactically~*~*~ (outnumbered).
 17566 | D:5      | 17566 ||| Stepping ~*~*~tactically~*~*~ (outnumbered).
 17568 | D:5      | 17568 ||| Stepping ~*~*~tactically~*~*~ (outnumbered).
 17570 | D:5      | 17570 ||| Stepping ~*~*~tactically~*~*~ (outnumbered).
 17572 | D:5      | 17572 ||| Stepping ~*~*~tactically~*~*~ (outnumbered).
 17574 | D:5      | 17574 ||| Stepping ~*~*~tactically~*~*~ (outnumbered).
 17576 | D:5      | 17576 ||| Stepping ~*~*~tactically~*~*~ (outnumbered).
 17578 | D:5      | 17578 ||| Stepping ~*~*~tactically~*~*~ (outnumbered).
 17580 | D:5      | 17580 ||| Stepping ~*~*~tactically~*~*~ (outnumbered).
 17582 | D:5      | 17582 ||| Stepping ~*~*~tactically~*~*~ (outnumbered).
 17584 | D:5      | 17584 ||| Stepping ~*~*~tactically~*~*~ (outnumbered).
 17586 | D:5      | 17586 ||| Stepping ~*~*~tactically~*~*~ (outnumbered).
 17588 | D:5      | 17588 ||| Stepping ~*~*~tactically~*~*~ (outnumbered).
 17590 | D:5      | 17590 ||| Stepping ~*~*~tactically~*~*~ (outnumbered).
 17592 | D:5      | 17592 ||| Stepping ~*~*~tactically~*~*~ (outnumbered).
 17595 | D:5      | 17595 ||| Stepping ~*~*~tactically~*~*~ (outnumbered).
 17597 | D:5      | 17597 ||| Stepping ~*~*~tactically~*~*~ (outnumbered).
 17599 | D:5      | 17599 ||| Stepping ~*~*~tactically~*~*~ (outnumbered).
 17603 | D:5      | 17603 ||| Stepping ~*~*~tactically~*~*~ (outnumbered).
 17605 | D:5      | 17605 ||| Stepping ~*~*~tactically~*~*~ (outnumbered).
 17607 | D:5      | 17607 ||| Stepping ~*~*~tactically~*~*~ (outnumbered).
 17609 | D:5      | 17609 ||| Stepping ~*~*~tactically~*~*~ (outnumbered).
 17613 | D:5      | 17613 ||| Stepping ~*~*~tactically~*~*~ (outnumbered).
 17615 | D:5      | 17615 ||| Stepping ~*~*~tactically~*~*~ (outnumbered).
 17617 | D:5      | 17617 ||| Stepping ~*~*~tactically~*~*~ (outnumbered).
 17622 | D:5      | 17622 ||| Stepping ~*~*~tactically~*~*~ (outnumbered).
 17624 | D:5      | 17624 ||| Stepping ~*~*~tactically~*~*~ (outnumbered).
 17627 | D:5      | 17627 ||| Stepping ~*~*~tactically~*~*~ (outnumbered).
 17629 | D:5      | 17629 ||| Stepping ~*~*~tactically~*~*~ (outnumbered).
 17631 | D:5      | 17631 ||| Stepping ~*~*~tactically~*~*~ (outnumbered).
 17633 | D:5      | 17633 ||| Stepping ~*~*~tactically~*~*~ (outnumbered).
 17635 | D:5      | 17635 ||| Stepping ~*~*~tactically~*~*~ (outnumbered).
 17637 | D:5      | 17637 ||| Stepping ~*~*~tactically~*~*~ (outnumbered).
 17639 | D:5      | 17639 ||| Stepping ~*~*~tactically~*~*~ (outnumbered).
 17641 | D:5      | 17641 ||| Stepping ~*~*~tactically~*~*~ (outnumbered).
 17643 | D:5      | 17643 ||| Stepping ~*~*~tactically~*~*~ (outnumbered).
 17645 | D:5      | 17645 ||| Stepping ~*~*~tactically~*~*~ (outnumbered).
 17647 | D:5      | 17647 ||| Stepping ~*~*~tactically~*~*~ (outnumbered).
 17649 | D:5      | 17649 ||| Stepping ~*~*~tactically~*~*~ (outnumbered).
 17651 | D:5      | 17651 ||| Stepping ~*~*~tactically~*~*~ (outnumbered).
 17653 | D:5      | 17653 ||| Stepping ~*~*~tactically~*~*~ (outnumbered).
 17655 | D:5      | 17655 ||| Stepping ~*~*~tactically~*~*~ (outnumbered).
 17657 | D:5      | 17657 ||| Stepping ~*~*~tactically~*~*~ (outnumbered).
 17659 | D:5      | 17659 ||| Stepping ~*~*~tactically~*~*~ (outnumbered).
 17663 | D:5      | 17663 ||| Stepping ~*~*~tactically~*~*~ (outnumbered).
 17665 | D:5      | 17665 ||| Stepping ~*~*~tactically~*~*~ (outnumbered).
 17668 | D:5      | 17668 ||| Stepping ~*~*~tactically~*~*~ (outnumbered).
 17670 | D:5      | 17670 ||| Stepping ~*~*~tactically~*~*~ (outnumbered).
 17672 | D:5      | 17672 ||| Stepping ~*~*~tactically~*~*~ (outnumbered).
 17674 | D:5      | 17674 ||| Stepping ~*~*~tactically~*~*~ (outnumbered).
 17676 | D:5      | 17676 ||| Stepping ~*~*~tactically~*~*~ (outnumbered).
 17678 | D:5      | 17678 ||| Stepping ~*~*~tactically~*~*~ (outnumbered).
 17680 | D:5      | 17680 ||| Stepping ~*~*~tactically~*~*~ (outnumbered).
 17682 | D:5      | 17682 ||| Stepping ~*~*~tactically~*~*~ (outnumbered).
 17684 | D:5      | 17684 ||| Stepping ~*~*~tactically~*~*~ (outnumbered).
 17686 | D:5      | 17686 ||| Stepping ~*~*~tactically~*~*~ (outnumbered).
 17688 | D:5      | 17688 ||| Stepping ~*~*~tactically~*~*~ (outnumbered).
 17690 | D:5      | 17690 ||| Stepping ~*~*~tactically~*~*~ (outnumbered).
 17692 | D:5      | 17692 ||| Stepping ~*~*~tactically~*~*~ (outnumbered).
 17694 | D:5      | 17694 ||| Stepping ~*~*~tactically~*~*~ (outnumbered).
 17696 | D:5      | 17696 ||| Stepping ~*~*~tactically~*~*~ (outnumbered).
 17698 | D:5      | 17698 ||| Stepping ~*~*~tactically~*~*~ (outnumbered).
 17703 | D:5      | 17703 ||| Stepping ~*~*~tactically~*~*~ (outnumbered).
 17705 | D:5      | 17705 ||| Stepping ~*~*~tactically~*~*~ (outnumbered).
 17707 | D:5      | 17707 ||| Stepping ~*~*~tactically~*~*~ (outnumbered).
 17709 | D:5      | 17709 ||| Stepping ~*~*~tactically~*~*~ (outnumbered).
 17711 | D:5      | 17711 ||| Stepping ~*~*~tactically~*~*~ (outnumbered).
 17713 | D:5      | 17713 ||| Stepping ~*~*~tactically~*~*~ (outnumbered).
 17715 | D:5      | 17715 ||| Stepping ~*~*~tactically~*~*~ (outnumbered).
 17717 | D:5      | 17717 ||| Stepping ~*~*~tactically~*~*~ (outnumbered).
 17719 | D:5      | 17719 ||| Stepping ~*~*~tactically~*~*~ (outnumbered).
 17724 | D:5      | 17724 ||| Stepping ~*~*~tactically~*~*~ (outnumbered).
 17726 | D:5      | 17726 ||| Stepping ~*~*~tactically~*~*~ (outnumbered).
 17728 | D:5      | 17728 ||| Stepping ~*~*~tactically~*~*~ (outnumbered).
 17730 | D:5      | 17730 ||| Stepping ~*~*~tactically~*~*~ (outnumbered).
 17732 | D:5      | 17732 ||| Stepping ~*~*~tactically~*~*~ (outnumbered).
 17734 | D:5      | 17734 ||| Stepping ~*~*~tactically~*~*~ (outnumbered).
 17736 | D:5      | 17736 ||| Stepping ~*~*~tactically~*~*~ (outnumbered).
 17738 | D:5      | 17738 ||| Stepping ~*~*~tactically~*~*~ (outnumbered).
 17740 | D:5      | 17740 ||| Stepping ~*~*~tactically~*~*~ (outnumbered).
 17742 | D:5      | 17742 ||| Stepping ~*~*~tactically~*~*~ (outnumbered).
 17744 | D:5      | 17744 ||| Stepping ~*~*~tactically~*~*~ (outnumbered).
 17746 | D:5      | 17746 ||| Stepping ~*~*~tactically~*~*~ (outnumbered).
 17748 | D:5      | 17748 ||| Stepping ~*~*~tactically~*~*~ (outnumbered).
 17750 | D:5      | 17750 ||| Stepping ~*~*~tactically~*~*~ (outnumbered).
 17752 | D:5      | 17752 ||| Stepping ~*~*~tactically~*~*~ (outnumbered).
 17754 | D:5      | 17754 ||| Stepping ~*~*~tactically~*~*~ (outnumbered).
 17756 | D:5      | 17756 ||| Stepping ~*~*~tactically~*~*~ (outnumbered).
 17758 | D:5      | 17758 ||| Stepping ~*~*~tactically~*~*~ (outnumbered).
 17760 | D:5      | 17760 ||| Stepping ~*~*~tactically~*~*~ (outnumbered).
 17762 | D:5      | 17762 ||| Stepping ~*~*~tactically~*~*~ (outnumbered).
 17764 | D:5      | 17764 ||| Stepping ~*~*~tactically~*~*~ (outnumbered).
 17766 | D:5      | 17766 ||| Stepping ~*~*~tactically~*~*~ (outnumbered).
 17768 | D:5      | 17768 ||| Stepping ~*~*~tactically~*~*~ (outnumbered).
 17770 | D:5      | 17770 ||| Stepping ~*~*~tactically~*~*~ (outnumbered).
 17772 | D:5      | 17772 ||| Stepping ~*~*~tactically~*~*~ (outnumbered).
 17774 | D:5      | 17774 ||| Stepping ~*~*~tactically~*~*~ (outnumbered).
 17776 | D:5      | 17776 ||| Stepping ~*~*~tactically~*~*~ (outnumbered).
 17778 | D:5      | 17778 ||| Stepping ~*~*~tactically~*~*~ (outnumbered).
 17780 | D:5      | 17780 ||| Stepping ~*~*~tactically~*~*~ (outnumbered).
 17782 | D:5      | 17782 ||| Stepping ~*~*~tactically~*~*~ (outnumbered).
 17784 | D:5      | 17784 ||| Stepping ~*~*~tactically~*~*~ (outnumbered).
 17787 | D:5      | 17787 ||| Stepping ~*~*~tactically~*~*~ (outnumbered).
 17789 | D:5      | 17789 ||| Stepping ~*~*~tactically~*~*~ (outnumbered).
 17791 | D:5      | 17791 ||| Stepping ~*~*~tactically~*~*~ (outnumbered).
 17795 | D:5      | 17795 ||| Stepping ~*~*~tactically~*~*~ (outnumbered).
 17797 | D:5      | 17797 ||| Stepping ~*~*~tactically~*~*~ (outnumbered).
 17799 | D:5      | 17799 ||| Stepping ~*~*~tactically~*~*~ (outnumbered).
 17803 | D:5      | 17803 ||| Stepping ~*~*~tactically~*~*~ (outnumbered).
 17805 | D:5      | 17805 ||| Stepping ~*~*~tactically~*~*~ (outnumbered).
 17807 | D:5      | 17807 ||| Stepping ~*~*~tactically~*~*~ (outnumbered).
 17809 | D:5      | 17809 ||| Stepping ~*~*~tactically~*~*~ (outnumbered).
 17811 | D:5      | 17811 ||| Stepping ~*~*~tactically~*~*~ (outnumbered).
 17813 | D:5      | 17813 ||| Stepping ~*~*~tactically~*~*~ (outnumbered).
 17815 | D:5      | 17815 ||| Stepping ~*~*~tactically~*~*~ (outnumbered).
 17817 | D:5      | 17817 ||| Stepping ~*~*~tactically~*~*~ (outnumbered).
 17819 | D:5      | 17819 ||| Stepping ~*~*~tactically~*~*~ (outnumbered).
 17821 | D:5      | 17821 ||| Stepping ~*~*~tactically~*~*~ (outnumbered).
 17823 | D:5      | 17823 ||| Stepping ~*~*~tactically~*~*~ (outnumbered).
 17825 | D:5      | 17825 ||| Stepping ~*~*~tactically~*~*~ (outnumbered).
 17827 | D:5      | 17827 ||| Stepping ~*~*~tactically~*~*~ (outnumbered).
 17829 | D:5      | 17829 ||| Stepping ~*~*~tactically~*~*~ (outnumbered).
 17831 | D:5      | 17831 ||| Stepping ~*~*~tactically~*~*~ (outnumbered).
 17833 | D:5      | 17833 ||| Stepping ~*~*~tactically~*~*~ (outnumbered).
 17835 | D:5      | 17835 ||| Stepping ~*~*~tactically~*~*~ (outnumbered).
 17837 | D:5      | 17837 ||| Stepping ~*~*~tactically~*~*~ (outnumbered).
 17839 | D:5      | 17839 ||| Stepping ~*~*~tactically~*~*~ (outnumbered).
 17841 | D:5      | 17841 ||| Stepping ~*~*~tactically~*~*~ (outnumbered).
 17843 | D:5      | 17843 ||| Stepping ~*~*~tactically~*~*~ (outnumbered).
 17845 | D:5      | 17845 ||| Stepping ~*~*~tactically~*~*~ (outnumbered).
 17847 | D:5      | 17847 ||| Stepping ~*~*~tactically~*~*~ (outnumbered).
 17849 | D:5      | 17849 ||| Stepping ~*~*~tactically~*~*~ (outnumbered).
 17852 | D:5      | 17852 ||| Stepping ~*~*~tactically~*~*~ (outnumbered).
 17854 | D:5      | 17854 ||| Stepping ~*~*~tactically~*~*~ (outnumbered).
 17856 | D:5      | 17856 ||| Stepping ~*~*~tactically~*~*~ (outnumbered).
 17858 | D:5      | 17858 ||| Stepping ~*~*~tactically~*~*~ (outnumbered).
 17860 | D:5      | 17860 ||| Stepping ~*~*~tactically~*~*~ (outnumbered).
 17862 | D:5      | 17862 ||| Stepping ~*~*~tactically~*~*~ (outnumbered).
 17864 | D:5      | 17864 ||| Stepping ~*~*~tactically~*~*~ (outnumbered).
 17866 | D:5      | 17866 ||| Stepping ~*~*~tactically~*~*~ (outnumbered).
 17868 | D:5      | 17868 ||| Stepping ~*~*~tactically~*~*~ (outnumbered).
 17870 | D:5      | 17870 ||| Stepping ~*~*~tactically~*~*~ (outnumbered).
 17872 | D:5      | 17872 ||| Stepping ~*~*~tactically~*~*~ (outnumbered).
 17874 | D:5      | 17874 ||| Stepping ~*~*~tactically~*~*~ (outnumbered).
 17876 | D:5      | 17876 ||| Stepping ~*~*~tactically~*~*~ (outnumbered).
 17878 | D:5      | 17878 ||| Stepping ~*~*~tactically~*~*~ (outnumbered).
 17880 | D:5      | 17880 ||| Stepping ~*~*~tactically~*~*~ (outnumbered).
 17882 | D:5      | 17882 ||| Stepping ~*~*~tactically~*~*~ (outnumbered).
 17884 | D:5      | 17884 ||| Stepping ~*~*~tactically~*~*~ (outnumbered).
 17886 | D:5      | 17886 ||| Stepping ~*~*~tactically~*~*~ (outnumbered).
 17888 | D:5      | 17888 ||| Stepping ~*~*~tactically~*~*~ (outnumbered).
 17890 | D:5      | 17890 ||| Stepping ~*~*~tactically~*~*~ (outnumbered).
 17892 | D:5      | 17892 ||| Stepping ~*~*~tactically~*~*~ (outnumbered).
 17894 | D:5      | 17894 ||| Stepping ~*~*~tactically~*~*~ (outnumbered).
 17896 | D:5      | 17896 ||| Stepping ~*~*~tactically~*~*~ (outnumbered).
 17898 | D:5      | 17898 ||| Stepping ~*~*~tactically~*~*~ (outnumbered).
 17900 | D:5      | 17900 ||| Stepping ~*~*~tactically~*~*~ (outnumbered).
 17904 | D:5      | 17904 ||| Stepping ~*~*~tactically~*~*~ (outnumbered).
 17906 | D:5      | 17906 ||| Stepping ~*~*~tactically~*~*~ (outnumbered).
 17908 | D:5      | 17908 ||| Stepping ~*~*~tactically~*~*~ (outnumbered).
 17911 | D:5      | 17911 ||| Stepping ~*~*~tactically~*~*~ (outnumbered).
 17913 | D:5      | 17913 ||| Stepping ~*~*~tactically~*~*~ (outnumbered).
 17915 | D:5      | 17915 ||| Stepping ~*~*~tactically~*~*~ (outnumbered).
 17917 | D:5      | 17917 ||| Stepping ~*~*~tactically~*~*~ (outnumbered).
 17919 | D:5      | 17919 ||| Stepping ~*~*~tactically~*~*~ (outnumbered).
 17921 | D:5      | 17921 ||| Stepping ~*~*~tactically~*~*~ (outnumbered).
 17923 | D:5      | 17923 ||| Stepping ~*~*~tactically~*~*~ (outnumbered).
 17925 | D:5      | 17925 ||| Stepping ~*~*~tactically~*~*~ (outnumbered).
 17927 | D:5      | 17927 ||| Stepping ~*~*~tactically~*~*~ (outnumbered).
 17929 | D:5      | 17929 ||| Stepping ~*~*~tactically~*~*~ (outnumbered).
 17931 | D:5      | 17931 ||| Stepping ~*~*~tactically~*~*~ (outnumbered).
 17933 | D:5      | 17933 ||| Stepping ~*~*~tactically~*~*~ (outnumbered).
 17935 | D:5      | 17935 ||| Stepping ~*~*~tactically~*~*~ (outnumbered).
 17937 | D:5      | 17937 ||| Stepping ~*~*~tactically~*~*~ (outnumbered).
 17939 | D:5      | 17939 ||| Stepping ~*~*~tactically~*~*~ (outnumbered).
 17941 | D:5      | 17941 ||| Stepping ~*~*~tactically~*~*~ (outnumbered).
 17943 | D:5      | 17943 ||| Stepping ~*~*~tactically~*~*~ (outnumbered).
 17945 | D:5      | 17945 ||| Stepping ~*~*~tactically~*~*~ (outnumbered).
 17947 | D:5      | 17947 ||| Stepping ~*~*~tactically~*~*~ (outnumbered).
 17949 | D:5      | 17949 ||| Stepping ~*~*~tactically~*~*~ (outnumbered).
 17951 | D:5      | 17951 ||| Stepping ~*~*~tactically~*~*~ (outnumbered).
 17953 | D:5      | 17953 ||| Stepping ~*~*~tactically~*~*~ (outnumbered).
 17955 | D:5      | 17955 ||| Stepping ~*~*~tactically~*~*~ (outnumbered).
 17957 | D:5      | 17957 ||| Stepping ~*~*~tactically~*~*~ (outnumbered).
 17959 | D:5      | 17959 ||| Stepping ~*~*~tactically~*~*~ (outnumbered).
 17961 | D:5      | 17961 ||| Stepping ~*~*~tactically~*~*~ (outnumbered).
 17963 | D:5      | 17963 ||| Stepping ~*~*~tactically~*~*~ (outnumbered).
 17965 | D:5      | 17965 ||| Stepping ~*~*~tactically~*~*~ (outnumbered).
 17967 | D:5      | 17967 ||| Stepping ~*~*~tactically~*~*~ (outnumbered).
 17969 | D:5      | 17969 ||| Stepping ~*~*~tactically~*~*~ (outnumbered).
 17971 | D:5      | 17971 ||| Stepping ~*~*~tactically~*~*~ (outnumbered).
 17973 | D:5      | 17973 ||| Stepping ~*~*~tactically~*~*~ (outnumbered).
 17975 | D:5      | 17975 ||| Stepping ~*~*~tactically~*~*~ (outnumbered).
 17977 | D:5      | 17977 ||| Stepping ~*~*~tactically~*~*~ (outnumbered).
 17979 | D:5      | 17979 ||| Stepping ~*~*~tactically~*~*~ (outnumbered).
 17983 | D:5      | 17983 ||| Stepping ~*~*~tactically~*~*~ (outnumbered).
 17988 | D:5      | 17988 ||| Stepping ~*~*~tactically~*~*~ (outnumbered).
 17990 | D:5      | 17990 ||| Stepping ~*~*~tactically~*~*~ (outnumbered).
 17992 | D:5      | 17992 ||| Stepping ~*~*~tactically~*~*~ (outnumbered).
 17996 | D:5      | 17996 ||| Stepping ~*~*~tactically~*~*~ (outnumbered).
 17998 | D:5      | 17998 ||| Stepping ~*~*~tactically~*~*~ (outnumbered).
 18000 | D:5      | 18000 ||| Stepping ~*~*~tactically~*~*~ (outnumbered).
 18002 | D:5      | 18002 ||| Stepping ~*~*~tactically~*~*~ (outnumbered).
 18004 | D:5      | 18004 ||| Stepping ~*~*~tactically~*~*~ (outnumbered).
 18006 | D:5      | 18006 ||| Stepping ~*~*~tactically~*~*~ (outnumbered).
 18008 | D:5      | 18008 ||| Stepping ~*~*~tactically~*~*~ (outnumbered).
 18010 | D:5      | 18010 ||| Stepping ~*~*~tactically~*~*~ (outnumbered).
 18012 | D:5      | 18012 ||| Stepping ~*~*~tactically~*~*~ (outnumbered).
 18014 | D:5      | 18014 ||| Stepping ~*~*~tactically~*~*~ (outnumbered).
 18016 | D:5      | 18016 ||| Stepping ~*~*~tactically~*~*~ (outnumbered).
 18018 | D:5      | 18018 ||| Stepping ~*~*~tactically~*~*~ (outnumbered).
 18020 | D:5      | 18020 ||| Stepping ~*~*~tactically~*~*~ (outnumbered).
 18022 | D:5      | 18022 ||| Stepping ~*~*~tactically~*~*~ (outnumbered).
 18024 | D:5      | 18024 ||| Stepping ~*~*~tactically~*~*~ (outnumbered).
 18026 | D:5      | 18026 ||| Stepping ~*~*~tactically~*~*~ (outnumbered).
 18028 | D:5      | 18028 ||| Stepping ~*~*~tactically~*~*~ (outnumbered).
 18030 | D:5      | 18030 ||| Stepping ~*~*~tactically~*~*~ (outnumbered).
 18032 | D:5      | 18032 ||| Stepping ~*~*~tactically~*~*~ (outnumbered).
 18034 | D:5      | 18034 ||| Stepping ~*~*~tactically~*~*~ (outnumbered).
 18036 | D:5      | 18036 ||| Stepping ~*~*~tactically~*~*~ (outnumbered).
 18038 | D:5      | 18038 ||| Stepping ~*~*~tactically~*~*~ (outnumbered).
 18040 | D:5      | 18040 ||| Stepping ~*~*~tactically~*~*~ (outnumbered).
 18042 | D:5      | 18042 ||| Stepping ~*~*~tactically~*~*~ (outnumbered).
 18044 | D:5      | 18044 ||| Stepping ~*~*~tactically~*~*~ (outnumbered).
 18046 | D:5      | 18046 ||| Stepping ~*~*~tactically~*~*~ (outnumbered).
 18048 | D:5      | 18048 ||| Stepping ~*~*~tactically~*~*~ (outnumbered).
 18050 | D:5      | 18050 ||| Stepping ~*~*~tactically~*~*~ (outnumbered).
 18052 | D:5      | 18052 ||| Stepping ~*~*~tactically~*~*~ (outnumbered).
 18054 | D:5      | 18054 ||| Stepping ~*~*~tactically~*~*~ (outnumbered).
 18056 | D:5      | 18056 ||| Stepping ~*~*~tactically~*~*~ (outnumbered).
 18058 | D:5      | 18058 ||| Stepping ~*~*~tactically~*~*~ (outnumbered).
 18060 | D:5      | 18060 ||| Stepping ~*~*~tactically~*~*~ (outnumbered).
 18062 | D:5      | 18062 ||| Stepping ~*~*~tactically~*~*~ (outnumbered).
 18064 | D:5      | 18064 ||| Stepping ~*~*~tactically~*~*~ (outnumbered).
 18066 | D:5      | 18066 ||| Stepping ~*~*~tactically~*~*~ (outnumbered).
 18068 | D:5      | 18068 ||| Stepping ~*~*~tactically~*~*~ (outnumbered).
 18070 | D:5      | 18070 ||| Stepping ~*~*~tactically~*~*~ (outnumbered).
 18072 | D:5      | 18072 ||| Stepping ~*~*~tactically~*~*~ (outnumbered).
 18075 | D:5      | 18075 ||| Stepping ~*~*~tactically~*~*~ (outnumbered).
 18077 | D:5      | 18077 ||| Stepping ~*~*~tactically~*~*~ (outnumbered).
 18079 | D:5      | 18079 ||| Stepping ~*~*~tactically~*~*~ (outnumbered).
 18081 | D:5      | 18081 ||| Stepping ~*~*~tactically~*~*~ (outnumbered).
 18083 | D:5      | 18083 ||| Stepping ~*~*~tactically~*~*~ (outnumbered).
 18085 | D:5      | 18085 ||| Stepping ~*~*~tactically~*~*~ (outnumbered).
 18087 | D:5      | 18087 ||| Stepping ~*~*~tactically~*~*~ (outnumbered).
 18089 | D:5      | 18089 ||| Stepping ~*~*~tactically~*~*~ (outnumbered).
 18091 | D:5      | 18091 ||| Stepping ~*~*~tactically~*~*~ (outnumbered).
 18093 | D:5      | 18093 ||| Stepping ~*~*~tactically~*~*~ (outnumbered).
 18095 | D:5      | 18095 ||| Stepping ~*~*~tactically~*~*~ (outnumbered).
 18097 | D:5      | 18097 ||| Stepping ~*~*~tactically~*~*~ (outnumbered).
 18099 | D:5      | 18099 ||| Stepping ~*~*~tactically~*~*~ (outnumbered).
 18101 | D:5      | 18101 ||| Stepping ~*~*~tactically~*~*~ (outnumbered).
 18103 | D:5      | 18103 ||| Stepping ~*~*~tactically~*~*~ (outnumbered).
 18105 | D:5      | 18105 ||| Stepping ~*~*~tactically~*~*~ (outnumbered).
 18108 | D:5      | 18108 ||| Stepping ~*~*~tactically~*~*~ (outnumbered).
 18112 | D:5      | 18112 ||| Stepping ~*~*~tactically~*~*~ (outnumbered).
 18114 | D:5      | 18114 ||| Stepping ~*~*~tactically~*~*~ (outnumbered).
 18116 | D:5      | 18116 ||| Stepping ~*~*~tactically~*~*~ (outnumbered).
 18120 | D:5      | 18120 ||| Stepping ~*~*~tactically~*~*~ (outnumbered).
 18122 | D:5      | 18122 ||| Stepping ~*~*~tactically~*~*~ (outnumbered).
 18124 | D:5      | 18124 ||| Stepping ~*~*~tactically~*~*~ (outnumbered).
 18126 | D:5      | 18126 ||| Stepping ~*~*~tactically~*~*~ (outnumbered).
 18128 | D:5      | 18128 ||| Stepping ~*~*~tactically~*~*~ (outnumbered).
 18130 | D:5      | 18130 ||| Stepping ~*~*~tactically~*~*~ (outnumbered).
 18132 | D:5      | 18132 ||| Stepping ~*~*~tactically~*~*~ (outnumbered).
 18134 | D:5      | 18134 ||| Stepping ~*~*~tactically~*~*~ (outnumbered).
 18136 | D:5      | 18136 ||| Stepping ~*~*~tactically~*~*~ (outnumbered).
 18138 | D:5      | 18138 ||| Stepping ~*~*~tactically~*~*~ (outnumbered).
 18140 | D:5      | 18140 ||| Stepping ~*~*~tactically~*~*~ (outnumbered).
 18142 | D:5      | 18142 ||| Stepping ~*~*~tactically~*~*~ (outnumbered).
 18144 | D:5      | 18144 ||| Stepping ~*~*~tactically~*~*~ (outnumbered).
 18146 | D:5      | 18146 ||| Stepping ~*~*~tactically~*~*~ (outnumbered).
 18148 | D:5      | 18148 ||| Stepping ~*~*~tactically~*~*~ (outnumbered).
 18150 | D:5      | 18150 ||| Stepping ~*~*~tactically~*~*~ (outnumbered).
 18152 | D:5      | 18152 ||| Stepping ~*~*~tactically~*~*~ (outnumbered).
 18154 | D:5      | 18154 ||| Stepping ~*~*~tactically~*~*~ (outnumbered).
 18156 | D:5      | 18156 ||| Stepping ~*~*~tactically~*~*~ (outnumbered).
 18158 | D:5      | 18158 ||| Stepping ~*~*~tactically~*~*~ (outnumbered).
 18160 | D:5      | 18160 ||| Stepping ~*~*~tactically~*~*~ (outnumbered).
 18162 | D:5      | 18162 ||| Stepping ~*~*~tactically~*~*~ (outnumbered).
 18164 | D:5      | 18164 ||| Stepping ~*~*~tactically~*~*~ (outnumbered).
 18166 | D:5      | 18166 ||| Stepping ~*~*~tactically~*~*~ (outnumbered).
 18168 | D:5      | 18168 ||| Stepping ~*~*~tactically~*~*~ (outnumbered).
 18172 | D:5      | 18172 ||| Stepping ~*~*~tactically~*~*~ (outnumbered).
 18176 | D:5      | 18176 ||| Stepping ~*~*~tactically~*~*~ (outnumbered).
 18178 | D:5      | 18178 ||| Stepping ~*~*~tactically~*~*~ (outnumbered).
 18180 | D:5      | 18180 ||| Stepping ~*~*~tactically~*~*~ (outnumbered).
 18184 | D:5      | 18184 ||| Stepping ~*~*~tactically~*~*~ (outnumbered).
 18187 | D:5      | 18187 ||| Stepping ~*~*~tactically~*~*~ (outnumbered).
 18189 | D:5      | 18189 ||| Stepping ~*~*~tactically~*~*~ (outnumbered).
 18191 | D:5      | 18191 ||| Stepping ~*~*~tactically~*~*~ (outnumbered).
 18193 | D:5      | 18193 ||| Stepping ~*~*~tactically~*~*~ (outnumbered).
 18195 | D:5      | 18195 ||| Stepping ~*~*~tactically~*~*~ (outnumbered).
 18197 | D:5      | 18197 ||| Stepping ~*~*~tactically~*~*~ (outnumbered).
 18199 | D:5      | 18199 ||| Stepping ~*~*~tactically~*~*~ (outnumbered).
 18201 | D:5      | 18201 ||| Stepping ~*~*~tactically~*~*~ (outnumbered).
 18203 | D:5      | 18203 ||| Stepping ~*~*~tactically~*~*~ (outnumbered).
 18205 | D:5      | 18205 ||| Stepping ~*~*~tactically~*~*~ (outnumbered).
 18207 | D:5      | 18207 ||| Stepping ~*~*~tactically~*~*~ (outnumbered).
 18209 | D:5      | 18209 ||| Stepping ~*~*~tactically~*~*~ (outnumbered).
 18211 | D:5      | 18211 ||| Stepping ~*~*~tactically~*~*~ (outnumbered).
 18213 | D:5      | 18213 ||| Stepping ~*~*~tactically~*~*~ (outnumbered).
 18215 | D:5      | 18215 ||| Stepping ~*~*~tactically~*~*~ (outnumbered).
 18217 | D:5      | 18217 ||| Stepping ~*~*~tactically~*~*~ (outnumbered).
 18219 | D:5      | 18219 ||| Stepping ~*~*~tactically~*~*~ (outnumbered).
 18221 | D:5      | 18221 ||| Stepping ~*~*~tactically~*~*~ (outnumbered).
 18223 | D:5      | 18223 ||| Stepping ~*~*~tactically~*~*~ (outnumbered).
 18225 | D:5      | 18225 ||| Stepping ~*~*~tactically~*~*~ (outnumbered).
 18227 | D:5      | 18227 ||| Stepping ~*~*~tactically~*~*~ (outnumbered).
 18229 | D:5      | 18229 ||| Stepping ~*~*~tactically~*~*~ (outnumbered).
 18231 | D:5      | 18231 ||| Stepping ~*~*~tactically~*~*~ (outnumbered).
 18233 | D:5      | 18233 ||| Stepping ~*~*~tactically~*~*~ (outnumbered).
 18236 | D:5      | 18236 ||| Stepping ~*~*~tactically~*~*~ (outnumbered).
 18238 | D:5      | 18238 ||| Stepping ~*~*~tactically~*~*~ (outnumbered).
 18240 | D:5      | 18240 ||| Stepping ~*~*~tactically~*~*~ (outnumbered).
 18242 | D:5      | 18242 ||| Stepping ~*~*~tactically~*~*~ (outnumbered).
 18245 | D:5      | 18245 ||| Stepping ~*~*~tactically~*~*~ (outnumbered).
 18247 | D:5      | 18247 ||| Stepping ~*~*~tactically~*~*~ (outnumbered).
 18249 | D:5      | 18249 ||| Stepping ~*~*~tactically~*~*~ (outnumbered).
 18251 | D:5      | 18251 ||| Stepping ~*~*~tactically~*~*~ (outnumbered).
 18253 | D:5      | 18253 ||| Stepping ~*~*~tactically~*~*~ (outnumbered).
 18255 | D:5      | 18255 ||| Stepping ~*~*~tactically~*~*~ (outnumbered).
 18257 | D:5      | 18257 ||| Stepping ~*~*~tactically~*~*~ (outnumbered).
 18259 | D:5      | 18259 ||| Stepping ~*~*~tactically~*~*~ (outnumbered).
 18261 | D:5      | 18261 ||| Stepping ~*~*~tactically~*~*~ (outnumbered).
 18263 | D:5      | 18263 ||| Stepping ~*~*~tactically~*~*~ (outnumbered).
 18265 | D:5      | 18265 ||| Stepping ~*~*~tactically~*~*~ (outnumbered).
 18267 | D:5      | 18267 ||| Stepping ~*~*~tactically~*~*~ (outnumbered).
 18269 | D:5      | 18269 ||| Stepping ~*~*~tactically~*~*~ (outnumbered).
 18271 | D:5      | 18271 ||| Stepping ~*~*~tactically~*~*~ (outnumbered).
 18273 | D:5      | 18273 ||| Stepping ~*~*~tactically~*~*~ (outnumbered).
 18275 | D:5      | 18275 ||| Stepping ~*~*~tactically~*~*~ (outnumbered).
 18277 | D:5      | 18277 ||| Stepping ~*~*~tactically~*~*~ (outnumbered).
 18279 | D:5      | 18279 ||| Stepping ~*~*~tactically~*~*~ (outnumbered).
 18281 | D:5      | 18281 ||| Stepping ~*~*~tactically~*~*~ (outnumbered).
 18283 | D:5      | 18283 ||| Stepping ~*~*~tactically~*~*~ (outnumbered).
 18285 | D:5      | 18285 ||| Stepping ~*~*~tactically~*~*~ (outnumbered).
 18287 | D:5      | 18287 ||| Stepping ~*~*~tactically~*~*~ (outnumbered).
 18289 | D:5      | 18289 ||| Stepping ~*~*~tactically~*~*~ (outnumbered).
 18292 | D:5      | 18292 ||| Stepping ~*~*~tactically~*~*~ (outnumbered).
 18294 | D:5      | 18294 ||| Stepping ~*~*~tactically~*~*~ (outnumbered).
 18296 | D:5      | 18296 ||| Stepping ~*~*~tactically~*~*~ (outnumbered).
 18298 | D:5      | 18298 ||| Stepping ~*~*~tactically~*~*~ (outnumbered).
 18300 | D:5      | 18300 ||| Stepping ~*~*~tactically~*~*~ (outnumbered).
 18302 | D:5      | 18302 ||| Stepping ~*~*~tactically~*~*~ (outnumbered).
 18304 | D:5      | 18304 ||| Stepping ~*~*~tactically~*~*~ (outnumbered).
 18306 | D:5      | 18306 ||| Stepping ~*~*~tactically~*~*~ (outnumbered).
 18308 | D:5      | 18308 ||| Stepping ~*~*~tactically~*~*~ (outnumbered).
 18310 | D:5      | 18310 ||| Stepping ~*~*~tactically~*~*~ (outnumbered).
 18312 | D:5      | 18312 ||| Stepping ~*~*~tactically~*~*~ (outnumbered).
 18314 | D:5      | 18314 ||| Stepping ~*~*~tactically~*~*~ (outnumbered).
 18316 | D:5      | 18316 ||| Stepping ~*~*~tactically~*~*~ (outnumbered).
 18318 | D:5      | 18318 ||| Stepping ~*~*~tactically~*~*~ (outnumbered).
 18320 | D:5      | 18320 ||| Stepping ~*~*~tactically~*~*~ (outnumbered).
 18322 | D:5      | 18322 ||| Stepping ~*~*~tactically~*~*~ (outnumbered).
 18324 | D:5      | 18324 ||| Stepping ~*~*~tactically~*~*~ (outnumbered).
 18326 | D:5      | 18326 ||| Stepping ~*~*~tactically~*~*~ (outnumbered).
 18328 | D:5      | 18328 ||| Stepping ~*~*~tactically~*~*~ (outnumbered).
 18330 | D:5      | 18330 ||| Stepping ~*~*~tactically~*~*~ (outnumbered).
 18332 | D:5      | 18332 ||| Stepping ~*~*~tactically~*~*~ (outnumbered).
 18334 | D:5      | 18334 ||| Stepping ~*~*~tactically~*~*~ (outnumbered).
 18336 | D:5      | 18336 ||| Stepping ~*~*~tactically~*~*~ (outnumbered).
 18338 | D:5      | 18338 ||| Stepping ~*~*~tactically~*~*~ (outnumbered).
 18340 | D:5      | 18340 ||| Stepping ~*~*~tactically~*~*~ (outnumbered).
 18342 | D:5      | 18342 ||| Stepping ~*~*~tactically~*~*~ (outnumbered).
 18344 | D:5      | 18344 ||| Stepping ~*~*~tactically~*~*~ (outnumbered).
 18346 | D:5      | 18346 ||| Stepping ~*~*~tactically~*~*~ (outnumbered).
 18348 | D:5      | 18348 ||| Stepping ~*~*~tactically~*~*~ (outnumbered).
 18350 | D:5      | 18350 ||| Stepping ~*~*~tactically~*~*~ (outnumbered).
 18352 | D:5      | 18352 ||| Stepping ~*~*~tactically~*~*~ (outnumbered).
 18355 | D:5      | 18355 ||| Stepping ~*~*~tactically~*~*~ (outnumbered).
 18359 | D:5      | 18359 ||| Stepping ~*~*~tactically~*~*~ (outnumbered).
 18361 | D:5      | 18361 ||| Stepping ~*~*~tactically~*~*~ (outnumbered).
 18363 | D:5      | 18363 ||| Stepping ~*~*~tactically~*~*~ (outnumbered).
 18365 | D:5      | 18365 ||| Stepping ~*~*~tactically~*~*~ (outnumbered).
 18367 | D:5      | 18367 ||| Stepping ~*~*~tactically~*~*~ (outnumbered).
 18369 | D:5      | 18369 ||| Stepping ~*~*~tactically~*~*~ (outnumbered).
 18371 | D:5      | 18371 ||| Stepping ~*~*~tactically~*~*~ (outnumbered).
 18374 | D:5      | 18374 ||| Stepping ~*~*~tactically~*~*~ (outnumbered).
 18376 | D:5      | 18376 ||| Stepping ~*~*~tactically~*~*~ (outnumbered).
 18378 | D:5      | 18378 ||| Stepping ~*~*~tactically~*~*~ (outnumbered).
 18380 | D:5      | 18380 ||| Stepping ~*~*~tactically~*~*~ (outnumbered).
 18382 | D:5      | 18382 ||| Stepping ~*~*~tactically~*~*~ (outnumbered).
 18384 | D:5      | 18384 ||| Stepping ~*~*~tactically~*~*~ (outnumbered).
 18386 | D:5      | 18386 ||| Stepping ~*~*~tactically~*~*~ (outnumbered).
 18388 | D:5      | 18388 ||| Stepping ~*~*~tactically~*~*~ (outnumbered).
 18390 | D:5      | 18390 ||| Stepping ~*~*~tactically~*~*~ (outnumbered).
 18392 | D:5      | 18392 ||| Stepping ~*~*~tactically~*~*~ (outnumbered).
 18394 | D:5      | 18394 ||| Stepping ~*~*~tactically~*~*~ (outnumbered).
 18396 | D:5      | 18396 ||| Stepping ~*~*~tactically~*~*~ (outnumbered).
 18398 | D:5      | 18398 ||| Stepping ~*~*~tactically~*~*~ (outnumbered).
 18400 | D:5      | 18400 ||| Stepping ~*~*~tactically~*~*~ (outnumbered).
 18402 | D:5      | 18402 ||| Stepping ~*~*~tactically~*~*~ (outnumbered).
 18404 | D:5      | 18404 ||| Stepping ~*~*~tactically~*~*~ (outnumbered).
 18406 | D:5      | 18406 ||| Stepping ~*~*~tactically~*~*~ (outnumbered).
 18408 | D:5      | 18408 ||| Stepping ~*~*~tactically~*~*~ (outnumbered).
 18412 | D:5      | 18412 ||| Stepping ~*~*~tactically~*~*~ (outnumbered).
 18414 | D:5      | 18414 ||| Stepping ~*~*~tactically~*~*~ (outnumbered).
 18416 | D:5      | 18416 ||| Stepping ~*~*~tactically~*~*~ (outnumbered).
 18418 | D:5      | 18418 ||| Stepping ~*~*~tactically~*~*~ (outnumbered).
 18420 | D:5      | 18420 ||| Stepping ~*~*~tactically~*~*~ (outnumbered).
 18422 | D:5      | 18422 ||| Stepping ~*~*~tactically~*~*~ (outnumbered).
 18424 | D:5      | 18424 ||| Stepping ~*~*~tactically~*~*~ (outnumbered).
 18426 | D:5      | 18426 ||| Stepping ~*~*~tactically~*~*~ (outnumbered).
 18428 | D:5      | 18428 ||| Stepping ~*~*~tactically~*~*~ (outnumbered).
 18430 | D:5      | 18430 ||| Stepping ~*~*~tactically~*~*~ (outnumbered).
 18432 | D:5      | 18432 ||| Stepping ~*~*~tactically~*~*~ (outnumbered).
 18434 | D:5      | 18434 ||| Stepping ~*~*~tactically~*~*~ (outnumbered).
 18436 | D:5      | 18436 ||| Stepping ~*~*~tactically~*~*~ (outnumbered).
 18438 | D:5      | 18438 ||| Stepping ~*~*~tactically~*~*~ (outnumbered).
 18440 | D:5      | 18440 ||| Stepping ~*~*~tactically~*~*~ (outnumbered).
 18442 | D:5      | 18442 ||| Stepping ~*~*~tactically~*~*~ (outnumbered).
 18444 | D:5      | 18444 ||| Stepping ~*~*~tactically~*~*~ (outnumbered).
 18446 | D:5      | 18446 ||| Stepping ~*~*~tactically~*~*~ (outnumbered).
 18448 | D:5      | 18448 ||| Stepping ~*~*~tactically~*~*~ (outnumbered).
 18450 | D:5      | 18450 ||| Stepping ~*~*~tactically~*~*~ (outnumbered).
 18452 | D:5      | 18452 ||| Stepping ~*~*~tactically~*~*~ (outnumbered).
 18456 | D:5      | 18456 ||| Stepping ~*~*~tactically~*~*~ (outnumbered).
 18458 | D:5      | 18458 ||| Stepping ~*~*~tactically~*~*~ (outnumbered).
 18460 | D:5      | 18460 ||| Stepping ~*~*~tactically~*~*~ (outnumbered).
 18462 | D:5      | 18462 ||| Stepping ~*~*~tactically~*~*~ (outnumbered).
 18464 | D:5      | 18464 ||| Stepping ~*~*~tactically~*~*~ (outnumbered).
 18466 | D:5      | 18466 ||| Stepping ~*~*~tactically~*~*~ (outnumbered).
 18468 | D:5      | 18468 ||| Stepping ~*~*~tactically~*~*~ (outnumbered).
 18470 | D:5      | 18470 ||| Stepping ~*~*~tactically~*~*~ (outnumbered).
 18472 | D:5      | 18472 ||| Stepping ~*~*~tactically~*~*~ (outnumbered).
 18474 | D:5      | 18474 ||| Stepping ~*~*~tactically~*~*~ (outnumbered).
 18476 | D:5      | 18476 ||| Stepping ~*~*~tactically~*~*~ (outnumbered).
 18478 | D:5      | 18478 ||| Stepping ~*~*~tactically~*~*~ (outnumbered).
 18481 | D:5      | 18481 ||| Stepping ~*~*~tactically~*~*~ (outnumbered).
 18483 | D:5      | 18483 ||| Stepping ~*~*~tactically~*~*~ (outnumbered).
 18485 | D:5      | 18485 ||| Stepping ~*~*~tactically~*~*~ (outnumbered).
 18487 | D:5      | 18487 ||| Stepping ~*~*~tactically~*~*~ (outnumbered).
 18489 | D:5      | 18489 ||| Stepping ~*~*~tactically~*~*~ (outnumbered).
 18491 | D:5      | 18491 ||| Stepping ~*~*~tactically~*~*~ (outnumbered).
 18493 | D:5      | 18493 ||| Stepping ~*~*~tactically~*~*~ (outnumbered).
 18495 | D:5      | 18495 ||| Stepping ~*~*~tactically~*~*~ (outnumbered).
 18497 | D:5      | 18497 ||| Stepping ~*~*~tactically~*~*~ (outnumbered).
 18499 | D:5      | 18499 ||| Stepping ~*~*~tactically~*~*~ (outnumbered).
 18501 | D:5      | 18501 ||| Stepping ~*~*~tactically~*~*~ (outnumbered).
 18505 | D:5      | 18505 ||| Stepping ~*~*~tactically~*~*~ (outnumbered).
 18507 | D:5      | 18507 ||| Stepping ~*~*~tactically~*~*~ (outnumbered).
 18509 | D:5      | 18509 ||| Stepping ~*~*~tactically~*~*~ (outnumbered).
 18511 | D:5      | 18511 ||| Stepping ~*~*~tactically~*~*~ (outnumbered).
 18513 | D:5      | 18513 ||| Stepping ~*~*~tactically~*~*~ (outnumbered).
 18515 | D:5      | 18515 ||| Stepping ~*~*~tactically~*~*~ (outnumbered).
 18517 | D:5      | 18517 ||| Stepping ~*~*~tactically~*~*~ (outnumbered).
 18519 | D:5      | 18519 ||| Stepping ~*~*~tactically~*~*~ (outnumbered).
 18521 | D:5      | 18521 ||| Stepping ~*~*~tactically~*~*~ (outnumbered).
 18523 | D:5      | 18523 ||| Stepping ~*~*~tactically~*~*~ (outnumbered).
 18526 | D:5      | 18526 ||| Stepping ~*~*~tactically~*~*~ (outnumbered).
 18528 | D:5      | 18528 ||| Stepping ~*~*~tactically~*~*~ (outnumbered).
 18530 | D:5      | 18530 ||| Stepping ~*~*~tactically~*~*~ (outnumbered).
 18532 | D:5      | 18532 ||| Stepping ~*~*~tactically~*~*~ (outnumbered).
 18534 | D:5      | 18534 ||| Stepping ~*~*~tactically~*~*~ (outnumbered).
 18537 | D:5      | 18537 ||| Stepping ~*~*~tactically~*~*~ (outnumbered).
 18539 | D:5      | 18539 ||| Stepping ~*~*~tactically~*~*~ (outnumbered).
 18541 | D:5      | 18541 ||| Stepping ~*~*~tactically~*~*~ (outnumbered).
 18543 | D:5      | 18543 ||| Stepping ~*~*~tactically~*~*~ (outnumbered).
 18545 | D:5      | 18545 ||| Stepping ~*~*~tactically~*~*~ (outnumbered).
 18547 | D:5      | 18547 ||| Stepping ~*~*~tactically~*~*~ (outnumbered).
 18549 | D:5      | 18549 ||| Stepping ~*~*~tactically~*~*~ (outnumbered).
 18551 | D:5      | 18551 ||| Stepping ~*~*~tactically~*~*~ (outnumbered).
 18553 | D:5      | 18553 ||| Stepping ~*~*~tactically~*~*~ (outnumbered).
 18555 | D:5      | 18555 ||| Stepping ~*~*~tactically~*~*~ (outnumbered).
 18557 | D:5      | 18557 ||| Stepping ~*~*~tactically~*~*~ (outnumbered).
 18559 | D:5      | 18559 ||| Stepping ~*~*~tactically~*~*~ (outnumbered).
 18561 | D:5      | 18561 ||| Stepping ~*~*~tactically~*~*~ (outnumbered).
 18563 | D:5      | 18563 ||| Stepping ~*~*~tactically~*~*~ (outnumbered).
 18565 | D:5      | 18565 ||| Stepping ~*~*~tactically~*~*~ (outnumbered).
 18567 | D:5      | 18567 ||| Stepping ~*~*~tactically~*~*~ (outnumbered).
 18569 | D:5      | 18569 ||| Stepping ~*~*~tactically~*~*~ (outnumbered).
 18571 | D:5      | 18571 ||| Stepping ~*~*~tactically~*~*~ (outnumbered).
 18573 | D:5      | 18573 ||| Stepping ~*~*~tactically~*~*~ (outnumbered).
 18575 | D:5      | 18575 ||| Stepping ~*~*~tactically~*~*~ (outnumbered).
 18578 | D:5      | 18578 ||| Stepping ~*~*~tactically~*~*~ (outnumbered).
 18580 | D:5      | 18580 ||| Stepping ~*~*~tactically~*~*~ (outnumbered).
 18582 | D:5      | 18582 ||| Stepping ~*~*~tactically~*~*~ (outnumbered).
 18584 | D:5      | 18584 ||| Stepping ~*~*~tactically~*~*~ (outnumbered).
 18586 | D:5      | 18586 ||| Stepping ~*~*~tactically~*~*~ (outnumbered).
 18588 | D:5      | 18588 ||| Stepping ~*~*~tactically~*~*~ (outnumbered).
 18590 | D:5      | 18590 ||| Stepping ~*~*~tactically~*~*~ (outnumbered).
 18592 | D:5      | 18592 ||| Stepping ~*~*~tactically~*~*~ (outnumbered).
 18594 | D:5      | 18594 ||| Stepping ~*~*~tactically~*~*~ (outnumbered).
 18596 | D:5      | 18596 ||| Stepping ~*~*~tactically~*~*~ (outnumbered).
 18598 | D:5      | 18598 ||| Stepping ~*~*~tactically~*~*~ (outnumbered).
 18600 | D:5      | 18600 ||| Stepping ~*~*~tactically~*~*~ (outnumbered).
 18602 | D:5      | 18602 ||| Stepping ~*~*~tactically~*~*~ (outnumbered).
 18604 | D:5      | 18604 ||| Stepping ~*~*~tactically~*~*~ (outnumbered).
 18609 | D:5      | 18609 ||| Stepping ~*~*~tactically~*~*~ (outnumbered).
 18611 | D:5      | 18611 ||| Stepping ~*~*~tactically~*~*~ (outnumbered).
 18613 | D:5      | 18613 ||| Stepping ~*~*~tactically~*~*~ (outnumbered).
 18616 | D:5      | 18616 ||| Stepping ~*~*~tactically~*~*~ (outnumbered).
 18618 | D:5      | 18618 ||| Stepping ~*~*~tactically~*~*~ (outnumbered).
 18620 | D:5      | 18620 ||| Stepping ~*~*~tactically~*~*~ (outnumbered).
 18622 | D:5      | 18622 ||| Stepping ~*~*~tactically~*~*~ (outnumbered).
 18624 | D:5      | 18624 ||| Stepping ~*~*~tactically~*~*~ (outnumbered).
 18626 | D:5      | 18626 ||| Stepping ~*~*~tactically~*~*~ (outnumbered).
 18629 | D:5      | 18629 ||| Stepping ~*~*~tactically~*~*~ (outnumbered).
 18631 | D:5      | 18631 ||| Stepping ~*~*~tactically~*~*~ (outnumbered).
 18633 | D:5      | 18633 ||| Stepping ~*~*~tactically~*~*~ (outnumbered).
 18635 | D:5      | 18635 ||| Stepping ~*~*~tactically~*~*~ (outnumbered).
 18637 | D:5      | 18637 ||| Stepping ~*~*~tactically~*~*~ (outnumbered).
 18639 | D:5      | 18639 ||| Stepping ~*~*~tactically~*~*~ (outnumbered).
 18641 | D:5      | 18641 ||| Stepping ~*~*~tactically~*~*~ (outnumbered).
 18643 | D:5      | 18643 ||| Stepping ~*~*~tactically~*~*~ (outnumbered).
 18645 | D:5      | 18645 ||| Stepping ~*~*~tactically~*~*~ (outnumbered).
 18647 | D:5      | 18647 ||| Stepping ~*~*~tactically~*~*~ (outnumbered).
 18649 | D:5      | 18649 ||| Stepping ~*~*~tactically~*~*~ (outnumbered).
 18654 | D:5      | 18654 ||| Stepping ~*~*~tactically~*~*~ (outnumbered).
 18656 | D:5      | 18656 ||| Stepping ~*~*~tactically~*~*~ (outnumbered).
 18658 | D:5      | 18658 ||| Stepping ~*~*~tactically~*~*~ (outnumbered).
 18661 | D:5      | 18661 ||| Stepping ~*~*~tactically~*~*~ (outnumbered).
 18663 | D:5      | 18663 ||| Stepping ~*~*~tactically~*~*~ (outnumbered).
 18665 | D:5      | 18665 ||| Stepping ~*~*~tactically~*~*~ (outnumbered).
 18667 | D:5      | 18667 ||| Stepping ~*~*~tactically~*~*~ (outnumbered).
 18669 | D:5      | 18669 ||| Stepping ~*~*~tactically~*~*~ (outnumbered).
 18671 | D:5      | 18671 ||| Stepping ~*~*~tactically~*~*~ (outnumbered).
 18673 | D:5      | 18673 ||| Stepping ~*~*~tactically~*~*~ (outnumbered).
 18675 | D:5      | 18675 ||| Stepping ~*~*~tactically~*~*~ (outnumbered).
 18677 | D:5      | 18677 ||| Stepping ~*~*~tactically~*~*~ (outnumbered).
 18679 | D:5      | 18679 ||| Stepping ~*~*~tactically~*~*~ (outnumbered).
 18681 | D:5      | 18681 ||| Stepping ~*~*~tactically~*~*~ (outnumbered).
 18683 | D:5      | 18683 ||| Stepping ~*~*~tactically~*~*~ (outnumbered).
 18685 | D:5      | 18685 ||| Stepping ~*~*~tactically~*~*~ (outnumbered).
 18687 | D:5      | 18687 ||| Stepping ~*~*~tactically~*~*~ (outnumbered).
 18689 | D:5      | 18689 ||| Stepping ~*~*~tactically~*~*~ (outnumbered).
 18693 | D:5      | 18693 ||| Stepping ~*~*~tactically~*~*~ (outnumbered).
 18695 | D:5      | 18695 ||| Stepping ~*~*~tactically~*~*~ (outnumbered).
 18697 | D:5      | 18697 ||| Stepping ~*~*~tactically~*~*~ (outnumbered).
 18699 | D:5      | 18699 ||| Stepping ~*~*~tactically~*~*~ (outnumbered).
 18701 | D:5      | 18701 ||| Stepping ~*~*~tactically~*~*~ (outnumbered).
 18703 | D:5      | 18703 ||| Stepping ~*~*~tactically~*~*~ (outnumbered).
 18705 | D:5      | 18705 ||| Stepping ~*~*~tactically~*~*~ (outnumbered).
 18707 | D:5      | 18707 ||| Stepping ~*~*~tactically~*~*~ (outnumbered).
 18709 | D:5      | 18709 ||| Stepping ~*~*~tactically~*~*~ (outnumbered).
 18713 | D:5      | 18713 ||| Stepping ~*~*~tactically~*~*~ (outnumbered).
 18715 | D:5      | 18715 ||| Stepping ~*~*~tactically~*~*~ (outnumbered).
 18717 | D:5      | 18717 ||| Stepping ~*~*~tactically~*~*~ (outnumbered).
 18719 | D:5      | 18719 ||| Stepping ~*~*~tactically~*~*~ (outnumbered).
 18721 | D:5      | 18721 ||| Stepping ~*~*~tactically~*~*~ (outnumbered).
 18723 | D:5      | 18723 ||| Stepping ~*~*~tactically~*~*~ (outnumbered).
 18725 | D:5      | 18725 ||| Stepping ~*~*~tactically~*~*~ (outnumbered).
 18727 | D:5      | 18727 ||| Stepping ~*~*~tactically~*~*~ (outnumbered).
 18729 | D:5      | 18729 ||| Stepping ~*~*~tactically~*~*~ (outnumbered).
 18731 | D:5      | 18731 ||| Stepping ~*~*~tactically~*~*~ (outnumbered).
 18733 | D:5      | 18733 ||| Stepping ~*~*~tactically~*~*~ (outnumbered).
 18735 | D:5      | 18735 ||| Stepping ~*~*~tactically~*~*~ (outnumbered).
 18737 | D:5      | 18737 ||| Stepping ~*~*~tactically~*~*~ (outnumbered).
 18739 | D:5      | 18739 ||| Stepping ~*~*~tactically~*~*~ (outnumbered).
 18741 | D:5      | 18741 ||| Stepping ~*~*~tactically~*~*~ (outnumbered).
 18743 | D:5      | 18743 ||| Stepping ~*~*~tactically~*~*~ (outnumbered).
 18745 | D:5      | 18745 ||| Stepping ~*~*~tactically~*~*~ (outnumbered).
 18747 | D:5      | 18747 ||| Stepping ~*~*~tactically~*~*~ (outnumbered).
 18749 | D:5      | 18749 ||| Stepping ~*~*~tactically~*~*~ (outnumbered).
 18751 | D:5      | 18751 ||| Stepping ~*~*~tactically~*~*~ (outnumbered).
 18753 | D:5      | 18753 ||| Stepping ~*~*~tactically~*~*~ (outnumbered).
 18755 | D:5      | 18755 ||| Stepping ~*~*~tactically~*~*~ (outnumbered).
 18757 | D:5      | 18757 ||| Stepping ~*~*~tactically~*~*~ (outnumbered).
 18759 | D:5      | 18759 ||| Stepping ~*~*~tactically~*~*~ (outnumbered).
 18761 | D:5      | 18761 ||| Stepping ~*~*~tactically~*~*~ (outnumbered).
 18763 | D:5      | 18763 ||| Stepping ~*~*~tactically~*~*~ (outnumbered).
 18765 | D:5      | 18765 ||| Stepping ~*~*~tactically~*~*~ (outnumbered).
 18767 | D:5      | 18767 ||| Stepping ~*~*~tactically~*~*~ (outnumbered).
 18769 | D:5      | 18769 ||| Stepping ~*~*~tactically~*~*~ (outnumbered).
 18771 | D:5      | 18771 ||| Stepping ~*~*~tactically~*~*~ (outnumbered).
 18773 | D:5      | 18773 ||| Stepping ~*~*~tactically~*~*~ (outnumbered).
 18777 | D:5      | 18777 ||| Stepping ~*~*~tactically~*~*~ (outnumbered).
 18779 | D:5      | 18779 ||| Stepping ~*~*~tactically~*~*~ (outnumbered).
 18782 | D:5      | 18782 ||| Stepping ~*~*~tactically~*~*~ (outnumbered).
 18784 | D:5      | 18784 ||| Stepping ~*~*~tactically~*~*~ (outnumbered).
 18786 | D:5      | 18786 ||| Stepping ~*~*~tactically~*~*~ (outnumbered).
 18788 | D:5      | 18788 ||| Stepping ~*~*~tactically~*~*~ (outnumbered).
 18790 | D:5      | 18790 ||| Stepping ~*~*~tactically~*~*~ (outnumbered).
 18792 | D:5      | 18792 ||| Stepping ~*~*~tactically~*~*~ (outnumbered).
 18794 | D:5      | 18794 ||| Stepping ~*~*~tactically~*~*~ (outnumbered).
 18796 | D:5      | 18796 ||| Stepping ~*~*~tactically~*~*~ (outnumbered).
 18798 | D:5      | 18798 ||| Stepping ~*~*~tactically~*~*~ (outnumbered).
 18800 | D:5      | 18800 ||| Stepping ~*~*~tactically~*~*~ (outnumbered).
 18802 | D:5      | 18802 ||| Stepping ~*~*~tactically~*~*~ (outnumbered).
 18804 | D:5      | 18804 ||| Stepping ~*~*~tactically~*~*~ (outnumbered).
 18806 | D:5      | 18806 ||| Stepping ~*~*~tactically~*~*~ (outnumbered).
 18808 | D:5      | 18808 ||| Stepping ~*~*~tactically~*~*~ (outnumbered).
 18810 | D:5      | 18810 ||| Stepping ~*~*~tactically~*~*~ (outnumbered).
 18812 | D:5      | 18812 ||| Stepping ~*~*~tactically~*~*~ (outnumbered).
 18814 | D:5      | 18814 ||| Stepping ~*~*~tactically~*~*~ (outnumbered).
 18816 | D:5      | 18816 ||| Stepping ~*~*~tactically~*~*~ (outnumbered).
 18818 | D:5      | 18818 ||| Stepping ~*~*~tactically~*~*~ (outnumbered).
 18820 | D:5      | 18820 ||| Stepping ~*~*~tactically~*~*~ (outnumbered).
 18822 | D:5      | 18822 ||| Stepping ~*~*~tactically~*~*~ (outnumbered).
 18824 | D:5      | 18824 ||| Stepping ~*~*~tactically~*~*~ (outnumbered).
 18827 | D:5      | 18827 ||| Stepping ~*~*~tactically~*~*~ (outnumbered).
 18829 | D:5      | 18829 ||| Stepping ~*~*~tactically~*~*~ (outnumbered).
 18831 | D:5      | 18831 ||| Stepping ~*~*~tactically~*~*~ (outnumbered).
 18833 | D:5      | 18833 ||| Stepping ~*~*~tactically~*~*~ (outnumbered).
 18835 | D:5      | 18835 ||| Stepping ~*~*~tactically~*~*~ (outnumbered).
 18837 | D:5      | 18837 ||| Stepping ~*~*~tactically~*~*~ (outnumbered).
 18839 | D:5      | 18839 ||| Stepping ~*~*~tactically~*~*~ (outnumbered).
 18841 | D:5      | 18841 ||| Stepping ~*~*~tactically~*~*~ (outnumbered).
 18843 | D:5      | 18843 ||| Stepping ~*~*~tactically~*~*~ (outnumbered).
 18845 | D:5      | 18845 ||| Stepping ~*~*~tactically~*~*~ (outnumbered).
 18847 | D:5      | 18847 ||| Stepping ~*~*~tactically~*~*~ (outnumbered).
 18850 | D:5      | 18850 ||| Stepping ~*~*~tactically~*~*~ (outnumbered).
 18852 | D:5      | 18852 ||| Stepping ~*~*~tactically~*~*~ (outnumbered).
 18854 | D:5      | 18854 ||| Stepping ~*~*~tactically~*~*~ (outnumbered).
 18857 | D:5      | 18857 ||| Stepping ~*~*~tactically~*~*~ (outnumbered).
 18860 | D:5      | 18860 ||| Stepping ~*~*~tactically~*~*~ (outnumbered).
 18862 | D:5      | 18862 ||| Stepping ~*~*~tactically~*~*~ (outnumbered).
 18864 | D:5      | 18864 ||| Stepping ~*~*~tactically~*~*~ (outnumbered).
 18866 | D:5      | 18866 ||| Stepping ~*~*~tactically~*~*~ (outnumbered).
 18868 | D:5      | 18868 ||| Stepping ~*~*~tactically~*~*~ (outnumbered).
 18870 | D:5      | 18870 ||| Stepping ~*~*~tactically~*~*~ (outnumbered).
 18872 | D:5      | 18872 ||| Stepping ~*~*~tactically~*~*~ (outnumbered).
 18874 | D:5      | 18874 ||| Stepping ~*~*~tactically~*~*~ (outnumbered).
 18879 | D:5      | 18879 ||| Stepping ~*~*~tactically~*~*~ (outnumbered).
 18881 | D:5      | 18881 ||| Stepping ~*~*~tactically~*~*~ (outnumbered).
 18883 | D:5      | 18883 ||| Stepping ~*~*~tactically~*~*~ (outnumbered).
 18885 | D:5      | 18885 ||| Stepping ~*~*~tactically~*~*~ (outnumbered).
 18887 | D:5      | 18887 ||| Stepping ~*~*~tactically~*~*~ (outnumbered).
 18890 | D:5      | 18890 ||| Stepping ~*~*~tactically~*~*~ (outnumbered).
 18892 | D:5      | 18892 ||| Stepping ~*~*~tactically~*~*~ (outnumbered).
 18895 | D:5      | 18895 ||| Stepping ~*~*~tactically~*~*~ (outnumbered).
 18897 | D:5      | 18897 ||| Stepping ~*~*~tactically~*~*~ (outnumbered).
 18899 | D:5      | 18899 ||| Stepping ~*~*~tactically~*~*~ (outnumbered).
 18901 | D:5      | 18901 ||| Stepping ~*~*~tactically~*~*~ (outnumbered).
 18903 | D:5      | 18903 ||| Stepping ~*~*~tactically~*~*~ (outnumbered).
 18905 | D:5      | 18905 ||| Stepping ~*~*~tactically~*~*~ (outnumbered).
 18907 | D:5      | 18907 ||| Stepping ~*~*~tactically~*~*~ (outnumbered).
 18909 | D:5      | 18909 ||| Stepping ~*~*~tactically~*~*~ (outnumbered).
 18911 | D:5      | 18911 ||| Stepping ~*~*~tactically~*~*~ (outnumbered).
 18913 | D:5      | 18913 ||| Stepping ~*~*~tactically~*~*~ (outnumbered).
 18916 | D:5      | 18916 ||| Stepping ~*~*~tactically~*~*~ (outnumbered).
 18918 | D:5      | 18918 ||| Stepping ~*~*~tactically~*~*~ (outnumbered).
 18920 | D:5      | 18920 ||| Stepping ~*~*~tactically~*~*~ (outnumbered).
 18922 | D:5      | 18922 ||| Stepping ~*~*~tactically~*~*~ (outnumbered).
 18924 | D:5      | 18924 ||| Stepping ~*~*~tactically~*~*~ (outnumbered).
 18927 | D:5      | 18927 ||| Stepping ~*~*~tactically~*~*~ (outnumbered).
 18929 | D:5      | 18929 ||| Stepping ~*~*~tactically~*~*~ (outnumbered).
 18931 | D:5      | 18931 ||| Stepping ~*~*~tactically~*~*~ (outnumbered).
 18933 | D:5      | 18933 ||| Stepping ~*~*~tactically~*~*~ (outnumbered).
 18935 | D:5      | 18935 ||| Stepping ~*~*~tactically~*~*~ (outnumbered).
 18937 | D:5      | 18937 ||| Stepping ~*~*~tactically~*~*~ (outnumbered).
 18939 | D:5      | 18939 ||| Stepping ~*~*~tactically~*~*~ (outnumbered).
 18941 | D:5      | 18941 ||| Stepping ~*~*~tactically~*~*~ (outnumbered).
 18943 | D:5      | 18943 ||| Stepping ~*~*~tactically~*~*~ (outnumbered).
 18945 | D:5      | 18945 ||| Stepping ~*~*~tactically~*~*~ (outnumbered).
 18947 | D:5      | 18947 ||| Stepping ~*~*~tactically~*~*~ (outnumbered).
 18951 | D:5      | 18951 ||| Stepping ~*~*~tactically~*~*~ (outnumbered).
 18953 | D:5      | 18953 ||| Stepping ~*~*~tactically~*~*~ (outnumbered).
 18955 | D:5      | 18955 ||| Stepping ~*~*~tactically~*~*~ (outnumbered).
 18957 | D:5      | 18957 ||| Stepping ~*~*~tactically~*~*~ (outnumbered).
 18961 | D:5      | 18961 ||| Stepping ~*~*~tactically~*~*~ (outnumbered).
 18964 | D:5      | 18964 ||| Stepping ~*~*~tactically~*~*~ (outnumbered).
 18966 | D:5      | 18966 ||| Stepping ~*~*~tactically~*~*~ (outnumbered).
 18968 | D:5      | 18968 ||| Stepping ~*~*~tactically~*~*~ (outnumbered).
 18970 | D:5      | 18970 ||| Stepping ~*~*~tactically~*~*~ (outnumbered).
 18972 | D:5      | 18972 ||| Stepping ~*~*~tactically~*~*~ (outnumbered).
 18974 | D:5      | 18974 ||| Stepping ~*~*~tactically~*~*~ (outnumbered).
 18977 | D:5      | 18977 ||| Stepping ~*~*~tactically~*~*~ (outnumbered).
 18979 | D:5      | 18979 ||| Stepping ~*~*~tactically~*~*~ (outnumbered).
 18981 | D:5      | 18981 ||| Stepping ~*~*~tactically~*~*~ (outnumbered).
 18983 | D:5      | 18983 ||| Stepping ~*~*~tactically~*~*~ (outnumbered).
 18985 | D:5      | 18985 ||| Stepping ~*~*~tactically~*~*~ (outnumbered).
 18987 | D:5      | 18987 ||| Stepping ~*~*~tactically~*~*~ (outnumbered).
 18989 | D:5      | 18989 ||| Stepping ~*~*~tactically~*~*~ (outnumbered).
 18991 | D:5      | 18991 ||| Stepping ~*~*~tactically~*~*~ (outnumbered).
 18993 | D:5      | 18993 ||| Stepping ~*~*~tactically~*~*~ (outnumbered).
 18995 | D:5      | 18995 ||| Stepping ~*~*~tactically~*~*~ (outnumbered).
 18997 | D:5      | 18997 ||| Stepping ~*~*~tactically~*~*~ (outnumbered).
 18999 | D:5      | 18999 ||| Stepping ~*~*~tactically~*~*~ (outnumbered).
 19001 | D:5      | 19001 ||| Stepping ~*~*~tactically~*~*~ (outnumbered).
 19003 | D:5      | 19003 ||| Stepping ~*~*~tactically~*~*~ (outnumbered).
 19005 | D:5      | 19005 ||| Stepping ~*~*~tactically~*~*~ (outnumbered).
 19007 | D:5      | 19007 ||| Stepping ~*~*~tactically~*~*~ (outnumbered).
 19009 | D:5      | 19009 ||| Stepping ~*~*~tactically~*~*~ (outnumbered).
 19011 | D:5      | 19011 ||| Stepping ~*~*~tactically~*~*~ (outnumbered).
 19013 | D:5      | 19013 ||| Stepping ~*~*~tactically~*~*~ (outnumbered).
 19015 | D:5      | 19015 ||| Stepping ~*~*~tactically~*~*~ (outnumbered).
 19017 | D:5      | 19017 ||| Stepping ~*~*~tactically~*~*~ (outnumbered).
 19019 | D:5      | 19019 ||| Stepping ~*~*~tactically~*~*~ (outnumbered).
 19022 | D:5      | 19022 ||| Stepping ~*~*~tactically~*~*~ (outnumbered).
 19024 | D:5      | 19024 ||| Stepping ~*~*~tactically~*~*~ (outnumbered).
 19026 | D:5      | 19026 ||| Stepping ~*~*~tactically~*~*~ (outnumbered).
 19028 | D:5      | 19028 ||| Stepping ~*~*~tactically~*~*~ (outnumbered).
 19030 | D:5      | 19030 ||| Stepping ~*~*~tactically~*~*~ (outnumbered).
 19032 | D:5      | 19032 ||| Stepping ~*~*~tactically~*~*~ (outnumbered).
 19034 | D:5      | 19034 ||| Stepping ~*~*~tactically~*~*~ (outnumbered).
 19036 | D:5      | 19036 ||| Stepping ~*~*~tactically~*~*~ (outnumbered).
 19038 | D:5      | 19038 ||| Stepping ~*~*~tactically~*~*~ (outnumbered).
 19040 | D:5      | 19040 ||| Stepping ~*~*~tactically~*~*~ (outnumbered).
 19042 | D:5      | 19042 ||| Stepping ~*~*~tactically~*~*~ (outnumbered).
 19044 | D:5      | 19044 ||| Stepping ~*~*~tactically~*~*~ (outnumbered).
 19046 | D:5      | 19046 ||| Stepping ~*~*~tactically~*~*~ (outnumbered).
 19048 | D:5      | 19048 ||| Stepping ~*~*~tactically~*~*~ (outnumbered).
 19050 | D:5      | 19050 ||| Stepping ~*~*~tactically~*~*~ (outnumbered).
 19052 | D:5      | 19052 ||| Stepping ~*~*~tactically~*~*~ (outnumbered).
 19054 | D:5      | 19054 ||| Stepping ~*~*~tactically~*~*~ (outnumbered).
 19056 | D:5      | 19056 ||| Stepping ~*~*~tactically~*~*~ (outnumbered).
 19058 | D:5      | 19058 ||| Stepping ~*~*~tactically~*~*~ (outnumbered).
 19060 | D:5      | 19060 ||| Stepping ~*~*~tactically~*~*~ (outnumbered).
 19062 | D:5      | 19062 ||| Stepping ~*~*~tactically~*~*~ (outnumbered).
 19064 | D:5      | 19064 ||| Stepping ~*~*~tactically~*~*~ (outnumbered).
 19066 | D:5      | 19066 ||| Stepping ~*~*~tactically~*~*~ (outnumbered).
 19068 | D:5      | 19068 ||| Stepping ~*~*~tactically~*~*~ (outnumbered).
 19070 | D:5      | 19070 ||| Stepping ~*~*~tactically~*~*~ (outnumbered).
 19072 | D:5      | 19072 ||| Stepping ~*~*~tactically~*~*~ (outnumbered).
 19074 | D:5      | 19074 ||| Stepping ~*~*~tactically~*~*~ (outnumbered).
 19076 | D:5      | 19076 ||| Stepping ~*~*~tactically~*~*~ (outnumbered).
 19078 | D:5      | 19078 ||| Stepping ~*~*~tactically~*~*~ (outnumbered).
 19080 | D:5      | 19080 ||| Stepping ~*~*~tactically~*~*~ (outnumbered).
 19082 | D:5      | 19082 ||| Stepping ~*~*~tactically~*~*~ (outnumbered).
 19084 | D:5      | 19084 ||| Stepping ~*~*~tactically~*~*~ (outnumbered).
 19086 | D:5      | 19086 ||| Stepping ~*~*~tactically~*~*~ (outnumbered).
 19088 | D:5      | 19088 ||| Stepping ~*~*~tactically~*~*~ (outnumbered).
 19090 | D:5      | 19090 ||| Stepping ~*~*~tactically~*~*~ (outnumbered).
 19092 | D:5      | 19092 ||| Stepping ~*~*~tactically~*~*~ (outnumbered).
 19094 | D:5      | 19094 ||| Stepping ~*~*~tactically~*~*~ (outnumbered).
 19096 | D:5      | 19096 ||| Stepping ~*~*~tactically~*~*~ (outnumbered).
 19098 | D:5      | 19098 ||| Stepping ~*~*~tactically~*~*~ (outnumbered).
 19100 | D:5      | 19100 ||| Stepping ~*~*~tactically~*~*~ (outnumbered).
 19102 | D:5      | 19102 ||| Stepping ~*~*~tactically~*~*~ (outnumbered).
 19104 | D:5      | 19104 ||| Stepping ~*~*~tactically~*~*~ (outnumbered).
 19106 | D:5      | 19106 ||| Stepping ~*~*~tactically~*~*~ (outnumbered).
 19108 | D:5      | 19108 ||| Stepping ~*~*~tactically~*~*~ (outnumbered).
 19110 | D:5      | 19110 ||| Stepping ~*~*~tactically~*~*~ (outnumbered).
 19112 | D:5      | 19112 ||| Stepping ~*~*~tactically~*~*~ (outnumbered).
 19114 | D:5      | 19114 ||| Stepping ~*~*~tactically~*~*~ (outnumbered).
 19116 | D:5      | 19116 ||| Stepping ~*~*~tactically~*~*~ (outnumbered).
 19118 | D:5      | 19118 ||| Stepping ~*~*~tactically~*~*~ (outnumbered).
 19120 | D:5      | 19120 ||| Stepping ~*~*~tactically~*~*~ (outnumbered).
 19122 | D:5      | 19122 ||| Stepping ~*~*~tactically~*~*~ (outnumbered).
 19124 | D:5      | 19124 ||| Stepping ~*~*~tactically~*~*~ (outnumbered).
 19128 | D:5      | 19128 ||| Stepping ~*~*~tactically~*~*~ (outnumbered).
 19130 | D:5      | 19130 ||| Stepping ~*~*~tactically~*~*~ (outnumbered).
 19134 | D:5      | 19134 ||| Stepping ~*~*~tactically~*~*~ (outnumbered).
 19136 | D:5      | 19136 ||| Stepping ~*~*~tactically~*~*~ (outnumbered).
 19138 | D:5      | 19138 ||| Stepping ~*~*~tactically~*~*~ (outnumbered).
 19140 | D:5      | 19140 ||| Stepping ~*~*~tactically~*~*~ (outnumbered).
 19142 | D:5      | 19142 ||| Stepping ~*~*~tactically~*~*~ (outnumbered).
 19144 | D:5      | 19144 ||| Stepping ~*~*~tactically~*~*~ (outnumbered).
 19146 | D:5      | 19146 ||| Stepping ~*~*~tactically~*~*~ (outnumbered).
 19148 | D:5      | 19148 ||| Stepping ~*~*~tactically~*~*~ (outnumbered).
 19150 | D:5      | 19150 ||| Stepping ~*~*~tactically~*~*~ (outnumbered).
 19152 | D:5      | 19152 ||| Stepping ~*~*~tactically~*~*~ (outnumbered).
 19154 | D:5      | 19154 ||| Stepping ~*~*~tactically~*~*~ (outnumbered).
 19156 | D:5      | 19156 ||| Stepping ~*~*~tactically~*~*~ (outnumbered).
 19158 | D:5      | 19158 ||| Stepping ~*~*~tactically~*~*~ (outnumbered).
 19161 | D:5      | 19161 ||| Stepping ~*~*~tactically~*~*~ (outnumbered).
 19163 | D:5      | 19163 ||| Stepping ~*~*~tactically~*~*~ (outnumbered).
 19167 | D:5      | 19167 ||| Stepping ~*~*~tactically~*~*~ (outnumbered).
 19169 | D:5      | 19169 ||| Stepping ~*~*~tactically~*~*~ (outnumbered).
 19171 | D:5      | 19171 ||| Stepping ~*~*~tactically~*~*~ (outnumbered).
 19173 | D:5      | 19173 ||| Stepping ~*~*~tactically~*~*~ (outnumbered).
 19178 | D:5      | 19178 ||| Stepping ~*~*~tactically~*~*~ (outnumbered).
 19180 | D:5      | 19180 ||| Stepping ~*~*~tactically~*~*~ (outnumbered).
 19182 | D:5      | 19182 ||| Stepping ~*~*~tactically~*~*~ (outnumbered).
 19184 | D:5      | 19184 ||| Stepping ~*~*~tactically~*~*~ (outnumbered).
 19186 | D:5      | 19186 ||| Stepping ~*~*~tactically~*~*~ (outnumbered).
 19188 | D:5      | 19188 ||| Stepping ~*~*~tactically~*~*~ (outnumbered).
 19190 | D:5      | 19190 ||| Stepping ~*~*~tactically~*~*~ (outnumbered).
 19192 | D:5      | 19192 ||| Stepping ~*~*~tactically~*~*~ (outnumbered).
 19194 | D:5      | 19194 ||| Stepping ~*~*~tactically~*~*~ (outnumbered).
 19196 | D:5      | 19196 ||| Stepping ~*~*~tactically~*~*~ (outnumbered).
 19198 | D:5      | 19198 ||| Stepping ~*~*~tactically~*~*~ (outnumbered).
 19200 | D:5      | 19200 ||| Stepping ~*~*~tactically~*~*~ (outnumbered).
 19202 | D:5      | 19202 ||| Stepping ~*~*~tactically~*~*~ (outnumbered).
 19204 | D:5      | 19204 ||| Stepping ~*~*~tactically~*~*~ (outnumbered).
 19206 | D:5      | 19206 ||| Stepping ~*~*~tactically~*~*~ (outnumbered).
 19208 | D:5      | 19208 ||| Stepping ~*~*~tactically~*~*~ (outnumbered).
 19210 | D:5      | 19210 ||| Stepping ~*~*~tactically~*~*~ (outnumbered).
 19215 | D:5      | 19215 ||| Stepping ~*~*~tactically~*~*~ (outnumbered).
 19217 | D:5      | 19217 ||| Stepping ~*~*~tactically~*~*~ (outnumbered).
 19219 | D:5      | 19219 ||| Stepping ~*~*~tactically~*~*~ (outnumbered).
 19221 | D:5      | 19221 ||| Stepping ~*~*~tactically~*~*~ (outnumbered).
 19223 | D:5      | 19223 ||| Stepping ~*~*~tactically~*~*~ (outnumbered).
 19225 | D:5      | 19225 ||| Stepping ~*~*~tactically~*~*~ (outnumbered).
 19227 | D:5      | 19227 ||| Stepping ~*~*~tactically~*~*~ (outnumbered).
 19229 | D:5      | 19229 ||| Stepping ~*~*~tactically~*~*~ (outnumbered).
 19232 | D:5      | 19232 ||| Stepping ~*~*~tactically~*~*~ (outnumbered).
 19235 | D:5      | 19235 ||| Stepping ~*~*~tactically~*~*~ (outnumbered).
 19237 | D:5      | 19237 ||| Stepping ~*~*~tactically~*~*~ (outnumbered).
 19239 | D:5      | 19239 ||| Stepping ~*~*~tactically~*~*~ (outnumbered).
 19241 | D:5      | 19241 ||| Stepping ~*~*~tactically~*~*~ (outnumbered).
 19243 | D:5      | 19243 ||| Stepping ~*~*~tactically~*~*~ (outnumbered).
 19245 | D:5      | 19245 ||| Stepping ~*~*~tactically~*~*~ (outnumbered).
 19247 | D:5      | 19247 ||| Stepping ~*~*~tactically~*~*~ (outnumbered).
 19249 | D:5      | 19249 ||| Stepping ~*~*~tactically~*~*~ (outnumbered).
 19251 | D:5      | 19251 ||| Stepping ~*~*~tactically~*~*~ (outnumbered).
 19253 | D:5      | 19253 ||| Stepping ~*~*~tactically~*~*~ (outnumbered).
 19255 | D:5      | 19255 ||| Stepping ~*~*~tactically~*~*~ (outnumbered).
 19257 | D:5      | 19257 ||| Stepping ~*~*~tactically~*~*~ (outnumbered).
 19259 | D:5      | 19259 ||| Stepping ~*~*~tactically~*~*~ (outnumbered).
 19261 | D:5      | 19261 ||| Stepping ~*~*~tactically~*~*~ (outnumbered).
 19265 | D:5      | 19265 ||| Stepping ~*~*~tactically~*~*~ (outnumbered).
 19267 | D:5      | 19267 ||| Stepping ~*~*~tactically~*~*~ (outnumbered).
 19269 | D:5      | 19269 ||| Stepping ~*~*~tactically~*~*~ (outnumbered).
 19271 | D:5      | 19271 ||| Stepping ~*~*~tactically~*~*~ (outnumbered).
 19273 | D:5      | 19273 ||| Stepping ~*~*~tactically~*~*~ (outnumbered).
 19275 | D:5      | 19275 ||| Stepping ~*~*~tactically~*~*~ (outnumbered).
 19277 | D:5      | 19277 ||| Stepping ~*~*~tactically~*~*~ (outnumbered).
 19279 | D:5      | 19279 ||| Stepping ~*~*~tactically~*~*~ (outnumbered).
 19281 | D:5      | 19281 ||| Stepping ~*~*~tactically~*~*~ (outnumbered).
 19283 | D:5      | 19283 ||| Stepping ~*~*~tactically~*~*~ (outnumbered).
 19285 | D:5      | 19285 ||| Stepping ~*~*~tactically~*~*~ (outnumbered).
 19287 | D:5      | 19287 ||| Stepping ~*~*~tactically~*~*~ (outnumbered).
 19289 | D:5      | 19289 ||| Stepping ~*~*~tactically~*~*~ (outnumbered).
 19291 | D:5      | 19291 ||| Stepping ~*~*~tactically~*~*~ (outnumbered).
 19293 | D:5      | 19293 ||| Stepping ~*~*~tactically~*~*~ (outnumbered).
 19295 | D:5      | 19295 ||| Stepping ~*~*~tactically~*~*~ (outnumbered).
 19297 | D:5      | 19297 ||| Stepping ~*~*~tactically~*~*~ (outnumbered).
 19300 | D:5      | 19300 ||| Stepping ~*~*~tactically~*~*~ (outnumbered).
 19302 | D:5      | 19302 ||| Stepping ~*~*~tactically~*~*~ (outnumbered).
 19304 | D:5      | 19304 ||| Stepping ~*~*~tactically~*~*~ (outnumbered).
 19306 | D:5      | 19306 ||| Stepping ~*~*~tactically~*~*~ (outnumbered).
 19308 | D:5      | 19308 ||| Stepping ~*~*~tactically~*~*~ (outnumbered).
 19310 | D:5      | 19310 ||| Stepping ~*~*~tactically~*~*~ (outnumbered).
 19312 | D:5      | 19312 ||| Stepping ~*~*~tactically~*~*~ (outnumbered).
 19314 | D:5      | 19314 ||| Stepping ~*~*~tactically~*~*~ (outnumbered).
 19316 | D:5      | 19316 ||| Stepping ~*~*~tactically~*~*~ (outnumbered).
 19318 | D:5      | 19318 ||| Stepping ~*~*~tactically~*~*~ (outnumbered).
 19322 | D:5      | 19322 ||| Stepping ~*~*~tactically~*~*~ (outnumbered).
 19324 | D:5      | 19324 ||| Stepping ~*~*~tactically~*~*~ (outnumbered).
 19326 | D:5      | 19326 ||| Stepping ~*~*~tactically~*~*~ (outnumbered).
 19328 | D:5      | 19328 ||| Stepping ~*~*~tactically~*~*~ (outnumbered).
 19331 | D:5      | 19331 ||| Stepping ~*~*~tactically~*~*~ (outnumbered).
 19334 | D:5      | 19334 ||| Stepping ~*~*~tactically~*~*~ (outnumbered).
 19336 | D:5      | 19336 ||| Stepping ~*~*~tactically~*~*~ (outnumbered).
 19338 | D:5      | 19338 ||| Stepping ~*~*~tactically~*~*~ (outnumbered).
 19340 | D:5      | 19340 ||| Stepping ~*~*~tactically~*~*~ (outnumbered).
 19342 | D:5      | 19342 ||| Stepping ~*~*~tactically~*~*~ (outnumbered).
 19344 | D:5      | 19344 ||| Stepping ~*~*~tactically~*~*~ (outnumbered).
 19346 | D:5      | 19346 ||| Stepping ~*~*~tactically~*~*~ (outnumbered).
 19348 | D:5      | 19348 ||| Stepping ~*~*~tactically~*~*~ (outnumbered).
 19350 | D:5      | 19350 ||| Stepping ~*~*~tactically~*~*~ (outnumbered).
 19352 | D:5      | 19352 ||| Stepping ~*~*~tactically~*~*~ (outnumbered).
 19357 | D:5      | 19357 ||| Stepping ~*~*~tactically~*~*~ (outnumbered).
 19359 | D:5      | 19359 ||| Stepping ~*~*~tactically~*~*~ (outnumbered).
 19361 | D:5      | 19361 ||| Stepping ~*~*~tactically~*~*~ (outnumbered).
 19363 | D:5      | 19363 ||| Stepping ~*~*~tactically~*~*~ (outnumbered).
 19365 | D:5      | 19365 ||| Stepping ~*~*~tactically~*~*~ (outnumbered).
 19367 | D:5      | 19367 ||| Stepping ~*~*~tactically~*~*~ (outnumbered).
 19369 | D:5      | 19369 ||| Stepping ~*~*~tactically~*~*~ (outnumbered).
 19371 | D:5      | 19371 ||| Stepping ~*~*~tactically~*~*~ (outnumbered).
 19373 | D:5      | 19373 ||| Stepping ~*~*~tactically~*~*~ (outnumbered).
 19375 | D:5      | 19375 ||| Stepping ~*~*~tactically~*~*~ (outnumbered).
 19377 | D:5      | 19377 ||| Stepping ~*~*~tactically~*~*~ (outnumbered).
 19379 | D:5      | 19379 ||| Stepping ~*~*~tactically~*~*~ (outnumbered).
 19383 | D:5      | 19383 ||| Stepping ~*~*~tactically~*~*~ (outnumbered).
 19385 | D:5      | 19385 ||| Stepping ~*~*~tactically~*~*~ (outnumbered).
 19387 | D:5      | 19387 ||| Stepping ~*~*~tactically~*~*~ (outnumbered).
 19389 | D:5      | 19389 ||| Stepping ~*~*~tactically~*~*~ (outnumbered).
 19391 | D:5      | 19391 ||| Stepping ~*~*~tactically~*~*~ (outnumbered).
 19393 | D:5      | 19393 ||| Stepping ~*~*~tactically~*~*~ (outnumbered).
 19397 | D:5      | 19397 ||| Stepping ~*~*~tactically~*~*~ (outnumbered).
 19402 | D:5      | 19402 ||| Stepping ~*~*~tactically~*~*~ (outnumbered).
 19404 | D:5      | 19404 ||| Stepping ~*~*~tactically~*~*~ (outnumbered).
 19406 | D:5      | 19406 ||| Stepping ~*~*~tactically~*~*~ (outnumbered).
 19408 | D:5      | 19408 ||| Stepping ~*~*~tactically~*~*~ (outnumbered).
 19410 | D:5      | 19410 ||| Stepping ~*~*~tactically~*~*~ (outnumbered).
 19412 | D:5      | 19412 ||| Stepping ~*~*~tactically~*~*~ (outnumbered).
 19414 | D:5      | 19414 ||| Stepping ~*~*~tactically~*~*~ (outnumbered).
 19416 | D:5      | 19416 ||| Stepping ~*~*~tactically~*~*~ (outnumbered).
 19421 | D:5      | 19421 ||| Stepping ~*~*~tactically~*~*~ (outnumbered).
 19423 | D:5      | 19423 ||| Stepping ~*~*~tactically~*~*~ (outnumbered).
 19425 | D:5      | 19425 ||| Stepping ~*~*~tactically~*~*~ (outnumbered).
 19427 | D:5      | 19427 ||| Stepping ~*~*~tactically~*~*~ (outnumbered).
 19431 | D:5      | 19431 ||| Stepping ~*~*~tactically~*~*~ (outnumbered).
 19433 | D:5      | 19433 ||| Stepping ~*~*~tactically~*~*~ (outnumbered).
 19436 | D:5      | 19436 ||| Stepping ~*~*~tactically~*~*~ (outnumbered).
 19438 | D:5      | 19438 ||| Stepping ~*~*~tactically~*~*~ (outnumbered).
 19440 | D:5      | 19440 ||| Stepping ~*~*~tactically~*~*~ (outnumbered).
 19442 | D:5      | 19442 ||| Stepping ~*~*~tactically~*~*~ (outnumbered).
 19444 | D:5      | 19444 ||| Stepping ~*~*~tactically~*~*~ (outnumbered).
 19446 | D:5      | 19446 ||| Stepping ~*~*~tactically~*~*~ (outnumbered).
 19448 | D:5      | 19448 ||| Stepping ~*~*~tactically~*~*~ (outnumbered).
 19450 | D:5      | 19450 ||| Stepping ~*~*~tactically~*~*~ (outnumbered).
 19452 | D:5      | 19452 ||| Stepping ~*~*~tactically~*~*~ (outnumbered).
 19454 | D:5      | 19454 ||| Stepping ~*~*~tactically~*~*~ (outnumbered).
 19456 | D:5      | 19456 ||| Stepping ~*~*~tactically~*~*~ (outnumbered).
 19458 | D:5      | 19458 ||| Stepping ~*~*~tactically~*~*~ (outnumbered).
 19460 | D:5      | 19460 ||| Stepping ~*~*~tactically~*~*~ (outnumbered).
 19462 | D:5      | 19462 ||| Stepping ~*~*~tactically~*~*~ (outnumbered).
 19464 | D:5      | 19464 ||| Stepping ~*~*~tactically~*~*~ (outnumbered).
 19466 | D:5      | 19466 ||| Stepping ~*~*~tactically~*~*~ (outnumbered).
 19468 | D:5      | 19468 ||| Stepping ~*~*~tactically~*~*~ (outnumbered).
 19470 | D:5      | 19470 ||| Stepping ~*~*~tactically~*~*~ (outnumbered).
 19473 | D:5      | 19473 ||| Stepping ~*~*~tactically~*~*~ (outnumbered).
 19475 | D:5      | 19475 ||| Stepping ~*~*~tactically~*~*~ (outnumbered).
 19477 | D:5      | 19477 ||| Stepping ~*~*~tactically~*~*~ (outnumbered).
 19481 | D:5      | 19481 ||| Stepping ~*~*~tactically~*~*~ (outnumbered).
 19483 | D:5      | 19483 ||| Stepping ~*~*~tactically~*~*~ (outnumbered).
 19485 | D:5      | 19485 ||| Stepping ~*~*~tactically~*~*~ (outnumbered).
 19487 | D:5      | 19487 ||| Stepping ~*~*~tactically~*~*~ (outnumbered).
 19489 | D:5      | 19489 ||| Stepping ~*~*~tactically~*~*~ (outnumbered).
 19491 | D:5      | 19491 ||| Stepping ~*~*~tactically~*~*~ (outnumbered).
 19493 | D:5      | 19493 ||| Stepping ~*~*~tactically~*~*~ (outnumbered).
 19495 | D:5      | 19495 ||| Stepping ~*~*~tactically~*~*~ (outnumbered).
 19497 | D:5      | 19497 ||| Stepping ~*~*~tactically~*~*~ (outnumbered).
 19499 | D:5      | 19499 ||| Stepping ~*~*~tactically~*~*~ (outnumbered).
 19501 | D:5      | 19501 ||| Stepping ~*~*~tactically~*~*~ (outnumbered).
 19503 | D:5      | 19503 ||| Stepping ~*~*~tactically~*~*~ (outnumbered).
 19505 | D:5      | 19505 ||| Stepping ~*~*~tactically~*~*~ (outnumbered).
 19507 | D:5      | 19507 ||| Stepping ~*~*~tactically~*~*~ (outnumbered).
 19509 | D:5      | 19509 ||| Stepping ~*~*~tactically~*~*~ (outnumbered).
 19511 | D:5      | 19511 ||| Stepping ~*~*~tactically~*~*~ (outnumbered).
 19513 | D:5      | 19513 ||| Stepping ~*~*~tactically~*~*~ (outnumbered).
 19515 | D:5      | 19515 ||| Stepping ~*~*~tactically~*~*~ (outnumbered).
 19517 | D:5      | 19517 ||| Stepping ~*~*~tactically~*~*~ (outnumbered).
 19519 | D:5      | 19519 ||| Stepping ~*~*~tactically~*~*~ (outnumbered).
 19521 | D:5      | 19521 ||| Stepping ~*~*~tactically~*~*~ (outnumbered).
 19523 | D:5      | 19523 ||| Stepping ~*~*~tactically~*~*~ (outnumbered).
 19525 | D:5      | 19525 ||| Stepping ~*~*~tactically~*~*~ (outnumbered).
 19527 | D:5      | 19527 ||| Stepping ~*~*~tactically~*~*~ (outnumbered).
 19529 | D:5      | 19529 ||| Stepping ~*~*~tactically~*~*~ (outnumbered).
 19531 | D:5      | 19531 ||| Stepping ~*~*~tactically~*~*~ (outnumbered).
 19533 | D:5      | 19533 ||| Stepping ~*~*~tactically~*~*~ (outnumbered).
 19535 | D:5      | 19535 ||| Stepping ~*~*~tactically~*~*~ (outnumbered).
 19537 | D:5      | 19537 ||| Stepping ~*~*~tactically~*~*~ (outnumbered).
 19539 | D:5      | 19539 ||| Stepping ~*~*~tactically~*~*~ (outnumbered).
 19541 | D:5      | 19541 ||| Stepping ~*~*~tactically~*~*~ (outnumbered).
 19543 | D:5      | 19543 ||| Stepping ~*~*~tactically~*~*~ (outnumbered).
 19546 | D:5      | 19546 ||| Stepping ~*~*~tactically~*~*~ (outnumbered).
 19548 | D:5      | 19548 ||| Stepping ~*~*~tactically~*~*~ (outnumbered).
 19550 | D:5      | 19550 ||| Stepping ~*~*~tactically~*~*~ (outnumbered).
 19552 | D:5      | 19552 ||| Stepping ~*~*~tactically~*~*~ (outnumbered).
 19554 | D:5      | 19554 ||| Stepping ~*~*~tactically~*~*~ (outnumbered).
 19557 | D:5      | 19557 ||| Stepping ~*~*~tactically~*~*~ (outnumbered).
 19559 | D:5      | 19559 ||| Stepping ~*~*~tactically~*~*~ (outnumbered).
 19561 | D:5      | 19561 ||| Stepping ~*~*~tactically~*~*~ (outnumbered).
 19564 | D:5      | 19564 ||| Stepping ~*~*~tactically~*~*~ (outnumbered).
 19566 | D:5      | 19566 ||| Stepping ~*~*~tactically~*~*~ (outnumbered).
 19568 | D:5      | 19568 ||| Stepping ~*~*~tactically~*~*~ (outnumbered).
 19570 | D:5      | 19570 ||| Stepping ~*~*~tactically~*~*~ (outnumbered).
 19572 | D:5      | 19572 ||| Stepping ~*~*~tactically~*~*~ (outnumbered).
 19574 | D:5      | 19574 ||| Stepping ~*~*~tactically~*~*~ (outnumbered).
 19576 | D:5      | 19576 ||| Stepping ~*~*~tactically~*~*~ (outnumbered).
 19578 | D:5      | 19578 ||| Stepping ~*~*~tactically~*~*~ (outnumbered).
 19580 | D:5      | 19580 ||| Stepping ~*~*~tactically~*~*~ (outnumbered).
 19582 | D:5      | 19582 ||| Stepping ~*~*~tactically~*~*~ (outnumbered).
 19584 | D:5      | 19584 ||| Stepping ~*~*~tactically~*~*~ (outnumbered).
 19586 | D:5      | 19586 ||| Stepping ~*~*~tactically~*~*~ (outnumbered).
 19588 | D:5      | 19588 ||| Stepping ~*~*~tactically~*~*~ (outnumbered).
 19590 | D:5      | 19590 ||| Stepping ~*~*~tactically~*~*~ (outnumbered).
 19592 | D:5      | 19592 ||| Stepping ~*~*~tactically~*~*~ (outnumbered).
 19594 | D:5      | 19594 ||| Stepping ~*~*~tactically~*~*~ (outnumbered).
 19596 | D:5      | 19596 ||| Stepping ~*~*~tactically~*~*~ (outnumbered).
 19598 | D:5      | 19598 ||| Stepping ~*~*~tactically~*~*~ (outnumbered).
 19600 | D:5      | 19600 ||| Stepping ~*~*~tactically~*~*~ (outnumbered).
 19602 | D:5      | 19602 ||| Stepping ~*~*~tactically~*~*~ (outnumbered).
 19604 | D:5      | 19604 ||| Stepping ~*~*~tactically~*~*~ (outnumbered).
 19606 | D:5      | 19606 ||| Stepping ~*~*~tactically~*~*~ (outnumbered).
 19608 | D:5      | 19608 ||| Stepping ~*~*~tactically~*~*~ (outnumbered).
 19610 | D:5      | 19610 ||| Stepping ~*~*~tactically~*~*~ (outnumbered).
 19612 | D:5      | 19612 ||| Stepping ~*~*~tactically~*~*~ (outnumbered).
 19614 | D:5      | 19614 ||| Stepping ~*~*~tactically~*~*~ (outnumbered).
 19616 | D:5      | 19616 ||| Stepping ~*~*~tactically~*~*~ (outnumbered).
 19618 | D:5      | 19618 ||| Stepping ~*~*~tactically~*~*~ (outnumbered).
 19620 | D:5      | 19620 ||| Stepping ~*~*~tactically~*~*~ (outnumbered).
 19622 | D:5      | 19622 ||| Stepping ~*~*~tactically~*~*~ (outnumbered).
 19624 | D:5      | 19624 ||| Stepping ~*~*~tactically~*~*~ (outnumbered).
 19626 | D:5      | 19626 ||| Stepping ~*~*~tactically~*~*~ (outnumbered).
 19628 | D:5      | 19628 ||| Stepping ~*~*~tactically~*~*~ (outnumbered).
 19630 | D:5      | 19630 ||| Stepping ~*~*~tactically~*~*~ (outnumbered).
 19632 | D:5      | 19632 ||| Stepping ~*~*~tactically~*~*~ (outnumbered).
 19634 | D:5      | 19634 ||| Stepping ~*~*~tactically~*~*~ (outnumbered).
 19636 | D:5      | 19636 ||| Stepping ~*~*~tactically~*~*~ (outnumbered).
 19638 | D:5      | 19638 ||| Stepping ~*~*~tactically~*~*~ (outnumbered).
 19640 | D:5      | 19640 ||| Stepping ~*~*~tactically~*~*~ (outnumbered).
 19642 | D:5      | 19642 ||| Stepping ~*~*~tactically~*~*~ (outnumbered).
 19644 | D:5      | 19644 ||| Stepping ~*~*~tactically~*~*~ (outnumbered).
 19646 | D:5      | 19646 ||| Stepping ~*~*~tactically~*~*~ (outnumbered).
 19648 | D:5      | 19648 ||| Stepping ~*~*~tactically~*~*~ (outnumbered).
 19650 | D:5      | 19650 ||| Stepping ~*~*~tactically~*~*~ (outnumbered).
 19652 | D:5      | 19652 ||| Stepping ~*~*~tactically~*~*~ (outnumbered).
 19654 | D:5      | 19654 ||| Stepping ~*~*~tactically~*~*~ (outnumbered).
 19656 | D:5      | 19656 ||| Stepping ~*~*~tactically~*~*~ (outnumbered).
 19658 | D:5      | 19658 ||| Stepping ~*~*~tactically~*~*~ (outnumbered).
 19660 | D:5      | 19660 ||| Stepping ~*~*~tactically~*~*~ (outnumbered).
 19662 | D:5      | 19662 ||| Stepping ~*~*~tactically~*~*~ (outnumbered).
 19664 | D:5      | 19664 ||| Stepping ~*~*~tactically~*~*~ (outnumbered).
 19666 | D:5      | 19666 ||| Stepping ~*~*~tactically~*~*~ (outnumbered).
 19668 | D:5      | 19668 ||| Stepping ~*~*~tactically~*~*~ (outnumbered).
 19670 | D:5      | 19670 ||| Stepping ~*~*~tactically~*~*~ (outnumbered).
 19672 | D:5      | 19672 ||| Stepping ~*~*~tactically~*~*~ (outnumbered).
 19674 | D:5      | 19674 ||| Stepping ~*~*~tactically~*~*~ (outnumbered).
 19676 | D:5      | 19676 ||| Stepping ~*~*~tactically~*~*~ (outnumbered).
 19678 | D:5      | 19678 ||| Stepping ~*~*~tactically~*~*~ (outnumbered).
 19680 | D:5      | 19680 ||| Stepping ~*~*~tactically~*~*~ (outnumbered).
 19682 | D:5      | 19682 ||| Stepping ~*~*~tactically~*~*~ (outnumbered).
 19684 | D:5      | 19684 ||| Stepping ~*~*~tactically~*~*~ (outnumbered).
 19686 | D:5      | 19686 ||| Stepping ~*~*~tactically~*~*~ (outnumbered).
 19688 | D:5      | 19688 ||| Stepping ~*~*~tactically~*~*~ (outnumbered).
 19690 | D:5      | 19690 ||| Stepping ~*~*~tactically~*~*~ (outnumbered).
 19692 | D:5      | 19692 ||| Stepping ~*~*~tactically~*~*~ (outnumbered).
 19694 | D:5      | 19694 ||| Stepping ~*~*~tactically~*~*~ (outnumbered).
 19696 | D:5      | 19696 ||| Stepping ~*~*~tactically~*~*~ (outnumbered).
 19698 | D:5      | 19698 ||| Stepping ~*~*~tactically~*~*~ (outnumbered).
 19700 | D:5      | 19700 ||| Stepping ~*~*~tactically~*~*~ (outnumbered).
 19702 | D:5      | 19702 ||| Stepping ~*~*~tactically~*~*~ (outnumbered).
 19704 | D:5      | 19704 ||| Stepping ~*~*~tactically~*~*~ (outnumbered).
 19706 | D:5      | 19706 ||| Stepping ~*~*~tactically~*~*~ (outnumbered).
 19708 | D:5      | 19708 ||| Stepping ~*~*~tactically~*~*~ (outnumbered).
 19710 | D:5      | 19710 ||| Stepping ~*~*~tactically~*~*~ (outnumbered).
 19712 | D:5      | 19712 ||| Stepping ~*~*~tactically~*~*~ (outnumbered).
 19714 | D:5      | 19714 ||| Stepping ~*~*~tactically~*~*~ (outnumbered).
 19716 | D:5      | 19716 ||| Stepping ~*~*~tactically~*~*~ (outnumbered).
 19718 | D:5      | 19718 ||| Stepping ~*~*~tactically~*~*~ (outnumbered).
 19721 | D:5      | 19721 ||| Stepping ~*~*~tactically~*~*~ (outnumbered).
 19723 | D:5      | 19723 ||| Stepping ~*~*~tactically~*~*~ (outnumbered).
 19725 | D:5      | 19725 ||| Stepping ~*~*~tactically~*~*~ (outnumbered).
 19728 | D:5      | 19728 ||| Stepping ~*~*~tactically~*~*~ (outnumbered).
 19730 | D:5      | 19730 ||| Stepping ~*~*~tactically~*~*~ (outnumbered).
 19732 | D:5      | 19732 ||| Stepping ~*~*~tactically~*~*~ (outnumbered).
 19734 | D:5      | 19734 ||| Stepping ~*~*~tactically~*~*~ (outnumbered).
 19736 | D:5      | 19736 ||| Stepping ~*~*~tactically~*~*~ (outnumbered).
 19738 | D:5      | 19738 ||| Stepping ~*~*~tactically~*~*~ (outnumbered).
 19740 | D:5      | 19740 ||| Stepping ~*~*~tactically~*~*~ (outnumbered).
 19742 | D:5      | 19742 ||| Stepping ~*~*~tactically~*~*~ (outnumbered).
 19744 | D:5      | 19744 ||| Stepping ~*~*~tactically~*~*~ (outnumbered).
 19746 | D:5      | 19746 ||| Stepping ~*~*~tactically~*~*~ (outnumbered).
 19748 | D:5      | 19748 ||| Stepping ~*~*~tactically~*~*~ (outnumbered).
 19750 | D:5      | 19750 ||| Stepping ~*~*~tactically~*~*~ (outnumbered).
 19752 | D:5      | 19752 ||| Stepping ~*~*~tactically~*~*~ (outnumbered).
 19754 | D:5      | 19754 ||| Stepping ~*~*~tactically~*~*~ (outnumbered).
 19756 | D:5      | 19756 ||| Stepping ~*~*~tactically~*~*~ (outnumbered).
 19758 | D:5      | 19758 ||| Stepping ~*~*~tactically~*~*~ (outnumbered).
 19760 | D:5      | 19760 ||| Stepping ~*~*~tactically~*~*~ (outnumbered).
 19762 | D:5      | 19762 ||| Stepping ~*~*~tactically~*~*~ (outnumbered).
 19764 | D:5      | 19764 ||| Stepping ~*~*~tactically~*~*~ (outnumbered).
 19766 | D:5      | 19766 ||| Stepping ~*~*~tactically~*~*~ (outnumbered).
 19769 | D:5      | 19769 ||| Stepping ~*~*~tactically~*~*~ (outnumbered).
 19771 | D:5      | 19771 ||| Stepping ~*~*~tactically~*~*~ (outnumbered).
 19773 | D:5      | 19773 ||| Stepping ~*~*~tactically~*~*~ (outnumbered).
 19775 | D:5      | 19775 ||| Stepping ~*~*~tactically~*~*~ (outnumbered).
 19779 | D:5      | 19779 ||| Stepping ~*~*~tactically~*~*~ (outnumbered).
 19781 | D:5      | 19781 ||| Stepping ~*~*~tactically~*~*~ (outnumbered).
 19783 | D:5      | 19783 ||| Stepping ~*~*~tactically~*~*~ (outnumbered).
 19785 | D:5      | 19785 ||| Stepping ~*~*~tactically~*~*~ (outnumbered).
 19787 | D:5      | 19787 ||| Stepping ~*~*~tactically~*~*~ (outnumbered).
 19789 | D:5      | 19789 ||| Stepping ~*~*~tactically~*~*~ (outnumbered).
 19793 | D:5      | 19793 ||| Stepping ~*~*~tactically~*~*~ (outnumbered).
 19796 | D:5      | 19796 ||| Stepping ~*~*~tactically~*~*~ (outnumbered).
 19798 | D:5      | 19798 ||| Stepping ~*~*~tactically~*~*~ (outnumbered).
 19801 | D:5      | 19801 ||| Stepping ~*~*~tactically~*~*~ (outnumbered).
 19803 | D:5      | 19803 ||| Stepping ~*~*~tactically~*~*~ (outnumbered).
 19805 | D:5      | 19805 ||| Stepping ~*~*~tactically~*~*~ (outnumbered).
 19807 | D:5      | 19807 ||| Stepping ~*~*~tactically~*~*~ (outnumbered).
 19809 | D:5      | 19809 ||| Stepping ~*~*~tactically~*~*~ (outnumbered).
 19811 | D:5      | 19811 ||| Stepping ~*~*~tactically~*~*~ (outnumbered).
 19813 | D:5      | 19813 ||| Stepping ~*~*~tactically~*~*~ (outnumbered).
 19815 | D:5      | 19815 ||| Stepping ~*~*~tactically~*~*~ (outnumbered).
 19817 | D:5      | 19817 ||| Stepping ~*~*~tactically~*~*~ (outnumbered).
 19819 | D:5      | 19819 ||| Stepping ~*~*~tactically~*~*~ (outnumbered).
 19821 | D:5      | 19821 ||| Stepping ~*~*~tactically~*~*~ (outnumbered).
 19823 | D:5      | 19823 ||| Stepping ~*~*~tactically~*~*~ (outnumbered).
 19825 | D:5      | 19825 ||| Stepping ~*~*~tactically~*~*~ (outnumbered).
 19827 | D:5      | 19827 ||| Stepping ~*~*~tactically~*~*~ (outnumbered).
 19829 | D:5      | 19829 ||| Stepping ~*~*~tactically~*~*~ (outnumbered).
 19831 | D:5      | 19831 ||| Stepping ~*~*~tactically~*~*~ (outnumbered).
 19833 | D:5      | 19833 ||| Stepping ~*~*~tactically~*~*~ (outnumbered).
 19835 | D:5      | 19835 ||| Stepping ~*~*~tactically~*~*~ (outnumbered).
 19838 | D:5      | 19838 ||| Stepping ~*~*~tactically~*~*~ (outnumbered).
 19840 | D:5      | 19840 ||| Stepping ~*~*~tactically~*~*~ (outnumbered).
 19844 | D:5      | 19844 ||| Stepping ~*~*~tactically~*~*~ (outnumbered).
 19846 | D:5      | 19846 ||| Stepping ~*~*~tactically~*~*~ (outnumbered).
 19848 | D:5      | 19848 ||| Stepping ~*~*~tactically~*~*~ (outnumbered).
 19850 | D:5      | 19850 ||| Stepping ~*~*~tactically~*~*~ (outnumbered).
 19852 | D:5      | 19852 ||| Stepping ~*~*~tactically~*~*~ (outnumbered).
 19854 | D:5      | 19854 ||| Stepping ~*~*~tactically~*~*~ (outnumbered).
 19856 | D:5      | 19856 ||| Stepping ~*~*~tactically~*~*~ (outnumbered).
 19858 | D:5      | 19858 ||| Stepping ~*~*~tactically~*~*~ (outnumbered).
 19861 | D:5      | 19861 ||| Stepping ~*~*~tactically~*~*~ (outnumbered).
 19863 | D:5      | 19863 ||| Stepping ~*~*~tactically~*~*~ (outnumbered).
 19866 | D:5      | 19866 ||| Stepping ~*~*~tactically~*~*~ (outnumbered).
 19868 | D:5      | 19868 ||| Stepping ~*~*~tactically~*~*~ (outnumbered).
 19870 | D:5      | 19870 ||| Stepping ~*~*~tactically~*~*~ (outnumbered).
 19872 | D:5      | 19872 ||| Stepping ~*~*~tactically~*~*~ (outnumbered).
 19877 | D:5      | 19877 ||| Stepping ~*~*~tactically~*~*~ (outnumbered).
 19882 | D:5      | 19882 ||| Stepping ~*~*~tactically~*~*~ (outnumbered).
 19884 | D:5      | 19884 ||| Stepping ~*~*~tactically~*~*~ (outnumbered).
 19886 | D:5      | 19886 ||| Stepping ~*~*~tactically~*~*~ (outnumbered).
 19888 | D:5      | 19888 ||| Stepping ~*~*~tactically~*~*~ (outnumbered).
 19890 | D:5      | 19890 ||| Stepping ~*~*~tactically~*~*~ (outnumbered).
 19892 | D:5      | 19892 ||| Stepping ~*~*~tactically~*~*~ (outnumbered).
 19894 | D:5      | 19894 ||| Stepping ~*~*~tactically~*~*~ (outnumbered).
 19897 | D:5      | 19897 ||| Stepping ~*~*~tactically~*~*~ (outnumbered).
 19899 | D:5      | 19899 ||| Stepping ~*~*~tactically~*~*~ (outnumbered).
 19901 | D:5      | 19901 ||| Stepping ~*~*~tactically~*~*~ (outnumbered).
 19903 | D:5      | 19903 ||| Stepping ~*~*~tactically~*~*~ (outnumbered).
 19905 | D:5      | 19905 ||| Stepping ~*~*~tactically~*~*~ (outnumbered).
 19907 | D:5      | 19907 ||| Stepping ~*~*~tactically~*~*~ (outnumbered).
 19909 | D:5      | 19909 ||| Stepping ~*~*~tactically~*~*~ (outnumbered).
 19911 | D:5      | 19911 ||| Stepping ~*~*~tactically~*~*~ (outnumbered).
 19913 | D:5      | 19913 ||| Stepping ~*~*~tactically~*~*~ (outnumbered).
 19915 | D:5      | 19915 ||| Stepping ~*~*~tactically~*~*~ (outnumbered).
 19917 | D:5      | 19917 ||| Stepping ~*~*~tactically~*~*~ (outnumbered).
 19919 | D:5      | 19919 ||| Stepping ~*~*~tactically~*~*~ (outnumbered).
 19921 | D:5      | 19921 ||| Stepping ~*~*~tactically~*~*~ (outnumbered).
 19923 | D:5      | 19923 ||| Stepping ~*~*~tactically~*~*~ (outnumbered).
 19925 | D:5      | 19925 ||| Stepping ~*~*~tactically~*~*~ (outnumbered).
 19927 | D:5      | 19927 ||| Stepping ~*~*~tactically~*~*~ (outnumbered).
 19930 | D:5      | 19930 ||| Stepping ~*~*~tactically~*~*~ (outnumbered).
 19932 | D:5      | 19932 ||| Stepping ~*~*~tactically~*~*~ (outnumbered).
 19934 | D:5      | 19934 ||| Stepping ~*~*~tactically~*~*~ (outnumbered).
 19936 | D:5      | 19936 ||| Stepping ~*~*~tactically~*~*~ (outnumbered).
 19938 | D:5      | 19938 ||| Stepping ~*~*~tactically~*~*~ (outnumbered).
 19940 | D:5      | 19940 ||| Stepping ~*~*~tactically~*~*~ (outnumbered).
 19942 | D:5      | 19942 ||| Stepping ~*~*~tactically~*~*~ (outnumbered).
 19944 | D:5      | 19944 ||| Stepping ~*~*~tactically~*~*~ (outnumbered).
 19946 | D:5      | 19946 ||| Stepping ~*~*~tactically~*~*~ (outnumbered).
 19948 | D:5      | 19948 ||| Stepping ~*~*~tactically~*~*~ (outnumbered).
 19950 | D:5      | 19950 ||| Stepping ~*~*~tactically~*~*~ (outnumbered).
 19952 | D:5      | 19952 ||| Stepping ~*~*~tactically~*~*~ (outnumbered).
 19954 | D:5      | 19954 ||| Stepping ~*~*~tactically~*~*~ (outnumbered).
 19956 | D:5      | 19956 ||| Stepping ~*~*~tactically~*~*~ (outnumbered).
 19958 | D:5      | 19958 ||| Stepping ~*~*~tactically~*~*~ (outnumbered).
 19960 | D:5      | 19960 ||| Stepping ~*~*~tactically~*~*~ (outnumbered).
 19962 | D:5      | 19962 ||| Stepping ~*~*~tactically~*~*~ (outnumbered).
 19964 | D:5      | 19964 ||| Stepping ~*~*~tactically~*~*~ (outnumbered).
 19968 | D:5      | 19968 ||| Stepping ~*~*~tactically~*~*~ (outnumbered).
 19970 | D:5      | 19970 ||| Stepping ~*~*~tactically~*~*~ (outnumbered).
 19972 | D:5      | 19972 ||| Stepping ~*~*~tactically~*~*~ (outnumbered).
 19977 | D:5      | 19977 ||| Stepping ~*~*~tactically~*~*~ (outnumbered).
 19979 | D:5      | 19979 ||| Stepping ~*~*~tactically~*~*~ (outnumbered).
 19981 | D:5      | 19981 ||| Stepping ~*~*~tactically~*~*~ (outnumbered).
 19983 | D:5      | 19983 ||| Stepping ~*~*~tactically~*~*~ (outnumbered).
 19985 | D:5      | 19985 ||| Stepping ~*~*~tactically~*~*~ (outnumbered).
 19987 | D:5      | 19987 ||| Stepping ~*~*~tactically~*~*~ (outnumbered).
 19989 | D:5      | 19989 ||| Stepping ~*~*~tactically~*~*~ (outnumbered).
 19991 | D:5      | 19991 ||| Stepping ~*~*~tactically~*~*~ (outnumbered).
 19993 | D:5      | 19993 ||| Stepping ~*~*~tactically~*~*~ (outnumbered).
 19995 | D:5      | 19995 ||| Stepping ~*~*~tactically~*~*~ (outnumbered).
 19997 | D:5      | 19997 ||| Stepping ~*~*~tactically~*~*~ (outnumbered).
 19999 | D:5      | 19999 ||| Stepping ~*~*~tactically~*~*~ (outnumbered).
 20001 | D:5      | 20001 ||| Stepping ~*~*~tactically~*~*~ (outnumbered).
 20003 | D:5      | 20003 ||| Stepping ~*~*~tactically~*~*~ (outnumbered).
 20005 | D:5      | 20005 ||| Stepping ~*~*~tactically~*~*~ (outnumbered).
 20009 | D:5      | 20009 ||| Stepping ~*~*~tactically~*~*~ (outnumbered).
 20011 | D:5      | 20011 ||| Stepping ~*~*~tactically~*~*~ (outnumbered).
 20013 | D:5      | 20013 ||| Stepping ~*~*~tactically~*~*~ (outnumbered).
 20015 | D:5      | 20015 ||| Stepping ~*~*~tactically~*~*~ (outnumbered).
 20017 | D:5      | 20017 ||| Stepping ~*~*~tactically~*~*~ (outnumbered).
 20019 | D:5      | 20019 ||| Stepping ~*~*~tactically~*~*~ (outnumbered).
 20021 | D:5      | 20021 ||| Stepping ~*~*~tactically~*~*~ (outnumbered).
 20023 | D:5      | 20023 ||| Stepping ~*~*~tactically~*~*~ (outnumbered).
 20025 | D:5      | 20025 ||| Stepping ~*~*~tactically~*~*~ (outnumbered).
 20027 | D:5      | 20027 ||| Stepping ~*~*~tactically~*~*~ (outnumbered).
 20029 | D:5      | 20029 ||| Stepping ~*~*~tactically~*~*~ (outnumbered).
 20031 | D:5      | 20031 ||| Stepping ~*~*~tactically~*~*~ (outnumbered).
 20033 | D:5      | 20033 ||| Stepping ~*~*~tactically~*~*~ (outnumbered).
 20035 | D:5      | 20035 ||| Stepping ~*~*~tactically~*~*~ (outnumbered).
 20037 | D:5      | 20037 ||| Stepping ~*~*~tactically~*~*~ (outnumbered).
 20039 | D:5      | 20039 ||| Stepping ~*~*~tactically~*~*~ (outnumbered).
 20041 | D:5      | 20041 ||| Stepping ~*~*~tactically~*~*~ (outnumbered).
 20043 | D:5      | 20043 ||| Stepping ~*~*~tactically~*~*~ (outnumbered).
 20045 | D:5      | 20045 ||| Stepping ~*~*~tactically~*~*~ (outnumbered).
 20047 | D:5      | 20047 ||| Stepping ~*~*~tactically~*~*~ (outnumbered).
 20049 | D:5      | 20049 ||| Stepping ~*~*~tactically~*~*~ (outnumbered).
 20051 | D:5      | 20051 ||| Stepping ~*~*~tactically~*~*~ (outnumbered).
 20053 | D:5      | 20053 ||| Stepping ~*~*~tactically~*~*~ (outnumbered).
 20055 | D:5      | 20055 ||| Stepping ~*~*~tactically~*~*~ (outnumbered).
 20057 | D:5      | 20057 ||| Stepping ~*~*~tactically~*~*~ (outnumbered).
 20059 | D:5      | 20059 ||| Stepping ~*~*~tactically~*~*~ (outnumbered).
 20061 | D:5      | 20061 ||| Stepping ~*~*~tactically~*~*~ (outnumbered).
 20063 | D:5      | 20063 ||| Stepping ~*~*~tactically~*~*~ (outnumbered).
 20065 | D:5      | 20065 ||| Stepping ~*~*~tactically~*~*~ (outnumbered).
 20068 | D:5      | 20068 ||| Stepping ~*~*~tactically~*~*~ (outnumbered).
 20070 | D:5      | 20070 ||| Stepping ~*~*~tactically~*~*~ (outnumbered).
 20072 | D:5      | 20072 ||| Stepping ~*~*~tactically~*~*~ (outnumbered).
 20074 | D:5      | 20074 ||| Stepping ~*~*~tactically~*~*~ (outnumbered).
 20076 | D:5      | 20076 ||| Stepping ~*~*~tactically~*~*~ (outnumbered).
 20078 | D:5      | 20078 ||| Stepping ~*~*~tactically~*~*~ (outnumbered).
 20080 | D:5      | 20080 ||| Stepping ~*~*~tactically~*~*~ (outnumbered).
 20083 | D:5      | 20083 ||| Stepping ~*~*~tactically~*~*~ (outnumbered).
 20085 | D:5      | 20085 ||| Stepping ~*~*~tactically~*~*~ (outnumbered).
 20087 | D:5      | 20087 ||| Stepping ~*~*~tactically~*~*~ (outnumbered).
 20089 | D:5      | 20089 ||| Stepping ~*~*~tactically~*~*~ (outnumbered).
 20091 | D:5      | 20091 ||| Stepping ~*~*~tactically~*~*~ (outnumbered).
 20093 | D:5      | 20093 ||| Stepping ~*~*~tactically~*~*~ (outnumbered).
 20095 | D:5      | 20095 ||| Stepping ~*~*~tactically~*~*~ (outnumbered).
 20097 | D:5      | 20097 ||| Stepping ~*~*~tactically~*~*~ (outnumbered).
 20100 | D:5      | 20100 ||| Stepping ~*~*~tactically~*~*~ (outnumbered).
 20102 | D:5      | 20102 ||| Stepping ~*~*~tactically~*~*~ (outnumbered).
 20104 | D:5      | 20104 ||| Stepping ~*~*~tactically~*~*~ (outnumbered).
 20109 | D:5      | 20109 ||| Stepping ~*~*~tactically~*~*~ (outnumbered).
 20111 | D:5      | 20111 ||| Stepping ~*~*~tactically~*~*~ (outnumbered).
 20113 | D:5      | 20113 ||| Stepping ~*~*~tactically~*~*~ (outnumbered).
 20115 | D:5      | 20115 ||| Stepping ~*~*~tactically~*~*~ (outnumbered).
 20117 | D:5      | 20117 ||| Stepping ~*~*~tactically~*~*~ (outnumbered).
 20119 | D:5      | 20119 ||| Stepping ~*~*~tactically~*~*~ (outnumbered).
 20121 | D:5      | 20121 ||| Stepping ~*~*~tactically~*~*~ (outnumbered).
 20123 | D:5      | 20123 ||| Stepping ~*~*~tactically~*~*~ (outnumbered).
 20125 | D:5      | 20125 ||| Stepping ~*~*~tactically~*~*~ (outnumbered).
 20127 | D:5      | 20127 ||| Stepping ~*~*~tactically~*~*~ (outnumbered).
 20129 | D:5      | 20129 ||| Stepping ~*~*~tactically~*~*~ (outnumbered).
 20131 | D:5      | 20131 ||| Stepping ~*~*~tactically~*~*~ (outnumbered).
 20133 | D:5      | 20133 ||| Stepping ~*~*~tactically~*~*~ (outnumbered).
 20135 | D:5      | 20135 ||| Stepping ~*~*~tactically~*~*~ (outnumbered).
 20137 | D:5      | 20137 ||| Stepping ~*~*~tactically~*~*~ (outnumbered).
 20139 | D:5      | 20139 ||| Stepping ~*~*~tactically~*~*~ (outnumbered).
 20142 | D:5      | 20142 ||| Stepping ~*~*~tactically~*~*~ (outnumbered).
 20144 | D:5      | 20144 ||| Stepping ~*~*~tactically~*~*~ (outnumbered).
 20146 | D:5      | 20146 ||| Stepping ~*~*~tactically~*~*~ (outnumbered).
 20148 | D:5      | 20148 ||| Stepping ~*~*~tactically~*~*~ (outnumbered).
 20151 | D:5      | 20151 ||| Stepping ~*~*~tactically~*~*~ (outnumbered).
 20153 | D:5      | 20153 ||| Stepping ~*~*~tactically~*~*~ (outnumbered).
 20155 | D:5      | 20155 ||| Stepping ~*~*~tactically~*~*~ (outnumbered).
 20157 | D:5      | 20157 ||| Stepping ~*~*~tactically~*~*~ (outnumbered).
 20159 | D:5      | 20159 ||| Stepping ~*~*~tactically~*~*~ (outnumbered).
 20161 | D:5      | 20161 ||| Stepping ~*~*~tactically~*~*~ (outnumbered).
 20163 | D:5      | 20163 ||| Stepping ~*~*~tactically~*~*~ (outnumbered).
 20165 | D:5      | 20165 ||| Stepping ~*~*~tactically~*~*~ (outnumbered).
 20167 | D:5      | 20167 ||| Stepping ~*~*~tactically~*~*~ (outnumbered).
 20169 | D:5      | 20169 ||| Stepping ~*~*~tactically~*~*~ (outnumbered).
 20171 | D:5      | 20171 ||| Stepping ~*~*~tactically~*~*~ (outnumbered).
 20173 | D:5      | 20173 ||| Stepping ~*~*~tactically~*~*~ (outnumbered).
 20175 | D:5      | 20175 ||| Stepping ~*~*~tactically~*~*~ (outnumbered).
 20177 | D:5      | 20177 ||| Stepping ~*~*~tactically~*~*~ (outnumbered).
 20179 | D:5      | 20179 ||| Stepping ~*~*~tactically~*~*~ (outnumbered).
 20181 | D:5      | 20181 ||| Stepping ~*~*~tactically~*~*~ (outnumbered).
 20183 | D:5      | 20183 ||| Stepping ~*~*~tactically~*~*~ (outnumbered).
 20185 | D:5      | 20185 ||| Stepping ~*~*~tactically~*~*~ (outnumbered).
 20187 | D:5      | 20187 ||| Stepping ~*~*~tactically~*~*~ (outnumbered).
 20189 | D:5      | 20189 ||| Stepping ~*~*~tactically~*~*~ (outnumbered).
 20191 | D:5      | 20191 ||| Stepping ~*~*~tactically~*~*~ (outnumbered).
 20193 | D:5      | 20193 ||| Stepping ~*~*~tactically~*~*~ (outnumbered).
 20195 | D:5      | 20195 ||| Stepping ~*~*~tactically~*~*~ (outnumbered).
 20200 | D:5      | 20200 ||| Stepping ~*~*~tactically~*~*~ (outnumbered).
 20202 | D:5      | 20202 ||| Stepping ~*~*~tactically~*~*~ (outnumbered).
 20204 | D:5      | 20204 ||| Stepping ~*~*~tactically~*~*~ (outnumbered).
 20207 | D:5      | 20207 ||| Stepping ~*~*~tactically~*~*~ (outnumbered).
 20211 | D:5      | 20211 ||| Stepping ~*~*~tactically~*~*~ (outnumbered).
 20213 | D:5      | 20213 ||| Stepping ~*~*~tactically~*~*~ (outnumbered).
 20215 | D:5      | 20215 ||| Stepping ~*~*~tactically~*~*~ (outnumbered).
 20219 | D:5      | 20219 ||| Stepping ~*~*~tactically~*~*~ (outnumbered).
 20221 | D:5      | 20221 ||| Stepping ~*~*~tactically~*~*~ (outnumbered).
 20223 | D:5      | 20223 ||| Stepping ~*~*~tactically~*~*~ (outnumbered).
 20225 | D:5      | 20225 ||| Stepping ~*~*~tactically~*~*~ (outnumbered).
 20227 | D:5      | 20227 ||| Stepping ~*~*~tactically~*~*~ (outnumbered).
 20229 | D:5      | 20229 ||| Stepping ~*~*~tactically~*~*~ (outnumbered).
 20231 | D:5      | 20231 ||| Stepping ~*~*~tactically~*~*~ (outnumbered).
 20233 | D:5      | 20233 ||| Stepping ~*~*~tactically~*~*~ (outnumbered).
 20235 | D:5      | 20235 ||| Stepping ~*~*~tactically~*~*~ (outnumbered).
 20237 | D:5      | 20237 ||| Stepping ~*~*~tactically~*~*~ (outnumbered).
 20239 | D:5      | 20239 ||| Stepping ~*~*~tactically~*~*~ (outnumbered).
 20241 | D:5      | 20241 ||| Stepping ~*~*~tactically~*~*~ (outnumbered).
 20243 | D:5      | 20243 ||| Stepping ~*~*~tactically~*~*~ (outnumbered).
 20245 | D:5      | 20245 ||| Stepping ~*~*~tactically~*~*~ (outnumbered).
 20247 | D:5      | 20247 ||| Stepping ~*~*~tactically~*~*~ (outnumbered).
 20249 | D:5      | 20249 ||| Stepping ~*~*~tactically~*~*~ (outnumbered).
 20251 | D:5      | 20251 ||| Stepping ~*~*~tactically~*~*~ (outnumbered).
 20253 | D:5      | 20253 ||| Stepping ~*~*~tactically~*~*~ (outnumbered).
 20255 | D:5      | 20255 ||| Stepping ~*~*~tactically~*~*~ (outnumbered).
 20257 | D:5      | 20257 ||| Stepping ~*~*~tactically~*~*~ (outnumbered).
 20259 | D:5      | 20259 ||| Stepping ~*~*~tactically~*~*~ (outnumbered).
 20262 | D:5      | 20262 ||| Stepping ~*~*~tactically~*~*~ (outnumbered).
 20264 | D:5      | 20264 ||| Stepping ~*~*~tactically~*~*~ (outnumbered).
 20266 | D:5      | 20266 ||| Stepping ~*~*~tactically~*~*~ (outnumbered).
 20268 | D:5      | 20268 ||| Stepping ~*~*~tactically~*~*~ (outnumbered).
 20270 | D:5      | 20270 ||| Stepping ~*~*~tactically~*~*~ (outnumbered).
 20272 | D:5      | 20272 ||| Stepping ~*~*~tactically~*~*~ (outnumbered).
 20276 | D:5      | 20276 ||| Stepping ~*~*~tactically~*~*~ (outnumbered).
 20278 | D:5      | 20278 ||| Stepping ~*~*~tactically~*~*~ (outnumbered).
 20280 | D:5      | 20280 ||| Stepping ~*~*~tactically~*~*~ (outnumbered).
 20282 | D:5      | 20282 ||| Stepping ~*~*~tactically~*~*~ (outnumbered).
 20284 | D:5      | 20284 ||| Stepping ~*~*~tactically~*~*~ (outnumbered).
 20286 | D:5      | 20286 ||| Stepping ~*~*~tactically~*~*~ (outnumbered).
 20288 | D:5      | 20288 ||| Stepping ~*~*~tactically~*~*~ (outnumbered).
 20290 | D:5      | 20290 ||| Stepping ~*~*~tactically~*~*~ (outnumbered).
 20292 | D:5      | 20292 ||| Stepping ~*~*~tactically~*~*~ (outnumbered).
 20294 | D:5      | 20294 ||| Stepping ~*~*~tactically~*~*~ (outnumbered).
 20296 | D:5      | 20296 ||| Stepping ~*~*~tactically~*~*~ (outnumbered).
 20298 | D:5      | 20298 ||| Stepping ~*~*~tactically~*~*~ (outnumbered).
 20300 | D:5      | 20300 ||| Stepping ~*~*~tactically~*~*~ (outnumbered).
 20302 | D:5      | 20302 ||| Stepping ~*~*~tactically~*~*~ (outnumbered).
 20304 | D:5      | 20304 ||| Stepping ~*~*~tactically~*~*~ (outnumbered).
 20306 | D:5      | 20306 ||| Stepping ~*~*~tactically~*~*~ (outnumbered).
 20308 | D:5      | 20308 ||| Stepping ~*~*~tactically~*~*~ (outnumbered).
 20310 | D:5      | 20310 ||| Stepping ~*~*~tactically~*~*~ (outnumbered).
 20312 | D:5      | 20312 ||| Stepping ~*~*~tactically~*~*~ (outnumbered).
 20314 | D:5      | 20314 ||| Stepping ~*~*~tactically~*~*~ (outnumbered).
 20316 | D:5      | 20316 ||| Stepping ~*~*~tactically~*~*~ (outnumbered).
 20318 | D:5      | 20318 ||| Stepping ~*~*~tactically~*~*~ (outnumbered).
 20320 | D:5      | 20320 ||| Stepping ~*~*~tactically~*~*~ (outnumbered).
 20322 | D:5      | 20322 ||| Stepping ~*~*~tactically~*~*~ (outnumbered).
 20324 | D:5      | 20324 ||| Stepping ~*~*~tactically~*~*~ (outnumbered).
 20326 | D:5      | 20326 ||| Stepping ~*~*~tactically~*~*~ (outnumbered).
 20328 | D:5      | 20328 ||| Stepping ~*~*~tactically~*~*~ (outnumbered).
 20333 | D:5      | 20333 ||| Stepping ~*~*~tactically~*~*~ (outnumbered).
 20335 | D:5      | 20335 ||| Stepping ~*~*~tactically~*~*~ (outnumbered).
 20337 | D:5      | 20337 ||| Stepping ~*~*~tactically~*~*~ (outnumbered).
 20339 | D:5      | 20339 ||| Stepping ~*~*~tactically~*~*~ (outnumbered).
 20341 | D:5      | 20341 ||| Stepping ~*~*~tactically~*~*~ (outnumbered).
 20343 | D:5      | 20343 ||| Stepping ~*~*~tactically~*~*~ (outnumbered).
 20345 | D:5      | 20345 ||| Stepping ~*~*~tactically~*~*~ (outnumbered).
 20349 | D:5      | 20349 ||| Stepping ~*~*~tactically~*~*~ (outnumbered).
 20351 | D:5      | 20351 ||| Stepping ~*~*~tactically~*~*~ (outnumbered).
 20353 | D:5      | 20353 ||| Stepping ~*~*~tactically~*~*~ (outnumbered).
 20357 | D:5      | 20357 ||| Stepping ~*~*~tactically~*~*~ (outnumbered).
 20359 | D:5      | 20359 ||| Stepping ~*~*~tactically~*~*~ (outnumbered).
 20361 | D:5      | 20361 ||| Stepping ~*~*~tactically~*~*~ (outnumbered).
 20363 | D:5      | 20363 ||| Stepping ~*~*~tactically~*~*~ (outnumbered).
 20365 | D:5      | 20365 ||| Stepping ~*~*~tactically~*~*~ (outnumbered).
 20367 | D:5      | 20367 ||| Stepping ~*~*~tactically~*~*~ (outnumbered).
 20369 | D:5      | 20369 ||| Stepping ~*~*~tactically~*~*~ (outnumbered).
 20371 | D:5      | 20371 ||| Stepping ~*~*~tactically~*~*~ (outnumbered).
 20373 | D:5      | 20373 ||| Stepping ~*~*~tactically~*~*~ (outnumbered).
 20375 | D:5      | 20375 ||| Stepping ~*~*~tactically~*~*~ (outnumbered).
 20378 | D:5      | 20378 ||| Stepping ~*~*~tactically~*~*~ (outnumbered).
 20380 | D:5      | 20380 ||| Stepping ~*~*~tactically~*~*~ (outnumbered).
 20382 | D:5      | 20382 ||| Stepping ~*~*~tactically~*~*~ (outnumbered).
 20384 | D:5      | 20384 ||| Stepping ~*~*~tactically~*~*~ (outnumbered).
 20386 | D:5      | 20386 ||| Stepping ~*~*~tactically~*~*~ (outnumbered).
 20388 | D:5      | 20388 ||| Stepping ~*~*~tactically~*~*~ (outnumbered).
 20390 | D:5      | 20390 ||| Stepping ~*~*~tactically~*~*~ (outnumbered).
 20392 | D:5      | 20392 ||| Stepping ~*~*~tactically~*~*~ (outnumbered).
 20394 | D:5      | 20394 ||| Stepping ~*~*~tactically~*~*~ (outnumbered).
 20396 | D:5      | 20396 ||| Stepping ~*~*~tactically~*~*~ (outnumbered).
 20398 | D:5      | 20398 ||| Stepping ~*~*~tactically~*~*~ (outnumbered).
 20400 | D:5      | 20400 ||| Stepping ~*~*~tactically~*~*~ (outnumbered).
 20405 | D:5      | 20405 ||| Stepping ~*~*~tactically~*~*~ (outnumbered).
 20407 | D:5      | 20407 ||| Stepping ~*~*~tactically~*~*~ (outnumbered).
 20409 | D:5      | 20409 ||| Stepping ~*~*~tactically~*~*~ (outnumbered).
 20411 | D:5      | 20411 ||| Stepping ~*~*~tactically~*~*~ (outnumbered).
 20413 | D:5      | 20413 ||| Stepping ~*~*~tactically~*~*~ (outnumbered).
 20415 | D:5      | 20415 ||| Stepping ~*~*~tactically~*~*~ (outnumbered).
 20417 | D:5      | 20417 ||| Stepping ~*~*~tactically~*~*~ (outnumbered).
 20420 | D:5      | 20420 ||| Stepping ~*~*~tactically~*~*~ (outnumbered).
 20422 | D:5      | 20422 ||| Stepping ~*~*~tactically~*~*~ (outnumbered).
 20424 | D:5      | 20424 ||| Stepping ~*~*~tactically~*~*~ (outnumbered).
 20426 | D:5      | 20426 ||| Stepping ~*~*~tactically~*~*~ (outnumbered).
 20428 | D:5      | 20428 ||| Stepping ~*~*~tactically~*~*~ (outnumbered).
 20430 | D:5      | 20430 ||| Stepping ~*~*~tactically~*~*~ (outnumbered).
 20432 | D:5      | 20432 ||| Stepping ~*~*~tactically~*~*~ (outnumbered).
 20434 | D:5      | 20434 ||| Stepping ~*~*~tactically~*~*~ (outnumbered).
 20436 | D:5      | 20436 ||| Stepping ~*~*~tactically~*~*~ (outnumbered).
 20438 | D:5      | 20438 ||| Stepping ~*~*~tactically~*~*~ (outnumbered).
 20442 | D:5      | 20442 ||| Stepping ~*~*~tactically~*~*~ (outnumbered).
 20444 | D:5      | 20444 ||| Stepping ~*~*~tactically~*~*~ (outnumbered).
 20446 | D:5      | 20446 ||| Stepping ~*~*~tactically~*~*~ (outnumbered).
 20448 | D:5      | 20448 ||| Stepping ~*~*~tactically~*~*~ (outnumbered).
 20450 | D:5      | 20450 ||| Stepping ~*~*~tactically~*~*~ (outnumbered).
 20453 | D:5      | 20453 ||| Stepping ~*~*~tactically~*~*~ (outnumbered).
 20455 | D:5      | 20455 ||| Stepping ~*~*~tactically~*~*~ (outnumbered).
 20457 | D:5      | 20457 ||| Stepping ~*~*~tactically~*~*~ (outnumbered).
 20460 | D:5      | 20460 ||| Stepping ~*~*~tactically~*~*~ (outnumbered).
 20462 | D:5      | 20462 ||| Stepping ~*~*~tactically~*~*~ (outnumbered).
 20464 | D:5      | 20464 ||| Stepping ~*~*~tactically~*~*~ (outnumbered).
 20466 | D:5      | 20466 ||| Stepping ~*~*~tactically~*~*~ (outnumbered).
 20468 | D:5      | 20468 ||| Stepping ~*~*~tactically~*~*~ (outnumbered).
 20470 | D:5      | 20470 ||| Stepping ~*~*~tactically~*~*~ (outnumbered).
 20472 | D:5      | 20472 ||| Stepping ~*~*~tactically~*~*~ (outnumbered).
 20474 | D:5      | 20474 ||| Stepping ~*~*~tactically~*~*~ (outnumbered).
 20479 | D:5      | 20479 ||| Stepping ~*~*~tactically~*~*~ (outnumbered).
 20481 | D:5      | 20481 ||| Stepping ~*~*~tactically~*~*~ (outnumbered).
 20483 | D:5      | 20483 ||| Stepping ~*~*~tactically~*~*~ (outnumbered).
 20485 | D:5      | 20485 ||| Stepping ~*~*~tactically~*~*~ (outnumbered).
 20488 | D:5      | 20488 ||| Stepping ~*~*~tactically~*~*~ (outnumbered).
 20490 | D:5      | 20490 ||| Stepping ~*~*~tactically~*~*~ (outnumbered).
 20492 | D:5      | 20492 ||| Stepping ~*~*~tactically~*~*~ (outnumbered).
 20494 | D:5      | 20494 ||| Stepping ~*~*~tactically~*~*~ (outnumbered).
 20496 | D:5      | 20496 ||| Stepping ~*~*~tactically~*~*~ (outnumbered).
 20498 | D:5      | 20498 ||| Stepping ~*~*~tactically~*~*~ (outnumbered).
 20500 | D:5      | 20500 ||| Stepping ~*~*~tactically~*~*~ (outnumbered).
 20502 | D:5      | 20502 ||| Stepping ~*~*~tactically~*~*~ (outnumbered).
 20504 | D:5      | 20504 ||| Stepping ~*~*~tactically~*~*~ (outnumbered).
 20506 | D:5      | 20506 ||| Stepping ~*~*~tactically~*~*~ (outnumbered).
 20508 | D:5      | 20508 ||| Stepping ~*~*~tactically~*~*~ (outnumbered).
 20510 | D:5      | 20510 ||| Stepping ~*~*~tactically~*~*~ (outnumbered).
 20512 | D:5      | 20512 ||| Stepping ~*~*~tactically~*~*~ (outnumbered).
 20514 | D:5      | 20514 ||| Stepping ~*~*~tactically~*~*~ (outnumbered).
 20516 | D:5      | 20516 ||| Stepping ~*~*~tactically~*~*~ (outnumbered).
 20518 | D:5      | 20518 ||| Stepping ~*~*~tactically~*~*~ (outnumbered).
 20520 | D:5      | 20520 ||| Stepping ~*~*~tactically~*~*~ (outnumbered).
 20522 | D:5      | 20522 ||| Stepping ~*~*~tactically~*~*~ (outnumbered).
 20524 | D:5      | 20524 ||| Stepping ~*~*~tactically~*~*~ (outnumbered).
 20526 | D:5      | 20526 ||| Stepping ~*~*~tactically~*~*~ (outnumbered).
 20528 | D:5      | 20528 ||| Stepping ~*~*~tactically~*~*~ (outnumbered).
 20530 | D:5      | 20530 ||| Stepping ~*~*~tactically~*~*~ (outnumbered).
 20533 | D:5      | 20533 ||| Stepping ~*~*~tactically~*~*~ (outnumbered).
 20535 | D:5      | 20535 ||| Stepping ~*~*~tactically~*~*~ (outnumbered).
 20537 | D:5      | 20537 ||| Stepping ~*~*~tactically~*~*~ (outnumbered).
 20542 | D:5      | 20542 ||| Stepping ~*~*~tactically~*~*~ (outnumbered).
 20544 | D:5      | 20544 ||| Stepping ~*~*~tactically~*~*~ (outnumbered).
 20546 | D:5      | 20546 ||| Stepping ~*~*~tactically~*~*~ (outnumbered).
 20548 | D:5      | 20548 ||| Stepping ~*~*~tactically~*~*~ (outnumbered).
 20550 | D:5      | 20550 ||| Stepping ~*~*~tactically~*~*~ (outnumbered).
 20552 | D:5      | 20552 ||| Stepping ~*~*~tactically~*~*~ (outnumbered).
 20554 | D:5      | 20554 ||| Stepping ~*~*~tactically~*~*~ (outnumbered).
 20556 | D:5      | 20556 ||| Stepping ~*~*~tactically~*~*~ (outnumbered).
 20558 | D:5      | 20558 ||| Stepping ~*~*~tactically~*~*~ (outnumbered).
 20560 | D:5      | 20560 ||| Stepping ~*~*~tactically~*~*~ (outnumbered).
 20564 | D:5      | 20564 ||| Stepping ~*~*~tactically~*~*~ (outnumbered).
 20566 | D:5      | 20566 ||| Stepping ~*~*~tactically~*~*~ (outnumbered).
 20568 | D:5      | 20568 ||| Stepping ~*~*~tactically~*~*~ (outnumbered).
 20570 | D:5      | 20570 ||| Stepping ~*~*~tactically~*~*~ (outnumbered).
 20572 | D:5      | 20572 ||| Stepping ~*~*~tactically~*~*~ (outnumbered).
 20574 | D:5      | 20574 ||| Stepping ~*~*~tactically~*~*~ (outnumbered).
 20576 | D:5      | 20576 ||| Stepping ~*~*~tactically~*~*~ (outnumbered).
 20578 | D:5      | 20578 ||| Stepping ~*~*~tactically~*~*~ (outnumbered).
 20580 | D:5      | 20580 ||| Stepping ~*~*~tactically~*~*~ (outnumbered).
 20582 | D:5      | 20582 ||| Stepping ~*~*~tactically~*~*~ (outnumbered).
 20584 | D:5      | 20584 ||| Stepping ~*~*~tactically~*~*~ (outnumbered).
 20586 | D:5      | 20586 ||| Stepping ~*~*~tactically~*~*~ (outnumbered).
 20588 | D:5      | 20588 ||| Stepping ~*~*~tactically~*~*~ (outnumbered).
 20590 | D:5      | 20590 ||| Stepping ~*~*~tactically~*~*~ (outnumbered).
 20592 | D:5      | 20592 ||| Stepping ~*~*~tactically~*~*~ (outnumbered).
 20594 | D:5      | 20594 ||| Stepping ~*~*~tactically~*~*~ (outnumbered).
 20596 | D:5      | 20596 ||| Stepping ~*~*~tactically~*~*~ (outnumbered).
 20598 | D:5      | 20598 ||| Stepping ~*~*~tactically~*~*~ (outnumbered).
 20600 | D:5      | 20600 ||| Stepping ~*~*~tactically~*~*~ (outnumbered).
 20602 | D:5      | 20602 ||| Stepping ~*~*~tactically~*~*~ (outnumbered).
 20604 | D:5      | 20604 ||| Stepping ~*~*~tactically~*~*~ (outnumbered).
 20606 | D:5      | 20606 ||| Stepping ~*~*~tactically~*~*~ (outnumbered).
 20608 | D:5      | 20608 ||| Stepping ~*~*~tactically~*~*~ (outnumbered).
 20610 | D:5      | 20610 ||| Stepping ~*~*~tactically~*~*~ (outnumbered).
 20612 | D:5      | 20612 ||| Stepping ~*~*~tactically~*~*~ (outnumbered).
 20614 | D:5      | 20614 ||| Stepping ~*~*~tactically~*~*~ (outnumbered).
 20616 | D:5      | 20616 ||| Stepping ~*~*~tactically~*~*~ (outnumbered).
 20618 | D:5      | 20618 ||| Stepping ~*~*~tactically~*~*~ (outnumbered).
 20620 | D:5      | 20620 ||| Stepping ~*~*~tactically~*~*~ (outnumbered).
 20622 | D:5      | 20622 ||| Stepping ~*~*~tactically~*~*~ (outnumbered).
 20624 | D:5      | 20624 ||| Stepping ~*~*~tactically~*~*~ (outnumbered).
 20626 | D:5      | 20626 ||| Stepping ~*~*~tactically~*~*~ (outnumbered).
 20629 | D:5      | 20629 ||| Stepping ~*~*~tactically~*~*~ (outnumbered).
 20631 | D:5      | 20631 ||| Stepping ~*~*~tactically~*~*~ (outnumbered).
 20633 | D:5      | 20633 ||| Stepping ~*~*~tactically~*~*~ (outnumbered).
 20635 | D:5      | 20635 ||| Stepping ~*~*~tactically~*~*~ (outnumbered).
 20637 | D:5      | 20637 ||| Stepping ~*~*~tactically~*~*~ (outnumbered).
 20639 | D:5      | 20639 ||| Stepping ~*~*~tactically~*~*~ (outnumbered).
 20641 | D:5      | 20641 ||| Stepping ~*~*~tactically~*~*~ (outnumbered).
 20643 | D:5      | 20643 ||| Stepping ~*~*~tactically~*~*~ (outnumbered).
 20645 | D:5      | 20645 ||| Stepping ~*~*~tactically~*~*~ (outnumbered).
 20647 | D:5      | 20647 ||| Stepping ~*~*~tactically~*~*~ (outnumbered).
 20649 | D:5      | 20649 ||| Stepping ~*~*~tactically~*~*~ (outnumbered).
 20651 | D:5      | 20651 ||| Stepping ~*~*~tactically~*~*~ (outnumbered).
 20653 | D:5      | 20653 ||| Stepping ~*~*~tactically~*~*~ (outnumbered).
 20655 | D:5      | 20655 ||| Stepping ~*~*~tactically~*~*~ (outnumbered).
 20657 | D:5      | 20657 ||| Stepping ~*~*~tactically~*~*~ (outnumbered).
 20659 | D:5      | 20659 ||| Stepping ~*~*~tactically~*~*~ (outnumbered).
 20661 | D:5      | 20661 ||| Stepping ~*~*~tactically~*~*~ (outnumbered).
 20663 | D:5      | 20663 ||| Stepping ~*~*~tactically~*~*~ (outnumbered).
 20665 | D:5      | 20665 ||| Stepping ~*~*~tactically~*~*~ (outnumbered).
 20667 | D:5      | 20667 ||| Stepping ~*~*~tactically~*~*~ (outnumbered).
 20669 | D:5      | 20669 ||| Stepping ~*~*~tactically~*~*~ (outnumbered).
 20672 | D:5      | 20672 ||| Stepping ~*~*~tactically~*~*~ (outnumbered).
 20674 | D:5      | 20674 ||| Stepping ~*~*~tactically~*~*~ (outnumbered).
 20676 | D:5      | 20676 ||| Stepping ~*~*~tactically~*~*~ (outnumbered).
 20679 | D:5      | 20679 ||| Stepping ~*~*~tactically~*~*~ (outnumbered).
 20681 | D:5      | 20681 ||| Stepping ~*~*~tactically~*~*~ (outnumbered).
 20683 | D:5      | 20683 ||| Stepping ~*~*~tactically~*~*~ (outnumbered).
 20685 | D:5      | 20685 ||| Stepping ~*~*~tactically~*~*~ (outnumbered).
 20687 | D:5      | 20687 ||| Stepping ~*~*~tactically~*~*~ (outnumbered).
 20689 | D:5      | 20689 ||| Stepping ~*~*~tactically~*~*~ (outnumbered).
 20691 | D:5      | 20691 ||| Stepping ~*~*~tactically~*~*~ (outnumbered).
 20693 | D:5      | 20693 ||| Stepping ~*~*~tactically~*~*~ (outnumbered).
 20695 | D:5      | 20695 ||| Stepping ~*~*~tactically~*~*~ (outnumbered).
 20697 | D:5      | 20697 ||| Stepping ~*~*~tactically~*~*~ (outnumbered).
 20701 | D:5      | 20701 ||| Stepping ~*~*~tactically~*~*~ (outnumbered).
 20703 | D:5      | 20703 ||| Stepping ~*~*~tactically~*~*~ (outnumbered).
 20705 | D:5      | 20705 ||| Stepping ~*~*~tactically~*~*~ (outnumbered).
 20707 | D:5      | 20707 ||| Stepping ~*~*~tactically~*~*~ (outnumbered).
 20709 | D:5      | 20709 ||| Stepping ~*~*~tactically~*~*~ (outnumbered).
 20711 | D:5      | 20711 ||| Stepping ~*~*~tactically~*~*~ (outnumbered).
 20713 | D:5      | 20713 ||| Stepping ~*~*~tactically~*~*~ (outnumbered).
 20715 | D:5      | 20715 ||| Stepping ~*~*~tactically~*~*~ (outnumbered).
 20717 | D:5      | 20717 ||| Stepping ~*~*~tactically~*~*~ (outnumbered).
 20719 | D:5      | 20719 ||| Stepping ~*~*~tactically~*~*~ (outnumbered).
 20721 | D:5      | 20721 ||| Stepping ~*~*~tactically~*~*~ (outnumbered).
 20723 | D:5      | 20723 ||| Stepping ~*~*~tactically~*~*~ (outnumbered).
 20725 | D:5      | 20725 ||| Stepping ~*~*~tactically~*~*~ (outnumbered).
 20727 | D:5      | 20727 ||| Stepping ~*~*~tactically~*~*~ (outnumbered).
 20729 | D:5      | 20729 ||| Stepping ~*~*~tactically~*~*~ (outnumbered).
 20731 | D:5      | 20731 ||| Stepping ~*~*~tactically~*~*~ (outnumbered).
 20733 | D:5      | 20733 ||| Stepping ~*~*~tactically~*~*~ (outnumbered).
 20735 | D:5      | 20735 ||| Stepping ~*~*~tactically~*~*~ (outnumbered).
 20737 | D:5      | 20737 ||| Stepping ~*~*~tactically~*~*~ (outnumbered).
 20739 | D:5      | 20739 ||| Stepping ~*~*~tactically~*~*~ (outnumbered).
 20741 | D:5      | 20741 ||| Stepping ~*~*~tactically~*~*~ (outnumbered).
 20743 | D:5      | 20743 ||| Stepping ~*~*~tactically~*~*~ (outnumbered).
 20745 | D:5      | 20745 ||| Stepping ~*~*~tactically~*~*~ (outnumbered).
 20747 | D:5      | 20747 ||| Stepping ~*~*~tactically~*~*~ (outnumbered).
 20749 | D:5      | 20749 ||| Stepping ~*~*~tactically~*~*~ (outnumbered).
 20751 | D:5      | 20751 ||| Stepping ~*~*~tactically~*~*~ (outnumbered).
 20753 | D:5      | 20753 ||| Stepping ~*~*~tactically~*~*~ (outnumbered).
 20755 | D:5      | 20755 ||| Stepping ~*~*~tactically~*~*~ (outnumbered).
 20757 | D:5      | 20757 ||| Stepping ~*~*~tactically~*~*~ (outnumbered).
 20759 | D:5      | 20759 ||| Stepping ~*~*~tactically~*~*~ (outnumbered).
 20761 | D:5      | 20761 ||| Stepping ~*~*~tactically~*~*~ (outnumbered).
 20763 | D:5      | 20763 ||| Stepping ~*~*~tactically~*~*~ (outnumbered).
 20765 | D:5      | 20765 ||| Stepping ~*~*~tactically~*~*~ (outnumbered).
 20767 | D:5      | 20767 ||| Stepping ~*~*~tactically~*~*~ (outnumbered).
 20769 | D:5      | 20769 ||| Stepping ~*~*~tactically~*~*~ (outnumbered).
 20771 | D:5      | 20771 ||| Stepping ~*~*~tactically~*~*~ (outnumbered).
 20773 | D:5      | 20773 ||| Stepping ~*~*~tactically~*~*~ (outnumbered).
 20775 | D:5      | 20775 ||| Stepping ~*~*~tactically~*~*~ (outnumbered).
 20777 | D:5      | 20777 ||| Stepping ~*~*~tactically~*~*~ (outnumbered).
 20781 | D:5      | 20781 ||| Stepping ~*~*~tactically~*~*~ (outnumbered).
 20784 | D:5      | 20784 ||| Stepping ~*~*~tactically~*~*~ (outnumbered).
 20786 | D:5      | 20786 ||| Stepping ~*~*~tactically~*~*~ (outnumbered).
 20788 | D:5      | 20788 ||| Stepping ~*~*~tactically~*~*~ (outnumbered).
 20790 | D:5      | 20790 ||| Stepping ~*~*~tactically~*~*~ (outnumbered).
 20792 | D:5      | 20792 ||| Stepping ~*~*~tactically~*~*~ (outnumbered).
 20794 | D:5      | 20794 ||| Stepping ~*~*~tactically~*~*~ (outnumbered).
 20796 | D:5      | 20796 ||| Stepping ~*~*~tactically~*~*~ (outnumbered).
 20798 | D:5      | 20798 ||| Stepping ~*~*~tactically~*~*~ (outnumbered).
 20800 | D:5      | 20800 ||| Stepping ~*~*~tactically~*~*~ (outnumbered).
 20802 | D:5      | 20802 ||| Stepping ~*~*~tactically~*~*~ (outnumbered).
 20804 | D:5      | 20804 ||| Stepping ~*~*~tactically~*~*~ (outnumbered).
 20806 | D:5      | 20806 ||| Stepping ~*~*~tactically~*~*~ (outnumbered).
 20808 | D:5      | 20808 ||| Stepping ~*~*~tactically~*~*~ (outnumbered).
 20810 | D:5      | 20810 ||| Stepping ~*~*~tactically~*~*~ (outnumbered).
 20812 | D:5      | 20812 ||| Stepping ~*~*~tactically~*~*~ (outnumbered).
 20814 | D:5      | 20814 ||| Stepping ~*~*~tactically~*~*~ (outnumbered).
 20816 | D:5      | 20816 ||| Stepping ~*~*~tactically~*~*~ (outnumbered).
 20820 | D:5      | 20820 ||| Stepping ~*~*~tactically~*~*~ (outnumbered).
 20822 | D:5      | 20822 ||| Stepping ~*~*~tactically~*~*~ (outnumbered).
 20824 | D:5      | 20824 ||| Stepping ~*~*~tactically~*~*~ (outnumbered).
 20826 | D:5      | 20826 ||| Stepping ~*~*~tactically~*~*~ (outnumbered).
 20828 | D:5      | 20828 ||| Stepping ~*~*~tactically~*~*~ (outnumbered).
 20830 | D:5      | 20830 ||| Stepping ~*~*~tactically~*~*~ (outnumbered).
 20832 | D:5      | 20832 ||| Stepping ~*~*~tactically~*~*~ (outnumbered).
 20834 | D:5      | 20834 ||| Stepping ~*~*~tactically~*~*~ (outnumbered).
 20836 | D:5      | 20836 ||| Stepping ~*~*~tactically~*~*~ (outnumbered).
 20838 | D:5      | 20838 ||| Stepping ~*~*~tactically~*~*~ (outnumbered).
 20840 | D:5      | 20840 ||| Stepping ~*~*~tactically~*~*~ (outnumbered).
 20843 | D:5      | 20843 ||| Stepping ~*~*~tactically~*~*~ (outnumbered).
 20845 | D:5      | 20845 ||| Stepping ~*~*~tactically~*~*~ (outnumbered).
 20847 | D:5      | 20847 ||| Stepping ~*~*~tactically~*~*~ (outnumbered).
 20849 | D:5      | 20849 ||| Stepping ~*~*~tactically~*~*~ (outnumbered).
 20851 | D:5      | 20851 ||| Stepping ~*~*~tactically~*~*~ (outnumbered).
 20853 | D:5      | 20853 ||| Stepping ~*~*~tactically~*~*~ (outnumbered).
 20855 | D:5      | 20855 ||| Stepping ~*~*~tactically~*~*~ (outnumbered).
 20857 | D:5      | 20857 ||| Stepping ~*~*~tactically~*~*~ (outnumbered).
 20859 | D:5      | 20859 ||| Stepping ~*~*~tactically~*~*~ (outnumbered).
 20861 | D:5      | 20861 ||| Stepping ~*~*~tactically~*~*~ (outnumbered).
 20863 | D:5      | 20863 ||| Stepping ~*~*~tactically~*~*~ (outnumbered).
 20865 | D:5      | 20865 ||| Stepping ~*~*~tactically~*~*~ (outnumbered).
 20867 | D:5      | 20867 ||| Stepping ~*~*~tactically~*~*~ (outnumbered).
 20869 | D:5      | 20869 ||| Stepping ~*~*~tactically~*~*~ (outnumbered).
 20871 | D:5      | 20871 ||| Stepping ~*~*~tactically~*~*~ (outnumbered).
 20873 | D:5      | 20873 ||| Stepping ~*~*~tactically~*~*~ (outnumbered).
 20876 | D:5      | 20876 ||| Stepping ~*~*~tactically~*~*~ (outnumbered).
 20879 | D:5      | 20879 ||| Stepping ~*~*~tactically~*~*~ (outnumbered).
 20881 | D:5      | 20881 ||| Stepping ~*~*~tactically~*~*~ (outnumbered).
 20883 | D:5      | 20883 ||| Stepping ~*~*~tactically~*~*~ (outnumbered).
 20885 | D:5      | 20885 ||| Stepping ~*~*~tactically~*~*~ (outnumbered).
 20887 | D:5      | 20887 ||| Stepping ~*~*~tactically~*~*~ (outnumbered).
 20889 | D:5      | 20889 ||| Stepping ~*~*~tactically~*~*~ (outnumbered).
 20892 | D:5      | 20892 ||| Stepping ~*~*~tactically~*~*~ (outnumbered).
 20894 | D:5      | 20894 ||| Stepping ~*~*~tactically~*~*~ (outnumbered).
 20896 | D:5      | 20896 ||| Stepping ~*~*~tactically~*~*~ (outnumbered).
 20898 | D:5      | 20898 ||| Stepping ~*~*~tactically~*~*~ (outnumbered).
 20900 | D:5      | 20900 ||| Stepping ~*~*~tactically~*~*~ (outnumbered).
 20902 | D:5      | 20902 ||| Stepping ~*~*~tactically~*~*~ (outnumbered).
 20904 | D:5      | 20904 ||| Stepping ~*~*~tactically~*~*~ (outnumbered).
 20907 | D:5      | 20907 ||| Stepping ~*~*~tactically~*~*~ (outnumbered).
 20909 | D:5      | 20909 ||| Stepping ~*~*~tactically~*~*~ (outnumbered).
 20911 | D:5      | 20911 ||| Stepping ~*~*~tactically~*~*~ (outnumbered).
 20913 | D:5      | 20913 ||| Stepping ~*~*~tactically~*~*~ (outnumbered).
 20915 | D:5      | 20915 ||| Stepping ~*~*~tactically~*~*~ (outnumbered).
 20917 | D:5      | 20917 ||| Stepping ~*~*~tactically~*~*~ (outnumbered).
 20919 | D:5      | 20919 ||| Stepping ~*~*~tactically~*~*~ (outnumbered).
 20921 | D:5      | 20921 ||| Stepping ~*~*~tactically~*~*~ (outnumbered).
 20923 | D:5      | 20923 ||| Stepping ~*~*~tactically~*~*~ (outnumbered).
 20925 | D:5      | 20925 ||| Stepping ~*~*~tactically~*~*~ (outnumbered).
 20927 | D:5      | 20927 ||| Stepping ~*~*~tactically~*~*~ (outnumbered).
 20929 | D:5      | 20929 ||| Stepping ~*~*~tactically~*~*~ (outnumbered).
 20931 | D:5      | 20931 ||| Stepping ~*~*~tactically~*~*~ (outnumbered).
 20933 | D:5      | 20933 ||| Stepping ~*~*~tactically~*~*~ (outnumbered).
 20935 | D:5      | 20935 ||| Stepping ~*~*~tactically~*~*~ (outnumbered).
 20937 | D:5      | 20937 ||| Stepping ~*~*~tactically~*~*~ (outnumbered).
 20940 | D:5      | 20940 ||| Stepping ~*~*~tactically~*~*~ (outnumbered).
 20942 | D:5      | 20942 ||| Stepping ~*~*~tactically~*~*~ (outnumbered).
 20945 | D:5      | 20945 ||| Stepping ~*~*~tactically~*~*~ (outnumbered).
 20947 | D:5      | 20947 ||| Stepping ~*~*~tactically~*~*~ (outnumbered).
 20949 | D:5      | 20949 ||| Stepping ~*~*~tactically~*~*~ (outnumbered).
 20951 | D:5      | 20951 ||| Stepping ~*~*~tactically~*~*~ (outnumbered).
 20953 | D:5      | 20953 ||| Stepping ~*~*~tactically~*~*~ (outnumbered).
 20955 | D:5      | 20955 ||| Stepping ~*~*~tactically~*~*~ (outnumbered).
 20957 | D:5      | 20957 ||| Stepping ~*~*~tactically~*~*~ (outnumbered).
 20959 | D:5      | 20959 ||| Stepping ~*~*~tactically~*~*~ (outnumbered).
 20961 | D:5      | 20961 ||| Stepping ~*~*~tactically~*~*~ (outnumbered).
 20963 | D:5      | 20963 ||| Stepping ~*~*~tactically~*~*~ (outnumbered).
 20965 | D:5      | 20965 ||| Stepping ~*~*~tactically~*~*~ (outnumbered).
 20967 | D:5      | 20967 ||| Stepping ~*~*~tactically~*~*~ (outnumbered).
 20969 | D:5      | 20969 ||| Stepping ~*~*~tactically~*~*~ (outnumbered).
 20971 | D:5      | 20971 ||| Stepping ~*~*~tactically~*~*~ (outnumbered).
 20973 | D:5      | 20973 ||| Stepping ~*~*~tactically~*~*~ (outnumbered).
 20977 | D:5      | 20977 ||| Stepping ~*~*~tactically~*~*~ (outnumbered).
 20979 | D:5      | 20979 ||| Stepping ~*~*~tactically~*~*~ (outnumbered).
 20981 | D:5      | 20981 ||| Stepping ~*~*~tactically~*~*~ (outnumbered).
 20985 | D:5      | 20985 ||| Stepping ~*~*~tactically~*~*~ (outnumbered).
 20987 | D:5      | 20987 ||| Stepping ~*~*~tactically~*~*~ (outnumbered).
 20989 | D:5      | 20989 ||| Stepping ~*~*~tactically~*~*~ (outnumbered).
 20991 | D:5      | 20991 ||| Stepping ~*~*~tactically~*~*~ (outnumbered).
 20993 | D:5      | 20993 ||| Stepping ~*~*~tactically~*~*~ (outnumbered).
 20995 | D:5      | 20995 ||| Stepping ~*~*~tactically~*~*~ (outnumbered).
 20997 | D:5      | 20997 ||| Stepping ~*~*~tactically~*~*~ (outnumbered).
 20999 | D:5      | 20999 ||| Stepping ~*~*~tactically~*~*~ (outnumbered).
 21001 | D:5      | 21001 ||| Stepping ~*~*~tactically~*~*~ (outnumbered).
 21003 | D:5      | 21003 ||| Stepping ~*~*~tactically~*~*~ (outnumbered).
 21005 | D:5      | 21005 ||| Stepping ~*~*~tactically~*~*~ (outnumbered).
 21007 | D:5      | 21007 ||| Stepping ~*~*~tactically~*~*~ (outnumbered).
 21009 | D:5      | 21009 ||| Stepping ~*~*~tactically~*~*~ (outnumbered).
 21011 | D:5      | 21011 ||| Stepping ~*~*~tactically~*~*~ (outnumbered).
 21015 | D:5      | 21015 ||| Stepping ~*~*~tactically~*~*~ (outnumbered).
 21017 | D:5      | 21017 ||| Stepping ~*~*~tactically~*~*~ (outnumbered).
 21019 | D:5      | 21019 ||| Stepping ~*~*~tactically~*~*~ (outnumbered).
 21023 | D:5      | 21023 ||| Stepping ~*~*~tactically~*~*~ (outnumbered).
 21025 | D:5      | 21025 ||| Stepping ~*~*~tactically~*~*~ (outnumbered).
 21027 | D:5      | 21027 ||| Stepping ~*~*~tactically~*~*~ (outnumbered).
 21029 | D:5      | 21029 ||| Stepping ~*~*~tactically~*~*~ (outnumbered).
 21033 | D:5      | 21033 ||| Stepping ~*~*~tactically~*~*~ (outnumbered).
 21036 | D:5      | 21036 ||| Stepping ~*~*~tactically~*~*~ (outnumbered).
 21038 | D:5      | 21038 ||| Stepping ~*~*~tactically~*~*~ (outnumbered).
 21040 | D:5      | 21040 ||| Stepping ~*~*~tactically~*~*~ (outnumbered).
 21042 | D:5      | 21042 ||| Stepping ~*~*~tactically~*~*~ (outnumbered).
 21044 | D:5      | 21044 ||| Stepping ~*~*~tactically~*~*~ (outnumbered).
 21046 | D:5      | 21046 ||| Stepping ~*~*~tactically~*~*~ (outnumbered).
 21048 | D:5      | 21048 ||| Stepping ~*~*~tactically~*~*~ (outnumbered).
 21050 | D:5      | 21050 ||| Stepping ~*~*~tactically~*~*~ (outnumbered).
 21052 | D:5      | 21052 ||| Stepping ~*~*~tactically~*~*~ (outnumbered).
 21054 | D:5      | 21054 ||| Stepping ~*~*~tactically~*~*~ (outnumbered).
 21056 | D:5      | 21056 ||| Stepping ~*~*~tactically~*~*~ (outnumbered).
 21061 | D:5      | 21061 ||| Stepping ~*~*~tactically~*~*~ (outnumbered).
 21063 | D:5      | 21063 ||| Stepping ~*~*~tactically~*~*~ (outnumbered).
 21065 | D:5      | 21065 ||| Stepping ~*~*~tactically~*~*~ (outnumbered).
 21067 | D:5      | 21067 ||| Stepping ~*~*~tactically~*~*~ (outnumbered).
 21069 | D:5      | 21069 ||| Stepping ~*~*~tactically~*~*~ (outnumbered).
 21071 | D:5      | 21071 ||| Stepping ~*~*~tactically~*~*~ (outnumbered).
 21073 | D:5      | 21073 ||| Stepping ~*~*~tactically~*~*~ (outnumbered).
 21075 | D:5      | 21075 ||| Stepping ~*~*~tactically~*~*~ (outnumbered).
 21077 | D:5      | 21077 ||| Stepping ~*~*~tactically~*~*~ (outnumbered).
 21079 | D:5      | 21079 ||| Stepping ~*~*~tactically~*~*~ (outnumbered).
 21081 | D:5      | 21081 ||| Stepping ~*~*~tactically~*~*~ (outnumbered).
 21083 | D:5      | 21083 ||| Stepping ~*~*~tactically~*~*~ (outnumbered).
 21085 | D:5      | 21085 ||| Stepping ~*~*~tactically~*~*~ (outnumbered).
 21087 | D:5      | 21087 ||| Stepping ~*~*~tactically~*~*~ (outnumbered).
 21089 | D:5      | 21089 ||| Stepping ~*~*~tactically~*~*~ (outnumbered).
 21091 | D:5      | 21091 ||| Stepping ~*~*~tactically~*~*~ (outnumbered).
 21093 | D:5      | 21093 ||| Stepping ~*~*~tactically~*~*~ (outnumbered).
 21095 | D:5      | 21095 ||| Stepping ~*~*~tactically~*~*~ (outnumbered).
 21097 | D:5      | 21097 ||| Stepping ~*~*~tactically~*~*~ (outnumbered).
 21099 | D:5      | 21099 ||| Stepping ~*~*~tactically~*~*~ (outnumbered).
 21101 | D:5      | 21101 ||| Stepping ~*~*~tactically~*~*~ (outnumbered).
 21103 | D:5      | 21103 ||| Stepping ~*~*~tactically~*~*~ (outnumbered).
 21107 | D:5      | 21107 ||| Stepping ~*~*~tactically~*~*~ (outnumbered).
 21109 | D:5      | 21109 ||| Stepping ~*~*~tactically~*~*~ (outnumbered).
 21111 | D:5      | 21111 ||| Stepping ~*~*~tactically~*~*~ (outnumbered).
 21113 | D:5      | 21113 ||| Stepping ~*~*~tactically~*~*~ (outnumbered).
 21115 | D:5      | 21115 ||| Stepping ~*~*~tactically~*~*~ (outnumbered).
 21117 | D:5      | 21117 ||| Stepping ~*~*~tactically~*~*~ (outnumbered).
 21119 | D:5      | 21119 ||| Stepping ~*~*~tactically~*~*~ (outnumbered).
 21121 | D:5      | 21121 ||| Stepping ~*~*~tactically~*~*~ (outnumbered).
 21123 | D:5      | 21123 ||| Stepping ~*~*~tactically~*~*~ (outnumbered).
 21125 | D:5      | 21125 ||| Stepping ~*~*~tactically~*~*~ (outnumbered).
 21127 | D:5      | 21127 ||| Stepping ~*~*~tactically~*~*~ (outnumbered).
 21129 | D:5      | 21129 ||| Stepping ~*~*~tactically~*~*~ (outnumbered).
 21131 | D:5      | 21131 ||| Stepping ~*~*~tactically~*~*~ (outnumbered).
 21133 | D:5      | 21133 ||| Stepping ~*~*~tactically~*~*~ (outnumbered).
 21135 | D:5      | 21135 ||| Stepping ~*~*~tactically~*~*~ (outnumbered).
 21137 | D:5      | 21137 ||| Stepping ~*~*~tactically~*~*~ (outnumbered).
 21139 | D:5      | 21139 ||| Stepping ~*~*~tactically~*~*~ (outnumbered).
 21141 | D:5      | 21141 ||| Stepping ~*~*~tactically~*~*~ (outnumbered).
 21143 | D:5      | 21143 ||| Stepping ~*~*~tactically~*~*~ (outnumbered).
 21145 | D:5      | 21145 ||| Stepping ~*~*~tactically~*~*~ (outnumbered).
 21147 | D:5      | 21147 ||| Stepping ~*~*~tactically~*~*~ (outnumbered).
 21149 | D:5      | 21149 ||| Stepping ~*~*~tactically~*~*~ (outnumbered).
 21151 | D:5      | 21151 ||| Stepping ~*~*~tactically~*~*~ (outnumbered).
 21153 | D:5      | 21153 ||| Stepping ~*~*~tactically~*~*~ (outnumbered).
 21155 | D:5      | 21155 ||| Stepping ~*~*~tactically~*~*~ (outnumbered).
 21158 | D:5      | 21158 ||| Stepping ~*~*~tactically~*~*~ (outnumbered).
 21160 | D:5      | 21160 ||| Stepping ~*~*~tactically~*~*~ (outnumbered).
 21162 | D:5      | 21162 ||| Stepping ~*~*~tactically~*~*~ (outnumbered).
 21164 | D:5      | 21164 ||| Stepping ~*~*~tactically~*~*~ (outnumbered).
 21166 | D:5      | 21166 ||| Stepping ~*~*~tactically~*~*~ (outnumbered).
 21168 | D:5      | 21168 ||| Stepping ~*~*~tactically~*~*~ (outnumbered).
 21170 | D:5      | 21170 ||| Stepping ~*~*~tactically~*~*~ (outnumbered).
 21172 | D:5      | 21172 ||| Stepping ~*~*~tactically~*~*~ (outnumbered).
 21174 | D:5      | 21174 ||| Stepping ~*~*~tactically~*~*~ (outnumbered).
 21176 | D:5      | 21176 ||| Stepping ~*~*~tactically~*~*~ (outnumbered).
 21178 | D:5      | 21178 ||| Stepping ~*~*~tactically~*~*~ (outnumbered).
 21180 | D:5      | 21180 ||| Stepping ~*~*~tactically~*~*~ (outnumbered).
 21182 | D:5      | 21182 ||| Stepping ~*~*~tactically~*~*~ (outnumbered).
 21184 | D:5      | 21184 ||| Stepping ~*~*~tactically~*~*~ (outnumbered).
 21186 | D:5      | 21186 ||| Stepping ~*~*~tactically~*~*~ (outnumbered).
 21188 | D:5      | 21188 ||| Stepping ~*~*~tactically~*~*~ (outnumbered).
 21190 | D:5      | 21190 ||| Stepping ~*~*~tactically~*~*~ (outnumbered).
 21192 | D:5      | 21192 ||| Stepping ~*~*~tactically~*~*~ (outnumbered).
 21194 | D:5      | 21194 ||| Stepping ~*~*~tactically~*~*~ (outnumbered).
 21196 | D:5      | 21196 ||| Stepping ~*~*~tactically~*~*~ (outnumbered).
 21201 | D:5      | 21201 ||| Stepping ~*~*~tactically~*~*~ (outnumbered).
 21203 | D:5      | 21203 ||| Stepping ~*~*~tactically~*~*~ (outnumbered).
 21205 | D:5      | 21205 ||| Stepping ~*~*~tactically~*~*~ (outnumbered).
 21207 | D:5      | 21207 ||| Stepping ~*~*~tactically~*~*~ (outnumbered).
 21209 | D:5      | 21209 ||| Stepping ~*~*~tactically~*~*~ (outnumbered).
 21211 | D:5      | 21211 ||| Stepping ~*~*~tactically~*~*~ (outnumbered).
 21213 | D:5      | 21213 ||| Stepping ~*~*~tactically~*~*~ (outnumbered).
 21215 | D:5      | 21215 ||| Stepping ~*~*~tactically~*~*~ (outnumbered).
 21217 | D:5      | 21217 ||| Stepping ~*~*~tactically~*~*~ (outnumbered).
 21219 | D:5      | 21219 ||| Stepping ~*~*~tactically~*~*~ (outnumbered).
 21221 | D:5      | 21221 ||| Stepping ~*~*~tactically~*~*~ (outnumbered).
 21223 | D:5      | 21223 ||| Stepping ~*~*~tactically~*~*~ (outnumbered).
 21225 | D:5      | 21225 ||| Stepping ~*~*~tactically~*~*~ (outnumbered).
 21227 | D:5      | 21227 ||| Stepping ~*~*~tactically~*~*~ (outnumbered).
 21229 | D:5      | 21229 ||| Stepping ~*~*~tactically~*~*~ (outnumbered).
 21232 | D:5      | 21232 ||| Stepping ~*~*~tactically~*~*~ (outnumbered).
 21234 | D:5      | 21234 ||| Stepping ~*~*~tactically~*~*~ (outnumbered).
 21236 | D:5      | 21236 ||| Stepping ~*~*~tactically~*~*~ (outnumbered).
 21238 | D:5      | 21238 ||| Stepping ~*~*~tactically~*~*~ (outnumbered).
 21240 | D:5      | 21240 ||| Stepping ~*~*~tactically~*~*~ (outnumbered).
 21244 | D:5      | 21244 ||| Stepping ~*~*~tactically~*~*~ (outnumbered).
 21246 | D:5      | 21246 ||| Stepping ~*~*~tactically~*~*~ (outnumbered).
 21248 | D:5      | 21248 ||| Stepping ~*~*~tactically~*~*~ (outnumbered).
 21250 | D:5      | 21250 ||| Stepping ~*~*~tactically~*~*~ (outnumbered).
 21252 | D:5      | 21252 ||| Stepping ~*~*~tactically~*~*~ (outnumbered).
 21254 | D:5      | 21254 ||| Stepping ~*~*~tactically~*~*~ (outnumbered).
 21256 | D:5      | 21256 ||| Stepping ~*~*~tactically~*~*~ (outnumbered).
 21258 | D:5      | 21258 ||| Stepping ~*~*~tactically~*~*~ (outnumbered).
 21260 | D:5      | 21260 ||| Stepping ~*~*~tactically~*~*~ (outnumbered).
 21262 | D:5      | 21262 ||| Stepping ~*~*~tactically~*~*~ (outnumbered).
 21264 | D:5      | 21264 ||| Stepping ~*~*~tactically~*~*~ (outnumbered).
 21266 | D:5      | 21266 ||| Stepping ~*~*~tactically~*~*~ (outnumbered).
 21268 | D:5      | 21268 ||| Stepping ~*~*~tactically~*~*~ (outnumbered).
 21270 | D:5      | 21270 ||| Stepping ~*~*~tactically~*~*~ (outnumbered).
 21272 | D:5      | 21272 ||| Stepping ~*~*~tactically~*~*~ (outnumbered).
 21274 | D:5      | 21274 ||| Stepping ~*~*~tactically~*~*~ (outnumbered).
 21276 | D:5      | 21276 ||| Stepping ~*~*~tactically~*~*~ (outnumbered).
 21278 | D:5      | 21278 ||| Stepping ~*~*~tactically~*~*~ (outnumbered).
 21280 | D:5      | 21280 ||| Stepping ~*~*~tactically~*~*~ (outnumbered).
 21282 | D:5      | 21282 ||| Stepping ~*~*~tactically~*~*~ (outnumbered).
 21284 | D:5      | 21284 ||| Stepping ~*~*~tactically~*~*~ (outnumbered).
 21286 | D:5      | 21286 ||| Stepping ~*~*~tactically~*~*~ (outnumbered).
 21288 | D:5      | 21288 ||| Stepping ~*~*~tactically~*~*~ (outnumbered).
 21290 | D:5      | 21290 ||| Stepping ~*~*~tactically~*~*~ (outnumbered).
 21292 | D:5      | 21292 ||| Stepping ~*~*~tactically~*~*~ (outnumbered).
 21294 | D:5      | 21294 ||| Stepping ~*~*~tactically~*~*~ (outnumbered).
 21296 | D:5      | 21296 ||| Stepping ~*~*~tactically~*~*~ (outnumbered).
 21298 | D:5      | 21298 ||| Stepping ~*~*~tactically~*~*~ (outnumbered).
 21300 | D:5      | 21300 ||| Stepping ~*~*~tactically~*~*~ (outnumbered).
 21302 | D:5      | 21302 ||| Stepping ~*~*~tactically~*~*~ (outnumbered).
 21304 | D:5      | 21304 ||| Stepping ~*~*~tactically~*~*~ (outnumbered).
 21306 | D:5      | 21306 ||| Stepping ~*~*~tactically~*~*~ (outnumbered).
 21308 | D:5      | 21308 ||| Stepping ~*~*~tactically~*~*~ (outnumbered).
 21310 | D:5      | 21310 ||| Stepping ~*~*~tactically~*~*~ (outnumbered).
 21312 | D:5      | 21312 ||| Stepping ~*~*~tactically~*~*~ (outnumbered).
 21314 | D:5      | 21314 ||| Stepping ~*~*~tactically~*~*~ (outnumbered).
 21316 | D:5      | 21316 ||| Stepping ~*~*~tactically~*~*~ (outnumbered).
 21318 | D:5      | 21318 ||| Stepping ~*~*~tactically~*~*~ (outnumbered).
 21320 | D:5      | 21320 ||| Stepping ~*~*~tactically~*~*~ (outnumbered).
 21322 | D:5      | 21322 ||| Stepping ~*~*~tactically~*~*~ (outnumbered).
 21324 | D:5      | 21324 ||| Stepping ~*~*~tactically~*~*~ (outnumbered).
 21326 | D:5      | 21326 ||| Stepping ~*~*~tactically~*~*~ (outnumbered).
 21328 | D:5      | 21328 ||| Stepping ~*~*~tactically~*~*~ (outnumbered).
 21332 | D:5      | 21332 ||| Stepping ~*~*~tactically~*~*~ (outnumbered).
 21334 | D:5      | 21334 ||| Stepping ~*~*~tactically~*~*~ (outnumbered).
 21337 | D:5      | 21337 ||| Stepping ~*~*~tactically~*~*~ (outnumbered).
 21341 | D:5      | 21341 ||| Stepping ~*~*~tactically~*~*~ (outnumbered).
 21343 | D:5      | 21343 ||| Stepping ~*~*~tactically~*~*~ (outnumbered).
 21345 | D:5      | 21345 ||| Stepping ~*~*~tactically~*~*~ (outnumbered).
 21347 | D:5      | 21347 ||| Stepping ~*~*~tactically~*~*~ (outnumbered).
 21349 | D:5      | 21349 ||| Stepping ~*~*~tactically~*~*~ (outnumbered).
 21353 | D:5      | 21353 ||| Stepping ~*~*~tactically~*~*~ (outnumbered).
 21355 | D:5      | 21355 ||| Stepping ~*~*~tactically~*~*~ (outnumbered).
 21357 | D:5      | 21357 ||| Stepping ~*~*~tactically~*~*~ (outnumbered).
 21359 | D:5      | 21359 ||| Stepping ~*~*~tactically~*~*~ (outnumbered).
 21361 | D:5      | 21361 ||| Stepping ~*~*~tactically~*~*~ (outnumbered).
 21363 | D:5      | 21363 ||| Stepping ~*~*~tactically~*~*~ (outnumbered).
 21365 | D:5      | 21365 ||| Stepping ~*~*~tactically~*~*~ (outnumbered).
 21367 | D:5      | 21367 ||| Stepping ~*~*~tactically~*~*~ (outnumbered).
 21369 | D:5      | 21369 ||| Stepping ~*~*~tactically~*~*~ (outnumbered).
 21371 | D:5      | 21371 ||| Stepping ~*~*~tactically~*~*~ (outnumbered).
 21373 | D:5      | 21373 ||| Stepping ~*~*~tactically~*~*~ (outnumbered).
 21375 | D:5      | 21375 ||| Stepping ~*~*~tactically~*~*~ (outnumbered).
 21378 | D:5      | 21378 ||| Stepping ~*~*~tactically~*~*~ (outnumbered).
 21381 | D:5      | 21381 ||| Stepping ~*~*~tactically~*~*~ (outnumbered).
 21383 | D:5      | 21383 ||| Stepping ~*~*~tactically~*~*~ (outnumbered).
 21385 | D:5      | 21385 ||| Stepping ~*~*~tactically~*~*~ (outnumbered).
 21387 | D:5      | 21387 ||| Stepping ~*~*~tactically~*~*~ (outnumbered).
 21389 | D:5      | 21389 ||| Stepping ~*~*~tactically~*~*~ (outnumbered).
 21391 | D:5      | 21391 ||| Stepping ~*~*~tactically~*~*~ (outnumbered).
 21393 | D:5      | 21393 ||| Stepping ~*~*~tactically~*~*~ (outnumbered).
 21395 | D:5      | 21395 ||| Stepping ~*~*~tactically~*~*~ (outnumbered).
 21397 | D:5      | 21397 ||| Stepping ~*~*~tactically~*~*~ (outnumbered).
 21399 | D:5      | 21399 ||| Stepping ~*~*~tactically~*~*~ (outnumbered).
 21401 | D:5      | 21401 ||| Stepping ~*~*~tactically~*~*~ (outnumbered).
 21403 | D:5      | 21403 ||| Stepping ~*~*~tactically~*~*~ (outnumbered).
 21405 | D:5      | 21405 ||| Stepping ~*~*~tactically~*~*~ (outnumbered).
 21407 | D:5      | 21407 ||| Stepping ~*~*~tactically~*~*~ (outnumbered).
 21409 | D:5      | 21409 ||| Stepping ~*~*~tactically~*~*~ (outnumbered).
 21411 | D:5      | 21411 ||| Stepping ~*~*~tactically~*~*~ (outnumbered).
 21413 | D:5      | 21413 ||| Stepping ~*~*~tactically~*~*~ (outnumbered).
 21415 | D:5      | 21415 ||| Stepping ~*~*~tactically~*~*~ (outnumbered).
 21417 | D:5      | 21417 ||| Stepping ~*~*~tactically~*~*~ (outnumbered).
 21422 | D:5      | 21422 ||| Stepping ~*~*~tactically~*~*~ (outnumbered).
 21424 | D:5      | 21424 ||| Stepping ~*~*~tactically~*~*~ (outnumbered).
 21426 | D:5      | 21426 ||| Stepping ~*~*~tactically~*~*~ (outnumbered).
 21428 | D:5      | 21428 ||| Stepping ~*~*~tactically~*~*~ (outnumbered).
 21430 | D:5      | 21430 ||| Stepping ~*~*~tactically~*~*~ (outnumbered).
 21434 | D:5      | 21434 ||| Stepping ~*~*~tactically~*~*~ (outnumbered).
 21436 | D:5      | 21436 ||| Stepping ~*~*~tactically~*~*~ (outnumbered).
 21438 | D:5      | 21438 ||| Stepping ~*~*~tactically~*~*~ (outnumbered).
 21440 | D:5      | 21440 ||| Stepping ~*~*~tactically~*~*~ (outnumbered).
 21442 | D:5      | 21442 ||| Stepping ~*~*~tactically~*~*~ (outnumbered).
 21444 | D:5      | 21444 ||| Stepping ~*~*~tactically~*~*~ (outnumbered).
 21446 | D:5      | 21446 ||| Stepping ~*~*~tactically~*~*~ (outnumbered).
 21448 | D:5      | 21448 ||| Stepping ~*~*~tactically~*~*~ (outnumbered).
 21450 | D:5      | 21450 ||| Stepping ~*~*~tactically~*~*~ (outnumbered).
 21452 | D:5      | 21452 ||| Stepping ~*~*~tactically~*~*~ (outnumbered).
 21454 | D:5      | 21454 ||| Stepping ~*~*~tactically~*~*~ (outnumbered).
 21456 | D:5      | 21456 ||| Stepping ~*~*~tactically~*~*~ (outnumbered).
 21458 | D:5      | 21458 ||| Stepping ~*~*~tactically~*~*~ (outnumbered).
 21460 | D:5      | 21460 ||| Stepping ~*~*~tactically~*~*~ (outnumbered).
 21462 | D:5      | 21462 ||| Stepping ~*~*~tactically~*~*~ (outnumbered).
 21464 | D:5      | 21464 ||| Stepping ~*~*~tactically~*~*~ (outnumbered).
 21466 | D:5      | 21466 ||| Stepping ~*~*~tactically~*~*~ (outnumbered).
 21468 | D:5      | 21468 ||| Stepping ~*~*~tactically~*~*~ (outnumbered).
 21470 | D:5      | 21470 ||| Stepping ~*~*~tactically~*~*~ (outnumbered).
 21473 | D:5      | 21473 ||| Stepping ~*~*~tactically~*~*~ (outnumbered).
 21475 | D:5      | 21475 ||| Stepping ~*~*~tactically~*~*~ (outnumbered).
 21477 | D:5      | 21477 ||| Stepping ~*~*~tactically~*~*~ (outnumbered).
 21479 | D:5      | 21479 ||| Stepping ~*~*~tactically~*~*~ (outnumbered).
 21481 | D:5      | 21481 ||| Stepping ~*~*~tactically~*~*~ (outnumbered).
 21483 | D:5      | 21483 ||| Stepping ~*~*~tactically~*~*~ (outnumbered).
 21485 | D:5      | 21485 ||| Stepping ~*~*~tactically~*~*~ (outnumbered).
 21487 | D:5      | 21487 ||| Stepping ~*~*~tactically~*~*~ (outnumbered).
 21489 | D:5      | 21489 ||| Stepping ~*~*~tactically~*~*~ (outnumbered).
 21491 | D:5      | 21491 ||| Stepping ~*~*~tactically~*~*~ (outnumbered).
 21493 | D:5      | 21493 ||| Stepping ~*~*~tactically~*~*~ (outnumbered).
 21495 | D:5      | 21495 ||| Stepping ~*~*~tactically~*~*~ (outnumbered).
 21497 | D:5      | 21497 ||| Stepping ~*~*~tactically~*~*~ (outnumbered).
 21499 | D:5      | 21499 ||| Stepping ~*~*~tactically~*~*~ (outnumbered).
 21501 | D:5      | 21501 ||| Stepping ~*~*~tactically~*~*~ (outnumbered).
 21503 | D:5      | 21503 ||| Stepping ~*~*~tactically~*~*~ (outnumbered).
 21505 | D:5      | 21505 ||| Stepping ~*~*~tactically~*~*~ (outnumbered).
 21507 | D:5      | 21507 ||| Stepping ~*~*~tactically~*~*~ (outnumbered).
 21509 | D:5      | 21509 ||| Stepping ~*~*~tactically~*~*~ (outnumbered).
 21511 | D:5      | 21511 ||| Stepping ~*~*~tactically~*~*~ (outnumbered).
 21513 | D:5      | 21513 ||| Stepping ~*~*~tactically~*~*~ (outnumbered).
 21515 | D:5      | 21515 ||| Stepping ~*~*~tactically~*~*~ (outnumbered).
 21517 | D:5      | 21517 ||| Stepping ~*~*~tactically~*~*~ (outnumbered).
 21519 | D:5      | 21519 ||| Stepping ~*~*~tactically~*~*~ (outnumbered).
 21521 | D:5      | 21521 ||| Stepping ~*~*~tactically~*~*~ (outnumbered).
 21523 | D:5      | 21523 ||| Stepping ~*~*~tactically~*~*~ (outnumbered).
 21525 | D:5      | 21525 ||| Stepping ~*~*~tactically~*~*~ (outnumbered).
 21527 | D:5      | 21527 ||| Stepping ~*~*~tactically~*~*~ (outnumbered).
 21529 | D:5      | 21529 ||| Stepping ~*~*~tactically~*~*~ (outnumbered).
 21531 | D:5      | 21531 ||| Stepping ~*~*~tactically~*~*~ (outnumbered).
 21533 | D:5      | 21533 ||| Stepping ~*~*~tactically~*~*~ (outnumbered).
 21535 | D:5      | 21535 ||| Stepping ~*~*~tactically~*~*~ (outnumbered).
 21537 | D:5      | 21537 ||| Stepping ~*~*~tactically~*~*~ (outnumbered).
 21539 | D:5      | 21539 ||| Stepping ~*~*~tactically~*~*~ (outnumbered).
 21541 | D:5      | 21541 ||| Stepping ~*~*~tactically~*~*~ (outnumbered).
 21543 | D:5      | 21543 ||| Stepping ~*~*~tactically~*~*~ (outnumbered).
 21545 | D:5      | 21545 ||| Stepping ~*~*~tactically~*~*~ (outnumbered).
 21547 | D:5      | 21547 ||| Stepping ~*~*~tactically~*~*~ (outnumbered).
 21549 | D:5      | 21549 ||| Stepping ~*~*~tactically~*~*~ (outnumbered).
 21551 | D:5      | 21551 ||| Stepping ~*~*~tactically~*~*~ (outnumbered).
 21553 | D:5      | 21553 ||| Stepping ~*~*~tactically~*~*~ (outnumbered).
 21555 | D:5      | 21555 ||| Stepping ~*~*~tactically~*~*~ (outnumbered).
 21557 | D:5      | 21557 ||| Stepping ~*~*~tactically~*~*~ (outnumbered).
 21559 | D:5      | 21559 ||| Stepping ~*~*~tactically~*~*~ (outnumbered).
 21561 | D:5      | 21561 ||| Stepping ~*~*~tactically~*~*~ (outnumbered).
 21563 | D:5      | 21563 ||| Stepping ~*~*~tactically~*~*~ (outnumbered).
 21565 | D:5      | 21565 ||| Stepping ~*~*~tactically~*~*~ (outnumbered).
 21567 | D:5      | 21567 ||| Stepping ~*~*~tactically~*~*~ (outnumbered).
 21571 | D:5      | 21571 ||| Stepping ~*~*~tactically~*~*~ (outnumbered).
 21573 | D:5      | 21573 ||| Stepping ~*~*~tactically~*~*~ (outnumbered).
 21575 | D:5      | 21575 ||| Stepping ~*~*~tactically~*~*~ (outnumbered).
 21577 | D:5      | 21577 ||| Stepping ~*~*~tactically~*~*~ (outnumbered).
 21579 | D:5      | 21579 ||| Stepping ~*~*~tactically~*~*~ (outnumbered).
 21581 | D:5      | 21581 ||| Stepping ~*~*~tactically~*~*~ (outnumbered).
 21583 | D:5      | 21583 ||| Stepping ~*~*~tactically~*~*~ (outnumbered).
 21585 | D:5      | 21585 ||| Stepping ~*~*~tactically~*~*~ (outnumbered).
 21587 | D:5      | 21587 ||| Stepping ~*~*~tactically~*~*~ (outnumbered).
 21589 | D:5      | 21589 ||| Stepping ~*~*~tactically~*~*~ (outnumbered).
 21592 | D:5      | 21592 ||| Stepping ~*~*~tactically~*~*~ (outnumbered).
 21594 | D:5      | 21594 ||| Stepping ~*~*~tactically~*~*~ (outnumbered).
 21596 | D:5      | 21596 ||| Stepping ~*~*~tactically~*~*~ (outnumbered).
 21601 | D:5      | 21601 ||| Stepping ~*~*~tactically~*~*~ (outnumbered).
 21603 | D:5      | 21603 ||| Stepping ~*~*~tactically~*~*~ (outnumbered).
 21605 | D:5      | 21605 ||| Stepping ~*~*~tactically~*~*~ (outnumbered).
 21607 | D:5      | 21607 ||| Stepping ~*~*~tactically~*~*~ (outnumbered).
 21609 | D:5      | 21609 ||| Stepping ~*~*~tactically~*~*~ (outnumbered).
 21611 | D:5      | 21611 ||| Stepping ~*~*~tactically~*~*~ (outnumbered).
 21613 | D:5      | 21613 ||| Stepping ~*~*~tactically~*~*~ (outnumbered).
 21615 | D:5      | 21615 ||| Stepping ~*~*~tactically~*~*~ (outnumbered).
 21620 | D:5      | 21620 ||| Stepping ~*~*~tactically~*~*~ (outnumbered).
 21622 | D:5      | 21622 ||| Stepping ~*~*~tactically~*~*~ (outnumbered).
 21625 | D:5      | 21625 ||| Stepping ~*~*~tactically~*~*~ (outnumbered).
 21627 | D:5      | 21627 ||| Stepping ~*~*~tactically~*~*~ (outnumbered).
 21630 | D:5      | 21630 ||| Stepping ~*~*~tactically~*~*~ (outnumbered).
 21632 | D:5      | 21632 ||| Stepping ~*~*~tactically~*~*~ (outnumbered).
 21634 | D:5      | 21634 ||| Stepping ~*~*~tactically~*~*~ (outnumbered).
 21636 | D:5      | 21636 ||| Stepping ~*~*~tactically~*~*~ (outnumbered).
 21638 | D:5      | 21638 ||| Stepping ~*~*~tactically~*~*~ (outnumbered).
 21640 | D:5      | 21640 ||| Stepping ~*~*~tactically~*~*~ (outnumbered).
 21642 | D:5      | 21642 ||| Stepping ~*~*~tactically~*~*~ (outnumbered).
 21644 | D:5      | 21644 ||| Stepping ~*~*~tactically~*~*~ (outnumbered).
 21646 | D:5      | 21646 ||| Stepping ~*~*~tactically~*~*~ (outnumbered).
 21650 | D:5      | 21650 ||| Stepping ~*~*~tactically~*~*~ (outnumbered).
 21652 | D:5      | 21652 ||| Stepping ~*~*~tactically~*~*~ (outnumbered).
 21654 | D:5      | 21654 ||| Stepping ~*~*~tactically~*~*~ (outnumbered).
 21658 | D:5      | 21658 ||| Stepping ~*~*~tactically~*~*~ (outnumbered).
 21660 | D:5      | 21660 ||| Stepping ~*~*~tactically~*~*~ (outnumbered).
 21662 | D:5      | 21662 ||| Stepping ~*~*~tactically~*~*~ (outnumbered).
 21664 | D:5      | 21664 ||| Stepping ~*~*~tactically~*~*~ (outnumbered).
 21666 | D:5      | 21666 ||| Stepping ~*~*~tactically~*~*~ (outnumbered).
 21668 | D:5      | 21668 ||| Stepping ~*~*~tactically~*~*~ (outnumbered).
 21670 | D:5      | 21670 ||| Stepping ~*~*~tactically~*~*~ (outnumbered).
 21672 | D:5      | 21672 ||| Stepping ~*~*~tactically~*~*~ (outnumbered).
 21675 | D:5      | 21675 ||| Stepping ~*~*~tactically~*~*~ (outnumbered).
 21677 | D:5      | 21677 ||| Stepping ~*~*~tactically~*~*~ (outnumbered).
 21679 | D:5      | 21679 ||| Stepping ~*~*~tactically~*~*~ (outnumbered).
 21681 | D:5      | 21681 ||| Stepping ~*~*~tactically~*~*~ (outnumbered).
 21683 | D:5      | 21683 ||| Stepping ~*~*~tactically~*~*~ (outnumbered).
 21685 | D:5      | 21685 ||| Stepping ~*~*~tactically~*~*~ (outnumbered).
 21687 | D:5      | 21687 ||| Stepping ~*~*~tactically~*~*~ (outnumbered).
 21689 | D:5      | 21689 ||| Stepping ~*~*~tactically~*~*~ (outnumbered).
 21691 | D:5      | 21691 ||| Stepping ~*~*~tactically~*~*~ (outnumbered).
 21693 | D:5      | 21693 ||| Stepping ~*~*~tactically~*~*~ (outnumbered).
 21695 | D:5      | 21695 ||| Stepping ~*~*~tactically~*~*~ (outnumbered).
 21697 | D:5      | 21697 ||| Stepping ~*~*~tactically~*~*~ (outnumbered).
 21699 | D:5      | 21699 ||| Stepping ~*~*~tactically~*~*~ (outnumbered).
 21701 | D:5      | 21701 ||| Stepping ~*~*~tactically~*~*~ (outnumbered).
 21703 | D:5      | 21703 ||| Stepping ~*~*~tactically~*~*~ (outnumbered).
 21705 | D:5      | 21705 ||| Stepping ~*~*~tactically~*~*~ (outnumbered).
 21707 | D:5      | 21707 ||| Stepping ~*~*~tactically~*~*~ (outnumbered).
 21709 | D:5      | 21709 ||| Stepping ~*~*~tactically~*~*~ (outnumbered).
 21711 | D:5      | 21711 ||| Stepping ~*~*~tactically~*~*~ (outnumbered).
 21713 | D:5      | 21713 ||| Stepping ~*~*~tactically~*~*~ (outnumbered).
 21715 | D:5      | 21715 ||| Stepping ~*~*~tactically~*~*~ (outnumbered).
 21720 | D:5      | 21720 ||| Stepping ~*~*~tactically~*~*~ (outnumbered).
 21722 | D:5      | 21722 ||| Stepping ~*~*~tactically~*~*~ (outnumbered).
 21724 | D:5      | 21724 ||| Stepping ~*~*~tactically~*~*~ (outnumbered).
 21726 | D:5      | 21726 ||| Stepping ~*~*~tactically~*~*~ (outnumbered).
 21728 | D:5      | 21728 ||| Stepping ~*~*~tactically~*~*~ (outnumbered).
 21730 | D:5      | 21730 ||| Stepping ~*~*~tactically~*~*~ (outnumbered).
 21732 | D:5      | 21732 ||| Stepping ~*~*~tactically~*~*~ (outnumbered).
 21734 | D:5      | 21734 ||| Stepping ~*~*~tactically~*~*~ (outnumbered).
 21736 | D:5      | 21736 ||| Stepping ~*~*~tactically~*~*~ (outnumbered).
 21738 | D:5      | 21738 ||| Stepping ~*~*~tactically~*~*~ (outnumbered).
 21740 | D:5      | 21740 ||| Stepping ~*~*~tactically~*~*~ (outnumbered).
 21742 | D:5      | 21742 ||| Stepping ~*~*~tactically~*~*~ (outnumbered).
 21744 | D:5      | 21744 ||| Stepping ~*~*~tactically~*~*~ (outnumbered).
 21746 | D:5      | 21746 ||| Stepping ~*~*~tactically~*~*~ (outnumbered).
 21748 | D:5      | 21748 ||| Stepping ~*~*~tactically~*~*~ (outnumbered).
 21750 | D:5      | 21750 ||| Stepping ~*~*~tactically~*~*~ (outnumbered).
 21752 | D:5      | 21752 ||| Stepping ~*~*~tactically~*~*~ (outnumbered).
 21754 | D:5      | 21754 ||| Stepping ~*~*~tactically~*~*~ (outnumbered).
 21756 | D:5      | 21756 ||| Stepping ~*~*~tactically~*~*~ (outnumbered).
 21758 | D:5      | 21758 ||| Stepping ~*~*~tactically~*~*~ (outnumbered).
 21760 | D:5      | 21760 ||| Stepping ~*~*~tactically~*~*~ (outnumbered).
 21763 | D:5      | 21763 ||| Stepping ~*~*~tactically~*~*~ (outnumbered).
 21765 | D:5      | 21765 ||| Stepping ~*~*~tactically~*~*~ (outnumbered).
 21767 | D:5      | 21767 ||| Stepping ~*~*~tactically~*~*~ (outnumbered).
 21770 | D:5      | 21770 ||| Stepping ~*~*~tactically~*~*~ (outnumbered).
 21772 | D:5      | 21772 ||| Stepping ~*~*~tactically~*~*~ (outnumbered).
 21774 | D:5      | 21774 ||| Stepping ~*~*~tactically~*~*~ (outnumbered).
 21776 | D:5      | 21776 ||| Stepping ~*~*~tactically~*~*~ (outnumbered).
 21778 | D:5      | 21778 ||| Stepping ~*~*~tactically~*~*~ (outnumbered).
 21780 | D:5      | 21780 ||| Stepping ~*~*~tactically~*~*~ (outnumbered).
 21782 | D:5      | 21782 ||| Stepping ~*~*~tactically~*~*~ (outnumbered).
 21784 | D:5      | 21784 ||| Stepping ~*~*~tactically~*~*~ (outnumbered).
 21786 | D:5      | 21786 ||| Stepping ~*~*~tactically~*~*~ (outnumbered).
 21788 | D:5      | 21788 ||| Stepping ~*~*~tactically~*~*~ (outnumbered).
 21790 | D:5      | 21790 ||| Stepping ~*~*~tactically~*~*~ (outnumbered).
 21792 | D:5      | 21792 ||| Stepping ~*~*~tactically~*~*~ (outnumbered).
 21794 | D:5      | 21794 ||| Stepping ~*~*~tactically~*~*~ (outnumbered).
 21796 | D:5      | 21796 ||| Stepping ~*~*~tactically~*~*~ (outnumbered).
 21798 | D:5      | 21798 ||| Stepping ~*~*~tactically~*~*~ (outnumbered).
 21800 | D:5      | 21800 ||| Stepping ~*~*~tactically~*~*~ (outnumbered).
 21802 | D:5      | 21802 ||| Stepping ~*~*~tactically~*~*~ (outnumbered).
 21804 | D:5      | 21804 ||| Stepping ~*~*~tactically~*~*~ (outnumbered).
 21806 | D:5      | 21806 ||| Stepping ~*~*~tactically~*~*~ (outnumbered).
 21808 | D:5      | 21808 ||| Stepping ~*~*~tactically~*~*~ (outnumbered).
 21812 | D:5      | 21812 ||| Stepping ~*~*~tactically~*~*~ (outnumbered).
 21814 | D:5      | 21814 ||| Stepping ~*~*~tactically~*~*~ (outnumbered).
 21816 | D:5      | 21816 ||| Stepping ~*~*~tactically~*~*~ (outnumbered).
 21819 | D:5      | 21819 ||| Stepping ~*~*~tactically~*~*~ (outnumbered).
 21821 | D:5      | 21821 ||| Stepping ~*~*~tactically~*~*~ (outnumbered).
 21823 | D:5      | 21823 ||| Stepping ~*~*~tactically~*~*~ (outnumbered).
 21825 | D:5      | 21825 ||| Stepping ~*~*~tactically~*~*~ (outnumbered).
 21827 | D:5      | 21827 ||| Stepping ~*~*~tactically~*~*~ (outnumbered).
 21829 | D:5      | 21829 ||| Stepping ~*~*~tactically~*~*~ (outnumbered).
 21831 | D:5      | 21831 ||| Stepping ~*~*~tactically~*~*~ (outnumbered).
 21833 | D:5      | 21833 ||| Stepping ~*~*~tactically~*~*~ (outnumbered).
 21835 | D:5      | 21835 ||| Stepping ~*~*~tactically~*~*~ (outnumbered).
 21837 | D:5      | 21837 ||| Stepping ~*~*~tactically~*~*~ (outnumbered).
 21839 | D:5      | 21839 ||| Stepping ~*~*~tactically~*~*~ (outnumbered).
 21842 | D:5      | 21842 ||| Stepping ~*~*~tactically~*~*~ (outnumbered).
 21844 | D:5      | 21844 ||| Stepping ~*~*~tactically~*~*~ (outnumbered).
 21846 | D:5      | 21846 ||| Stepping ~*~*~tactically~*~*~ (outnumbered).
 21848 | D:5      | 21848 ||| Stepping ~*~*~tactically~*~*~ (outnumbered).
 21850 | D:5      | 21850 ||| Stepping ~*~*~tactically~*~*~ (outnumbered).
 21852 | D:5      | 21852 ||| Stepping ~*~*~tactically~*~*~ (outnumbered).
 21854 | D:5      | 21854 ||| Stepping ~*~*~tactically~*~*~ (outnumbered).
 21856 | D:5      | 21856 ||| Stepping ~*~*~tactically~*~*~ (outnumbered).
 21858 | D:5      | 21858 ||| Stepping ~*~*~tactically~*~*~ (outnumbered).
 21860 | D:5      | 21860 ||| Stepping ~*~*~tactically~*~*~ (outnumbered).
 21864 | D:5      | 21864 ||| Stepping ~*~*~tactically~*~*~ (outnumbered).
 21866 | D:5      | 21866 ||| Stepping ~*~*~tactically~*~*~ (outnumbered).
 21868 | D:5      | 21868 ||| Stepping ~*~*~tactically~*~*~ (outnumbered).
 21870 | D:5      | 21870 ||| Stepping ~*~*~tactically~*~*~ (outnumbered).
 21872 | D:5      | 21872 ||| Stepping ~*~*~tactically~*~*~ (outnumbered).
 21876 | D:5      | 21876 ||| Stepping ~*~*~tactically~*~*~ (outnumbered).
 21878 | D:5      | 21878 ||| Stepping ~*~*~tactically~*~*~ (outnumbered).
 21880 | D:5      | 21880 ||| Stepping ~*~*~tactically~*~*~ (outnumbered).
 21882 | D:5      | 21882 ||| Stepping ~*~*~tactically~*~*~ (outnumbered).
 21884 | D:5      | 21884 ||| Stepping ~*~*~tactically~*~*~ (outnumbered).
 21886 | D:5      | 21886 ||| Stepping ~*~*~tactically~*~*~ (outnumbered).
 21888 | D:5      | 21888 ||| Stepping ~*~*~tactically~*~*~ (outnumbered).
 21892 | D:5      | 21892 ||| Stepping ~*~*~tactically~*~*~ (outnumbered).
 21894 | D:5      | 21894 ||| Stepping ~*~*~tactically~*~*~ (outnumbered).
 21896 | D:5      | 21896 ||| Stepping ~*~*~tactically~*~*~ (outnumbered).
 21898 | D:5      | 21898 ||| Stepping ~*~*~tactically~*~*~ (outnumbered).
 21900 | D:5      | 21900 ||| Stepping ~*~*~tactically~*~*~ (outnumbered).
 21902 | D:5      | 21902 ||| Stepping ~*~*~tactically~*~*~ (outnumbered).
 21904 | D:5      | 21904 ||| Stepping ~*~*~tactically~*~*~ (outnumbered).
 21906 | D:5      | 21906 ||| Stepping ~*~*~tactically~*~*~ (outnumbered).
 21908 | D:5      | 21908 ||| Stepping ~*~*~tactically~*~*~ (outnumbered).
 21910 | D:5      | 21910 ||| Stepping ~*~*~tactically~*~*~ (outnumbered).
 21912 | D:5      | 21912 ||| Stepping ~*~*~tactically~*~*~ (outnumbered).
 21914 | D:5      | 21914 ||| Stepping ~*~*~tactically~*~*~ (outnumbered).
 21916 | D:5      | 21916 ||| Stepping ~*~*~tactically~*~*~ (outnumbered).
 21918 | D:5      | 21918 ||| Stepping ~*~*~tactically~*~*~ (outnumbered).
 21920 | D:5      | 21920 ||| Stepping ~*~*~tactically~*~*~ (outnumbered).
 21922 | D:5      | 21922 ||| Stepping ~*~*~tactically~*~*~ (outnumbered).
 21924 | D:5      | 21924 ||| Stepping ~*~*~tactically~*~*~ (outnumbered).
 21926 | D:5      | 21926 ||| Stepping ~*~*~tactically~*~*~ (outnumbered).
 21928 | D:5      | 21928 ||| Stepping ~*~*~tactically~*~*~ (outnumbered).
 21930 | D:5      | 21930 ||| Stepping ~*~*~tactically~*~*~ (outnumbered).
 21932 | D:5      | 21932 ||| Stepping ~*~*~tactically~*~*~ (outnumbered).
 21934 | D:5      | 21934 ||| Stepping ~*~*~tactically~*~*~ (outnumbered).
 21938 | D:5      | 21938 ||| Stepping ~*~*~tactically~*~*~ (outnumbered).
 21940 | D:5      | 21940 ||| Stepping ~*~*~tactically~*~*~ (outnumbered).
 21942 | D:5      | 21942 ||| Stepping ~*~*~tactically~*~*~ (outnumbered).
 21944 | D:5      | 21944 ||| Stepping ~*~*~tactically~*~*~ (outnumbered).
 21946 | D:5      | 21946 ||| Stepping ~*~*~tactically~*~*~ (outnumbered).
 21948 | D:5      | 21948 ||| Stepping ~*~*~tactically~*~*~ (outnumbered).
 21950 | D:5      | 21950 ||| Stepping ~*~*~tactically~*~*~ (outnumbered).
 21952 | D:5      | 21952 ||| Stepping ~*~*~tactically~*~*~ (outnumbered).
 21954 | D:5      | 21954 ||| Stepping ~*~*~tactically~*~*~ (outnumbered).
 21959 | D:5      | 21959 ||| Stepping ~*~*~tactically~*~*~ (outnumbered).
 21961 | D:5      | 21961 ||| Stepping ~*~*~tactically~*~*~ (outnumbered).
 21963 | D:5      | 21963 ||| Stepping ~*~*~tactically~*~*~ (outnumbered).
 21965 | D:5      | 21965 ||| Stepping ~*~*~tactically~*~*~ (outnumbered).
 21967 | D:5      | 21967 ||| Stepping ~*~*~tactically~*~*~ (outnumbered).
 21969 | D:5      | 21969 ||| Stepping ~*~*~tactically~*~*~ (outnumbered).
 21971 | D:5      | 21971 ||| Stepping ~*~*~tactically~*~*~ (outnumbered).
 21973 | D:5      | 21973 ||| Stepping ~*~*~tactically~*~*~ (outnumbered).
 21975 | D:5      | 21975 ||| Stepping ~*~*~tactically~*~*~ (outnumbered).
 21977 | D:5      | 21977 ||| Stepping ~*~*~tactically~*~*~ (outnumbered).
 21982 | D:5      | 21982 ||| Stepping ~*~*~tactically~*~*~ (outnumbered).
 21984 | D:5      | 21984 ||| Stepping ~*~*~tactically~*~*~ (outnumbered).
 21986 | D:5      | 21986 ||| Stepping ~*~*~tactically~*~*~ (outnumbered).
 21988 | D:5      | 21988 ||| Stepping ~*~*~tactically~*~*~ (outnumbered).
 21990 | D:5      | 21990 ||| Stepping ~*~*~tactically~*~*~ (outnumbered).
 21992 | D:5      | 21992 ||| Stepping ~*~*~tactically~*~*~ (outnumbered).
 21994 | D:5      | 21994 ||| Stepping ~*~*~tactically~*~*~ (outnumbered).
 21998 | D:5      | 21998 ||| Stepping ~*~*~tactically~*~*~ (outnumbered).
 22001 | D:5      | 22001 ||| Stepping ~*~*~tactically~*~*~ (outnumbered).
 22003 | D:5      | 22003 ||| Stepping ~*~*~tactically~*~*~ (outnumbered).
 22005 | D:5      | 22005 ||| Stepping ~*~*~tactically~*~*~ (outnumbered).
 22007 | D:5      | 22007 ||| Stepping ~*~*~tactically~*~*~ (outnumbered).
 22009 | D:5      | 22009 ||| Stepping ~*~*~tactically~*~*~ (outnumbered).
 22011 | D:5      | 22011 ||| Stepping ~*~*~tactically~*~*~ (outnumbered).
 22013 | D:5      | 22013 ||| Stepping ~*~*~tactically~*~*~ (outnumbered).
 22015 | D:5      | 22015 ||| Stepping ~*~*~tactically~*~*~ (outnumbered).
 22017 | D:5      | 22017 ||| Stepping ~*~*~tactically~*~*~ (outnumbered).
 22019 | D:5      | 22019 ||| Stepping ~*~*~tactically~*~*~ (outnumbered).
 22021 | D:5      | 22021 ||| Stepping ~*~*~tactically~*~*~ (outnumbered).
 22023 | D:5      | 22023 ||| Stepping ~*~*~tactically~*~*~ (outnumbered).
 22025 | D:5      | 22025 ||| Stepping ~*~*~tactically~*~*~ (outnumbered).
 22027 | D:5      | 22027 ||| Stepping ~*~*~tactically~*~*~ (outnumbered).
 22029 | D:5      | 22029 ||| Stepping ~*~*~tactically~*~*~ (outnumbered).
 22031 | D:5      | 22031 ||| Stepping ~*~*~tactically~*~*~ (outnumbered).
 22033 | D:5      | 22033 ||| Stepping ~*~*~tactically~*~*~ (outnumbered).
 22035 | D:5      | 22035 ||| Stepping ~*~*~tactically~*~*~ (outnumbered).
 22037 | D:5      | 22037 ||| Stepping ~*~*~tactically~*~*~ (outnumbered).
 22041 | D:5      | 22041 ||| Stepping ~*~*~tactically~*~*~ (outnumbered).
 22043 | D:5      | 22043 ||| Stepping ~*~*~tactically~*~*~ (outnumbered).
 22045 | D:5      | 22045 ||| Stepping ~*~*~tactically~*~*~ (outnumbered).
 22047 | D:5      | 22047 ||| Stepping ~*~*~tactically~*~*~ (outnumbered).
 22049 | D:5      | 22049 ||| Stepping ~*~*~tactically~*~*~ (outnumbered).
 22051 | D:5      | 22051 ||| Stepping ~*~*~tactically~*~*~ (outnumbered).
 22053 | D:5      | 22053 ||| Stepping ~*~*~tactically~*~*~ (outnumbered).
 22055 | D:5      | 22055 ||| Stepping ~*~*~tactically~*~*~ (outnumbered).
 22057 | D:5      | 22057 ||| Stepping ~*~*~tactically~*~*~ (outnumbered).
 22059 | D:5      | 22059 ||| Stepping ~*~*~tactically~*~*~ (outnumbered).
 22061 | D:5      | 22061 ||| Stepping ~*~*~tactically~*~*~ (outnumbered).
 22063 | D:5      | 22063 ||| Stepping ~*~*~tactically~*~*~ (outnumbered).
 22065 | D:5      | 22065 ||| Stepping ~*~*~tactically~*~*~ (outnumbered).
 22067 | D:5      | 22067 ||| Stepping ~*~*~tactically~*~*~ (outnumbered).
 22069 | D:5      | 22069 ||| Stepping ~*~*~tactically~*~*~ (outnumbered).
 22071 | D:5      | 22071 ||| Stepping ~*~*~tactically~*~*~ (outnumbered).
 22073 | D:5      | 22073 ||| Stepping ~*~*~tactically~*~*~ (outnumbered).
 22075 | D:5      | 22075 ||| Stepping ~*~*~tactically~*~*~ (outnumbered).
 22077 | D:5      | 22077 ||| Stepping ~*~*~tactically~*~*~ (outnumbered).
 22079 | D:5      | 22079 ||| Stepping ~*~*~tactically~*~*~ (outnumbered).
 22081 | D:5      | 22081 ||| Stepping ~*~*~tactically~*~*~ (outnumbered).
 22083 | D:5      | 22083 ||| Stepping ~*~*~tactically~*~*~ (outnumbered).
 22086 | D:5      | 22086 ||| Stepping ~*~*~tactically~*~*~ (outnumbered).
 22088 | D:5      | 22088 ||| Stepping ~*~*~tactically~*~*~ (outnumbered).
 22090 | D:5      | 22090 ||| Stepping ~*~*~tactically~*~*~ (outnumbered).
 22092 | D:5      | 22092 ||| Stepping ~*~*~tactically~*~*~ (outnumbered).
 22094 | D:5      | 22094 ||| Stepping ~*~*~tactically~*~*~ (outnumbered).
 22096 | D:5      | 22096 ||| Stepping ~*~*~tactically~*~*~ (outnumbered).
 22098 | D:5      | 22098 ||| Stepping ~*~*~tactically~*~*~ (outnumbered).
 22100 | D:5      | 22100 ||| Stepping ~*~*~tactically~*~*~ (outnumbered).
 22102 | D:5      | 22102 ||| Stepping ~*~*~tactically~*~*~ (outnumbered).
 22104 | D:5      | 22104 ||| Stepping ~*~*~tactically~*~*~ (outnumbered).
 22106 | D:5      | 22106 ||| Stepping ~*~*~tactically~*~*~ (outnumbered).
 22108 | D:5      | 22108 ||| Stepping ~*~*~tactically~*~*~ (outnumbered).
 22110 | D:5      | 22110 ||| Stepping ~*~*~tactically~*~*~ (outnumbered).
 22112 | D:5      | 22112 ||| Stepping ~*~*~tactically~*~*~ (outnumbered).
 22114 | D:5      | 22114 ||| Stepping ~*~*~tactically~*~*~ (outnumbered).
 22116 | D:5      | 22116 ||| Stepping ~*~*~tactically~*~*~ (outnumbered).
 22120 | D:5      | 22120 ||| Stepping ~*~*~tactically~*~*~ (outnumbered).
 22122 | D:5      | 22122 ||| Stepping ~*~*~tactically~*~*~ (outnumbered).
 22124 | D:5      | 22124 ||| Stepping ~*~*~tactically~*~*~ (outnumbered).
 22126 | D:5      | 22126 ||| Stepping ~*~*~tactically~*~*~ (outnumbered).
 22128 | D:5      | 22128 ||| Stepping ~*~*~tactically~*~*~ (outnumbered).
 22130 | D:5      | 22130 ||| Stepping ~*~*~tactically~*~*~ (outnumbered).
 22132 | D:5      | 22132 ||| Stepping ~*~*~tactically~*~*~ (outnumbered).
 22134 | D:5      | 22134 ||| Stepping ~*~*~tactically~*~*~ (outnumbered).
 22136 | D:5      | 22136 ||| Stepping ~*~*~tactically~*~*~ (outnumbered).
 22138 | D:5      | 22138 ||| Stepping ~*~*~tactically~*~*~ (outnumbered).
 22140 | D:5      | 22140 ||| Stepping ~*~*~tactically~*~*~ (outnumbered).
 22142 | D:5      | 22142 ||| Stepping ~*~*~tactically~*~*~ (outnumbered).
 22144 | D:5      | 22144 ||| Stepping ~*~*~tactically~*~*~ (outnumbered).
 22146 | D:5      | 22146 ||| Stepping ~*~*~tactically~*~*~ (outnumbered).
 22148 | D:5      | 22148 ||| Stepping ~*~*~tactically~*~*~ (outnumbered).
 22150 | D:5      | 22150 ||| Stepping ~*~*~tactically~*~*~ (outnumbered).
 22153 | D:5      | 22153 ||| Stepping ~*~*~tactically~*~*~ (outnumbered).
 22155 | D:5      | 22155 ||| Stepping ~*~*~tactically~*~*~ (outnumbered).
 22157 | D:5      | 22157 ||| Stepping ~*~*~tactically~*~*~ (outnumbered).
 22159 | D:5      | 22159 ||| Stepping ~*~*~tactically~*~*~ (outnumbered).
 22161 | D:5      | 22161 ||| Stepping ~*~*~tactically~*~*~ (outnumbered).
 22163 | D:5      | 22163 ||| Stepping ~*~*~tactically~*~*~ (outnumbered).
 22165 | D:5      | 22165 ||| Stepping ~*~*~tactically~*~*~ (outnumbered).
 22167 | D:5      | 22167 ||| Stepping ~*~*~tactically~*~*~ (outnumbered).
 22169 | D:5      | 22169 ||| Stepping ~*~*~tactically~*~*~ (outnumbered).
 22171 | D:5      | 22171 ||| Stepping ~*~*~tactically~*~*~ (outnumbered).
 22173 | D:5      | 22173 ||| Stepping ~*~*~tactically~*~*~ (outnumbered).
 22175 | D:5      | 22175 ||| Stepping ~*~*~tactically~*~*~ (outnumbered).
 22177 | D:5      | 22177 ||| Stepping ~*~*~tactically~*~*~ (outnumbered).
 22179 | D:5      | 22179 ||| Stepping ~*~*~tactically~*~*~ (outnumbered).
 22181 | D:5      | 22181 ||| Stepping ~*~*~tactically~*~*~ (outnumbered).
 22183 | D:5      | 22183 ||| Stepping ~*~*~tactically~*~*~ (outnumbered).
 22185 | D:5      | 22185 ||| Stepping ~*~*~tactically~*~*~ (outnumbered).
 22187 | D:5      | 22187 ||| Stepping ~*~*~tactically~*~*~ (outnumbered).
 22190 | D:5      | 22190 ||| Stepping ~*~*~tactically~*~*~ (outnumbered).
 22192 | D:5      | 22192 ||| Stepping ~*~*~tactically~*~*~ (outnumbered).
 22194 | D:5      | 22194 ||| Stepping ~*~*~tactically~*~*~ (outnumbered).
 22196 | D:5      | 22196 ||| Stepping ~*~*~tactically~*~*~ (outnumbered).
 22198 | D:5      | 22198 ||| Stepping ~*~*~tactically~*~*~ (outnumbered).
 22200 | D:5      | 22200 ||| Stepping ~*~*~tactically~*~*~ (outnumbered).
 22202 | D:5      | 22202 ||| Stepping ~*~*~tactically~*~*~ (outnumbered).
 22204 | D:5      | 22204 ||| Stepping ~*~*~tactically~*~*~ (outnumbered).
 22206 | D:5      | 22206 ||| Stepping ~*~*~tactically~*~*~ (outnumbered).
 22208 | D:5      | 22208 ||| Stepping ~*~*~tactically~*~*~ (outnumbered).
 22210 | D:5      | 22210 ||| Stepping ~*~*~tactically~*~*~ (outnumbered).
 22212 | D:5      | 22212 ||| Stepping ~*~*~tactically~*~*~ (outnumbered).
 22214 | D:5      | 22214 ||| Stepping ~*~*~tactically~*~*~ (outnumbered).
 22216 | D:5      | 22216 ||| Stepping ~*~*~tactically~*~*~ (outnumbered).
 22218 | D:5      | 22218 ||| Stepping ~*~*~tactically~*~*~ (outnumbered).
 22223 | D:5      | 22223 ||| Stepping ~*~*~tactically~*~*~ (outnumbered).
 22225 | D:5      | 22225 ||| Stepping ~*~*~tactically~*~*~ (outnumbered).
 22227 | D:5      | 22227 ||| Stepping ~*~*~tactically~*~*~ (outnumbered).
 22229 | D:5      | 22229 ||| Stepping ~*~*~tactically~*~*~ (outnumbered).
 22231 | D:5      | 22231 ||| Stepping ~*~*~tactically~*~*~ (outnumbered).
 22235 | D:5      | 22235 ||| Stepping ~*~*~tactically~*~*~ (outnumbered).
 22237 | D:5      | 22237 ||| Stepping ~*~*~tactically~*~*~ (outnumbered).
 22239 | D:5      | 22239 ||| Stepping ~*~*~tactically~*~*~ (outnumbered).
 22241 | D:5      | 22241 ||| Stepping ~*~*~tactically~*~*~ (outnumbered).
 22243 | D:5      | 22243 ||| Stepping ~*~*~tactically~*~*~ (outnumbered).
 22245 | D:5      | 22245 ||| Stepping ~*~*~tactically~*~*~ (outnumbered).
 22247 | D:5      | 22247 ||| Stepping ~*~*~tactically~*~*~ (outnumbered).
 22249 | D:5      | 22249 ||| Stepping ~*~*~tactically~*~*~ (outnumbered).
 22251 | D:5      | 22251 ||| Stepping ~*~*~tactically~*~*~ (outnumbered).
 22253 | D:5      | 22253 ||| Stepping ~*~*~tactically~*~*~ (outnumbered).
 22255 | D:5      | 22255 ||| Stepping ~*~*~tactically~*~*~ (outnumbered).
 22257 | D:5      | 22257 ||| Stepping ~*~*~tactically~*~*~ (outnumbered).
 22259 | D:5      | 22259 ||| Stepping ~*~*~tactically~*~*~ (outnumbered).
 22261 | D:5      | 22261 ||| Stepping ~*~*~tactically~*~*~ (outnumbered).
 22263 | D:5      | 22263 ||| Stepping ~*~*~tactically~*~*~ (outnumbered).
 22265 | D:5      | 22265 ||| Stepping ~*~*~tactically~*~*~ (outnumbered).
 22269 | D:5      | 22269 ||| Stepping ~*~*~tactically~*~*~ (outnumbered).
 22272 | D:5      | 22272 ||| Stepping ~*~*~tactically~*~*~ (outnumbered).
 22274 | D:5      | 22274 ||| Stepping ~*~*~tactically~*~*~ (outnumbered).
 22276 | D:5      | 22276 ||| Stepping ~*~*~tactically~*~*~ (outnumbered).
 22278 | D:5      | 22278 ||| Stepping ~*~*~tactically~*~*~ (outnumbered).
 22280 | D:5      | 22280 ||| Stepping ~*~*~tactically~*~*~ (outnumbered).
 22282 | D:5      | 22282 ||| Stepping ~*~*~tactically~*~*~ (outnumbered).
 22284 | D:5      | 22284 ||| Stepping ~*~*~tactically~*~*~ (outnumbered).
 22286 | D:5      | 22286 ||| Stepping ~*~*~tactically~*~*~ (outnumbered).
 22288 | D:5      | 22288 ||| Stepping ~*~*~tactically~*~*~ (outnumbered).
 22290 | D:5      | 22290 ||| Stepping ~*~*~tactically~*~*~ (outnumbered).
 22292 | D:5      | 22292 ||| Stepping ~*~*~tactically~*~*~ (outnumbered).
 22294 | D:5      | 22294 ||| Stepping ~*~*~tactically~*~*~ (outnumbered).
 22296 | D:5      | 22296 ||| Stepping ~*~*~tactically~*~*~ (outnumbered).
 22298 | D:5      | 22298 ||| Stepping ~*~*~tactically~*~*~ (outnumbered).
 22300 | D:5      | 22300 ||| Stepping ~*~*~tactically~*~*~ (outnumbered).
 22302 | D:5      | 22302 ||| Stepping ~*~*~tactically~*~*~ (outnumbered).
 22304 | D:5      | 22304 ||| Stepping ~*~*~tactically~*~*~ (outnumbered).
 22307 | D:5      | 22307 ||| Stepping ~*~*~tactically~*~*~ (outnumbered).
 22309 | D:5      | 22309 ||| Stepping ~*~*~tactically~*~*~ (outnumbered).
 22311 | D:5      | 22311 ||| Stepping ~*~*~tactically~*~*~ (outnumbered).
 22313 | D:5      | 22313 ||| Stepping ~*~*~tactically~*~*~ (outnumbered).
 22315 | D:5      | 22315 ||| Stepping ~*~*~tactically~*~*~ (outnumbered).
 22317 | D:5      | 22317 ||| Stepping ~*~*~tactically~*~*~ (outnumbered).
 22319 | D:5      | 22319 ||| Stepping ~*~*~tactically~*~*~ (outnumbered).
 22321 | D:5      | 22321 ||| Stepping ~*~*~tactically~*~*~ (outnumbered).
 22323 | D:5      | 22323 ||| Stepping ~*~*~tactically~*~*~ (outnumbered).
 22325 | D:5      | 22325 ||| Stepping ~*~*~tactically~*~*~ (outnumbered).
 22327 | D:5      | 22327 ||| Stepping ~*~*~tactically~*~*~ (outnumbered).
 22332 | D:5      | 22332 ||| Stepping ~*~*~tactically~*~*~ (outnumbered).
 22334 | D:5      | 22334 ||| Stepping ~*~*~tactically~*~*~ (outnumbered).
 22336 | D:5      | 22336 ||| Stepping ~*~*~tactically~*~*~ (outnumbered).
 22338 | D:5      | 22338 ||| Stepping ~*~*~tactically~*~*~ (outnumbered).
 22340 | D:5      | 22340 ||| Stepping ~*~*~tactically~*~*~ (outnumbered).
 22342 | D:5      | 22342 ||| Stepping ~*~*~tactically~*~*~ (outnumbered).
 22344 | D:5      | 22344 ||| Stepping ~*~*~tactically~*~*~ (outnumbered).
 22346 | D:5      | 22346 ||| Stepping ~*~*~tactically~*~*~ (outnumbered).
 22348 | D:5      | 22348 ||| Stepping ~*~*~tactically~*~*~ (outnumbered).
 22350 | D:5      | 22350 ||| Stepping ~*~*~tactically~*~*~ (outnumbered).
 22352 | D:5      | 22352 ||| Stepping ~*~*~tactically~*~*~ (outnumbered).
 22354 | D:5      | 22354 ||| Stepping ~*~*~tactically~*~*~ (outnumbered).
 22357 | D:5      | 22357 ||| Stepping ~*~*~tactically~*~*~ (outnumbered).
 22359 | D:5      | 22359 ||| Stepping ~*~*~tactically~*~*~ (outnumbered).
 22361 | D:5      | 22361 ||| Stepping ~*~*~tactically~*~*~ (outnumbered).
 22363 | D:5      | 22363 ||| Stepping ~*~*~tactically~*~*~ (outnumbered).
 22365 | D:5      | 22365 ||| Stepping ~*~*~tactically~*~*~ (outnumbered).
 22367 | D:5      | 22367 ||| Stepping ~*~*~tactically~*~*~ (outnumbered).
 22369 | D:5      | 22369 ||| Stepping ~*~*~tactically~*~*~ (outnumbered).
 22371 | D:5      | 22371 ||| Stepping ~*~*~tactically~*~*~ (outnumbered).
 22373 | D:5      | 22373 ||| Stepping ~*~*~tactically~*~*~ (outnumbered).
 22375 | D:5      | 22375 ||| Stepping ~*~*~tactically~*~*~ (outnumbered).
 22377 | D:5      | 22377 ||| Stepping ~*~*~tactically~*~*~ (outnumbered).
 22379 | D:5      | 22379 ||| Stepping ~*~*~tactically~*~*~ (outnumbered).
 22381 | D:5      | 22381 ||| Stepping ~*~*~tactically~*~*~ (outnumbered).
 22383 | D:5      | 22383 ||| Stepping ~*~*~tactically~*~*~ (outnumbered).
 22385 | D:5      | 22385 ||| Stepping ~*~*~tactically~*~*~ (outnumbered).
 22387 | D:5      | 22387 ||| Stepping ~*~*~tactically~*~*~ (outnumbered).
 22389 | D:5      | 22389 ||| Stepping ~*~*~tactically~*~*~ (outnumbered).
 22391 | D:5      | 22391 ||| Stepping ~*~*~tactically~*~*~ (outnumbered).
 22393 | D:5      | 22393 ||| Stepping ~*~*~tactically~*~*~ (outnumbered).
 22395 | D:5      | 22395 ||| Stepping ~*~*~tactically~*~*~ (outnumbered).
 22397 | D:5      | 22397 ||| Stepping ~*~*~tactically~*~*~ (outnumbered).
 22399 | D:5      | 22399 ||| Stepping ~*~*~tactically~*~*~ (outnumbered).
 22401 | D:5      | 22401 ||| Stepping ~*~*~tactically~*~*~ (outnumbered).
 22403 | D:5      | 22403 ||| Stepping ~*~*~tactically~*~*~ (outnumbered).
 22405 | D:5      | 22405 ||| Stepping ~*~*~tactically~*~*~ (outnumbered).
 22407 | D:5      | 22407 ||| Stepping ~*~*~tactically~*~*~ (outnumbered).
 22409 | D:5      | 22409 ||| Stepping ~*~*~tactically~*~*~ (outnumbered).
 22411 | D:5      | 22411 ||| Stepping ~*~*~tactically~*~*~ (outnumbered).
 22413 | D:5      | 22413 ||| Stepping ~*~*~tactically~*~*~ (outnumbered).
 22415 | D:5      | 22415 ||| Stepping ~*~*~tactically~*~*~ (outnumbered).
 22417 | D:5      | 22417 ||| Stepping ~*~*~tactically~*~*~ (outnumbered).
 22419 | D:5      | 22419 ||| Stepping ~*~*~tactically~*~*~ (outnumbered).
 22421 | D:5      | 22421 ||| Stepping ~*~*~tactically~*~*~ (outnumbered).
 22423 | D:5      | 22423 ||| Stepping ~*~*~tactically~*~*~ (outnumbered).
 22425 | D:5      | 22425 ||| Stepping ~*~*~tactically~*~*~ (outnumbered).
 22427 | D:5      | 22427 ||| Stepping ~*~*~tactically~*~*~ (outnumbered).
 22430 | D:5      | 22430 ||| Stepping ~*~*~tactically~*~*~ (outnumbered).
 22432 | D:5      | 22432 ||| Stepping ~*~*~tactically~*~*~ (outnumbered).
 22434 | D:5      | 22434 ||| Stepping ~*~*~tactically~*~*~ (outnumbered).
 22436 | D:5      | 22436 ||| Stepping ~*~*~tactically~*~*~ (outnumbered).
 22438 | D:5      | 22438 ||| Stepping ~*~*~tactically~*~*~ (outnumbered).
 22440 | D:5      | 22440 ||| Stepping ~*~*~tactically~*~*~ (outnumbered).
 22442 | D:5      | 22442 ||| Stepping ~*~*~tactically~*~*~ (outnumbered).
 22444 | D:5      | 22444 ||| Stepping ~*~*~tactically~*~*~ (outnumbered).
 22446 | D:5      | 22446 ||| Stepping ~*~*~tactically~*~*~ (outnumbered).
 22448 | D:5      | 22448 ||| Stepping ~*~*~tactically~*~*~ (outnumbered).
 22450 | D:5      | 22450 ||| Stepping ~*~*~tactically~*~*~ (outnumbered).
 22452 | D:5      | 22452 ||| Stepping ~*~*~tactically~*~*~ (outnumbered).
 22454 | D:5      | 22454 ||| Stepping ~*~*~tactically~*~*~ (outnumbered).
 22456 | D:5      | 22456 ||| Stepping ~*~*~tactically~*~*~ (outnumbered).
 22458 | D:5      | 22458 ||| Stepping ~*~*~tactically~*~*~ (outnumbered).
 22460 | D:5      | 22460 ||| Stepping ~*~*~tactically~*~*~ (outnumbered).
 22462 | D:5      | 22462 ||| Stepping ~*~*~tactically~*~*~ (outnumbered).
 22464 | D:5      | 22464 ||| Stepping ~*~*~tactically~*~*~ (outnumbered).
 22466 | D:5      | 22466 ||| Stepping ~*~*~tactically~*~*~ (outnumbered).
 22468 | D:5      | 22468 ||| Stepping ~*~*~tactically~*~*~ (outnumbered).
 22470 | D:5      | 22470 ||| Stepping ~*~*~tactically~*~*~ (outnumbered).
 22472 | D:5      | 22472 ||| Stepping ~*~*~tactically~*~*~ (outnumbered).
 22474 | D:5      | 22474 ||| Stepping ~*~*~tactically~*~*~ (outnumbered).
 22476 | D:5      | 22476 ||| Stepping ~*~*~tactically~*~*~ (outnumbered).
 22478 | D:5      | 22478 ||| Stepping ~*~*~tactically~*~*~ (outnumbered).
 22480 | D:5      | 22480 ||| Stepping ~*~*~tactically~*~*~ (outnumbered).
 22482 | D:5      | 22482 ||| Stepping ~*~*~tactically~*~*~ (outnumbered).
 22484 | D:5      | 22484 ||| Stepping ~*~*~tactically~*~*~ (outnumbered).
 22486 | D:5      | 22486 ||| Stepping ~*~*~tactically~*~*~ (outnumbered).
 22488 | D:5      | 22488 ||| Stepping ~*~*~tactically~*~*~ (outnumbered).
 22490 | D:5      | 22490 ||| Stepping ~*~*~tactically~*~*~ (outnumbered).
 22492 | D:5      | 22492 ||| Stepping ~*~*~tactically~*~*~ (outnumbered).
 22496 | D:5      | 22496 ||| Stepping ~*~*~tactically~*~*~ (outnumbered).
 22498 | D:5      | 22498 ||| Stepping ~*~*~tactically~*~*~ (outnumbered).
 22500 | D:5      | 22500 ||| Stepping ~*~*~tactically~*~*~ (outnumbered).
 22502 | D:5      | 22502 ||| Stepping ~*~*~tactically~*~*~ (outnumbered).
 22504 | D:5      | 22504 ||| Stepping ~*~*~tactically~*~*~ (outnumbered).
 22506 | D:5      | 22506 ||| Stepping ~*~*~tactically~*~*~ (outnumbered).
 22508 | D:5      | 22508 ||| Stepping ~*~*~tactically~*~*~ (outnumbered).
 22510 | D:5      | 22510 ||| Stepping ~*~*~tactically~*~*~ (outnumbered).
 22512 | D:5      | 22512 ||| Stepping ~*~*~tactically~*~*~ (outnumbered).
 22514 | D:5      | 22514 ||| Stepping ~*~*~tactically~*~*~ (outnumbered).
 22516 | D:5      | 22516 ||| Stepping ~*~*~tactically~*~*~ (outnumbered).
 22518 | D:5      | 22518 ||| Stepping ~*~*~tactically~*~*~ (outnumbered).
 22520 | D:5      | 22520 ||| Stepping ~*~*~tactically~*~*~ (outnumbered).
 22522 | D:5      | 22522 ||| Stepping ~*~*~tactically~*~*~ (outnumbered).
 22524 | D:5      | 22524 ||| Stepping ~*~*~tactically~*~*~ (outnumbered).
 22526 | D:5      | 22526 ||| Stepping ~*~*~tactically~*~*~ (outnumbered).
 22528 | D:5      | 22528 ||| Stepping ~*~*~tactically~*~*~ (outnumbered).
 22530 | D:5      | 22530 ||| Stepping ~*~*~tactically~*~*~ (outnumbered).
 22532 | D:5      | 22532 ||| Stepping ~*~*~tactically~*~*~ (outnumbered).
 22534 | D:5      | 22534 ||| Stepping ~*~*~tactically~*~*~ (outnumbered).
 22536 | D:5      | 22536 ||| Stepping ~*~*~tactically~*~*~ (outnumbered).
 22538 | D:5      | 22538 ||| Stepping ~*~*~tactically~*~*~ (outnumbered).
 22540 | D:5      | 22540 ||| Stepping ~*~*~tactically~*~*~ (outnumbered).
 22542 | D:5      | 22542 ||| Stepping ~*~*~tactically~*~*~ (outnumbered).
 22547 | D:5      | 22547 ||| Stepping ~*~*~tactically~*~*~ (outnumbered).
 22549 | D:5      | 22549 ||| Stepping ~*~*~tactically~*~*~ (outnumbered).
 22551 | D:5      | 22551 ||| Stepping ~*~*~tactically~*~*~ (outnumbered).
 22553 | D:5      | 22553 ||| Stepping ~*~*~tactically~*~*~ (outnumbered).
 22555 | D:5      | 22555 ||| Stepping ~*~*~tactically~*~*~ (outnumbered).
 22557 | D:5      | 22557 ||| Stepping ~*~*~tactically~*~*~ (outnumbered).
 22559 | D:5      | 22559 ||| Stepping ~*~*~tactically~*~*~ (outnumbered).
 22561 | D:5      | 22561 ||| Stepping ~*~*~tactically~*~*~ (outnumbered).
 22563 | D:5      | 22563 ||| Stepping ~*~*~tactically~*~*~ (outnumbered).
 22565 | D:5      | 22565 ||| Stepping ~*~*~tactically~*~*~ (outnumbered).
 22567 | D:5      | 22567 ||| Stepping ~*~*~tactically~*~*~ (outnumbered).
 22569 | D:5      | 22569 ||| Stepping ~*~*~tactically~*~*~ (outnumbered).
 22572 | D:5      | 22572 ||| Stepping ~*~*~tactically~*~*~ (outnumbered).
 22574 | D:5      | 22574 ||| Stepping ~*~*~tactically~*~*~ (outnumbered).
 22576 | D:5      | 22576 ||| Stepping ~*~*~tactically~*~*~ (outnumbered).
 22578 | D:5      | 22578 ||| Stepping ~*~*~tactically~*~*~ (outnumbered).
 22580 | D:5      | 22580 ||| Stepping ~*~*~tactically~*~*~ (outnumbered).
 22582 | D:5      | 22582 ||| Stepping ~*~*~tactically~*~*~ (outnumbered).
 22584 | D:5      | 22584 ||| Stepping ~*~*~tactically~*~*~ (outnumbered).
 22586 | D:5      | 22586 ||| Stepping ~*~*~tactically~*~*~ (outnumbered).
 22588 | D:5      | 22588 ||| Stepping ~*~*~tactically~*~*~ (outnumbered).
 22590 | D:5      | 22590 ||| Stepping ~*~*~tactically~*~*~ (outnumbered).
 22592 | D:5      | 22592 ||| Stepping ~*~*~tactically~*~*~ (outnumbered).
 22594 | D:5      | 22594 ||| Stepping ~*~*~tactically~*~*~ (outnumbered).
 22596 | D:5      | 22596 ||| Stepping ~*~*~tactically~*~*~ (outnumbered).
 22598 | D:5      | 22598 ||| Stepping ~*~*~tactically~*~*~ (outnumbered).
 22600 | D:5      | 22600 ||| Stepping ~*~*~tactically~*~*~ (outnumbered).
 22602 | D:5      | 22602 ||| Stepping ~*~*~tactically~*~*~ (outnumbered).
 22606 | D:5      | 22606 ||| Stepping ~*~*~tactically~*~*~ (outnumbered).
 22608 | D:5      | 22608 ||| Stepping ~*~*~tactically~*~*~ (outnumbered).
 22610 | D:5      | 22610 ||| Stepping ~*~*~tactically~*~*~ (outnumbered).
 22612 | D:5      | 22612 ||| Stepping ~*~*~tactically~*~*~ (outnumbered).
 22614 | D:5      | 22614 ||| Stepping ~*~*~tactically~*~*~ (outnumbered).
 22616 | D:5      | 22616 ||| Stepping ~*~*~tactically~*~*~ (outnumbered).
 22618 | D:5      | 22618 ||| Stepping ~*~*~tactically~*~*~ (outnumbered).
 22620 | D:5      | 22620 ||| Stepping ~*~*~tactically~*~*~ (outnumbered).
 22622 | D:5      | 22622 ||| Stepping ~*~*~tactically~*~*~ (outnumbered).
 22624 | D:5      | 22624 ||| Stepping ~*~*~tactically~*~*~ (outnumbered).
 22626 | D:5      | 22626 ||| Stepping ~*~*~tactically~*~*~ (outnumbered).
 22628 | D:5      | 22628 ||| Stepping ~*~*~tactically~*~*~ (outnumbered).
 22630 | D:5      | 22630 ||| Stepping ~*~*~tactically~*~*~ (outnumbered).
 22632 | D:5      | 22632 ||| Stepping ~*~*~tactically~*~*~ (outnumbered).
 22634 | D:5      | 22634 ||| Stepping ~*~*~tactically~*~*~ (outnumbered).
 22636 | D:5      | 22636 ||| Stepping ~*~*~tactically~*~*~ (outnumbered).
 22638 | D:5      | 22638 ||| Stepping ~*~*~tactically~*~*~ (outnumbered).
 22640 | D:5      | 22640 ||| Stepping ~*~*~tactically~*~*~ (outnumbered).
 22642 | D:5      | 22642 ||| Stepping ~*~*~tactically~*~*~ (outnumbered).
 22644 | D:5      | 22644 ||| Stepping ~*~*~tactically~*~*~ (outnumbered).
 22647 | D:5      | 22647 ||| Stepping ~*~*~tactically~*~*~ (outnumbered).
 22649 | D:5      | 22649 ||| Stepping ~*~*~tactically~*~*~ (outnumbered).
 22652 | D:5      | 22652 ||| Stepping ~*~*~tactically~*~*~ (outnumbered).
 22654 | D:5      | 22654 ||| Stepping ~*~*~tactically~*~*~ (outnumbered).
 22656 | D:5      | 22656 ||| Stepping ~*~*~tactically~*~*~ (outnumbered).
 22658 | D:5      | 22658 ||| Stepping ~*~*~tactically~*~*~ (outnumbered).
 22660 | D:5      | 22660 ||| Stepping ~*~*~tactically~*~*~ (outnumbered).
 22662 | D:5      | 22662 ||| Stepping ~*~*~tactically~*~*~ (outnumbered).
 22664 | D:5      | 22664 ||| Stepping ~*~*~tactically~*~*~ (outnumbered).
 22666 | D:5      | 22666 ||| Stepping ~*~*~tactically~*~*~ (outnumbered).
 22668 | D:5      | 22668 ||| Stepping ~*~*~tactically~*~*~ (outnumbered).
 22670 | D:5      | 22670 ||| Stepping ~*~*~tactically~*~*~ (outnumbered).
 22672 | D:5      | 22672 ||| Stepping ~*~*~tactically~*~*~ (outnumbered).
 22676 | D:5      | 22676 ||| Stepping ~*~*~tactically~*~*~ (outnumbered).
 22678 | D:5      | 22678 ||| Stepping ~*~*~tactically~*~*~ (outnumbered).
 22680 | D:5      | 22680 ||| Stepping ~*~*~tactically~*~*~ (outnumbered).
 22682 | D:5      | 22682 ||| Stepping ~*~*~tactically~*~*~ (outnumbered).
 22685 | D:5      | 22685 ||| Stepping ~*~*~tactically~*~*~ (outnumbered).
 22687 | D:5      | 22687 ||| Stepping ~*~*~tactically~*~*~ (outnumbered).
 22689 | D:5      | 22689 ||| Stepping ~*~*~tactically~*~*~ (outnumbered).
 22691 | D:5      | 22691 ||| Stepping ~*~*~tactically~*~*~ (outnumbered).
 22693 | D:5      | 22693 ||| Stepping ~*~*~tactically~*~*~ (outnumbered).
 22695 | D:5      | 22695 ||| Stepping ~*~*~tactically~*~*~ (outnumbered).
 22697 | D:5      | 22697 ||| Stepping ~*~*~tactically~*~*~ (outnumbered).
 22699 | D:5      | 22699 ||| Stepping ~*~*~tactically~*~*~ (outnumbered).
 22701 | D:5      | 22701 ||| Stepping ~*~*~tactically~*~*~ (outnumbered).
 22703 | D:5      | 22703 ||| Stepping ~*~*~tactically~*~*~ (outnumbered).
 22705 | D:5      | 22705 ||| Stepping ~*~*~tactically~*~*~ (outnumbered).
 22707 | D:5      | 22707 ||| Stepping ~*~*~tactically~*~*~ (outnumbered).
 22709 | D:5      | 22709 ||| Stepping ~*~*~tactically~*~*~ (outnumbered).
 22711 | D:5      | 22711 ||| Stepping ~*~*~tactically~*~*~ (outnumbered).
 22713 | D:5      | 22713 ||| Stepping ~*~*~tactically~*~*~ (outnumbered).
 22715 | D:5      | 22715 ||| Stepping ~*~*~tactically~*~*~ (outnumbered).
 22717 | D:5      | 22717 ||| Stepping ~*~*~tactically~*~*~ (outnumbered).
 22719 | D:5      | 22719 ||| Stepping ~*~*~tactically~*~*~ (outnumbered).
 22721 | D:5      | 22721 ||| Stepping ~*~*~tactically~*~*~ (outnumbered).
 22723 | D:5      | 22723 ||| Stepping ~*~*~tactically~*~*~ (outnumbered).
 22725 | D:5      | 22725 ||| Stepping ~*~*~tactically~*~*~ (outnumbered).
 22727 | D:5      | 22727 ||| Stepping ~*~*~tactically~*~*~ (outnumbered).
 22729 | D:5      | 22729 ||| Stepping ~*~*~tactically~*~*~ (outnumbered).
 22731 | D:5      | 22731 ||| Stepping ~*~*~tactically~*~*~ (outnumbered).
 22733 | D:5      | 22733 ||| Stepping ~*~*~tactically~*~*~ (outnumbered).
 22735 | D:5      | 22735 ||| Stepping ~*~*~tactically~*~*~ (outnumbered).
 22737 | D:5      | 22737 ||| Stepping ~*~*~tactically~*~*~ (outnumbered).
 22739 | D:5      | 22739 ||| Stepping ~*~*~tactically~*~*~ (outnumbered).
 22741 | D:5      | 22741 ||| Stepping ~*~*~tactically~*~*~ (outnumbered).
 22743 | D:5      | 22743 ||| Stepping ~*~*~tactically~*~*~ (outnumbered).
 22745 | D:5      | 22745 ||| Stepping ~*~*~tactically~*~*~ (outnumbered).
 22747 | D:5      | 22747 ||| Stepping ~*~*~tactically~*~*~ (outnumbered).
 22749 | D:5      | 22749 ||| Stepping ~*~*~tactically~*~*~ (outnumbered).
 22752 | D:5      | 22752 ||| Stepping ~*~*~tactically~*~*~ (outnumbered).
 22754 | D:5      | 22754 ||| Stepping ~*~*~tactically~*~*~ (outnumbered).
 22756 | D:5      | 22756 ||| Stepping ~*~*~tactically~*~*~ (outnumbered).
 22758 | D:5      | 22758 ||| Stepping ~*~*~tactically~*~*~ (outnumbered).
 22760 | D:5      | 22760 ||| Stepping ~*~*~tactically~*~*~ (outnumbered).
 22762 | D:5      | 22762 ||| Stepping ~*~*~tactically~*~*~ (outnumbered).
 22767 | D:5      | 22767 ||| Stepping ~*~*~tactically~*~*~ (outnumbered).
 22769 | D:5      | 22769 ||| Stepping ~*~*~tactically~*~*~ (outnumbered).
 22771 | D:5      | 22771 ||| Stepping ~*~*~tactically~*~*~ (outnumbered).
 22773 | D:5      | 22773 ||| Stepping ~*~*~tactically~*~*~ (outnumbered).
 22775 | D:5      | 22775 ||| Stepping ~*~*~tactically~*~*~ (outnumbered).
 22777 | D:5      | 22777 ||| Stepping ~*~*~tactically~*~*~ (outnumbered).
 22779 | D:5      | 22779 ||| Stepping ~*~*~tactically~*~*~ (outnumbered).
 22781 | D:5      | 22781 ||| Stepping ~*~*~tactically~*~*~ (outnumbered).
 22783 | D:5      | 22783 ||| Stepping ~*~*~tactically~*~*~ (outnumbered).
 22785 | D:5      | 22785 ||| Stepping ~*~*~tactically~*~*~ (outnumbered).
 22787 | D:5      | 22787 ||| Stepping ~*~*~tactically~*~*~ (outnumbered).
 22789 | D:5      | 22789 ||| Stepping ~*~*~tactically~*~*~ (outnumbered).
 22791 | D:5      | 22791 ||| Stepping ~*~*~tactically~*~*~ (outnumbered).
 22793 | D:5      | 22793 ||| Stepping ~*~*~tactically~*~*~ (outnumbered).
 22795 | D:5      | 22795 ||| Stepping ~*~*~tactically~*~*~ (outnumbered).
 22797 | D:5      | 22797 ||| Stepping ~*~*~tactically~*~*~ (outnumbered).
 22799 | D:5      | 22799 ||| Stepping ~*~*~tactically~*~*~ (outnumbered).
 22801 | D:5      | 22801 ||| Stepping ~*~*~tactically~*~*~ (outnumbered).
 22803 | D:5      | 22803 ||| Stepping ~*~*~tactically~*~*~ (outnumbered).
 22805 | D:5      | 22805 ||| Stepping ~*~*~tactically~*~*~ (outnumbered).
 22807 | D:5      | 22807 ||| Stepping ~*~*~tactically~*~*~ (outnumbered).
 22809 | D:5      | 22809 ||| Stepping ~*~*~tactically~*~*~ (outnumbered).
 22811 | D:5      | 22811 ||| Stepping ~*~*~tactically~*~*~ (outnumbered).
 22813 | D:5      | 22813 ||| Stepping ~*~*~tactically~*~*~ (outnumbered).
 22816 | D:5      | 22816 ||| Stepping ~*~*~tactically~*~*~ (outnumbered).
 22818 | D:5      | 22818 ||| Stepping ~*~*~tactically~*~*~ (outnumbered).
 22820 | D:5      | 22820 ||| Stepping ~*~*~tactically~*~*~ (outnumbered).
 22822 | D:5      | 22822 ||| Stepping ~*~*~tactically~*~*~ (outnumbered).
 22824 | D:5      | 22824 ||| Stepping ~*~*~tactically~*~*~ (outnumbered).
 22826 | D:5      | 22826 ||| Stepping ~*~*~tactically~*~*~ (outnumbered).
 22828 | D:5      | 22828 ||| Stepping ~*~*~tactically~*~*~ (outnumbered).
 22830 | D:5      | 22830 ||| Stepping ~*~*~tactically~*~*~ (outnumbered).
 22832 | D:5      | 22832 ||| Stepping ~*~*~tactically~*~*~ (outnumbered).
 22834 | D:5      | 22834 ||| Stepping ~*~*~tactically~*~*~ (outnumbered).
 22836 | D:5      | 22836 ||| Stepping ~*~*~tactically~*~*~ (outnumbered).
 22838 | D:5      | 22838 ||| Stepping ~*~*~tactically~*~*~ (outnumbered).
 22840 | D:5      | 22840 ||| Stepping ~*~*~tactically~*~*~ (outnumbered).
 22842 | D:5      | 22842 ||| Stepping ~*~*~tactically~*~*~ (outnumbered).
 22844 | D:5      | 22844 ||| Stepping ~*~*~tactically~*~*~ (outnumbered).
 22849 | D:5      | 22849 ||| Stepping ~*~*~tactically~*~*~ (outnumbered).
 22851 | D:5      | 22851 ||| Stepping ~*~*~tactically~*~*~ (outnumbered).
 22853 | D:5      | 22853 ||| Stepping ~*~*~tactically~*~*~ (outnumbered).
 22855 | D:5      | 22855 ||| Stepping ~*~*~tactically~*~*~ (outnumbered).
 22858 | D:5      | 22858 ||| Stepping ~*~*~tactically~*~*~ (outnumbered).
 22860 | D:5      | 22860 ||| Stepping ~*~*~tactically~*~*~ (outnumbered).
 22862 | D:5      | 22862 ||| Stepping ~*~*~tactically~*~*~ (outnumbered).
 22864 | D:5      | 22864 ||| Stepping ~*~*~tactically~*~*~ (outnumbered).
 22866 | D:5      | 22866 ||| Stepping ~*~*~tactically~*~*~ (outnumbered).
 22868 | D:5      | 22868 ||| Stepping ~*~*~tactically~*~*~ (outnumbered).
 22870 | D:5      | 22870 ||| Stepping ~*~*~tactically~*~*~ (outnumbered).
 22872 | D:5      | 22872 ||| Stepping ~*~*~tactically~*~*~ (outnumbered).
 22874 | D:5      | 22874 ||| Stepping ~*~*~tactically~*~*~ (outnumbered).
 22878 | D:5      | 22878 ||| Stepping ~*~*~tactically~*~*~ (outnumbered).
 22880 | D:5      | 22880 ||| Stepping ~*~*~tactically~*~*~ (outnumbered).
 22882 | D:5      | 22882 ||| Stepping ~*~*~tactically~*~*~ (outnumbered).
 22884 | D:5      | 22884 ||| Stepping ~*~*~tactically~*~*~ (outnumbered).
 22886 | D:5      | 22886 ||| Stepping ~*~*~tactically~*~*~ (outnumbered).
 22888 | D:5      | 22888 ||| Stepping ~*~*~tactically~*~*~ (outnumbered).
 22890 | D:5      | 22890 ||| Stepping ~*~*~tactically~*~*~ (outnumbered).
 22892 | D:5      | 22892 ||| Stepping ~*~*~tactically~*~*~ (outnumbered).
 22894 | D:5      | 22894 ||| Stepping ~*~*~tactically~*~*~ (outnumbered).
 22896 | D:5      | 22896 ||| Stepping ~*~*~tactically~*~*~ (outnumbered).
 22898 | D:5      | 22898 ||| Stepping ~*~*~tactically~*~*~ (outnumbered).
 22900 | D:5      | 22900 ||| Stepping ~*~*~tactically~*~*~ (outnumbered).
 22902 | D:5      | 22902 ||| Stepping ~*~*~tactically~*~*~ (outnumbered).
 22905 | D:5      | 22905 ||| Stepping ~*~*~tactically~*~*~ (outnumbered).
 22907 | D:5      | 22907 ||| Stepping ~*~*~tactically~*~*~ (outnumbered).
 22909 | D:5      | 22909 ||| Stepping ~*~*~tactically~*~*~ (outnumbered).
 22911 | D:5      | 22911 ||| Stepping ~*~*~tactically~*~*~ (outnumbered).
 22913 | D:5      | 22913 ||| Stepping ~*~*~tactically~*~*~ (outnumbered).
 22915 | D:5      | 22915 ||| Stepping ~*~*~tactically~*~*~ (outnumbered).
 22917 | D:5      | 22917 ||| Stepping ~*~*~tactically~*~*~ (outnumbered).
 22919 | D:5      | 22919 ||| Stepping ~*~*~tactically~*~*~ (outnumbered).
 22921 | D:5      | 22921 ||| Stepping ~*~*~tactically~*~*~ (outnumbered).
 22923 | D:5      | 22923 ||| Stepping ~*~*~tactically~*~*~ (outnumbered).
 22925 | D:5      | 22925 ||| Stepping ~*~*~tactically~*~*~ (outnumbered).
 22927 | D:5      | 22927 ||| Stepping ~*~*~tactically~*~*~ (outnumbered).
 22931 | D:5      | 22931 ||| Stepping ~*~*~tactically~*~*~ (outnumbered).
 22933 | D:5      | 22933 ||| Stepping ~*~*~tactically~*~*~ (outnumbered).
 22935 | D:5      | 22935 ||| Stepping ~*~*~tactically~*~*~ (outnumbered).
 22937 | D:5      | 22937 ||| Stepping ~*~*~tactically~*~*~ (outnumbered).
 22939 | D:5      | 22939 ||| Stepping ~*~*~tactically~*~*~ (outnumbered).
 22941 | D:5      | 22941 ||| Stepping ~*~*~tactically~*~*~ (outnumbered).
 22943 | D:5      | 22943 ||| Stepping ~*~*~tactically~*~*~ (outnumbered).
 22945 | D:5      | 22945 ||| Stepping ~*~*~tactically~*~*~ (outnumbered).
 22947 | D:5      | 22947 ||| Stepping ~*~*~tactically~*~*~ (outnumbered).
 22949 | D:5      | 22949 ||| Stepping ~*~*~tactically~*~*~ (outnumbered).
 22951 | D:5      | 22951 ||| Stepping ~*~*~tactically~*~*~ (outnumbered).
 22953 | D:5      | 22953 ||| Stepping ~*~*~tactically~*~*~ (outnumbered).
 22955 | D:5      | 22955 ||| Stepping ~*~*~tactically~*~*~ (outnumbered).
 22957 | D:5      | 22957 ||| Stepping ~*~*~tactically~*~*~ (outnumbered).
 22959 | D:5      | 22959 ||| Stepping ~*~*~tactically~*~*~ (outnumbered).
 22961 | D:5      | 22961 ||| Stepping ~*~*~tactically~*~*~ (outnumbered).
 22966 | D:5      | 22966 ||| Stepping ~*~*~tactically~*~*~ (outnumbered).
 22968 | D:5      | 22968 ||| Stepping ~*~*~tactically~*~*~ (outnumbered).
 22970 | D:5      | 22970 ||| Stepping ~*~*~tactically~*~*~ (outnumbered).
 22972 | D:5      | 22972 ||| Stepping ~*~*~tactically~*~*~ (outnumbered).
 22974 | D:5      | 22974 ||| Stepping ~*~*~tactically~*~*~ (outnumbered).
 22976 | D:5      | 22976 ||| Stepping ~*~*~tactically~*~*~ (outnumbered).
 22978 | D:5      | 22978 ||| Stepping ~*~*~tactically~*~*~ (outnumbered).
 22980 | D:5      | 22980 ||| Stepping ~*~*~tactically~*~*~ (outnumbered).
 22982 | D:5      | 22982 ||| Stepping ~*~*~tactically~*~*~ (outnumbered).
 22984 | D:5      | 22984 ||| Stepping ~*~*~tactically~*~*~ (outnumbered).
 22986 | D:5      | 22986 ||| Stepping ~*~*~tactically~*~*~ (outnumbered).
 22988 | D:5      | 22988 ||| Stepping ~*~*~tactically~*~*~ (outnumbered).
 22990 | D:5      | 22990 ||| Stepping ~*~*~tactically~*~*~ (outnumbered).
 22992 | D:5      | 22992 ||| Stepping ~*~*~tactically~*~*~ (outnumbered).
 22994 | D:5      | 22994 ||| Stepping ~*~*~tactically~*~*~ (outnumbered).
 22996 | D:5      | 22996 ||| Stepping ~*~*~tactically~*~*~ (outnumbered).
 22998 | D:5      | 22998 ||| Stepping ~*~*~tactically~*~*~ (outnumbered).
 23000 | D:5      | 23000 ||| Stepping ~*~*~tactically~*~*~ (outnumbered).
 23002 | D:5      | 23002 ||| Stepping ~*~*~tactically~*~*~ (outnumbered).
 23004 | D:5      | 23004 ||| Stepping ~*~*~tactically~*~*~ (outnumbered).
 23006 | D:5      | 23006 ||| Stepping ~*~*~tactically~*~*~ (outnumbered).
 23008 | D:5      | 23008 ||| Stepping ~*~*~tactically~*~*~ (outnumbered).
 23010 | D:5      | 23010 ||| Stepping ~*~*~tactically~*~*~ (outnumbered).
 23012 | D:5      | 23012 ||| Stepping ~*~*~tactically~*~*~ (outnumbered).
 23014 | D:5      | 23014 ||| Stepping ~*~*~tactically~*~*~ (outnumbered).
 23016 | D:5      | 23016 ||| Stepping ~*~*~tactically~*~*~ (outnumbered).
 23018 | D:5      | 23018 ||| Stepping ~*~*~tactically~*~*~ (outnumbered).
 23020 | D:5      | 23020 ||| Stepping ~*~*~tactically~*~*~ (outnumbered).
 23024 | D:5      | 23024 ||| Stepping ~*~*~tactically~*~*~ (outnumbered).
 23026 | D:5      | 23026 ||| Stepping ~*~*~tactically~*~*~ (outnumbered).
 23028 | D:5      | 23028 ||| Stepping ~*~*~tactically~*~*~ (outnumbered).
 23030 | D:5      | 23030 ||| Stepping ~*~*~tactically~*~*~ (outnumbered).
 23032 | D:5      | 23032 ||| Stepping ~*~*~tactically~*~*~ (outnumbered).
 23034 | D:5      | 23034 ||| Stepping ~*~*~tactically~*~*~ (outnumbered).
 23037 | D:5      | 23037 ||| Stepping ~*~*~tactically~*~*~ (outnumbered).
 23039 | D:5      | 23039 ||| Stepping ~*~*~tactically~*~*~ (outnumbered).
 23041 | D:5      | 23041 ||| Stepping ~*~*~tactically~*~*~ (outnumbered).
 23043 | D:5      | 23043 ||| Stepping ~*~*~tactically~*~*~ (outnumbered).
 23047 | D:5      | 23047 ||| Stepping ~*~*~tactically~*~*~ (outnumbered).
 23049 | D:5      | 23049 ||| Stepping ~*~*~tactically~*~*~ (outnumbered).
 23051 | D:5      | 23051 ||| Stepping ~*~*~tactically~*~*~ (outnumbered).
 23053 | D:5      | 23053 ||| Stepping ~*~*~tactically~*~*~ (outnumbered).
 23055 | D:5      | 23055 ||| Stepping ~*~*~tactically~*~*~ (outnumbered).
 23057 | D:5      | 23057 ||| Stepping ~*~*~tactically~*~*~ (outnumbered).
 23059 | D:5      | 23059 ||| Stepping ~*~*~tactically~*~*~ (outnumbered).
 23061 | D:5      | 23061 ||| Stepping ~*~*~tactically~*~*~ (outnumbered).
 23063 | D:5      | 23063 ||| Stepping ~*~*~tactically~*~*~ (outnumbered).
 23065 | D:5      | 23065 ||| Stepping ~*~*~tactically~*~*~ (outnumbered).
 23067 | D:5      | 23067 ||| Stepping ~*~*~tactically~*~*~ (outnumbered).
 23069 | D:5      | 23069 ||| Stepping ~*~*~tactically~*~*~ (outnumbered).
 23071 | D:5      | 23071 ||| Stepping ~*~*~tactically~*~*~ (outnumbered).
 23073 | D:5      | 23073 ||| Stepping ~*~*~tactically~*~*~ (outnumbered).
 23075 | D:5      | 23075 ||| Stepping ~*~*~tactically~*~*~ (outnumbered).
 23078 | D:5      | 23078 ||| Stepping ~*~*~tactically~*~*~ (outnumbered).
 23080 | D:5      | 23080 ||| Stepping ~*~*~tactically~*~*~ (outnumbered).
 23082 | D:5      | 23082 ||| Stepping ~*~*~tactically~*~*~ (outnumbered).
 23084 | D:5      | 23084 ||| Stepping ~*~*~tactically~*~*~ (outnumbered).
 23086 | D:5      | 23086 ||| Stepping ~*~*~tactically~*~*~ (outnumbered).
 23088 | D:5      | 23088 ||| Stepping ~*~*~tactically~*~*~ (outnumbered).
 23090 | D:5      | 23090 ||| Stepping ~*~*~tactically~*~*~ (outnumbered).
 23092 | D:5      | 23092 ||| Stepping ~*~*~tactically~*~*~ (outnumbered).
 23094 | D:5      | 23094 ||| Stepping ~*~*~tactically~*~*~ (outnumbered).
 23097 | D:5      | 23097 ||| Stepping ~*~*~tactically~*~*~ (outnumbered).
 23099 | D:5      | 23099 ||| Stepping ~*~*~tactically~*~*~ (outnumbered).
 23101 | D:5      | 23101 ||| Stepping ~*~*~tactically~*~*~ (outnumbered).
 23103 | D:5      | 23103 ||| Stepping ~*~*~tactically~*~*~ (outnumbered).
 23105 | D:5      | 23105 ||| Stepping ~*~*~tactically~*~*~ (outnumbered).
 23107 | D:5      | 23107 ||| Stepping ~*~*~tactically~*~*~ (outnumbered).
 23109 | D:5      | 23109 ||| Stepping ~*~*~tactically~*~*~ (outnumbered).
 23111 | D:5      | 23111 ||| Stepping ~*~*~tactically~*~*~ (outnumbered).
 23113 | D:5      | 23113 ||| Stepping ~*~*~tactically~*~*~ (outnumbered).
 23115 | D:5      | 23115 ||| Stepping ~*~*~tactically~*~*~ (outnumbered).
 23117 | D:5      | 23117 ||| Stepping ~*~*~tactically~*~*~ (outnumbered).
 23119 | D:5      | 23119 ||| Stepping ~*~*~tactically~*~*~ (outnumbered).
 23121 | D:5      | 23121 ||| Stepping ~*~*~tactically~*~*~ (outnumbered).
 23123 | D:5      | 23123 ||| Stepping ~*~*~tactically~*~*~ (outnumbered).
 23125 | D:5      | 23125 ||| Stepping ~*~*~tactically~*~*~ (outnumbered).
 23127 | D:5      | 23127 ||| Stepping ~*~*~tactically~*~*~ (outnumbered).
 23129 | D:5      | 23129 ||| Stepping ~*~*~tactically~*~*~ (outnumbered).
 23131 | D:5      | 23131 ||| Stepping ~*~*~tactically~*~*~ (outnumbered).
 23133 | D:5      | 23133 ||| Stepping ~*~*~tactically~*~*~ (outnumbered).
 23135 | D:5      | 23135 ||| Stepping ~*~*~tactically~*~*~ (outnumbered).
 23137 | D:5      | 23137 ||| Stepping ~*~*~tactically~*~*~ (outnumbered).
 23139 | D:5      | 23139 ||| Stepping ~*~*~tactically~*~*~ (outnumbered).
 23141 | D:5      | 23141 ||| Stepping ~*~*~tactically~*~*~ (outnumbered).
 23143 | D:5      | 23143 ||| Stepping ~*~*~tactically~*~*~ (outnumbered).
 23145 | D:5      | 23145 ||| Stepping ~*~*~tactically~*~*~ (outnumbered).
 23147 | D:5      | 23147 ||| Stepping ~*~*~tactically~*~*~ (outnumbered).
 23149 | D:5      | 23149 ||| Stepping ~*~*~tactically~*~*~ (outnumbered).
 23151 | D:5      | 23151 ||| Stepping ~*~*~tactically~*~*~ (outnumbered).
 23153 | D:5      | 23153 ||| Stepping ~*~*~tactically~*~*~ (outnumbered).
 23155 | D:5      | 23155 ||| Stepping ~*~*~tactically~*~*~ (outnumbered).
 23157 | D:5      | 23157 ||| Stepping ~*~*~tactically~*~*~ (outnumbered).
 23159 | D:5      | 23159 ||| Stepping ~*~*~tactically~*~*~ (outnumbered).
 23161 | D:5      | 23161 ||| Stepping ~*~*~tactically~*~*~ (outnumbered).
 23163 | D:5      | 23163 ||| Stepping ~*~*~tactically~*~*~ (outnumbered).
 23165 | D:5      | 23165 ||| Stepping ~*~*~tactically~*~*~ (outnumbered).
 23167 | D:5      | 23167 ||| Stepping ~*~*~tactically~*~*~ (outnumbered).
 23170 | D:5      | 23170 ||| Stepping ~*~*~tactically~*~*~ (outnumbered).
 23172 | D:5      | 23172 ||| Stepping ~*~*~tactically~*~*~ (outnumbered).
 23174 | D:5      | 23174 ||| Stepping ~*~*~tactically~*~*~ (outnumbered).
 23176 | D:5      | 23176 ||| Stepping ~*~*~tactically~*~*~ (outnumbered).
 23178 | D:5      | 23178 ||| Stepping ~*~*~tactically~*~*~ (outnumbered).
 23180 | D:5      | 23180 ||| Stepping ~*~*~tactically~*~*~ (outnumbered).
 23182 | D:5      | 23182 ||| Stepping ~*~*~tactically~*~*~ (outnumbered).
 23186 | D:5      | 23186 ||| Stepping ~*~*~tactically~*~*~ (outnumbered).
 23188 | D:5      | 23188 ||| Stepping ~*~*~tactically~*~*~ (outnumbered).
 23190 | D:5      | 23190 ||| Stepping ~*~*~tactically~*~*~ (outnumbered).
 23192 | D:5      | 23192 ||| Stepping ~*~*~tactically~*~*~ (outnumbered).
 23194 | D:5      | 23194 ||| Stepping ~*~*~tactically~*~*~ (outnumbered).
 23196 | D:5      | 23196 ||| Stepping ~*~*~tactically~*~*~ (outnumbered).
 23198 | D:5      | 23198 ||| Stepping ~*~*~tactically~*~*~ (outnumbered).
 23200 | D:5      | 23200 ||| Stepping ~*~*~tactically~*~*~ (outnumbered).
 23202 | D:5      | 23202 ||| Stepping ~*~*~tactically~*~*~ (outnumbered).
 23204 | D:5      | 23204 ||| Stepping ~*~*~tactically~*~*~ (outnumbered).
 23207 | D:5      | 23207 ||| Stepping ~*~*~tactically~*~*~ (outnumbered).
 23210 | D:5      | 23210 ||| Stepping ~*~*~tactically~*~*~ (outnumbered).
 23212 | D:5      | 23212 ||| Stepping ~*~*~tactically~*~*~ (outnumbered).
 23214 | D:5      | 23214 ||| Stepping ~*~*~tactically~*~*~ (outnumbered).
 23216 | D:5      | 23216 ||| Stepping ~*~*~tactically~*~*~ (outnumbered).
 23220 | D:5      | 23220 ||| Stepping ~*~*~tactically~*~*~ (outnumbered).
 23222 | D:5      | 23222 ||| Stepping ~*~*~tactically~*~*~ (outnumbered).
 23224 | D:5      | 23224 ||| Stepping ~*~*~tactically~*~*~ (outnumbered).
 23226 | D:5      | 23226 ||| Stepping ~*~*~tactically~*~*~ (outnumbered).
 23229 | D:5      | 23229 ||| Stepping ~*~*~tactically~*~*~ (outnumbered).
 23231 | D:5      | 23231 ||| Stepping ~*~*~tactically~*~*~ (outnumbered).
 23233 | D:5      | 23233 ||| Stepping ~*~*~tactically~*~*~ (outnumbered).
 23235 | D:5      | 23235 ||| Stepping ~*~*~tactically~*~*~ (outnumbered).
 23237 | D:5      | 23237 ||| Stepping ~*~*~tactically~*~*~ (outnumbered).
 23239 | D:5      | 23239 ||| Stepping ~*~*~tactically~*~*~ (outnumbered).
 23241 | D:5      | 23241 ||| Stepping ~*~*~tactically~*~*~ (outnumbered).
 23243 | D:5      | 23243 ||| Stepping ~*~*~tactically~*~*~ (outnumbered).
 23245 | D:5      | 23245 ||| Stepping ~*~*~tactically~*~*~ (outnumbered).
 23247 | D:5      | 23247 ||| Stepping ~*~*~tactically~*~*~ (outnumbered).
 23249 | D:5      | 23249 ||| Stepping ~*~*~tactically~*~*~ (outnumbered).
 23252 | D:5      | 23252 ||| Stepping ~*~*~tactically~*~*~ (outnumbered).
 23254 | D:5      | 23254 ||| Stepping ~*~*~tactically~*~*~ (outnumbered).
 23256 | D:5      | 23256 ||| Stepping ~*~*~tactically~*~*~ (outnumbered).
 23258 | D:5      | 23258 ||| Stepping ~*~*~tactically~*~*~ (outnumbered).
 23260 | D:5      | 23260 ||| Stepping ~*~*~tactically~*~*~ (outnumbered).
 23262 | D:5      | 23262 ||| Stepping ~*~*~tactically~*~*~ (outnumbered).
 23264 | D:5      | 23264 ||| Stepping ~*~*~tactically~*~*~ (outnumbered).
 23266 | D:5      | 23266 ||| Stepping ~*~*~tactically~*~*~ (outnumbered).
 23268 | D:5      | 23268 ||| Stepping ~*~*~tactically~*~*~ (outnumbered).
 23270 | D:5      | 23270 ||| Stepping ~*~*~tactically~*~*~ (outnumbered).
 23272 | D:5      | 23272 ||| Stepping ~*~*~tactically~*~*~ (outnumbered).
 23274 | D:5      | 23274 ||| Stepping ~*~*~tactically~*~*~ (outnumbered).
 23276 | D:5      | 23276 ||| Stepping ~*~*~tactically~*~*~ (outnumbered).
 23278 | D:5      | 23278 ||| Stepping ~*~*~tactically~*~*~ (outnumbered).
 23280 | D:5      | 23280 ||| Stepping ~*~*~tactically~*~*~ (outnumbered).
 23282 | D:5      | 23282 ||| Stepping ~*~*~tactically~*~*~ (outnumbered).
 23284 | D:5      | 23284 ||| Stepping ~*~*~tactically~*~*~ (outnumbered).
 23289 | D:5      | 23289 ||| Stepping ~*~*~tactically~*~*~ (outnumbered).
 23291 | D:5      | 23291 ||| Stepping ~*~*~tactically~*~*~ (outnumbered).
 23294 | D:5      | 23294 ||| Stepping ~*~*~tactically~*~*~ (outnumbered).
 23296 | D:5      | 23296 ||| Stepping ~*~*~tactically~*~*~ (outnumbered).
 23299 | D:5      | 23299 ||| Stepping ~*~*~tactically~*~*~ (outnumbered).
 23301 | D:5      | 23301 ||| Stepping ~*~*~tactically~*~*~ (outnumbered).
 23303 | D:5      | 23303 ||| Stepping ~*~*~tactically~*~*~ (outnumbered).
 23305 | D:5      | 23305 ||| Stepping ~*~*~tactically~*~*~ (outnumbered).
 23307 | D:5      | 23307 ||| Stepping ~*~*~tactically~*~*~ (outnumbered).
 23312 | D:5      | 23312 ||| Stepping ~*~*~tactically~*~*~ (outnumbered).
 23314 | D:5      | 23314 ||| Stepping ~*~*~tactically~*~*~ (outnumbered).
 23316 | D:5      | 23316 ||| Stepping ~*~*~tactically~*~*~ (outnumbered).
 23318 | D:5      | 23318 ||| Stepping ~*~*~tactically~*~*~ (outnumbered).
 23320 | D:5      | 23320 ||| Stepping ~*~*~tactically~*~*~ (outnumbered).
 23322 | D:5      | 23322 ||| Stepping ~*~*~tactically~*~*~ (outnumbered).
 23324 | D:5      | 23324 ||| Stepping ~*~*~tactically~*~*~ (outnumbered).
 23326 | D:5      | 23326 ||| Stepping ~*~*~tactically~*~*~ (outnumbered).
 23328 | D:5      | 23328 ||| Stepping ~*~*~tactically~*~*~ (outnumbered).
 23330 | D:5      | 23330 ||| Stepping ~*~*~tactically~*~*~ (outnumbered).
 23332 | D:5      | 23332 ||| Stepping ~*~*~tactically~*~*~ (outnumbered).
 23334 | D:5      | 23334 ||| Stepping ~*~*~tactically~*~*~ (outnumbered).
 23336 | D:5      | 23336 ||| Stepping ~*~*~tactically~*~*~ (outnumbered).
 23338 | D:5      | 23338 ||| Stepping ~*~*~tactically~*~*~ (outnumbered).
 23340 | D:5      | 23340 ||| Stepping ~*~*~tactically~*~*~ (outnumbered).
 23342 | D:5      | 23342 ||| Stepping ~*~*~tactically~*~*~ (outnumbered).
 23344 | D:5      | 23344 ||| Stepping ~*~*~tactically~*~*~ (outnumbered).
 23346 | D:5      | 23346 ||| Stepping ~*~*~tactically~*~*~ (outnumbered).
 23348 | D:5      | 23348 ||| Stepping ~*~*~tactically~*~*~ (outnumbered).
 23350 | D:5      | 23350 ||| Stepping ~*~*~tactically~*~*~ (outnumbered).
 23352 | D:5      | 23352 ||| Stepping ~*~*~tactically~*~*~ (outnumbered).
 23354 | D:5      | 23354 ||| Stepping ~*~*~tactically~*~*~ (outnumbered).
 23356 | D:5      | 23356 ||| Stepping ~*~*~tactically~*~*~ (outnumbered).
 23358 | D:5      | 23358 ||| Stepping ~*~*~tactically~*~*~ (outnumbered).
 23360 | D:5      | 23360 ||| Stepping ~*~*~tactically~*~*~ (outnumbered).
 23362 | D:5      | 23362 ||| Stepping ~*~*~tactically~*~*~ (outnumbered).
 23365 | D:5      | 23365 ||| Stepping ~*~*~tactically~*~*~ (outnumbered).
 23367 | D:5      | 23367 ||| Stepping ~*~*~tactically~*~*~ (outnumbered).
 23372 | D:5      | 23372 ||| Stepping ~*~*~tactically~*~*~ (outnumbered).
 23374 | D:5      | 23374 ||| Stepping ~*~*~tactically~*~*~ (outnumbered).
 23376 | D:5      | 23376 ||| Stepping ~*~*~tactically~*~*~ (outnumbered).
 23378 | D:5      | 23378 ||| Stepping ~*~*~tactically~*~*~ (outnumbered).
 23380 | D:5      | 23380 ||| Stepping ~*~*~tactically~*~*~ (outnumbered).
 23382 | D:5      | 23382 ||| Stepping ~*~*~tactically~*~*~ (outnumbered).
 23385 | D:5      | 23385 ||| Stepping ~*~*~tactically~*~*~ (outnumbered).
 23387 | D:5      | 23387 ||| Stepping ~*~*~tactically~*~*~ (outnumbered).
 23389 | D:5      | 23389 ||| Stepping ~*~*~tactically~*~*~ (outnumbered).
 23391 | D:5      | 23391 ||| Stepping ~*~*~tactically~*~*~ (outnumbered).
 23393 | D:5      | 23393 ||| Stepping ~*~*~tactically~*~*~ (outnumbered).
 23395 | D:5      | 23395 ||| Stepping ~*~*~tactically~*~*~ (outnumbered).
 23397 | D:5      | 23397 ||| Stepping ~*~*~tactically~*~*~ (outnumbered).
 23399 | D:5      | 23399 ||| Stepping ~*~*~tactically~*~*~ (outnumbered).
 23401 | D:5      | 23401 ||| Stepping ~*~*~tactically~*~*~ (outnumbered).
 23403 | D:5      | 23403 ||| Stepping ~*~*~tactically~*~*~ (outnumbered).
 23405 | D:5      | 23405 ||| Stepping ~*~*~tactically~*~*~ (outnumbered).
 23407 | D:5      | 23407 ||| Stepping ~*~*~tactically~*~*~ (outnumbered).
 23409 | D:5      | 23409 ||| Stepping ~*~*~tactically~*~*~ (outnumbered).
 23411 | D:5      | 23411 ||| Stepping ~*~*~tactically~*~*~ (outnumbered).
 23413 | D:5      | 23413 ||| Stepping ~*~*~tactically~*~*~ (outnumbered).
 23415 | D:5      | 23415 ||| Stepping ~*~*~tactically~*~*~ (outnumbered).
 23417 | D:5      | 23417 ||| Stepping ~*~*~tactically~*~*~ (outnumbered).
 23419 | D:5      | 23419 ||| Stepping ~*~*~tactically~*~*~ (outnumbered).
 23421 | D:5      | 23421 ||| Stepping ~*~*~tactically~*~*~ (outnumbered).
 23423 | D:5      | 23423 ||| Stepping ~*~*~tactically~*~*~ (outnumbered).
 23425 | D:5      | 23425 ||| Stepping ~*~*~tactically~*~*~ (outnumbered).
 23427 | D:5      | 23427 ||| Stepping ~*~*~tactically~*~*~ (outnumbered).
 23429 | D:5      | 23429 ||| Stepping ~*~*~tactically~*~*~ (outnumbered).
 23431 | D:5      | 23431 ||| Stepping ~*~*~tactically~*~*~ (outnumbered).
 23433 | D:5      | 23433 ||| Stepping ~*~*~tactically~*~*~ (outnumbered).
 23435 | D:5      | 23435 ||| Stepping ~*~*~tactically~*~*~ (outnumbered).
 23437 | D:5      | 23437 ||| Stepping ~*~*~tactically~*~*~ (outnumbered).
 23439 | D:5      | 23439 ||| Stepping ~*~*~tactically~*~*~ (outnumbered).
 23441 | D:5      | 23441 ||| Stepping ~*~*~tactically~*~*~ (outnumbered).
 23443 | D:5      | 23443 ||| Stepping ~*~*~tactically~*~*~ (outnumbered).
 23445 | D:5      | 23445 ||| Stepping ~*~*~tactically~*~*~ (outnumbered).
 23447 | D:5      | 23447 ||| Stepping ~*~*~tactically~*~*~ (outnumbered).
 23449 | D:5      | 23449 ||| Stepping ~*~*~tactically~*~*~ (outnumbered).
 23451 | D:5      | 23451 ||| Stepping ~*~*~tactically~*~*~ (outnumbered).
 23453 | D:5      | 23453 ||| Stepping ~*~*~tactically~*~*~ (outnumbered).
 23455 | D:5      | 23455 ||| Stepping ~*~*~tactically~*~*~ (outnumbered).
 23457 | D:5      | 23457 ||| Stepping ~*~*~tactically~*~*~ (outnumbered).
 23459 | D:5      | 23459 ||| Stepping ~*~*~tactically~*~*~ (outnumbered).
 23461 | D:5      | 23461 ||| Stepping ~*~*~tactically~*~*~ (outnumbered).
 23463 | D:5      | 23463 ||| Stepping ~*~*~tactically~*~*~ (outnumbered).
 23465 | D:5      | 23465 ||| Stepping ~*~*~tactically~*~*~ (outnumbered).
 23467 | D:5      | 23467 ||| Stepping ~*~*~tactically~*~*~ (outnumbered).
 23469 | D:5      | 23469 ||| Stepping ~*~*~tactically~*~*~ (outnumbered).
 23471 | D:5      | 23471 ||| Stepping ~*~*~tactically~*~*~ (outnumbered).
 23473 | D:5      | 23473 ||| Stepping ~*~*~tactically~*~*~ (outnumbered).
 23475 | D:5      | 23475 ||| Stepping ~*~*~tactically~*~*~ (outnumbered).
 23477 | D:5      | 23477 ||| Stepping ~*~*~tactically~*~*~ (outnumbered).
 23479 | D:5      | 23479 ||| Stepping ~*~*~tactically~*~*~ (outnumbered).
 23481 | D:5      | 23481 ||| Stepping ~*~*~tactically~*~*~ (outnumbered).
 23483 | D:5      | 23483 ||| Stepping ~*~*~tactically~*~*~ (outnumbered).
 23485 | D:5      | 23485 ||| Stepping ~*~*~tactically~*~*~ (outnumbered).
 23487 | D:5      | 23487 ||| Stepping ~*~*~tactically~*~*~ (outnumbered).
 23489 | D:5      | 23489 ||| Stepping ~*~*~tactically~*~*~ (outnumbered).
 23491 | D:5      | 23491 ||| Stepping ~*~*~tactically~*~*~ (outnumbered).
 23493 | D:5      | 23493 ||| Stepping ~*~*~tactically~*~*~ (outnumbered).
 23495 | D:5      | 23495 ||| Stepping ~*~*~tactically~*~*~ (outnumbered).
 23497 | D:5      | 23497 ||| Stepping ~*~*~tactically~*~*~ (outnumbered).
 23499 | D:5      | 23499 ||| Stepping ~*~*~tactically~*~*~ (outnumbered).
 23501 | D:5      | 23501 ||| Stepping ~*~*~tactically~*~*~ (outnumbered).
 23503 | D:5      | 23503 ||| Stepping ~*~*~tactically~*~*~ (outnumbered).
 23505 | D:5      | 23505 ||| Stepping ~*~*~tactically~*~*~ (outnumbered).
 23507 | D:5      | 23507 ||| Stepping ~*~*~tactically~*~*~ (outnumbered).
 23509 | D:5      | 23509 ||| Stepping ~*~*~tactically~*~*~ (outnumbered).
 23511 | D:5      | 23511 ||| Stepping ~*~*~tactically~*~*~ (outnumbered).
 23513 | D:5      | 23513 ||| Stepping ~*~*~tactically~*~*~ (outnumbered).
 23515 | D:5      | 23515 ||| Stepping ~*~*~tactically~*~*~ (outnumbered).
 23517 | D:5      | 23517 ||| Stepping ~*~*~tactically~*~*~ (outnumbered).
 23519 | D:5      | 23519 ||| Stepping ~*~*~tactically~*~*~ (outnumbered).
 23521 | D:5      | 23521 ||| Stepping ~*~*~tactically~*~*~ (outnumbered).
 23523 | D:5      | 23523 ||| Stepping ~*~*~tactically~*~*~ (outnumbered).
 23525 | D:5      | 23525 ||| Stepping ~*~*~tactically~*~*~ (outnumbered).
 23527 | D:5      | 23527 ||| Stepping ~*~*~tactically~*~*~ (outnumbered).
 23529 | D:5      | 23529 ||| Stepping ~*~*~tactically~*~*~ (outnumbered).
 23531 | D:5      | 23531 ||| Stepping ~*~*~tactically~*~*~ (outnumbered).
 23533 | D:5      | 23533 ||| Stepping ~*~*~tactically~*~*~ (outnumbered).
 23535 | D:5      | 23535 ||| Stepping ~*~*~tactically~*~*~ (outnumbered).
 23537 | D:5      | 23537 ||| Stepping ~*~*~tactically~*~*~ (outnumbered).
 23539 | D:5      | 23539 ||| Stepping ~*~*~tactically~*~*~ (outnumbered).
 23541 | D:5      | 23541 ||| Stepping ~*~*~tactically~*~*~ (outnumbered).
 23543 | D:5      | 23543 ||| Stepping ~*~*~tactically~*~*~ (outnumbered).
 23545 | D:5      | 23545 ||| Stepping ~*~*~tactically~*~*~ (outnumbered).
 23547 | D:5      | 23547 ||| Stepping ~*~*~tactically~*~*~ (outnumbered).
 23549 | D:5      | 23549 ||| Stepping ~*~*~tactically~*~*~ (outnumbered).
 23551 | D:5      | 23551 ||| Stepping ~*~*~tactically~*~*~ (outnumbered).
 23553 | D:5      | 23553 ||| Stepping ~*~*~tactically~*~*~ (outnumbered).
 23555 | D:5      | 23555 ||| Stepping ~*~*~tactically~*~*~ (outnumbered).
 23557 | D:5      | 23557 ||| Stepping ~*~*~tactically~*~*~ (outnumbered).
 23559 | D:5      | 23559 ||| Stepping ~*~*~tactically~*~*~ (outnumbered).
 23561 | D:5      | 23561 ||| Stepping ~*~*~tactically~*~*~ (outnumbered).
 23563 | D:5      | 23563 ||| Stepping ~*~*~tactically~*~*~ (outnumbered).
 23565 | D:5      | 23565 ||| Stepping ~*~*~tactically~*~*~ (outnumbered).
 23567 | D:5      | 23567 ||| Stepping ~*~*~tactically~*~*~ (outnumbered).
 23569 | D:5      | 23569 ||| Stepping ~*~*~tactically~*~*~ (outnumbered).
 23572 | D:5      | 23572 ||| Stepping ~*~*~tactically~*~*~ (outnumbered).
 23574 | D:5      | 23574 ||| Stepping ~*~*~tactically~*~*~ (outnumbered).
 23576 | D:5      | 23576 ||| Stepping ~*~*~tactically~*~*~ (outnumbered).
 23578 | D:5      | 23578 ||| Stepping ~*~*~tactically~*~*~ (outnumbered).
 23580 | D:5      | 23580 ||| Stepping ~*~*~tactically~*~*~ (outnumbered).
 23582 | D:5      | 23582 ||| Stepping ~*~*~tactically~*~*~ (outnumbered).
 23584 | D:5      | 23584 ||| Stepping ~*~*~tactically~*~*~ (outnumbered).
 23589 | D:5      | 23589 ||| Stepping ~*~*~tactically~*~*~ (outnumbered).
 23591 | D:5      | 23591 ||| Stepping ~*~*~tactically~*~*~ (outnumbered).
 23593 | D:5      | 23593 ||| Stepping ~*~*~tactically~*~*~ (outnumbered).
 23595 | D:5      | 23595 ||| Stepping ~*~*~tactically~*~*~ (outnumbered).
 23597 | D:5      | 23597 ||| Stepping ~*~*~tactically~*~*~ (outnumbered).
 23599 | D:5      | 23599 ||| Stepping ~*~*~tactically~*~*~ (outnumbered).
 23603 | D:5      | 23603 ||| Stepping ~*~*~tactically~*~*~ (outnumbered).
 23605 | D:5      | 23605 ||| Stepping ~*~*~tactically~*~*~ (outnumbered).
 23610 | D:5      | 23610 ||| Stepping ~*~*~tactically~*~*~ (outnumbered).
 23612 | D:5      | 23612 ||| Stepping ~*~*~tactically~*~*~ (outnumbered).
 23614 | D:5      | 23614 ||| Stepping ~*~*~tactically~*~*~ (outnumbered).
 23616 | D:5      | 23616 ||| Stepping ~*~*~tactically~*~*~ (outnumbered).
 23618 | D:5      | 23618 ||| Stepping ~*~*~tactically~*~*~ (outnumbered).
 23620 | D:5      | 23620 ||| Stepping ~*~*~tactically~*~*~ (outnumbered).
 23622 | D:5      | 23622 ||| Stepping ~*~*~tactically~*~*~ (outnumbered).
 23624 | D:5      | 23624 ||| Stepping ~*~*~tactically~*~*~ (outnumbered).
 23628 | D:5      | 23628 ||| Stepping ~*~*~tactically~*~*~ (outnumbered).
 23632 | D:5      | 23632 ||| Stepping ~*~*~tactically~*~*~ (outnumbered).
 23634 | D:5      | 23634 ||| Stepping ~*~*~tactically~*~*~ (outnumbered).
 23636 | D:5      | 23636 ||| Stepping ~*~*~tactically~*~*~ (outnumbered).
 23638 | D:5      | 23638 ||| Stepping ~*~*~tactically~*~*~ (outnumbered).
 23640 | D:5      | 23640 ||| Stepping ~*~*~tactically~*~*~ (outnumbered).
 23642 | D:5      | 23642 ||| Stepping ~*~*~tactically~*~*~ (outnumbered).
 23644 | D:5      | 23644 ||| Stepping ~*~*~tactically~*~*~ (outnumbered).
 23646 | D:5      | 23646 ||| Stepping ~*~*~tactically~*~*~ (outnumbered).
 23648 | D:5      | 23648 ||| Stepping ~*~*~tactically~*~*~ (outnumbered).
 23650 | D:5      | 23650 ||| Stepping ~*~*~tactically~*~*~ (outnumbered).
 23652 | D:5      | 23652 ||| Stepping ~*~*~tactically~*~*~ (outnumbered).
 23654 | D:5      | 23654 ||| Stepping ~*~*~tactically~*~*~ (outnumbered).
 23656 | D:5      | 23656 ||| Stepping ~*~*~tactically~*~*~ (outnumbered).
 23658 | D:5      | 23658 ||| Stepping ~*~*~tactically~*~*~ (outnumbered).
 23660 | D:5      | 23660 ||| Stepping ~*~*~tactically~*~*~ (outnumbered).
 23662 | D:5      | 23662 ||| Stepping ~*~*~tactically~*~*~ (outnumbered).
 23665 | D:5      | 23665 ||| Stepping ~*~*~tactically~*~*~ (outnumbered).
 23667 | D:5      | 23667 ||| Stepping ~*~*~tactically~*~*~ (outnumbered).
 23669 | D:5      | 23669 ||| Stepping ~*~*~tactically~*~*~ (outnumbered).
 23671 | D:5      | 23671 ||| Stepping ~*~*~tactically~*~*~ (outnumbered).
 23673 | D:5      | 23673 ||| Stepping ~*~*~tactically~*~*~ (outnumbered).
 23675 | D:5      | 23675 ||| Stepping ~*~*~tactically~*~*~ (outnumbered).
 23677 | D:5      | 23677 ||| Stepping ~*~*~tactically~*~*~ (outnumbered).
 23679 | D:5      | 23679 ||| Stepping ~*~*~tactically~*~*~ (outnumbered).
 23681 | D:5      | 23681 ||| Stepping ~*~*~tactically~*~*~ (outnumbered).
 23683 | D:5      | 23683 ||| Stepping ~*~*~tactically~*~*~ (outnumbered).
 23685 | D:5      | 23685 ||| Stepping ~*~*~tactically~*~*~ (outnumbered).
 23687 | D:5      | 23687 ||| Stepping ~*~*~tactically~*~*~ (outnumbered).
 23689 | D:5      | 23689 ||| Stepping ~*~*~tactically~*~*~ (outnumbered).
 23691 | D:5      | 23691 ||| Stepping ~*~*~tactically~*~*~ (outnumbered).
 23693 | D:5      | 23693 ||| Stepping ~*~*~tactically~*~*~ (outnumbered).
 23695 | D:5      | 23695 ||| Stepping ~*~*~tactically~*~*~ (outnumbered).
 23697 | D:5      | 23697 ||| Stepping ~*~*~tactically~*~*~ (outnumbered).
 23699 | D:5      | 23699 ||| Stepping ~*~*~tactically~*~*~ (outnumbered).
 23701 | D:5      | 23701 ||| Stepping ~*~*~tactically~*~*~ (outnumbered).
 23703 | D:5      | 23703 ||| Stepping ~*~*~tactically~*~*~ (outnumbered).
 23705 | D:5      | 23705 ||| Stepping ~*~*~tactically~*~*~ (outnumbered).
 23707 | D:5      | 23707 ||| Stepping ~*~*~tactically~*~*~ (outnumbered).
 23709 | D:5      | 23709 ||| Stepping ~*~*~tactically~*~*~ (outnumbered).
 23711 | D:5      | 23711 ||| Stepping ~*~*~tactically~*~*~ (outnumbered).
 23713 | D:5      | 23713 ||| Stepping ~*~*~tactically~*~*~ (outnumbered).
 23715 | D:5      | 23715 ||| Stepping ~*~*~tactically~*~*~ (outnumbered).
 23717 | D:5      | 23717 ||| Stepping ~*~*~tactically~*~*~ (outnumbered).
 23719 | D:5      | 23719 ||| Stepping ~*~*~tactically~*~*~ (outnumbered).
 23721 | D:5      | 23721 ||| Stepping ~*~*~tactically~*~*~ (outnumbered).
 23723 | D:5      | 23723 ||| Stepping ~*~*~tactically~*~*~ (outnumbered).
 23725 | D:5      | 23725 ||| Stepping ~*~*~tactically~*~*~ (outnumbered).
 23727 | D:5      | 23727 ||| Stepping ~*~*~tactically~*~*~ (outnumbered).
 23729 | D:5      | 23729 ||| Stepping ~*~*~tactically~*~*~ (outnumbered).
 23731 | D:5      | 23731 ||| Stepping ~*~*~tactically~*~*~ (outnumbered).
 23733 | D:5      | 23733 ||| Stepping ~*~*~tactically~*~*~ (outnumbered).
 23735 | D:5      | 23735 ||| Stepping ~*~*~tactically~*~*~ (outnumbered).
 23737 | D:5      | 23737 ||| Stepping ~*~*~tactically~*~*~ (outnumbered).
 23739 | D:5      | 23739 ||| Stepping ~*~*~tactically~*~*~ (outnumbered).
 23741 | D:5      | 23741 ||| Stepping ~*~*~tactically~*~*~ (outnumbered).
 23743 | D:5      | 23743 ||| Stepping ~*~*~tactically~*~*~ (outnumbered).
 23747 | D:5      | 23747 ||| Stepping ~*~*~tactically~*~*~ (outnumbered).
 23749 | D:5      | 23749 ||| Stepping ~*~*~tactically~*~*~ (outnumbered).
 23751 | D:5      | 23751 ||| Stepping ~*~*~tactically~*~*~ (outnumbered).
 23753 | D:5      | 23753 ||| Stepping ~*~*~tactically~*~*~ (outnumbered).
 23755 | D:5      | 23755 ||| Stepping ~*~*~tactically~*~*~ (outnumbered).
 23757 | D:5      | 23757 ||| Stepping ~*~*~tactically~*~*~ (outnumbered).
 23759 | D:5      | 23759 ||| Stepping ~*~*~tactically~*~*~ (outnumbered).
 23761 | D:5      | 23761 ||| Stepping ~*~*~tactically~*~*~ (outnumbered).
 23763 | D:5      | 23763 ||| Stepping ~*~*~tactically~*~*~ (outnumbered).
 23765 | D:5      | 23765 ||| Stepping ~*~*~tactically~*~*~ (outnumbered).
 23767 | D:5      | 23767 ||| Stepping ~*~*~tactically~*~*~ (outnumbered).
 23769 | D:5      | 23769 ||| Stepping ~*~*~tactically~*~*~ (outnumbered).
 23771 | D:5      | 23771 ||| Stepping ~*~*~tactically~*~*~ (outnumbered).
 23773 | D:5      | 23773 ||| Stepping ~*~*~tactically~*~*~ (outnumbered).
 23775 | D:5      | 23775 ||| Stepping ~*~*~tactically~*~*~ (outnumbered).
 23778 | D:5      | 23778 ||| Stepping ~*~*~tactically~*~*~ (outnumbered).
 23780 | D:5      | 23780 ||| Stepping ~*~*~tactically~*~*~ (outnumbered).
 23782 | D:5      | 23782 ||| Stepping ~*~*~tactically~*~*~ (outnumbered).
 23784 | D:5      | 23784 ||| Stepping ~*~*~tactically~*~*~ (outnumbered).
 23786 | D:5      | 23786 ||| Stepping ~*~*~tactically~*~*~ (outnumbered).
 23788 | D:5      | 23788 ||| Stepping ~*~*~tactically~*~*~ (outnumbered).
 23790 | D:5      | 23790 ||| Stepping ~*~*~tactically~*~*~ (outnumbered).
 23792 | D:5      | 23792 ||| Stepping ~*~*~tactically~*~*~ (outnumbered).
 23794 | D:5      | 23794 ||| Stepping ~*~*~tactically~*~*~ (outnumbered).
 23796 | D:5      | 23796 ||| Stepping ~*~*~tactically~*~*~ (outnumbered).
 23798 | D:5      | 23798 ||| Stepping ~*~*~tactically~*~*~ (outnumbered).
 23800 | D:5      | 23800 ||| Stepping ~*~*~tactically~*~*~ (outnumbered).
 23802 | D:5      | 23802 ||| Stepping ~*~*~tactically~*~*~ (outnumbered).
 23804 | D:5      | 23804 ||| Stepping ~*~*~tactically~*~*~ (outnumbered).
 23806 | D:5      | 23806 ||| Stepping ~*~*~tactically~*~*~ (outnumbered).
 23810 | D:5      | 23810 ||| Stepping ~*~*~tactically~*~*~ (outnumbered).
 23812 | D:5      | 23812 ||| Stepping ~*~*~tactically~*~*~ (outnumbered).
 23814 | D:5      | 23814 ||| Stepping ~*~*~tactically~*~*~ (outnumbered).
 23816 | D:5      | 23816 ||| Stepping ~*~*~tactically~*~*~ (outnumbered).
 23818 | D:5      | 23818 ||| Stepping ~*~*~tactically~*~*~ (outnumbered).
 23820 | D:5      | 23820 ||| Stepping ~*~*~tactically~*~*~ (outnumbered).
 23822 | D:5      | 23822 ||| Stepping ~*~*~tactically~*~*~ (outnumbered).
 23824 | D:5      | 23824 ||| Stepping ~*~*~tactically~*~*~ (outnumbered).
 23826 | D:5      | 23826 ||| Stepping ~*~*~tactically~*~*~ (outnumbered).
 23828 | D:5      | 23828 ||| Stepping ~*~*~tactically~*~*~ (outnumbered).
 23831 | D:5      | 23831 ||| Stepping ~*~*~tactically~*~*~ (outnumbered).
 23833 | D:5      | 23833 ||| Stepping ~*~*~tactically~*~*~ (outnumbered).
 23835 | D:5      | 23835 ||| Stepping ~*~*~tactically~*~*~ (outnumbered).
 23837 | D:5      | 23837 ||| Stepping ~*~*~tactically~*~*~ (outnumbered).
 23839 | D:5      | 23839 ||| Stepping ~*~*~tactically~*~*~ (outnumbered).
 23842 | D:5      | 23842 ||| Stepping ~*~*~tactically~*~*~ (outnumbered).
 23845 | D:5      | 23845 ||| Stepping ~*~*~tactically~*~*~ (outnumbered).
 23847 | D:5      | 23847 ||| Stepping ~*~*~tactically~*~*~ (outnumbered).
 23849 | D:5      | 23849 ||| Stepping ~*~*~tactically~*~*~ (outnumbered).
 23851 | D:5      | 23851 ||| Stepping ~*~*~tactically~*~*~ (outnumbered).
 23853 | D:5      | 23853 ||| Stepping ~*~*~tactically~*~*~ (outnumbered).
 23857 | D:5      | 23857 ||| Stepping ~*~*~tactically~*~*~ (outnumbered).
 23859 | D:5      | 23859 ||| Stepping ~*~*~tactically~*~*~ (outnumbered).
 23861 | D:5      | 23861 ||| Stepping ~*~*~tactically~*~*~ (outnumbered).
 23864 | D:5      | 23864 ||| Stepping ~*~*~tactically~*~*~ (outnumbered).
 23866 | D:5      | 23866 ||| Stepping ~*~*~tactically~*~*~ (outnumbered).
 23868 | D:5      | 23868 ||| Stepping ~*~*~tactically~*~*~ (outnumbered).
 23870 | D:5      | 23870 ||| Stepping ~*~*~tactically~*~*~ (outnumbered).
 23872 | D:5      | 23872 ||| Stepping ~*~*~tactically~*~*~ (outnumbered).
 23874 | D:5      | 23874 ||| Stepping ~*~*~tactically~*~*~ (outnumbered).
 23876 | D:5      | 23876 ||| Stepping ~*~*~tactically~*~*~ (outnumbered).
 23878 | D:5      | 23878 ||| Stepping ~*~*~tactically~*~*~ (outnumbered).
 23880 | D:5      | 23880 ||| Stepping ~*~*~tactically~*~*~ (outnumbered).
 23882 | D:5      | 23882 ||| Stepping ~*~*~tactically~*~*~ (outnumbered).
 23884 | D:5      | 23884 ||| Stepping ~*~*~tactically~*~*~ (outnumbered).
 23886 | D:5      | 23886 ||| Stepping ~*~*~tactically~*~*~ (outnumbered).
 23888 | D:5      | 23888 ||| Stepping ~*~*~tactically~*~*~ (outnumbered).
 23890 | D:5      | 23890 ||| Stepping ~*~*~tactically~*~*~ (outnumbered).
 23892 | D:5      | 23892 ||| Stepping ~*~*~tactically~*~*~ (outnumbered).
 23894 | D:5      | 23894 ||| Stepping ~*~*~tactically~*~*~ (outnumbered).
 23898 | D:5      | 23898 ||| Stepping ~*~*~tactically~*~*~ (outnumbered).
 23900 | D:5      | 23900 ||| Stepping ~*~*~tactically~*~*~ (outnumbered).
 23902 | D:5      | 23902 ||| Stepping ~*~*~tactically~*~*~ (outnumbered).
 23904 | D:5      | 23904 ||| Stepping ~*~*~tactically~*~*~ (outnumbered).
 23906 | D:5      | 23906 ||| Stepping ~*~*~tactically~*~*~ (outnumbered).
 23908 | D:5      | 23908 ||| Stepping ~*~*~tactically~*~*~ (outnumbered).
 23910 | D:5      | 23910 ||| Stepping ~*~*~tactically~*~*~ (outnumbered).
 23912 | D:5      | 23912 ||| Stepping ~*~*~tactically~*~*~ (outnumbered).
 23914 | D:5      | 23914 ||| Stepping ~*~*~tactically~*~*~ (outnumbered).
 23916 | D:5      | 23916 ||| Stepping ~*~*~tactically~*~*~ (outnumbered).
 23918 | D:5      | 23918 ||| Stepping ~*~*~tactically~*~*~ (outnumbered).
 23920 | D:5      | 23920 ||| Stepping ~*~*~tactically~*~*~ (outnumbered).
 23922 | D:5      | 23922 ||| Stepping ~*~*~tactically~*~*~ (outnumbered).
 23924 | D:5      | 23924 ||| Stepping ~*~*~tactically~*~*~ (outnumbered).
 23926 | D:5      | 23926 ||| Stepping ~*~*~tactically~*~*~ (outnumbered).
 23928 | D:5      | 23928 ||| Stepping ~*~*~tactically~*~*~ (outnumbered).
 23930 | D:5      | 23930 ||| Stepping ~*~*~tactically~*~*~ (outnumbered).
 23932 | D:5      | 23932 ||| Stepping ~*~*~tactically~*~*~ (outnumbered).
 23934 | D:5      | 23934 ||| Stepping ~*~*~tactically~*~*~ (outnumbered).
 23936 | D:5      | 23936 ||| Stepping ~*~*~tactically~*~*~ (outnumbered).
 23938 | D:5      | 23938 ||| Stepping ~*~*~tactically~*~*~ (outnumbered).
 23940 | D:5      | 23940 ||| Stepping ~*~*~tactically~*~*~ (outnumbered).
 23942 | D:5      | 23942 ||| Stepping ~*~*~tactically~*~*~ (outnumbered).
 23944 | D:5      | 23944 ||| Stepping ~*~*~tactically~*~*~ (outnumbered).
 23946 | D:5      | 23946 ||| Stepping ~*~*~tactically~*~*~ (outnumbered).
 23948 | D:5      | 23948 ||| Stepping ~*~*~tactically~*~*~ (outnumbered).
 23950 | D:5      | 23950 ||| Stepping ~*~*~tactically~*~*~ (outnumbered).
 23952 | D:5      | 23952 ||| Stepping ~*~*~tactically~*~*~ (outnumbered).
 23954 | D:5      | 23954 ||| Stepping ~*~*~tactically~*~*~ (outnumbered).
 23956 | D:5      | 23956 ||| Stepping ~*~*~tactically~*~*~ (outnumbered).
 23960 | D:5      | 23960 ||| Stepping ~*~*~tactically~*~*~ (outnumbered).
 23962 | D:5      | 23962 ||| Stepping ~*~*~tactically~*~*~ (outnumbered).
 23964 | D:5      | 23964 ||| Stepping ~*~*~tactically~*~*~ (outnumbered).
 23966 | D:5      | 23966 ||| Stepping ~*~*~tactically~*~*~ (outnumbered).
 23969 | D:5      | 23969 ||| Stepping ~*~*~tactically~*~*~ (outnumbered).
 23971 | D:5      | 23971 ||| Stepping ~*~*~tactically~*~*~ (outnumbered).
 23973 | D:5      | 23973 ||| Stepping ~*~*~tactically~*~*~ (outnumbered).
 23975 | D:5      | 23975 ||| Stepping ~*~*~tactically~*~*~ (outnumbered).
 23977 | D:5      | 23977 ||| Stepping ~*~*~tactically~*~*~ (outnumbered).
 23979 | D:5      | 23979 ||| Stepping ~*~*~tactically~*~*~ (outnumbered).
 23981 | D:5      | 23981 ||| Stepping ~*~*~tactically~*~*~ (outnumbered).
 23983 | D:5      | 23983 ||| Stepping ~*~*~tactically~*~*~ (outnumbered).
 23986 | D:5      | 23986 ||| Stepping ~*~*~tactically~*~*~ (outnumbered).
 23988 | D:5      | 23988 ||| Stepping ~*~*~tactically~*~*~ (outnumbered).
 23990 | D:5      | 23990 ||| Stepping ~*~*~tactically~*~*~ (outnumbered).
 23992 | D:5      | 23992 ||| Stepping ~*~*~tactically~*~*~ (outnumbered).
 23994 | D:5      | 23994 ||| Stepping ~*~*~tactically~*~*~ (outnumbered).
 23996 | D:5      | 23996 ||| Stepping ~*~*~tactically~*~*~ (outnumbered).
 23998 | D:5      | 23998 ||| Stepping ~*~*~tactically~*~*~ (outnumbered).
 24000 | D:5      | 24000 ||| Stepping ~*~*~tactically~*~*~ (outnumbered).
 24002 | D:5      | 24002 ||| Stepping ~*~*~tactically~*~*~ (outnumbered).
 24004 | D:5      | 24004 ||| Stepping ~*~*~tactically~*~*~ (outnumbered).
 24006 | D:5      | 24006 ||| Stepping ~*~*~tactically~*~*~ (outnumbered).
 24008 | D:5      | 24008 ||| Stepping ~*~*~tactically~*~*~ (outnumbered).
 24010 | D:5      | 24010 ||| Stepping ~*~*~tactically~*~*~ (outnumbered).
 24012 | D:5      | 24012 ||| Stepping ~*~*~tactically~*~*~ (outnumbered).
 24014 | D:5      | 24014 ||| Stepping ~*~*~tactically~*~*~ (outnumbered).
 24016 | D:5      | 24016 ||| Stepping ~*~*~tactically~*~*~ (outnumbered).
 24019 | D:5      | 24019 ||| Stepping ~*~*~tactically~*~*~ (outnumbered).
 24021 | D:5      | 24021 ||| Stepping ~*~*~tactically~*~*~ (outnumbered).
 24023 | D:5      | 24023 ||| Stepping ~*~*~tactically~*~*~ (outnumbered).
 24025 | D:5      | 24025 ||| Stepping ~*~*~tactically~*~*~ (outnumbered).
 24027 | D:5      | 24027 ||| Stepping ~*~*~tactically~*~*~ (outnumbered).
 24029 | D:5      | 24029 ||| Stepping ~*~*~tactically~*~*~ (outnumbered).
 24031 | D:5      | 24031 ||| Stepping ~*~*~tactically~*~*~ (outnumbered).
 24033 | D:5      | 24033 ||| Stepping ~*~*~tactically~*~*~ (outnumbered).
 24035 | D:5      | 24035 ||| Stepping ~*~*~tactically~*~*~ (outnumbered).
 24037 | D:5      | 24037 ||| Stepping ~*~*~tactically~*~*~ (outnumbered).
 24039 | D:5      | 24039 ||| Stepping ~*~*~tactically~*~*~ (outnumbered).
 24041 | D:5      | 24041 ||| Stepping ~*~*~tactically~*~*~ (outnumbered).
 24043 | D:5      | 24043 ||| Stepping ~*~*~tactically~*~*~ (outnumbered).
 24045 | D:5      | 24045 ||| Stepping ~*~*~tactically~*~*~ (outnumbered).
 24047 | D:5      | 24047 ||| Stepping ~*~*~tactically~*~*~ (outnumbered).
 24049 | D:5      | 24049 ||| Stepping ~*~*~tactically~*~*~ (outnumbered).
 24051 | D:5      | 24051 ||| Stepping ~*~*~tactically~*~*~ (outnumbered).
 24053 | D:5      | 24053 ||| Stepping ~*~*~tactically~*~*~ (outnumbered).
 24055 | D:5      | 24055 ||| Stepping ~*~*~tactically~*~*~ (outnumbered).
 24057 | D:5      | 24057 ||| Stepping ~*~*~tactically~*~*~ (outnumbered).
 24060 | D:5      | 24060 ||| Stepping ~*~*~tactically~*~*~ (outnumbered).
 24062 | D:5      | 24062 ||| Stepping ~*~*~tactically~*~*~ (outnumbered).
 24064 | D:5      | 24064 ||| Stepping ~*~*~tactically~*~*~ (outnumbered).
 24066 | D:5      | 24066 ||| Stepping ~*~*~tactically~*~*~ (outnumbered).
 24068 | D:5      | 24068 ||| Stepping ~*~*~tactically~*~*~ (outnumbered).
 24070 | D:5      | 24070 ||| Stepping ~*~*~tactically~*~*~ (outnumbered).
 24072 | D:5      | 24072 ||| Stepping ~*~*~tactically~*~*~ (outnumbered).
 24074 | D:5      | 24074 ||| Stepping ~*~*~tactically~*~*~ (outnumbered).
 24076 | D:5      | 24076 ||| Stepping ~*~*~tactically~*~*~ (outnumbered).
 24078 | D:5      | 24078 ||| Stepping ~*~*~tactically~*~*~ (outnumbered).
 24080 | D:5      | 24080 ||| Stepping ~*~*~tactically~*~*~ (outnumbered).
 24082 | D:5      | 24082 ||| Stepping ~*~*~tactically~*~*~ (outnumbered).
 24084 | D:5      | 24084 ||| Stepping ~*~*~tactically~*~*~ (outnumbered).
 24086 | D:5      | 24086 ||| Stepping ~*~*~tactically~*~*~ (outnumbered).
 24089 | D:5      | 24089 ||| Stepping ~*~*~tactically~*~*~ (outnumbered).
 24094 | D:5      | 24094 ||| Stepping ~*~*~tactically~*~*~ (outnumbered).
 24096 | D:5      | 24096 ||| Stepping ~*~*~tactically~*~*~ (outnumbered).
 24098 | D:5      | 24098 ||| Stepping ~*~*~tactically~*~*~ (outnumbered).
 24100 | D:5      | 24100 ||| Stepping ~*~*~tactically~*~*~ (outnumbered).
 24102 | D:5      | 24102 ||| Stepping ~*~*~tactically~*~*~ (outnumbered).
 24105 | D:5      | 24105 ||| Stepping ~*~*~tactically~*~*~ (outnumbered).
 24107 | D:5      | 24107 ||| Stepping ~*~*~tactically~*~*~ (outnumbered).
 24109 | D:5      | 24109 ||| Stepping ~*~*~tactically~*~*~ (outnumbered).
 24111 | D:5      | 24111 ||| Stepping ~*~*~tactically~*~*~ (outnumbered).
 24113 | D:5      | 24113 ||| Stepping ~*~*~tactically~*~*~ (outnumbered).
 24115 | D:5      | 24115 ||| Stepping ~*~*~tactically~*~*~ (outnumbered).
 24117 | D:5      | 24117 ||| Stepping ~*~*~tactically~*~*~ (outnumbered).
 24119 | D:5      | 24119 ||| Stepping ~*~*~tactically~*~*~ (outnumbered).
 24123 | D:5      | 24123 ||| Stepping ~*~*~tactically~*~*~ (outnumbered).
 24125 | D:5      | 24125 ||| Stepping ~*~*~tactically~*~*~ (outnumbered).
 24127 | D:5      | 24127 ||| Stepping ~*~*~tactically~*~*~ (outnumbered).
 24129 | D:5      | 24129 ||| Stepping ~*~*~tactically~*~*~ (outnumbered).
 24131 | D:5      | 24131 ||| Stepping ~*~*~tactically~*~*~ (outnumbered).
 24133 | D:5      | 24133 ||| Stepping ~*~*~tactically~*~*~ (outnumbered).
 24135 | D:5      | 24135 ||| Stepping ~*~*~tactically~*~*~ (outnumbered).
 24137 | D:5      | 24137 ||| Stepping ~*~*~tactically~*~*~ (outnumbered).
 24139 | D:5      | 24139 ||| Stepping ~*~*~tactically~*~*~ (outnumbered).
 24141 | D:5      | 24141 ||| Stepping ~*~*~tactically~*~*~ (outnumbered).
 24143 | D:5      | 24143 ||| Stepping ~*~*~tactically~*~*~ (outnumbered).
 24145 | D:5      | 24145 ||| Stepping ~*~*~tactically~*~*~ (outnumbered).
 24147 | D:5      | 24147 ||| Stepping ~*~*~tactically~*~*~ (outnumbered).
 24149 | D:5      | 24149 ||| Stepping ~*~*~tactically~*~*~ (outnumbered).
 24151 | D:5      | 24151 ||| Stepping ~*~*~tactically~*~*~ (outnumbered).
 24153 | D:5      | 24153 ||| Stepping ~*~*~tactically~*~*~ (outnumbered).
 24155 | D:5      | 24155 ||| Stepping ~*~*~tactically~*~*~ (outnumbered).
 24157 | D:5      | 24157 ||| Stepping ~*~*~tactically~*~*~ (outnumbered).
 24159 | D:5      | 24159 ||| Stepping ~*~*~tactically~*~*~ (outnumbered).
 24161 | D:5      | 24161 ||| Stepping ~*~*~tactically~*~*~ (outnumbered).
 24163 | D:5      | 24163 ||| Stepping ~*~*~tactically~*~*~ (outnumbered).
 24165 | D:5      | 24165 ||| Stepping ~*~*~tactically~*~*~ (outnumbered).
 24167 | D:5      | 24167 ||| Stepping ~*~*~tactically~*~*~ (outnumbered).
 24169 | D:5      | 24169 ||| Stepping ~*~*~tactically~*~*~ (outnumbered).
 24173 | D:5      | 24173 ||| Stepping ~*~*~tactically~*~*~ (outnumbered).
 24175 | D:5      | 24175 ||| Stepping ~*~*~tactically~*~*~ (outnumbered).
 24177 | D:5      | 24177 ||| Stepping ~*~*~tactically~*~*~ (outnumbered).
 24179 | D:5      | 24179 ||| Stepping ~*~*~tactically~*~*~ (outnumbered).
 24181 | D:5      | 24181 ||| Stepping ~*~*~tactically~*~*~ (outnumbered).
 24183 | D:5      | 24183 ||| Stepping ~*~*~tactically~*~*~ (outnumbered).
 24185 | D:5      | 24185 ||| Stepping ~*~*~tactically~*~*~ (outnumbered).
 24187 | D:5      | 24187 ||| Stepping ~*~*~tactically~*~*~ (outnumbered).
 24189 | D:5      | 24189 ||| Stepping ~*~*~tactically~*~*~ (outnumbered).
 24191 | D:5      | 24191 ||| Stepping ~*~*~tactically~*~*~ (outnumbered).
 24193 | D:5      | 24193 ||| Stepping ~*~*~tactically~*~*~ (outnumbered).
 24195 | D:5      | 24195 ||| Stepping ~*~*~tactically~*~*~ (outnumbered).
 24199 | D:5      | 24199 ||| Stepping ~*~*~tactically~*~*~ (outnumbered).
 24201 | D:5      | 24201 ||| Stepping ~*~*~tactically~*~*~ (outnumbered).
 24203 | D:5      | 24203 ||| Stepping ~*~*~tactically~*~*~ (outnumbered).
 24205 | D:5      | 24205 ||| Stepping ~*~*~tactically~*~*~ (outnumbered).
 24207 | D:5      | 24207 ||| Stepping ~*~*~tactically~*~*~ (outnumbered).
 24209 | D:5      | 24209 ||| Stepping ~*~*~tactically~*~*~ (outnumbered).
 24213 | D:5      | 24213 ||| Stepping ~*~*~tactically~*~*~ (outnumbered).
 24215 | D:5      | 24215 ||| Stepping ~*~*~tactically~*~*~ (outnumbered).
 24217 | D:5      | 24217 ||| Stepping ~*~*~tactically~*~*~ (outnumbered).
 24219 | D:5      | 24219 ||| Stepping ~*~*~tactically~*~*~ (outnumbered).
 24221 | D:5      | 24221 ||| Stepping ~*~*~tactically~*~*~ (outnumbered).
 24223 | D:5      | 24223 ||| Stepping ~*~*~tactically~*~*~ (outnumbered).
 24225 | D:5      | 24225 ||| Stepping ~*~*~tactically~*~*~ (outnumbered).
 24227 | D:5      | 24227 ||| Stepping ~*~*~tactically~*~*~ (outnumbered).
 24229 | D:5      | 24229 ||| Stepping ~*~*~tactically~*~*~ (outnumbered).
 24231 | D:5      | 24231 ||| Stepping ~*~*~tactically~*~*~ (outnumbered).
 24233 | D:5      | 24233 ||| Stepping ~*~*~tactically~*~*~ (outnumbered).
 24235 | D:5      | 24235 ||| Stepping ~*~*~tactically~*~*~ (outnumbered).
 24237 | D:5      | 24237 ||| Stepping ~*~*~tactically~*~*~ (outnumbered).
 24239 | D:5      | 24239 ||| Stepping ~*~*~tactically~*~*~ (outnumbered).
 24241 | D:5      | 24241 ||| Stepping ~*~*~tactically~*~*~ (outnumbered).
 24243 | D:5      | 24243 ||| Stepping ~*~*~tactically~*~*~ (outnumbered).
 24245 | D:5      | 24245 ||| Stepping ~*~*~tactically~*~*~ (outnumbered).
 24247 | D:5      | 24247 ||| Stepping ~*~*~tactically~*~*~ (outnumbered).
 24249 | D:5      | 24249 ||| Stepping ~*~*~tactically~*~*~ (outnumbered).
 24251 | D:5      | 24251 ||| Stepping ~*~*~tactically~*~*~ (outnumbered).
 24253 | D:5      | 24253 ||| Stepping ~*~*~tactically~*~*~ (outnumbered).
 24255 | D:5      | 24255 ||| Stepping ~*~*~tactically~*~*~ (outnumbered).
 24257 | D:5      | 24257 ||| Stepping ~*~*~tactically~*~*~ (outnumbered).
 24259 | D:5      | 24259 ||| Stepping ~*~*~tactically~*~*~ (outnumbered).
 24261 | D:5      | 24261 ||| Stepping ~*~*~tactically~*~*~ (outnumbered).
 24263 | D:5      | 24263 ||| Stepping ~*~*~tactically~*~*~ (outnumbered).
 24265 | D:5      | 24265 ||| Stepping ~*~*~tactically~*~*~ (outnumbered).
 24267 | D:5      | 24267 ||| Stepping ~*~*~tactically~*~*~ (outnumbered).
 24269 | D:5      | 24269 ||| Stepping ~*~*~tactically~*~*~ (outnumbered).
 24271 | D:5      | 24271 ||| Stepping ~*~*~tactically~*~*~ (outnumbered).
 24273 | D:5      | 24273 ||| Stepping ~*~*~tactically~*~*~ (outnumbered).
 24275 | D:5      | 24275 ||| Stepping ~*~*~tactically~*~*~ (outnumbered).
 24277 | D:5      | 24277 ||| Stepping ~*~*~tactically~*~*~ (outnumbered).
 24279 | D:5      | 24279 ||| Stepping ~*~*~tactically~*~*~ (outnumbered).
 24281 | D:5      | 24281 ||| Stepping ~*~*~tactically~*~*~ (outnumbered).
 24283 | D:5      | 24283 ||| Stepping ~*~*~tactically~*~*~ (outnumbered).
 24285 | D:5      | 24285 ||| Stepping ~*~*~tactically~*~*~ (outnumbered).
 24287 | D:5      | 24287 ||| Stepping ~*~*~tactically~*~*~ (outnumbered).
 24289 | D:5      | 24289 ||| Stepping ~*~*~tactically~*~*~ (outnumbered).
 24291 | D:5      | 24291 ||| Stepping ~*~*~tactically~*~*~ (outnumbered).
 24294 | D:5      | 24294 ||| Stepping ~*~*~tactically~*~*~ (outnumbered).
 24296 | D:5      | 24296 ||| Stepping ~*~*~tactically~*~*~ (outnumbered).
 24298 | D:5      | 24298 ||| Stepping ~*~*~tactically~*~*~ (outnumbered).
 24303 | D:5      | 24303 ||| Stepping ~*~*~tactically~*~*~ (outnumbered).
 24305 | D:5      | 24305 ||| Stepping ~*~*~tactically~*~*~ (outnumbered).
 24307 | D:5      | 24307 ||| Stepping ~*~*~tactically~*~*~ (outnumbered).
 24309 | D:5      | 24309 ||| Stepping ~*~*~tactically~*~*~ (outnumbered).
 24311 | D:5      | 24311 ||| Stepping ~*~*~tactically~*~*~ (outnumbered).
 24313 | D:5      | 24313 ||| Stepping ~*~*~tactically~*~*~ (outnumbered).
 24315 | D:5      | 24315 ||| Stepping ~*~*~tactically~*~*~ (outnumbered).
 24317 | D:5      | 24317 ||| Stepping ~*~*~tactically~*~*~ (outnumbered).
 24319 | D:5      | 24319 ||| Stepping ~*~*~tactically~*~*~ (outnumbered).
 24321 | D:5      | 24321 ||| Stepping ~*~*~tactically~*~*~ (outnumbered).
 24323 | D:5      | 24323 ||| Stepping ~*~*~tactically~*~*~ (outnumbered).
 24325 | D:5      | 24325 ||| Stepping ~*~*~tactically~*~*~ (outnumbered).
 24327 | D:5      | 24327 ||| Stepping ~*~*~tactically~*~*~ (outnumbered).
 24329 | D:5      | 24329 ||| Stepping ~*~*~tactically~*~*~ (outnumbered).
 24332 | D:5      | 24332 ||| Stepping ~*~*~tactically~*~*~ (outnumbered).
 24334 | D:5      | 24334 ||| Stepping ~*~*~tactically~*~*~ (outnumbered).
 24338 | D:5      | 24338 ||| Stepping ~*~*~tactically~*~*~ (outnumbered).
 24340 | D:5      | 24340 ||| Stepping ~*~*~tactically~*~*~ (outnumbered).
 24342 | D:5      | 24342 ||| Stepping ~*~*~tactically~*~*~ (outnumbered).
 24345 | D:5      | 24345 ||| Stepping ~*~*~tactically~*~*~ (outnumbered).
 24347 | D:5      | 24347 ||| Stepping ~*~*~tactically~*~*~ (outnumbered).
 24349 | D:5      | 24349 ||| Stepping ~*~*~tactically~*~*~ (outnumbered).
 24351 | D:5      | 24351 ||| Stepping ~*~*~tactically~*~*~ (outnumbered).
 24353 | D:5      | 24353 ||| Stepping ~*~*~tactically~*~*~ (outnumbered).
 24355 | D:5      | 24355 ||| Stepping ~*~*~tactically~*~*~ (outnumbered).
 24357 | D:5      | 24357 ||| Stepping ~*~*~tactically~*~*~ (outnumbered).
 24359 | D:5      | 24359 ||| Stepping ~*~*~tactically~*~*~ (outnumbered).
 24361 | D:5      | 24361 ||| Stepping ~*~*~tactically~*~*~ (outnumbered).
 24363 | D:5      | 24363 ||| Stepping ~*~*~tactically~*~*~ (outnumbered).
 24365 | D:5      | 24365 ||| Stepping ~*~*~tactically~*~*~ (outnumbered).
 24367 | D:5      | 24367 ||| Stepping ~*~*~tactically~*~*~ (outnumbered).
 24369 | D:5      | 24369 ||| Stepping ~*~*~tactically~*~*~ (outnumbered).
 24371 | D:5      | 24371 ||| Stepping ~*~*~tactically~*~*~ (outnumbered).
 24373 | D:5      | 24373 ||| Stepping ~*~*~tactically~*~*~ (outnumbered).
 24375 | D:5      | 24375 ||| Stepping ~*~*~tactically~*~*~ (outnumbered).
 24377 | D:5      | 24377 ||| Stepping ~*~*~tactically~*~*~ (outnumbered).
 24379 | D:5      | 24379 ||| Stepping ~*~*~tactically~*~*~ (outnumbered).
 24381 | D:5      | 24381 ||| Stepping ~*~*~tactically~*~*~ (outnumbered).
 24383 | D:5      | 24383 ||| Stepping ~*~*~tactically~*~*~ (outnumbered).
 24385 | D:5      | 24385 ||| Stepping ~*~*~tactically~*~*~ (outnumbered).
 24387 | D:5      | 24387 ||| Stepping ~*~*~tactically~*~*~ (outnumbered).
 24389 | D:5      | 24389 ||| Stepping ~*~*~tactically~*~*~ (outnumbered).
 24391 | D:5      | 24391 ||| Stepping ~*~*~tactically~*~*~ (outnumbered).
 24393 | D:5      | 24393 ||| Stepping ~*~*~tactically~*~*~ (outnumbered).
 24395 | D:5      | 24395 ||| Stepping ~*~*~tactically~*~*~ (outnumbered).
 24397 | D:5      | 24397 ||| Stepping ~*~*~tactically~*~*~ (outnumbered).
 24399 | D:5      | 24399 ||| Stepping ~*~*~tactically~*~*~ (outnumbered).
 24401 | D:5      | 24401 ||| Stepping ~*~*~tactically~*~*~ (outnumbered).
 24405 | D:5      | 24405 ||| Stepping ~*~*~tactically~*~*~ (outnumbered).
 24407 | D:5      | 24407 ||| Stepping ~*~*~tactically~*~*~ (outnumbered).
 24409 | D:5      | 24409 ||| Stepping ~*~*~tactically~*~*~ (outnumbered).
 24411 | D:5      | 24411 ||| Stepping ~*~*~tactically~*~*~ (outnumbered).
 24413 | D:5      | 24413 ||| Stepping ~*~*~tactically~*~*~ (outnumbered).
 24415 | D:5      | 24415 ||| Stepping ~*~*~tactically~*~*~ (outnumbered).
 24417 | D:5      | 24417 ||| Stepping ~*~*~tactically~*~*~ (outnumbered).
 24419 | D:5      | 24419 ||| Stepping ~*~*~tactically~*~*~ (outnumbered).
 24421 | D:5      | 24421 ||| Stepping ~*~*~tactically~*~*~ (outnumbered).
 24423 | D:5      | 24423 ||| Stepping ~*~*~tactically~*~*~ (outnumbered).
 24425 | D:5      | 24425 ||| Stepping ~*~*~tactically~*~*~ (outnumbered).
 24427 | D:5      | 24427 ||| Stepping ~*~*~tactically~*~*~ (outnumbered).
 24429 | D:5      | 24429 ||| Stepping ~*~*~tactically~*~*~ (outnumbered).
 24431 | D:5      | 24431 ||| Stepping ~*~*~tactically~*~*~ (outnumbered).
 24433 | D:5      | 24433 ||| Stepping ~*~*~tactically~*~*~ (outnumbered).
 24436 | D:5      | 24436 ||| Stepping ~*~*~tactically~*~*~ (outnumbered).
 24438 | D:5      | 24438 ||| Stepping ~*~*~tactically~*~*~ (outnumbered).
 24441 | D:5      | 24441 ||| Stepping ~*~*~tactically~*~*~ (outnumbered).
 24443 | D:5      | 24443 ||| Stepping ~*~*~tactically~*~*~ (outnumbered).
 24445 | D:5      | 24445 ||| Stepping ~*~*~tactically~*~*~ (outnumbered).
 24447 | D:5      | 24447 ||| Stepping ~*~*~tactically~*~*~ (outnumbered).
 24449 | D:5      | 24449 ||| Stepping ~*~*~tactically~*~*~ (outnumbered).
 24451 | D:5      | 24451 ||| Stepping ~*~*~tactically~*~*~ (outnumbered).
 24453 | D:5      | 24453 ||| Stepping ~*~*~tactically~*~*~ (outnumbered).
 24456 | D:5      | 24456 ||| Stepping ~*~*~tactically~*~*~ (outnumbered).
 24458 | D:5      | 24458 ||| Stepping ~*~*~tactically~*~*~ (outnumbered).
 24460 | D:5      | 24460 ||| Stepping ~*~*~tactically~*~*~ (outnumbered).
 24462 | D:5      | 24462 ||| Stepping ~*~*~tactically~*~*~ (outnumbered).
 24464 | D:5      | 24464 ||| Stepping ~*~*~tactically~*~*~ (outnumbered).
 24466 | D:5      | 24466 ||| Stepping ~*~*~tactically~*~*~ (outnumbered).
 24468 | D:5      | 24468 ||| Stepping ~*~*~tactically~*~*~ (outnumbered).
 24471 | D:5      | 24471 ||| Stepping ~*~*~tactically~*~*~ (outnumbered).
 24473 | D:5      | 24473 ||| Stepping ~*~*~tactically~*~*~ (outnumbered).
 24475 | D:5      | 24475 ||| Stepping ~*~*~tactically~*~*~ (outnumbered).
 24477 | D:5      | 24477 ||| Stepping ~*~*~tactically~*~*~ (outnumbered).
 24479 | D:5      | 24479 ||| Stepping ~*~*~tactically~*~*~ (outnumbered).
 24482 | D:5      | 24482 ||| Stepping ~*~*~tactically~*~*~ (outnumbered).
 24484 | D:5      | 24484 ||| Stepping ~*~*~tactically~*~*~ (outnumbered).
 24486 | D:5      | 24486 ||| Stepping ~*~*~tactically~*~*~ (outnumbered).
 24488 | D:5      | 24488 ||| Stepping ~*~*~tactically~*~*~ (outnumbered).
 24490 | D:5      | 24490 ||| Stepping ~*~*~tactically~*~*~ (outnumbered).
 24492 | D:5      | 24492 ||| Stepping ~*~*~tactically~*~*~ (outnumbered).
 24494 | D:5      | 24494 ||| Stepping ~*~*~tactically~*~*~ (outnumbered).
 24496 | D:5      | 24496 ||| Stepping ~*~*~tactically~*~*~ (outnumbered).
 24498 | D:5      | 24498 ||| Stepping ~*~*~tactically~*~*~ (outnumbered).
 24500 | D:5      | 24500 ||| Stepping ~*~*~tactically~*~*~ (outnumbered).
 24502 | D:5      | 24502 ||| Stepping ~*~*~tactically~*~*~ (outnumbered).
 24504 | D:5      | 24504 ||| Stepping ~*~*~tactically~*~*~ (outnumbered).
 24506 | D:5      | 24506 ||| Stepping ~*~*~tactically~*~*~ (outnumbered).
 24508 | D:5      | 24508 ||| Stepping ~*~*~tactically~*~*~ (outnumbered).
 24513 | D:5      | 24513 ||| Stepping ~*~*~tactically~*~*~ (outnumbered).
 24515 | D:5      | 24515 ||| Stepping ~*~*~tactically~*~*~ (outnumbered).
 24517 | D:5      | 24517 ||| Stepping ~*~*~tactically~*~*~ (outnumbered).
 24519 | D:5      | 24519 ||| Stepping ~*~*~tactically~*~*~ (outnumbered).
 24521 | D:5      | 24521 ||| Stepping ~*~*~tactically~*~*~ (outnumbered).
 24523 | D:5      | 24523 ||| Stepping ~*~*~tactically~*~*~ (outnumbered).
 24525 | D:5      | 24525 ||| Stepping ~*~*~tactically~*~*~ (outnumbered).
 24527 | D:5      | 24527 ||| Stepping ~*~*~tactically~*~*~ (outnumbered).
 24529 | D:5      | 24529 ||| Stepping ~*~*~tactically~*~*~ (outnumbered).
 24531 | D:5      | 24531 ||| Stepping ~*~*~tactically~*~*~ (outnumbered).
 24533 | D:5      | 24533 ||| Stepping ~*~*~tactically~*~*~ (outnumbered).
 24535 | D:5      | 24535 ||| Stepping ~*~*~tactically~*~*~ (outnumbered).
 24537 | D:5      | 24537 ||| Stepping ~*~*~tactically~*~*~ (outnumbered).
 24539 | D:5      | 24539 ||| Stepping ~*~*~tactically~*~*~ (outnumbered).
 24541 | D:5      | 24541 ||| Stepping ~*~*~tactically~*~*~ (outnumbered).
 24543 | D:5      | 24543 ||| Stepping ~*~*~tactically~*~*~ (outnumbered).
 24545 | D:5      | 24545 ||| Stepping ~*~*~tactically~*~*~ (outnumbered).
 24547 | D:5      | 24547 ||| Stepping ~*~*~tactically~*~*~ (outnumbered).
 24549 | D:5      | 24549 ||| Stepping ~*~*~tactically~*~*~ (outnumbered).
 24551 | D:5      | 24551 ||| Stepping ~*~*~tactically~*~*~ (outnumbered).
 24553 | D:5      | 24553 ||| Stepping ~*~*~tactically~*~*~ (outnumbered).
 24555 | D:5      | 24555 ||| Stepping ~*~*~tactically~*~*~ (outnumbered).
 24557 | D:5      | 24557 ||| Stepping ~*~*~tactically~*~*~ (outnumbered).
 24559 | D:5      | 24559 ||| Stepping ~*~*~tactically~*~*~ (outnumbered).
 24561 | D:5      | 24561 ||| Stepping ~*~*~tactically~*~*~ (outnumbered).
 24563 | D:5      | 24563 ||| Stepping ~*~*~tactically~*~*~ (outnumbered).
 24565 | D:5      | 24565 ||| Stepping ~*~*~tactically~*~*~ (outnumbered).
 24567 | D:5      | 24567 ||| Stepping ~*~*~tactically~*~*~ (outnumbered).
 24569 | D:5      | 24569 ||| Stepping ~*~*~tactically~*~*~ (outnumbered).
 24572 | D:5      | 24572 ||| Stepping ~*~*~tactically~*~*~ (outnumbered).
 24574 | D:5      | 24574 ||| Stepping ~*~*~tactically~*~*~ (outnumbered).
 24576 | D:5      | 24576 ||| Stepping ~*~*~tactically~*~*~ (outnumbered).
 24578 | D:5      | 24578 ||| Stepping ~*~*~tactically~*~*~ (outnumbered).
 24580 | D:5      | 24580 ||| Stepping ~*~*~tactically~*~*~ (outnumbered).
 24582 | D:5      | 24582 ||| Stepping ~*~*~tactically~*~*~ (outnumbered).
 24586 | D:5      | 24586 ||| Stepping ~*~*~tactically~*~*~ (outnumbered).
 24588 | D:5      | 24588 ||| Stepping ~*~*~tactically~*~*~ (outnumbered).
 24590 | D:5      | 24590 ||| Stepping ~*~*~tactically~*~*~ (outnumbered).
 24592 | D:5      | 24592 ||| Stepping ~*~*~tactically~*~*~ (outnumbered).
 24594 | D:5      | 24594 ||| Stepping ~*~*~tactically~*~*~ (outnumbered).
 24596 | D:5      | 24596 ||| Stepping ~*~*~tactically~*~*~ (outnumbered).
 24598 | D:5      | 24598 ||| Stepping ~*~*~tactically~*~*~ (outnumbered).
 24600 | D:5      | 24600 ||| Stepping ~*~*~tactically~*~*~ (outnumbered).
 24602 | D:5      | 24602 ||| Stepping ~*~*~tactically~*~*~ (outnumbered).
 24604 | D:5      | 24604 ||| Stepping ~*~*~tactically~*~*~ (outnumbered).
 24607 | D:5      | 24607 ||| Stepping ~*~*~tactically~*~*~ (outnumbered).
 24611 | D:5      | 24611 ||| Stepping ~*~*~tactically~*~*~ (outnumbered).
 24613 | D:5      | 24613 ||| Stepping ~*~*~tactically~*~*~ (outnumbered).
 24615 | D:5      | 24615 ||| Stepping ~*~*~tactically~*~*~ (outnumbered).
 24617 | D:5      | 24617 ||| Stepping ~*~*~tactically~*~*~ (outnumbered).
 24619 | D:5      | 24619 ||| Stepping ~*~*~tactically~*~*~ (outnumbered).
 24622 | D:5      | 24622 ||| Stepping ~*~*~tactically~*~*~ (outnumbered).
 24624 | D:5      | 24624 ||| Stepping ~*~*~tactically~*~*~ (outnumbered).
 24626 | D:5      | 24626 ||| Stepping ~*~*~tactically~*~*~ (outnumbered).
 24628 | D:5      | 24628 ||| Stepping ~*~*~tactically~*~*~ (outnumbered).
 24630 | D:5      | 24630 ||| Stepping ~*~*~tactically~*~*~ (outnumbered).
 24633 | D:5      | 24633 ||| Stepping ~*~*~tactically~*~*~ (outnumbered).
 24636 | D:5      | 24636 ||| Stepping ~*~*~tactically~*~*~ (outnumbered).
 24638 | D:5      | 24638 ||| Stepping ~*~*~tactically~*~*~ (outnumbered).
 24640 | D:5      | 24640 ||| Stepping ~*~*~tactically~*~*~ (outnumbered).
 24642 | D:5      | 24642 ||| Stepping ~*~*~tactically~*~*~ (outnumbered).
 24644 | D:5      | 24644 ||| Stepping ~*~*~tactically~*~*~ (outnumbered).
 24646 | D:5      | 24646 ||| Stepping ~*~*~tactically~*~*~ (outnumbered).
 24648 | D:5      | 24648 ||| Stepping ~*~*~tactically~*~*~ (outnumbered).
 24650 | D:5      | 24650 ||| Stepping ~*~*~tactically~*~*~ (outnumbered).
 24652 | D:5      | 24652 ||| Stepping ~*~*~tactically~*~*~ (outnumbered).
 24654 | D:5      | 24654 ||| Stepping ~*~*~tactically~*~*~ (outnumbered).
 24656 | D:5      | 24656 ||| Stepping ~*~*~tactically~*~*~ (outnumbered).
 24658 | D:5      | 24658 ||| Stepping ~*~*~tactically~*~*~ (outnumbered).
 24660 | D:5      | 24660 ||| Stepping ~*~*~tactically~*~*~ (outnumbered).
 24662 | D:5      | 24662 ||| Stepping ~*~*~tactically~*~*~ (outnumbered).
 24667 | D:5      | 24667 ||| Stepping ~*~*~tactically~*~*~ (outnumbered).
 24670 | D:5      | 24670 ||| Stepping ~*~*~tactically~*~*~ (outnumbered).
 24672 | D:5      | 24672 ||| Stepping ~*~*~tactically~*~*~ (outnumbered).
 24674 | D:5      | 24674 ||| Stepping ~*~*~tactically~*~*~ (outnumbered).
 24676 | D:5      | 24676 ||| Stepping ~*~*~tactically~*~*~ (outnumbered).
 24678 | D:5      | 24678 ||| Stepping ~*~*~tactically~*~*~ (outnumbered).
 24680 | D:5      | 24680 ||| Stepping ~*~*~tactically~*~*~ (outnumbered).
 24682 | D:5      | 24682 ||| Stepping ~*~*~tactically~*~*~ (outnumbered).
 24684 | D:5      | 24684 ||| Stepping ~*~*~tactically~*~*~ (outnumbered).
 24686 | D:5      | 24686 ||| Stepping ~*~*~tactically~*~*~ (outnumbered).
 24688 | D:5      | 24688 ||| Stepping ~*~*~tactically~*~*~ (outnumbered).
 24690 | D:5      | 24690 ||| Stepping ~*~*~tactically~*~*~ (outnumbered).
 24692 | D:5      | 24692 ||| Stepping ~*~*~tactically~*~*~ (outnumbered).
 24694 | D:5      | 24694 ||| Stepping ~*~*~tactically~*~*~ (outnumbered).
 24696 | D:5      | 24696 ||| Stepping ~*~*~tactically~*~*~ (outnumbered).
 24698 | D:5      | 24698 ||| Stepping ~*~*~tactically~*~*~ (outnumbered).
 24700 | D:5      | 24700 ||| Stepping ~*~*~tactically~*~*~ (outnumbered).
 24702 | D:5      | 24702 ||| Stepping ~*~*~tactically~*~*~ (outnumbered).
 24704 | D:5      | 24704 ||| Stepping ~*~*~tactically~*~*~ (outnumbered).
 24706 | D:5      | 24706 ||| Stepping ~*~*~tactically~*~*~ (outnumbered).
 24708 | D:5      | 24708 ||| Stepping ~*~*~tactically~*~*~ (outnumbered).
 24711 | D:5      | 24711 ||| Stepping ~*~*~tactically~*~*~ (outnumbered).
 24715 | D:5      | 24715 ||| Stepping ~*~*~tactically~*~*~ (outnumbered).
 24717 | D:5      | 24717 ||| Stepping ~*~*~tactically~*~*~ (outnumbered).
 24719 | D:5      | 24719 ||| Stepping ~*~*~tactically~*~*~ (outnumbered).
 24721 | D:5      | 24721 ||| Stepping ~*~*~tactically~*~*~ (outnumbered).
 24724 | D:5      | 24724 ||| Stepping ~*~*~tactically~*~*~ (outnumbered).
 24726 | D:5      | 24726 ||| Stepping ~*~*~tactically~*~*~ (outnumbered).
 24728 | D:5      | 24728 ||| Stepping ~*~*~tactically~*~*~ (outnumbered).
 24730 | D:5      | 24730 ||| Stepping ~*~*~tactically~*~*~ (outnumbered).
 24732 | D:5      | 24732 ||| Stepping ~*~*~tactically~*~*~ (outnumbered).
 24735 | D:5      | 24735 ||| Stepping ~*~*~tactically~*~*~ (outnumbered).
 24737 | D:5      | 24737 ||| Stepping ~*~*~tactically~*~*~ (outnumbered).
 24739 | D:5      | 24739 ||| Stepping ~*~*~tactically~*~*~ (outnumbered).
 24741 | D:5      | 24741 ||| Stepping ~*~*~tactically~*~*~ (outnumbered).
 24743 | D:5      | 24743 ||| Stepping ~*~*~tactically~*~*~ (outnumbered).
 24745 | D:5      | 24745 ||| Stepping ~*~*~tactically~*~*~ (outnumbered).
 24747 | D:5      | 24747 ||| Stepping ~*~*~tactically~*~*~ (outnumbered).
 24749 | D:5      | 24749 ||| Stepping ~*~*~tactically~*~*~ (outnumbered).
 24752 | D:5      | 24752 ||| Stepping ~*~*~tactically~*~*~ (outnumbered).
 24754 | D:5      | 24754 ||| Stepping ~*~*~tactically~*~*~ (outnumbered).
 24759 | D:5      | 24759 ||| Stepping ~*~*~tactically~*~*~ (outnumbered).
 24761 | D:5      | 24761 ||| Stepping ~*~*~tactically~*~*~ (outnumbered).
 24763 | D:5      | 24763 ||| Stepping ~*~*~tactically~*~*~ (outnumbered).
 24765 | D:5      | 24765 ||| Stepping ~*~*~tactically~*~*~ (outnumbered).
 24767 | D:5      | 24767 ||| Stepping ~*~*~tactically~*~*~ (outnumbered).
 24769 | D:5      | 24769 ||| Stepping ~*~*~tactically~*~*~ (outnumbered).
 24771 | D:5      | 24771 ||| Stepping ~*~*~tactically~*~*~ (outnumbered).
 24773 | D:5      | 24773 ||| Stepping ~*~*~tactically~*~*~ (outnumbered).
 24775 | D:5      | 24775 ||| Stepping ~*~*~tactically~*~*~ (outnumbered).
 24777 | D:5      | 24777 ||| Stepping ~*~*~tactically~*~*~ (outnumbered).
 24779 | D:5      | 24779 ||| Stepping ~*~*~tactically~*~*~ (outnumbered).
 24781 | D:5      | 24781 ||| Stepping ~*~*~tactically~*~*~ (outnumbered).
 24783 | D:5      | 24783 ||| Stepping ~*~*~tactically~*~*~ (outnumbered).
 24787 | D:5      | 24787 ||| Stepping ~*~*~tactically~*~*~ (outnumbered).
 24790 | D:5      | 24790 ||| Stepping ~*~*~tactically~*~*~ (outnumbered).
 24792 | D:5      | 24792 ||| Stepping ~*~*~tactically~*~*~ (outnumbered).
 24794 | D:5      | 24794 ||| Stepping ~*~*~tactically~*~*~ (outnumbered).
 24796 | D:5      | 24796 ||| Stepping ~*~*~tactically~*~*~ (outnumbered).
 24799 | D:5      | 24799 ||| Stepping ~*~*~tactically~*~*~ (outnumbered).
 24801 | D:5      | 24801 ||| Stepping ~*~*~tactically~*~*~ (outnumbered).
 24803 | D:5      | 24803 ||| Stepping ~*~*~tactically~*~*~ (outnumbered).
 24805 | D:5      | 24805 ||| Stepping ~*~*~tactically~*~*~ (outnumbered).
 24808 | D:5      | 24808 ||| Stepping ~*~*~tactically~*~*~ (outnumbered).
 24810 | D:5      | 24810 ||| Stepping ~*~*~tactically~*~*~ (outnumbered).
 24812 | D:5      | 24812 ||| Stepping ~*~*~tactically~*~*~ (outnumbered).
 24814 | D:5      | 24814 ||| Stepping ~*~*~tactically~*~*~ (outnumbered).
 24816 | D:5      | 24816 ||| Stepping ~*~*~tactically~*~*~ (outnumbered).
 24818 | D:5      | 24818 ||| Stepping ~*~*~tactically~*~*~ (outnumbered).
 24820 | D:5      | 24820 ||| Stepping ~*~*~tactically~*~*~ (outnumbered).
 24822 | D:5      | 24822 ||| Stepping ~*~*~tactically~*~*~ (outnumbered).
 24824 | D:5      | 24824 ||| Stepping ~*~*~tactically~*~*~ (outnumbered).
 24826 | D:5      | 24826 ||| Stepping ~*~*~tactically~*~*~ (outnumbered).
 24828 | D:5      | 24828 ||| Stepping ~*~*~tactically~*~*~ (outnumbered).
 24830 | D:5      | 24830 ||| Stepping ~*~*~tactically~*~*~ (outnumbered).
 24832 | D:5      | 24832 ||| Stepping ~*~*~tactically~*~*~ (outnumbered).
 24834 | D:5      | 24834 ||| Stepping ~*~*~tactically~*~*~ (outnumbered).
 24836 | D:5      | 24836 ||| Stepping ~*~*~tactically~*~*~ (outnumbered).
 24838 | D:5      | 24838 ||| Stepping ~*~*~tactically~*~*~ (outnumbered).
 24840 | D:5      | 24840 ||| Stepping ~*~*~tactically~*~*~ (outnumbered).
 24842 | D:5      | 24842 ||| Stepping ~*~*~tactically~*~*~ (outnumbered).
 24844 | D:5      | 24844 ||| Stepping ~*~*~tactically~*~*~ (outnumbered).
 24846 | D:5      | 24846 ||| Stepping ~*~*~tactically~*~*~ (outnumbered).
 24848 | D:5      | 24848 ||| Stepping ~*~*~tactically~*~*~ (outnumbered).
 24850 | D:5      | 24850 ||| Stepping ~*~*~tactically~*~*~ (outnumbered).
 24852 | D:5      | 24852 ||| Stepping ~*~*~tactically~*~*~ (outnumbered).
 24854 | D:5      | 24854 ||| Stepping ~*~*~tactically~*~*~ (outnumbered).
 24856 | D:5      | 24856 ||| Stepping ~*~*~tactically~*~*~ (outnumbered).
 24858 | D:5      | 24858 ||| Stepping ~*~*~tactically~*~*~ (outnumbered).
 24860 | D:5      | 24860 ||| Stepping ~*~*~tactically~*~*~ (outnumbered).
 24862 | D:5      | 24862 ||| Stepping ~*~*~tactically~*~*~ (outnumbered).
 24864 | D:5      | 24864 ||| Stepping ~*~*~tactically~*~*~ (outnumbered).
 24866 | D:5      | 24866 ||| Stepping ~*~*~tactically~*~*~ (outnumbered).
 24868 | D:5      | 24868 ||| Stepping ~*~*~tactically~*~*~ (outnumbered).
 24872 | D:5      | 24872 ||| Stepping ~*~*~tactically~*~*~ (outnumbered).
 24874 | D:5      | 24874 ||| Stepping ~*~*~tactically~*~*~ (outnumbered).
 24876 | D:5      | 24876 ||| Stepping ~*~*~tactically~*~*~ (outnumbered).
 24878 | D:5      | 24878 ||| Stepping ~*~*~tactically~*~*~ (outnumbered).
 24880 | D:5      | 24880 ||| Stepping ~*~*~tactically~*~*~ (outnumbered).
 24882 | D:5      | 24882 ||| Stepping ~*~*~tactically~*~*~ (outnumbered).
 24884 | D:5      | 24884 ||| Stepping ~*~*~tactically~*~*~ (outnumbered).
 24886 | D:5      | 24886 ||| Stepping ~*~*~tactically~*~*~ (outnumbered).
 24888 | D:5      | 24888 ||| Stepping ~*~*~tactically~*~*~ (outnumbered).
 24890 | D:5      | 24890 ||| Stepping ~*~*~tactically~*~*~ (outnumbered).
 24892 | D:5      | 24892 ||| Stepping ~*~*~tactically~*~*~ (outnumbered).
 24894 | D:5      | 24894 ||| Stepping ~*~*~tactically~*~*~ (outnumbered).
 24896 | D:5      | 24896 ||| Stepping ~*~*~tactically~*~*~ (outnumbered).
 24898 | D:5      | 24898 ||| Stepping ~*~*~tactically~*~*~ (outnumbered).
 24900 | D:5      | 24900 ||| Stepping ~*~*~tactically~*~*~ (outnumbered).
 24902 | D:5      | 24902 ||| Stepping ~*~*~tactically~*~*~ (outnumbered).
 24904 | D:5      | 24904 ||| Stepping ~*~*~tactically~*~*~ (outnumbered).
 24906 | D:5      | 24906 ||| Stepping ~*~*~tactically~*~*~ (outnumbered).
 24908 | D:5      | 24908 ||| Stepping ~*~*~tactically~*~*~ (outnumbered).
 24910 | D:5      | 24910 ||| Stepping ~*~*~tactically~*~*~ (outnumbered).
 24912 | D:5      | 24912 ||| Stepping ~*~*~tactically~*~*~ (outnumbered).
 24916 | D:5      | 24916 ||| Stepping ~*~*~tactically~*~*~ (outnumbered).
 24918 | D:5      | 24918 ||| Stepping ~*~*~tactically~*~*~ (outnumbered).
 24921 | D:5      | 24921 ||| Stepping ~*~*~tactically~*~*~ (outnumbered).
 24926 | D:5      | 24926 ||| Stepping ~*~*~tactically~*~*~ (outnumbered).
 24928 | D:5      | 24928 ||| Stepping ~*~*~tactically~*~*~ (outnumbered).
 24930 | D:5      | 24930 ||| Stepping ~*~*~tactically~*~*~ (outnumbered).
 24932 | D:5      | 24932 ||| Stepping ~*~*~tactically~*~*~ (outnumbered).
 24934 | D:5      | 24934 ||| Stepping ~*~*~tactically~*~*~ (outnumbered).
 24936 | D:5      | 24936 ||| Stepping ~*~*~tactically~*~*~ (outnumbered).
 24938 | D:5      | 24938 ||| Stepping ~*~*~tactically~*~*~ (outnumbered).
 24940 | D:5      | 24940 ||| Stepping ~*~*~tactically~*~*~ (outnumbered).
 24942 | D:5      | 24942 ||| Stepping ~*~*~tactically~*~*~ (outnumbered).
 24944 | D:5      | 24944 ||| Stepping ~*~*~tactically~*~*~ (outnumbered).
 24946 | D:5      | 24946 ||| Stepping ~*~*~tactically~*~*~ (outnumbered).
 24948 | D:5      | 24948 ||| Stepping ~*~*~tactically~*~*~ (outnumbered).
 24950 | D:5      | 24950 ||| Stepping ~*~*~tactically~*~*~ (outnumbered).
 24952 | D:5      | 24952 ||| Stepping ~*~*~tactically~*~*~ (outnumbered).
 24954 | D:5      | 24954 ||| Stepping ~*~*~tactically~*~*~ (outnumbered).
 24956 | D:5      | 24956 ||| Stepping ~*~*~tactically~*~*~ (outnumbered).
 24958 | D:5      | 24958 ||| Stepping ~*~*~tactically~*~*~ (outnumbered).
 24961 | D:5      | 24961 ||| Stepping ~*~*~tactically~*~*~ (outnumbered).
 24963 | D:5      | 24963 ||| Stepping ~*~*~tactically~*~*~ (outnumbered).
 24965 | D:5      | 24965 ||| Stepping ~*~*~tactically~*~*~ (outnumbered).
 24967 | D:5      | 24967 ||| Stepping ~*~*~tactically~*~*~ (outnumbered).
 24969 | D:5      | 24969 ||| Stepping ~*~*~tactically~*~*~ (outnumbered).
 24971 | D:5      | 24971 ||| Stepping ~*~*~tactically~*~*~ (outnumbered).
 24973 | D:5      | 24973 ||| Stepping ~*~*~tactically~*~*~ (outnumbered).
 24975 | D:5      | 24975 ||| Stepping ~*~*~tactically~*~*~ (outnumbered).
 24977 | D:5      | 24977 ||| Stepping ~*~*~tactically~*~*~ (outnumbered).
 24979 | D:5      | 24979 ||| Stepping ~*~*~tactically~*~*~ (outnumbered).
 24981 | D:5      | 24981 ||| Stepping ~*~*~tactically~*~*~ (outnumbered).
 24983 | D:5      | 24983 ||| Stepping ~*~*~tactically~*~*~ (outnumbered).
 24985 | D:5      | 24985 ||| Stepping ~*~*~tactically~*~*~ (outnumbered).
 24987 | D:5      | 24987 ||| Stepping ~*~*~tactically~*~*~ (outnumbered).
 24989 | D:5      | 24989 ||| Stepping ~*~*~tactically~*~*~ (outnumbered).
 24993 | D:5      | 24993 ||| Stepping ~*~*~tactically~*~*~ (outnumbered).
 24995 | D:5      | 24995 ||| Stepping ~*~*~tactically~*~*~ (outnumbered).
 24997 | D:5      | 24997 ||| Stepping ~*~*~tactically~*~*~ (outnumbered).
 24999 | D:5      | 24999 ||| Stepping ~*~*~tactically~*~*~ (outnumbered).
 25001 | D:5      | 25001 ||| Stepping ~*~*~tactically~*~*~ (outnumbered).
 25003 | D:5      | 25003 ||| Stepping ~*~*~tactically~*~*~ (outnumbered).
 25005 | D:5      | 25005 ||| Stepping ~*~*~tactically~*~*~ (outnumbered).
 25010 | D:5      | 25010 ||| Stepping ~*~*~tactically~*~*~ (outnumbered).
 25012 | D:5      | 25012 ||| Stepping ~*~*~tactically~*~*~ (outnumbered).
 25016 | D:5      | 25016 ||| Stepping ~*~*~tactically~*~*~ (outnumbered).
 25018 | D:5      | 25018 ||| Stepping ~*~*~tactically~*~*~ (outnumbered).
 25020 | D:5      | 25020 ||| Stepping ~*~*~tactically~*~*~ (outnumbered).
 25022 | D:5      | 25022 ||| Stepping ~*~*~tactically~*~*~ (outnumbered).
 25024 | D:5      | 25024 ||| Stepping ~*~*~tactically~*~*~ (outnumbered).
 25026 | D:5      | 25026 ||| Stepping ~*~*~tactically~*~*~ (outnumbered).
 25028 | D:5      | 25028 ||| Stepping ~*~*~tactically~*~*~ (outnumbered).
 25030 | D:5      | 25030 ||| Stepping ~*~*~tactically~*~*~ (outnumbered).
 25032 | D:5      | 25032 ||| Stepping ~*~*~tactically~*~*~ (outnumbered).
 25034 | D:5      | 25034 ||| Stepping ~*~*~tactically~*~*~ (outnumbered).
 25037 | D:5      | 25037 ||| Stepping ~*~*~tactically~*~*~ (outnumbered).
 25039 | D:5      | 25039 ||| Stepping ~*~*~tactically~*~*~ (outnumbered).
 25041 | D:5      | 25041 ||| Stepping ~*~*~tactically~*~*~ (outnumbered).
 25043 | D:5      | 25043 ||| Stepping ~*~*~tactically~*~*~ (outnumbered).
 25045 | D:5      | 25045 ||| Stepping ~*~*~tactically~*~*~ (outnumbered).
 25047 | D:5      | 25047 ||| Stepping ~*~*~tactically~*~*~ (outnumbered).
 25049 | D:5      | 25049 ||| Stepping ~*~*~tactically~*~*~ (outnumbered).
 25051 | D:5      | 25051 ||| Stepping ~*~*~tactically~*~*~ (outnumbered).
 25053 | D:5      | 25053 ||| Stepping ~*~*~tactically~*~*~ (outnumbered).
 25055 | D:5      | 25055 ||| Stepping ~*~*~tactically~*~*~ (outnumbered).
 25057 | D:5      | 25057 ||| Stepping ~*~*~tactically~*~*~ (outnumbered).
 25059 | D:5      | 25059 ||| Stepping ~*~*~tactically~*~*~ (outnumbered).
 25061 | D:5      | 25061 ||| Stepping ~*~*~tactically~*~*~ (outnumbered).
 25063 | D:5      | 25063 ||| Stepping ~*~*~tactically~*~*~ (outnumbered).
 25065 | D:5      | 25065 ||| Stepping ~*~*~tactically~*~*~ (outnumbered).
 25070 | D:5      | 25070 ||| Stepping ~*~*~tactically~*~*~ (outnumbered).
 25072 | D:5      | 25072 ||| Stepping ~*~*~tactically~*~*~ (outnumbered).
 25074 | D:5      | 25074 ||| Stepping ~*~*~tactically~*~*~ (outnumbered).
 25076 | D:5      | 25076 ||| Stepping ~*~*~tactically~*~*~ (outnumbered).
 25078 | D:5      | 25078 ||| Stepping ~*~*~tactically~*~*~ (outnumbered).
 25080 | D:5      | 25080 ||| Stepping ~*~*~tactically~*~*~ (outnumbered).
 25082 | D:5      | 25082 ||| Stepping ~*~*~tactically~*~*~ (outnumbered).
 25085 | D:5      | 25085 ||| Stepping ~*~*~tactically~*~*~ (outnumbered).
 25087 | D:5      | 25087 ||| Stepping ~*~*~tactically~*~*~ (outnumbered).
 25089 | D:5      | 25089 ||| Stepping ~*~*~tactically~*~*~ (outnumbered).
 25092 | D:5      | 25092 ||| Stepping ~*~*~tactically~*~*~ (outnumbered).
 25094 | D:5      | 25094 ||| Stepping ~*~*~tactically~*~*~ (outnumbered).
 25096 | D:5      | 25096 ||| Stepping ~*~*~tactically~*~*~ (outnumbered).
 25098 | D:5      | 25098 ||| Stepping ~*~*~tactically~*~*~ (outnumbered).
 25100 | D:5      | 25100 ||| Stepping ~*~*~tactically~*~*~ (outnumbered).
 25102 | D:5      | 25102 ||| Stepping ~*~*~tactically~*~*~ (outnumbered).
 25104 | D:5      | 25104 ||| Stepping ~*~*~tactically~*~*~ (outnumbered).
 25106 | D:5      | 25106 ||| Stepping ~*~*~tactically~*~*~ (outnumbered).
 25108 | D:5      | 25108 ||| Stepping ~*~*~tactically~*~*~ (outnumbered).
 25110 | D:5      | 25110 ||| Stepping ~*~*~tactically~*~*~ (outnumbered).
 25112 | D:5      | 25112 ||| Stepping ~*~*~tactically~*~*~ (outnumbered).
 25116 | D:5      | 25116 ||| Stepping ~*~*~tactically~*~*~ (outnumbered).
 25118 | D:5      | 25118 ||| Stepping ~*~*~tactically~*~*~ (outnumbered).
 25120 | D:5      | 25120 ||| Stepping ~*~*~tactically~*~*~ (outnumbered).
 25122 | D:5      | 25122 ||| Stepping ~*~*~tactically~*~*~ (outnumbered).
 25124 | D:5      | 25124 ||| Stepping ~*~*~tactically~*~*~ (outnumbered).
 25126 | D:5      | 25126 ||| Stepping ~*~*~tactically~*~*~ (outnumbered).
 25128 | D:5      | 25128 ||| Stepping ~*~*~tactically~*~*~ (outnumbered).
 25130 | D:5      | 25130 ||| Stepping ~*~*~tactically~*~*~ (outnumbered).
 25132 | D:5      | 25132 ||| Stepping ~*~*~tactically~*~*~ (outnumbered).
 25134 | D:5      | 25134 ||| Stepping ~*~*~tactically~*~*~ (outnumbered).
 25136 | D:5      | 25136 ||| Stepping ~*~*~tactically~*~*~ (outnumbered).
 25138 | D:5      | 25138 ||| Stepping ~*~*~tactically~*~*~ (outnumbered).
 25140 | D:5      | 25140 ||| Stepping ~*~*~tactically~*~*~ (outnumbered).
 25142 | D:5      | 25142 ||| Stepping ~*~*~tactically~*~*~ (outnumbered).
 25144 | D:5      | 25144 ||| Stepping ~*~*~tactically~*~*~ (outnumbered).
 25146 | D:5      | 25146 ||| Stepping ~*~*~tactically~*~*~ (outnumbered).
 25148 | D:5      | 25148 ||| Stepping ~*~*~tactically~*~*~ (outnumbered).
 25150 | D:5      | 25150 ||| Stepping ~*~*~tactically~*~*~ (outnumbered).
 25152 | D:5      | 25152 ||| Stepping ~*~*~tactically~*~*~ (outnumbered).
 25154 | D:5      | 25154 ||| Stepping ~*~*~tactically~*~*~ (outnumbered).
 25156 | D:5      | 25156 ||| Stepping ~*~*~tactically~*~*~ (outnumbered).
 25160 | D:5      | 25160 ||| Stepping ~*~*~tactically~*~*~ (outnumbered).
 25162 | D:5      | 25162 ||| Stepping ~*~*~tactically~*~*~ (outnumbered).
 25164 | D:5      | 25164 ||| Stepping ~*~*~tactically~*~*~ (outnumbered).
 25166 | D:5      | 25166 ||| Stepping ~*~*~tactically~*~*~ (outnumbered).
 25168 | D:5      | 25168 ||| Stepping ~*~*~tactically~*~*~ (outnumbered).
 25170 | D:5      | 25170 ||| Stepping ~*~*~tactically~*~*~ (outnumbered).
 25172 | D:5      | 25172 ||| Stepping ~*~*~tactically~*~*~ (outnumbered).
 25174 | D:5      | 25174 ||| Stepping ~*~*~tactically~*~*~ (outnumbered).
 25176 | D:5      | 25176 ||| Stepping ~*~*~tactically~*~*~ (outnumbered).
 25178 | D:5      | 25178 ||| Stepping ~*~*~tactically~*~*~ (outnumbered).
 25183 | D:5      | 25183 ||| Stepping ~*~*~tactically~*~*~ (outnumbered).
 25187 | D:5      | 25187 ||| Stepping ~*~*~tactically~*~*~ (outnumbered).
 25189 | D:5      | 25189 ||| Stepping ~*~*~tactically~*~*~ (outnumbered).
 25191 | D:5      | 25191 ||| Stepping ~*~*~tactically~*~*~ (outnumbered).
 25195 | D:5      | 25195 ||| Stepping ~*~*~tactically~*~*~ (outnumbered).
 25197 | D:5      | 25197 ||| Stepping ~*~*~tactically~*~*~ (outnumbered).
 25199 | D:5      | 25199 ||| Stepping ~*~*~tactically~*~*~ (outnumbered).
 25201 | D:5      | 25201 ||| Stepping ~*~*~tactically~*~*~ (outnumbered).
 25203 | D:5      | 25203 ||| Stepping ~*~*~tactically~*~*~ (outnumbered).
 25205 | D:5      | 25205 ||| Stepping ~*~*~tactically~*~*~ (outnumbered).
 25207 | D:5      | 25207 ||| Stepping ~*~*~tactically~*~*~ (outnumbered).
 25209 | D:5      | 25209 ||| Stepping ~*~*~tactically~*~*~ (outnumbered).
 25211 | D:5      | 25211 ||| Stepping ~*~*~tactically~*~*~ (outnumbered).
 25213 | D:5      | 25213 ||| Stepping ~*~*~tactically~*~*~ (outnumbered).
 25215 | D:5      | 25215 ||| Stepping ~*~*~tactically~*~*~ (outnumbered).
 25217 | D:5      | 25217 ||| Stepping ~*~*~tactically~*~*~ (outnumbered).
 25219 | D:5      | 25219 ||| Stepping ~*~*~tactically~*~*~ (outnumbered).
 25221 | D:5      | 25221 ||| Stepping ~*~*~tactically~*~*~ (outnumbered).
 25223 | D:5      | 25223 ||| Stepping ~*~*~tactically~*~*~ (outnumbered).
 25225 | D:5      | 25225 ||| Stepping ~*~*~tactically~*~*~ (outnumbered).
 25227 | D:5      | 25227 ||| Stepping ~*~*~tactically~*~*~ (outnumbered).
 25229 | D:5      | 25229 ||| Stepping ~*~*~tactically~*~*~ (outnumbered).
 25231 | D:5      | 25231 ||| Stepping ~*~*~tactically~*~*~ (outnumbered).
 25233 | D:5      | 25233 ||| Stepping ~*~*~tactically~*~*~ (outnumbered).
 25235 | D:5      | 25235 ||| Stepping ~*~*~tactically~*~*~ (outnumbered).
 25237 | D:5      | 25237 ||| Stepping ~*~*~tactically~*~*~ (outnumbered).
 25239 | D:5      | 25239 ||| Stepping ~*~*~tactically~*~*~ (outnumbered).
 25241 | D:5      | 25241 ||| Stepping ~*~*~tactically~*~*~ (outnumbered).
 25245 | D:5      | 25245 ||| Stepping ~*~*~tactically~*~*~ (outnumbered).
 25247 | D:5      | 25247 ||| Stepping ~*~*~tactically~*~*~ (outnumbered).
 25249 | D:5      | 25249 ||| Stepping ~*~*~tactically~*~*~ (outnumbered).
 25251 | D:5      | 25251 ||| Stepping ~*~*~tactically~*~*~ (outnumbered).
 25253 | D:5      | 25253 ||| Stepping ~*~*~tactically~*~*~ (outnumbered).
 25255 | D:5      | 25255 ||| Stepping ~*~*~tactically~*~*~ (outnumbered).
 25257 | D:5      | 25257 ||| Stepping ~*~*~tactically~*~*~ (outnumbered).
 25261 | D:5      | 25261 ||| Stepping ~*~*~tactically~*~*~ (outnumbered).
 25263 | D:5      | 25263 ||| Stepping ~*~*~tactically~*~*~ (outnumbered).
 25265 | D:5      | 25265 ||| Stepping ~*~*~tactically~*~*~ (outnumbered).
 25267 | D:5      | 25267 ||| Stepping ~*~*~tactically~*~*~ (outnumbered).
 25269 | D:5      | 25269 ||| Stepping ~*~*~tactically~*~*~ (outnumbered).
 25271 | D:5      | 25271 ||| Stepping ~*~*~tactically~*~*~ (outnumbered).
 25273 | D:5      | 25273 ||| Stepping ~*~*~tactically~*~*~ (outnumbered).
 25275 | D:5      | 25275 ||| Stepping ~*~*~tactically~*~*~ (outnumbered).
 25277 | D:5      | 25277 ||| Stepping ~*~*~tactically~*~*~ (outnumbered).
 25279 | D:5      | 25279 ||| Stepping ~*~*~tactically~*~*~ (outnumbered).
 25281 | D:5      | 25281 ||| Stepping ~*~*~tactically~*~*~ (outnumbered).
 25283 | D:5      | 25283 ||| Stepping ~*~*~tactically~*~*~ (outnumbered).
 25285 | D:5      | 25285 ||| Stepping ~*~*~tactically~*~*~ (outnumbered).
 25287 | D:5      | 25287 ||| Stepping ~*~*~tactically~*~*~ (outnumbered).
 25289 | D:5      | 25289 ||| Stepping ~*~*~tactically~*~*~ (outnumbered).
 25291 | D:5      | 25291 ||| Stepping ~*~*~tactically~*~*~ (outnumbered).
 25293 | D:5      | 25293 ||| Stepping ~*~*~tactically~*~*~ (outnumbered).
 25295 | D:5      | 25295 ||| Stepping ~*~*~tactically~*~*~ (outnumbered).
 25297 | D:5      | 25297 ||| Stepping ~*~*~tactically~*~*~ (outnumbered).
 25299 | D:5      | 25299 ||| Stepping ~*~*~tactically~*~*~ (outnumbered).
 25301 | D:5      | 25301 ||| Stepping ~*~*~tactically~*~*~ (outnumbered).
 25303 | D:5      | 25303 ||| Stepping ~*~*~tactically~*~*~ (outnumbered).
 25305 | D:5      | 25305 ||| Stepping ~*~*~tactically~*~*~ (outnumbered).
 25307 | D:5      | 25307 ||| Stepping ~*~*~tactically~*~*~ (outnumbered).
 25309 | D:5      | 25309 ||| Stepping ~*~*~tactically~*~*~ (outnumbered).
 25311 | D:5      | 25311 ||| Stepping ~*~*~tactically~*~*~ (outnumbered).
 25313 | D:5      | 25313 ||| Stepping ~*~*~tactically~*~*~ (outnumbered).
 25315 | D:5      | 25315 ||| Stepping ~*~*~tactically~*~*~ (outnumbered).
 25317 | D:5      | 25317 ||| Stepping ~*~*~tactically~*~*~ (outnumbered).
 25321 | D:5      | 25321 ||| Stepping ~*~*~tactically~*~*~ (outnumbered).
 25323 | D:5      | 25323 ||| Stepping ~*~*~tactically~*~*~ (outnumbered).
 25325 | D:5      | 25325 ||| Stepping ~*~*~tactically~*~*~ (outnumbered).
 25327 | D:5      | 25327 ||| Stepping ~*~*~tactically~*~*~ (outnumbered).
 25329 | D:5      | 25329 ||| Stepping ~*~*~tactically~*~*~ (outnumbered).
 25331 | D:5      | 25331 ||| Stepping ~*~*~tactically~*~*~ (outnumbered).
 25333 | D:5      | 25333 ||| Stepping ~*~*~tactically~*~*~ (outnumbered).
 25335 | D:5      | 25335 ||| Stepping ~*~*~tactically~*~*~ (outnumbered).
 25337 | D:5      | 25337 ||| Stepping ~*~*~tactically~*~*~ (outnumbered).
 25339 | D:5      | 25339 ||| Stepping ~*~*~tactically~*~*~ (outnumbered).
 25341 | D:5      | 25341 ||| Stepping ~*~*~tactically~*~*~ (outnumbered).
 25343 | D:5      | 25343 ||| Stepping ~*~*~tactically~*~*~ (outnumbered).
 25345 | D:5      | 25345 ||| Stepping ~*~*~tactically~*~*~ (outnumbered).
 25347 | D:5      | 25347 ||| Stepping ~*~*~tactically~*~*~ (outnumbered).
 25349 | D:5      | 25349 ||| Stepping ~*~*~tactically~*~*~ (outnumbered).
 25351 | D:5      | 25351 ||| Stepping ~*~*~tactically~*~*~ (outnumbered).
 25353 | D:5      | 25353 ||| Stepping ~*~*~tactically~*~*~ (outnumbered).
 25355 | D:5      | 25355 ||| Stepping ~*~*~tactically~*~*~ (outnumbered).
 25359 | D:5      | 25359 ||| Stepping ~*~*~tactically~*~*~ (outnumbered).
 25361 | D:5      | 25361 ||| Stepping ~*~*~tactically~*~*~ (outnumbered).
 25363 | D:5      | 25363 ||| Stepping ~*~*~tactically~*~*~ (outnumbered).
 25365 | D:5      | 25365 ||| Stepping ~*~*~tactically~*~*~ (outnumbered).
 25367 | D:5      | 25367 ||| Stepping ~*~*~tactically~*~*~ (outnumbered).
 25369 | D:5      | 25369 ||| Stepping ~*~*~tactically~*~*~ (outnumbered).
 25371 | D:5      | 25371 ||| Stepping ~*~*~tactically~*~*~ (outnumbered).
 25373 | D:5      | 25373 ||| Stepping ~*~*~tactically~*~*~ (outnumbered).
 25375 | D:5      | 25375 ||| Stepping ~*~*~tactically~*~*~ (outnumbered).
 25377 | D:5      | 25377 ||| Stepping ~*~*~tactically~*~*~ (outnumbered).
 25380 | D:5      | 25380 ||| Stepping ~*~*~tactically~*~*~ (outnumbered).
 25382 | D:5      | 25382 ||| Stepping ~*~*~tactically~*~*~ (outnumbered).
 25384 | D:5      | 25384 ||| Stepping ~*~*~tactically~*~*~ (outnumbered).
 25386 | D:5      | 25386 ||| Stepping ~*~*~tactically~*~*~ (outnumbered).
 25388 | D:5      | 25388 ||| Stepping ~*~*~tactically~*~*~ (outnumbered).
 25390 | D:5      | 25390 ||| Stepping ~*~*~tactically~*~*~ (outnumbered).
 25392 | D:5      | 25392 ||| Stepping ~*~*~tactically~*~*~ (outnumbered).
 25394 | D:5      | 25394 ||| Stepping ~*~*~tactically~*~*~ (outnumbered).
 25396 | D:5      | 25396 ||| Stepping ~*~*~tactically~*~*~ (outnumbered).
 25398 | D:5      | 25398 ||| Stepping ~*~*~tactically~*~*~ (outnumbered).
 25400 | D:5      | 25400 ||| Stepping ~*~*~tactically~*~*~ (outnumbered).
 25402 | D:5      | 25402 ||| Stepping ~*~*~tactically~*~*~ (outnumbered).
 25405 | D:5      | 25405 ||| Stepping ~*~*~tactically~*~*~ (outnumbered).
 25407 | D:5      | 25407 ||| Stepping ~*~*~tactically~*~*~ (outnumbered).
 25409 | D:5      | 25409 ||| Stepping ~*~*~tactically~*~*~ (outnumbered).
 25411 | D:5      | 25411 ||| Stepping ~*~*~tactically~*~*~ (outnumbered).
 25414 | D:5      | 25414 ||| Stepping ~*~*~tactically~*~*~ (outnumbered).
 25416 | D:5      | 25416 ||| Stepping ~*~*~tactically~*~*~ (outnumbered).
 25418 | D:5      | 25418 ||| Stepping ~*~*~tactically~*~*~ (outnumbered).
 25420 | D:5      | 25420 ||| Stepping ~*~*~tactically~*~*~ (outnumbered).
 25422 | D:5      | 25422 ||| Stepping ~*~*~tactically~*~*~ (outnumbered).
 25426 | D:5      | 25426 ||| Stepping ~*~*~tactically~*~*~ (outnumbered).
 25428 | D:5      | 25428 ||| Stepping ~*~*~tactically~*~*~ (outnumbered).
 25430 | D:5      | 25430 ||| Stepping ~*~*~tactically~*~*~ (outnumbered).
 25432 | D:5      | 25432 ||| Stepping ~*~*~tactically~*~*~ (outnumbered).
 25434 | D:5      | 25434 ||| Stepping ~*~*~tactically~*~*~ (outnumbered).
 25436 | D:5      | 25436 ||| Stepping ~*~*~tactically~*~*~ (outnumbered).
 25438 | D:5      | 25438 ||| Stepping ~*~*~tactically~*~*~ (outnumbered).
 25440 | D:5      | 25440 ||| Stepping ~*~*~tactically~*~*~ (outnumbered).
 25442 | D:5      | 25442 ||| Stepping ~*~*~tactically~*~*~ (outnumbered).
 25444 | D:5      | 25444 ||| Stepping ~*~*~tactically~*~*~ (outnumbered).
 25446 | D:5      | 25446 ||| Stepping ~*~*~tactically~*~*~ (outnumbered).
 25448 | D:5      | 25448 ||| Stepping ~*~*~tactically~*~*~ (outnumbered).
 25450 | D:5      | 25450 ||| Stepping ~*~*~tactically~*~*~ (outnumbered).
 25452 | D:5      | 25452 ||| Stepping ~*~*~tactically~*~*~ (outnumbered).
 25454 | D:5      | 25454 ||| Stepping ~*~*~tactically~*~*~ (outnumbered).
 25456 | D:5      | 25456 ||| Stepping ~*~*~tactically~*~*~ (outnumbered).
 25460 | D:5      | 25460 ||| Stepping ~*~*~tactically~*~*~ (outnumbered).
 25462 | D:5      | 25462 ||| Stepping ~*~*~tactically~*~*~ (outnumbered).
 25464 | D:5      | 25464 ||| Stepping ~*~*~tactically~*~*~ (outnumbered).
 25466 | D:5      | 25466 ||| Stepping ~*~*~tactically~*~*~ (outnumbered).
 25468 | D:5      | 25468 ||| Stepping ~*~*~tactically~*~*~ (outnumbered).
 25470 | D:5      | 25470 ||| Stepping ~*~*~tactically~*~*~ (outnumbered).
 25472 | D:5      | 25472 ||| Stepping ~*~*~tactically~*~*~ (outnumbered).
 25474 | D:5      | 25474 ||| Stepping ~*~*~tactically~*~*~ (outnumbered).
 25476 | D:5      | 25476 ||| Stepping ~*~*~tactically~*~*~ (outnumbered).
 25480 | D:5      | 25480 ||| Stepping ~*~*~tactically~*~*~ (outnumbered).
 25482 | D:5      | 25482 ||| Stepping ~*~*~tactically~*~*~ (outnumbered).
 25484 | D:5      | 25484 ||| Stepping ~*~*~tactically~*~*~ (outnumbered).
 25486 | D:5      | 25486 ||| Stepping ~*~*~tactically~*~*~ (outnumbered).
 25488 | D:5      | 25488 ||| Stepping ~*~*~tactically~*~*~ (outnumbered).
 25490 | D:5      | 25490 ||| Stepping ~*~*~tactically~*~*~ (outnumbered).
 25492 | D:5      | 25492 ||| Stepping ~*~*~tactically~*~*~ (outnumbered).
 25494 | D:5      | 25494 ||| Stepping ~*~*~tactically~*~*~ (outnumbered).
 25496 | D:5      | 25496 ||| Stepping ~*~*~tactically~*~*~ (outnumbered).
 25498 | D:5      | 25498 ||| Stepping ~*~*~tactically~*~*~ (outnumbered).
 25500 | D:5      | 25500 ||| Stepping ~*~*~tactically~*~*~ (outnumbered).
 25502 | D:5      | 25502 ||| Stepping ~*~*~tactically~*~*~ (outnumbered).
 25504 | D:5      | 25504 ||| Stepping ~*~*~tactically~*~*~ (outnumbered).
 25506 | D:5      | 25506 ||| Stepping ~*~*~tactically~*~*~ (outnumbered).
 25510 | D:5      | 25510 ||| Stepping ~*~*~tactically~*~*~ (outnumbered).
 25512 | D:5      | 25512 ||| Stepping ~*~*~tactically~*~*~ (outnumbered).
 25514 | D:5      | 25514 ||| Stepping ~*~*~tactically~*~*~ (outnumbered).
 25516 | D:5      | 25516 ||| Stepping ~*~*~tactically~*~*~ (outnumbered).
 25518 | D:5      | 25518 ||| Stepping ~*~*~tactically~*~*~ (outnumbered).
 25520 | D:5      | 25520 ||| Stepping ~*~*~tactically~*~*~ (outnumbered).
 25522 | D:5      | 25522 ||| Stepping ~*~*~tactically~*~*~ (outnumbered).
 25524 | D:5      | 25524 ||| Stepping ~*~*~tactically~*~*~ (outnumbered).
 25526 | D:5      | 25526 ||| Stepping ~*~*~tactically~*~*~ (outnumbered).
 25528 | D:5      | 25528 ||| Stepping ~*~*~tactically~*~*~ (outnumbered).
 25530 | D:5      | 25530 ||| Stepping ~*~*~tactically~*~*~ (outnumbered).
 25532 | D:5      | 25532 ||| Stepping ~*~*~tactically~*~*~ (outnumbered).
 25536 | D:5      | 25536 ||| Stepping ~*~*~tactically~*~*~ (outnumbered).
 25538 | D:5      | 25538 ||| Stepping ~*~*~tactically~*~*~ (outnumbered).
 25540 | D:5      | 25540 ||| Stepping ~*~*~tactically~*~*~ (outnumbered).
 25542 | D:5      | 25542 ||| Stepping ~*~*~tactically~*~*~ (outnumbered).
 25544 | D:5      | 25544 ||| Stepping ~*~*~tactically~*~*~ (outnumbered).
 25547 | D:5      | 25547 ||| Stepping ~*~*~tactically~*~*~ (outnumbered).
 25550 | D:5      | 25550 ||| Stepping ~*~*~tactically~*~*~ (outnumbered).
 25555 | D:5      | 25555 ||| Stepping ~*~*~tactically~*~*~ (outnumbered).
 25557 | D:5      | 25557 ||| Stepping ~*~*~tactically~*~*~ (outnumbered).
 25561 | D:5      | 25561 ||| Stepping ~*~*~tactically~*~*~ (outnumbered).
 25563 | D:5      | 25563 ||| Stepping ~*~*~tactically~*~*~ (outnumbered).
 25565 | D:5      | 25565 ||| Stepping ~*~*~tactically~*~*~ (outnumbered).
 25567 | D:5      | 25567 ||| Stepping ~*~*~tactically~*~*~ (outnumbered).
 25570 | D:5      | 25570 ||| Stepping ~*~*~tactically~*~*~ (outnumbered).
 25572 | D:5      | 25572 ||| Stepping ~*~*~tactically~*~*~ (outnumbered).
 25574 | D:5      | 25574 ||| Stepping ~*~*~tactically~*~*~ (outnumbered).
 25577 | D:5      | 25577 ||| Stepping ~*~*~tactically~*~*~ (outnumbered).
 25579 | D:5      | 25579 ||| Stepping ~*~*~tactically~*~*~ (outnumbered).
 25581 | D:5      | 25581 ||| Stepping ~*~*~tactically~*~*~ (outnumbered).
 25583 | D:5      | 25583 ||| Stepping ~*~*~tactically~*~*~ (outnumbered).
 25585 | D:5      | 25585 ||| Stepping ~*~*~tactically~*~*~ (outnumbered).
 25589 | D:5      | 25589 ||| Stepping ~*~*~tactically~*~*~ (outnumbered).
 25591 | D:5      | 25591 ||| Stepping ~*~*~tactically~*~*~ (outnumbered).
 25593 | D:5      | 25593 ||| Stepping ~*~*~tactically~*~*~ (outnumbered).
 25595 | D:5      | 25595 ||| Stepping ~*~*~tactically~*~*~ (outnumbered).
 25597 | D:5      | 25597 ||| Stepping ~*~*~tactically~*~*~ (outnumbered).
 25599 | D:5      | 25599 ||| Stepping ~*~*~tactically~*~*~ (outnumbered).
 25601 | D:5      | 25601 ||| Stepping ~*~*~tactically~*~*~ (outnumbered).
 25603 | D:5      | 25603 ||| Stepping ~*~*~tactically~*~*~ (outnumbered).
 25605 | D:5      | 25605 ||| Stepping ~*~*~tactically~*~*~ (outnumbered).
 25607 | D:5      | 25607 ||| Stepping ~*~*~tactically~*~*~ (outnumbered).
 25609 | D:5      | 25609 ||| Stepping ~*~*~tactically~*~*~ (outnumbered).
 25611 | D:5      | 25611 ||| Stepping ~*~*~tactically~*~*~ (outnumbered).
 25613 | D:5      | 25613 ||| Stepping ~*~*~tactically~*~*~ (outnumbered).
 25615 | D:5      | 25615 ||| Stepping ~*~*~tactically~*~*~ (outnumbered).
 25617 | D:5      | 25617 ||| Stepping ~*~*~tactically~*~*~ (outnumbered).
 25619 | D:5      | 25619 ||| Stepping ~*~*~tactically~*~*~ (outnumbered).
 25623 | D:5      | 25623 ||| Stepping ~*~*~tactically~*~*~ (outnumbered).
 25625 | D:5      | 25625 ||| Stepping ~*~*~tactically~*~*~ (outnumbered).
 25627 | D:5      | 25627 ||| Stepping ~*~*~tactically~*~*~ (outnumbered).
 25629 | D:5      | 25629 ||| Stepping ~*~*~tactically~*~*~ (outnumbered).
 25631 | D:5      | 25631 ||| Stepping ~*~*~tactically~*~*~ (outnumbered).
 25633 | D:5      | 25633 ||| Stepping ~*~*~tactically~*~*~ (outnumbered).
 25635 | D:5      | 25635 ||| Stepping ~*~*~tactically~*~*~ (outnumbered).
 25637 | D:5      | 25637 ||| Stepping ~*~*~tactically~*~*~ (outnumbered).
 25640 | D:5      | 25640 ||| Stepping ~*~*~tactically~*~*~ (outnumbered).
 25642 | D:5      | 25642 ||| Stepping ~*~*~tactically~*~*~ (outnumbered).
 25644 | D:5      | 25644 ||| Stepping ~*~*~tactically~*~*~ (outnumbered).
 25646 | D:5      | 25646 ||| Stepping ~*~*~tactically~*~*~ (outnumbered).
 25648 | D:5      | 25648 ||| Stepping ~*~*~tactically~*~*~ (outnumbered).
 25652 | D:5      | 25652 ||| Stepping ~*~*~tactically~*~*~ (outnumbered).
 25654 | D:5      | 25654 ||| Stepping ~*~*~tactically~*~*~ (outnumbered).
 25656 | D:5      | 25656 ||| Stepping ~*~*~tactically~*~*~ (outnumbered).
 25658 | D:5      | 25658 ||| Stepping ~*~*~tactically~*~*~ (outnumbered).
 25660 | D:5      | 25660 ||| Stepping ~*~*~tactically~*~*~ (outnumbered).
 25662 | D:5      | 25662 ||| Stepping ~*~*~tactically~*~*~ (outnumbered).
 25664 | D:5      | 25664 ||| Stepping ~*~*~tactically~*~*~ (outnumbered).
 25666 | D:5      | 25666 ||| Stepping ~*~*~tactically~*~*~ (outnumbered).
 25668 | D:5      | 25668 ||| Stepping ~*~*~tactically~*~*~ (outnumbered).
 25670 | D:5      | 25670 ||| Stepping ~*~*~tactically~*~*~ (outnumbered).
 25672 | D:5      | 25672 ||| Stepping ~*~*~tactically~*~*~ (outnumbered).
 25674 | D:5      | 25674 ||| Stepping ~*~*~tactically~*~*~ (outnumbered).
 25676 | D:5      | 25676 ||| Stepping ~*~*~tactically~*~*~ (outnumbered).
 25678 | D:5      | 25678 ||| Stepping ~*~*~tactically~*~*~ (outnumbered).
 25680 | D:5      | 25680 ||| Stepping ~*~*~tactically~*~*~ (outnumbered).
 25682 | D:5      | 25682 ||| Stepping ~*~*~tactically~*~*~ (outnumbered).
 25686 | D:5      | 25686 ||| Stepping ~*~*~tactically~*~*~ (outnumbered).
 25690 | D:5      | 25690 ||| Stepping ~*~*~tactically~*~*~ (outnumbered).
 25692 | D:5      | 25692 ||| Stepping ~*~*~tactically~*~*~ (outnumbered).
 25694 | D:5      | 25694 ||| Stepping ~*~*~tactically~*~*~ (outnumbered).
 25696 | D:5      | 25696 ||| Stepping ~*~*~tactically~*~*~ (outnumbered).
 25698 | D:5      | 25698 ||| Stepping ~*~*~tactically~*~*~ (outnumbered).
 25700 | D:5      | 25700 ||| Stepping ~*~*~tactically~*~*~ (outnumbered).
 25702 | D:5      | 25702 ||| Stepping ~*~*~tactically~*~*~ (outnumbered).
 25704 | D:5      | 25704 ||| Stepping ~*~*~tactically~*~*~ (outnumbered).
 25706 | D:5      | 25706 ||| Stepping ~*~*~tactically~*~*~ (outnumbered).
 25708 | D:5      | 25708 ||| Stepping ~*~*~tactically~*~*~ (outnumbered).
 25711 | D:5      | 25711 ||| Stepping ~*~*~tactically~*~*~ (outnumbered).
 25713 | D:5      | 25713 ||| Stepping ~*~*~tactically~*~*~ (outnumbered).
 25715 | D:5      | 25715 ||| Stepping ~*~*~tactically~*~*~ (outnumbered).
 25717 | D:5      | 25717 ||| Stepping ~*~*~tactically~*~*~ (outnumbered).
 25719 | D:5      | 25719 ||| Stepping ~*~*~tactically~*~*~ (outnumbered).
 25723 | D:5      | 25723 ||| Stepping ~*~*~tactically~*~*~ (outnumbered).
 25725 | D:5      | 25725 ||| Stepping ~*~*~tactically~*~*~ (outnumbered).
 25727 | D:5      | 25727 ||| Stepping ~*~*~tactically~*~*~ (outnumbered).
 25729 | D:5      | 25729 ||| Stepping ~*~*~tactically~*~*~ (outnumbered).
 25733 | D:5      | 25733 ||| Stepping ~*~*~tactically~*~*~ (outnumbered).
 25735 | D:5      | 25735 ||| Stepping ~*~*~tactically~*~*~ (outnumbered).
 25737 | D:5      | 25737 ||| Stepping ~*~*~tactically~*~*~ (outnumbered).
 25739 | D:5      | 25739 ||| Stepping ~*~*~tactically~*~*~ (outnumbered).
 25741 | D:5      | 25741 ||| Stepping ~*~*~tactically~*~*~ (outnumbered).
 25743 | D:5      | 25743 ||| Stepping ~*~*~tactically~*~*~ (outnumbered).
 25746 | D:5      | 25746 ||| Stepping ~*~*~tactically~*~*~ (outnumbered).
 25749 | D:5      | 25749 ||| Stepping ~*~*~tactically~*~*~ (outnumbered).
 25751 | D:5      | 25751 ||| Stepping ~*~*~tactically~*~*~ (outnumbered).
 25753 | D:5      | 25753 ||| Stepping ~*~*~tactically~*~*~ (outnumbered).
 25755 | D:5      | 25755 ||| Stepping ~*~*~tactically~*~*~ (outnumbered).
 25757 | D:5      | 25757 ||| Stepping ~*~*~tactically~*~*~ (outnumbered).
 25759 | D:5      | 25759 ||| Stepping ~*~*~tactically~*~*~ (outnumbered).
 25761 | D:5      | 25761 ||| Stepping ~*~*~tactically~*~*~ (outnumbered).
 25763 | D:5      | 25763 ||| Stepping ~*~*~tactically~*~*~ (outnumbered).
 25765 | D:5      | 25765 ||| Stepping ~*~*~tactically~*~*~ (outnumbered).
 25767 | D:5      | 25767 ||| Stepping ~*~*~tactically~*~*~ (outnumbered).
 25769 | D:5      | 25769 ||| Stepping ~*~*~tactically~*~*~ (outnumbered).
 25772 | D:5      | 25772 ||| Stepping ~*~*~tactically~*~*~ (outnumbered).
 25774 | D:5      | 25774 ||| Stepping ~*~*~tactically~*~*~ (outnumbered).
 25776 | D:5      | 25776 ||| Stepping ~*~*~tactically~*~*~ (outnumbered).
 25778 | D:5      | 25778 ||| Stepping ~*~*~tactically~*~*~ (outnumbered).
 25783 | D:5      | 25783 ||| Stepping ~*~*~tactically~*~*~ (outnumbered).
 25785 | D:5      | 25785 ||| Stepping ~*~*~tactically~*~*~ (outnumbered).
 25787 | D:5      | 25787 ||| Stepping ~*~*~tactically~*~*~ (outnumbered).
 25789 | D:5      | 25789 ||| Stepping ~*~*~tactically~*~*~ (outnumbered).
 25791 | D:5      | 25791 ||| Stepping ~*~*~tactically~*~*~ (outnumbered).
 25793 | D:5      | 25793 ||| Stepping ~*~*~tactically~*~*~ (outnumbered).
 25795 | D:5      | 25795 ||| Stepping ~*~*~tactically~*~*~ (outnumbered).
 25797 | D:5      | 25797 ||| Stepping ~*~*~tactically~*~*~ (outnumbered).
 25799 | D:5      | 25799 ||| Stepping ~*~*~tactically~*~*~ (outnumbered).
 25801 | D:5      | 25801 ||| Stepping ~*~*~tactically~*~*~ (outnumbered).
 25803 | D:5      | 25803 ||| Stepping ~*~*~tactically~*~*~ (outnumbered).
 25805 | D:5      | 25805 ||| Stepping ~*~*~tactically~*~*~ (outnumbered).
 25807 | D:5      | 25807 ||| Stepping ~*~*~tactically~*~*~ (outnumbered).
 25809 | D:5      | 25809 ||| Stepping ~*~*~tactically~*~*~ (outnumbered).
 25811 | D:5      | 25811 ||| Stepping ~*~*~tactically~*~*~ (outnumbered).
 25813 | D:5      | 25813 ||| Stepping ~*~*~tactically~*~*~ (outnumbered).
 25815 | D:5      | 25815 ||| Stepping ~*~*~tactically~*~*~ (outnumbered).
 25817 | D:5      | 25817 ||| Stepping ~*~*~tactically~*~*~ (outnumbered).
 25819 | D:5      | 25819 ||| Stepping ~*~*~tactically~*~*~ (outnumbered).
 25821 | D:5      | 25821 ||| Stepping ~*~*~tactically~*~*~ (outnumbered).
 25823 | D:5      | 25823 ||| Stepping ~*~*~tactically~*~*~ (outnumbered).
 25825 | D:5      | 25825 ||| Stepping ~*~*~tactically~*~*~ (outnumbered).
 25827 | D:5      | 25827 ||| Stepping ~*~*~tactically~*~*~ (outnumbered).
 25829 | D:5      | 25829 ||| Stepping ~*~*~tactically~*~*~ (outnumbered).
 25831 | D:5      | 25831 ||| Stepping ~*~*~tactically~*~*~ (outnumbered).
 25833 | D:5      | 25833 ||| Stepping ~*~*~tactically~*~*~ (outnumbered).
 25835 | D:5      | 25835 ||| Stepping ~*~*~tactically~*~*~ (outnumbered).
 25837 | D:5      | 25837 ||| Stepping ~*~*~tactically~*~*~ (outnumbered).
 25839 | D:5      | 25839 ||| Stepping ~*~*~tactically~*~*~ (outnumbered).
 25841 | D:5      | 25841 ||| Stepping ~*~*~tactically~*~*~ (outnumbered).
 25843 | D:5      | 25843 ||| Stepping ~*~*~tactically~*~*~ (outnumbered).
 25845 | D:5      | 25845 ||| Stepping ~*~*~tactically~*~*~ (outnumbered).
 25847 | D:5      | 25847 ||| Stepping ~*~*~tactically~*~*~ (outnumbered).
 25849 | D:5      | 25849 ||| Stepping ~*~*~tactically~*~*~ (outnumbered).
 25851 | D:5      | 25851 ||| Stepping ~*~*~tactically~*~*~ (outnumbered).
 25853 | D:5      | 25853 ||| Stepping ~*~*~tactically~*~*~ (outnumbered).
 25855 | D:5      | 25855 ||| Stepping ~*~*~tactically~*~*~ (outnumbered).
 25857 | D:5      | 25857 ||| Stepping ~*~*~tactically~*~*~ (outnumbered).
 25859 | D:5      | 25859 ||| Stepping ~*~*~tactically~*~*~ (outnumbered).
 25861 | D:5      | 25861 ||| Stepping ~*~*~tactically~*~*~ (outnumbered).
 25863 | D:5      | 25863 ||| Stepping ~*~*~tactically~*~*~ (outnumbered).
 25865 | D:5      | 25865 ||| Stepping ~*~*~tactically~*~*~ (outnumbered).
 25867 | D:5      | 25867 ||| Stepping ~*~*~tactically~*~*~ (outnumbered).
 25869 | D:5      | 25869 ||| Stepping ~*~*~tactically~*~*~ (outnumbered).
 25871 | D:5      | 25871 ||| Stepping ~*~*~tactically~*~*~ (outnumbered).
 25873 | D:5      | 25873 ||| Stepping ~*~*~tactically~*~*~ (outnumbered).
 25875 | D:5      | 25875 ||| Stepping ~*~*~tactically~*~*~ (outnumbered).
 25877 | D:5      | 25877 ||| Stepping ~*~*~tactically~*~*~ (outnumbered).
 25879 | D:5      | 25879 ||| Stepping ~*~*~tactically~*~*~ (outnumbered).
 25881 | D:5      | 25881 ||| Stepping ~*~*~tactically~*~*~ (outnumbered).
 25883 | D:5      | 25883 ||| Stepping ~*~*~tactically~*~*~ (outnumbered).
 25885 | D:5      | 25885 ||| Stepping ~*~*~tactically~*~*~ (outnumbered).
 25888 | D:5      | 25888 ||| Stepping ~*~*~tactically~*~*~ (outnumbered).
 25890 | D:5      | 25890 ||| Stepping ~*~*~tactically~*~*~ (outnumbered).
 25892 | D:5      | 25892 ||| Stepping ~*~*~tactically~*~*~ (outnumbered).
 25894 | D:5      | 25894 ||| Stepping ~*~*~tactically~*~*~ (outnumbered).
 25896 | D:5      | 25896 ||| Stepping ~*~*~tactically~*~*~ (outnumbered).
 25898 | D:5      | 25898 ||| Stepping ~*~*~tactically~*~*~ (outnumbered).
 25900 | D:5      | 25900 ||| Stepping ~*~*~tactically~*~*~ (outnumbered).
 25902 | D:5      | 25902 ||| Stepping ~*~*~tactically~*~*~ (outnumbered).
 25904 | D:5      | 25904 ||| Stepping ~*~*~tactically~*~*~ (outnumbered).
 25906 | D:5      | 25906 ||| Stepping ~*~*~tactically~*~*~ (outnumbered).
 25908 | D:5      | 25908 ||| Stepping ~*~*~tactically~*~*~ (outnumbered).
 25910 | D:5      | 25910 ||| Stepping ~*~*~tactically~*~*~ (outnumbered).
 25912 | D:5      | 25912 ||| Stepping ~*~*~tactically~*~*~ (outnumbered).
 25914 | D:5      | 25914 ||| Stepping ~*~*~tactically~*~*~ (outnumbered).
 25916 | D:5      | 25916 ||| Stepping ~*~*~tactically~*~*~ (outnumbered).
 25918 | D:5      | 25918 ||| Stepping ~*~*~tactically~*~*~ (outnumbered).
 25920 | D:5      | 25920 ||| Stepping ~*~*~tactically~*~*~ (outnumbered).
 25922 | D:5      | 25922 ||| Stepping ~*~*~tactically~*~*~ (outnumbered).
 25924 | D:5      | 25924 ||| Stepping ~*~*~tactically~*~*~ (outnumbered).
 25926 | D:5      | 25926 ||| Stepping ~*~*~tactically~*~*~ (outnumbered).
 25928 | D:5      | 25928 ||| Stepping ~*~*~tactically~*~*~ (outnumbered).
 25930 | D:5      | 25930 ||| Stepping ~*~*~tactically~*~*~ (outnumbered).
 25932 | D:5      | 25932 ||| Stepping ~*~*~tactically~*~*~ (outnumbered).
 25934 | D:5      | 25934 ||| Stepping ~*~*~tactically~*~*~ (outnumbered).
 25936 | D:5      | 25936 ||| Stepping ~*~*~tactically~*~*~ (outnumbered).
 25938 | D:5      | 25938 ||| Stepping ~*~*~tactically~*~*~ (outnumbered).
 25940 | D:5      | 25940 ||| Stepping ~*~*~tactically~*~*~ (outnumbered).
 25942 | D:5      | 25942 ||| Stepping ~*~*~tactically~*~*~ (outnumbered).
 25944 | D:5      | 25944 ||| Stepping ~*~*~tactically~*~*~ (outnumbered).
 25946 | D:5      | 25946 ||| Stepping ~*~*~tactically~*~*~ (outnumbered).
 25948 | D:5      | 25948 ||| Stepping ~*~*~tactically~*~*~ (outnumbered).
 25950 | D:5      | 25950 ||| Stepping ~*~*~tactically~*~*~ (outnumbered).
 25952 | D:5      | 25952 ||| Stepping ~*~*~tactically~*~*~ (outnumbered).
 25954 | D:5      | 25954 ||| Stepping ~*~*~tactically~*~*~ (outnumbered).
 25958 | D:5      | 25958 ||| Stepping ~*~*~tactically~*~*~ (outnumbered).
 25960 | D:5      | 25960 ||| Stepping ~*~*~tactically~*~*~ (outnumbered).
 25962 | D:5      | 25962 ||| Stepping ~*~*~tactically~*~*~ (outnumbered).
 25964 | D:5      | 25964 ||| Stepping ~*~*~tactically~*~*~ (outnumbered).
 25966 | D:5      | 25966 ||| Stepping ~*~*~tactically~*~*~ (outnumbered).
 25968 | D:5      | 25968 ||| Stepping ~*~*~tactically~*~*~ (outnumbered).
 25970 | D:5      | 25970 ||| Stepping ~*~*~tactically~*~*~ (outnumbered).
 25972 | D:5      | 25972 ||| Stepping ~*~*~tactically~*~*~ (outnumbered).
 25974 | D:5      | 25974 ||| Stepping ~*~*~tactically~*~*~ (outnumbered).
 25976 | D:5      | 25976 ||| Stepping ~*~*~tactically~*~*~ (outnumbered).
 25978 | D:5      | 25978 ||| Stepping ~*~*~tactically~*~*~ (outnumbered).
 25980 | D:5      | 25980 ||| Stepping ~*~*~tactically~*~*~ (outnumbered).
 25982 | D:5      | 25982 ||| Stepping ~*~*~tactically~*~*~ (outnumbered).
 25984 | D:5      | 25984 ||| Stepping ~*~*~tactically~*~*~ (outnumbered).
 25986 | D:5      | 25986 ||| Stepping ~*~*~tactically~*~*~ (outnumbered).
 25988 | D:5      | 25988 ||| Stepping ~*~*~tactically~*~*~ (outnumbered).
 25990 | D:5      | 25990 ||| Stepping ~*~*~tactically~*~*~ (outnumbered).
 25994 | D:5      | 25994 ||| Stepping ~*~*~tactically~*~*~ (outnumbered).
 25996 | D:5      | 25996 ||| Stepping ~*~*~tactically~*~*~ (outnumbered).
 25998 | D:5      | 25998 ||| Stepping ~*~*~tactically~*~*~ (outnumbered).
 26001 | D:5      | 26001 ||| Stepping ~*~*~tactically~*~*~ (outnumbered).
 26003 | D:5      | 26003 ||| Stepping ~*~*~tactically~*~*~ (outnumbered).
 26005 | D:5      | 26005 ||| Stepping ~*~*~tactically~*~*~ (outnumbered).
 26007 | D:5      | 26007 ||| Stepping ~*~*~tactically~*~*~ (outnumbered).
 26009 | D:5      | 26009 ||| Stepping ~*~*~tactically~*~*~ (outnumbered).
 26014 | D:5      | 26014 ||| Stepping ~*~*~tactically~*~*~ (outnumbered).
 26016 | D:5      | 26016 ||| Stepping ~*~*~tactically~*~*~ (outnumbered).
 26018 | D:5      | 26018 ||| Stepping ~*~*~tactically~*~*~ (outnumbered).
 26020 | D:5      | 26020 ||| Stepping ~*~*~tactically~*~*~ (outnumbered).
 26022 | D:5      | 26022 ||| Stepping ~*~*~tactically~*~*~ (outnumbered).
 26024 | D:5      | 26024 ||| Stepping ~*~*~tactically~*~*~ (outnumbered).
 26026 | D:5      | 26026 ||| Stepping ~*~*~tactically~*~*~ (outnumbered).
 26028 | D:5      | 26028 ||| Stepping ~*~*~tactically~*~*~ (outnumbered).
 26030 | D:5      | 26030 ||| Stepping ~*~*~tactically~*~*~ (outnumbered).
 26032 | D:5      | 26032 ||| Stepping ~*~*~tactically~*~*~ (outnumbered).
 26034 | D:5      | 26034 ||| Stepping ~*~*~tactically~*~*~ (outnumbered).
 26036 | D:5      | 26036 ||| Stepping ~*~*~tactically~*~*~ (outnumbered).
 26038 | D:5      | 26038 ||| Stepping ~*~*~tactically~*~*~ (outnumbered).
 26040 | D:5      | 26040 ||| Stepping ~*~*~tactically~*~*~ (outnumbered).
 26042 | D:5      | 26042 ||| Stepping ~*~*~tactically~*~*~ (outnumbered).
 26044 | D:5      | 26044 ||| Stepping ~*~*~tactically~*~*~ (outnumbered).
 26046 | D:5      | 26046 ||| Stepping ~*~*~tactically~*~*~ (outnumbered).
 26048 | D:5      | 26048 ||| Stepping ~*~*~tactically~*~*~ (outnumbered).
 26050 | D:5      | 26050 ||| Stepping ~*~*~tactically~*~*~ (outnumbered).
 26052 | D:5      | 26052 ||| Stepping ~*~*~tactically~*~*~ (outnumbered).
 26054 | D:5      | 26054 ||| Stepping ~*~*~tactically~*~*~ (outnumbered).
 26056 | D:5      | 26056 ||| Stepping ~*~*~tactically~*~*~ (outnumbered).
 26058 | D:5      | 26058 ||| Stepping ~*~*~tactically~*~*~ (outnumbered).
 26060 | D:5      | 26060 ||| Stepping ~*~*~tactically~*~*~ (outnumbered).
 26062 | D:5      | 26062 ||| Stepping ~*~*~tactically~*~*~ (outnumbered).
 26065 | D:5      | 26065 ||| Stepping ~*~*~tactically~*~*~ (outnumbered).
 26067 | D:5      | 26067 ||| Stepping ~*~*~tactically~*~*~ (outnumbered).
 26069 | D:5      | 26069 ||| Stepping ~*~*~tactically~*~*~ (outnumbered).
 26073 | D:5      | 26073 ||| Stepping ~*~*~tactically~*~*~ (outnumbered).
 26075 | D:5      | 26075 ||| Stepping ~*~*~tactically~*~*~ (outnumbered).
 26079 | D:5      | 26079 ||| Stepping ~*~*~tactically~*~*~ (outnumbered).
 26081 | D:5      | 26081 ||| Stepping ~*~*~tactically~*~*~ (outnumbered).
 26083 | D:5      | 26083 ||| Stepping ~*~*~tactically~*~*~ (outnumbered).
 26085 | D:5      | 26085 ||| Stepping ~*~*~tactically~*~*~ (outnumbered).
 26087 | D:5      | 26087 ||| Stepping ~*~*~tactically~*~*~ (outnumbered).
 26089 | D:5      | 26089 ||| Stepping ~*~*~tactically~*~*~ (outnumbered).
 26091 | D:5      | 26091 ||| Stepping ~*~*~tactically~*~*~ (outnumbered).
 26093 | D:5      | 26093 ||| Stepping ~*~*~tactically~*~*~ (outnumbered).
 26095 | D:5      | 26095 ||| Stepping ~*~*~tactically~*~*~ (outnumbered).
 26097 | D:5      | 26097 ||| Stepping ~*~*~tactically~*~*~ (outnumbered).
 26099 | D:5      | 26099 ||| Stepping ~*~*~tactically~*~*~ (outnumbered).
 26101 | D:5      | 26101 ||| Stepping ~*~*~tactically~*~*~ (outnumbered).
 26103 | D:5      | 26103 ||| Stepping ~*~*~tactically~*~*~ (outnumbered).
 26105 | D:5      | 26105 ||| Stepping ~*~*~tactically~*~*~ (outnumbered).
 26107 | D:5      | 26107 ||| Stepping ~*~*~tactically~*~*~ (outnumbered).
 26109 | D:5      | 26109 ||| Stepping ~*~*~tactically~*~*~ (outnumbered).
 26111 | D:5      | 26111 ||| Stepping ~*~*~tactically~*~*~ (outnumbered).
 26113 | D:5      | 26113 ||| Stepping ~*~*~tactically~*~*~ (outnumbered).
 26115 | D:5      | 26115 ||| Stepping ~*~*~tactically~*~*~ (outnumbered).
 26117 | D:5      | 26117 ||| Stepping ~*~*~tactically~*~*~ (outnumbered).
 26119 | D:5      | 26119 ||| Stepping ~*~*~tactically~*~*~ (outnumbered).
 26121 | D:5      | 26121 ||| Stepping ~*~*~tactically~*~*~ (outnumbered).
 26123 | D:5      | 26123 ||| Stepping ~*~*~tactically~*~*~ (outnumbered).
 26125 | D:5      | 26125 ||| Stepping ~*~*~tactically~*~*~ (outnumbered).
 26127 | D:5      | 26127 ||| Stepping ~*~*~tactically~*~*~ (outnumbered).
 26129 | D:5      | 26129 ||| Stepping ~*~*~tactically~*~*~ (outnumbered).
 26131 | D:5      | 26131 ||| Stepping ~*~*~tactically~*~*~ (outnumbered).
 26133 | D:5      | 26133 ||| Stepping ~*~*~tactically~*~*~ (outnumbered).
 26135 | D:5      | 26135 ||| Stepping ~*~*~tactically~*~*~ (outnumbered).
 26137 | D:5      | 26137 ||| Stepping ~*~*~tactically~*~*~ (outnumbered).
 26139 | D:5      | 26139 ||| Stepping ~*~*~tactically~*~*~ (outnumbered).
 26141 | D:5      | 26141 ||| Stepping ~*~*~tactically~*~*~ (outnumbered).
 26143 | D:5      | 26143 ||| Stepping ~*~*~tactically~*~*~ (outnumbered).
 26145 | D:5      | 26145 ||| Stepping ~*~*~tactically~*~*~ (outnumbered).
 26147 | D:5      | 26147 ||| Stepping ~*~*~tactically~*~*~ (outnumbered).
 26149 | D:5      | 26149 ||| Stepping ~*~*~tactically~*~*~ (outnumbered).
 26151 | D:5      | 26151 ||| Stepping ~*~*~tactically~*~*~ (outnumbered).
 26153 | D:5      | 26153 ||| Stepping ~*~*~tactically~*~*~ (outnumbered).
 26155 | D:5      | 26155 ||| Stepping ~*~*~tactically~*~*~ (outnumbered).
 26157 | D:5      | 26157 ||| Stepping ~*~*~tactically~*~*~ (outnumbered).
 26159 | D:5      | 26159 ||| Stepping ~*~*~tactically~*~*~ (outnumbered).
 26161 | D:5      | 26161 ||| Stepping ~*~*~tactically~*~*~ (outnumbered).
 26163 | D:5      | 26163 ||| Stepping ~*~*~tactically~*~*~ (outnumbered).
 26167 | D:5      | 26167 ||| Stepping ~*~*~tactically~*~*~ (outnumbered).
 26169 | D:5      | 26169 ||| Stepping ~*~*~tactically~*~*~ (outnumbered).
 26171 | D:5      | 26171 ||| Stepping ~*~*~tactically~*~*~ (outnumbered).
 26173 | D:5      | 26173 ||| Stepping ~*~*~tactically~*~*~ (outnumbered).
 26175 | D:5      | 26175 ||| Stepping ~*~*~tactically~*~*~ (outnumbered).
 26177 | D:5      | 26177 ||| Stepping ~*~*~tactically~*~*~ (outnumbered).
 26179 | D:5      | 26179 ||| Stepping ~*~*~tactically~*~*~ (outnumbered).
 26181 | D:5      | 26181 ||| Stepping ~*~*~tactically~*~*~ (outnumbered).
 26183 | D:5      | 26183 ||| Stepping ~*~*~tactically~*~*~ (outnumbered).
 26185 | D:5      | 26185 ||| Stepping ~*~*~tactically~*~*~ (outnumbered).
 26187 | D:5      | 26187 ||| Stepping ~*~*~tactically~*~*~ (outnumbered).
 26189 | D:5      | 26189 ||| Stepping ~*~*~tactically~*~*~ (outnumbered).
 26191 | D:5      | 26191 ||| Stepping ~*~*~tactically~*~*~ (outnumbered).
 26193 | D:5      | 26193 ||| Stepping ~*~*~tactically~*~*~ (outnumbered).
 26195 | D:5      | 26195 ||| Stepping ~*~*~tactically~*~*~ (outnumbered).
 26197 | D:5      | 26197 ||| Stepping ~*~*~tactically~*~*~ (outnumbered).
 26199 | D:5      | 26199 ||| Stepping ~*~*~tactically~*~*~ (outnumbered).
 26201 | D:5      | 26201 ||| Stepping ~*~*~tactically~*~*~ (outnumbered).
 26203 | D:5      | 26203 ||| Stepping ~*~*~tactically~*~*~ (outnumbered).
 26205 | D:5      | 26205 ||| Stepping ~*~*~tactically~*~*~ (outnumbered).
 26207 | D:5      | 26207 ||| Stepping ~*~*~tactically~*~*~ (outnumbered).
 26209 | D:5      | 26209 ||| Stepping ~*~*~tactically~*~*~ (outnumbered).
 26211 | D:5      | 26211 ||| Stepping ~*~*~tactically~*~*~ (outnumbered).
 26213 | D:5      | 26213 ||| Stepping ~*~*~tactically~*~*~ (outnumbered).
 26215 | D:5      | 26215 ||| Stepping ~*~*~tactically~*~*~ (outnumbered).
 26218 | D:5      | 26218 ||| Stepping ~*~*~tactically~*~*~ (outnumbered).
 26220 | D:5      | 26220 ||| Stepping ~*~*~tactically~*~*~ (outnumbered).
 26222 | D:5      | 26222 ||| Stepping ~*~*~tactically~*~*~ (outnumbered).
 26224 | D:5      | 26224 ||| Stepping ~*~*~tactically~*~*~ (outnumbered).
 26226 | D:5      | 26226 ||| Stepping ~*~*~tactically~*~*~ (outnumbered).
 26228 | D:5      | 26228 ||| Stepping ~*~*~tactically~*~*~ (outnumbered).
 26230 | D:5      | 26230 ||| Stepping ~*~*~tactically~*~*~ (outnumbered).
 26232 | D:5      | 26232 ||| Stepping ~*~*~tactically~*~*~ (outnumbered).
 26235 | D:5      | 26235 ||| Stepping ~*~*~tactically~*~*~ (outnumbered).
 26237 | D:5      | 26237 ||| Stepping ~*~*~tactically~*~*~ (outnumbered).
 26239 | D:5      | 26239 ||| Stepping ~*~*~tactically~*~*~ (outnumbered).
 26243 | D:5      | 26243 ||| Stepping ~*~*~tactically~*~*~ (outnumbered).
 26245 | D:5      | 26245 ||| Stepping ~*~*~tactically~*~*~ (outnumbered).
 26247 | D:5      | 26247 ||| Stepping ~*~*~tactically~*~*~ (outnumbered).
 26250 | D:5      | 26250 ||| Stepping ~*~*~tactically~*~*~ (outnumbered).
 26252 | D:5      | 26252 ||| Stepping ~*~*~tactically~*~*~ (outnumbered).
 26254 | D:5      | 26254 ||| Stepping ~*~*~tactically~*~*~ (outnumbered).
 26256 | D:5      | 26256 ||| Stepping ~*~*~tactically~*~*~ (outnumbered).
 26258 | D:5      | 26258 ||| Stepping ~*~*~tactically~*~*~ (outnumbered).
 26261 | D:5      | 26261 ||| Stepping ~*~*~tactically~*~*~ (outnumbered).
 26263 | D:5      | 26263 ||| Stepping ~*~*~tactically~*~*~ (outnumbered).
 26266 | D:5      | 26266 ||| Stepping ~*~*~tactically~*~*~ (outnumbered).
 26268 | D:5      | 26268 ||| Stepping ~*~*~tactically~*~*~ (outnumbered).
 26270 | D:5      | 26270 ||| Stepping ~*~*~tactically~*~*~ (outnumbered).
 26272 | D:5      | 26272 ||| Stepping ~*~*~tactically~*~*~ (outnumbered).
 26274 | D:5      | 26274 ||| Stepping ~*~*~tactically~*~*~ (outnumbered).
 26276 | D:5      | 26276 ||| Stepping ~*~*~tactically~*~*~ (outnumbered).
 26278 | D:5      | 26278 ||| Stepping ~*~*~tactically~*~*~ (outnumbered).
 26280 | D:5      | 26280 ||| Stepping ~*~*~tactically~*~*~ (outnumbered).
 26282 | D:5      | 26282 ||| Stepping ~*~*~tactically~*~*~ (outnumbered).
 26284 | D:5      | 26284 ||| Stepping ~*~*~tactically~*~*~ (outnumbered).
 26286 | D:5      | 26286 ||| Stepping ~*~*~tactically~*~*~ (outnumbered).
 26288 | D:5      | 26288 ||| Stepping ~*~*~tactically~*~*~ (outnumbered).
 26290 | D:5      | 26290 ||| Stepping ~*~*~tactically~*~*~ (outnumbered).
 26292 | D:5      | 26292 ||| Stepping ~*~*~tactically~*~*~ (outnumbered).
 26294 | D:5      | 26294 ||| Stepping ~*~*~tactically~*~*~ (outnumbered).
 26296 | D:5      | 26296 ||| Stepping ~*~*~tactically~*~*~ (outnumbered).
 26298 | D:5      | 26298 ||| Stepping ~*~*~tactically~*~*~ (outnumbered).
 26300 | D:5      | 26300 ||| Stepping ~*~*~tactically~*~*~ (outnumbered).
 26302 | D:5      | 26302 ||| Stepping ~*~*~tactically~*~*~ (outnumbered).
 26304 | D:5      | 26304 ||| Stepping ~*~*~tactically~*~*~ (outnumbered).
 26306 | D:5      | 26306 ||| Stepping ~*~*~tactically~*~*~ (outnumbered).
 26308 | D:5      | 26308 ||| Stepping ~*~*~tactically~*~*~ (outnumbered).
 26310 | D:5      | 26310 ||| Stepping ~*~*~tactically~*~*~ (outnumbered).
 26312 | D:5      | 26312 ||| Stepping ~*~*~tactically~*~*~ (outnumbered).
 26314 | D:5      | 26314 ||| Stepping ~*~*~tactically~*~*~ (outnumbered).
 26316 | D:5      | 26316 ||| Stepping ~*~*~tactically~*~*~ (outnumbered).
 26318 | D:5      | 26318 ||| Stepping ~*~*~tactically~*~*~ (outnumbered).
 26320 | D:5      | 26320 ||| Stepping ~*~*~tactically~*~*~ (outnumbered).
 26322 | D:5      | 26322 ||| Stepping ~*~*~tactically~*~*~ (outnumbered).
 26324 | D:5      | 26324 ||| Stepping ~*~*~tactically~*~*~ (outnumbered).
 26326 | D:5      | 26326 ||| Stepping ~*~*~tactically~*~*~ (outnumbered).
 26328 | D:5      | 26328 ||| Stepping ~*~*~tactically~*~*~ (outnumbered).
 26330 | D:5      | 26330 ||| Stepping ~*~*~tactically~*~*~ (outnumbered).
 26332 | D:5      | 26332 ||| Stepping ~*~*~tactically~*~*~ (outnumbered).
 26334 | D:5      | 26334 ||| Stepping ~*~*~tactically~*~*~ (outnumbered).
 26336 | D:5      | 26336 ||| Stepping ~*~*~tactically~*~*~ (outnumbered).
 26338 | D:5      | 26338 ||| Stepping ~*~*~tactically~*~*~ (outnumbered).
 26340 | D:5      | 26340 ||| Stepping ~*~*~tactically~*~*~ (outnumbered).
 26342 | D:5      | 26342 ||| Stepping ~*~*~tactically~*~*~ (outnumbered).
 26344 | D:5      | 26344 ||| Stepping ~*~*~tactically~*~*~ (outnumbered).
 26346 | D:5      | 26346 ||| Stepping ~*~*~tactically~*~*~ (outnumbered).
 26348 | D:5      | 26348 ||| Stepping ~*~*~tactically~*~*~ (outnumbered).
 26350 | D:5      | 26350 ||| Stepping ~*~*~tactically~*~*~ (outnumbered).
 26352 | D:5      | 26352 ||| Stepping ~*~*~tactically~*~*~ (outnumbered).
 26354 | D:5      | 26354 ||| Stepping ~*~*~tactically~*~*~ (outnumbered).
 26356 | D:5      | 26356 ||| Stepping ~*~*~tactically~*~*~ (outnumbered).
 26358 | D:5      | 26358 ||| Stepping ~*~*~tactically~*~*~ (outnumbered).
 26360 | D:5      | 26360 ||| Stepping ~*~*~tactically~*~*~ (outnumbered).
 26362 | D:5      | 26362 ||| Stepping ~*~*~tactically~*~*~ (outnumbered).
 26364 | D:5      | 26364 ||| Stepping ~*~*~tactically~*~*~ (outnumbered).
 26366 | D:5      | 26366 ||| Stepping ~*~*~tactically~*~*~ (outnumbered).
 26368 | D:5      | 26368 ||| Stepping ~*~*~tactically~*~*~ (outnumbered).
 26370 | D:5      | 26370 ||| Stepping ~*~*~tactically~*~*~ (outnumbered).
 26372 | D:5      | 26372 ||| Stepping ~*~*~tactically~*~*~ (outnumbered).
 26374 | D:5      | 26374 ||| Stepping ~*~*~tactically~*~*~ (outnumbered).
 26376 | D:5      | 26376 ||| Stepping ~*~*~tactically~*~*~ (outnumbered).
 26378 | D:5      | 26378 ||| Stepping ~*~*~tactically~*~*~ (outnumbered).
 26380 | D:5      | 26380 ||| Stepping ~*~*~tactically~*~*~ (outnumbered).
 26382 | D:5      | 26382 ||| Stepping ~*~*~tactically~*~*~ (outnumbered).
 26384 | D:5      | 26384 ||| Stepping ~*~*~tactically~*~*~ (outnumbered).
 26387 | D:5      | 26387 ||| Stepping ~*~*~tactically~*~*~ (outnumbered).
 26389 | D:5      | 26389 ||| Stepping ~*~*~tactically~*~*~ (outnumbered).
 26391 | D:5      | 26391 ||| Stepping ~*~*~tactically~*~*~ (outnumbered).
 26393 | D:5      | 26393 ||| Stepping ~*~*~tactically~*~*~ (outnumbered).
 26395 | D:5      | 26395 ||| Stepping ~*~*~tactically~*~*~ (outnumbered).
 26397 | D:5      | 26397 ||| Stepping ~*~*~tactically~*~*~ (outnumbered).
 26399 | D:5      | 26399 ||| Stepping ~*~*~tactically~*~*~ (outnumbered).
 26401 | D:5      | 26401 ||| Stepping ~*~*~tactically~*~*~ (outnumbered).
 26403 | D:5      | 26403 ||| Stepping ~*~*~tactically~*~*~ (outnumbered).
 26405 | D:5      | 26405 ||| Stepping ~*~*~tactically~*~*~ (outnumbered).
 26407 | D:5      | 26407 ||| Stepping ~*~*~tactically~*~*~ (outnumbered).
 26409 | D:5      | 26409 ||| Stepping ~*~*~tactically~*~*~ (outnumbered).
 26411 | D:5      | 26411 ||| Stepping ~*~*~tactically~*~*~ (outnumbered).
 26413 | D:5      | 26413 ||| Stepping ~*~*~tactically~*~*~ (outnumbered).
 26415 | D:5      | 26415 ||| Stepping ~*~*~tactically~*~*~ (outnumbered).
 26417 | D:5      | 26417 ||| Stepping ~*~*~tactically~*~*~ (outnumbered).
 26419 | D:5      | 26419 ||| Stepping ~*~*~tactically~*~*~ (outnumbered).
 26421 | D:5      | 26421 ||| Stepping ~*~*~tactically~*~*~ (outnumbered).
 26423 | D:5      | 26423 ||| Stepping ~*~*~tactically~*~*~ (outnumbered).
 26426 | D:5      | 26426 ||| Stepping ~*~*~tactically~*~*~ (outnumbered).
 26431 | D:5      | 26431 ||| Stepping ~*~*~tactically~*~*~ (outnumbered).
 26433 | D:5      | 26433 ||| Stepping ~*~*~tactically~*~*~ (outnumbered).
 26435 | D:5      | 26435 ||| Stepping ~*~*~tactically~*~*~ (outnumbered).
 26437 | D:5      | 26437 ||| Stepping ~*~*~tactically~*~*~ (outnumbered).
 26439 | D:5      | 26439 ||| Stepping ~*~*~tactically~*~*~ (outnumbered).
 26441 | D:5      | 26441 ||| Stepping ~*~*~tactically~*~*~ (outnumbered).
 26443 | D:5      | 26443 ||| Stepping ~*~*~tactically~*~*~ (outnumbered).
 26445 | D:5      | 26445 ||| Stepping ~*~*~tactically~*~*~ (outnumbered).
 26447 | D:5      | 26447 ||| Stepping ~*~*~tactically~*~*~ (outnumbered).
 26449 | D:5      | 26449 ||| Stepping ~*~*~tactically~*~*~ (outnumbered).
 26451 | D:5      | 26451 ||| Stepping ~*~*~tactically~*~*~ (outnumbered).
 26453 | D:5      | 26453 ||| Stepping ~*~*~tactically~*~*~ (outnumbered).
 26455 | D:5      | 26455 ||| Stepping ~*~*~tactically~*~*~ (outnumbered).
 26457 | D:5      | 26457 ||| Stepping ~*~*~tactically~*~*~ (outnumbered).
 26459 | D:5      | 26459 ||| Stepping ~*~*~tactically~*~*~ (outnumbered).
 26461 | D:5      | 26461 ||| Stepping ~*~*~tactically~*~*~ (outnumbered).
 26463 | D:5      | 26463 ||| Stepping ~*~*~tactically~*~*~ (outnumbered).
 26465 | D:5      | 26465 ||| Stepping ~*~*~tactically~*~*~ (outnumbered).
 26467 | D:5      | 26467 ||| Stepping ~*~*~tactically~*~*~ (outnumbered).
 26472 | D:5      | 26472 ||| Stepping ~*~*~tactically~*~*~ (outnumbered).
 26474 | D:5      | 26474 ||| Stepping ~*~*~tactically~*~*~ (outnumbered).
 26479 | D:5      | 26479 ||| Stepping ~*~*~tactically~*~*~ (outnumbered).
 26481 | D:5      | 26481 ||| Stepping ~*~*~tactically~*~*~ (outnumbered).
 26483 | D:5      | 26483 ||| Stepping ~*~*~tactically~*~*~ (outnumbered).
 26485 | D:5      | 26485 ||| Stepping ~*~*~tactically~*~*~ (outnumbered).
 26487 | D:5      | 26487 ||| Stepping ~*~*~tactically~*~*~ (outnumbered).
 26489 | D:5      | 26489 ||| Stepping ~*~*~tactically~*~*~ (outnumbered).
 26491 | D:5      | 26491 ||| Stepping ~*~*~tactically~*~*~ (outnumbered).
 26493 | D:5      | 26493 ||| Stepping ~*~*~tactically~*~*~ (outnumbered).
 26495 | D:5      | 26495 ||| Stepping ~*~*~tactically~*~*~ (outnumbered).
 26497 | D:5      | 26497 ||| Stepping ~*~*~tactically~*~*~ (outnumbered).
 26499 | D:5      | 26499 ||| Stepping ~*~*~tactically~*~*~ (outnumbered).
 26501 | D:5      | 26501 ||| Stepping ~*~*~tactically~*~*~ (outnumbered).
 26503 | D:5      | 26503 ||| Stepping ~*~*~tactically~*~*~ (outnumbered).
 26505 | D:5      | 26505 ||| Stepping ~*~*~tactically~*~*~ (outnumbered).
 26508 | D:5      | 26508 ||| Stepping ~*~*~tactically~*~*~ (outnumbered).
 26512 | D:5      | 26512 ||| Stepping ~*~*~tactically~*~*~ (outnumbered).
 26514 | D:5      | 26514 ||| Stepping ~*~*~tactically~*~*~ (outnumbered).
 26516 | D:5      | 26516 ||| Stepping ~*~*~tactically~*~*~ (outnumbered).
 26518 | D:5      | 26518 ||| Stepping ~*~*~tactically~*~*~ (outnumbered).
 26520 | D:5      | 26520 ||| Stepping ~*~*~tactically~*~*~ (outnumbered).
 26522 | D:5      | 26522 ||| Stepping ~*~*~tactically~*~*~ (outnumbered).
 26524 | D:5      | 26524 ||| Stepping ~*~*~tactically~*~*~ (outnumbered).
 26526 | D:5      | 26526 ||| Stepping ~*~*~tactically~*~*~ (outnumbered).
 26528 | D:5      | 26528 ||| Stepping ~*~*~tactically~*~*~ (outnumbered).
 26530 | D:5      | 26530 ||| Stepping ~*~*~tactically~*~*~ (outnumbered).
 26532 | D:5      | 26532 ||| Stepping ~*~*~tactically~*~*~ (outnumbered).
 26535 | D:5      | 26535 ||| Stepping ~*~*~tactically~*~*~ (outnumbered).
 26537 | D:5      | 26537 ||| Stepping ~*~*~tactically~*~*~ (outnumbered).
 26539 | D:5      | 26539 ||| Stepping ~*~*~tactically~*~*~ (outnumbered).
 26541 | D:5      | 26541 ||| Stepping ~*~*~tactically~*~*~ (outnumbered).
 26543 | D:5      | 26543 ||| Stepping ~*~*~tactically~*~*~ (outnumbered).
 26545 | D:5      | 26545 ||| Stepping ~*~*~tactically~*~*~ (outnumbered).
 26547 | D:5      | 26547 ||| Stepping ~*~*~tactically~*~*~ (outnumbered).
 26549 | D:5      | 26549 ||| Stepping ~*~*~tactically~*~*~ (outnumbered).
 26551 | D:5      | 26551 ||| Stepping ~*~*~tactically~*~*~ (outnumbered).
 26553 | D:5      | 26553 ||| Stepping ~*~*~tactically~*~*~ (outnumbered).
 26555 | D:5      | 26555 ||| Stepping ~*~*~tactically~*~*~ (outnumbered).
 26557 | D:5      | 26557 ||| Stepping ~*~*~tactically~*~*~ (outnumbered).
 26561 | D:5      | 26561 ||| Stepping ~*~*~tactically~*~*~ (outnumbered).
 26563 | D:5      | 26563 ||| Stepping ~*~*~tactically~*~*~ (outnumbered).
 26565 | D:5      | 26565 ||| Stepping ~*~*~tactically~*~*~ (outnumbered).
 26567 | D:5      | 26567 ||| Stepping ~*~*~tactically~*~*~ (outnumbered).
 26569 | D:5      | 26569 ||| Stepping ~*~*~tactically~*~*~ (outnumbered).
 26571 | D:5      | 26571 ||| Stepping ~*~*~tactically~*~*~ (outnumbered).
 26573 | D:5      | 26573 ||| Stepping ~*~*~tactically~*~*~ (outnumbered).
 26575 | D:5      | 26575 ||| Stepping ~*~*~tactically~*~*~ (outnumbered).
 26577 | D:5      | 26577 ||| Stepping ~*~*~tactically~*~*~ (outnumbered).
 26579 | D:5      | 26579 ||| Stepping ~*~*~tactically~*~*~ (outnumbered).
 26581 | D:5      | 26581 ||| Stepping ~*~*~tactically~*~*~ (outnumbered).
 26583 | D:5      | 26583 ||| Stepping ~*~*~tactically~*~*~ (outnumbered).
 26585 | D:5      | 26585 ||| Stepping ~*~*~tactically~*~*~ (outnumbered).
 26587 | D:5      | 26587 ||| Stepping ~*~*~tactically~*~*~ (outnumbered).
 26589 | D:5      | 26589 ||| Stepping ~*~*~tactically~*~*~ (outnumbered).
 26591 | D:5      | 26591 ||| Stepping ~*~*~tactically~*~*~ (outnumbered).
 26593 | D:5      | 26593 ||| Stepping ~*~*~tactically~*~*~ (outnumbered).
 26595 | D:5      | 26595 ||| Stepping ~*~*~tactically~*~*~ (outnumbered).
 26597 | D:5      | 26597 ||| Stepping ~*~*~tactically~*~*~ (outnumbered).
 26599 | D:5      | 26599 ||| Stepping ~*~*~tactically~*~*~ (outnumbered).
 26603 | D:5      | 26603 ||| Stepping ~*~*~tactically~*~*~ (outnumbered).
 26605 | D:5      | 26605 ||| Stepping ~*~*~tactically~*~*~ (outnumbered).
 26607 | D:5      | 26607 ||| Stepping ~*~*~tactically~*~*~ (outnumbered).
 26609 | D:5      | 26609 ||| Stepping ~*~*~tactically~*~*~ (outnumbered).
 26611 | D:5      | 26611 ||| Stepping ~*~*~tactically~*~*~ (outnumbered).
 26613 | D:5      | 26613 ||| Stepping ~*~*~tactically~*~*~ (outnumbered).
 26615 | D:5      | 26615 ||| Stepping ~*~*~tactically~*~*~ (outnumbered).
 26620 | D:5      | 26620 ||| Stepping ~*~*~tactically~*~*~ (outnumbered).
 26622 | D:5      | 26622 ||| Stepping ~*~*~tactically~*~*~ (outnumbered).
 26624 | D:5      | 26624 ||| Stepping ~*~*~tactically~*~*~ (outnumbered).
 26626 | D:5      | 26626 ||| Stepping ~*~*~tactically~*~*~ (outnumbered).
 26630 | D:5      | 26630 ||| Stepping ~*~*~tactically~*~*~ (outnumbered).
 26632 | D:5      | 26632 ||| Stepping ~*~*~tactically~*~*~ (outnumbered).
 26634 | D:5      | 26634 ||| Stepping ~*~*~tactically~*~*~ (outnumbered).
 26637 | D:5      | 26637 ||| Stepping ~*~*~tactically~*~*~ (outnumbered).
 26639 | D:5      | 26639 ||| Stepping ~*~*~tactically~*~*~ (outnumbered).
 26642 | D:5      | 26642 ||| Stepping ~*~*~tactically~*~*~ (outnumbered).
 26644 | D:5      | 26644 ||| Stepping ~*~*~tactically~*~*~ (outnumbered).
 26646 | D:5      | 26646 ||| Stepping ~*~*~tactically~*~*~ (outnumbered).
 26648 | D:5      | 26648 ||| Stepping ~*~*~tactically~*~*~ (outnumbered).
 26650 | D:5      | 26650 ||| Stepping ~*~*~tactically~*~*~ (outnumbered).
 26652 | D:5      | 26652 ||| Stepping ~*~*~tactically~*~*~ (outnumbered).
 26654 | D:5      | 26654 ||| Stepping ~*~*~tactically~*~*~ (outnumbered).
 26656 | D:5      | 26656 ||| Stepping ~*~*~tactically~*~*~ (outnumbered).
 26658 | D:5      | 26658 ||| Stepping ~*~*~tactically~*~*~ (outnumbered).
 26660 | D:5      | 26660 ||| Stepping ~*~*~tactically~*~*~ (outnumbered).
 26662 | D:5      | 26662 ||| Stepping ~*~*~tactically~*~*~ (outnumbered).
 26664 | D:5      | 26664 ||| Stepping ~*~*~tactically~*~*~ (outnumbered).
 26667 | D:5      | 26667 ||| Stepping ~*~*~tactically~*~*~ (outnumbered).
 26669 | D:5      | 26669 ||| Stepping ~*~*~tactically~*~*~ (outnumbered).
 26671 | D:5      | 26671 ||| Stepping ~*~*~tactically~*~*~ (outnumbered).
 26674 | D:5      | 26674 ||| Stepping ~*~*~tactically~*~*~ (outnumbered).
 26676 | D:5      | 26676 ||| Stepping ~*~*~tactically~*~*~ (outnumbered).
 26678 | D:5      | 26678 ||| Stepping ~*~*~tactically~*~*~ (outnumbered).
 26680 | D:5      | 26680 ||| Stepping ~*~*~tactically~*~*~ (outnumbered).
 26683 | D:5      | 26683 ||| Stepping ~*~*~tactically~*~*~ (outnumbered).
 26685 | D:5      | 26685 ||| Stepping ~*~*~tactically~*~*~ (outnumbered).
 26687 | D:5      | 26687 ||| Stepping ~*~*~tactically~*~*~ (outnumbered).
 26689 | D:5      | 26689 ||| Stepping ~*~*~tactically~*~*~ (outnumbered).
 26691 | D:5      | 26691 ||| Stepping ~*~*~tactically~*~*~ (outnumbered).
 26693 | D:5      | 26693 ||| Stepping ~*~*~tactically~*~*~ (outnumbered).
 26695 | D:5      | 26695 ||| Stepping ~*~*~tactically~*~*~ (outnumbered).
 26697 | D:5      | 26697 ||| Stepping ~*~*~tactically~*~*~ (outnumbered).
 26699 | D:5      | 26699 ||| Stepping ~*~*~tactically~*~*~ (outnumbered).
 26701 | D:5      | 26701 ||| Stepping ~*~*~tactically~*~*~ (outnumbered).
 26703 | D:5      | 26703 ||| Stepping ~*~*~tactically~*~*~ (outnumbered).
 26705 | D:5      | 26705 ||| Stepping ~*~*~tactically~*~*~ (outnumbered).
 26707 | D:5      | 26707 ||| Stepping ~*~*~tactically~*~*~ (outnumbered).
 26709 | D:5      | 26709 ||| Stepping ~*~*~tactically~*~*~ (outnumbered).
 26711 | D:5      | 26711 ||| Stepping ~*~*~tactically~*~*~ (outnumbered).
 26713 | D:5      | 26713 ||| Stepping ~*~*~tactically~*~*~ (outnumbered).
 26715 | D:5      | 26715 ||| Stepping ~*~*~tactically~*~*~ (outnumbered).
 26717 | D:5      | 26717 ||| Stepping ~*~*~tactically~*~*~ (outnumbered).
 26719 | D:5      | 26719 ||| Stepping ~*~*~tactically~*~*~ (outnumbered).
 26721 | D:5      | 26721 ||| Stepping ~*~*~tactically~*~*~ (outnumbered).
 26723 | D:5      | 26723 ||| Stepping ~*~*~tactically~*~*~ (outnumbered).
 26725 | D:5      | 26725 ||| Stepping ~*~*~tactically~*~*~ (outnumbered).
 26727 | D:5      | 26727 ||| Stepping ~*~*~tactically~*~*~ (outnumbered).
 26729 | D:5      | 26729 ||| Stepping ~*~*~tactically~*~*~ (outnumbered).
 26731 | D:5      | 26731 ||| Stepping ~*~*~tactically~*~*~ (outnumbered).
 26733 | D:5      | 26733 ||| Stepping ~*~*~tactically~*~*~ (outnumbered).
 26735 | D:5      | 26735 ||| Stepping ~*~*~tactically~*~*~ (outnumbered).
 26737 | D:5      | 26737 ||| Stepping ~*~*~tactically~*~*~ (outnumbered).
 26739 | D:5      | 26739 ||| Stepping ~*~*~tactically~*~*~ (outnumbered).
 26741 | D:5      | 26741 ||| Stepping ~*~*~tactically~*~*~ (outnumbered).
 26744 | D:5      | 26744 ||| Stepping ~*~*~tactically~*~*~ (outnumbered).
 26746 | D:5      | 26746 ||| Stepping ~*~*~tactically~*~*~ (outnumbered).
 26748 | D:5      | 26748 ||| Stepping ~*~*~tactically~*~*~ (outnumbered).
 26750 | D:5      | 26750 ||| Stepping ~*~*~tactically~*~*~ (outnumbered).
 26752 | D:5      | 26752 ||| Stepping ~*~*~tactically~*~*~ (outnumbered).
 26754 | D:5      | 26754 ||| Stepping ~*~*~tactically~*~*~ (outnumbered).
 26756 | D:5      | 26756 ||| Stepping ~*~*~tactically~*~*~ (outnumbered).
 26758 | D:5      | 26758 ||| Stepping ~*~*~tactically~*~*~ (outnumbered).
 26760 | D:5      | 26760 ||| Stepping ~*~*~tactically~*~*~ (outnumbered).
 26762 | D:5      | 26762 ||| Stepping ~*~*~tactically~*~*~ (outnumbered).
 26764 | D:5      | 26764 ||| Stepping ~*~*~tactically~*~*~ (outnumbered).
 26766 | D:5      | 26766 ||| Stepping ~*~*~tactically~*~*~ (outnumbered).
 26768 | D:5      | 26768 ||| Stepping ~*~*~tactically~*~*~ (outnumbered).
 26771 | D:5      | 26771 ||| Stepping ~*~*~tactically~*~*~ (outnumbered).
 26773 | D:5      | 26773 ||| Stepping ~*~*~tactically~*~*~ (outnumbered).
 26775 | D:5      | 26775 ||| Stepping ~*~*~tactically~*~*~ (outnumbered).
 26779 | D:5      | 26779 ||| Stepping ~*~*~tactically~*~*~ (outnumbered).
 26781 | D:5      | 26781 ||| Stepping ~*~*~tactically~*~*~ (outnumbered).
 26783 | D:5      | 26783 ||| Stepping ~*~*~tactically~*~*~ (outnumbered).
 26785 | D:5      | 26785 ||| Stepping ~*~*~tactically~*~*~ (outnumbered).
 26787 | D:5      | 26787 ||| Stepping ~*~*~tactically~*~*~ (outnumbered).
 26789 | D:5      | 26789 ||| Stepping ~*~*~tactically~*~*~ (outnumbered).
 26794 | D:5      | 26794 ||| Stepping ~*~*~tactically~*~*~ (outnumbered).
 26796 | D:5      | 26796 ||| Stepping ~*~*~tactically~*~*~ (outnumbered).
 26798 | D:5      | 26798 ||| Stepping ~*~*~tactically~*~*~ (outnumbered).
 26800 | D:5      | 26800 ||| Stepping ~*~*~tactically~*~*~ (outnumbered).
 26802 | D:5      | 26802 ||| Stepping ~*~*~tactically~*~*~ (outnumbered).
 26804 | D:5      | 26804 ||| Stepping ~*~*~tactically~*~*~ (outnumbered).
 26806 | D:5      | 26806 ||| Stepping ~*~*~tactically~*~*~ (outnumbered).
 26808 | D:5      | 26808 ||| Stepping ~*~*~tactically~*~*~ (outnumbered).
 26810 | D:5      | 26810 ||| Stepping ~*~*~tactically~*~*~ (outnumbered).
 26812 | D:5      | 26812 ||| Stepping ~*~*~tactically~*~*~ (outnumbered).
 26814 | D:5      | 26814 ||| Stepping ~*~*~tactically~*~*~ (outnumbered).
 26816 | D:5      | 26816 ||| Stepping ~*~*~tactically~*~*~ (outnumbered).
 26818 | D:5      | 26818 ||| Stepping ~*~*~tactically~*~*~ (outnumbered).
 26820 | D:5      | 26820 ||| Stepping ~*~*~tactically~*~*~ (outnumbered).
 26822 | D:5      | 26822 ||| Stepping ~*~*~tactically~*~*~ (outnumbered).
 26824 | D:5      | 26824 ||| Stepping ~*~*~tactically~*~*~ (outnumbered).
 26826 | D:5      | 26826 ||| Stepping ~*~*~tactically~*~*~ (outnumbered).
 26828 | D:5      | 26828 ||| Stepping ~*~*~tactically~*~*~ (outnumbered).
 26830 | D:5      | 26830 ||| Stepping ~*~*~tactically~*~*~ (outnumbered).
 26832 | D:5      | 26832 ||| Stepping ~*~*~tactically~*~*~ (outnumbered).
 26836 | D:5      | 26836 ||| Stepping ~*~*~tactically~*~*~ (outnumbered).
 26838 | D:5      | 26838 ||| Stepping ~*~*~tactically~*~*~ (outnumbered).
 26840 | D:5      | 26840 ||| Stepping ~*~*~tactically~*~*~ (outnumbered).
 26842 | D:5      | 26842 ||| Stepping ~*~*~tactically~*~*~ (outnumbered).
 26844 | D:5      | 26844 ||| Stepping ~*~*~tactically~*~*~ (outnumbered).
 26847 | D:5      | 26847 ||| Stepping ~*~*~tactically~*~*~ (outnumbered).
 26849 | D:5      | 26849 ||| Stepping ~*~*~tactically~*~*~ (outnumbered).
 26851 | D:5      | 26851 ||| Stepping ~*~*~tactically~*~*~ (outnumbered).
 26853 | D:5      | 26853 ||| Stepping ~*~*~tactically~*~*~ (outnumbered).
 26858 | D:5      | 26858 ||| Stepping ~*~*~tactically~*~*~ (outnumbered).
 26862 | D:5      | 26862 ||| Stepping ~*~*~tactically~*~*~ (outnumbered).
 26864 | D:5      | 26864 ||| Stepping ~*~*~tactically~*~*~ (outnumbered).
 26866 | D:5      | 26866 ||| Stepping ~*~*~tactically~*~*~ (outnumbered).
 26868 | D:5      | 26868 ||| Stepping ~*~*~tactically~*~*~ (outnumbered).
 26870 | D:5      | 26870 ||| Stepping ~*~*~tactically~*~*~ (outnumbered).
 26872 | D:5      | 26872 ||| Stepping ~*~*~tactically~*~*~ (outnumbered).
 26874 | D:5      | 26874 ||| Stepping ~*~*~tactically~*~*~ (outnumbered).
 26876 | D:5      | 26876 ||| Stepping ~*~*~tactically~*~*~ (outnumbered).
 26878 | D:5      | 26878 ||| Stepping ~*~*~tactically~*~*~ (outnumbered).
 26880 | D:5      | 26880 ||| Stepping ~*~*~tactically~*~*~ (outnumbered).
 26882 | D:5      | 26882 ||| Stepping ~*~*~tactically~*~*~ (outnumbered).
 26884 | D:5      | 26884 ||| Stepping ~*~*~tactically~*~*~ (outnumbered).
 26888 | D:5      | 26888 ||| Stepping ~*~*~tactically~*~*~ (outnumbered).
 26890 | D:5      | 26890 ||| Stepping ~*~*~tactically~*~*~ (outnumbered).
 26892 | D:5      | 26892 ||| Stepping ~*~*~tactically~*~*~ (outnumbered).
 26894 | D:5      | 26894 ||| Stepping ~*~*~tactically~*~*~ (outnumbered).
 26896 | D:5      | 26896 ||| Stepping ~*~*~tactically~*~*~ (outnumbered).
 26898 | D:5      | 26898 ||| Stepping ~*~*~tactically~*~*~ (outnumbered).
 26900 | D:5      | 26900 ||| Stepping ~*~*~tactically~*~*~ (outnumbered).
 26902 | D:5      | 26902 ||| Stepping ~*~*~tactically~*~*~ (outnumbered).
 26904 | D:5      | 26904 ||| Stepping ~*~*~tactically~*~*~ (outnumbered).
 26906 | D:5      | 26906 ||| Stepping ~*~*~tactically~*~*~ (outnumbered).
 26908 | D:5      | 26908 ||| Stepping ~*~*~tactically~*~*~ (outnumbered).
 26910 | D:5      | 26910 ||| Stepping ~*~*~tactically~*~*~ (outnumbered).
 26912 | D:5      | 26912 ||| Stepping ~*~*~tactically~*~*~ (outnumbered).
 26914 | D:5      | 26914 ||| Stepping ~*~*~tactically~*~*~ (outnumbered).
 26916 | D:5      | 26916 ||| Stepping ~*~*~tactically~*~*~ (outnumbered).
 26920 | D:5      | 26920 ||| Stepping ~*~*~tactically~*~*~ (outnumbered).
 26922 | D:5      | 26922 ||| Stepping ~*~*~tactically~*~*~ (outnumbered).
 26924 | D:5      | 26924 ||| Stepping ~*~*~tactically~*~*~ (outnumbered).
 26927 | D:5      | 26927 ||| Stepping ~*~*~tactically~*~*~ (outnumbered).
 26929 | D:5      | 26929 ||| Stepping ~*~*~tactically~*~*~ (outnumbered).
 26931 | D:5      | 26931 ||| Stepping ~*~*~tactically~*~*~ (outnumbered).
 26933 | D:5      | 26933 ||| Stepping ~*~*~tactically~*~*~ (outnumbered).
 26935 | D:5      | 26935 ||| Stepping ~*~*~tactically~*~*~ (outnumbered).
 26937 | D:5      | 26937 ||| Stepping ~*~*~tactically~*~*~ (outnumbered).
 26939 | D:5      | 26939 ||| Stepping ~*~*~tactically~*~*~ (outnumbered).
 26941 | D:5      | 26941 ||| Stepping ~*~*~tactically~*~*~ (outnumbered).
 26944 | D:5      | 26944 ||| Stepping ~*~*~tactically~*~*~ (outnumbered).
 26946 | D:5      | 26946 ||| Stepping ~*~*~tactically~*~*~ (outnumbered).
 26949 | D:5      | 26949 ||| Stepping ~*~*~tactically~*~*~ (outnumbered).
 26951 | D:5      | 26951 ||| Stepping ~*~*~tactically~*~*~ (outnumbered).
 26955 | D:5      | 26955 ||| Stepping ~*~*~tactically~*~*~ (outnumbered).
 26957 | D:5      | 26957 ||| Stepping ~*~*~tactically~*~*~ (outnumbered).
 26960 | D:5      | 26960 ||| Stepping ~*~*~tactically~*~*~ (outnumbered).
 26962 | D:5      | 26962 ||| Stepping ~*~*~tactically~*~*~ (outnumbered).
 26964 | D:5      | 26964 ||| Stepping ~*~*~tactically~*~*~ (outnumbered).
 26966 | D:5      | 26966 ||| Stepping ~*~*~tactically~*~*~ (outnumbered).
 26968 | D:5      | 26968 ||| Stepping ~*~*~tactically~*~*~ (outnumbered).
 26970 | D:5      | 26970 ||| Stepping ~*~*~tactically~*~*~ (outnumbered).
 26972 | D:5      | 26972 ||| Stepping ~*~*~tactically~*~*~ (outnumbered).
 26974 | D:5      | 26974 ||| Stepping ~*~*~tactically~*~*~ (outnumbered).
 26976 | D:5      | 26976 ||| Stepping ~*~*~tactically~*~*~ (outnumbered).
 26978 | D:5      | 26978 ||| Stepping ~*~*~tactically~*~*~ (outnumbered).
 26980 | D:5      | 26980 ||| Stepping ~*~*~tactically~*~*~ (outnumbered).
 26982 | D:5      | 26982 ||| Stepping ~*~*~tactically~*~*~ (outnumbered).
 26984 | D:5      | 26984 ||| Stepping ~*~*~tactically~*~*~ (outnumbered).
 26986 | D:5      | 26986 ||| Stepping ~*~*~tactically~*~*~ (outnumbered).
 26988 | D:5      | 26988 ||| Stepping ~*~*~tactically~*~*~ (outnumbered).
 26991 | D:5      | 26991 ||| Stepping ~*~*~tactically~*~*~ (outnumbered).
 26993 | D:5      | 26993 ||| Stepping ~*~*~tactically~*~*~ (outnumbered).
 26995 | D:5      | 26995 ||| Stepping ~*~*~tactically~*~*~ (outnumbered).
 26997 | D:5      | 26997 ||| Stepping ~*~*~tactically~*~*~ (outnumbered).
 26999 | D:5      | 26999 ||| Stepping ~*~*~tactically~*~*~ (outnumbered).
 27001 | D:5      | 27001 ||| Stepping ~*~*~tactically~*~*~ (outnumbered).
 27003 | D:5      | 27003 ||| Stepping ~*~*~tactically~*~*~ (outnumbered).
 27005 | D:5      | 27005 ||| Stepping ~*~*~tactically~*~*~ (outnumbered).
 27007 | D:5      | 27007 ||| Stepping ~*~*~tactically~*~*~ (outnumbered).
 27009 | D:5      | 27009 ||| Stepping ~*~*~tactically~*~*~ (outnumbered).
 27011 | D:5      | 27011 ||| Stepping ~*~*~tactically~*~*~ (outnumbered).
 27013 | D:5      | 27013 ||| Stepping ~*~*~tactically~*~*~ (outnumbered).
 27015 | D:5      | 27015 ||| Stepping ~*~*~tactically~*~*~ (outnumbered).
 27019 | D:5      | 27019 ||| Stepping ~*~*~tactically~*~*~ (outnumbered).
 27021 | D:5      | 27021 ||| Stepping ~*~*~tactically~*~*~ (outnumbered).
 27023 | D:5      | 27023 ||| Stepping ~*~*~tactically~*~*~ (outnumbered).
 27025 | D:5      | 27025 ||| Stepping ~*~*~tactically~*~*~ (outnumbered).
 27027 | D:5      | 27027 ||| Stepping ~*~*~tactically~*~*~ (outnumbered).
 27029 | D:5      | 27029 ||| Stepping ~*~*~tactically~*~*~ (outnumbered).
 27031 | D:5      | 27031 ||| Stepping ~*~*~tactically~*~*~ (outnumbered).
 27033 | D:5      | 27033 ||| Stepping ~*~*~tactically~*~*~ (outnumbered).
 27035 | D:5      | 27035 ||| Stepping ~*~*~tactically~*~*~ (outnumbered).
 27037 | D:5      | 27037 ||| Stepping ~*~*~tactically~*~*~ (outnumbered).
 27039 | D:5      | 27039 ||| Stepping ~*~*~tactically~*~*~ (outnumbered).
 27041 | D:5      | 27041 ||| Stepping ~*~*~tactically~*~*~ (outnumbered).
 27043 | D:5      | 27043 ||| Stepping ~*~*~tactically~*~*~ (outnumbered).
 27045 | D:5      | 27045 ||| Stepping ~*~*~tactically~*~*~ (outnumbered).
 27048 | D:5      | 27048 ||| Stepping ~*~*~tactically~*~*~ (outnumbered).
 27050 | D:5      | 27050 ||| Stepping ~*~*~tactically~*~*~ (outnumbered).
 27052 | D:5      | 27052 ||| Stepping ~*~*~tactically~*~*~ (outnumbered).
 27054 | D:5      | 27054 ||| Stepping ~*~*~tactically~*~*~ (outnumbered).
 27056 | D:5      | 27056 ||| Stepping ~*~*~tactically~*~*~ (outnumbered).
 27058 | D:5      | 27058 ||| Stepping ~*~*~tactically~*~*~ (outnumbered).
 27060 | D:5      | 27060 ||| Stepping ~*~*~tactically~*~*~ (outnumbered).
 27062 | D:5      | 27062 ||| Stepping ~*~*~tactically~*~*~ (outnumbered).
 27064 | D:5      | 27064 ||| Stepping ~*~*~tactically~*~*~ (outnumbered).
 27066 | D:5      | 27066 ||| Stepping ~*~*~tactically~*~*~ (outnumbered).
 27068 | D:5      | 27068 ||| Stepping ~*~*~tactically~*~*~ (outnumbered).
 27070 | D:5      | 27070 ||| Stepping ~*~*~tactically~*~*~ (outnumbered).
 27072 | D:5      | 27072 ||| Stepping ~*~*~tactically~*~*~ (outnumbered).
 27074 | D:5      | 27074 ||| Stepping ~*~*~tactically~*~*~ (outnumbered).
 27076 | D:5      | 27076 ||| Stepping ~*~*~tactically~*~*~ (outnumbered).
 27078 | D:5      | 27078 ||| Stepping ~*~*~tactically~*~*~ (outnumbered).
 27080 | D:5      | 27080 ||| Stepping ~*~*~tactically~*~*~ (outnumbered).
 27083 | D:5      | 27083 ||| Stepping ~*~*~tactically~*~*~ (outnumbered).
 27085 | D:5      | 27085 ||| Stepping ~*~*~tactically~*~*~ (outnumbered).
 27087 | D:5      | 27087 ||| Stepping ~*~*~tactically~*~*~ (outnumbered).
 27090 | D:5      | 27090 ||| Stepping ~*~*~tactically~*~*~ (outnumbered).
 27092 | D:5      | 27092 ||| Stepping ~*~*~tactically~*~*~ (outnumbered).
 27094 | D:5      | 27094 ||| Stepping ~*~*~tactically~*~*~ (outnumbered).
 27096 | D:5      | 27096 ||| Stepping ~*~*~tactically~*~*~ (outnumbered).
 27099 | D:5      | 27099 ||| Stepping ~*~*~tactically~*~*~ (outnumbered).
 27101 | D:5      | 27101 ||| Stepping ~*~*~tactically~*~*~ (outnumbered).
 27103 | D:5      | 27103 ||| Stepping ~*~*~tactically~*~*~ (outnumbered).
 27105 | D:5      | 27105 ||| Stepping ~*~*~tactically~*~*~ (outnumbered).
 27107 | D:5      | 27107 ||| Stepping ~*~*~tactically~*~*~ (outnumbered).
 27109 | D:5      | 27109 ||| Stepping ~*~*~tactically~*~*~ (outnumbered).
 27111 | D:5      | 27111 ||| Stepping ~*~*~tactically~*~*~ (outnumbered).
 27113 | D:5      | 27113 ||| Stepping ~*~*~tactically~*~*~ (outnumbered).
 27115 | D:5      | 27115 ||| Stepping ~*~*~tactically~*~*~ (outnumbered).
 27117 | D:5      | 27117 ||| Stepping ~*~*~tactically~*~*~ (outnumbered).
 27119 | D:5      | 27119 ||| Stepping ~*~*~tactically~*~*~ (outnumbered).
 27121 | D:5      | 27121 ||| Stepping ~*~*~tactically~*~*~ (outnumbered).
 27124 | D:5      | 27124 ||| Stepping ~*~*~tactically~*~*~ (outnumbered).
 27126 | D:5      | 27126 ||| Stepping ~*~*~tactically~*~*~ (outnumbered).
 27128 | D:5      | 27128 ||| Stepping ~*~*~tactically~*~*~ (outnumbered).
 27130 | D:5      | 27130 ||| Stepping ~*~*~tactically~*~*~ (outnumbered).
 27132 | D:5      | 27132 ||| Stepping ~*~*~tactically~*~*~ (outnumbered).
 27134 | D:5      | 27134 ||| Stepping ~*~*~tactically~*~*~ (outnumbered).
 27136 | D:5      | 27136 ||| Stepping ~*~*~tactically~*~*~ (outnumbered).
 27138 | D:5      | 27138 ||| Stepping ~*~*~tactically~*~*~ (outnumbered).
 27140 | D:5      | 27140 ||| Stepping ~*~*~tactically~*~*~ (outnumbered).
 27142 | D:5      | 27142 ||| Stepping ~*~*~tactically~*~*~ (outnumbered).
 27144 | D:5      | 27144 ||| Stepping ~*~*~tactically~*~*~ (outnumbered).
 27146 | D:5      | 27146 ||| Stepping ~*~*~tactically~*~*~ (outnumbered).
 27149 | D:5      | 27149 ||| Stepping ~*~*~tactically~*~*~ (outnumbered).
 27151 | D:5      | 27151 ||| Stepping ~*~*~tactically~*~*~ (outnumbered).
 27153 | D:5      | 27153 ||| Stepping ~*~*~tactically~*~*~ (outnumbered).
 27155 | D:5      | 27155 ||| Stepping ~*~*~tactically~*~*~ (outnumbered).
 27157 | D:5      | 27157 ||| Stepping ~*~*~tactically~*~*~ (outnumbered).
 27159 | D:5      | 27159 ||| Stepping ~*~*~tactically~*~*~ (outnumbered).
 27161 | D:5      | 27161 ||| Stepping ~*~*~tactically~*~*~ (outnumbered).
 27163 | D:5      | 27163 ||| Stepping ~*~*~tactically~*~*~ (outnumbered).
 27165 | D:5      | 27165 ||| Stepping ~*~*~tactically~*~*~ (outnumbered).
 27167 | D:5      | 27167 ||| Stepping ~*~*~tactically~*~*~ (outnumbered).
 27169 | D:5      | 27169 ||| Stepping ~*~*~tactically~*~*~ (outnumbered).
 27171 | D:5      | 27171 ||| Stepping ~*~*~tactically~*~*~ (outnumbered).
 27173 | D:5      | 27173 ||| Stepping ~*~*~tactically~*~*~ (outnumbered).
 27175 | D:5      | 27175 ||| Stepping ~*~*~tactically~*~*~ (outnumbered).
 27177 | D:5      | 27177 ||| Stepping ~*~*~tactically~*~*~ (outnumbered).
 27179 | D:5      | 27179 ||| Stepping ~*~*~tactically~*~*~ (outnumbered).
 27181 | D:5      | 27181 ||| Stepping ~*~*~tactically~*~*~ (outnumbered).
 27183 | D:5      | 27183 ||| Stepping ~*~*~tactically~*~*~ (outnumbered).
 27185 | D:5      | 27185 ||| Stepping ~*~*~tactically~*~*~ (outnumbered).
 27187 | D:5      | 27187 ||| Stepping ~*~*~tactically~*~*~ (outnumbered).
 27189 | D:5      | 27189 ||| Stepping ~*~*~tactically~*~*~ (outnumbered).
 27191 | D:5      | 27191 ||| Stepping ~*~*~tactically~*~*~ (outnumbered).
 27193 | D:5      | 27193 ||| Stepping ~*~*~tactically~*~*~ (outnumbered).
 27196 | D:5      | 27196 ||| Stepping ~*~*~tactically~*~*~ (outnumbered).
 27198 | D:5      | 27198 ||| Stepping ~*~*~tactically~*~*~ (outnumbered).
 27200 | D:5      | 27200 ||| Stepping ~*~*~tactically~*~*~ (outnumbered).
 27202 | D:5      | 27202 ||| Stepping ~*~*~tactically~*~*~ (outnumbered).
 27204 | D:5      | 27204 ||| Stepping ~*~*~tactically~*~*~ (outnumbered).
 27206 | D:5      | 27206 ||| Stepping ~*~*~tactically~*~*~ (outnumbered).
 27208 | D:5      | 27208 ||| Stepping ~*~*~tactically~*~*~ (outnumbered).
 27210 | D:5      | 27210 ||| Stepping ~*~*~tactically~*~*~ (outnumbered).
 27212 | D:5      | 27212 ||| Stepping ~*~*~tactically~*~*~ (outnumbered).
 27214 | D:5      | 27214 ||| Stepping ~*~*~tactically~*~*~ (outnumbered).
 27216 | D:5      | 27216 ||| Stepping ~*~*~tactically~*~*~ (outnumbered).
 27218 | D:5      | 27218 ||| Stepping ~*~*~tactically~*~*~ (outnumbered).
 27220 | D:5      | 27220 ||| Stepping ~*~*~tactically~*~*~ (outnumbered).
 27224 | D:5      | 27224 ||| Stepping ~*~*~tactically~*~*~ (outnumbered).
 27226 | D:5      | 27226 ||| Stepping ~*~*~tactically~*~*~ (outnumbered).
 27228 | D:5      | 27228 ||| Stepping ~*~*~tactically~*~*~ (outnumbered).
 27230 | D:5      | 27230 ||| Stepping ~*~*~tactically~*~*~ (outnumbered).
 27232 | D:5      | 27232 ||| Stepping ~*~*~tactically~*~*~ (outnumbered).
 27234 | D:5      | 27234 ||| Stepping ~*~*~tactically~*~*~ (outnumbered).
 27236 | D:5      | 27236 ||| Stepping ~*~*~tactically~*~*~ (outnumbered).
 27238 | D:5      | 27238 ||| Stepping ~*~*~tactically~*~*~ (outnumbered).
 27240 | D:5      | 27240 ||| Stepping ~*~*~tactically~*~*~ (outnumbered).
 27242 | D:5      | 27242 ||| Stepping ~*~*~tactically~*~*~ (outnumbered).
 27244 | D:5      | 27244 ||| Stepping ~*~*~tactically~*~*~ (outnumbered).
 27246 | D:5      | 27246 ||| Stepping ~*~*~tactically~*~*~ (outnumbered).
 27250 | D:5      | 27250 ||| Stepping ~*~*~tactically~*~*~ (outnumbered).
 27252 | D:5      | 27252 ||| Stepping ~*~*~tactically~*~*~ (outnumbered).
 27254 | D:5      | 27254 ||| Stepping ~*~*~tactically~*~*~ (outnumbered).
 27256 | D:5      | 27256 ||| Stepping ~*~*~tactically~*~*~ (outnumbered).
 27258 | D:5      | 27258 ||| Stepping ~*~*~tactically~*~*~ (outnumbered).
 27260 | D:5      | 27260 ||| Stepping ~*~*~tactically~*~*~ (outnumbered).
 27262 | D:5      | 27262 ||| Stepping ~*~*~tactically~*~*~ (outnumbered).
 27264 | D:5      | 27264 ||| Stepping ~*~*~tactically~*~*~ (outnumbered).
 27266 | D:5      | 27266 ||| Stepping ~*~*~tactically~*~*~ (outnumbered).
 27268 | D:5      | 27268 ||| Stepping ~*~*~tactically~*~*~ (outnumbered).
 27270 | D:5      | 27270 ||| Stepping ~*~*~tactically~*~*~ (outnumbered).
 27272 | D:5      | 27272 ||| Stepping ~*~*~tactically~*~*~ (outnumbered).
 27274 | D:5      | 27274 ||| Stepping ~*~*~tactically~*~*~ (outnumbered).
 27276 | D:5      | 27276 ||| Stepping ~*~*~tactically~*~*~ (outnumbered).
 27278 | D:5      | 27278 ||| Stepping ~*~*~tactically~*~*~ (outnumbered).
 27280 | D:5      | 27280 ||| Stepping ~*~*~tactically~*~*~ (outnumbered).
 27282 | D:5      | 27282 ||| Stepping ~*~*~tactically~*~*~ (outnumbered).
 27284 | D:5      | 27284 ||| Stepping ~*~*~tactically~*~*~ (outnumbered).
 27286 | D:5      | 27286 ||| Stepping ~*~*~tactically~*~*~ (outnumbered).
 27288 | D:5      | 27288 ||| Stepping ~*~*~tactically~*~*~ (outnumbered).
 27290 | D:5      | 27290 ||| Stepping ~*~*~tactically~*~*~ (outnumbered).
 27292 | D:5      | 27292 ||| Stepping ~*~*~tactically~*~*~ (outnumbered).
 27294 | D:5      | 27294 ||| Stepping ~*~*~tactically~*~*~ (outnumbered).
 27296 | D:5      | 27296 ||| Stepping ~*~*~tactically~*~*~ (outnumbered).
 27298 | D:5      | 27298 ||| Stepping ~*~*~tactically~*~*~ (outnumbered).
 27300 | D:5      | 27300 ||| Stepping ~*~*~tactically~*~*~ (outnumbered).
 27302 | D:5      | 27302 ||| Stepping ~*~*~tactically~*~*~ (outnumbered).
 27304 | D:5      | 27304 ||| Stepping ~*~*~tactically~*~*~ (outnumbered).
 27306 | D:5      | 27306 ||| Stepping ~*~*~tactically~*~*~ (outnumbered).
 27308 | D:5      | 27308 ||| Stepping ~*~*~tactically~*~*~ (outnumbered).
 27310 | D:5      | 27310 ||| Stepping ~*~*~tactically~*~*~ (outnumbered).
 27312 | D:5      | 27312 ||| Stepping ~*~*~tactically~*~*~ (outnumbered).
 27314 | D:5      | 27314 ||| Stepping ~*~*~tactically~*~*~ (outnumbered).
 27316 | D:5      | 27316 ||| Stepping ~*~*~tactically~*~*~ (outnumbered).
 27318 | D:5      | 27318 ||| Stepping ~*~*~tactically~*~*~ (outnumbered).
 27320 | D:5      | 27320 ||| Stepping ~*~*~tactically~*~*~ (outnumbered).
 27322 | D:5      | 27322 ||| Stepping ~*~*~tactically~*~*~ (outnumbered).
 27324 | D:5      | 27324 ||| Stepping ~*~*~tactically~*~*~ (outnumbered).
 27326 | D:5      | 27326 ||| Stepping ~*~*~tactically~*~*~ (outnumbered).
 27328 | D:5      | 27328 ||| Stepping ~*~*~tactically~*~*~ (outnumbered).
 27330 | D:5      | 27330 ||| Stepping ~*~*~tactically~*~*~ (outnumbered).
 27332 | D:5      | 27332 ||| Stepping ~*~*~tactically~*~*~ (outnumbered).
 27334 | D:5      | 27334 ||| Stepping ~*~*~tactically~*~*~ (outnumbered).
 27336 | D:5      | 27336 ||| Stepping ~*~*~tactically~*~*~ (outnumbered).
 27338 | D:5      | 27338 ||| Stepping ~*~*~tactically~*~*~ (outnumbered).
 27340 | D:5      | 27340 ||| Stepping ~*~*~tactically~*~*~ (outnumbered).
 27342 | D:5      | 27342 ||| Stepping ~*~*~tactically~*~*~ (outnumbered).
 27344 | D:5      | 27344 ||| Stepping ~*~*~tactically~*~*~ (outnumbered).
 27346 | D:5      | 27346 ||| Stepping ~*~*~tactically~*~*~ (outnumbered).
 27348 | D:5      | 27348 ||| Stepping ~*~*~tactically~*~*~ (outnumbered).
 27350 | D:5      | 27350 ||| Stepping ~*~*~tactically~*~*~ (outnumbered).
 27352 | D:5      | 27352 ||| Stepping ~*~*~tactically~*~*~ (outnumbered).
 27354 | D:5      | 27354 ||| Stepping ~*~*~tactically~*~*~ (outnumbered).
 27358 | D:5      | 27358 ||| Stepping ~*~*~tactically~*~*~ (outnumbered).
 27360 | D:5      | 27360 ||| Stepping ~*~*~tactically~*~*~ (outnumbered).
 27362 | D:5      | 27362 ||| Stepping ~*~*~tactically~*~*~ (outnumbered).
 27364 | D:5      | 27364 ||| Stepping ~*~*~tactically~*~*~ (outnumbered).
 27366 | D:5      | 27366 ||| Stepping ~*~*~tactically~*~*~ (outnumbered).
 27368 | D:5      | 27368 ||| Stepping ~*~*~tactically~*~*~ (outnumbered).
 27370 | D:5      | 27370 ||| Stepping ~*~*~tactically~*~*~ (outnumbered).
 27372 | D:5      | 27372 ||| Stepping ~*~*~tactically~*~*~ (outnumbered).
 27374 | D:5      | 27374 ||| Stepping ~*~*~tactically~*~*~ (outnumbered).
 27376 | D:5      | 27376 ||| Stepping ~*~*~tactically~*~*~ (outnumbered).
 27378 | D:5      | 27378 ||| Stepping ~*~*~tactically~*~*~ (outnumbered).
 27380 | D:5      | 27380 ||| Stepping ~*~*~tactically~*~*~ (outnumbered).
 27382 | D:5      | 27382 ||| Stepping ~*~*~tactically~*~*~ (outnumbered).
 27384 | D:5      | 27384 ||| Stepping ~*~*~tactically~*~*~ (outnumbered).
 27386 | D:5      | 27386 ||| Stepping ~*~*~tactically~*~*~ (outnumbered).
 27388 | D:5      | 27388 ||| Stepping ~*~*~tactically~*~*~ (outnumbered).
 27390 | D:5      | 27390 ||| Stepping ~*~*~tactically~*~*~ (outnumbered).
 27392 | D:5      | 27392 ||| Stepping ~*~*~tactically~*~*~ (outnumbered).
 27394 | D:5      | 27394 ||| Stepping ~*~*~tactically~*~*~ (outnumbered).
 27396 | D:5      | 27396 ||| Stepping ~*~*~tactically~*~*~ (outnumbered).
 27398 | D:5      | 27398 ||| Stepping ~*~*~tactically~*~*~ (outnumbered).
 27400 | D:5      | 27400 ||| Stepping ~*~*~tactically~*~*~ (outnumbered).
 27403 | D:5      | 27403 ||| Stepping ~*~*~tactically~*~*~ (outnumbered).
 27405 | D:5      | 27405 ||| Stepping ~*~*~tactically~*~*~ (outnumbered).
 27407 | D:5      | 27407 ||| Stepping ~*~*~tactically~*~*~ (outnumbered).
 27409 | D:5      | 27409 ||| Stepping ~*~*~tactically~*~*~ (outnumbered).
 27411 | D:5      | 27411 ||| Stepping ~*~*~tactically~*~*~ (outnumbered).
 27413 | D:5      | 27413 ||| Stepping ~*~*~tactically~*~*~ (outnumbered).
 27415 | D:5      | 27415 ||| Stepping ~*~*~tactically~*~*~ (outnumbered).
 27417 | D:5      | 27417 ||| Stepping ~*~*~tactically~*~*~ (outnumbered).
 27419 | D:5      | 27419 ||| Stepping ~*~*~tactically~*~*~ (outnumbered).
 27421 | D:5      | 27421 ||| Stepping ~*~*~tactically~*~*~ (outnumbered).
 27423 | D:5      | 27423 ||| Stepping ~*~*~tactically~*~*~ (outnumbered).
 27425 | D:5      | 27425 ||| Stepping ~*~*~tactically~*~*~ (outnumbered).
 27427 | D:5      | 27427 ||| Stepping ~*~*~tactically~*~*~ (outnumbered).
 27429 | D:5      | 27429 ||| Stepping ~*~*~tactically~*~*~ (outnumbered).
 27434 | D:5      | 27434 ||| Stepping ~*~*~tactically~*~*~ (outnumbered).
 27436 | D:5      | 27436 ||| Stepping ~*~*~tactically~*~*~ (outnumbered).
 27438 | D:5      | 27438 ||| Stepping ~*~*~tactically~*~*~ (outnumbered).
 27441 | D:5      | 27441 ||| Stepping ~*~*~tactically~*~*~ (outnumbered).
 27443 | D:5      | 27443 ||| Stepping ~*~*~tactically~*~*~ (outnumbered).
 27445 | D:5      | 27445 ||| Stepping ~*~*~tactically~*~*~ (outnumbered).
 27447 | D:5      | 27447 ||| Stepping ~*~*~tactically~*~*~ (outnumbered).
 27449 | D:5      | 27449 ||| Stepping ~*~*~tactically~*~*~ (outnumbered).
 27451 | D:5      | 27451 ||| Stepping ~*~*~tactically~*~*~ (outnumbered).
 27454 | D:5      | 27454 ||| Stepping ~*~*~tactically~*~*~ (outnumbered).
 27456 | D:5      | 27456 ||| Stepping ~*~*~tactically~*~*~ (outnumbered).
 27458 | D:5      | 27458 ||| Stepping ~*~*~tactically~*~*~ (outnumbered).
 27460 | D:5      | 27460 ||| Stepping ~*~*~tactically~*~*~ (outnumbered).
 27462 | D:5      | 27462 ||| Stepping ~*~*~tactically~*~*~ (outnumbered).
 27464 | D:5      | 27464 ||| Stepping ~*~*~tactically~*~*~ (outnumbered).
 27466 | D:5      | 27466 ||| Stepping ~*~*~tactically~*~*~ (outnumbered).
 27468 | D:5      | 27468 ||| Stepping ~*~*~tactically~*~*~ (outnumbered).
 27470 | D:5      | 27470 ||| Stepping ~*~*~tactically~*~*~ (outnumbered).
 27472 | D:5      | 27472 ||| Stepping ~*~*~tactically~*~*~ (outnumbered).
 27474 | D:5      | 27474 ||| Stepping ~*~*~tactically~*~*~ (outnumbered).
 27476 | D:5      | 27476 ||| Stepping ~*~*~tactically~*~*~ (outnumbered).
 27478 | D:5      | 27478 ||| Stepping ~*~*~tactically~*~*~ (outnumbered).
 27480 | D:5      | 27480 ||| Stepping ~*~*~tactically~*~*~ (outnumbered).
 27482 | D:5      | 27482 ||| Stepping ~*~*~tactically~*~*~ (outnumbered).
 27484 | D:5      | 27484 ||| Stepping ~*~*~tactically~*~*~ (outnumbered).
 27486 | D:5      | 27486 ||| Stepping ~*~*~tactically~*~*~ (outnumbered).
 27488 | D:5      | 27488 ||| Stepping ~*~*~tactically~*~*~ (outnumbered).
 27490 | D:5      | 27490 ||| Stepping ~*~*~tactically~*~*~ (outnumbered).
 27492 | D:5      | 27492 ||| Stepping ~*~*~tactically~*~*~ (outnumbered).
 27494 | D:5      | 27494 ||| Stepping ~*~*~tactically~*~*~ (outnumbered).
 27496 | D:5      | 27496 ||| Stepping ~*~*~tactically~*~*~ (outnumbered).
 27498 | D:5      | 27498 ||| Stepping ~*~*~tactically~*~*~ (outnumbered).
 27500 | D:5      | 27500 ||| Stepping ~*~*~tactically~*~*~ (outnumbered).
 27502 | D:5      | 27502 ||| Stepping ~*~*~tactically~*~*~ (outnumbered).
 27504 | D:5      | 27504 ||| Stepping ~*~*~tactically~*~*~ (outnumbered).
 27506 | D:5      | 27506 ||| Stepping ~*~*~tactically~*~*~ (outnumbered).
 27508 | D:5      | 27508 ||| Stepping ~*~*~tactically~*~*~ (outnumbered).
 27510 | D:5      | 27510 ||| Stepping ~*~*~tactically~*~*~ (outnumbered).
 27512 | D:5      | 27512 ||| Stepping ~*~*~tactically~*~*~ (outnumbered).
 27514 | D:5      | 27514 ||| Stepping ~*~*~tactically~*~*~ (outnumbered).
 27516 | D:5      | 27516 ||| Stepping ~*~*~tactically~*~*~ (outnumbered).
 27518 | D:5      | 27518 ||| Stepping ~*~*~tactically~*~*~ (outnumbered).
 27520 | D:5      | 27520 ||| Stepping ~*~*~tactically~*~*~ (outnumbered).
 27522 | D:5      | 27522 ||| Stepping ~*~*~tactically~*~*~ (outnumbered).
 27524 | D:5      | 27524 ||| Stepping ~*~*~tactically~*~*~ (outnumbered).
 27526 | D:5      | 27526 ||| Stepping ~*~*~tactically~*~*~ (outnumbered).
 27528 | D:5      | 27528 ||| Stepping ~*~*~tactically~*~*~ (outnumbered).
 27530 | D:5      | 27530 ||| Stepping ~*~*~tactically~*~*~ (outnumbered).
 27532 | D:5      | 27532 ||| Stepping ~*~*~tactically~*~*~ (outnumbered).
 27535 | D:5      | 27535 ||| Stepping ~*~*~tactically~*~*~ (outnumbered).
 27537 | D:5      | 27537 ||| Stepping ~*~*~tactically~*~*~ (outnumbered).
 27539 | D:5      | 27539 ||| Stepping ~*~*~tactically~*~*~ (outnumbered).
 27541 | D:5      | 27541 ||| Stepping ~*~*~tactically~*~*~ (outnumbered).
 27543 | D:5      | 27543 ||| Stepping ~*~*~tactically~*~*~ (outnumbered).
 27545 | D:5      | 27545 ||| Stepping ~*~*~tactically~*~*~ (outnumbered).
 27547 | D:5      | 27547 ||| Stepping ~*~*~tactically~*~*~ (outnumbered).
 27549 | D:5      | 27549 ||| Stepping ~*~*~tactically~*~*~ (outnumbered).
 27551 | D:5      | 27551 ||| Stepping ~*~*~tactically~*~*~ (outnumbered).
 27553 | D:5      | 27553 ||| Stepping ~*~*~tactically~*~*~ (outnumbered).
 27555 | D:5      | 27555 ||| Stepping ~*~*~tactically~*~*~ (outnumbered).
 27557 | D:5      | 27557 ||| Stepping ~*~*~tactically~*~*~ (outnumbered).
 27559 | D:5      | 27559 ||| Stepping ~*~*~tactically~*~*~ (outnumbered).
 27561 | D:5      | 27561 ||| Stepping ~*~*~tactically~*~*~ (outnumbered).
 27563 | D:5      | 27563 ||| Stepping ~*~*~tactically~*~*~ (outnumbered).
 27565 | D:5      | 27565 ||| Stepping ~*~*~tactically~*~*~ (outnumbered).
 27567 | D:5      | 27567 ||| Stepping ~*~*~tactically~*~*~ (outnumbered).
 27569 | D:5      | 27569 ||| Stepping ~*~*~tactically~*~*~ (outnumbered).
 27571 | D:5      | 27571 ||| Stepping ~*~*~tactically~*~*~ (outnumbered).
 27575 | D:5      | 27575 ||| Stepping ~*~*~tactically~*~*~ (outnumbered).
 27580 | D:5      | 27580 ||| Stepping ~*~*~tactically~*~*~ (outnumbered).
 27582 | D:5      | 27582 ||| Stepping ~*~*~tactically~*~*~ (outnumbered).
 27584 | D:5      | 27584 ||| Stepping ~*~*~tactically~*~*~ (outnumbered).
 27586 | D:5      | 27586 ||| Stepping ~*~*~tactically~*~*~ (outnumbered).
 27588 | D:5      | 27588 ||| Stepping ~*~*~tactically~*~*~ (outnumbered).
 27590 | D:5      | 27590 ||| Stepping ~*~*~tactically~*~*~ (outnumbered).
 27592 | D:5      | 27592 ||| Stepping ~*~*~tactically~*~*~ (outnumbered).
 27594 | D:5      | 27594 ||| Stepping ~*~*~tactically~*~*~ (outnumbered).
 27596 | D:5      | 27596 ||| Stepping ~*~*~tactically~*~*~ (outnumbered).
 27598 | D:5      | 27598 ||| Stepping ~*~*~tactically~*~*~ (outnumbered).
 27600 | D:5      | 27600 ||| Stepping ~*~*~tactically~*~*~ (outnumbered).
 27602 | D:5      | 27602 ||| Stepping ~*~*~tactically~*~*~ (outnumbered).
 27604 | D:5      | 27604 ||| Stepping ~*~*~tactically~*~*~ (outnumbered).
 27606 | D:5      | 27606 ||| Stepping ~*~*~tactically~*~*~ (outnumbered).
 27608 | D:5      | 27608 ||| Stepping ~*~*~tactically~*~*~ (outnumbered).
 27610 | D:5      | 27610 ||| Stepping ~*~*~tactically~*~*~ (outnumbered).
 27612 | D:5      | 27612 ||| Stepping ~*~*~tactically~*~*~ (outnumbered).
 27614 | D:5      | 27614 ||| Stepping ~*~*~tactically~*~*~ (outnumbered).
 27616 | D:5      | 27616 ||| Stepping ~*~*~tactically~*~*~ (outnumbered).
 27618 | D:5      | 27618 ||| Stepping ~*~*~tactically~*~*~ (outnumbered).
 27620 | D:5      | 27620 ||| Stepping ~*~*~tactically~*~*~ (outnumbered).
 27622 | D:5      | 27622 ||| Stepping ~*~*~tactically~*~*~ (outnumbered).
 27624 | D:5      | 27624 ||| Stepping ~*~*~tactically~*~*~ (outnumbered).
 27626 | D:5      | 27626 ||| Stepping ~*~*~tactically~*~*~ (outnumbered).
 27628 | D:5      | 27628 ||| Stepping ~*~*~tactically~*~*~ (outnumbered).
 27630 | D:5      | 27630 ||| Stepping ~*~*~tactically~*~*~ (outnumbered).
 27633 | D:5      | 27633 ||| Stepping ~*~*~tactically~*~*~ (outnumbered).
 27635 | D:5      | 27635 ||| Stepping ~*~*~tactically~*~*~ (outnumbered).
 27637 | D:5      | 27637 ||| Stepping ~*~*~tactically~*~*~ (outnumbered).
 27639 | D:5      | 27639 ||| Stepping ~*~*~tactically~*~*~ (outnumbered).
 27644 | D:5      | 27644 ||| Stepping ~*~*~tactically~*~*~ (outnumbered).
 27646 | D:5      | 27646 ||| Stepping ~*~*~tactically~*~*~ (outnumbered).
 27648 | D:5      | 27648 ||| Stepping ~*~*~tactically~*~*~ (outnumbered).
 27650 | D:5      | 27650 ||| Stepping ~*~*~tactically~*~*~ (outnumbered).
 27652 | D:5      | 27652 ||| Stepping ~*~*~tactically~*~*~ (outnumbered).
 27654 | D:5      | 27654 ||| Stepping ~*~*~tactically~*~*~ (outnumbered).
 27659 | D:5      | 27659 ||| Stepping ~*~*~tactically~*~*~ (outnumbered).
 27661 | D:5      | 27661 ||| Stepping ~*~*~tactically~*~*~ (outnumbered).
 27663 | D:5      | 27663 ||| Stepping ~*~*~tactically~*~*~ (outnumbered).
 27665 | D:5      | 27665 ||| Stepping ~*~*~tactically~*~*~ (outnumbered).
 27667 | D:5      | 27667 ||| Stepping ~*~*~tactically~*~*~ (outnumbered).
 27669 | D:5      | 27669 ||| Stepping ~*~*~tactically~*~*~ (outnumbered).
 27671 | D:5      | 27671 ||| Stepping ~*~*~tactically~*~*~ (outnumbered).
 27673 | D:5      | 27673 ||| Stepping ~*~*~tactically~*~*~ (outnumbered).
 27675 | D:5      | 27675 ||| Stepping ~*~*~tactically~*~*~ (outnumbered).
 27677 | D:5      | 27677 ||| Stepping ~*~*~tactically~*~*~ (outnumbered).
 27681 | D:5      | 27681 ||| Stepping ~*~*~tactically~*~*~ (outnumbered).
 27683 | D:5      | 27683 ||| Stepping ~*~*~tactically~*~*~ (outnumbered).
 27685 | D:5      | 27685 ||| Stepping ~*~*~tactically~*~*~ (outnumbered).
 27687 | D:5      | 27687 ||| Stepping ~*~*~tactically~*~*~ (outnumbered).
 27689 | D:5      | 27689 ||| Stepping ~*~*~tactically~*~*~ (outnumbered).
 27691 | D:5      | 27691 ||| Stepping ~*~*~tactically~*~*~ (outnumbered).
 27693 | D:5      | 27693 ||| Stepping ~*~*~tactically~*~*~ (outnumbered).
 27695 | D:5      | 27695 ||| Stepping ~*~*~tactically~*~*~ (outnumbered).
 27697 | D:5      | 27697 ||| Stepping ~*~*~tactically~*~*~ (outnumbered).
 27699 | D:5      | 27699 ||| Stepping ~*~*~tactically~*~*~ (outnumbered).
 27701 | D:5      | 27701 ||| Stepping ~*~*~tactically~*~*~ (outnumbered).
 27703 | D:5      | 27703 ||| Stepping ~*~*~tactically~*~*~ (outnumbered).
 27705 | D:5      | 27705 ||| Stepping ~*~*~tactically~*~*~ (outnumbered).
 27707 | D:5      | 27707 ||| Stepping ~*~*~tactically~*~*~ (outnumbered).
 27709 | D:5      | 27709 ||| Stepping ~*~*~tactically~*~*~ (outnumbered).
 27711 | D:5      | 27711 ||| Stepping ~*~*~tactically~*~*~ (outnumbered).
 27713 | D:5      | 27713 ||| Stepping ~*~*~tactically~*~*~ (outnumbered).
 27715 | D:5      | 27715 ||| Stepping ~*~*~tactically~*~*~ (outnumbered).
 27717 | D:5      | 27717 ||| Stepping ~*~*~tactically~*~*~ (outnumbered).
 27720 | D:5      | 27720 ||| Stepping ~*~*~tactically~*~*~ (outnumbered).
 27722 | D:5      | 27722 ||| Stepping ~*~*~tactically~*~*~ (outnumbered).
 27724 | D:5      | 27724 ||| Stepping ~*~*~tactically~*~*~ (outnumbered).
 27726 | D:5      | 27726 ||| Stepping ~*~*~tactically~*~*~ (outnumbered).
 27728 | D:5      | 27728 ||| Stepping ~*~*~tactically~*~*~ (outnumbered).
 27730 | D:5      | 27730 ||| Stepping ~*~*~tactically~*~*~ (outnumbered).
 27732 | D:5      | 27732 ||| Stepping ~*~*~tactically~*~*~ (outnumbered).
 27736 | D:5      | 27736 ||| Stepping ~*~*~tactically~*~*~ (outnumbered).
 27738 | D:5      | 27738 ||| Stepping ~*~*~tactically~*~*~ (outnumbered).
 27741 | D:5      | 27741 ||| Stepping ~*~*~tactically~*~*~ (outnumbered).
 27743 | D:5      | 27743 ||| Stepping ~*~*~tactically~*~*~ (outnumbered).
 27745 | D:5      | 27745 ||| Stepping ~*~*~tactically~*~*~ (outnumbered).
 27747 | D:5      | 27747 ||| Stepping ~*~*~tactically~*~*~ (outnumbered).
 27749 | D:5      | 27749 ||| Stepping ~*~*~tactically~*~*~ (outnumbered).
 27751 | D:5      | 27751 ||| Stepping ~*~*~tactically~*~*~ (outnumbered).
 27753 | D:5      | 27753 ||| Stepping ~*~*~tactically~*~*~ (outnumbered).
 27755 | D:5      | 27755 ||| Stepping ~*~*~tactically~*~*~ (outnumbered).
 27757 | D:5      | 27757 ||| Stepping ~*~*~tactically~*~*~ (outnumbered).
 27759 | D:5      | 27759 ||| Stepping ~*~*~tactically~*~*~ (outnumbered).
 27761 | D:5      | 27761 ||| Stepping ~*~*~tactically~*~*~ (outnumbered).
 27763 | D:5      | 27763 ||| Stepping ~*~*~tactically~*~*~ (outnumbered).
 27765 | D:5      | 27765 ||| Stepping ~*~*~tactically~*~*~ (outnumbered).
 27767 | D:5      | 27767 ||| Stepping ~*~*~tactically~*~*~ (outnumbered).
 27769 | D:5      | 27769 ||| Stepping ~*~*~tactically~*~*~ (outnumbered).
 27771 | D:5      | 27771 ||| Stepping ~*~*~tactically~*~*~ (outnumbered).
 27773 | D:5      | 27773 ||| Stepping ~*~*~tactically~*~*~ (outnumbered).
 27775 | D:5      | 27775 ||| Stepping ~*~*~tactically~*~*~ (outnumbered).
 27777 | D:5      | 27777 ||| Stepping ~*~*~tactically~*~*~ (outnumbered).
 27779 | D:5      | 27779 ||| Stepping ~*~*~tactically~*~*~ (outnumbered).
 27781 | D:5      | 27781 ||| Stepping ~*~*~tactically~*~*~ (outnumbered).
 27783 | D:5      | 27783 ||| Stepping ~*~*~tactically~*~*~ (outnumbered).
 27785 | D:5      | 27785 ||| Stepping ~*~*~tactically~*~*~ (outnumbered).
 27787 | D:5      | 27787 ||| Stepping ~*~*~tactically~*~*~ (outnumbered).
 27790 | D:5      | 27790 ||| Stepping ~*~*~tactically~*~*~ (outnumbered).
 27792 | D:5      | 27792 ||| Stepping ~*~*~tactically~*~*~ (outnumbered).
 27794 | D:5      | 27794 ||| Stepping ~*~*~tactically~*~*~ (outnumbered).
 27796 | D:5      | 27796 ||| Stepping ~*~*~tactically~*~*~ (outnumbered).
 27798 | D:5      | 27798 ||| Stepping ~*~*~tactically~*~*~ (outnumbered).
 27800 | D:5      | 27800 ||| Stepping ~*~*~tactically~*~*~ (outnumbered).
 27802 | D:5      | 27802 ||| Stepping ~*~*~tactically~*~*~ (outnumbered).
 27804 | D:5      | 27804 ||| Stepping ~*~*~tactically~*~*~ (outnumbered).
 27806 | D:5      | 27806 ||| Stepping ~*~*~tactically~*~*~ (outnumbered).
 27808 | D:5      | 27808 ||| Stepping ~*~*~tactically~*~*~ (outnumbered).
 27810 | D:5      | 27810 ||| Stepping ~*~*~tactically~*~*~ (outnumbered).
 27812 | D:5      | 27812 ||| Stepping ~*~*~tactically~*~*~ (outnumbered).
 27814 | D:5      | 27814 ||| Stepping ~*~*~tactically~*~*~ (outnumbered).
 27816 | D:5      | 27816 ||| Stepping ~*~*~tactically~*~*~ (outnumbered).
 27818 | D:5      | 27818 ||| Stepping ~*~*~tactically~*~*~ (outnumbered).
 27822 | D:5      | 27822 ||| Stepping ~*~*~tactically~*~*~ (outnumbered).
 27824 | D:5      | 27824 ||| Stepping ~*~*~tactically~*~*~ (outnumbered).
 27826 | D:5      | 27826 ||| Stepping ~*~*~tactically~*~*~ (outnumbered).
 27828 | D:5      | 27828 ||| Stepping ~*~*~tactically~*~*~ (outnumbered).
 27830 | D:5      | 27830 ||| Stepping ~*~*~tactically~*~*~ (outnumbered).
 27832 | D:5      | 27832 ||| Stepping ~*~*~tactically~*~*~ (outnumbered).
 27834 | D:5      | 27834 ||| Stepping ~*~*~tactically~*~*~ (outnumbered).
 27837 | D:5      | 27837 ||| Stepping ~*~*~tactically~*~*~ (outnumbered).
 27839 | D:5      | 27839 ||| Stepping ~*~*~tactically~*~*~ (outnumbered).
 27841 | D:5      | 27841 ||| Stepping ~*~*~tactically~*~*~ (outnumbered).
 27844 | D:5      | 27844 ||| Stepping ~*~*~tactically~*~*~ (outnumbered).
 27846 | D:5      | 27846 ||| Stepping ~*~*~tactically~*~*~ (outnumbered).
 27848 | D:5      | 27848 ||| Stepping ~*~*~tactically~*~*~ (outnumbered).
 27850 | D:5      | 27850 ||| Stepping ~*~*~tactically~*~*~ (outnumbered).
 27852 | D:5      | 27852 ||| Stepping ~*~*~tactically~*~*~ (outnumbered).
 27854 | D:5      | 27854 ||| Stepping ~*~*~tactically~*~*~ (outnumbered).
 27856 | D:5      | 27856 ||| Stepping ~*~*~tactically~*~*~ (outnumbered).
 27858 | D:5      | 27858 ||| Stepping ~*~*~tactically~*~*~ (outnumbered).
 27860 | D:5      | 27860 ||| Stepping ~*~*~tactically~*~*~ (outnumbered).
 27862 | D:5      | 27862 ||| Stepping ~*~*~tactically~*~*~ (outnumbered).
 27864 | D:5      | 27864 ||| Stepping ~*~*~tactically~*~*~ (outnumbered).
 27866 | D:5      | 27866 ||| Stepping ~*~*~tactically~*~*~ (outnumbered).
 27868 | D:5      | 27868 ||| Stepping ~*~*~tactically~*~*~ (outnumbered).
 27870 | D:5      | 27870 ||| Stepping ~*~*~tactically~*~*~ (outnumbered).
 27872 | D:5      | 27872 ||| Stepping ~*~*~tactically~*~*~ (outnumbered).
 27874 | D:5      | 27874 ||| Stepping ~*~*~tactically~*~*~ (outnumbered).
 27877 | D:5      | 27877 ||| Stepping ~*~*~tactically~*~*~ (outnumbered).
 27879 | D:5      | 27879 ||| Stepping ~*~*~tactically~*~*~ (outnumbered).
 27882 | D:5      | 27882 ||| Stepping ~*~*~tactically~*~*~ (outnumbered).
 27884 | D:5      | 27884 ||| Stepping ~*~*~tactically~*~*~ (outnumbered).
 27886 | D:5      | 27886 ||| Stepping ~*~*~tactically~*~*~ (outnumbered).
 27890 | D:5      | 27890 ||| Stepping ~*~*~tactically~*~*~ (outnumbered).
 27894 | D:5      | 27894 ||| Stepping ~*~*~tactically~*~*~ (outnumbered).
 27896 | D:5      | 27896 ||| Stepping ~*~*~tactically~*~*~ (outnumbered).
 27898 | D:5      | 27898 ||| Stepping ~*~*~tactically~*~*~ (outnumbered).
 27900 | D:5      | 27900 ||| Stepping ~*~*~tactically~*~*~ (outnumbered).
 27902 | D:5      | 27902 ||| Stepping ~*~*~tactically~*~*~ (outnumbered).
 27904 | D:5      | 27904 ||| Stepping ~*~*~tactically~*~*~ (outnumbered).
 27906 | D:5      | 27906 ||| Stepping ~*~*~tactically~*~*~ (outnumbered).
 27908 | D:5      | 27908 ||| Stepping ~*~*~tactically~*~*~ (outnumbered).
 27910 | D:5      | 27910 ||| Stepping ~*~*~tactically~*~*~ (outnumbered).
 27912 | D:5      | 27912 ||| Stepping ~*~*~tactically~*~*~ (outnumbered).
 27914 | D:5      | 27914 ||| Stepping ~*~*~tactically~*~*~ (outnumbered).
 27916 | D:5      | 27916 ||| Stepping ~*~*~tactically~*~*~ (outnumbered).
 27918 | D:5      | 27918 ||| Stepping ~*~*~tactically~*~*~ (outnumbered).
 27922 | D:5      | 27922 ||| Stepping ~*~*~tactically~*~*~ (outnumbered).
 27924 | D:5      | 27924 ||| Stepping ~*~*~tactically~*~*~ (outnumbered).
 27926 | D:5      | 27926 ||| Stepping ~*~*~tactically~*~*~ (outnumbered).
 27928 | D:5      | 27928 ||| Stepping ~*~*~tactically~*~*~ (outnumbered).
 27930 | D:5      | 27930 ||| Stepping ~*~*~tactically~*~*~ (outnumbered).
 27932 | D:5      | 27932 ||| Stepping ~*~*~tactically~*~*~ (outnumbered).
 27934 | D:5      | 27934 ||| Stepping ~*~*~tactically~*~*~ (outnumbered).
 27936 | D:5      | 27936 ||| Stepping ~*~*~tactically~*~*~ (outnumbered).
 27938 | D:5      | 27938 ||| Stepping ~*~*~tactically~*~*~ (outnumbered).
 27940 | D:5      | 27940 ||| Stepping ~*~*~tactically~*~*~ (outnumbered).
 27942 | D:5      | 27942 ||| Stepping ~*~*~tactically~*~*~ (outnumbered).
 27944 | D:5      | 27944 ||| Stepping ~*~*~tactically~*~*~ (outnumbered).
 27947 | D:5      | 27947 ||| Stepping ~*~*~tactically~*~*~ (outnumbered).
 27950 | D:5      | 27950 ||| Stepping ~*~*~tactically~*~*~ (outnumbered).
 27952 | D:5      | 27952 ||| Stepping ~*~*~tactically~*~*~ (outnumbered).
 27954 | D:5      | 27954 ||| Stepping ~*~*~tactically~*~*~ (outnumbered).
 27956 | D:5      | 27956 ||| Stepping ~*~*~tactically~*~*~ (outnumbered).
 27958 | D:5      | 27958 ||| Stepping ~*~*~tactically~*~*~ (outnumbered).
 27960 | D:5      | 27960 ||| Stepping ~*~*~tactically~*~*~ (outnumbered).
 27962 | D:5      | 27962 ||| Stepping ~*~*~tactically~*~*~ (outnumbered).
 27964 | D:5      | 27964 ||| Stepping ~*~*~tactically~*~*~ (outnumbered).
 27966 | D:5      | 27966 ||| Stepping ~*~*~tactically~*~*~ (outnumbered).
 27968 | D:5      | 27968 ||| Stepping ~*~*~tactically~*~*~ (outnumbered).
 27970 | D:5      | 27970 ||| Stepping ~*~*~tactically~*~*~ (outnumbered).
 27972 | D:5      | 27972 ||| Stepping ~*~*~tactically~*~*~ (outnumbered).
 27974 | D:5      | 27974 ||| Stepping ~*~*~tactically~*~*~ (outnumbered).
 27976 | D:5      | 27976 ||| Stepping ~*~*~tactically~*~*~ (outnumbered).
 27978 | D:5      | 27978 ||| Stepping ~*~*~tactically~*~*~ (outnumbered).
 27980 | D:5      | 27980 ||| Stepping ~*~*~tactically~*~*~ (outnumbered).
 27982 | D:5      | 27982 ||| Stepping ~*~*~tactically~*~*~ (outnumbered).
 27984 | D:5      | 27984 ||| Stepping ~*~*~tactically~*~*~ (outnumbered).
 27986 | D:5      | 27986 ||| Stepping ~*~*~tactically~*~*~ (outnumbered).
 27988 | D:5      | 27988 ||| Stepping ~*~*~tactically~*~*~ (outnumbered).
 27990 | D:5      | 27990 ||| Stepping ~*~*~tactically~*~*~ (outnumbered).
 27992 | D:5      | 27992 ||| Stepping ~*~*~tactically~*~*~ (outnumbered).
 27994 | D:5      | 27994 ||| Stepping ~*~*~tactically~*~*~ (outnumbered).
 27996 | D:5      | 27996 ||| Stepping ~*~*~tactically~*~*~ (outnumbered).
 27998 | D:5      | 27998 ||| Stepping ~*~*~tactically~*~*~ (outnumbered).
 28000 | D:5      | 28000 ||| Stepping ~*~*~tactically~*~*~ (outnumbered).
 28004 | D:5      | 28004 ||| Stepping ~*~*~tactically~*~*~ (outnumbered).
 28006 | D:5      | 28006 ||| Stepping ~*~*~tactically~*~*~ (outnumbered).
 28008 | D:5      | 28008 ||| Stepping ~*~*~tactically~*~*~ (outnumbered).
 28010 | D:5      | 28010 ||| Stepping ~*~*~tactically~*~*~ (outnumbered).
 28012 | D:5      | 28012 ||| Stepping ~*~*~tactically~*~*~ (outnumbered).
 28014 | D:5      | 28014 ||| Stepping ~*~*~tactically~*~*~ (outnumbered).
 28016 | D:5      | 28016 ||| Stepping ~*~*~tactically~*~*~ (outnumbered).
 28018 | D:5      | 28018 ||| Stepping ~*~*~tactically~*~*~ (outnumbered).
 28020 | D:5      | 28020 ||| Stepping ~*~*~tactically~*~*~ (outnumbered).
 28024 | D:5      | 28024 ||| Stepping ~*~*~tactically~*~*~ (outnumbered).
 28026 | D:5      | 28026 ||| Stepping ~*~*~tactically~*~*~ (outnumbered).
 28028 | D:5      | 28028 ||| Stepping ~*~*~tactically~*~*~ (outnumbered).
 28030 | D:5      | 28030 ||| Stepping ~*~*~tactically~*~*~ (outnumbered).
 28032 | D:5      | 28032 ||| Stepping ~*~*~tactically~*~*~ (outnumbered).
 28034 | D:5      | 28034 ||| Stepping ~*~*~tactically~*~*~ (outnumbered).
 28036 | D:5      | 28036 ||| Stepping ~*~*~tactically~*~*~ (outnumbered).
 28038 | D:5      | 28038 ||| Stepping ~*~*~tactically~*~*~ (outnumbered).
 28040 | D:5      | 28040 ||| Stepping ~*~*~tactically~*~*~ (outnumbered).
 28042 | D:5      | 28042 ||| Stepping ~*~*~tactically~*~*~ (outnumbered).
 28044 | D:5      | 28044 ||| Stepping ~*~*~tactically~*~*~ (outnumbered).
 28046 | D:5      | 28046 ||| Stepping ~*~*~tactically~*~*~ (outnumbered).
 28048 | D:5      | 28048 ||| Stepping ~*~*~tactically~*~*~ (outnumbered).
 28050 | D:5      | 28050 ||| Stepping ~*~*~tactically~*~*~ (outnumbered).
 28052 | D:5      | 28052 ||| Stepping ~*~*~tactically~*~*~ (outnumbered).
 28054 | D:5      | 28054 ||| Stepping ~*~*~tactically~*~*~ (outnumbered).
 28056 | D:5      | 28056 ||| Stepping ~*~*~tactically~*~*~ (outnumbered).
 28058 | D:5      | 28058 ||| Stepping ~*~*~tactically~*~*~ (outnumbered).
 28060 | D:5      | 28060 ||| Stepping ~*~*~tactically~*~*~ (outnumbered).
 28062 | D:5      | 28062 ||| Stepping ~*~*~tactically~*~*~ (outnumbered).
 28064 | D:5      | 28064 ||| Stepping ~*~*~tactically~*~*~ (outnumbered).
 28066 | D:5      | 28066 ||| Stepping ~*~*~tactically~*~*~ (outnumbered).
 28068 | D:5      | 28068 ||| Stepping ~*~*~tactically~*~*~ (outnumbered).
 28070 | D:5      | 28070 ||| Stepping ~*~*~tactically~*~*~ (outnumbered).
 28072 | D:5      | 28072 ||| Stepping ~*~*~tactically~*~*~ (outnumbered).
 28074 | D:5      | 28074 ||| Stepping ~*~*~tactically~*~*~ (outnumbered).
 28076 | D:5      | 28076 ||| Stepping ~*~*~tactically~*~*~ (outnumbered).
 28078 | D:5      | 28078 ||| Stepping ~*~*~tactically~*~*~ (outnumbered).
 28080 | D:5      | 28080 ||| Stepping ~*~*~tactically~*~*~ (outnumbered).
 28082 | D:5      | 28082 ||| Stepping ~*~*~tactically~*~*~ (outnumbered).
 28084 | D:5      | 28084 ||| Stepping ~*~*~tactically~*~*~ (outnumbered).
 28086 | D:5      | 28086 ||| Stepping ~*~*~tactically~*~*~ (outnumbered).
 28088 | D:5      | 28088 ||| Stepping ~*~*~tactically~*~*~ (outnumbered).
 28090 | D:5      | 28090 ||| Stepping ~*~*~tactically~*~*~ (outnumbered).
 28092 | D:5      | 28092 ||| Stepping ~*~*~tactically~*~*~ (outnumbered).
 28094 | D:5      | 28094 ||| Stepping ~*~*~tactically~*~*~ (outnumbered).
 28096 | D:5      | 28096 ||| Stepping ~*~*~tactically~*~*~ (outnumbered).
 28098 | D:5      | 28098 ||| Stepping ~*~*~tactically~*~*~ (outnumbered).
 28100 | D:5      | 28100 ||| Stepping ~*~*~tactically~*~*~ (outnumbered).
 28102 | D:5      | 28102 ||| Stepping ~*~*~tactically~*~*~ (outnumbered).
 28104 | D:5      | 28104 ||| Stepping ~*~*~tactically~*~*~ (outnumbered).
 28106 | D:5      | 28106 ||| Stepping ~*~*~tactically~*~*~ (outnumbered).
 28108 | D:5      | 28108 ||| Stepping ~*~*~tactically~*~*~ (outnumbered).
 28110 | D:5      | 28110 ||| Stepping ~*~*~tactically~*~*~ (outnumbered).
 28112 | D:5      | 28112 ||| Stepping ~*~*~tactically~*~*~ (outnumbered).
 28114 | D:5      | 28114 ||| Stepping ~*~*~tactically~*~*~ (outnumbered).
 28116 | D:5      | 28116 ||| Stepping ~*~*~tactically~*~*~ (outnumbered).
 28118 | D:5      | 28118 ||| Stepping ~*~*~tactically~*~*~ (outnumbered).
 28120 | D:5      | 28120 ||| Stepping ~*~*~tactically~*~*~ (outnumbered).
 28122 | D:5      | 28122 ||| Stepping ~*~*~tactically~*~*~ (outnumbered).
 28124 | D:5      | 28124 ||| Stepping ~*~*~tactically~*~*~ (outnumbered).
 28126 | D:5      | 28126 ||| Stepping ~*~*~tactically~*~*~ (outnumbered).
 28128 | D:5      | 28128 ||| Stepping ~*~*~tactically~*~*~ (outnumbered).
 28130 | D:5      | 28130 ||| Stepping ~*~*~tactically~*~*~ (outnumbered).
 28132 | D:5      | 28132 ||| Stepping ~*~*~tactically~*~*~ (outnumbered).
 28134 | D:5      | 28134 ||| Stepping ~*~*~tactically~*~*~ (outnumbered).
 28138 | D:5      | 28138 ||| Stepping ~*~*~tactically~*~*~ (outnumbered).
 28140 | D:5      | 28140 ||| Stepping ~*~*~tactically~*~*~ (outnumbered).
 28142 | D:5      | 28142 ||| Stepping ~*~*~tactically~*~*~ (outnumbered).
 28144 | D:5      | 28144 ||| Stepping ~*~*~tactically~*~*~ (outnumbered).
 28146 | D:5      | 28146 ||| Stepping ~*~*~tactically~*~*~ (outnumbered).
 28149 | D:5      | 28149 ||| Stepping ~*~*~tactically~*~*~ (outnumbered).
 28151 | D:5      | 28151 ||| Stepping ~*~*~tactically~*~*~ (outnumbered).
 28153 | D:5      | 28153 ||| Stepping ~*~*~tactically~*~*~ (outnumbered).
 28155 | D:5      | 28155 ||| Stepping ~*~*~tactically~*~*~ (outnumbered).
 28157 | D:5      | 28157 ||| Stepping ~*~*~tactically~*~*~ (outnumbered).
 28159 | D:5      | 28159 ||| Stepping ~*~*~tactically~*~*~ (outnumbered).
 28161 | D:5      | 28161 ||| Stepping ~*~*~tactically~*~*~ (outnumbered).
 28163 | D:5      | 28163 ||| Stepping ~*~*~tactically~*~*~ (outnumbered).
 28165 | D:5      | 28165 ||| Stepping ~*~*~tactically~*~*~ (outnumbered).
 28167 | D:5      | 28167 ||| Stepping ~*~*~tactically~*~*~ (outnumbered).
 28169 | D:5      | 28169 ||| Stepping ~*~*~tactically~*~*~ (outnumbered).
 28171 | D:5      | 28171 ||| Stepping ~*~*~tactically~*~*~ (outnumbered).
 28173 | D:5      | 28173 ||| Stepping ~*~*~tactically~*~*~ (outnumbered).
 28175 | D:5      | 28175 ||| Stepping ~*~*~tactically~*~*~ (outnumbered).
 28177 | D:5      | 28177 ||| Stepping ~*~*~tactically~*~*~ (outnumbered).
 28180 | D:5      | 28180 ||| Stepping ~*~*~tactically~*~*~ (outnumbered).
 28182 | D:5      | 28182 ||| Stepping ~*~*~tactically~*~*~ (outnumbered).
 28184 | D:5      | 28184 ||| Stepping ~*~*~tactically~*~*~ (outnumbered).
 28186 | D:5      | 28186 ||| Stepping ~*~*~tactically~*~*~ (outnumbered).
 28188 | D:5      | 28188 ||| Stepping ~*~*~tactically~*~*~ (outnumbered).
 28191 | D:5      | 28191 ||| Stepping ~*~*~tactically~*~*~ (outnumbered).
 28193 | D:5      | 28193 ||| Stepping ~*~*~tactically~*~*~ (outnumbered).
 28195 | D:5      | 28195 ||| Stepping ~*~*~tactically~*~*~ (outnumbered).
 28197 | D:5      | 28197 ||| Stepping ~*~*~tactically~*~*~ (outnumbered).
 28199 | D:5      | 28199 ||| Stepping ~*~*~tactically~*~*~ (outnumbered).
 28201 | D:5      | 28201 ||| Stepping ~*~*~tactically~*~*~ (outnumbered).
 28203 | D:5      | 28203 ||| Stepping ~*~*~tactically~*~*~ (outnumbered).
 28205 | D:5      | 28205 ||| Stepping ~*~*~tactically~*~*~ (outnumbered).
 28207 | D:5      | 28207 ||| Stepping ~*~*~tactically~*~*~ (outnumbered).
 28209 | D:5      | 28209 ||| Stepping ~*~*~tactically~*~*~ (outnumbered).
 28211 | D:5      | 28211 ||| Stepping ~*~*~tactically~*~*~ (outnumbered).
 28213 | D:5      | 28213 ||| Stepping ~*~*~tactically~*~*~ (outnumbered).
 28215 | D:5      | 28215 ||| Stepping ~*~*~tactically~*~*~ (outnumbered).
 28217 | D:5      | 28217 ||| Stepping ~*~*~tactically~*~*~ (outnumbered).
 28219 | D:5      | 28219 ||| Stepping ~*~*~tactically~*~*~ (outnumbered).
 28221 | D:5      | 28221 ||| Stepping ~*~*~tactically~*~*~ (outnumbered).
 28223 | D:5      | 28223 ||| Stepping ~*~*~tactically~*~*~ (outnumbered).
 28225 | D:5      | 28225 ||| Stepping ~*~*~tactically~*~*~ (outnumbered).
 28227 | D:5      | 28227 ||| Stepping ~*~*~tactically~*~*~ (outnumbered).
 28229 | D:5      | 28229 ||| Stepping ~*~*~tactically~*~*~ (outnumbered).
 28231 | D:5      | 28231 ||| Stepping ~*~*~tactically~*~*~ (outnumbered).
 28233 | D:5      | 28233 ||| Stepping ~*~*~tactically~*~*~ (outnumbered).
 28235 | D:5      | 28235 ||| Stepping ~*~*~tactically~*~*~ (outnumbered).
 28237 | D:5      | 28237 ||| Stepping ~*~*~tactically~*~*~ (outnumbered).
 28239 | D:5      | 28239 ||| Stepping ~*~*~tactically~*~*~ (outnumbered).
 28241 | D:5      | 28241 ||| Stepping ~*~*~tactically~*~*~ (outnumbered).
 28243 | D:5      | 28243 ||| Stepping ~*~*~tactically~*~*~ (outnumbered).
 28245 | D:5      | 28245 ||| Stepping ~*~*~tactically~*~*~ (outnumbered).
 28247 | D:5      | 28247 ||| Stepping ~*~*~tactically~*~*~ (outnumbered).
 28249 | D:5      | 28249 ||| Stepping ~*~*~tactically~*~*~ (outnumbered).
 28251 | D:5      | 28251 ||| Stepping ~*~*~tactically~*~*~ (outnumbered).
 28253 | D:5      | 28253 ||| Stepping ~*~*~tactically~*~*~ (outnumbered).
 28255 | D:5      | 28255 ||| Stepping ~*~*~tactically~*~*~ (outnumbered).
 28257 | D:5      | 28257 ||| Stepping ~*~*~tactically~*~*~ (outnumbered).
 28259 | D:5      | 28259 ||| Stepping ~*~*~tactically~*~*~ (outnumbered).
 28261 | D:5      | 28261 ||| Stepping ~*~*~tactically~*~*~ (outnumbered).
 28263 | D:5      | 28263 ||| Stepping ~*~*~tactically~*~*~ (outnumbered).
 28265 | D:5      | 28265 ||| Stepping ~*~*~tactically~*~*~ (outnumbered).
 28267 | D:5      | 28267 ||| Stepping ~*~*~tactically~*~*~ (outnumbered).
 28269 | D:5      | 28269 ||| Stepping ~*~*~tactically~*~*~ (outnumbered).
 28271 | D:5      | 28271 ||| Stepping ~*~*~tactically~*~*~ (outnumbered).
 28273 | D:5      | 28273 ||| Stepping ~*~*~tactically~*~*~ (outnumbered).
 28275 | D:5      | 28275 ||| Stepping ~*~*~tactically~*~*~ (outnumbered).
 28277 | D:5      | 28277 ||| Stepping ~*~*~tactically~*~*~ (outnumbered).
 28279 | D:5      | 28279 ||| Stepping ~*~*~tactically~*~*~ (outnumbered).
 28281 | D:5      | 28281 ||| Stepping ~*~*~tactically~*~*~ (outnumbered).
 28283 | D:5      | 28283 ||| Stepping ~*~*~tactically~*~*~ (outnumbered).
 28285 | D:5      | 28285 ||| Stepping ~*~*~tactically~*~*~ (outnumbered).
 28287 | D:5      | 28287 ||| Stepping ~*~*~tactically~*~*~ (outnumbered).
 28289 | D:5      | 28289 ||| Stepping ~*~*~tactically~*~*~ (outnumbered).
 28291 | D:5      | 28291 ||| Stepping ~*~*~tactically~*~*~ (outnumbered).
 28293 | D:5      | 28293 ||| Stepping ~*~*~tactically~*~*~ (outnumbered).
 28297 | D:5      | 28297 ||| Stepping ~*~*~tactically~*~*~ (outnumbered).
 28299 | D:5      | 28299 ||| Stepping ~*~*~tactically~*~*~ (outnumbered).
 28302 | D:5      | 28302 ||| Stepping ~*~*~tactically~*~*~ (outnumbered).
 28304 | D:5      | 28304 ||| Stepping ~*~*~tactically~*~*~ (outnumbered).
 28306 | D:5      | 28306 ||| Stepping ~*~*~tactically~*~*~ (outnumbered).
 28308 | D:5      | 28308 ||| Stepping ~*~*~tactically~*~*~ (outnumbered).
 28310 | D:5      | 28310 ||| Stepping ~*~*~tactically~*~*~ (outnumbered).
 28312 | D:5      | 28312 ||| Stepping ~*~*~tactically~*~*~ (outnumbered).
 28316 | D:5      | 28316 ||| Stepping ~*~*~tactically~*~*~ (outnumbered).
 28318 | D:5      | 28318 ||| Stepping ~*~*~tactically~*~*~ (outnumbered).
 28320 | D:5      | 28320 ||| Stepping ~*~*~tactically~*~*~ (outnumbered).
 28322 | D:5      | 28322 ||| Stepping ~*~*~tactically~*~*~ (outnumbered).
 28324 | D:5      | 28324 ||| Stepping ~*~*~tactically~*~*~ (outnumbered).
 28326 | D:5      | 28326 ||| Stepping ~*~*~tactically~*~*~ (outnumbered).
 28328 | D:5      | 28328 ||| Stepping ~*~*~tactically~*~*~ (outnumbered).
 28330 | D:5      | 28330 ||| Stepping ~*~*~tactically~*~*~ (outnumbered).
 28332 | D:5      | 28332 ||| Stepping ~*~*~tactically~*~*~ (outnumbered).
 28334 | D:5      | 28334 ||| Stepping ~*~*~tactically~*~*~ (outnumbered).
 28336 | D:5      | 28336 ||| Stepping ~*~*~tactically~*~*~ (outnumbered).
 28338 | D:5      | 28338 ||| Stepping ~*~*~tactically~*~*~ (outnumbered).
 28340 | D:5      | 28340 ||| Stepping ~*~*~tactically~*~*~ (outnumbered).
 28342 | D:5      | 28342 ||| Stepping ~*~*~tactically~*~*~ (outnumbered).
 28346 | D:5      | 28346 ||| Stepping ~*~*~tactically~*~*~ (outnumbered).
 28348 | D:5      | 28348 ||| Stepping ~*~*~tactically~*~*~ (outnumbered).
 28350 | D:5      | 28350 ||| Stepping ~*~*~tactically~*~*~ (outnumbered).
 28352 | D:5      | 28352 ||| Stepping ~*~*~tactically~*~*~ (outnumbered).
 28354 | D:5      | 28354 ||| Stepping ~*~*~tactically~*~*~ (outnumbered).
 28359 | D:5      | 28359 ||| Stepping ~*~*~tactically~*~*~ (outnumbered).
 28361 | D:5      | 28361 ||| Stepping ~*~*~tactically~*~*~ (outnumbered).
 28363 | D:5      | 28363 ||| Stepping ~*~*~tactically~*~*~ (outnumbered).
 28365 | D:5      | 28365 ||| Stepping ~*~*~tactically~*~*~ (outnumbered).
 28367 | D:5      | 28367 ||| Stepping ~*~*~tactically~*~*~ (outnumbered).
 28369 | D:5      | 28369 ||| Stepping ~*~*~tactically~*~*~ (outnumbered).
 28371 | D:5      | 28371 ||| Stepping ~*~*~tactically~*~*~ (outnumbered).
 28373 | D:5      | 28373 ||| Stepping ~*~*~tactically~*~*~ (outnumbered).
 28375 | D:5      | 28375 ||| Stepping ~*~*~tactically~*~*~ (outnumbered).
 28377 | D:5      | 28377 ||| Stepping ~*~*~tactically~*~*~ (outnumbered).
 28379 | D:5      | 28379 ||| Stepping ~*~*~tactically~*~*~ (outnumbered).
 28381 | D:5      | 28381 ||| Stepping ~*~*~tactically~*~*~ (outnumbered).
 28383 | D:5      | 28383 ||| Stepping ~*~*~tactically~*~*~ (outnumbered).
 28385 | D:5      | 28385 ||| Stepping ~*~*~tactically~*~*~ (outnumbered).
 28387 | D:5      | 28387 ||| Stepping ~*~*~tactically~*~*~ (outnumbered).
 28389 | D:5      | 28389 ||| Stepping ~*~*~tactically~*~*~ (outnumbered).
 28391 | D:5      | 28391 ||| Stepping ~*~*~tactically~*~*~ (outnumbered).
 28393 | D:5      | 28393 ||| Stepping ~*~*~tactically~*~*~ (outnumbered).
 28395 | D:5      | 28395 ||| Stepping ~*~*~tactically~*~*~ (outnumbered).
 28397 | D:5      | 28397 ||| Stepping ~*~*~tactically~*~*~ (outnumbered).
 28399 | D:5      | 28399 ||| Stepping ~*~*~tactically~*~*~ (outnumbered).
 28401 | D:5      | 28401 ||| Stepping ~*~*~tactically~*~*~ (outnumbered).
 28403 | D:5      | 28403 ||| Stepping ~*~*~tactically~*~*~ (outnumbered).
 28405 | D:5      | 28405 ||| Stepping ~*~*~tactically~*~*~ (outnumbered).
 28407 | D:5      | 28407 ||| Stepping ~*~*~tactically~*~*~ (outnumbered).
 28409 | D:5      | 28409 ||| Stepping ~*~*~tactically~*~*~ (outnumbered).
 28411 | D:5      | 28411 ||| Stepping ~*~*~tactically~*~*~ (outnumbered).
 28413 | D:5      | 28413 ||| Stepping ~*~*~tactically~*~*~ (outnumbered).
 28415 | D:5      | 28415 ||| Stepping ~*~*~tactically~*~*~ (outnumbered).
 28417 | D:5      | 28417 ||| Stepping ~*~*~tactically~*~*~ (outnumbered).
 28420 | D:5      | 28420 ||| Stepping ~*~*~tactically~*~*~ (outnumbered).
 28422 | D:5      | 28422 ||| Stepping ~*~*~tactically~*~*~ (outnumbered).
 28424 | D:5      | 28424 ||| Stepping ~*~*~tactically~*~*~ (outnumbered).
 28426 | D:5      | 28426 ||| Stepping ~*~*~tactically~*~*~ (outnumbered).
 28428 | D:5      | 28428 ||| Stepping ~*~*~tactically~*~*~ (outnumbered).
 28430 | D:5      | 28430 ||| Stepping ~*~*~tactically~*~*~ (outnumbered).
 28432 | D:5      | 28432 ||| Stepping ~*~*~tactically~*~*~ (outnumbered).
 28434 | D:5      | 28434 ||| Stepping ~*~*~tactically~*~*~ (outnumbered).
 28438 | D:5      | 28438 ||| Stepping ~*~*~tactically~*~*~ (outnumbered).
 28443 | D:5      | 28443 ||| Stepping ~*~*~tactically~*~*~ (outnumbered).
 28445 | D:5      | 28445 ||| Stepping ~*~*~tactically~*~*~ (outnumbered).
 28447 | D:5      | 28447 ||| Stepping ~*~*~tactically~*~*~ (outnumbered).
 28449 | D:5      | 28449 ||| Stepping ~*~*~tactically~*~*~ (outnumbered).
 28451 | D:5      | 28451 ||| Stepping ~*~*~tactically~*~*~ (outnumbered).
 28453 | D:5      | 28453 ||| Stepping ~*~*~tactically~*~*~ (outnumbered).
 28455 | D:5      | 28455 ||| Stepping ~*~*~tactically~*~*~ (outnumbered).
 28457 | D:5      | 28457 ||| Stepping ~*~*~tactically~*~*~ (outnumbered).
 28460 | D:5      | 28460 ||| Stepping ~*~*~tactically~*~*~ (outnumbered).
 28462 | D:5      | 28462 ||| Stepping ~*~*~tactically~*~*~ (outnumbered).
 28464 | D:5      | 28464 ||| Stepping ~*~*~tactically~*~*~ (outnumbered).
 28466 | D:5      | 28466 ||| Stepping ~*~*~tactically~*~*~ (outnumbered).
 28469 | D:5      | 28469 ||| Stepping ~*~*~tactically~*~*~ (outnumbered).
 28473 | D:5      | 28473 ||| Stepping ~*~*~tactically~*~*~ (outnumbered).
 28475 | D:5      | 28475 ||| Stepping ~*~*~tactically~*~*~ (outnumbered).
 28477 | D:5      | 28477 ||| Stepping ~*~*~tactically~*~*~ (outnumbered).
 28479 | D:5      | 28479 ||| Stepping ~*~*~tactically~*~*~ (outnumbered).
 28481 | D:5      | 28481 ||| Stepping ~*~*~tactically~*~*~ (outnumbered).
 28483 | D:5      | 28483 ||| Stepping ~*~*~tactically~*~*~ (outnumbered).
 28485 | D:5      | 28485 ||| Stepping ~*~*~tactically~*~*~ (outnumbered).
 28487 | D:5      | 28487 ||| Stepping ~*~*~tactically~*~*~ (outnumbered).
 28489 | D:5      | 28489 ||| Stepping ~*~*~tactically~*~*~ (outnumbered).
 28491 | D:5      | 28491 ||| Stepping ~*~*~tactically~*~*~ (outnumbered).
 28493 | D:5      | 28493 ||| Stepping ~*~*~tactically~*~*~ (outnumbered).
 28495 | D:5      | 28495 ||| Stepping ~*~*~tactically~*~*~ (outnumbered).
 28497 | D:5      | 28497 ||| Stepping ~*~*~tactically~*~*~ (outnumbered).
 28499 | D:5      | 28499 ||| Stepping ~*~*~tactically~*~*~ (outnumbered).
 28501 | D:5      | 28501 ||| Stepping ~*~*~tactically~*~*~ (outnumbered).
 28503 | D:5      | 28503 ||| Stepping ~*~*~tactically~*~*~ (outnumbered).
 28505 | D:5      | 28505 ||| Stepping ~*~*~tactically~*~*~ (outnumbered).
 28507 | D:5      | 28507 ||| Stepping ~*~*~tactically~*~*~ (outnumbered).
 28509 | D:5      | 28509 ||| Stepping ~*~*~tactically~*~*~ (outnumbered).
 28511 | D:5      | 28511 ||| Stepping ~*~*~tactically~*~*~ (outnumbered).
 28513 | D:5      | 28513 ||| Stepping ~*~*~tactically~*~*~ (outnumbered).
 28515 | D:5      | 28515 ||| Stepping ~*~*~tactically~*~*~ (outnumbered).
 28517 | D:5      | 28517 ||| Stepping ~*~*~tactically~*~*~ (outnumbered).
 28519 | D:5      | 28519 ||| Stepping ~*~*~tactically~*~*~ (outnumbered).
 28521 | D:5      | 28521 ||| Stepping ~*~*~tactically~*~*~ (outnumbered).
 28523 | D:5      | 28523 ||| Stepping ~*~*~tactically~*~*~ (outnumbered).
 28525 | D:5      | 28525 ||| Stepping ~*~*~tactically~*~*~ (outnumbered).
 28527 | D:5      | 28527 ||| Stepping ~*~*~tactically~*~*~ (outnumbered).
 28529 | D:5      | 28529 ||| Stepping ~*~*~tactically~*~*~ (outnumbered).
 28531 | D:5      | 28531 ||| Stepping ~*~*~tactically~*~*~ (outnumbered).
 28533 | D:5      | 28533 ||| Stepping ~*~*~tactically~*~*~ (outnumbered).
 28535 | D:5      | 28535 ||| Stepping ~*~*~tactically~*~*~ (outnumbered).
 28537 | D:5      | 28537 ||| Stepping ~*~*~tactically~*~*~ (outnumbered).
 28539 | D:5      | 28539 ||| Stepping ~*~*~tactically~*~*~ (outnumbered).
 28541 | D:5      | 28541 ||| Stepping ~*~*~tactically~*~*~ (outnumbered).
 28543 | D:5      | 28543 ||| Stepping ~*~*~tactically~*~*~ (outnumbered).
 28548 | D:5      | 28548 ||| Stepping ~*~*~tactically~*~*~ (outnumbered).
 28550 | D:5      | 28550 ||| Stepping ~*~*~tactically~*~*~ (outnumbered).
 28552 | D:5      | 28552 ||| Stepping ~*~*~tactically~*~*~ (outnumbered).
 28554 | D:5      | 28554 ||| Stepping ~*~*~tactically~*~*~ (outnumbered).
 28557 | D:5      | 28557 ||| Stepping ~*~*~tactically~*~*~ (outnumbered).
 28559 | D:5      | 28559 ||| Stepping ~*~*~tactically~*~*~ (outnumbered).
 28561 | D:5      | 28561 ||| Stepping ~*~*~tactically~*~*~ (outnumbered).
 28563 | D:5      | 28563 ||| Stepping ~*~*~tactically~*~*~ (outnumbered).
 28565 | D:5      | 28565 ||| Stepping ~*~*~tactically~*~*~ (outnumbered).
 28568 | D:5      | 28568 ||| Stepping ~*~*~tactically~*~*~ (outnumbered).
 28570 | D:5      | 28570 ||| Stepping ~*~*~tactically~*~*~ (outnumbered).
 28572 | D:5      | 28572 ||| Stepping ~*~*~tactically~*~*~ (outnumbered).
 28575 | D:5      | 28575 ||| Stepping ~*~*~tactically~*~*~ (outnumbered).
 28577 | D:5      | 28577 ||| Stepping ~*~*~tactically~*~*~ (outnumbered).
 28579 | D:5      | 28579 ||| Stepping ~*~*~tactically~*~*~ (outnumbered).
 28581 | D:5      | 28581 ||| Stepping ~*~*~tactically~*~*~ (outnumbered).
 28583 | D:5      | 28583 ||| Stepping ~*~*~tactically~*~*~ (outnumbered).
 28585 | D:5      | 28585 ||| Stepping ~*~*~tactically~*~*~ (outnumbered).
 28587 | D:5      | 28587 ||| Stepping ~*~*~tactically~*~*~ (outnumbered).
 28589 | D:5      | 28589 ||| Stepping ~*~*~tactically~*~*~ (outnumbered).
 28591 | D:5      | 28591 ||| Stepping ~*~*~tactically~*~*~ (outnumbered).
 28593 | D:5      | 28593 ||| Stepping ~*~*~tactically~*~*~ (outnumbered).
 28598 | D:5      | 28598 ||| Stepping ~*~*~tactically~*~*~ (outnumbered).
 28600 | D:5      | 28600 ||| Stepping ~*~*~tactically~*~*~ (outnumbered).
 28602 | D:5      | 28602 ||| Stepping ~*~*~tactically~*~*~ (outnumbered).
 28604 | D:5      | 28604 ||| Stepping ~*~*~tactically~*~*~ (outnumbered).
 28607 | D:5      | 28607 ||| Stepping ~*~*~tactically~*~*~ (outnumbered).
 28609 | D:5      | 28609 ||| Stepping ~*~*~tactically~*~*~ (outnumbered).
 28611 | D:5      | 28611 ||| Stepping ~*~*~tactically~*~*~ (outnumbered).
 28614 | D:5      | 28614 ||| Stepping ~*~*~tactically~*~*~ (outnumbered).
 28616 | D:5      | 28616 ||| Stepping ~*~*~tactically~*~*~ (outnumbered).
 28620 | D:5      | 28620 ||| Stepping ~*~*~tactically~*~*~ (outnumbered).
 28622 | D:5      | 28622 ||| Stepping ~*~*~tactically~*~*~ (outnumbered).
 28624 | D:5      | 28624 ||| Stepping ~*~*~tactically~*~*~ (outnumbered).
 28626 | D:5      | 28626 ||| Stepping ~*~*~tactically~*~*~ (outnumbered).
 28630 | D:5      | 28630 ||| Stepping ~*~*~tactically~*~*~ (outnumbered).
 28632 | D:5      | 28632 ||| Stepping ~*~*~tactically~*~*~ (outnumbered).
 28634 | D:5      | 28634 ||| Stepping ~*~*~tactically~*~*~ (outnumbered).
 28637 | D:5      | 28637 ||| Stepping ~*~*~tactically~*~*~ (outnumbered).
 28639 | D:5      | 28639 ||| Stepping ~*~*~tactically~*~*~ (outnumbered).
 28641 | D:5      | 28641 ||| Stepping ~*~*~tactically~*~*~ (outnumbered).
 28643 | D:5      | 28643 ||| Stepping ~*~*~tactically~*~*~ (outnumbered).
 28645 | D:5      | 28645 ||| Stepping ~*~*~tactically~*~*~ (outnumbered).
 28647 | D:5      | 28647 ||| Stepping ~*~*~tactically~*~*~ (outnumbered).
 28649 | D:5      | 28649 ||| Stepping ~*~*~tactically~*~*~ (outnumbered).
 28654 | D:5      | 28654 ||| Stepping ~*~*~tactically~*~*~ (outnumbered).
 28656 | D:5      | 28656 ||| Stepping ~*~*~tactically~*~*~ (outnumbered).
 28658 | D:5      | 28658 ||| Stepping ~*~*~tactically~*~*~ (outnumbered).
 28660 | D:5      | 28660 ||| Stepping ~*~*~tactically~*~*~ (outnumbered).
 28662 | D:5      | 28662 ||| Stepping ~*~*~tactically~*~*~ (outnumbered).
 28664 | D:5      | 28664 ||| Stepping ~*~*~tactically~*~*~ (outnumbered).
 28666 | D:5      | 28666 ||| Stepping ~*~*~tactically~*~*~ (outnumbered).
 28668 | D:5      | 28668 ||| Stepping ~*~*~tactically~*~*~ (outnumbered).
 28670 | D:5      | 28670 ||| Stepping ~*~*~tactically~*~*~ (outnumbered).
 28673 | D:5      | 28673 ||| Stepping ~*~*~tactically~*~*~ (outnumbered).
 28675 | D:5      | 28675 ||| Stepping ~*~*~tactically~*~*~ (outnumbered).
 28677 | D:5      | 28677 ||| Stepping ~*~*~tactically~*~*~ (outnumbered).
 28679 | D:5      | 28679 ||| Stepping ~*~*~tactically~*~*~ (outnumbered).
 28682 | D:5      | 28682 ||| Stepping ~*~*~tactically~*~*~ (outnumbered).
 28684 | D:5      | 28684 ||| Stepping ~*~*~tactically~*~*~ (outnumbered).
 28686 | D:5      | 28686 ||| Stepping ~*~*~tactically~*~*~ (outnumbered).
 28688 | D:5      | 28688 ||| Stepping ~*~*~tactically~*~*~ (outnumbered).
 28690 | D:5      | 28690 ||| Stepping ~*~*~tactically~*~*~ (outnumbered).
 28692 | D:5      | 28692 ||| Stepping ~*~*~tactically~*~*~ (outnumbered).
 28694 | D:5      | 28694 ||| Stepping ~*~*~tactically~*~*~ (outnumbered).
 28696 | D:5      | 28696 ||| Stepping ~*~*~tactically~*~*~ (outnumbered).
 28698 | D:5      | 28698 ||| Stepping ~*~*~tactically~*~*~ (outnumbered).
 28700 | D:5      | 28700 ||| Stepping ~*~*~tactically~*~*~ (outnumbered).
 28705 | D:5      | 28705 ||| Stepping ~*~*~tactically~*~*~ (outnumbered).
 28707 | D:5      | 28707 ||| Stepping ~*~*~tactically~*~*~ (outnumbered).
 28709 | D:5      | 28709 ||| Stepping ~*~*~tactically~*~*~ (outnumbered).
 28711 | D:5      | 28711 ||| Stepping ~*~*~tactically~*~*~ (outnumbered).
 28715 | D:5      | 28715 ||| Stepping ~*~*~tactically~*~*~ (outnumbered).
 28717 | D:5      | 28717 ||| Stepping ~*~*~tactically~*~*~ (outnumbered).
 28719 | D:5      | 28719 ||| Stepping ~*~*~tactically~*~*~ (outnumbered).
 28721 | D:5      | 28721 ||| Stepping ~*~*~tactically~*~*~ (outnumbered).
 28726 | D:5      | 28726 ||| Stepping ~*~*~tactically~*~*~ (outnumbered).
 28728 | D:5      | 28728 ||| Stepping ~*~*~tactically~*~*~ (outnumbered).
 28730 | D:5      | 28730 ||| Stepping ~*~*~tactically~*~*~ (outnumbered).
 28732 | D:5      | 28732 ||| Stepping ~*~*~tactically~*~*~ (outnumbered).
 28734 | D:5      | 28734 ||| Stepping ~*~*~tactically~*~*~ (outnumbered).
 28736 | D:5      | 28736 ||| Stepping ~*~*~tactically~*~*~ (outnumbered).
 28738 | D:5      | 28738 ||| Stepping ~*~*~tactically~*~*~ (outnumbered).
 28740 | D:5      | 28740 ||| Stepping ~*~*~tactically~*~*~ (outnumbered).
 28742 | D:5      | 28742 ||| Stepping ~*~*~tactically~*~*~ (outnumbered).
 28744 | D:5      | 28744 ||| Stepping ~*~*~tactically~*~*~ (outnumbered).
 28746 | D:5      | 28746 ||| Stepping ~*~*~tactically~*~*~ (outnumbered).
 28748 | D:5      | 28748 ||| Stepping ~*~*~tactically~*~*~ (outnumbered).
 28750 | D:5      | 28750 ||| Stepping ~*~*~tactically~*~*~ (outnumbered).
 28752 | D:5      | 28752 ||| Stepping ~*~*~tactically~*~*~ (outnumbered).
 28754 | D:5      | 28754 ||| Stepping ~*~*~tactically~*~*~ (outnumbered).
 28756 | D:5      | 28756 ||| Stepping ~*~*~tactically~*~*~ (outnumbered).
 28758 | D:5      | 28758 ||| Stepping ~*~*~tactically~*~*~ (outnumbered).
 28760 | D:5      | 28760 ||| Stepping ~*~*~tactically~*~*~ (outnumbered).
 28763 | D:5      | 28763 ||| Stepping ~*~*~tactically~*~*~ (outnumbered).
 28765 | D:5      | 28765 ||| Stepping ~*~*~tactically~*~*~ (outnumbered).
 28767 | D:5      | 28767 ||| Stepping ~*~*~tactically~*~*~ (outnumbered).
 28769 | D:5      | 28769 ||| Stepping ~*~*~tactically~*~*~ (outnumbered).
 28771 | D:5      | 28771 ||| Stepping ~*~*~tactically~*~*~ (outnumbered).
 28773 | D:5      | 28773 ||| Stepping ~*~*~tactically~*~*~ (outnumbered).
 28775 | D:5      | 28775 ||| Stepping ~*~*~tactically~*~*~ (outnumbered).
 28777 | D:5      | 28777 ||| Stepping ~*~*~tactically~*~*~ (outnumbered).
 28779 | D:5      | 28779 ||| Stepping ~*~*~tactically~*~*~ (outnumbered).
 28781 | D:5      | 28781 ||| Stepping ~*~*~tactically~*~*~ (outnumbered).
 28783 | D:5      | 28783 ||| Stepping ~*~*~tactically~*~*~ (outnumbered).
 28785 | D:5      | 28785 ||| Stepping ~*~*~tactically~*~*~ (outnumbered).
 28787 | D:5      | 28787 ||| Stepping ~*~*~tactically~*~*~ (outnumbered).
 28789 | D:5      | 28789 ||| Stepping ~*~*~tactically~*~*~ (outnumbered).
 28792 | D:5      | 28792 ||| Stepping ~*~*~tactically~*~*~ (outnumbered).
 28794 | D:5      | 28794 ||| Stepping ~*~*~tactically~*~*~ (outnumbered).
 28796 | D:5      | 28796 ||| Stepping ~*~*~tactically~*~*~ (outnumbered).
 28798 | D:5      | 28798 ||| Stepping ~*~*~tactically~*~*~ (outnumbered).
 28803 | D:5      | 28803 ||| Stepping ~*~*~tactically~*~*~ (outnumbered).
 28805 | D:5      | 28805 ||| Stepping ~*~*~tactically~*~*~ (outnumbered).
 28807 | D:5      | 28807 ||| Stepping ~*~*~tactically~*~*~ (outnumbered).
 28809 | D:5      | 28809 ||| Stepping ~*~*~tactically~*~*~ (outnumbered).
 28811 | D:5      | 28811 ||| Stepping ~*~*~tactically~*~*~ (outnumbered).
 28814 | D:5      | 28814 ||| Stepping ~*~*~tactically~*~*~ (outnumbered).
 28816 | D:5      | 28816 ||| Stepping ~*~*~tactically~*~*~ (outnumbered).
 28818 | D:5      | 28818 ||| Stepping ~*~*~tactically~*~*~ (outnumbered).
 28820 | D:5      | 28820 ||| Stepping ~*~*~tactically~*~*~ (outnumbered).
 28822 | D:5      | 28822 ||| Stepping ~*~*~tactically~*~*~ (outnumbered).
 28824 | D:5      | 28824 ||| Stepping ~*~*~tactically~*~*~ (outnumbered).
 28826 | D:5      | 28826 ||| Stepping ~*~*~tactically~*~*~ (outnumbered).
 28828 | D:5      | 28828 ||| Stepping ~*~*~tactically~*~*~ (outnumbered).
 28830 | D:5      | 28830 ||| Stepping ~*~*~tactically~*~*~ (outnumbered).
 28832 | D:5      | 28832 ||| Stepping ~*~*~tactically~*~*~ (outnumbered).
 28834 | D:5      | 28834 ||| Stepping ~*~*~tactically~*~*~ (outnumbered).
 28836 | D:5      | 28836 ||| Stepping ~*~*~tactically~*~*~ (outnumbered).
 28838 | D:5      | 28838 ||| Stepping ~*~*~tactically~*~*~ (outnumbered).
 28840 | D:5      | 28840 ||| Stepping ~*~*~tactically~*~*~ (outnumbered).
 28842 | D:5      | 28842 ||| Stepping ~*~*~tactically~*~*~ (outnumbered).
 28844 | D:5      | 28844 ||| Stepping ~*~*~tactically~*~*~ (outnumbered).
 28848 | D:5      | 28848 ||| Stepping ~*~*~tactically~*~*~ (outnumbered).
 28850 | D:5      | 28850 ||| Stepping ~*~*~tactically~*~*~ (outnumbered).
 28852 | D:5      | 28852 ||| Stepping ~*~*~tactically~*~*~ (outnumbered).
 28854 | D:5      | 28854 ||| Stepping ~*~*~tactically~*~*~ (outnumbered).
 28856 | D:5      | 28856 ||| Stepping ~*~*~tactically~*~*~ (outnumbered).
 28858 | D:5      | 28858 ||| Stepping ~*~*~tactically~*~*~ (outnumbered).
 28860 | D:5      | 28860 ||| Stepping ~*~*~tactically~*~*~ (outnumbered).
 28862 | D:5      | 28862 ||| Stepping ~*~*~tactically~*~*~ (outnumbered).
 28864 | D:5      | 28864 ||| Stepping ~*~*~tactically~*~*~ (outnumbered).
 28866 | D:5      | 28866 ||| Stepping ~*~*~tactically~*~*~ (outnumbered).
 28868 | D:5      | 28868 ||| Stepping ~*~*~tactically~*~*~ (outnumbered).
 28870 | D:5      | 28870 ||| Stepping ~*~*~tactically~*~*~ (outnumbered).
 28872 | D:5      | 28872 ||| Stepping ~*~*~tactically~*~*~ (outnumbered).
 28874 | D:5      | 28874 ||| Stepping ~*~*~tactically~*~*~ (outnumbered).
 28876 | D:5      | 28876 ||| Stepping ~*~*~tactically~*~*~ (outnumbered).
 28878 | D:5      | 28878 ||| Stepping ~*~*~tactically~*~*~ (outnumbered).
 28882 | D:5      | 28882 ||| Stepping ~*~*~tactically~*~*~ (outnumbered).
 28884 | D:5      | 28884 ||| Stepping ~*~*~tactically~*~*~ (outnumbered).
 28886 | D:5      | 28886 ||| Stepping ~*~*~tactically~*~*~ (outnumbered).
 28888 | D:5      | 28888 ||| Stepping ~*~*~tactically~*~*~ (outnumbered).
 28890 | D:5      | 28890 ||| Stepping ~*~*~tactically~*~*~ (outnumbered).
 28892 | D:5      | 28892 ||| Stepping ~*~*~tactically~*~*~ (outnumbered).
 28894 | D:5      | 28894 ||| Stepping ~*~*~tactically~*~*~ (outnumbered).
 28896 | D:5      | 28896 ||| Stepping ~*~*~tactically~*~*~ (outnumbered).
 28898 | D:5      | 28898 ||| Stepping ~*~*~tactically~*~*~ (outnumbered).
 28900 | D:5      | 28900 ||| Stepping ~*~*~tactically~*~*~ (outnumbered).
 28902 | D:5      | 28902 ||| Stepping ~*~*~tactically~*~*~ (outnumbered).
 28904 | D:5      | 28904 ||| Stepping ~*~*~tactically~*~*~ (outnumbered).
 28906 | D:5      | 28906 ||| Stepping ~*~*~tactically~*~*~ (outnumbered).
 28908 | D:5      | 28908 ||| Stepping ~*~*~tactically~*~*~ (outnumbered).
 28912 | D:5      | 28912 ||| Stepping ~*~*~tactically~*~*~ (outnumbered).
 28914 | D:5      | 28914 ||| Stepping ~*~*~tactically~*~*~ (outnumbered).
 28916 | D:5      | 28916 ||| Stepping ~*~*~tactically~*~*~ (outnumbered).
 28918 | D:5      | 28918 ||| Stepping ~*~*~tactically~*~*~ (outnumbered).
 28920 | D:5      | 28920 ||| Stepping ~*~*~tactically~*~*~ (outnumbered).
 28922 | D:5      | 28922 ||| Stepping ~*~*~tactically~*~*~ (outnumbered).
 28926 | D:5      | 28926 ||| Stepping ~*~*~tactically~*~*~ (outnumbered).
 28928 | D:5      | 28928 ||| Stepping ~*~*~tactically~*~*~ (outnumbered).
 28931 | D:5      | 28931 ||| Stepping ~*~*~tactically~*~*~ (outnumbered).
 28933 | D:5      | 28933 ||| Stepping ~*~*~tactically~*~*~ (outnumbered).
 28935 | D:5      | 28935 ||| Stepping ~*~*~tactically~*~*~ (outnumbered).
 28937 | D:5      | 28937 ||| Stepping ~*~*~tactically~*~*~ (outnumbered).
 28939 | D:5      | 28939 ||| Stepping ~*~*~tactically~*~*~ (outnumbered).
 28941 | D:5      | 28941 ||| Stepping ~*~*~tactically~*~*~ (outnumbered).
 28943 | D:5      | 28943 ||| Stepping ~*~*~tactically~*~*~ (outnumbered).
 28945 | D:5      | 28945 ||| Stepping ~*~*~tactically~*~*~ (outnumbered).
 28947 | D:5      | 28947 ||| Stepping ~*~*~tactically~*~*~ (outnumbered).
 28949 | D:5      | 28949 ||| Stepping ~*~*~tactically~*~*~ (outnumbered).
 28951 | D:5      | 28951 ||| Stepping ~*~*~tactically~*~*~ (outnumbered).
 28953 | D:5      | 28953 ||| Stepping ~*~*~tactically~*~*~ (outnumbered).
 28955 | D:5      | 28955 ||| Stepping ~*~*~tactically~*~*~ (outnumbered).
 28957 | D:5      | 28957 ||| Stepping ~*~*~tactically~*~*~ (outnumbered).
 28959 | D:5      | 28959 ||| Stepping ~*~*~tactically~*~*~ (outnumbered).
 28961 | D:5      | 28961 ||| Stepping ~*~*~tactically~*~*~ (outnumbered).
 28963 | D:5      | 28963 ||| Stepping ~*~*~tactically~*~*~ (outnumbered).
 28965 | D:5      | 28965 ||| Stepping ~*~*~tactically~*~*~ (outnumbered).
 28967 | D:5      | 28967 ||| Stepping ~*~*~tactically~*~*~ (outnumbered).
 28969 | D:5      | 28969 ||| Stepping ~*~*~tactically~*~*~ (outnumbered).
 28971 | D:5      | 28971 ||| Stepping ~*~*~tactically~*~*~ (outnumbered).
 28973 | D:5      | 28973 ||| Stepping ~*~*~tactically~*~*~ (outnumbered).
 28975 | D:5      | 28975 ||| Stepping ~*~*~tactically~*~*~ (outnumbered).
 28977 | D:5      | 28977 ||| Stepping ~*~*~tactically~*~*~ (outnumbered).
 28979 | D:5      | 28979 ||| Stepping ~*~*~tactically~*~*~ (outnumbered).
 28981 | D:5      | 28981 ||| Stepping ~*~*~tactically~*~*~ (outnumbered).
 28983 | D:5      | 28983 ||| Stepping ~*~*~tactically~*~*~ (outnumbered).
 28987 | D:5      | 28987 ||| Stepping ~*~*~tactically~*~*~ (outnumbered).
 28989 | D:5      | 28989 ||| Stepping ~*~*~tactically~*~*~ (outnumbered).
 28991 | D:5      | 28991 ||| Stepping ~*~*~tactically~*~*~ (outnumbered).
 28993 | D:5      | 28993 ||| Stepping ~*~*~tactically~*~*~ (outnumbered).
 28995 | D:5      | 28995 ||| Stepping ~*~*~tactically~*~*~ (outnumbered).
 28997 | D:5      | 28997 ||| Stepping ~*~*~tactically~*~*~ (outnumbered).
 28999 | D:5      | 28999 ||| Stepping ~*~*~tactically~*~*~ (outnumbered).
 29001 | D:5      | 29001 ||| Stepping ~*~*~tactically~*~*~ (outnumbered).
 29003 | D:5      | 29003 ||| Stepping ~*~*~tactically~*~*~ (outnumbered).
 29005 | D:5      | 29005 ||| Stepping ~*~*~tactically~*~*~ (outnumbered).
 29007 | D:5      | 29007 ||| Stepping ~*~*~tactically~*~*~ (outnumbered).
 29009 | D:5      | 29009 ||| Stepping ~*~*~tactically~*~*~ (outnumbered).
 29011 | D:5      | 29011 ||| Stepping ~*~*~tactically~*~*~ (outnumbered).
 29013 | D:5      | 29013 ||| Stepping ~*~*~tactically~*~*~ (outnumbered).
 29015 | D:5      | 29015 ||| Stepping ~*~*~tactically~*~*~ (outnumbered).
 29017 | D:5      | 29017 ||| Stepping ~*~*~tactically~*~*~ (outnumbered).
 29019 | D:5      | 29019 ||| Stepping ~*~*~tactically~*~*~ (outnumbered).
 29021 | D:5      | 29021 ||| Stepping ~*~*~tactically~*~*~ (outnumbered).
 29025 | D:5      | 29025 ||| Stepping ~*~*~tactically~*~*~ (outnumbered).
 29027 | D:5      | 29027 ||| Stepping ~*~*~tactically~*~*~ (outnumbered).
 29029 | D:5      | 29029 ||| Stepping ~*~*~tactically~*~*~ (outnumbered).
 29031 | D:5      | 29031 ||| Stepping ~*~*~tactically~*~*~ (outnumbered).
 29033 | D:5      | 29033 ||| Stepping ~*~*~tactically~*~*~ (outnumbered).
 29035 | D:5      | 29035 ||| Stepping ~*~*~tactically~*~*~ (outnumbered).
 29037 | D:5      | 29037 ||| Stepping ~*~*~tactically~*~*~ (outnumbered).
 29039 | D:5      | 29039 ||| Stepping ~*~*~tactically~*~*~ (outnumbered).
 29041 | D:5      | 29041 ||| Stepping ~*~*~tactically~*~*~ (outnumbered).
 29043 | D:5      | 29043 ||| Stepping ~*~*~tactically~*~*~ (outnumbered).
 29045 | D:5      | 29045 ||| Stepping ~*~*~tactically~*~*~ (outnumbered).
 29047 | D:5      | 29047 ||| Stepping ~*~*~tactically~*~*~ (outnumbered).
 29049 | D:5      | 29049 ||| Stepping ~*~*~tactically~*~*~ (outnumbered).
 29051 | D:5      | 29051 ||| Stepping ~*~*~tactically~*~*~ (outnumbered).
 29053 | D:5      | 29053 ||| Stepping ~*~*~tactically~*~*~ (outnumbered).
 29055 | D:5      | 29055 ||| Stepping ~*~*~tactically~*~*~ (outnumbered).
 29058 | D:5      | 29058 ||| Stepping ~*~*~tactically~*~*~ (outnumbered).
 29060 | D:5      | 29060 ||| Stepping ~*~*~tactically~*~*~ (outnumbered).
 29062 | D:5      | 29062 ||| Stepping ~*~*~tactically~*~*~ (outnumbered).
 29064 | D:5      | 29064 ||| Stepping ~*~*~tactically~*~*~ (outnumbered).
 29067 | D:5      | 29067 ||| Stepping ~*~*~tactically~*~*~ (outnumbered).
 29069 | D:5      | 29069 ||| Stepping ~*~*~tactically~*~*~ (outnumbered).
 29071 | D:5      | 29071 ||| Stepping ~*~*~tactically~*~*~ (outnumbered).
 29076 | D:5      | 29076 ||| Stepping ~*~*~tactically~*~*~ (outnumbered).
 29078 | D:5      | 29078 ||| Stepping ~*~*~tactically~*~*~ (outnumbered).
 29080 | D:5      | 29080 ||| Stepping ~*~*~tactically~*~*~ (outnumbered).
 29082 | D:5      | 29082 ||| Stepping ~*~*~tactically~*~*~ (outnumbered).
 29084 | D:5      | 29084 ||| Stepping ~*~*~tactically~*~*~ (outnumbered).
 29086 | D:5      | 29086 ||| Stepping ~*~*~tactically~*~*~ (outnumbered).
 29088 | D:5      | 29088 ||| Stepping ~*~*~tactically~*~*~ (outnumbered).
 29090 | D:5      | 29090 ||| Stepping ~*~*~tactically~*~*~ (outnumbered).
 29092 | D:5      | 29092 ||| Stepping ~*~*~tactically~*~*~ (outnumbered).
 29094 | D:5      | 29094 ||| Stepping ~*~*~tactically~*~*~ (outnumbered).
 29096 | D:5      | 29096 ||| Stepping ~*~*~tactically~*~*~ (outnumbered).
 29098 | D:5      | 29098 ||| Stepping ~*~*~tactically~*~*~ (outnumbered).
 29100 | D:5      | 29100 ||| Stepping ~*~*~tactically~*~*~ (outnumbered).
 29102 | D:5      | 29102 ||| Stepping ~*~*~tactically~*~*~ (outnumbered).
 29104 | D:5      | 29104 ||| Stepping ~*~*~tactically~*~*~ (outnumbered).
 29106 | D:5      | 29106 ||| Stepping ~*~*~tactically~*~*~ (outnumbered).
 29108 | D:5      | 29108 ||| Stepping ~*~*~tactically~*~*~ (outnumbered).
 29110 | D:5      | 29110 ||| Stepping ~*~*~tactically~*~*~ (outnumbered).
 29114 | D:5      | 29114 ||| Stepping ~*~*~tactically~*~*~ (outnumbered).
 29116 | D:5      | 29116 ||| Stepping ~*~*~tactically~*~*~ (outnumbered).
 29118 | D:5      | 29118 ||| Stepping ~*~*~tactically~*~*~ (outnumbered).
 29120 | D:5      | 29120 ||| Stepping ~*~*~tactically~*~*~ (outnumbered).
 29123 | D:5      | 29123 ||| Stepping ~*~*~tactically~*~*~ (outnumbered).
 29125 | D:5      | 29125 ||| Stepping ~*~*~tactically~*~*~ (outnumbered).
 29127 | D:5      | 29127 ||| Stepping ~*~*~tactically~*~*~ (outnumbered).
 29129 | D:5      | 29129 ||| Stepping ~*~*~tactically~*~*~ (outnumbered).
 29131 | D:5      | 29131 ||| Stepping ~*~*~tactically~*~*~ (outnumbered).
 29133 | D:5      | 29133 ||| Stepping ~*~*~tactically~*~*~ (outnumbered).
 29135 | D:5      | 29135 ||| Stepping ~*~*~tactically~*~*~ (outnumbered).
 29137 | D:5      | 29137 ||| Stepping ~*~*~tactically~*~*~ (outnumbered).
 29139 | D:5      | 29139 ||| Stepping ~*~*~tactically~*~*~ (outnumbered).
 29141 | D:5      | 29141 ||| Stepping ~*~*~tactically~*~*~ (outnumbered).
 29143 | D:5      | 29143 ||| Stepping ~*~*~tactically~*~*~ (outnumbered).
 29145 | D:5      | 29145 ||| Stepping ~*~*~tactically~*~*~ (outnumbered).
 29147 | D:5      | 29147 ||| Stepping ~*~*~tactically~*~*~ (outnumbered).
 29149 | D:5      | 29149 ||| Stepping ~*~*~tactically~*~*~ (outnumbered).
 29151 | D:5      | 29151 ||| Stepping ~*~*~tactically~*~*~ (outnumbered).
 29153 | D:5      | 29153 ||| Stepping ~*~*~tactically~*~*~ (outnumbered).
 29155 | D:5      | 29155 ||| Stepping ~*~*~tactically~*~*~ (outnumbered).
 29157 | D:5      | 29157 ||| Stepping ~*~*~tactically~*~*~ (outnumbered).
 29160 | D:5      | 29160 ||| Stepping ~*~*~tactically~*~*~ (outnumbered).
 29162 | D:5      | 29162 ||| Stepping ~*~*~tactically~*~*~ (outnumbered).
 29164 | D:5      | 29164 ||| Stepping ~*~*~tactically~*~*~ (outnumbered).
 29166 | D:5      | 29166 ||| Stepping ~*~*~tactically~*~*~ (outnumbered).
 29168 | D:5      | 29168 ||| Stepping ~*~*~tactically~*~*~ (outnumbered).
 29170 | D:5      | 29170 ||| Stepping ~*~*~tactically~*~*~ (outnumbered).
 29172 | D:5      | 29172 ||| Stepping ~*~*~tactically~*~*~ (outnumbered).
 29174 | D:5      | 29174 ||| Stepping ~*~*~tactically~*~*~ (outnumbered).
 29176 | D:5      | 29176 ||| Stepping ~*~*~tactically~*~*~ (outnumbered).
 29181 | D:5      | 29181 ||| Stepping ~*~*~tactically~*~*~ (outnumbered).
 29183 | D:5      | 29183 ||| Stepping ~*~*~tactically~*~*~ (outnumbered).
 29185 | D:5      | 29185 ||| Stepping ~*~*~tactically~*~*~ (outnumbered).
 29187 | D:5      | 29187 ||| Stepping ~*~*~tactically~*~*~ (outnumbered).
 29189 | D:5      | 29189 ||| Stepping ~*~*~tactically~*~*~ (outnumbered).
 29191 | D:5      | 29191 ||| Stepping ~*~*~tactically~*~*~ (outnumbered).
 29193 | D:5      | 29193 ||| Stepping ~*~*~tactically~*~*~ (outnumbered).
 29195 | D:5      | 29195 ||| Stepping ~*~*~tactically~*~*~ (outnumbered).
 29197 | D:5      | 29197 ||| Stepping ~*~*~tactically~*~*~ (outnumbered).
 29199 | D:5      | 29199 ||| Stepping ~*~*~tactically~*~*~ (outnumbered).
 29201 | D:5      | 29201 ||| Stepping ~*~*~tactically~*~*~ (outnumbered).
 29203 | D:5      | 29203 ||| Stepping ~*~*~tactically~*~*~ (outnumbered).
 29205 | D:5      | 29205 ||| Stepping ~*~*~tactically~*~*~ (outnumbered).
 29207 | D:5      | 29207 ||| Stepping ~*~*~tactically~*~*~ (outnumbered).
 29209 | D:5      | 29209 ||| Stepping ~*~*~tactically~*~*~ (outnumbered).
 29211 | D:5      | 29211 ||| Stepping ~*~*~tactically~*~*~ (outnumbered).
 29214 | D:5      | 29214 ||| Stepping ~*~*~tactically~*~*~ (outnumbered).
 29216 | D:5      | 29216 ||| Stepping ~*~*~tactically~*~*~ (outnumbered).
 29219 | D:5      | 29219 ||| Stepping ~*~*~tactically~*~*~ (outnumbered).
 29221 | D:5      | 29221 ||| Stepping ~*~*~tactically~*~*~ (outnumbered).
 29223 | D:5      | 29223 ||| Stepping ~*~*~tactically~*~*~ (outnumbered).
 29225 | D:5      | 29225 ||| Stepping ~*~*~tactically~*~*~ (outnumbered).
 29227 | D:5      | 29227 ||| Stepping ~*~*~tactically~*~*~ (outnumbered).
 29229 | D:5      | 29229 ||| Stepping ~*~*~tactically~*~*~ (outnumbered).
 29232 | D:5      | 29232 ||| Stepping ~*~*~tactically~*~*~ (outnumbered).
 29234 | D:5      | 29234 ||| Stepping ~*~*~tactically~*~*~ (outnumbered).
 29236 | D:5      | 29236 ||| Stepping ~*~*~tactically~*~*~ (outnumbered).
 29238 | D:5      | 29238 ||| Stepping ~*~*~tactically~*~*~ (outnumbered).
 29240 | D:5      | 29240 ||| Stepping ~*~*~tactically~*~*~ (outnumbered).
 29242 | D:5      | 29242 ||| Stepping ~*~*~tactically~*~*~ (outnumbered).
 29244 | D:5      | 29244 ||| Stepping ~*~*~tactically~*~*~ (outnumbered).
 29246 | D:5      | 29246 ||| Stepping ~*~*~tactically~*~*~ (outnumbered).
 29248 | D:5      | 29248 ||| Stepping ~*~*~tactically~*~*~ (outnumbered).
 29251 | D:5      | 29251 ||| Stepping ~*~*~tactically~*~*~ (outnumbered).
 29254 | D:5      | 29254 ||| Stepping ~*~*~tactically~*~*~ (outnumbered).
 29256 | D:5      | 29256 ||| Stepping ~*~*~tactically~*~*~ (outnumbered).
 29258 | D:5      | 29258 ||| Stepping ~*~*~tactically~*~*~ (outnumbered).
 29260 | D:5      | 29260 ||| Stepping ~*~*~tactically~*~*~ (outnumbered).
 29262 | D:5      | 29262 ||| Stepping ~*~*~tactically~*~*~ (outnumbered).
 29264 | D:5      | 29264 ||| Stepping ~*~*~tactically~*~*~ (outnumbered).
 29266 | D:5      | 29266 ||| Stepping ~*~*~tactically~*~*~ (outnumbered).
 29268 | D:5      | 29268 ||| Stepping ~*~*~tactically~*~*~ (outnumbered).
 29270 | D:5      | 29270 ||| Stepping ~*~*~tactically~*~*~ (outnumbered).
 29272 | D:5      | 29272 ||| Stepping ~*~*~tactically~*~*~ (outnumbered).
 29274 | D:5      | 29274 ||| Stepping ~*~*~tactically~*~*~ (outnumbered).
 29276 | D:5      | 29276 ||| Stepping ~*~*~tactically~*~*~ (outnumbered).
 29278 | D:5      | 29278 ||| Stepping ~*~*~tactically~*~*~ (outnumbered).
 29280 | D:5      | 29280 ||| Stepping ~*~*~tactically~*~*~ (outnumbered).
 29282 | D:5      | 29282 ||| Stepping ~*~*~tactically~*~*~ (outnumbered).
 29284 | D:5      | 29284 ||| Stepping ~*~*~tactically~*~*~ (outnumbered).
 29286 | D:5      | 29286 ||| Stepping ~*~*~tactically~*~*~ (outnumbered).
 29288 | D:5      | 29288 ||| Stepping ~*~*~tactically~*~*~ (outnumbered).
 29290 | D:5      | 29290 ||| Stepping ~*~*~tactically~*~*~ (outnumbered).
 29294 | D:5      | 29294 ||| Stepping ~*~*~tactically~*~*~ (outnumbered).
 29296 | D:5      | 29296 ||| Stepping ~*~*~tactically~*~*~ (outnumbered).
 29298 | D:5      | 29298 ||| Stepping ~*~*~tactically~*~*~ (outnumbered).
 29300 | D:5      | 29300 ||| Stepping ~*~*~tactically~*~*~ (outnumbered).
 29302 | D:5      | 29302 ||| Stepping ~*~*~tactically~*~*~ (outnumbered).
 29304 | D:5      | 29304 ||| Stepping ~*~*~tactically~*~*~ (outnumbered).
 29306 | D:5      | 29306 ||| Stepping ~*~*~tactically~*~*~ (outnumbered).
 29309 | D:5      | 29309 ||| Stepping ~*~*~tactically~*~*~ (outnumbered).
 29311 | D:5      | 29311 ||| Stepping ~*~*~tactically~*~*~ (outnumbered).
 29313 | D:5      | 29313 ||| Stepping ~*~*~tactically~*~*~ (outnumbered).
 29315 | D:5      | 29315 ||| Stepping ~*~*~tactically~*~*~ (outnumbered).
 29317 | D:5      | 29317 ||| Stepping ~*~*~tactically~*~*~ (outnumbered).
 29319 | D:5      | 29319 ||| Stepping ~*~*~tactically~*~*~ (outnumbered).
 29321 | D:5      | 29321 ||| Stepping ~*~*~tactically~*~*~ (outnumbered).
 29323 | D:5      | 29323 ||| Stepping ~*~*~tactically~*~*~ (outnumbered).
 29325 | D:5      | 29325 ||| Stepping ~*~*~tactically~*~*~ (outnumbered).
 29329 | D:5      | 29329 ||| Stepping ~*~*~tactically~*~*~ (outnumbered).
 29331 | D:5      | 29331 ||| Stepping ~*~*~tactically~*~*~ (outnumbered).
 29333 | D:5      | 29333 ||| Stepping ~*~*~tactically~*~*~ (outnumbered).
 29335 | D:5      | 29335 ||| Stepping ~*~*~tactically~*~*~ (outnumbered).
 29337 | D:5      | 29337 ||| Stepping ~*~*~tactically~*~*~ (outnumbered).
 29339 | D:5      | 29339 ||| Stepping ~*~*~tactically~*~*~ (outnumbered).
 29341 | D:5      | 29341 ||| Stepping ~*~*~tactically~*~*~ (outnumbered).
 29343 | D:5      | 29343 ||| Stepping ~*~*~tactically~*~*~ (outnumbered).
 29345 | D:5      | 29345 ||| Stepping ~*~*~tactically~*~*~ (outnumbered).
 29347 | D:5      | 29347 ||| Stepping ~*~*~tactically~*~*~ (outnumbered).
 29349 | D:5      | 29349 ||| Stepping ~*~*~tactically~*~*~ (outnumbered).
 29351 | D:5      | 29351 ||| Stepping ~*~*~tactically~*~*~ (outnumbered).
 29353 | D:5      | 29353 ||| Stepping ~*~*~tactically~*~*~ (outnumbered).
 29355 | D:5      | 29355 ||| Stepping ~*~*~tactically~*~*~ (outnumbered).
 29357 | D:5      | 29357 ||| Stepping ~*~*~tactically~*~*~ (outnumbered).
 29359 | D:5      | 29359 ||| Stepping ~*~*~tactically~*~*~ (outnumbered).
 29361 | D:5      | 29361 ||| Stepping ~*~*~tactically~*~*~ (outnumbered).
 29363 | D:5      | 29363 ||| Stepping ~*~*~tactically~*~*~ (outnumbered).
 29365 | D:5      | 29365 ||| Stepping ~*~*~tactically~*~*~ (outnumbered).
 29367 | D:5      | 29367 ||| Stepping ~*~*~tactically~*~*~ (outnumbered).
 29369 | D:5      | 29369 ||| Stepping ~*~*~tactically~*~*~ (outnumbered).
 29371 | D:5      | 29371 ||| Stepping ~*~*~tactically~*~*~ (outnumbered).
 29373 | D:5      | 29373 ||| Stepping ~*~*~tactically~*~*~ (outnumbered).
 29375 | D:5      | 29375 ||| Stepping ~*~*~tactically~*~*~ (outnumbered).
 29377 | D:5      | 29377 ||| Stepping ~*~*~tactically~*~*~ (outnumbered).
 29379 | D:5      | 29379 ||| Stepping ~*~*~tactically~*~*~ (outnumbered).
 29381 | D:5      | 29381 ||| Stepping ~*~*~tactically~*~*~ (outnumbered).
 29383 | D:5      | 29383 ||| Stepping ~*~*~tactically~*~*~ (outnumbered).
 29385 | D:5      | 29385 ||| Stepping ~*~*~tactically~*~*~ (outnumbered).
 29387 | D:5      | 29387 ||| Stepping ~*~*~tactically~*~*~ (outnumbered).
 29391 | D:5      | 29391 ||| Stepping ~*~*~tactically~*~*~ (outnumbered).
 29393 | D:5      | 29393 ||| Stepping ~*~*~tactically~*~*~ (outnumbered).
 29395 | D:5      | 29395 ||| Stepping ~*~*~tactically~*~*~ (outnumbered).
 29397 | D:5      | 29397 ||| Stepping ~*~*~tactically~*~*~ (outnumbered).
 29399 | D:5      | 29399 ||| Stepping ~*~*~tactically~*~*~ (outnumbered).
 29401 | D:5      | 29401 ||| Stepping ~*~*~tactically~*~*~ (outnumbered).
 29403 | D:5      | 29403 ||| Stepping ~*~*~tactically~*~*~ (outnumbered).
 29405 | D:5      | 29405 ||| Stepping ~*~*~tactically~*~*~ (outnumbered).
 29407 | D:5      | 29407 ||| Stepping ~*~*~tactically~*~*~ (outnumbered).
 29409 | D:5      | 29409 ||| Stepping ~*~*~tactically~*~*~ (outnumbered).
 29411 | D:5      | 29411 ||| Stepping ~*~*~tactically~*~*~ (outnumbered).
 29415 | D:5      | 29415 ||| Stepping ~*~*~tactically~*~*~ (outnumbered).
 29417 | D:5      | 29417 ||| Stepping ~*~*~tactically~*~*~ (outnumbered).
 29420 | D:5      | 29420 ||| Stepping ~*~*~tactically~*~*~ (outnumbered).
 29422 | D:5      | 29422 ||| Stepping ~*~*~tactically~*~*~ (outnumbered).
 29424 | D:5      | 29424 ||| Stepping ~*~*~tactically~*~*~ (outnumbered).
 29427 | D:5      | 29427 ||| Stepping ~*~*~tactically~*~*~ (outnumbered).
 29431 | D:5      | 29431 ||| Stepping ~*~*~tactically~*~*~ (outnumbered).
 29433 | D:5      | 29433 ||| Stepping ~*~*~tactically~*~*~ (outnumbered).
 29435 | D:5      | 29435 ||| Stepping ~*~*~tactically~*~*~ (outnumbered).
 29437 | D:5      | 29437 ||| Stepping ~*~*~tactically~*~*~ (outnumbered).
 29439 | D:5      | 29439 ||| Stepping ~*~*~tactically~*~*~ (outnumbered).
 29441 | D:5      | 29441 ||| Stepping ~*~*~tactically~*~*~ (outnumbered).
 29443 | D:5      | 29443 ||| Stepping ~*~*~tactically~*~*~ (outnumbered).
 29445 | D:5      | 29445 ||| Stepping ~*~*~tactically~*~*~ (outnumbered).
 29447 | D:5      | 29447 ||| Stepping ~*~*~tactically~*~*~ (outnumbered).
 29449 | D:5      | 29449 ||| Stepping ~*~*~tactically~*~*~ (outnumbered).
 29451 | D:5      | 29451 ||| Stepping ~*~*~tactically~*~*~ (outnumbered).
 29453 | D:5      | 29453 ||| Stepping ~*~*~tactically~*~*~ (outnumbered).
 29457 | D:5      | 29457 ||| Stepping ~*~*~tactically~*~*~ (outnumbered).
 29459 | D:5      | 29459 ||| Stepping ~*~*~tactically~*~*~ (outnumbered).
 29461 | D:5      | 29461 ||| Stepping ~*~*~tactically~*~*~ (outnumbered).
 29463 | D:5      | 29463 ||| Stepping ~*~*~tactically~*~*~ (outnumbered).
 29465 | D:5      | 29465 ||| Stepping ~*~*~tactically~*~*~ (outnumbered).
 29467 | D:5      | 29467 ||| Stepping ~*~*~tactically~*~*~ (outnumbered).
 29469 | D:5      | 29469 ||| Stepping ~*~*~tactically~*~*~ (outnumbered).
 29471 | D:5      | 29471 ||| Stepping ~*~*~tactically~*~*~ (outnumbered).
 29473 | D:5      | 29473 ||| Stepping ~*~*~tactically~*~*~ (outnumbered).
 29475 | D:5      | 29475 ||| Stepping ~*~*~tactically~*~*~ (outnumbered).
 29477 | D:5      | 29477 ||| Stepping ~*~*~tactically~*~*~ (outnumbered).
 29479 | D:5      | 29479 ||| Stepping ~*~*~tactically~*~*~ (outnumbered).
 29481 | D:5      | 29481 ||| Stepping ~*~*~tactically~*~*~ (outnumbered).
 29483 | D:5      | 29483 ||| Stepping ~*~*~tactically~*~*~ (outnumbered).
 29485 | D:5      | 29485 ||| Stepping ~*~*~tactically~*~*~ (outnumbered).
 29487 | D:5      | 29487 ||| Stepping ~*~*~tactically~*~*~ (outnumbered).
 29489 | D:5      | 29489 ||| Stepping ~*~*~tactically~*~*~ (outnumbered).
 29491 | D:5      | 29491 ||| Stepping ~*~*~tactically~*~*~ (outnumbered).
 29493 | D:5      | 29493 ||| Stepping ~*~*~tactically~*~*~ (outnumbered).
 29495 | D:5      | 29495 ||| Stepping ~*~*~tactically~*~*~ (outnumbered).
 29497 | D:5      | 29497 ||| Stepping ~*~*~tactically~*~*~ (outnumbered).
 29499 | D:5      | 29499 ||| Stepping ~*~*~tactically~*~*~ (outnumbered).
 29501 | D:5      | 29501 ||| Stepping ~*~*~tactically~*~*~ (outnumbered).
 29503 | D:5      | 29503 ||| Stepping ~*~*~tactically~*~*~ (outnumbered).
 29505 | D:5      | 29505 ||| Stepping ~*~*~tactically~*~*~ (outnumbered).
 29507 | D:5      | 29507 ||| Stepping ~*~*~tactically~*~*~ (outnumbered).
 29509 | D:5      | 29509 ||| Stepping ~*~*~tactically~*~*~ (outnumbered).
 29511 | D:5      | 29511 ||| Stepping ~*~*~tactically~*~*~ (outnumbered).
 29513 | D:5      | 29513 ||| Stepping ~*~*~tactically~*~*~ (outnumbered).
 29515 | D:5      | 29515 ||| Stepping ~*~*~tactically~*~*~ (outnumbered).
 29517 | D:5      | 29517 ||| Stepping ~*~*~tactically~*~*~ (outnumbered).
 29519 | D:5      | 29519 ||| Stepping ~*~*~tactically~*~*~ (outnumbered).
 29521 | D:5      | 29521 ||| Stepping ~*~*~tactically~*~*~ (outnumbered).
 29523 | D:5      | 29523 ||| Stepping ~*~*~tactically~*~*~ (outnumbered).
 29525 | D:5      | 29525 ||| Stepping ~*~*~tactically~*~*~ (outnumbered).
 29527 | D:5      | 29527 ||| Stepping ~*~*~tactically~*~*~ (outnumbered).
 29531 | D:5      | 29531 ||| Stepping ~*~*~tactically~*~*~ (outnumbered).
 29534 | D:5      | 29534 ||| Stepping ~*~*~tactically~*~*~ (outnumbered).
 29536 | D:5      | 29536 ||| Stepping ~*~*~tactically~*~*~ (outnumbered).
 29538 | D:5      | 29538 ||| Stepping ~*~*~tactically~*~*~ (outnumbered).
 29540 | D:5      | 29540 ||| Stepping ~*~*~tactically~*~*~ (outnumbered).
 29542 | D:5      | 29542 ||| Stepping ~*~*~tactically~*~*~ (outnumbered).
 29544 | D:5      | 29544 ||| Stepping ~*~*~tactically~*~*~ (outnumbered).
 29546 | D:5      | 29546 ||| Stepping ~*~*~tactically~*~*~ (outnumbered).
 29548 | D:5      | 29548 ||| Stepping ~*~*~tactically~*~*~ (outnumbered).
 29550 | D:5      | 29550 ||| Stepping ~*~*~tactically~*~*~ (outnumbered).
 29552 | D:5      | 29552 ||| Stepping ~*~*~tactically~*~*~ (outnumbered).
 29554 | D:5      | 29554 ||| Stepping ~*~*~tactically~*~*~ (outnumbered).
 29558 | D:5      | 29558 ||| Stepping ~*~*~tactically~*~*~ (outnumbered).
 29560 | D:5      | 29560 ||| Stepping ~*~*~tactically~*~*~ (outnumbered).
 29563 | D:5      | 29563 ||| Stepping ~*~*~tactically~*~*~ (outnumbered).
 29567 | D:5      | 29567 ||| Stepping ~*~*~tactically~*~*~ (outnumbered).
 29569 | D:5      | 29569 ||| Stepping ~*~*~tactically~*~*~ (outnumbered).
 29573 | D:5      | 29573 ||| Stepping ~*~*~tactically~*~*~ (outnumbered).
 29577 | D:5      | 29577 ||| Stepping ~*~*~tactically~*~*~ (outnumbered).
 29579 | D:5      | 29579 ||| Stepping ~*~*~tactically~*~*~ (outnumbered).
 29581 | D:5      | 29581 ||| Stepping ~*~*~tactically~*~*~ (outnumbered).
 29583 | D:5      | 29583 ||| Stepping ~*~*~tactically~*~*~ (outnumbered).
 29585 | D:5      | 29585 ||| Stepping ~*~*~tactically~*~*~ (outnumbered).
 29587 | D:5      | 29587 ||| Stepping ~*~*~tactically~*~*~ (outnumbered).
 29589 | D:5      | 29589 ||| Stepping ~*~*~tactically~*~*~ (outnumbered).
 29591 | D:5      | 29591 ||| Stepping ~*~*~tactically~*~*~ (outnumbered).
 29594 | D:5      | 29594 ||| Stepping ~*~*~tactically~*~*~ (outnumbered).
 29596 | D:5      | 29596 ||| Stepping ~*~*~tactically~*~*~ (outnumbered).
 29598 | D:5      | 29598 ||| Stepping ~*~*~tactically~*~*~ (outnumbered).
 29600 | D:5      | 29600 ||| Stepping ~*~*~tactically~*~*~ (outnumbered).
 29602 | D:5      | 29602 ||| Stepping ~*~*~tactically~*~*~ (outnumbered).
 29604 | D:5      | 29604 ||| Stepping ~*~*~tactically~*~*~ (outnumbered).
 29606 | D:5      | 29606 ||| Stepping ~*~*~tactically~*~*~ (outnumbered).
 29608 | D:5      | 29608 ||| Stepping ~*~*~tactically~*~*~ (outnumbered).
 29610 | D:5      | 29610 ||| Stepping ~*~*~tactically~*~*~ (outnumbered).
 29612 | D:5      | 29612 ||| Stepping ~*~*~tactically~*~*~ (outnumbered).
 29614 | D:5      | 29614 ||| Stepping ~*~*~tactically~*~*~ (outnumbered).
 29616 | D:5      | 29616 ||| Stepping ~*~*~tactically~*~*~ (outnumbered).
 29618 | D:5      | 29618 ||| Stepping ~*~*~tactically~*~*~ (outnumbered).
 29620 | D:5      | 29620 ||| Stepping ~*~*~tactically~*~*~ (outnumbered).
 29624 | D:5      | 29624 ||| Stepping ~*~*~tactically~*~*~ (outnumbered).
 29626 | D:5      | 29626 ||| Stepping ~*~*~tactically~*~*~ (outnumbered).
 29628 | D:5      | 29628 ||| Stepping ~*~*~tactically~*~*~ (outnumbered).
 29630 | D:5      | 29630 ||| Stepping ~*~*~tactically~*~*~ (outnumbered).
 29632 | D:5      | 29632 ||| Stepping ~*~*~tactically~*~*~ (outnumbered).
 29634 | D:5      | 29634 ||| Stepping ~*~*~tactically~*~*~ (outnumbered).
 29636 | D:5      | 29636 ||| Stepping ~*~*~tactically~*~*~ (outnumbered).
 29638 | D:5      | 29638 ||| Stepping ~*~*~tactically~*~*~ (outnumbered).
 29640 | D:5      | 29640 ||| Stepping ~*~*~tactically~*~*~ (outnumbered).
 29642 | D:5      | 29642 ||| Stepping ~*~*~tactically~*~*~ (outnumbered).
 29647 | D:5      | 29647 ||| Stepping ~*~*~tactically~*~*~ (outnumbered).
 29649 | D:5      | 29649 ||| Stepping ~*~*~tactically~*~*~ (outnumbered).
 29651 | D:5      | 29651 ||| Stepping ~*~*~tactically~*~*~ (outnumbered).
 29653 | D:5      | 29653 ||| Stepping ~*~*~tactically~*~*~ (outnumbered).
 29655 | D:5      | 29655 ||| Stepping ~*~*~tactically~*~*~ (outnumbered).
 29657 | D:5      | 29657 ||| Stepping ~*~*~tactically~*~*~ (outnumbered).
 29659 | D:5      | 29659 ||| Stepping ~*~*~tactically~*~*~ (outnumbered).
 29661 | D:5      | 29661 ||| Stepping ~*~*~tactically~*~*~ (outnumbered).
 29663 | D:5      | 29663 ||| Stepping ~*~*~tactically~*~*~ (outnumbered).
 29665 | D:5      | 29665 ||| Stepping ~*~*~tactically~*~*~ (outnumbered).
 29667 | D:5      | 29667 ||| Stepping ~*~*~tactically~*~*~ (outnumbered).
 29669 | D:5      | 29669 ||| Stepping ~*~*~tactically~*~*~ (outnumbered).
 29671 | D:5      | 29671 ||| Stepping ~*~*~tactically~*~*~ (outnumbered).
 29673 | D:5      | 29673 ||| Stepping ~*~*~tactically~*~*~ (outnumbered).
 29675 | D:5      | 29675 ||| Stepping ~*~*~tactically~*~*~ (outnumbered).
 29679 | D:5      | 29679 ||| Stepping ~*~*~tactically~*~*~ (outnumbered).
 29681 | D:5      | 29681 ||| Stepping ~*~*~tactically~*~*~ (outnumbered).
 29683 | D:5      | 29683 ||| Stepping ~*~*~tactically~*~*~ (outnumbered).
 29685 | D:5      | 29685 ||| Stepping ~*~*~tactically~*~*~ (outnumbered).
 29687 | D:5      | 29687 ||| Stepping ~*~*~tactically~*~*~ (outnumbered).
 29689 | D:5      | 29689 ||| Stepping ~*~*~tactically~*~*~ (outnumbered).
 29691 | D:5      | 29691 ||| Stepping ~*~*~tactically~*~*~ (outnumbered).
 29694 | D:5      | 29694 ||| Stepping ~*~*~tactically~*~*~ (outnumbered).
 29696 | D:5      | 29696 ||| Stepping ~*~*~tactically~*~*~ (outnumbered).
 29698 | D:5      | 29698 ||| Stepping ~*~*~tactically~*~*~ (outnumbered).
 29701 | D:5      | 29701 ||| Stepping ~*~*~tactically~*~*~ (outnumbered).
 29703 | D:5      | 29703 ||| Stepping ~*~*~tactically~*~*~ (outnumbered).
 29705 | D:5      | 29705 ||| Stepping ~*~*~tactically~*~*~ (outnumbered).
 29707 | D:5      | 29707 ||| Stepping ~*~*~tactically~*~*~ (outnumbered).
 29709 | D:5      | 29709 ||| Stepping ~*~*~tactically~*~*~ (outnumbered).
 29711 | D:5      | 29711 ||| Stepping ~*~*~tactically~*~*~ (outnumbered).
 29715 | D:5      | 29715 ||| Stepping ~*~*~tactically~*~*~ (outnumbered).
 29717 | D:5      | 29717 ||| Stepping ~*~*~tactically~*~*~ (outnumbered).
 29719 | D:5      | 29719 ||| Stepping ~*~*~tactically~*~*~ (outnumbered).
 29721 | D:5      | 29721 ||| Stepping ~*~*~tactically~*~*~ (outnumbered).
 29723 | D:5      | 29723 ||| Stepping ~*~*~tactically~*~*~ (outnumbered).
 29725 | D:5      | 29725 ||| Stepping ~*~*~tactically~*~*~ (outnumbered).
 29727 | D:5      | 29727 ||| Stepping ~*~*~tactically~*~*~ (outnumbered).
 29729 | D:5      | 29729 ||| Stepping ~*~*~tactically~*~*~ (outnumbered).
 29731 | D:5      | 29731 ||| Stepping ~*~*~tactically~*~*~ (outnumbered).
 29733 | D:5      | 29733 ||| Stepping ~*~*~tactically~*~*~ (outnumbered).
 29735 | D:5      | 29735 ||| Stepping ~*~*~tactically~*~*~ (outnumbered).
 29737 | D:5      | 29737 ||| Stepping ~*~*~tactically~*~*~ (outnumbered).
 29739 | D:5      | 29739 ||| Stepping ~*~*~tactically~*~*~ (outnumbered).
 29741 | D:5      | 29741 ||| Stepping ~*~*~tactically~*~*~ (outnumbered).
 29743 | D:5      | 29743 ||| Stepping ~*~*~tactically~*~*~ (outnumbered).
 29745 | D:5      | 29745 ||| Stepping ~*~*~tactically~*~*~ (outnumbered).
 29748 | D:5      | 29748 ||| Stepping ~*~*~tactically~*~*~ (outnumbered).
 29750 | D:5      | 29750 ||| Stepping ~*~*~tactically~*~*~ (outnumbered).
 29752 | D:5      | 29752 ||| Stepping ~*~*~tactically~*~*~ (outnumbered).
 29754 | D:5      | 29754 ||| Stepping ~*~*~tactically~*~*~ (outnumbered).
 29756 | D:5      | 29756 ||| Stepping ~*~*~tactically~*~*~ (outnumbered).
 29758 | D:5      | 29758 ||| Stepping ~*~*~tactically~*~*~ (outnumbered).
 29760 | D:5      | 29760 ||| Stepping ~*~*~tactically~*~*~ (outnumbered).
 29762 | D:5      | 29762 ||| Stepping ~*~*~tactically~*~*~ (outnumbered).
 29764 | D:5      | 29764 ||| Stepping ~*~*~tactically~*~*~ (outnumbered).
 29766 | D:5      | 29766 ||| Stepping ~*~*~tactically~*~*~ (outnumbered).
 29768 | D:5      | 29768 ||| Stepping ~*~*~tactically~*~*~ (outnumbered).
 29771 | D:5      | 29771 ||| Stepping ~*~*~tactically~*~*~ (outnumbered).
 29773 | D:5      | 29773 ||| Stepping ~*~*~tactically~*~*~ (outnumbered).
 29775 | D:5      | 29775 ||| Stepping ~*~*~tactically~*~*~ (outnumbered).
 29777 | D:5      | 29777 ||| Stepping ~*~*~tactically~*~*~ (outnumbered).
 29779 | D:5      | 29779 ||| Stepping ~*~*~tactically~*~*~ (outnumbered).
 29781 | D:5      | 29781 ||| Stepping ~*~*~tactically~*~*~ (outnumbered).
 29783 | D:5      | 29783 ||| Stepping ~*~*~tactically~*~*~ (outnumbered).
 29785 | D:5      | 29785 ||| Stepping ~*~*~tactically~*~*~ (outnumbered).
 29787 | D:5      | 29787 ||| Stepping ~*~*~tactically~*~*~ (outnumbered).
 29789 | D:5      | 29789 ||| Stepping ~*~*~tactically~*~*~ (outnumbered).
 29793 | D:5      | 29793 ||| Stepping ~*~*~tactically~*~*~ (outnumbered).
 29795 | D:5      | 29795 ||| Stepping ~*~*~tactically~*~*~ (outnumbered).
 29797 | D:5      | 29797 ||| Stepping ~*~*~tactically~*~*~ (outnumbered).
 29800 | D:5      | 29800 ||| Stepping ~*~*~tactically~*~*~ (outnumbered).
 29802 | D:5      | 29802 ||| Stepping ~*~*~tactically~*~*~ (outnumbered).
 29804 | D:5      | 29804 ||| Stepping ~*~*~tactically~*~*~ (outnumbered).
 29806 | D:5      | 29806 ||| Stepping ~*~*~tactically~*~*~ (outnumbered).
 29808 | D:5      | 29808 ||| Stepping ~*~*~tactically~*~*~ (outnumbered).
 29810 | D:5      | 29810 ||| Stepping ~*~*~tactically~*~*~ (outnumbered).
 29812 | D:5      | 29812 ||| Stepping ~*~*~tactically~*~*~ (outnumbered).
 29816 | D:5      | 29816 ||| Stepping ~*~*~tactically~*~*~ (outnumbered).
 29818 | D:5      | 29818 ||| Stepping ~*~*~tactically~*~*~ (outnumbered).
 29820 | D:5      | 29820 ||| Stepping ~*~*~tactically~*~*~ (outnumbered).
 29822 | D:5      | 29822 ||| Stepping ~*~*~tactically~*~*~ (outnumbered).
 29824 | D:5      | 29824 ||| Stepping ~*~*~tactically~*~*~ (outnumbered).
 29826 | D:5      | 29826 ||| Stepping ~*~*~tactically~*~*~ (outnumbered).
 29828 | D:5      | 29828 ||| Stepping ~*~*~tactically~*~*~ (outnumbered).
 29830 | D:5      | 29830 ||| Stepping ~*~*~tactically~*~*~ (outnumbered).
 29833 | D:5      | 29833 ||| Stepping ~*~*~tactically~*~*~ (outnumbered).
 29835 | D:5      | 29835 ||| Stepping ~*~*~tactically~*~*~ (outnumbered).
 29837 | D:5      | 29837 ||| Stepping ~*~*~tactically~*~*~ (outnumbered).
 29839 | D:5      | 29839 ||| Stepping ~*~*~tactically~*~*~ (outnumbered).
 29841 | D:5      | 29841 ||| Stepping ~*~*~tactically~*~*~ (outnumbered).
 29843 | D:5      | 29843 ||| Stepping ~*~*~tactically~*~*~ (outnumbered).
 29845 | D:5      | 29845 ||| Stepping ~*~*~tactically~*~*~ (outnumbered).
 29847 | D:5      | 29847 ||| Stepping ~*~*~tactically~*~*~ (outnumbered).
 29851 | D:5      | 29851 ||| Stepping ~*~*~tactically~*~*~ (outnumbered).
 29853 | D:5      | 29853 ||| Stepping ~*~*~tactically~*~*~ (outnumbered).
 29855 | D:5      | 29855 ||| Stepping ~*~*~tactically~*~*~ (outnumbered).
 29857 | D:5      | 29857 ||| Stepping ~*~*~tactically~*~*~ (outnumbered).
 29859 | D:5      | 29859 ||| Stepping ~*~*~tactically~*~*~ (outnumbered).
 29861 | D:5      | 29861 ||| Stepping ~*~*~tactically~*~*~ (outnumbered).
 29863 | D:5      | 29863 ||| Stepping ~*~*~tactically~*~*~ (outnumbered).
 29865 | D:5      | 29865 ||| Stepping ~*~*~tactically~*~*~ (outnumbered).
 29867 | D:5      | 29867 ||| Stepping ~*~*~tactically~*~*~ (outnumbered).
 29869 | D:5      | 29869 ||| Stepping ~*~*~tactically~*~*~ (outnumbered).
 29871 | D:5      | 29871 ||| Stepping ~*~*~tactically~*~*~ (outnumbered).
 29873 | D:5      | 29873 ||| Stepping ~*~*~tactically~*~*~ (outnumbered).
 29875 | D:5      | 29875 ||| Stepping ~*~*~tactically~*~*~ (outnumbered).
 29877 | D:5      | 29877 ||| Stepping ~*~*~tactically~*~*~ (outnumbered).
 29879 | D:5      | 29879 ||| Stepping ~*~*~tactically~*~*~ (outnumbered).
 29881 | D:5      | 29881 ||| Stepping ~*~*~tactically~*~*~ (outnumbered).
 29883 | D:5      | 29883 ||| Stepping ~*~*~tactically~*~*~ (outnumbered).
 29885 | D:5      | 29885 ||| Stepping ~*~*~tactically~*~*~ (outnumbered).
 29887 | D:5      | 29887 ||| Stepping ~*~*~tactically~*~*~ (outnumbered).
 29889 | D:5      | 29889 ||| Stepping ~*~*~tactically~*~*~ (outnumbered).
 29891 | D:5      | 29891 ||| Stepping ~*~*~tactically~*~*~ (outnumbered).
 29893 | D:5      | 29893 ||| Stepping ~*~*~tactically~*~*~ (outnumbered).
 29896 | D:5      | 29896 ||| Stepping ~*~*~tactically~*~*~ (outnumbered).
 29898 | D:5      | 29898 ||| Stepping ~*~*~tactically~*~*~ (outnumbered).
 29900 | D:5      | 29900 ||| Stepping ~*~*~tactically~*~*~ (outnumbered).
 29902 | D:5      | 29902 ||| Stepping ~*~*~tactically~*~*~ (outnumbered).
 29905 | D:5      | 29905 ||| Stepping ~*~*~tactically~*~*~ (outnumbered).
 29907 | D:5      | 29907 ||| Stepping ~*~*~tactically~*~*~ (outnumbered).
 29910 | D:5      | 29910 ||| Stepping ~*~*~tactically~*~*~ (outnumbered).
 29912 | D:5      | 29912 ||| Stepping ~*~*~tactically~*~*~ (outnumbered).
 29915 | D:5      | 29915 ||| Stepping ~*~*~tactically~*~*~ (outnumbered).
 29919 | D:5      | 29919 ||| Stepping ~*~*~tactically~*~*~ (outnumbered).
 29921 | D:5      | 29921 ||| Stepping ~*~*~tactically~*~*~ (outnumbered).
 29923 | D:5      | 29923 ||| Stepping ~*~*~tactically~*~*~ (outnumbered).
 29925 | D:5      | 29925 ||| Stepping ~*~*~tactically~*~*~ (outnumbered).
 29927 | D:5      | 29927 ||| Stepping ~*~*~tactically~*~*~ (outnumbered).
 29929 | D:5      | 29929 ||| Stepping ~*~*~tactically~*~*~ (outnumbered).
 29931 | D:5      | 29931 ||| Stepping ~*~*~tactically~*~*~ (outnumbered).
 29933 | D:5      | 29933 ||| Stepping ~*~*~tactically~*~*~ (outnumbered).
 29935 | D:5      | 29935 ||| Stepping ~*~*~tactically~*~*~ (outnumbered).
 29937 | D:5      | 29937 ||| Stepping ~*~*~tactically~*~*~ (outnumbered).
 29939 | D:5      | 29939 ||| Stepping ~*~*~tactically~*~*~ (outnumbered).
 29941 | D:5      | 29941 ||| Stepping ~*~*~tactically~*~*~ (outnumbered).
 29943 | D:5      | 29943 ||| Stepping ~*~*~tactically~*~*~ (outnumbered).
 29945 | D:5      | 29945 ||| Stepping ~*~*~tactically~*~*~ (outnumbered).
 29947 | D:5      | 29947 ||| Stepping ~*~*~tactically~*~*~ (outnumbered).
 29949 | D:5      | 29949 ||| Stepping ~*~*~tactically~*~*~ (outnumbered).
 29951 | D:5      | 29951 ||| Stepping ~*~*~tactically~*~*~ (outnumbered).
 29953 | D:5      | 29953 ||| Stepping ~*~*~tactically~*~*~ (outnumbered).
 29955 | D:5      | 29955 ||| Stepping ~*~*~tactically~*~*~ (outnumbered).
 29957 | D:5      | 29957 ||| Stepping ~*~*~tactically~*~*~ (outnumbered).
 29959 | D:5      | 29959 ||| Stepping ~*~*~tactically~*~*~ (outnumbered).
 29961 | D:5      | 29961 ||| Stepping ~*~*~tactically~*~*~ (outnumbered).
 29963 | D:5      | 29963 ||| Stepping ~*~*~tactically~*~*~ (outnumbered).
 29965 | D:5      | 29965 ||| Stepping ~*~*~tactically~*~*~ (outnumbered).
 29967 | D:5      | 29967 ||| Stepping ~*~*~tactically~*~*~ (outnumbered).
 29969 | D:5      | 29969 ||| Stepping ~*~*~tactically~*~*~ (outnumbered).
 29971 | D:5      | 29971 ||| Stepping ~*~*~tactically~*~*~ (outnumbered).
 29975 | D:5      | 29975 ||| Stepping ~*~*~tactically~*~*~ (outnumbered).
 29977 | D:5      | 29977 ||| Stepping ~*~*~tactically~*~*~ (outnumbered).
 29979 | D:5      | 29979 ||| Stepping ~*~*~tactically~*~*~ (outnumbered).
 29981 | D:5      | 29981 ||| Stepping ~*~*~tactically~*~*~ (outnumbered).
 29983 | D:5      | 29983 ||| Stepping ~*~*~tactically~*~*~ (outnumbered).
 29985 | D:5      | 29985 ||| Stepping ~*~*~tactically~*~*~ (outnumbered).
 29987 | D:5      | 29987 ||| Stepping ~*~*~tactically~*~*~ (outnumbered).
 29989 | D:5      | 29989 ||| Stepping ~*~*~tactically~*~*~ (outnumbered).
 29993 | D:5      | 29993 ||| Stepping ~*~*~tactically~*~*~ (outnumbered).
 29995 | D:5      | 29995 ||| Stepping ~*~*~tactically~*~*~ (outnumbered).
 29997 | D:5      | 29997 ||| Stepping ~*~*~tactically~*~*~ (outnumbered).
 29999 | D:5      | 29999 ||| Stepping ~*~*~tactically~*~*~ (outnumbered).
 30001 | D:5      | 30001 ||| Stepping ~*~*~tactically~*~*~ (outnumbered).
 30003 | D:5      | 30003 ||| Stepping ~*~*~tactically~*~*~ (outnumbered).
 30005 | D:5      | 30005 ||| Stepping ~*~*~tactically~*~*~ (outnumbered).
 30007 | D:5      | 30007 ||| Stepping ~*~*~tactically~*~*~ (outnumbered).
 30009 | D:5      | 30009 ||| Stepping ~*~*~tactically~*~*~ (outnumbered).
 30011 | D:5      | 30011 ||| Stepping ~*~*~tactically~*~*~ (outnumbered).
 30013 | D:5      | 30013 ||| Stepping ~*~*~tactically~*~*~ (outnumbered).
 30015 | D:5      | 30015 ||| Stepping ~*~*~tactically~*~*~ (outnumbered).
 30017 | D:5      | 30017 ||| Stepping ~*~*~tactically~*~*~ (outnumbered).
 30019 | D:5      | 30019 ||| Stepping ~*~*~tactically~*~*~ (outnumbered).
 30021 | D:5      | 30021 ||| Stepping ~*~*~tactically~*~*~ (outnumbered).
 30023 | D:5      | 30023 ||| Stepping ~*~*~tactically~*~*~ (outnumbered).
 30025 | D:5      | 30025 ||| Stepping ~*~*~tactically~*~*~ (outnumbered).
 30027 | D:5      | 30027 ||| Stepping ~*~*~tactically~*~*~ (outnumbered).
 30029 | D:5      | 30029 ||| Stepping ~*~*~tactically~*~*~ (outnumbered).
 30031 | D:5      | 30031 ||| Stepping ~*~*~tactically~*~*~ (outnumbered).
 30033 | D:5      | 30033 ||| Stepping ~*~*~tactically~*~*~ (outnumbered).
 30035 | D:5      | 30035 ||| Stepping ~*~*~tactically~*~*~ (outnumbered).
 30037 | D:5      | 30037 ||| Stepping ~*~*~tactically~*~*~ (outnumbered).
 30039 | D:5      | 30039 ||| Stepping ~*~*~tactically~*~*~ (outnumbered).
 30041 | D:5      | 30041 ||| Stepping ~*~*~tactically~*~*~ (outnumbered).
 30043 | D:5      | 30043 ||| Stepping ~*~*~tactically~*~*~ (outnumbered).
 30045 | D:5      | 30045 ||| Stepping ~*~*~tactically~*~*~ (outnumbered).
 30047 | D:5      | 30047 ||| Stepping ~*~*~tactically~*~*~ (outnumbered).
 30049 | D:5      | 30049 ||| Stepping ~*~*~tactically~*~*~ (outnumbered).
 30051 | D:5      | 30051 ||| Stepping ~*~*~tactically~*~*~ (outnumbered).
 30053 | D:5      | 30053 ||| Stepping ~*~*~tactically~*~*~ (outnumbered).
 30055 | D:5      | 30055 ||| Stepping ~*~*~tactically~*~*~ (outnumbered).
 30060 | D:5      | 30060 ||| Stepping ~*~*~tactically~*~*~ (outnumbered).
 30062 | D:5      | 30062 ||| Stepping ~*~*~tactically~*~*~ (outnumbered).
 30064 | D:5      | 30064 ||| Stepping ~*~*~tactically~*~*~ (outnumbered).
 30066 | D:5      | 30066 ||| Stepping ~*~*~tactically~*~*~ (outnumbered).
 30068 | D:5      | 30068 ||| Stepping ~*~*~tactically~*~*~ (outnumbered).
 30071 | D:5      | 30071 ||| Stepping ~*~*~tactically~*~*~ (outnumbered).
 30073 | D:5      | 30073 ||| Stepping ~*~*~tactically~*~*~ (outnumbered).
 30075 | D:5      | 30075 ||| Stepping ~*~*~tactically~*~*~ (outnumbered).
 30077 | D:5      | 30077 ||| Stepping ~*~*~tactically~*~*~ (outnumbered).
 30079 | D:5      | 30079 ||| Stepping ~*~*~tactically~*~*~ (outnumbered).
 30081 | D:5      | 30081 ||| Stepping ~*~*~tactically~*~*~ (outnumbered).
 30083 | D:5      | 30083 ||| Stepping ~*~*~tactically~*~*~ (outnumbered).
 30085 | D:5      | 30085 ||| Stepping ~*~*~tactically~*~*~ (outnumbered).
 30087 | D:5      | 30087 ||| Stepping ~*~*~tactically~*~*~ (outnumbered).
 30089 | D:5      | 30089 ||| Stepping ~*~*~tactically~*~*~ (outnumbered).
 30091 | D:5      | 30091 ||| Stepping ~*~*~tactically~*~*~ (outnumbered).
 30093 | D:5      | 30093 ||| Stepping ~*~*~tactically~*~*~ (outnumbered).
 30096 | D:5      | 30096 ||| Stepping ~*~*~tactically~*~*~ (outnumbered).
 30098 | D:5      | 30098 ||| Stepping ~*~*~tactically~*~*~ (outnumbered).
 30102 | D:5      | 30102 ||| Stepping ~*~*~tactically~*~*~ (outnumbered).
 30104 | D:5      | 30104 ||| Stepping ~*~*~tactically~*~*~ (outnumbered).
 30106 | D:5      | 30106 ||| Stepping ~*~*~tactically~*~*~ (outnumbered).
 30108 | D:5      | 30108 ||| Stepping ~*~*~tactically~*~*~ (outnumbered).
 30110 | D:5      | 30110 ||| Stepping ~*~*~tactically~*~*~ (outnumbered).
 30113 | D:5      | 30113 ||| Stepping ~*~*~tactically~*~*~ (outnumbered).
 30115 | D:5      | 30115 ||| Stepping ~*~*~tactically~*~*~ (outnumbered).
 30117 | D:5      | 30117 ||| Stepping ~*~*~tactically~*~*~ (outnumbered).
 30119 | D:5      | 30119 ||| Stepping ~*~*~tactically~*~*~ (outnumbered).
 30121 | D:5      | 30121 ||| Stepping ~*~*~tactically~*~*~ (outnumbered).
 30123 | D:5      | 30123 ||| Stepping ~*~*~tactically~*~*~ (outnumbered).
 30125 | D:5      | 30125 ||| Stepping ~*~*~tactically~*~*~ (outnumbered).
 30127 | D:5      | 30127 ||| Stepping ~*~*~tactically~*~*~ (outnumbered).
 30129 | D:5      | 30129 ||| Stepping ~*~*~tactically~*~*~ (outnumbered).
 30131 | D:5      | 30131 ||| Stepping ~*~*~tactically~*~*~ (outnumbered).
 30133 | D:5      | 30133 ||| Stepping ~*~*~tactically~*~*~ (outnumbered).
 30135 | D:5      | 30135 ||| Stepping ~*~*~tactically~*~*~ (outnumbered).
 30137 | D:5      | 30137 ||| Stepping ~*~*~tactically~*~*~ (outnumbered).
 30139 | D:5      | 30139 ||| Stepping ~*~*~tactically~*~*~ (outnumbered).
 30141 | D:5      | 30141 ||| Stepping ~*~*~tactically~*~*~ (outnumbered).
 30143 | D:5      | 30143 ||| Stepping ~*~*~tactically~*~*~ (outnumbered).
 30145 | D:5      | 30145 ||| Stepping ~*~*~tactically~*~*~ (outnumbered).
 30147 | D:5      | 30147 ||| Stepping ~*~*~tactically~*~*~ (outnumbered).
 30150 | D:5      | 30150 ||| Stepping ~*~*~tactically~*~*~ (outnumbered).
 30152 | D:5      | 30152 ||| Stepping ~*~*~tactically~*~*~ (outnumbered).
 30154 | D:5      | 30154 ||| Stepping ~*~*~tactically~*~*~ (outnumbered).
 30156 | D:5      | 30156 ||| Stepping ~*~*~tactically~*~*~ (outnumbered).
 30158 | D:5      | 30158 ||| Stepping ~*~*~tactically~*~*~ (outnumbered).
 30161 | D:5      | 30161 ||| Stepping ~*~*~tactically~*~*~ (outnumbered).
 30163 | D:5      | 30163 ||| Stepping ~*~*~tactically~*~*~ (outnumbered).
 30165 | D:5      | 30165 ||| Stepping ~*~*~tactically~*~*~ (outnumbered).
 30167 | D:5      | 30167 ||| Stepping ~*~*~tactically~*~*~ (outnumbered).
 30169 | D:5      | 30169 ||| Stepping ~*~*~tactically~*~*~ (outnumbered).
 30171 | D:5      | 30171 ||| Stepping ~*~*~tactically~*~*~ (outnumbered).
 30173 | D:5      | 30173 ||| Stepping ~*~*~tactically~*~*~ (outnumbered).
 30177 | D:5      | 30177 ||| Stepping ~*~*~tactically~*~*~ (outnumbered).
 30179 | D:5      | 30179 ||| Stepping ~*~*~tactically~*~*~ (outnumbered).
 30181 | D:5      | 30181 ||| Stepping ~*~*~tactically~*~*~ (outnumbered).
 30183 | D:5      | 30183 ||| Stepping ~*~*~tactically~*~*~ (outnumbered).
 30185 | D:5      | 30185 ||| Stepping ~*~*~tactically~*~*~ (outnumbered).
 30187 | D:5      | 30187 ||| Stepping ~*~*~tactically~*~*~ (outnumbered).
 30189 | D:5      | 30189 ||| Stepping ~*~*~tactically~*~*~ (outnumbered).
 30191 | D:5      | 30191 ||| Stepping ~*~*~tactically~*~*~ (outnumbered).
 30193 | D:5      | 30193 ||| Stepping ~*~*~tactically~*~*~ (outnumbered).
 30195 | D:5      | 30195 ||| Stepping ~*~*~tactically~*~*~ (outnumbered).
 30197 | D:5      | 30197 ||| Stepping ~*~*~tactically~*~*~ (outnumbered).
 30199 | D:5      | 30199 ||| Stepping ~*~*~tactically~*~*~ (outnumbered).
 30201 | D:5      | 30201 ||| Stepping ~*~*~tactically~*~*~ (outnumbered).
 30203 | D:5      | 30203 ||| Stepping ~*~*~tactically~*~*~ (outnumbered).
 30205 | D:5      | 30205 ||| Stepping ~*~*~tactically~*~*~ (outnumbered).
 30207 | D:5      | 30207 ||| Stepping ~*~*~tactically~*~*~ (outnumbered).
 30209 | D:5      | 30209 ||| Stepping ~*~*~tactically~*~*~ (outnumbered).
 30211 | D:5      | 30211 ||| Stepping ~*~*~tactically~*~*~ (outnumbered).
 30213 | D:5      | 30213 ||| Stepping ~*~*~tactically~*~*~ (outnumbered).
 30215 | D:5      | 30215 ||| Stepping ~*~*~tactically~*~*~ (outnumbered).
 30217 | D:5      | 30217 ||| Stepping ~*~*~tactically~*~*~ (outnumbered).
 30219 | D:5      | 30219 ||| Stepping ~*~*~tactically~*~*~ (outnumbered).
 30221 | D:5      | 30221 ||| Stepping ~*~*~tactically~*~*~ (outnumbered).
 30223 | D:5      | 30223 ||| Stepping ~*~*~tactically~*~*~ (outnumbered).
 30225 | D:5      | 30225 ||| Stepping ~*~*~tactically~*~*~ (outnumbered).
 30227 | D:5      | 30227 ||| Stepping ~*~*~tactically~*~*~ (outnumbered).
 30229 | D:5      | 30229 ||| Stepping ~*~*~tactically~*~*~ (outnumbered).
 30231 | D:5      | 30231 ||| Stepping ~*~*~tactically~*~*~ (outnumbered).
 30233 | D:5      | 30233 ||| Stepping ~*~*~tactically~*~*~ (outnumbered).
 30235 | D:5      | 30235 ||| Stepping ~*~*~tactically~*~*~ (outnumbered).
 30237 | D:5      | 30237 ||| Stepping ~*~*~tactically~*~*~ (outnumbered).
 30239 | D:5      | 30239 ||| Stepping ~*~*~tactically~*~*~ (outnumbered).
 30241 | D:5      | 30241 ||| Stepping ~*~*~tactically~*~*~ (outnumbered).
 30243 | D:5      | 30243 ||| Stepping ~*~*~tactically~*~*~ (outnumbered).
 30245 | D:5      | 30245 ||| Stepping ~*~*~tactically~*~*~ (outnumbered).
 30247 | D:5      | 30247 ||| Stepping ~*~*~tactically~*~*~ (outnumbered).
 30249 | D:5      | 30249 ||| Stepping ~*~*~tactically~*~*~ (outnumbered).
 30251 | D:5      | 30251 ||| Stepping ~*~*~tactically~*~*~ (outnumbered).
 30253 | D:5      | 30253 ||| Stepping ~*~*~tactically~*~*~ (outnumbered).
 30255 | D:5      | 30255 ||| Stepping ~*~*~tactically~*~*~ (outnumbered).
 30257 | D:5      | 30257 ||| Stepping ~*~*~tactically~*~*~ (outnumbered).
 30259 | D:5      | 30259 ||| Stepping ~*~*~tactically~*~*~ (outnumbered).
 30261 | D:5      | 30261 ||| Stepping ~*~*~tactically~*~*~ (outnumbered).
 30265 | D:5      | 30265 ||| Stepping ~*~*~tactically~*~*~ (outnumbered).
 30267 | D:5      | 30267 ||| Stepping ~*~*~tactically~*~*~ (outnumbered).
 30269 | D:5      | 30269 ||| Stepping ~*~*~tactically~*~*~ (outnumbered).
 30271 | D:5      | 30271 ||| Stepping ~*~*~tactically~*~*~ (outnumbered).
 30273 | D:5      | 30273 ||| Stepping ~*~*~tactically~*~*~ (outnumbered).
 30275 | D:5      | 30275 ||| Stepping ~*~*~tactically~*~*~ (outnumbered).
 30277 | D:5      | 30277 ||| Stepping ~*~*~tactically~*~*~ (outnumbered).
 30279 | D:5      | 30279 ||| Stepping ~*~*~tactically~*~*~ (outnumbered).
 30281 | D:5      | 30281 ||| Stepping ~*~*~tactically~*~*~ (outnumbered).
 30283 | D:5      | 30283 ||| Stepping ~*~*~tactically~*~*~ (outnumbered).
 30285 | D:5      | 30285 ||| Stepping ~*~*~tactically~*~*~ (outnumbered).
 30287 | D:5      | 30287 ||| Stepping ~*~*~tactically~*~*~ (outnumbered).
 30289 | D:5      | 30289 ||| Stepping ~*~*~tactically~*~*~ (outnumbered).
 30291 | D:5      | 30291 ||| Stepping ~*~*~tactically~*~*~ (outnumbered).
 30293 | D:5      | 30293 ||| Stepping ~*~*~tactically~*~*~ (outnumbered).
 30295 | D:5      | 30295 ||| Stepping ~*~*~tactically~*~*~ (outnumbered).
 30297 | D:5      | 30297 ||| Stepping ~*~*~tactically~*~*~ (outnumbered).
 30301 | D:5      | 30301 ||| Stepping ~*~*~tactically~*~*~ (outnumbered).
 30303 | D:5      | 30303 ||| Stepping ~*~*~tactically~*~*~ (outnumbered).
 30305 | D:5      | 30305 ||| Stepping ~*~*~tactically~*~*~ (outnumbered).
 30307 | D:5      | 30307 ||| Stepping ~*~*~tactically~*~*~ (outnumbered).
 30309 | D:5      | 30309 ||| Stepping ~*~*~tactically~*~*~ (outnumbered).
 30313 | D:5      | 30313 ||| Stepping ~*~*~tactically~*~*~ (outnumbered).
 30315 | D:5      | 30315 ||| Stepping ~*~*~tactically~*~*~ (outnumbered).
 30317 | D:5      | 30317 ||| Stepping ~*~*~tactically~*~*~ (outnumbered).
 30319 | D:5      | 30319 ||| Stepping ~*~*~tactically~*~*~ (outnumbered).
 30321 | D:5      | 30321 ||| Stepping ~*~*~tactically~*~*~ (outnumbered).
 30323 | D:5      | 30323 ||| Stepping ~*~*~tactically~*~*~ (outnumbered).
 30325 | D:5      | 30325 ||| Stepping ~*~*~tactically~*~*~ (outnumbered).
 30327 | D:5      | 30327 ||| Stepping ~*~*~tactically~*~*~ (outnumbered).
 30329 | D:5      | 30329 ||| Stepping ~*~*~tactically~*~*~ (outnumbered).
 30331 | D:5      | 30331 ||| Stepping ~*~*~tactically~*~*~ (outnumbered).
 30333 | D:5      | 30333 ||| Stepping ~*~*~tactically~*~*~ (outnumbered).
 30335 | D:5      | 30335 ||| Stepping ~*~*~tactically~*~*~ (outnumbered).
 30337 | D:5      | 30337 ||| Stepping ~*~*~tactically~*~*~ (outnumbered).
 30339 | D:5      | 30339 ||| Stepping ~*~*~tactically~*~*~ (outnumbered).
 30341 | D:5      | 30341 ||| Stepping ~*~*~tactically~*~*~ (outnumbered).
 30343 | D:5      | 30343 ||| Stepping ~*~*~tactically~*~*~ (outnumbered).
 30345 | D:5      | 30345 ||| Stepping ~*~*~tactically~*~*~ (outnumbered).
 30347 | D:5      | 30347 ||| Stepping ~*~*~tactically~*~*~ (outnumbered).
 30349 | D:5      | 30349 ||| Stepping ~*~*~tactically~*~*~ (outnumbered).
 30351 | D:5      | 30351 ||| Stepping ~*~*~tactically~*~*~ (outnumbered).
 30355 | D:5      | 30355 ||| Stepping ~*~*~tactically~*~*~ (outnumbered).
 30357 | D:5      | 30357 ||| Stepping ~*~*~tactically~*~*~ (outnumbered).
 30359 | D:5      | 30359 ||| Stepping ~*~*~tactically~*~*~ (outnumbered).
 30361 | D:5      | 30361 ||| Stepping ~*~*~tactically~*~*~ (outnumbered).
 30363 | D:5      | 30363 ||| Stepping ~*~*~tactically~*~*~ (outnumbered).
 30365 | D:5      | 30365 ||| Stepping ~*~*~tactically~*~*~ (outnumbered).
 30367 | D:5      | 30367 ||| Stepping ~*~*~tactically~*~*~ (outnumbered).
 30369 | D:5      | 30369 ||| Stepping ~*~*~tactically~*~*~ (outnumbered).
 30372 | D:5      | 30372 ||| Stepping ~*~*~tactically~*~*~ (outnumbered).
 30374 | D:5      | 30374 ||| Stepping ~*~*~tactically~*~*~ (outnumbered).
 30376 | D:5      | 30376 ||| Stepping ~*~*~tactically~*~*~ (outnumbered).
 30378 | D:5      | 30378 ||| Stepping ~*~*~tactically~*~*~ (outnumbered).
 30380 | D:5      | 30380 ||| Stepping ~*~*~tactically~*~*~ (outnumbered).
 30382 | D:5      | 30382 ||| Stepping ~*~*~tactically~*~*~ (outnumbered).
 30384 | D:5      | 30384 ||| Stepping ~*~*~tactically~*~*~ (outnumbered).
 30388 | D:5      | 30388 ||| Stepping ~*~*~tactically~*~*~ (outnumbered).
 30390 | D:5      | 30390 ||| Stepping ~*~*~tactically~*~*~ (outnumbered).
 30392 | D:5      | 30392 ||| Stepping ~*~*~tactically~*~*~ (outnumbered).
 30394 | D:5      | 30394 ||| Stepping ~*~*~tactically~*~*~ (outnumbered).
 30396 | D:5      | 30396 ||| Stepping ~*~*~tactically~*~*~ (outnumbered).
 30398 | D:5      | 30398 ||| Stepping ~*~*~tactically~*~*~ (outnumbered).
 30400 | D:5      | 30400 ||| Stepping ~*~*~tactically~*~*~ (outnumbered).
 30402 | D:5      | 30402 ||| Stepping ~*~*~tactically~*~*~ (outnumbered).
 30404 | D:5      | 30404 ||| Stepping ~*~*~tactically~*~*~ (outnumbered).
 30406 | D:5      | 30406 ||| Stepping ~*~*~tactically~*~*~ (outnumbered).
 30408 | D:5      | 30408 ||| Stepping ~*~*~tactically~*~*~ (outnumbered).
 30410 | D:5      | 30410 ||| Stepping ~*~*~tactically~*~*~ (outnumbered).
 30412 | D:5      | 30412 ||| Stepping ~*~*~tactically~*~*~ (outnumbered).
 30414 | D:5      | 30414 ||| Stepping ~*~*~tactically~*~*~ (outnumbered).
 30416 | D:5      | 30416 ||| Stepping ~*~*~tactically~*~*~ (outnumbered).
 30418 | D:5      | 30418 ||| Stepping ~*~*~tactically~*~*~ (outnumbered).
 30420 | D:5      | 30420 ||| Stepping ~*~*~tactically~*~*~ (outnumbered).
 30422 | D:5      | 30422 ||| Stepping ~*~*~tactically~*~*~ (outnumbered).
 30424 | D:5      | 30424 ||| Stepping ~*~*~tactically~*~*~ (outnumbered).
 30426 | D:5      | 30426 ||| Stepping ~*~*~tactically~*~*~ (outnumbered).
 30428 | D:5      | 30428 ||| Stepping ~*~*~tactically~*~*~ (outnumbered).
 30430 | D:5      | 30430 ||| Stepping ~*~*~tactically~*~*~ (outnumbered).
 30432 | D:5      | 30432 ||| Stepping ~*~*~tactically~*~*~ (outnumbered).
 30434 | D:5      | 30434 ||| Stepping ~*~*~tactically~*~*~ (outnumbered).
 30436 | D:5      | 30436 ||| Stepping ~*~*~tactically~*~*~ (outnumbered).
 30438 | D:5      | 30438 ||| Stepping ~*~*~tactically~*~*~ (outnumbered).
 30440 | D:5      | 30440 ||| Stepping ~*~*~tactically~*~*~ (outnumbered).
 30445 | D:5      | 30445 ||| Stepping ~*~*~tactically~*~*~ (outnumbered).
 30447 | D:5      | 30447 ||| Stepping ~*~*~tactically~*~*~ (outnumbered).
 30449 | D:5      | 30449 ||| Stepping ~*~*~tactically~*~*~ (outnumbered).
 30451 | D:5      | 30451 ||| Stepping ~*~*~tactically~*~*~ (outnumbered).
 30453 | D:5      | 30453 ||| Stepping ~*~*~tactically~*~*~ (outnumbered).
 30455 | D:5      | 30455 ||| Stepping ~*~*~tactically~*~*~ (outnumbered).
 30457 | D:5      | 30457 ||| Stepping ~*~*~tactically~*~*~ (outnumbered).
 30459 | D:5      | 30459 ||| Stepping ~*~*~tactically~*~*~ (outnumbered).
 30461 | D:5      | 30461 ||| Stepping ~*~*~tactically~*~*~ (outnumbered).
 30465 | D:5      | 30465 ||| Stepping ~*~*~tactically~*~*~ (outnumbered).
 30469 | D:5      | 30469 ||| Stepping ~*~*~tactically~*~*~ (outnumbered).
 30471 | D:5      | 30471 ||| Stepping ~*~*~tactically~*~*~ (outnumbered).
 30473 | D:5      | 30473 ||| Stepping ~*~*~tactically~*~*~ (outnumbered).
 30475 | D:5      | 30475 ||| Stepping ~*~*~tactically~*~*~ (outnumbered).
 30477 | D:5      | 30477 ||| Stepping ~*~*~tactically~*~*~ (outnumbered).
 30479 | D:5      | 30479 ||| Stepping ~*~*~tactically~*~*~ (outnumbered).
 30481 | D:5      | 30481 ||| Stepping ~*~*~tactically~*~*~ (outnumbered).
 30483 | D:5      | 30483 ||| Stepping ~*~*~tactically~*~*~ (outnumbered).
 30485 | D:5      | 30485 ||| Stepping ~*~*~tactically~*~*~ (outnumbered).
 30487 | D:5      | 30487 ||| Stepping ~*~*~tactically~*~*~ (outnumbered).
 30489 | D:5      | 30489 ||| Stepping ~*~*~tactically~*~*~ (outnumbered).
 30492 | D:5      | 30492 ||| Stepping ~*~*~tactically~*~*~ (outnumbered).
 30494 | D:5      | 30494 ||| Stepping ~*~*~tactically~*~*~ (outnumbered).
 30496 | D:5      | 30496 ||| Stepping ~*~*~tactically~*~*~ (outnumbered).
 30498 | D:5      | 30498 ||| Stepping ~*~*~tactically~*~*~ (outnumbered).
 30500 | D:5      | 30500 ||| Stepping ~*~*~tactically~*~*~ (outnumbered).
 30502 | D:5      | 30502 ||| Stepping ~*~*~tactically~*~*~ (outnumbered).
 30504 | D:5      | 30504 ||| Stepping ~*~*~tactically~*~*~ (outnumbered).
 30506 | D:5      | 30506 ||| Stepping ~*~*~tactically~*~*~ (outnumbered).
 30508 | D:5      | 30508 ||| Stepping ~*~*~tactically~*~*~ (outnumbered).
 30511 | D:5      | 30511 ||| Stepping ~*~*~tactically~*~*~ (outnumbered).
 30513 | D:5      | 30513 ||| Stepping ~*~*~tactically~*~*~ (outnumbered).
 30515 | D:5      | 30515 ||| Stepping ~*~*~tactically~*~*~ (outnumbered).
 30517 | D:5      | 30517 ||| Stepping ~*~*~tactically~*~*~ (outnumbered).
 30519 | D:5      | 30519 ||| Stepping ~*~*~tactically~*~*~ (outnumbered).
 30521 | D:5      | 30521 ||| Stepping ~*~*~tactically~*~*~ (outnumbered).
 30523 | D:5      | 30523 ||| Stepping ~*~*~tactically~*~*~ (outnumbered).
 30525 | D:5      | 30525 ||| Stepping ~*~*~tactically~*~*~ (outnumbered).
 30527 | D:5      | 30527 ||| Stepping ~*~*~tactically~*~*~ (outnumbered).
 30529 | D:5      | 30529 ||| Stepping ~*~*~tactically~*~*~ (outnumbered).
 30532 | D:5      | 30532 ||| Stepping ~*~*~tactically~*~*~ (outnumbered).
 30536 | D:5      | 30536 ||| Stepping ~*~*~tactically~*~*~ (outnumbered).
 30538 | D:5      | 30538 ||| Stepping ~*~*~tactically~*~*~ (outnumbered).
 30540 | D:5      | 30540 ||| Stepping ~*~*~tactically~*~*~ (outnumbered).
 30542 | D:5      | 30542 ||| Stepping ~*~*~tactically~*~*~ (outnumbered).
 30544 | D:5      | 30544 ||| Stepping ~*~*~tactically~*~*~ (outnumbered).
 30546 | D:5      | 30546 ||| Stepping ~*~*~tactically~*~*~ (outnumbered).
 30548 | D:5      | 30548 ||| Stepping ~*~*~tactically~*~*~ (outnumbered).
 30550 | D:5      | 30550 ||| Stepping ~*~*~tactically~*~*~ (outnumbered).
 30552 | D:5      | 30552 ||| Stepping ~*~*~tactically~*~*~ (outnumbered).
 30554 | D:5      | 30554 ||| Stepping ~*~*~tactically~*~*~ (outnumbered).
 30556 | D:5      | 30556 ||| Stepping ~*~*~tactically~*~*~ (outnumbered).
 30559 | D:5      | 30559 ||| Stepping ~*~*~tactically~*~*~ (outnumbered).
 30561 | D:5      | 30561 ||| Stepping ~*~*~tactically~*~*~ (outnumbered).
 30566 | D:5      | 30566 ||| Stepping ~*~*~tactically~*~*~ (outnumbered).
 30570 | D:5      | 30570 ||| Stepping ~*~*~tactically~*~*~ (outnumbered).
 30572 | D:5      | 30572 ||| Stepping ~*~*~tactically~*~*~ (outnumbered).
 30574 | D:5      | 30574 ||| Stepping ~*~*~tactically~*~*~ (outnumbered).
 30576 | D:5      | 30576 ||| Stepping ~*~*~tactically~*~*~ (outnumbered).
 30578 | D:5      | 30578 ||| Stepping ~*~*~tactically~*~*~ (outnumbered).
 30580 | D:5      | 30580 ||| Stepping ~*~*~tactically~*~*~ (outnumbered).
 30582 | D:5      | 30582 ||| Stepping ~*~*~tactically~*~*~ (outnumbered).
 30584 | D:5      | 30584 ||| Stepping ~*~*~tactically~*~*~ (outnumbered).
 30586 | D:5      | 30586 ||| Stepping ~*~*~tactically~*~*~ (outnumbered).
 30588 | D:5      | 30588 ||| Stepping ~*~*~tactically~*~*~ (outnumbered).
 30590 | D:5      | 30590 ||| Stepping ~*~*~tactically~*~*~ (outnumbered).
 30592 | D:5      | 30592 ||| Stepping ~*~*~tactically~*~*~ (outnumbered).
 30594 | D:5      | 30594 ||| Stepping ~*~*~tactically~*~*~ (outnumbered).
 30596 | D:5      | 30596 ||| Stepping ~*~*~tactically~*~*~ (outnumbered).
 30598 | D:5      | 30598 ||| Stepping ~*~*~tactically~*~*~ (outnumbered).
 30600 | D:5      | 30600 ||| Stepping ~*~*~tactically~*~*~ (outnumbered).
 30602 | D:5      | 30602 ||| Stepping ~*~*~tactically~*~*~ (outnumbered).
 30604 | D:5      | 30604 ||| Stepping ~*~*~tactically~*~*~ (outnumbered).
 30606 | D:5      | 30606 ||| Stepping ~*~*~tactically~*~*~ (outnumbered).
 30608 | D:5      | 30608 ||| Stepping ~*~*~tactically~*~*~ (outnumbered).
 30610 | D:5      | 30610 ||| Stepping ~*~*~tactically~*~*~ (outnumbered).
 30612 | D:5      | 30612 ||| Stepping ~*~*~tactically~*~*~ (outnumbered).
 30614 | D:5      | 30614 ||| Stepping ~*~*~tactically~*~*~ (outnumbered).
 30616 | D:5      | 30616 ||| Stepping ~*~*~tactically~*~*~ (outnumbered).
 30618 | D:5      | 30618 ||| Stepping ~*~*~tactically~*~*~ (outnumbered).
 30620 | D:5      | 30620 ||| Stepping ~*~*~tactically~*~*~ (outnumbered).
 30622 | D:5      | 30622 ||| Stepping ~*~*~tactically~*~*~ (outnumbered).
 30624 | D:5      | 30624 ||| Stepping ~*~*~tactically~*~*~ (outnumbered).
 30626 | D:5      | 30626 ||| Stepping ~*~*~tactically~*~*~ (outnumbered).
 30628 | D:5      | 30628 ||| Stepping ~*~*~tactically~*~*~ (outnumbered).
 30630 | D:5      | 30630 ||| Stepping ~*~*~tactically~*~*~ (outnumbered).
 30632 | D:5      | 30632 ||| Stepping ~*~*~tactically~*~*~ (outnumbered).
 30634 | D:5      | 30634 ||| Stepping ~*~*~tactically~*~*~ (outnumbered).
 30636 | D:5      | 30636 ||| Stepping ~*~*~tactically~*~*~ (outnumbered).
 30638 | D:5      | 30638 ||| Stepping ~*~*~tactically~*~*~ (outnumbered).
 30640 | D:5      | 30640 ||| Stepping ~*~*~tactically~*~*~ (outnumbered).
 30643 | D:5      | 30643 ||| Stepping ~*~*~tactically~*~*~ (outnumbered).
 30645 | D:5      | 30645 ||| Stepping ~*~*~tactically~*~*~ (outnumbered).
 30647 | D:5      | 30647 ||| Stepping ~*~*~tactically~*~*~ (outnumbered).
 30649 | D:5      | 30649 ||| Stepping ~*~*~tactically~*~*~ (outnumbered).
 30651 | D:5      | 30651 ||| Stepping ~*~*~tactically~*~*~ (outnumbered).
 30653 | D:5      | 30653 ||| Stepping ~*~*~tactically~*~*~ (outnumbered).
 30655 | D:5      | 30655 ||| Stepping ~*~*~tactically~*~*~ (outnumbered).
 30657 | D:5      | 30657 ||| Stepping ~*~*~tactically~*~*~ (outnumbered).
 30660 | D:5      | 30660 ||| Stepping ~*~*~tactically~*~*~ (outnumbered).
 30662 | D:5      | 30662 ||| Stepping ~*~*~tactically~*~*~ (outnumbered).
 30664 | D:5      | 30664 ||| Stepping ~*~*~tactically~*~*~ (outnumbered).
 30666 | D:5      | 30666 ||| Stepping ~*~*~tactically~*~*~ (outnumbered).
 30668 | D:5      | 30668 ||| Stepping ~*~*~tactically~*~*~ (outnumbered).
 30670 | D:5      | 30670 ||| Stepping ~*~*~tactically~*~*~ (outnumbered).
 30672 | D:5      | 30672 ||| Stepping ~*~*~tactically~*~*~ (outnumbered).
 30674 | D:5      | 30674 ||| Stepping ~*~*~tactically~*~*~ (outnumbered).
 30676 | D:5      | 30676 ||| Stepping ~*~*~tactically~*~*~ (outnumbered).
 30678 | D:5      | 30678 ||| Stepping ~*~*~tactically~*~*~ (outnumbered).
 30680 | D:5      | 30680 ||| Stepping ~*~*~tactically~*~*~ (outnumbered).
 30682 | D:5      | 30682 ||| Stepping ~*~*~tactically~*~*~ (outnumbered).
 30684 | D:5      | 30684 ||| Stepping ~*~*~tactically~*~*~ (outnumbered).
 30686 | D:5      | 30686 ||| Stepping ~*~*~tactically~*~*~ (outnumbered).
 30688 | D:5      | 30688 ||| Stepping ~*~*~tactically~*~*~ (outnumbered).
 30690 | D:5      | 30690 ||| Stepping ~*~*~tactically~*~*~ (outnumbered).
 30692 | D:5      | 30692 ||| Stepping ~*~*~tactically~*~*~ (outnumbered).
 30694 | D:5      | 30694 ||| Stepping ~*~*~tactically~*~*~ (outnumbered).
 30699 | D:5      | 30699 ||| Stepping ~*~*~tactically~*~*~ (outnumbered).
 30701 | D:5      | 30701 ||| Stepping ~*~*~tactically~*~*~ (outnumbered).
 30703 | D:5      | 30703 ||| Stepping ~*~*~tactically~*~*~ (outnumbered).
 30706 | D:5      | 30706 ||| Stepping ~*~*~tactically~*~*~ (outnumbered).
 30708 | D:5      | 30708 ||| Stepping ~*~*~tactically~*~*~ (outnumbered).
 30710 | D:5      | 30710 ||| Stepping ~*~*~tactically~*~*~ (outnumbered).
 30712 | D:5      | 30712 ||| Stepping ~*~*~tactically~*~*~ (outnumbered).
 30714 | D:5      | 30714 ||| Stepping ~*~*~tactically~*~*~ (outnumbered).
 30716 | D:5      | 30716 ||| Stepping ~*~*~tactically~*~*~ (outnumbered).
 30718 | D:5      | 30718 ||| Stepping ~*~*~tactically~*~*~ (outnumbered).
 30720 | D:5      | 30720 ||| Stepping ~*~*~tactically~*~*~ (outnumbered).
 30722 | D:5      | 30722 ||| Stepping ~*~*~tactically~*~*~ (outnumbered).
 30724 | D:5      | 30724 ||| Stepping ~*~*~tactically~*~*~ (outnumbered).
 30726 | D:5      | 30726 ||| Stepping ~*~*~tactically~*~*~ (outnumbered).
 30728 | D:5      | 30728 ||| Stepping ~*~*~tactically~*~*~ (outnumbered).
 30730 | D:5      | 30730 ||| Stepping ~*~*~tactically~*~*~ (outnumbered).
 30732 | D:5      | 30732 ||| Stepping ~*~*~tactically~*~*~ (outnumbered).
 30734 | D:5      | 30734 ||| Stepping ~*~*~tactically~*~*~ (outnumbered).
 30736 | D:5      | 30736 ||| Stepping ~*~*~tactically~*~*~ (outnumbered).
 30738 | D:5      | 30738 ||| Stepping ~*~*~tactically~*~*~ (outnumbered).
 30740 | D:5      | 30740 ||| Stepping ~*~*~tactically~*~*~ (outnumbered).
 30742 | D:5      | 30742 ||| Stepping ~*~*~tactically~*~*~ (outnumbered).
 30744 | D:5      | 30744 ||| Stepping ~*~*~tactically~*~*~ (outnumbered).
 30746 | D:5      | 30746 ||| Stepping ~*~*~tactically~*~*~ (outnumbered).
 30748 | D:5      | 30748 ||| Stepping ~*~*~tactically~*~*~ (outnumbered).
 30750 | D:5      | 30750 ||| Stepping ~*~*~tactically~*~*~ (outnumbered).
 30752 | D:5      | 30752 ||| Stepping ~*~*~tactically~*~*~ (outnumbered).
 30754 | D:5      | 30754 ||| Stepping ~*~*~tactically~*~*~ (outnumbered).
 30756 | D:5      | 30756 ||| Stepping ~*~*~tactically~*~*~ (outnumbered).
 30758 | D:5      | 30758 ||| Stepping ~*~*~tactically~*~*~ (outnumbered).
 30760 | D:5      | 30760 ||| Stepping ~*~*~tactically~*~*~ (outnumbered).
 30762 | D:5      | 30762 ||| Stepping ~*~*~tactically~*~*~ (outnumbered).
 30764 | D:5      | 30764 ||| Stepping ~*~*~tactically~*~*~ (outnumbered).
 30766 | D:5      | 30766 ||| Stepping ~*~*~tactically~*~*~ (outnumbered).
 30768 | D:5      | 30768 ||| Stepping ~*~*~tactically~*~*~ (outnumbered).
 30770 | D:5      | 30770 ||| Stepping ~*~*~tactically~*~*~ (outnumbered).
 30772 | D:5      | 30772 ||| Stepping ~*~*~tactically~*~*~ (outnumbered).
 30774 | D:5      | 30774 ||| Stepping ~*~*~tactically~*~*~ (outnumbered).
 30776 | D:5      | 30776 ||| Stepping ~*~*~tactically~*~*~ (outnumbered).
 30778 | D:5      | 30778 ||| Stepping ~*~*~tactically~*~*~ (outnumbered).
 30780 | D:5      | 30780 ||| Stepping ~*~*~tactically~*~*~ (outnumbered).
 30783 | D:5      | 30783 ||| Stepping ~*~*~tactically~*~*~ (outnumbered).
 30785 | D:5      | 30785 ||| Stepping ~*~*~tactically~*~*~ (outnumbered).
 30787 | D:5      | 30787 ||| Stepping ~*~*~tactically~*~*~ (outnumbered).
 30789 | D:5      | 30789 ||| Stepping ~*~*~tactically~*~*~ (outnumbered).
 30791 | D:5      | 30791 ||| Stepping ~*~*~tactically~*~*~ (outnumbered).
 30793 | D:5      | 30793 ||| Stepping ~*~*~tactically~*~*~ (outnumbered).
 30795 | D:5      | 30795 ||| Stepping ~*~*~tactically~*~*~ (outnumbered).
 30797 | D:5      | 30797 ||| Stepping ~*~*~tactically~*~*~ (outnumbered).
 30799 | D:5      | 30799 ||| Stepping ~*~*~tactically~*~*~ (outnumbered).
 30801 | D:5      | 30801 ||| Stepping ~*~*~tactically~*~*~ (outnumbered).
 30805 | D:5      | 30805 ||| Stepping ~*~*~tactically~*~*~ (outnumbered).
 30807 | D:5      | 30807 ||| Stepping ~*~*~tactically~*~*~ (outnumbered).
 30809 | D:5      | 30809 ||| Stepping ~*~*~tactically~*~*~ (outnumbered).
 30811 | D:5      | 30811 ||| Stepping ~*~*~tactically~*~*~ (outnumbered).
 30813 | D:5      | 30813 ||| Stepping ~*~*~tactically~*~*~ (outnumbered).
 30815 | D:5      | 30815 ||| Stepping ~*~*~tactically~*~*~ (outnumbered).
 30817 | D:5      | 30817 ||| Stepping ~*~*~tactically~*~*~ (outnumbered).
 30819 | D:5      | 30819 ||| Stepping ~*~*~tactically~*~*~ (outnumbered).
 30821 | D:5      | 30821 ||| Stepping ~*~*~tactically~*~*~ (outnumbered).
 30823 | D:5      | 30823 ||| Stepping ~*~*~tactically~*~*~ (outnumbered).
 30825 | D:5      | 30825 ||| Stepping ~*~*~tactically~*~*~ (outnumbered).
 30827 | D:5      | 30827 ||| Stepping ~*~*~tactically~*~*~ (outnumbered).
 30829 | D:5      | 30829 ||| Stepping ~*~*~tactically~*~*~ (outnumbered).
 30831 | D:5      | 30831 ||| Stepping ~*~*~tactically~*~*~ (outnumbered).
 30833 | D:5      | 30833 ||| Stepping ~*~*~tactically~*~*~ (outnumbered).
 30835 | D:5      | 30835 ||| Stepping ~*~*~tactically~*~*~ (outnumbered).
 30837 | D:5      | 30837 ||| Stepping ~*~*~tactically~*~*~ (outnumbered).
 30839 | D:5      | 30839 ||| Stepping ~*~*~tactically~*~*~ (outnumbered).
 30841 | D:5      | 30841 ||| Stepping ~*~*~tactically~*~*~ (outnumbered).
 30843 | D:5      | 30843 ||| Stepping ~*~*~tactically~*~*~ (outnumbered).
 30845 | D:5      | 30845 ||| Stepping ~*~*~tactically~*~*~ (outnumbered).
 30847 | D:5      | 30847 ||| Stepping ~*~*~tactically~*~*~ (outnumbered).
 30849 | D:5      | 30849 ||| Stepping ~*~*~tactically~*~*~ (outnumbered).
 30851 | D:5      | 30851 ||| Stepping ~*~*~tactically~*~*~ (outnumbered).
 30853 | D:5      | 30853 ||| Stepping ~*~*~tactically~*~*~ (outnumbered).
 30855 | D:5      | 30855 ||| Stepping ~*~*~tactically~*~*~ (outnumbered).
 30857 | D:5      | 30857 ||| Stepping ~*~*~tactically~*~*~ (outnumbered).
 30859 | D:5      | 30859 ||| Stepping ~*~*~tactically~*~*~ (outnumbered).
 30861 | D:5      | 30861 ||| Stepping ~*~*~tactically~*~*~ (outnumbered).
 30863 | D:5      | 30863 ||| Stepping ~*~*~tactically~*~*~ (outnumbered).
 30868 | D:5      | 30868 ||| Stepping ~*~*~tactically~*~*~ (outnumbered).
 30870 | D:5      | 30870 ||| Stepping ~*~*~tactically~*~*~ (outnumbered).
 30872 | D:5      | 30872 ||| Stepping ~*~*~tactically~*~*~ (outnumbered).
 30875 | D:5      | 30875 ||| Stepping ~*~*~tactically~*~*~ (outnumbered).
 30877 | D:5      | 30877 ||| Stepping ~*~*~tactically~*~*~ (outnumbered).
 30879 | D:5      | 30879 ||| Stepping ~*~*~tactically~*~*~ (outnumbered).
 30881 | D:5      | 30881 ||| Stepping ~*~*~tactically~*~*~ (outnumbered).
 30883 | D:5      | 30883 ||| Stepping ~*~*~tactically~*~*~ (outnumbered).
 30885 | D:5      | 30885 ||| Stepping ~*~*~tactically~*~*~ (outnumbered).
 30887 | D:5      | 30887 ||| Stepping ~*~*~tactically~*~*~ (outnumbered).
 30889 | D:5      | 30889 ||| Stepping ~*~*~tactically~*~*~ (outnumbered).
 30891 | D:5      | 30891 ||| Stepping ~*~*~tactically~*~*~ (outnumbered).
 30893 | D:5      | 30893 ||| Stepping ~*~*~tactically~*~*~ (outnumbered).
 30895 | D:5      | 30895 ||| Stepping ~*~*~tactically~*~*~ (outnumbered).
 30897 | D:5      | 30897 ||| Stepping ~*~*~tactically~*~*~ (outnumbered).
 30899 | D:5      | 30899 ||| Stepping ~*~*~tactically~*~*~ (outnumbered).
 30901 | D:5      | 30901 ||| Stepping ~*~*~tactically~*~*~ (outnumbered).
 30903 | D:5      | 30903 ||| Stepping ~*~*~tactically~*~*~ (outnumbered).
 30905 | D:5      | 30905 ||| Stepping ~*~*~tactically~*~*~ (outnumbered).
 30910 | D:5      | 30910 ||| Stepping ~*~*~tactically~*~*~ (outnumbered).
 30912 | D:5      | 30912 ||| Stepping ~*~*~tactically~*~*~ (outnumbered).
 30914 | D:5      | 30914 ||| Stepping ~*~*~tactically~*~*~ (outnumbered).
 30916 | D:5      | 30916 ||| Stepping ~*~*~tactically~*~*~ (outnumbered).
 30918 | D:5      | 30918 ||| Stepping ~*~*~tactically~*~*~ (outnumbered).
 30921 | D:5      | 30921 ||| Stepping ~*~*~tactically~*~*~ (outnumbered).
 30923 | D:5      | 30923 ||| Stepping ~*~*~tactically~*~*~ (outnumbered).
 30925 | D:5      | 30925 ||| Stepping ~*~*~tactically~*~*~ (outnumbered).
 30927 | D:5      | 30927 ||| Stepping ~*~*~tactically~*~*~ (outnumbered).
 30929 | D:5      | 30929 ||| Stepping ~*~*~tactically~*~*~ (outnumbered).
 30931 | D:5      | 30931 ||| Stepping ~*~*~tactically~*~*~ (outnumbered).
 30933 | D:5      | 30933 ||| Stepping ~*~*~tactically~*~*~ (outnumbered).
 30935 | D:5      | 30935 ||| Stepping ~*~*~tactically~*~*~ (outnumbered).
 30937 | D:5      | 30937 ||| Stepping ~*~*~tactically~*~*~ (outnumbered).
 30939 | D:5      | 30939 ||| Stepping ~*~*~tactically~*~*~ (outnumbered).
 30941 | D:5      | 30941 ||| Stepping ~*~*~tactically~*~*~ (outnumbered).
 30943 | D:5      | 30943 ||| Stepping ~*~*~tactically~*~*~ (outnumbered).
 30945 | D:5      | 30945 ||| Stepping ~*~*~tactically~*~*~ (outnumbered).
 30947 | D:5      | 30947 ||| Stepping ~*~*~tactically~*~*~ (outnumbered).
 30949 | D:5      | 30949 ||| Stepping ~*~*~tactically~*~*~ (outnumbered).
 30951 | D:5      | 30951 ||| Stepping ~*~*~tactically~*~*~ (outnumbered).
 30953 | D:5      | 30953 ||| Stepping ~*~*~tactically~*~*~ (outnumbered).
 30955 | D:5      | 30955 ||| Stepping ~*~*~tactically~*~*~ (outnumbered).
 30959 | D:5      | 30959 ||| Stepping ~*~*~tactically~*~*~ (outnumbered).
 30961 | D:5      | 30961 ||| Stepping ~*~*~tactically~*~*~ (outnumbered).
 30963 | D:5      | 30963 ||| Stepping ~*~*~tactically~*~*~ (outnumbered).
 30965 | D:5      | 30965 ||| Stepping ~*~*~tactically~*~*~ (outnumbered).
 30967 | D:5      | 30967 ||| Stepping ~*~*~tactically~*~*~ (outnumbered).
 30969 | D:5      | 30969 ||| Stepping ~*~*~tactically~*~*~ (outnumbered).
 30971 | D:5      | 30971 ||| Stepping ~*~*~tactically~*~*~ (outnumbered).
 30973 | D:5      | 30973 ||| Stepping ~*~*~tactically~*~*~ (outnumbered).
 30975 | D:5      | 30975 ||| Stepping ~*~*~tactically~*~*~ (outnumbered).
 30977 | D:5      | 30977 ||| Stepping ~*~*~tactically~*~*~ (outnumbered).
 30979 | D:5      | 30979 ||| Stepping ~*~*~tactically~*~*~ (outnumbered).
 30981 | D:5      | 30981 ||| Stepping ~*~*~tactically~*~*~ (outnumbered).
 30983 | D:5      | 30983 ||| Stepping ~*~*~tactically~*~*~ (outnumbered).
 30985 | D:5      | 30985 ||| Stepping ~*~*~tactically~*~*~ (outnumbered).
 30987 | D:5      | 30987 ||| Stepping ~*~*~tactically~*~*~ (outnumbered).
 30989 | D:5      | 30989 ||| Stepping ~*~*~tactically~*~*~ (outnumbered).
 30991 | D:5      | 30991 ||| Stepping ~*~*~tactically~*~*~ (outnumbered).
 30993 | D:5      | 30993 ||| Stepping ~*~*~tactically~*~*~ (outnumbered).
 30995 | D:5      | 30995 ||| Stepping ~*~*~tactically~*~*~ (outnumbered).
 30997 | D:5      | 30997 ||| Stepping ~*~*~tactically~*~*~ (outnumbered).
 30999 | D:5      | 30999 ||| Stepping ~*~*~tactically~*~*~ (outnumbered).
 31001 | D:5      | 31001 ||| Stepping ~*~*~tactically~*~*~ (outnumbered).
 31003 | D:5      | 31003 ||| Stepping ~*~*~tactically~*~*~ (outnumbered).
 31005 | D:5      | 31005 ||| Stepping ~*~*~tactically~*~*~ (outnumbered).
 31007 | D:5      | 31007 ||| Stepping ~*~*~tactically~*~*~ (outnumbered).
 31009 | D:5      | 31009 ||| Stepping ~*~*~tactically~*~*~ (outnumbered).
 31011 | D:5      | 31011 ||| Stepping ~*~*~tactically~*~*~ (outnumbered).
 31014 | D:5      | 31014 ||| Stepping ~*~*~tactically~*~*~ (outnumbered).
 31016 | D:5      | 31016 ||| Stepping ~*~*~tactically~*~*~ (outnumbered).
 31018 | D:5      | 31018 ||| Stepping ~*~*~tactically~*~*~ (outnumbered).
 31020 | D:5      | 31020 ||| Stepping ~*~*~tactically~*~*~ (outnumbered).
 31022 | D:5      | 31022 ||| Stepping ~*~*~tactically~*~*~ (outnumbered).
 31024 | D:5      | 31024 ||| Stepping ~*~*~tactically~*~*~ (outnumbered).
 31026 | D:5      | 31026 ||| Stepping ~*~*~tactically~*~*~ (outnumbered).
 31028 | D:5      | 31028 ||| Stepping ~*~*~tactically~*~*~ (outnumbered).
 31030 | D:5      | 31030 ||| Stepping ~*~*~tactically~*~*~ (outnumbered).
 31034 | D:5      | 31034 ||| Stepping ~*~*~tactically~*~*~ (outnumbered).
 31036 | D:5      | 31036 ||| Stepping ~*~*~tactically~*~*~ (outnumbered).
 31038 | D:5      | 31038 ||| Stepping ~*~*~tactically~*~*~ (outnumbered).
 31040 | D:5      | 31040 ||| Stepping ~*~*~tactically~*~*~ (outnumbered).
 31042 | D:5      | 31042 ||| Stepping ~*~*~tactically~*~*~ (outnumbered).
 31044 | D:5      | 31044 ||| Stepping ~*~*~tactically~*~*~ (outnumbered).
 31048 | D:5      | 31048 ||| Stepping ~*~*~tactically~*~*~ (outnumbered).
 31050 | D:5      | 31050 ||| Stepping ~*~*~tactically~*~*~ (outnumbered).
 31052 | D:5      | 31052 ||| Stepping ~*~*~tactically~*~*~ (outnumbered).
 31054 | D:5      | 31054 ||| Stepping ~*~*~tactically~*~*~ (outnumbered).
 31057 | D:5      | 31057 ||| Stepping ~*~*~tactically~*~*~ (outnumbered).
 31060 | D:5      | 31060 ||| Stepping ~*~*~tactically~*~*~ (outnumbered).
 31065 | D:5      | 31065 ||| Stepping ~*~*~tactically~*~*~ (outnumbered).
 31067 | D:5      | 31067 ||| Stepping ~*~*~tactically~*~*~ (outnumbered).
 31069 | D:5      | 31069 ||| Stepping ~*~*~tactically~*~*~ (outnumbered).
 31071 | D:5      | 31071 ||| Stepping ~*~*~tactically~*~*~ (outnumbered).
 31073 | D:5      | 31073 ||| Stepping ~*~*~tactically~*~*~ (outnumbered).
 31075 | D:5      | 31075 ||| Stepping ~*~*~tactically~*~*~ (outnumbered).
 31077 | D:5      | 31077 ||| Stepping ~*~*~tactically~*~*~ (outnumbered).
 31079 | D:5      | 31079 ||| Stepping ~*~*~tactically~*~*~ (outnumbered).
 31081 | D:5      | 31081 ||| Stepping ~*~*~tactically~*~*~ (outnumbered).
 31083 | D:5      | 31083 ||| Stepping ~*~*~tactically~*~*~ (outnumbered).
 31085 | D:5      | 31085 ||| Stepping ~*~*~tactically~*~*~ (outnumbered).
 31087 | D:5      | 31087 ||| Stepping ~*~*~tactically~*~*~ (outnumbered).
 31089 | D:5      | 31089 ||| Stepping ~*~*~tactically~*~*~ (outnumbered).
 31091 | D:5      | 31091 ||| Stepping ~*~*~tactically~*~*~ (outnumbered).
 31093 | D:5      | 31093 ||| Stepping ~*~*~tactically~*~*~ (outnumbered).
 31095 | D:5      | 31095 ||| Stepping ~*~*~tactically~*~*~ (outnumbered).
 31097 | D:5      | 31097 ||| Stepping ~*~*~tactically~*~*~ (outnumbered).
 31099 | D:5      | 31099 ||| Stepping ~*~*~tactically~*~*~ (outnumbered).
 31101 | D:5      | 31101 ||| Stepping ~*~*~tactically~*~*~ (outnumbered).
 31103 | D:5      | 31103 ||| Stepping ~*~*~tactically~*~*~ (outnumbered).
 31105 | D:5      | 31105 ||| Stepping ~*~*~tactically~*~*~ (outnumbered).
 31107 | D:5      | 31107 ||| Stepping ~*~*~tactically~*~*~ (outnumbered).
 31109 | D:5      | 31109 ||| Stepping ~*~*~tactically~*~*~ (outnumbered).
 31111 | D:5      | 31111 ||| Stepping ~*~*~tactically~*~*~ (outnumbered).
 31113 | D:5      | 31113 ||| Stepping ~*~*~tactically~*~*~ (outnumbered).
 31115 | D:5      | 31115 ||| Stepping ~*~*~tactically~*~*~ (outnumbered).
 31120 | D:5      | 31120 ||| Stepping ~*~*~tactically~*~*~ (outnumbered).
 31122 | D:5      | 31122 ||| Stepping ~*~*~tactically~*~*~ (outnumbered).
 31124 | D:5      | 31124 ||| Stepping ~*~*~tactically~*~*~ (outnumbered).
 31128 | D:5      | 31128 ||| Stepping ~*~*~tactically~*~*~ (outnumbered).
 31130 | D:5      | 31130 ||| Stepping ~*~*~tactically~*~*~ (outnumbered).
 31132 | D:5      | 31132 ||| Stepping ~*~*~tactically~*~*~ (outnumbered).
 31134 | D:5      | 31134 ||| Stepping ~*~*~tactically~*~*~ (outnumbered).
 31136 | D:5      | 31136 ||| Stepping ~*~*~tactically~*~*~ (outnumbered).
 31138 | D:5      | 31138 ||| Stepping ~*~*~tactically~*~*~ (outnumbered).
 31140 | D:5      | 31140 ||| Stepping ~*~*~tactically~*~*~ (outnumbered).
 31142 | D:5      | 31142 ||| Stepping ~*~*~tactically~*~*~ (outnumbered).
 31144 | D:5      | 31144 ||| Stepping ~*~*~tactically~*~*~ (outnumbered).
 31146 | D:5      | 31146 ||| Stepping ~*~*~tactically~*~*~ (outnumbered).
 31148 | D:5      | 31148 ||| Stepping ~*~*~tactically~*~*~ (outnumbered).
 31150 | D:5      | 31150 ||| Stepping ~*~*~tactically~*~*~ (outnumbered).
 31152 | D:5      | 31152 ||| Stepping ~*~*~tactically~*~*~ (outnumbered).
 31154 | D:5      | 31154 ||| Stepping ~*~*~tactically~*~*~ (outnumbered).
 31156 | D:5      | 31156 ||| Stepping ~*~*~tactically~*~*~ (outnumbered).
 31158 | D:5      | 31158 ||| Stepping ~*~*~tactically~*~*~ (outnumbered).
 31160 | D:5      | 31160 ||| Stepping ~*~*~tactically~*~*~ (outnumbered).
 31162 | D:5      | 31162 ||| Stepping ~*~*~tactically~*~*~ (outnumbered).
 31164 | D:5      | 31164 ||| Stepping ~*~*~tactically~*~*~ (outnumbered).
 31166 | D:5      | 31166 ||| Stepping ~*~*~tactically~*~*~ (outnumbered).
 31168 | D:5      | 31168 ||| Stepping ~*~*~tactically~*~*~ (outnumbered).
 31170 | D:5      | 31170 ||| Stepping ~*~*~tactically~*~*~ (outnumbered).
 31172 | D:5      | 31172 ||| Stepping ~*~*~tactically~*~*~ (outnumbered).
 31174 | D:5      | 31174 ||| Stepping ~*~*~tactically~*~*~ (outnumbered).
 31177 | D:5      | 31177 ||| Stepping ~*~*~tactically~*~*~ (outnumbered).
 31179 | D:5      | 31179 ||| Stepping ~*~*~tactically~*~*~ (outnumbered).
 31181 | D:5      | 31181 ||| Stepping ~*~*~tactically~*~*~ (outnumbered).
 31183 | D:5      | 31183 ||| Stepping ~*~*~tactically~*~*~ (outnumbered).
 31185 | D:5      | 31185 ||| Stepping ~*~*~tactically~*~*~ (outnumbered).
 31187 | D:5      | 31187 ||| Stepping ~*~*~tactically~*~*~ (outnumbered).
 31189 | D:5      | 31189 ||| Stepping ~*~*~tactically~*~*~ (outnumbered).
 31191 | D:5      | 31191 ||| Stepping ~*~*~tactically~*~*~ (outnumbered).
 31193 | D:5      | 31193 ||| Stepping ~*~*~tactically~*~*~ (outnumbered).
 31198 | D:5      | 31198 ||| Stepping ~*~*~tactically~*~*~ (outnumbered).
 31200 | D:5      | 31200 ||| Stepping ~*~*~tactically~*~*~ (outnumbered).
 31202 | D:5      | 31202 ||| Stepping ~*~*~tactically~*~*~ (outnumbered).
 31204 | D:5      | 31204 ||| Stepping ~*~*~tactically~*~*~ (outnumbered).
 31208 | D:5      | 31208 ||| Stepping ~*~*~tactically~*~*~ (outnumbered).
 31210 | D:5      | 31210 ||| Stepping ~*~*~tactically~*~*~ (outnumbered).
 31212 | D:5      | 31212 ||| Stepping ~*~*~tactically~*~*~ (outnumbered).
 31214 | D:5      | 31214 ||| Stepping ~*~*~tactically~*~*~ (outnumbered).
 31216 | D:5      | 31216 ||| Stepping ~*~*~tactically~*~*~ (outnumbered).
 31218 | D:5      | 31218 ||| Stepping ~*~*~tactically~*~*~ (outnumbered).
 31220 | D:5      | 31220 ||| Stepping ~*~*~tactically~*~*~ (outnumbered).
 31222 | D:5      | 31222 ||| Stepping ~*~*~tactically~*~*~ (outnumbered).
 31224 | D:5      | 31224 ||| Stepping ~*~*~tactically~*~*~ (outnumbered).
 31226 | D:5      | 31226 ||| Stepping ~*~*~tactically~*~*~ (outnumbered).
 31228 | D:5      | 31228 ||| Stepping ~*~*~tactically~*~*~ (outnumbered).
 31230 | D:5      | 31230 ||| Stepping ~*~*~tactically~*~*~ (outnumbered).
 31232 | D:5      | 31232 ||| Stepping ~*~*~tactically~*~*~ (outnumbered).
 31234 | D:5      | 31234 ||| Stepping ~*~*~tactically~*~*~ (outnumbered).
 31236 | D:5      | 31236 ||| Stepping ~*~*~tactically~*~*~ (outnumbered).
 31239 | D:5      | 31239 ||| Stepping ~*~*~tactically~*~*~ (outnumbered).
 31241 | D:5      | 31241 ||| Stepping ~*~*~tactically~*~*~ (outnumbered).
 31243 | D:5      | 31243 ||| Stepping ~*~*~tactically~*~*~ (outnumbered).
 31245 | D:5      | 31245 ||| Stepping ~*~*~tactically~*~*~ (outnumbered).
 31247 | D:5      | 31247 ||| Stepping ~*~*~tactically~*~*~ (outnumbered).
 31249 | D:5      | 31249 ||| Stepping ~*~*~tactically~*~*~ (outnumbered).
 31253 | D:5      | 31253 ||| Stepping ~*~*~tactically~*~*~ (outnumbered).
 31255 | D:5      | 31255 ||| Stepping ~*~*~tactically~*~*~ (outnumbered).
 31257 | D:5      | 31257 ||| Stepping ~*~*~tactically~*~*~ (outnumbered).
 31259 | D:5      | 31259 ||| Stepping ~*~*~tactically~*~*~ (outnumbered).
 31261 | D:5      | 31261 ||| Stepping ~*~*~tactically~*~*~ (outnumbered).
 31263 | D:5      | 31263 ||| Stepping ~*~*~tactically~*~*~ (outnumbered).
 31265 | D:5      | 31265 ||| Stepping ~*~*~tactically~*~*~ (outnumbered).
 31267 | D:5      | 31267 ||| Stepping ~*~*~tactically~*~*~ (outnumbered).
 31269 | D:5      | 31269 ||| Stepping ~*~*~tactically~*~*~ (outnumbered).
 31271 | D:5      | 31271 ||| Stepping ~*~*~tactically~*~*~ (outnumbered).
 31273 | D:5      | 31273 ||| Stepping ~*~*~tactically~*~*~ (outnumbered).
 31275 | D:5      | 31275 ||| Stepping ~*~*~tactically~*~*~ (outnumbered).
 31277 | D:5      | 31277 ||| Stepping ~*~*~tactically~*~*~ (outnumbered).
 31279 | D:5      | 31279 ||| Stepping ~*~*~tactically~*~*~ (outnumbered).
 31281 | D:5      | 31281 ||| Stepping ~*~*~tactically~*~*~ (outnumbered).
 31283 | D:5      | 31283 ||| Stepping ~*~*~tactically~*~*~ (outnumbered).
 31285 | D:5      | 31285 ||| Stepping ~*~*~tactically~*~*~ (outnumbered).
 31287 | D:5      | 31287 ||| Stepping ~*~*~tactically~*~*~ (outnumbered).
 31289 | D:5      | 31289 ||| Stepping ~*~*~tactically~*~*~ (outnumbered).
 31291 | D:5      | 31291 ||| Stepping ~*~*~tactically~*~*~ (outnumbered).
 31293 | D:5      | 31293 ||| Stepping ~*~*~tactically~*~*~ (outnumbered).
 31295 | D:5      | 31295 ||| Stepping ~*~*~tactically~*~*~ (outnumbered).
 31297 | D:5      | 31297 ||| Stepping ~*~*~tactically~*~*~ (outnumbered).
 31299 | D:5      | 31299 ||| Stepping ~*~*~tactically~*~*~ (outnumbered).
 31301 | D:5      | 31301 ||| Stepping ~*~*~tactically~*~*~ (outnumbered).
 31303 | D:5      | 31303 ||| Stepping ~*~*~tactically~*~*~ (outnumbered).
 31307 | D:5      | 31307 ||| Stepping ~*~*~tactically~*~*~ (outnumbered).
 31311 | D:5      | 31311 ||| Stepping ~*~*~tactically~*~*~ (outnumbered).
 31313 | D:5      | 31313 ||| Stepping ~*~*~tactically~*~*~ (outnumbered).
 31316 | D:5      | 31316 ||| Stepping ~*~*~tactically~*~*~ (outnumbered).
 31318 | D:5      | 31318 ||| Stepping ~*~*~tactically~*~*~ (outnumbered).
 31320 | D:5      | 31320 ||| Stepping ~*~*~tactically~*~*~ (outnumbered).
 31322 | D:5      | 31322 ||| Stepping ~*~*~tactically~*~*~ (outnumbered).
 31324 | D:5      | 31324 ||| Stepping ~*~*~tactically~*~*~ (outnumbered).
 31326 | D:5      | 31326 ||| Stepping ~*~*~tactically~*~*~ (outnumbered).
 31328 | D:5      | 31328 ||| Stepping ~*~*~tactically~*~*~ (outnumbered).
 31330 | D:5      | 31330 ||| Stepping ~*~*~tactically~*~*~ (outnumbered).
 31332 | D:5      | 31332 ||| Stepping ~*~*~tactically~*~*~ (outnumbered).
 31334 | D:5      | 31334 ||| Stepping ~*~*~tactically~*~*~ (outnumbered).
 31336 | D:5      | 31336 ||| Stepping ~*~*~tactically~*~*~ (outnumbered).
 31338 | D:5      | 31338 ||| Stepping ~*~*~tactically~*~*~ (outnumbered).
 31340 | D:5      | 31340 ||| Stepping ~*~*~tactically~*~*~ (outnumbered).
 31342 | D:5      | 31342 ||| Stepping ~*~*~tactically~*~*~ (outnumbered).
 31344 | D:5      | 31344 ||| Stepping ~*~*~tactically~*~*~ (outnumbered).
 31346 | D:5      | 31346 ||| Stepping ~*~*~tactically~*~*~ (outnumbered).
 31348 | D:5      | 31348 ||| Stepping ~*~*~tactically~*~*~ (outnumbered).
 31350 | D:5      | 31350 ||| Stepping ~*~*~tactically~*~*~ (outnumbered).
 31352 | D:5      | 31352 ||| Stepping ~*~*~tactically~*~*~ (outnumbered).
 31354 | D:5      | 31354 ||| Stepping ~*~*~tactically~*~*~ (outnumbered).
 31356 | D:5      | 31356 ||| Stepping ~*~*~tactically~*~*~ (outnumbered).
 31358 | D:5      | 31358 ||| Stepping ~*~*~tactically~*~*~ (outnumbered).
 31360 | D:5      | 31360 ||| Stepping ~*~*~tactically~*~*~ (outnumbered).
 31363 | D:5      | 31363 ||| Stepping ~*~*~tactically~*~*~ (outnumbered).
 31365 | D:5      | 31365 ||| Stepping ~*~*~tactically~*~*~ (outnumbered).
 31367 | D:5      | 31367 ||| Stepping ~*~*~tactically~*~*~ (outnumbered).
 31369 | D:5      | 31369 ||| Stepping ~*~*~tactically~*~*~ (outnumbered).
 31371 | D:5      | 31371 ||| Stepping ~*~*~tactically~*~*~ (outnumbered).
 31373 | D:5      | 31373 ||| Stepping ~*~*~tactically~*~*~ (outnumbered).
 31375 | D:5      | 31375 ||| Stepping ~*~*~tactically~*~*~ (outnumbered).
 31377 | D:5      | 31377 ||| Stepping ~*~*~tactically~*~*~ (outnumbered).
 31379 | D:5      | 31379 ||| Stepping ~*~*~tactically~*~*~ (outnumbered).
 31381 | D:5      | 31381 ||| Stepping ~*~*~tactically~*~*~ (outnumbered).
 31383 | D:5      | 31383 ||| Stepping ~*~*~tactically~*~*~ (outnumbered).
 31385 | D:5      | 31385 ||| Stepping ~*~*~tactically~*~*~ (outnumbered).
 31387 | D:5      | 31387 ||| Stepping ~*~*~tactically~*~*~ (outnumbered).
 31389 | D:5      | 31389 ||| Stepping ~*~*~tactically~*~*~ (outnumbered).
 31391 | D:5      | 31391 ||| Stepping ~*~*~tactically~*~*~ (outnumbered).
 31394 | D:5      | 31394 ||| Stepping ~*~*~tactically~*~*~ (outnumbered).
 31396 | D:5      | 31396 ||| Stepping ~*~*~tactically~*~*~ (outnumbered).
 31398 | D:5      | 31398 ||| Stepping ~*~*~tactically~*~*~ (outnumbered).
 31400 | D:5      | 31400 ||| Stepping ~*~*~tactically~*~*~ (outnumbered).
 31402 | D:5      | 31402 ||| Stepping ~*~*~tactically~*~*~ (outnumbered).
 31404 | D:5      | 31404 ||| Stepping ~*~*~tactically~*~*~ (outnumbered).
 31406 | D:5      | 31406 ||| Stepping ~*~*~tactically~*~*~ (outnumbered).
 31408 | D:5      | 31408 ||| Stepping ~*~*~tactically~*~*~ (outnumbered).
 31410 | D:5      | 31410 ||| Stepping ~*~*~tactically~*~*~ (outnumbered).
 31413 | D:5      | 31413 ||| Stepping ~*~*~tactically~*~*~ (outnumbered).
 31415 | D:5      | 31415 ||| Stepping ~*~*~tactically~*~*~ (outnumbered).
 31420 | D:5      | 31420 ||| Stepping ~*~*~tactically~*~*~ (outnumbered).
 31422 | D:5      | 31422 ||| Stepping ~*~*~tactically~*~*~ (outnumbered).
 31427 | D:5      | 31427 ||| Stepping ~*~*~tactically~*~*~ (outnumbered).
 31429 | D:5      | 31429 ||| Stepping ~*~*~tactically~*~*~ (outnumbered).
 31431 | D:5      | 31431 ||| Stepping ~*~*~tactically~*~*~ (outnumbered).
 31433 | D:5      | 31433 ||| Stepping ~*~*~tactically~*~*~ (outnumbered).
 31435 | D:5      | 31435 ||| Stepping ~*~*~tactically~*~*~ (outnumbered).
 31437 | D:5      | 31437 ||| Stepping ~*~*~tactically~*~*~ (outnumbered).
 31439 | D:5      | 31439 ||| Stepping ~*~*~tactically~*~*~ (outnumbered).
 31441 | D:5      | 31441 ||| Stepping ~*~*~tactically~*~*~ (outnumbered).
 31443 | D:5      | 31443 ||| Stepping ~*~*~tactically~*~*~ (outnumbered).
 31445 | D:5      | 31445 ||| Stepping ~*~*~tactically~*~*~ (outnumbered).
 31447 | D:5      | 31447 ||| Stepping ~*~*~tactically~*~*~ (outnumbered).
 31449 | D:5      | 31449 ||| Stepping ~*~*~tactically~*~*~ (outnumbered).
 31451 | D:5      | 31451 ||| Stepping ~*~*~tactically~*~*~ (outnumbered).
 31455 | D:5      | 31455 ||| Stepping ~*~*~tactically~*~*~ (outnumbered).
 31457 | D:5      | 31457 ||| Stepping ~*~*~tactically~*~*~ (outnumbered).
 31459 | D:5      | 31459 ||| Stepping ~*~*~tactically~*~*~ (outnumbered).
 31463 | D:5      | 31463 ||| Stepping ~*~*~tactically~*~*~ (outnumbered).
 31465 | D:5      | 31465 ||| Stepping ~*~*~tactically~*~*~ (outnumbered).
 31467 | D:5      | 31467 ||| Stepping ~*~*~tactically~*~*~ (outnumbered).
 31469 | D:5      | 31469 ||| Stepping ~*~*~tactically~*~*~ (outnumbered).
 31471 | D:5      | 31471 ||| Stepping ~*~*~tactically~*~*~ (outnumbered).
 31473 | D:5      | 31473 ||| Stepping ~*~*~tactically~*~*~ (outnumbered).
 31476 | D:5      | 31476 ||| Stepping ~*~*~tactically~*~*~ (outnumbered).
 31478 | D:5      | 31478 ||| Stepping ~*~*~tactically~*~*~ (outnumbered).
 31480 | D:5      | 31480 ||| Stepping ~*~*~tactically~*~*~ (outnumbered).
 31482 | D:5      | 31482 ||| Stepping ~*~*~tactically~*~*~ (outnumbered).
 31484 | D:5      | 31484 ||| Stepping ~*~*~tactically~*~*~ (outnumbered).
 31489 | D:5      | 31489 ||| Stepping ~*~*~tactically~*~*~ (outnumbered).
 31491 | D:5      | 31491 ||| Stepping ~*~*~tactically~*~*~ (outnumbered).
 31493 | D:5      | 31493 ||| Stepping ~*~*~tactically~*~*~ (outnumbered).
 31495 | D:5      | 31495 ||| Stepping ~*~*~tactically~*~*~ (outnumbered).
 31497 | D:5      | 31497 ||| Stepping ~*~*~tactically~*~*~ (outnumbered).
 31499 | D:5      | 31499 ||| Stepping ~*~*~tactically~*~*~ (outnumbered).
 31501 | D:5      | 31501 ||| Stepping ~*~*~tactically~*~*~ (outnumbered).
 31503 | D:5      | 31503 ||| Stepping ~*~*~tactically~*~*~ (outnumbered).
 31505 | D:5      | 31505 ||| Stepping ~*~*~tactically~*~*~ (outnumbered).
 31507 | D:5      | 31507 ||| Stepping ~*~*~tactically~*~*~ (outnumbered).
 31509 | D:5      | 31509 ||| Stepping ~*~*~tactically~*~*~ (outnumbered).
 31511 | D:5      | 31511 ||| Stepping ~*~*~tactically~*~*~ (outnumbered).
 31513 | D:5      | 31513 ||| Stepping ~*~*~tactically~*~*~ (outnumbered).
 31515 | D:5      | 31515 ||| Stepping ~*~*~tactically~*~*~ (outnumbered).
 31517 | D:5      | 31517 ||| Stepping ~*~*~tactically~*~*~ (outnumbered).
 31519 | D:5      | 31519 ||| Stepping ~*~*~tactically~*~*~ (outnumbered).
 31521 | D:5      | 31521 ||| Stepping ~*~*~tactically~*~*~ (outnumbered).
 31523 | D:5      | 31523 ||| Stepping ~*~*~tactically~*~*~ (outnumbered).
 31525 | D:5      | 31525 ||| Stepping ~*~*~tactically~*~*~ (outnumbered).
 31527 | D:5      | 31527 ||| Stepping ~*~*~tactically~*~*~ (outnumbered).
 31529 | D:5      | 31529 ||| Stepping ~*~*~tactically~*~*~ (outnumbered).
 31531 | D:5      | 31531 ||| Stepping ~*~*~tactically~*~*~ (outnumbered).
 31533 | D:5      | 31533 ||| Stepping ~*~*~tactically~*~*~ (outnumbered).
 31535 | D:5      | 31535 ||| Stepping ~*~*~tactically~*~*~ (outnumbered).
 31537 | D:5      | 31537 ||| Stepping ~*~*~tactically~*~*~ (outnumbered).
 31541 | D:5      | 31541 ||| Stepping ~*~*~tactically~*~*~ (outnumbered).
 31543 | D:5      | 31543 ||| Stepping ~*~*~tactically~*~*~ (outnumbered).
 31545 | D:5      | 31545 ||| Stepping ~*~*~tactically~*~*~ (outnumbered).
 31548 | D:5      | 31548 ||| Stepping ~*~*~tactically~*~*~ (outnumbered).
 31550 | D:5      | 31550 ||| Stepping ~*~*~tactically~*~*~ (outnumbered).
 31552 | D:5      | 31552 ||| Stepping ~*~*~tactically~*~*~ (outnumbered).
 31555 | D:5      | 31555 ||| Stepping ~*~*~tactically~*~*~ (outnumbered).
 31557 | D:5      | 31557 ||| Stepping ~*~*~tactically~*~*~ (outnumbered).
 31559 | D:5      | 31559 ||| Stepping ~*~*~tactically~*~*~ (outnumbered).
 31561 | D:5      | 31561 ||| Stepping ~*~*~tactically~*~*~ (outnumbered).
 31563 | D:5      | 31563 ||| Stepping ~*~*~tactically~*~*~ (outnumbered).
 31565 | D:5      | 31565 ||| Stepping ~*~*~tactically~*~*~ (outnumbered).
 31567 | D:5      | 31567 ||| Stepping ~*~*~tactically~*~*~ (outnumbered).
 31569 | D:5      | 31569 ||| Stepping ~*~*~tactically~*~*~ (outnumbered).
 31571 | D:5      | 31571 ||| Stepping ~*~*~tactically~*~*~ (outnumbered).
 31573 | D:5      | 31573 ||| Stepping ~*~*~tactically~*~*~ (outnumbered).
 31575 | D:5      | 31575 ||| Stepping ~*~*~tactically~*~*~ (outnumbered).
 31577 | D:5      | 31577 ||| Stepping ~*~*~tactically~*~*~ (outnumbered).
 31579 | D:5      | 31579 ||| Stepping ~*~*~tactically~*~*~ (outnumbered).
 31581 | D:5      | 31581 ||| Stepping ~*~*~tactically~*~*~ (outnumbered).
 31583 | D:5      | 31583 ||| Stepping ~*~*~tactically~*~*~ (outnumbered).
 31586 | D:5      | 31586 ||| Stepping ~*~*~tactically~*~*~ (outnumbered).
 31588 | D:5      | 31588 ||| Stepping ~*~*~tactically~*~*~ (outnumbered).
 31590 | D:5      | 31590 ||| Stepping ~*~*~tactically~*~*~ (outnumbered).
 31592 | D:5      | 31592 ||| Stepping ~*~*~tactically~*~*~ (outnumbered).
 31596 | D:5      | 31596 ||| Stepping ~*~*~tactically~*~*~ (outnumbered).
 31598 | D:5      | 31598 ||| Stepping ~*~*~tactically~*~*~ (outnumbered).
 31600 | D:5      | 31600 ||| Stepping ~*~*~tactically~*~*~ (outnumbered).
 31602 | D:5      | 31602 ||| Stepping ~*~*~tactically~*~*~ (outnumbered).
 31604 | D:5      | 31604 ||| Stepping ~*~*~tactically~*~*~ (outnumbered).
 31606 | D:5      | 31606 ||| Stepping ~*~*~tactically~*~*~ (outnumbered).
 31608 | D:5      | 31608 ||| Stepping ~*~*~tactically~*~*~ (outnumbered).
 31610 | D:5      | 31610 ||| Stepping ~*~*~tactically~*~*~ (outnumbered).
 31612 | D:5      | 31612 ||| Stepping ~*~*~tactically~*~*~ (outnumbered).
 31614 | D:5      | 31614 ||| Stepping ~*~*~tactically~*~*~ (outnumbered).
 31616 | D:5      | 31616 ||| Stepping ~*~*~tactically~*~*~ (outnumbered).
 31618 | D:5      | 31618 ||| Stepping ~*~*~tactically~*~*~ (outnumbered).
 31620 | D:5      | 31620 ||| Stepping ~*~*~tactically~*~*~ (outnumbered).
 31622 | D:5      | 31622 ||| Stepping ~*~*~tactically~*~*~ (outnumbered).
 31624 | D:5      | 31624 ||| Stepping ~*~*~tactically~*~*~ (outnumbered).
 31626 | D:5      | 31626 ||| Stepping ~*~*~tactically~*~*~ (outnumbered).
 31628 | D:5      | 31628 ||| Stepping ~*~*~tactically~*~*~ (outnumbered).
 31630 | D:5      | 31630 ||| Stepping ~*~*~tactically~*~*~ (outnumbered).
 31634 | D:5      | 31634 ||| Stepping ~*~*~tactically~*~*~ (outnumbered).
 31636 | D:5      | 31636 ||| Stepping ~*~*~tactically~*~*~ (outnumbered).
 31638 | D:5      | 31638 ||| Stepping ~*~*~tactically~*~*~ (outnumbered).
 31640 | D:5      | 31640 ||| Stepping ~*~*~tactically~*~*~ (outnumbered).
 31642 | D:5      | 31642 ||| Stepping ~*~*~tactically~*~*~ (outnumbered).
 31644 | D:5      | 31644 ||| Stepping ~*~*~tactically~*~*~ (outnumbered).
 31647 | D:5      | 31647 ||| Stepping ~*~*~tactically~*~*~ (outnumbered).
 31649 | D:5      | 31649 ||| Stepping ~*~*~tactically~*~*~ (outnumbered).
 31651 | D:5      | 31651 ||| Stepping ~*~*~tactically~*~*~ (outnumbered).
 31654 | D:5      | 31654 ||| Stepping ~*~*~tactically~*~*~ (outnumbered).
 31656 | D:5      | 31656 ||| Stepping ~*~*~tactically~*~*~ (outnumbered).
 31658 | D:5      | 31658 ||| Stepping ~*~*~tactically~*~*~ (outnumbered).
 31660 | D:5      | 31660 ||| Stepping ~*~*~tactically~*~*~ (outnumbered).
 31662 | D:5      | 31662 ||| Stepping ~*~*~tactically~*~*~ (outnumbered).
 31664 | D:5      | 31664 ||| Stepping ~*~*~tactically~*~*~ (outnumbered).
 31666 | D:5      | 31666 ||| Stepping ~*~*~tactically~*~*~ (outnumbered).
 31670 | D:5      | 31670 ||| Stepping ~*~*~tactically~*~*~ (outnumbered).
 31672 | D:5      | 31672 ||| Stepping ~*~*~tactically~*~*~ (outnumbered).
 31674 | D:5      | 31674 ||| Stepping ~*~*~tactically~*~*~ (outnumbered).
 31676 | D:5      | 31676 ||| Stepping ~*~*~tactically~*~*~ (outnumbered).
 31678 | D:5      | 31678 ||| Stepping ~*~*~tactically~*~*~ (outnumbered).
 31680 | D:5      | 31680 ||| Stepping ~*~*~tactically~*~*~ (outnumbered).
 31682 | D:5      | 31682 ||| Stepping ~*~*~tactically~*~*~ (outnumbered).
 31684 | D:5      | 31684 ||| Stepping ~*~*~tactically~*~*~ (outnumbered).
 31686 | D:5      | 31686 ||| Stepping ~*~*~tactically~*~*~ (outnumbered).
 31688 | D:5      | 31688 ||| Stepping ~*~*~tactically~*~*~ (outnumbered).
 31693 | D:5      | 31693 ||| Stepping ~*~*~tactically~*~*~ (outnumbered).
 31695 | D:5      | 31695 ||| Stepping ~*~*~tactically~*~*~ (outnumbered).
 31697 | D:5      | 31697 ||| Stepping ~*~*~tactically~*~*~ (outnumbered).
 31699 | D:5      | 31699 ||| Stepping ~*~*~tactically~*~*~ (outnumbered).
 31701 | D:5      | 31701 ||| Stepping ~*~*~tactically~*~*~ (outnumbered).
 31703 | D:5      | 31703 ||| Stepping ~*~*~tactically~*~*~ (outnumbered).
 31705 | D:5      | 31705 ||| Stepping ~*~*~tactically~*~*~ (outnumbered).
 31707 | D:5      | 31707 ||| Stepping ~*~*~tactically~*~*~ (outnumbered).
 31709 | D:5      | 31709 ||| Stepping ~*~*~tactically~*~*~ (outnumbered).
 31711 | D:5      | 31711 ||| Stepping ~*~*~tactically~*~*~ (outnumbered).
 31713 | D:5      | 31713 ||| Stepping ~*~*~tactically~*~*~ (outnumbered).
 31715 | D:5      | 31715 ||| Stepping ~*~*~tactically~*~*~ (outnumbered).
 31717 | D:5      | 31717 ||| Stepping ~*~*~tactically~*~*~ (outnumbered).
 31719 | D:5      | 31719 ||| Stepping ~*~*~tactically~*~*~ (outnumbered).
 31721 | D:5      | 31721 ||| Stepping ~*~*~tactically~*~*~ (outnumbered).
 31723 | D:5      | 31723 ||| Stepping ~*~*~tactically~*~*~ (outnumbered).
 31725 | D:5      | 31725 ||| Stepping ~*~*~tactically~*~*~ (outnumbered).
 31727 | D:5      | 31727 ||| Stepping ~*~*~tactically~*~*~ (outnumbered).
 31731 | D:5      | 31731 ||| Stepping ~*~*~tactically~*~*~ (outnumbered).
 31733 | D:5      | 31733 ||| Stepping ~*~*~tactically~*~*~ (outnumbered).
 31735 | D:5      | 31735 ||| Stepping ~*~*~tactically~*~*~ (outnumbered).
 31737 | D:5      | 31737 ||| Stepping ~*~*~tactically~*~*~ (outnumbered).
 31739 | D:5      | 31739 ||| Stepping ~*~*~tactically~*~*~ (outnumbered).
 31741 | D:5      | 31741 ||| Stepping ~*~*~tactically~*~*~ (outnumbered).
 31743 | D:5      | 31743 ||| Stepping ~*~*~tactically~*~*~ (outnumbered).
 31745 | D:5      | 31745 ||| Stepping ~*~*~tactically~*~*~ (outnumbered).
 31747 | D:5      | 31747 ||| Stepping ~*~*~tactically~*~*~ (outnumbered).
 31749 | D:5      | 31749 ||| Stepping ~*~*~tactically~*~*~ (outnumbered).
 31751 | D:5      | 31751 ||| Stepping ~*~*~tactically~*~*~ (outnumbered).
 31753 | D:5      | 31753 ||| Stepping ~*~*~tactically~*~*~ (outnumbered).
 31755 | D:5      | 31755 ||| Stepping ~*~*~tactically~*~*~ (outnumbered).
 31757 | D:5      | 31757 ||| Stepping ~*~*~tactically~*~*~ (outnumbered).
 31759 | D:5      | 31759 ||| Stepping ~*~*~tactically~*~*~ (outnumbered).
 31761 | D:5      | 31761 ||| Stepping ~*~*~tactically~*~*~ (outnumbered).
 31763 | D:5      | 31763 ||| Stepping ~*~*~tactically~*~*~ (outnumbered).
 31765 | D:5      | 31765 ||| Stepping ~*~*~tactically~*~*~ (outnumbered).
 31770 | D:5      | 31770 ||| Stepping ~*~*~tactically~*~*~ (outnumbered).
 31772 | D:5      | 31772 ||| Stepping ~*~*~tactically~*~*~ (outnumbered).
 31774 | D:5      | 31774 ||| Stepping ~*~*~tactically~*~*~ (outnumbered).
 31776 | D:5      | 31776 ||| Stepping ~*~*~tactically~*~*~ (outnumbered).
 31778 | D:5      | 31778 ||| Stepping ~*~*~tactically~*~*~ (outnumbered).
 31780 | D:5      | 31780 ||| Stepping ~*~*~tactically~*~*~ (outnumbered).
 31782 | D:5      | 31782 ||| Stepping ~*~*~tactically~*~*~ (outnumbered).
 31784 | D:5      | 31784 ||| Stepping ~*~*~tactically~*~*~ (outnumbered).
 31786 | D:5      | 31786 ||| Stepping ~*~*~tactically~*~*~ (outnumbered).
 31788 | D:5      | 31788 ||| Stepping ~*~*~tactically~*~*~ (outnumbered).
 31790 | D:5      | 31790 ||| Stepping ~*~*~tactically~*~*~ (outnumbered).
 31792 | D:5      | 31792 ||| Stepping ~*~*~tactically~*~*~ (outnumbered).
 31794 | D:5      | 31794 ||| Stepping ~*~*~tactically~*~*~ (outnumbered).
 31796 | D:5      | 31796 ||| Stepping ~*~*~tactically~*~*~ (outnumbered).
 31798 | D:5      | 31798 ||| Stepping ~*~*~tactically~*~*~ (outnumbered).
 31800 | D:5      | 31800 ||| Stepping ~*~*~tactically~*~*~ (outnumbered).
 31802 | D:5      | 31802 ||| Stepping ~*~*~tactically~*~*~ (outnumbered).
 31804 | D:5      | 31804 ||| Stepping ~*~*~tactically~*~*~ (outnumbered).
 31806 | D:5      | 31806 ||| Stepping ~*~*~tactically~*~*~ (outnumbered).
 31808 | D:5      | 31808 ||| Stepping ~*~*~tactically~*~*~ (outnumbered).
 31810 | D:5      | 31810 ||| Stepping ~*~*~tactically~*~*~ (outnumbered).
 31812 | D:5      | 31812 ||| Stepping ~*~*~tactically~*~*~ (outnumbered).
 31814 | D:5      | 31814 ||| Stepping ~*~*~tactically~*~*~ (outnumbered).
 31816 | D:5      | 31816 ||| Stepping ~*~*~tactically~*~*~ (outnumbered).
 31818 | D:5      | 31818 ||| Stepping ~*~*~tactically~*~*~ (outnumbered).
 31820 | D:5      | 31820 ||| Stepping ~*~*~tactically~*~*~ (outnumbered).
 31822 | D:5      | 31822 ||| Stepping ~*~*~tactically~*~*~ (outnumbered).
 31826 | D:5      | 31826 ||| Stepping ~*~*~tactically~*~*~ (outnumbered).
 31828 | D:5      | 31828 ||| Stepping ~*~*~tactically~*~*~ (outnumbered).
 31833 | D:5      | 31833 ||| Stepping ~*~*~tactically~*~*~ (outnumbered).
 31835 | D:5      | 31835 ||| Stepping ~*~*~tactically~*~*~ (outnumbered).
 31837 | D:5      | 31837 ||| Stepping ~*~*~tactically~*~*~ (outnumbered).
 31839 | D:5      | 31839 ||| Stepping ~*~*~tactically~*~*~ (outnumbered).
 31842 | D:5      | 31842 ||| Stepping ~*~*~tactically~*~*~ (outnumbered).
 31844 | D:5      | 31844 ||| Stepping ~*~*~tactically~*~*~ (outnumbered).
 31846 | D:5      | 31846 ||| Stepping ~*~*~tactically~*~*~ (outnumbered).
 31848 | D:5      | 31848 ||| Stepping ~*~*~tactically~*~*~ (outnumbered).
 31850 | D:5      | 31850 ||| Stepping ~*~*~tactically~*~*~ (outnumbered).
 31852 | D:5      | 31852 ||| Stepping ~*~*~tactically~*~*~ (outnumbered).
 31854 | D:5      | 31854 ||| Stepping ~*~*~tactically~*~*~ (outnumbered).
 31856 | D:5      | 31856 ||| Stepping ~*~*~tactically~*~*~ (outnumbered).
 31858 | D:5      | 31858 ||| Stepping ~*~*~tactically~*~*~ (outnumbered).
 31860 | D:5      | 31860 ||| Stepping ~*~*~tactically~*~*~ (outnumbered).
 31862 | D:5      | 31862 ||| Stepping ~*~*~tactically~*~*~ (outnumbered).
 31864 | D:5      | 31864 ||| Stepping ~*~*~tactically~*~*~ (outnumbered).
 31866 | D:5      | 31866 ||| Stepping ~*~*~tactically~*~*~ (outnumbered).
 31868 | D:5      | 31868 ||| Stepping ~*~*~tactically~*~*~ (outnumbered).
 31870 | D:5      | 31870 ||| Stepping ~*~*~tactically~*~*~ (outnumbered).
 31872 | D:5      | 31872 ||| Stepping ~*~*~tactically~*~*~ (outnumbered).
 31874 | D:5      | 31874 ||| Stepping ~*~*~tactically~*~*~ (outnumbered).
 31876 | D:5      | 31876 ||| Stepping ~*~*~tactically~*~*~ (outnumbered).
 31878 | D:5      | 31878 ||| Stepping ~*~*~tactically~*~*~ (outnumbered).
 31880 | D:5      | 31880 ||| Stepping ~*~*~tactically~*~*~ (outnumbered).
 31882 | D:5      | 31882 ||| Stepping ~*~*~tactically~*~*~ (outnumbered).
 31884 | D:5      | 31884 ||| Stepping ~*~*~tactically~*~*~ (outnumbered).
 31886 | D:5      | 31886 ||| Stepping ~*~*~tactically~*~*~ (outnumbered).
 31888 | D:5      | 31888 ||| Stepping ~*~*~tactically~*~*~ (outnumbered).
 31890 | D:5      | 31890 ||| Stepping ~*~*~tactically~*~*~ (outnumbered).
 31892 | D:5      | 31892 ||| Stepping ~*~*~tactically~*~*~ (outnumbered).
 31894 | D:5      | 31894 ||| Stepping ~*~*~tactically~*~*~ (outnumbered).
 31896 | D:5      | 31896 ||| Stepping ~*~*~tactically~*~*~ (outnumbered).
 31898 | D:5      | 31898 ||| Stepping ~*~*~tactically~*~*~ (outnumbered).
 31900 | D:5      | 31900 ||| Stepping ~*~*~tactically~*~*~ (outnumbered).
 31902 | D:5      | 31902 ||| Stepping ~*~*~tactically~*~*~ (outnumbered).
 31904 | D:5      | 31904 ||| Stepping ~*~*~tactically~*~*~ (outnumbered).
 31906 | D:5      | 31906 ||| Stepping ~*~*~tactically~*~*~ (outnumbered).
 31908 | D:5      | 31908 ||| Stepping ~*~*~tactically~*~*~ (outnumbered).
 31910 | D:5      | 31910 ||| Stepping ~*~*~tactically~*~*~ (outnumbered).
 31912 | D:5      | 31912 ||| Stepping ~*~*~tactically~*~*~ (outnumbered).
 31914 | D:5      | 31914 ||| Stepping ~*~*~tactically~*~*~ (outnumbered).
 31916 | D:5      | 31916 ||| Stepping ~*~*~tactically~*~*~ (outnumbered).
 31918 | D:5      | 31918 ||| Stepping ~*~*~tactically~*~*~ (outnumbered).
 31920 | D:5      | 31920 ||| Stepping ~*~*~tactically~*~*~ (outnumbered).
 31922 | D:5      | 31922 ||| Stepping ~*~*~tactically~*~*~ (outnumbered).
 31924 | D:5      | 31924 ||| Stepping ~*~*~tactically~*~*~ (outnumbered).
 31926 | D:5      | 31926 ||| Stepping ~*~*~tactically~*~*~ (outnumbered).
 31928 | D:5      | 31928 ||| Stepping ~*~*~tactically~*~*~ (outnumbered).
 31930 | D:5      | 31930 ||| Stepping ~*~*~tactically~*~*~ (outnumbered).
 31932 | D:5      | 31932 ||| Stepping ~*~*~tactically~*~*~ (outnumbered).
 31934 | D:5      | 31934 ||| Stepping ~*~*~tactically~*~*~ (outnumbered).
 31936 | D:5      | 31936 ||| Stepping ~*~*~tactically~*~*~ (outnumbered).
 31938 | D:5      | 31938 ||| Stepping ~*~*~tactically~*~*~ (outnumbered).
 31940 | D:5      | 31940 ||| Stepping ~*~*~tactically~*~*~ (outnumbered).
 31942 | D:5      | 31942 ||| Stepping ~*~*~tactically~*~*~ (outnumbered).
 31945 | D:5      | 31945 ||| Stepping ~*~*~tactically~*~*~ (outnumbered).
 31948 | D:5      | 31948 ||| Stepping ~*~*~tactically~*~*~ (outnumbered).
 31950 | D:5      | 31950 ||| Stepping ~*~*~tactically~*~*~ (outnumbered).
 31952 | D:5      | 31952 ||| Stepping ~*~*~tactically~*~*~ (outnumbered).
 31954 | D:5      | 31954 ||| Stepping ~*~*~tactically~*~*~ (outnumbered).
 31956 | D:5      | 31956 ||| Stepping ~*~*~tactically~*~*~ (outnumbered).
 31958 | D:5      | 31958 ||| Stepping ~*~*~tactically~*~*~ (outnumbered).
 31960 | D:5      | 31960 ||| Stepping ~*~*~tactically~*~*~ (outnumbered).
 31963 | D:5      | 31963 ||| Stepping ~*~*~tactically~*~*~ (outnumbered).
 31965 | D:5      | 31965 ||| Stepping ~*~*~tactically~*~*~ (outnumbered).
 31967 | D:5      | 31967 ||| Stepping ~*~*~tactically~*~*~ (outnumbered).
 31969 | D:5      | 31969 ||| Stepping ~*~*~tactically~*~*~ (outnumbered).
 31971 | D:5      | 31971 ||| Stepping ~*~*~tactically~*~*~ (outnumbered).
 31973 | D:5      | 31973 ||| Stepping ~*~*~tactically~*~*~ (outnumbered).
 31975 | D:5      | 31975 ||| Stepping ~*~*~tactically~*~*~ (outnumbered).
 31979 | D:5      | 31979 ||| Stepping ~*~*~tactically~*~*~ (outnumbered).
 31981 | D:5      | 31981 ||| Stepping ~*~*~tactically~*~*~ (outnumbered).
 31983 | D:5      | 31983 ||| Stepping ~*~*~tactically~*~*~ (outnumbered).
 31985 | D:5      | 31985 ||| Stepping ~*~*~tactically~*~*~ (outnumbered).
 31987 | D:5      | 31987 ||| Stepping ~*~*~tactically~*~*~ (outnumbered).
 31989 | D:5      | 31989 ||| Stepping ~*~*~tactically~*~*~ (outnumbered).
 31991 | D:5      | 31991 ||| Stepping ~*~*~tactically~*~*~ (outnumbered).
 31993 | D:5      | 31993 ||| Stepping ~*~*~tactically~*~*~ (outnumbered).
 31995 | D:5      | 31995 ||| Stepping ~*~*~tactically~*~*~ (outnumbered).
 31997 | D:5      | 31997 ||| Stepping ~*~*~tactically~*~*~ (outnumbered).
 31999 | D:5      | 31999 ||| Stepping ~*~*~tactically~*~*~ (outnumbered).
 32001 | D:5      | 32001 ||| Stepping ~*~*~tactically~*~*~ (outnumbered).
 32003 | D:5      | 32003 ||| Stepping ~*~*~tactically~*~*~ (outnumbered).
 32005 | D:5      | 32005 ||| Stepping ~*~*~tactically~*~*~ (outnumbered).
 32007 | D:5      | 32007 ||| Stepping ~*~*~tactically~*~*~ (outnumbered).
 32009 | D:5      | 32009 ||| Stepping ~*~*~tactically~*~*~ (outnumbered).
 32011 | D:5      | 32011 ||| Stepping ~*~*~tactically~*~*~ (outnumbered).
 32013 | D:5      | 32013 ||| Stepping ~*~*~tactically~*~*~ (outnumbered).
 32015 | D:5      | 32015 ||| Stepping ~*~*~tactically~*~*~ (outnumbered).
 32017 | D:5      | 32017 ||| Stepping ~*~*~tactically~*~*~ (outnumbered).
 32019 | D:5      | 32019 ||| Stepping ~*~*~tactically~*~*~ (outnumbered).
 32021 | D:5      | 32021 ||| Stepping ~*~*~tactically~*~*~ (outnumbered).
 32023 | D:5      | 32023 ||| Stepping ~*~*~tactically~*~*~ (outnumbered).
 32025 | D:5      | 32025 ||| Stepping ~*~*~tactically~*~*~ (outnumbered).
 32027 | D:5      | 32027 ||| Stepping ~*~*~tactically~*~*~ (outnumbered).
 32029 | D:5      | 32029 ||| Stepping ~*~*~tactically~*~*~ (outnumbered).
 32031 | D:5      | 32031 ||| Stepping ~*~*~tactically~*~*~ (outnumbered).
 32033 | D:5      | 32033 ||| Stepping ~*~*~tactically~*~*~ (outnumbered).
 32035 | D:5      | 32035 ||| Stepping ~*~*~tactically~*~*~ (outnumbered).
 32037 | D:5      | 32037 ||| Stepping ~*~*~tactically~*~*~ (outnumbered).
 32039 | D:5      | 32039 ||| Stepping ~*~*~tactically~*~*~ (outnumbered).
 32041 | D:5      | 32041 ||| Stepping ~*~*~tactically~*~*~ (outnumbered).
 32043 | D:5      | 32043 ||| Stepping ~*~*~tactically~*~*~ (outnumbered).
 32045 | D:5      | 32045 ||| Stepping ~*~*~tactically~*~*~ (outnumbered).
 32047 | D:5      | 32047 ||| Stepping ~*~*~tactically~*~*~ (outnumbered).
 32049 | D:5      | 32049 ||| Stepping ~*~*~tactically~*~*~ (outnumbered).
 32054 | D:5      | 32054 ||| Stepping ~*~*~tactically~*~*~ (outnumbered).
 32056 | D:5      | 32056 ||| Stepping ~*~*~tactically~*~*~ (outnumbered).
 32058 | D:5      | 32058 ||| Stepping ~*~*~tactically~*~*~ (outnumbered).
 32060 | D:5      | 32060 ||| Stepping ~*~*~tactically~*~*~ (outnumbered).
 32062 | D:5      | 32062 ||| Stepping ~*~*~tactically~*~*~ (outnumbered).
 32065 | D:5      | 32065 ||| Stepping ~*~*~tactically~*~*~ (outnumbered).
 32067 | D:5      | 32067 ||| Stepping ~*~*~tactically~*~*~ (outnumbered).
 32069 | D:5      | 32069 ||| Stepping ~*~*~tactically~*~*~ (outnumbered).
 32071 | D:5      | 32071 ||| Stepping ~*~*~tactically~*~*~ (outnumbered).
 32073 | D:5      | 32073 ||| Stepping ~*~*~tactically~*~*~ (outnumbered).
 32075 | D:5      | 32075 ||| Stepping ~*~*~tactically~*~*~ (outnumbered).
 32077 | D:5      | 32077 ||| Stepping ~*~*~tactically~*~*~ (outnumbered).
 32079 | D:5      | 32079 ||| Stepping ~*~*~tactically~*~*~ (outnumbered).
 32081 | D:5      | 32081 ||| Stepping ~*~*~tactically~*~*~ (outnumbered).
 32083 | D:5      | 32083 ||| Stepping ~*~*~tactically~*~*~ (outnumbered).
 32085 | D:5      | 32085 ||| Stepping ~*~*~tactically~*~*~ (outnumbered).
 32087 | D:5      | 32087 ||| Stepping ~*~*~tactically~*~*~ (outnumbered).
 32089 | D:5      | 32089 ||| Stepping ~*~*~tactically~*~*~ (outnumbered).
 32091 | D:5      | 32091 ||| Stepping ~*~*~tactically~*~*~ (outnumbered).
 32094 | D:5      | 32094 ||| Stepping ~*~*~tactically~*~*~ (outnumbered).
 32096 | D:5      | 32096 ||| Stepping ~*~*~tactically~*~*~ (outnumbered).
 32100 | D:5      | 32100 ||| Stepping ~*~*~tactically~*~*~ (outnumbered).
 32102 | D:5      | 32102 ||| Stepping ~*~*~tactically~*~*~ (outnumbered).
 32105 | D:5      | 32105 ||| Stepping ~*~*~tactically~*~*~ (outnumbered).
 32107 | D:5      | 32107 ||| Stepping ~*~*~tactically~*~*~ (outnumbered).
 32109 | D:5      | 32109 ||| Stepping ~*~*~tactically~*~*~ (outnumbered).
 32111 | D:5      | 32111 ||| Stepping ~*~*~tactically~*~*~ (outnumbered).
 32113 | D:5      | 32113 ||| Stepping ~*~*~tactically~*~*~ (outnumbered).
 32116 | D:5      | 32116 ||| Stepping ~*~*~tactically~*~*~ (outnumbered).
 32118 | D:5      | 32118 ||| Stepping ~*~*~tactically~*~*~ (outnumbered).
 32120 | D:5      | 32120 ||| Stepping ~*~*~tactically~*~*~ (outnumbered).
 32122 | D:5      | 32122 ||| Stepping ~*~*~tactically~*~*~ (outnumbered).
 32124 | D:5      | 32124 ||| Stepping ~*~*~tactically~*~*~ (outnumbered).
 32126 | D:5      | 32126 ||| Stepping ~*~*~tactically~*~*~ (outnumbered).
 32128 | D:5      | 32128 ||| Stepping ~*~*~tactically~*~*~ (outnumbered).
 32130 | D:5      | 32130 ||| Stepping ~*~*~tactically~*~*~ (outnumbered).
 32132 | D:5      | 32132 ||| Stepping ~*~*~tactically~*~*~ (outnumbered).
 32134 | D:5      | 32134 ||| Stepping ~*~*~tactically~*~*~ (outnumbered).
 32136 | D:5      | 32136 ||| Stepping ~*~*~tactically~*~*~ (outnumbered).
 32138 | D:5      | 32138 ||| Stepping ~*~*~tactically~*~*~ (outnumbered).
 32140 | D:5      | 32140 ||| Stepping ~*~*~tactically~*~*~ (outnumbered).
 32142 | D:5      | 32142 ||| Stepping ~*~*~tactically~*~*~ (outnumbered).
 32144 | D:5      | 32144 ||| Stepping ~*~*~tactically~*~*~ (outnumbered).
 32146 | D:5      | 32146 ||| Stepping ~*~*~tactically~*~*~ (outnumbered).
 32148 | D:5      | 32148 ||| Stepping ~*~*~tactically~*~*~ (outnumbered).
 32150 | D:5      | 32150 ||| Stepping ~*~*~tactically~*~*~ (outnumbered).
 32152 | D:5      | 32152 ||| Stepping ~*~*~tactically~*~*~ (outnumbered).
 32154 | D:5      | 32154 ||| Stepping ~*~*~tactically~*~*~ (outnumbered).
 32156 | D:5      | 32156 ||| Stepping ~*~*~tactically~*~*~ (outnumbered).
 32158 | D:5      | 32158 ||| Stepping ~*~*~tactically~*~*~ (outnumbered).
 32160 | D:5      | 32160 ||| Stepping ~*~*~tactically~*~*~ (outnumbered).
 32162 | D:5      | 32162 ||| Stepping ~*~*~tactically~*~*~ (outnumbered).
 32164 | D:5      | 32164 ||| Stepping ~*~*~tactically~*~*~ (outnumbered).
 32166 | D:5      | 32166 ||| Stepping ~*~*~tactically~*~*~ (outnumbered).
 32168 | D:5      | 32168 ||| Stepping ~*~*~tactically~*~*~ (outnumbered).
 32170 | D:5      | 32170 ||| Stepping ~*~*~tactically~*~*~ (outnumbered).
 32172 | D:5      | 32172 ||| Stepping ~*~*~tactically~*~*~ (outnumbered).
 32174 | D:5      | 32174 ||| Stepping ~*~*~tactically~*~*~ (outnumbered).
 32176 | D:5      | 32176 ||| Stepping ~*~*~tactically~*~*~ (outnumbered).
 32178 | D:5      | 32178 ||| Stepping ~*~*~tactically~*~*~ (outnumbered).
 32182 | D:5      | 32182 ||| Stepping ~*~*~tactically~*~*~ (outnumbered).
 32184 | D:5      | 32184 ||| Stepping ~*~*~tactically~*~*~ (outnumbered).
 32186 | D:5      | 32186 ||| Stepping ~*~*~tactically~*~*~ (outnumbered).
 32188 | D:5      | 32188 ||| Stepping ~*~*~tactically~*~*~ (outnumbered).
 32191 | D:5      | 32191 ||| Stepping ~*~*~tactically~*~*~ (outnumbered).
 32193 | D:5      | 32193 ||| Stepping ~*~*~tactically~*~*~ (outnumbered).
 32195 | D:5      | 32195 ||| Stepping ~*~*~tactically~*~*~ (outnumbered).
 32197 | D:5      | 32197 ||| Stepping ~*~*~tactically~*~*~ (outnumbered).
 32199 | D:5      | 32199 ||| Stepping ~*~*~tactically~*~*~ (outnumbered).
 32201 | D:5      | 32201 ||| Stepping ~*~*~tactically~*~*~ (outnumbered).
 32203 | D:5      | 32203 ||| Stepping ~*~*~tactically~*~*~ (outnumbered).
 32205 | D:5      | 32205 ||| Stepping ~*~*~tactically~*~*~ (outnumbered).
 32207 | D:5      | 32207 ||| Stepping ~*~*~tactically~*~*~ (outnumbered).
 32209 | D:5      | 32209 ||| Stepping ~*~*~tactically~*~*~ (outnumbered).
 32211 | D:5      | 32211 ||| Stepping ~*~*~tactically~*~*~ (outnumbered).
 32214 | D:5      | 32214 ||| Stepping ~*~*~tactically~*~*~ (outnumbered).
 32216 | D:5      | 32216 ||| Stepping ~*~*~tactically~*~*~ (outnumbered).
 32218 | D:5      | 32218 ||| Stepping ~*~*~tactically~*~*~ (outnumbered).
 32220 | D:5      | 32220 ||| Stepping ~*~*~tactically~*~*~ (outnumbered).
 32222 | D:5      | 32222 ||| Stepping ~*~*~tactically~*~*~ (outnumbered).
 32224 | D:5      | 32224 ||| Stepping ~*~*~tactically~*~*~ (outnumbered).
 32226 | D:5      | 32226 ||| Stepping ~*~*~tactically~*~*~ (outnumbered).
 32228 | D:5      | 32228 ||| Stepping ~*~*~tactically~*~*~ (outnumbered).
 32230 | D:5      | 32230 ||| Stepping ~*~*~tactically~*~*~ (outnumbered).
 32233 | D:5      | 32233 ||| Stepping ~*~*~tactically~*~*~ (outnumbered).
 32235 | D:5      | 32235 ||| Stepping ~*~*~tactically~*~*~ (outnumbered).
 32237 | D:5      | 32237 ||| Stepping ~*~*~tactically~*~*~ (outnumbered).
 32239 | D:5      | 32239 ||| Stepping ~*~*~tactically~*~*~ (outnumbered).
 32241 | D:5      | 32241 ||| Stepping ~*~*~tactically~*~*~ (outnumbered).
 32243 | D:5      | 32243 ||| Stepping ~*~*~tactically~*~*~ (outnumbered).
 32245 | D:5      | 32245 ||| Stepping ~*~*~tactically~*~*~ (outnumbered).
 32247 | D:5      | 32247 ||| Stepping ~*~*~tactically~*~*~ (outnumbered).
 32249 | D:5      | 32249 ||| Stepping ~*~*~tactically~*~*~ (outnumbered).
 32251 | D:5      | 32251 ||| Stepping ~*~*~tactically~*~*~ (outnumbered).
 32253 | D:5      | 32253 ||| Stepping ~*~*~tactically~*~*~ (outnumbered).
 32255 | D:5      | 32255 ||| Stepping ~*~*~tactically~*~*~ (outnumbered).
 32258 | D:5      | 32258 ||| Stepping ~*~*~tactically~*~*~ (outnumbered).
 32260 | D:5      | 32260 ||| Stepping ~*~*~tactically~*~*~ (outnumbered).
 32262 | D:5      | 32262 ||| Stepping ~*~*~tactically~*~*~ (outnumbered).
 32264 | D:5      | 32264 ||| Stepping ~*~*~tactically~*~*~ (outnumbered).
 32266 | D:5      | 32266 ||| Stepping ~*~*~tactically~*~*~ (outnumbered).
 32268 | D:5      | 32268 ||| Stepping ~*~*~tactically~*~*~ (outnumbered).
 32270 | D:5      | 32270 ||| Stepping ~*~*~tactically~*~*~ (outnumbered).
 32272 | D:5      | 32272 ||| Stepping ~*~*~tactically~*~*~ (outnumbered).
 32274 | D:5      | 32274 ||| Stepping ~*~*~tactically~*~*~ (outnumbered).
 32276 | D:5      | 32276 ||| Stepping ~*~*~tactically~*~*~ (outnumbered).
 32278 | D:5      | 32278 ||| Stepping ~*~*~tactically~*~*~ (outnumbered).
 32280 | D:5      | 32280 ||| Stepping ~*~*~tactically~*~*~ (outnumbered).
 32282 | D:5      | 32282 ||| Stepping ~*~*~tactically~*~*~ (outnumbered).
 32284 | D:5      | 32284 ||| Stepping ~*~*~tactically~*~*~ (outnumbered).
 32286 | D:5      | 32286 ||| Stepping ~*~*~tactically~*~*~ (outnumbered).
 32288 | D:5      | 32288 ||| Stepping ~*~*~tactically~*~*~ (outnumbered).
 32290 | D:5      | 32290 ||| Stepping ~*~*~tactically~*~*~ (outnumbered).
 32292 | D:5      | 32292 ||| Stepping ~*~*~tactically~*~*~ (outnumbered).
 32294 | D:5      | 32294 ||| Stepping ~*~*~tactically~*~*~ (outnumbered).
 32298 | D:5      | 32298 ||| Stepping ~*~*~tactically~*~*~ (outnumbered).
 32300 | D:5      | 32300 ||| Stepping ~*~*~tactically~*~*~ (outnumbered).
 32302 | D:5      | 32302 ||| Stepping ~*~*~tactically~*~*~ (outnumbered).
 32305 | D:5      | 32305 ||| Stepping ~*~*~tactically~*~*~ (outnumbered).
 32307 | D:5      | 32307 ||| Stepping ~*~*~tactically~*~*~ (outnumbered).
 32309 | D:5      | 32309 ||| Stepping ~*~*~tactically~*~*~ (outnumbered).
 32311 | D:5      | 32311 ||| Stepping ~*~*~tactically~*~*~ (outnumbered).
 32313 | D:5      | 32313 ||| Stepping ~*~*~tactically~*~*~ (outnumbered).
 32315 | D:5      | 32315 ||| Stepping ~*~*~tactically~*~*~ (outnumbered).
 32317 | D:5      | 32317 ||| Stepping ~*~*~tactically~*~*~ (outnumbered).
 32319 | D:5      | 32319 ||| Stepping ~*~*~tactically~*~*~ (outnumbered).
 32322 | D:5      | 32322 ||| Stepping ~*~*~tactically~*~*~ (outnumbered).
 32324 | D:5      | 32324 ||| Stepping ~*~*~tactically~*~*~ (outnumbered).
 32326 | D:5      | 32326 ||| Stepping ~*~*~tactically~*~*~ (outnumbered).
 32329 | D:5      | 32329 ||| Stepping ~*~*~tactically~*~*~ (outnumbered).
 32331 | D:5      | 32331 ||| Stepping ~*~*~tactically~*~*~ (outnumbered).
 32333 | D:5      | 32333 ||| Stepping ~*~*~tactically~*~*~ (outnumbered).
 32335 | D:5      | 32335 ||| Stepping ~*~*~tactically~*~*~ (outnumbered).
 32337 | D:5      | 32337 ||| Stepping ~*~*~tactically~*~*~ (outnumbered).
 32339 | D:5      | 32339 ||| Stepping ~*~*~tactically~*~*~ (outnumbered).
 32341 | D:5      | 32341 ||| Stepping ~*~*~tactically~*~*~ (outnumbered).
 32343 | D:5      | 32343 ||| Stepping ~*~*~tactically~*~*~ (outnumbered).
 32345 | D:5      | 32345 ||| Stepping ~*~*~tactically~*~*~ (outnumbered).
 32347 | D:5      | 32347 ||| Stepping ~*~*~tactically~*~*~ (outnumbered).
 32349 | D:5      | 32349 ||| Stepping ~*~*~tactically~*~*~ (outnumbered).
 32351 | D:5      | 32351 ||| Stepping ~*~*~tactically~*~*~ (outnumbered).
 32356 | D:5      | 32356 ||| Stepping ~*~*~tactically~*~*~ (outnumbered).
 32358 | D:5      | 32358 ||| Stepping ~*~*~tactically~*~*~ (outnumbered).
 32360 | D:5      | 32360 ||| Stepping ~*~*~tactically~*~*~ (outnumbered).
 32362 | D:5      | 32362 ||| Stepping ~*~*~tactically~*~*~ (outnumbered).
 32364 | D:5      | 32364 ||| Stepping ~*~*~tactically~*~*~ (outnumbered).
 32366 | D:5      | 32366 ||| Stepping ~*~*~tactically~*~*~ (outnumbered).
 32368 | D:5      | 32368 ||| Stepping ~*~*~tactically~*~*~ (outnumbered).
 32370 | D:5      | 32370 ||| Stepping ~*~*~tactically~*~*~ (outnumbered).
 32372 | D:5      | 32372 ||| Stepping ~*~*~tactically~*~*~ (outnumbered).
 32374 | D:5      | 32374 ||| Stepping ~*~*~tactically~*~*~ (outnumbered).
 32376 | D:5      | 32376 ||| Stepping ~*~*~tactically~*~*~ (outnumbered).
 32378 | D:5      | 32378 ||| Stepping ~*~*~tactically~*~*~ (outnumbered).
 32380 | D:5      | 32380 ||| Stepping ~*~*~tactically~*~*~ (outnumbered).
 32382 | D:5      | 32382 ||| Stepping ~*~*~tactically~*~*~ (outnumbered).
 32384 | D:5      | 32384 ||| Stepping ~*~*~tactically~*~*~ (outnumbered).
 32386 | D:5      | 32386 ||| Stepping ~*~*~tactically~*~*~ (outnumbered).
 32388 | D:5      | 32388 ||| Stepping ~*~*~tactically~*~*~ (outnumbered).
 32390 | D:5      | 32390 ||| Stepping ~*~*~tactically~*~*~ (outnumbered).
 32393 | D:5      | 32393 ||| Stepping ~*~*~tactically~*~*~ (outnumbered).
 32395 | D:5      | 32395 ||| Stepping ~*~*~tactically~*~*~ (outnumbered).
 32397 | D:5      | 32397 ||| Stepping ~*~*~tactically~*~*~ (outnumbered).
 32399 | D:5      | 32399 ||| Stepping ~*~*~tactically~*~*~ (outnumbered).
 32401 | D:5      | 32401 ||| Stepping ~*~*~tactically~*~*~ (outnumbered).
 32403 | D:5      | 32403 ||| Stepping ~*~*~tactically~*~*~ (outnumbered).
 32405 | D:5      | 32405 ||| Stepping ~*~*~tactically~*~*~ (outnumbered).
 32409 | D:5      | 32409 ||| Stepping ~*~*~tactically~*~*~ (outnumbered).
 32411 | D:5      | 32411 ||| Stepping ~*~*~tactically~*~*~ (outnumbered).
 32413 | D:5      | 32413 ||| Stepping ~*~*~tactically~*~*~ (outnumbered).
 32415 | D:5      | 32415 ||| Stepping ~*~*~tactically~*~*~ (outnumbered).
 32418 | D:5      | 32418 ||| Stepping ~*~*~tactically~*~*~ (outnumbered).
 32420 | D:5      | 32420 ||| Stepping ~*~*~tactically~*~*~ (outnumbered).
 32422 | D:5      | 32422 ||| Stepping ~*~*~tactically~*~*~ (outnumbered).
 32424 | D:5      | 32424 ||| Stepping ~*~*~tactically~*~*~ (outnumbered).
 32426 | D:5      | 32426 ||| Stepping ~*~*~tactically~*~*~ (outnumbered).
 32428 | D:5      | 32428 ||| Stepping ~*~*~tactically~*~*~ (outnumbered).
 32430 | D:5      | 32430 ||| Stepping ~*~*~tactically~*~*~ (outnumbered).
 32432 | D:5      | 32432 ||| Stepping ~*~*~tactically~*~*~ (outnumbered).
 32434 | D:5      | 32434 ||| Stepping ~*~*~tactically~*~*~ (outnumbered).
 32436 | D:5      | 32436 ||| Stepping ~*~*~tactically~*~*~ (outnumbered).
 32439 | D:5      | 32439 ||| Stepping ~*~*~tactically~*~*~ (outnumbered).
 32441 | D:5      | 32441 ||| Stepping ~*~*~tactically~*~*~ (outnumbered).
 32443 | D:5      | 32443 ||| Stepping ~*~*~tactically~*~*~ (outnumbered).
 32445 | D:5      | 32445 ||| Stepping ~*~*~tactically~*~*~ (outnumbered).
 32447 | D:5      | 32447 ||| Stepping ~*~*~tactically~*~*~ (outnumbered).
 32449 | D:5      | 32449 ||| Stepping ~*~*~tactically~*~*~ (outnumbered).
 32451 | D:5      | 32451 ||| Stepping ~*~*~tactically~*~*~ (outnumbered).
 32453 | D:5      | 32453 ||| Stepping ~*~*~tactically~*~*~ (outnumbered).
 32455 | D:5      | 32455 ||| Stepping ~*~*~tactically~*~*~ (outnumbered).
 32457 | D:5      | 32457 ||| Stepping ~*~*~tactically~*~*~ (outnumbered).
 32459 | D:5      | 32459 ||| Stepping ~*~*~tactically~*~*~ (outnumbered).
 32461 | D:5      | 32461 ||| Stepping ~*~*~tactically~*~*~ (outnumbered).
 32463 | D:5      | 32463 ||| Stepping ~*~*~tactically~*~*~ (outnumbered).
 32465 | D:5      | 32465 ||| Stepping ~*~*~tactically~*~*~ (outnumbered).
 32467 | D:5      | 32467 ||| Stepping ~*~*~tactically~*~*~ (outnumbered).
 32471 | D:5      | 32471 ||| Stepping ~*~*~tactically~*~*~ (outnumbered).
 32473 | D:5      | 32473 ||| Stepping ~*~*~tactically~*~*~ (outnumbered).
 32475 | D:5      | 32475 ||| Stepping ~*~*~tactically~*~*~ (outnumbered).
 32477 | D:5      | 32477 ||| Stepping ~*~*~tactically~*~*~ (outnumbered).
 32479 | D:5      | 32479 ||| Stepping ~*~*~tactically~*~*~ (outnumbered).
 32481 | D:5      | 32481 ||| Stepping ~*~*~tactically~*~*~ (outnumbered).
 32483 | D:5      | 32483 ||| Stepping ~*~*~tactically~*~*~ (outnumbered).
 32485 | D:5      | 32485 ||| Stepping ~*~*~tactically~*~*~ (outnumbered).
 32487 | D:5      | 32487 ||| Stepping ~*~*~tactically~*~*~ (outnumbered).
 32489 | D:5      | 32489 ||| Stepping ~*~*~tactically~*~*~ (outnumbered).
 32491 | D:5      | 32491 ||| Stepping ~*~*~tactically~*~*~ (outnumbered).
 32493 | D:5      | 32493 ||| Stepping ~*~*~tactically~*~*~ (outnumbered).
 32495 | D:5      | 32495 ||| Stepping ~*~*~tactically~*~*~ (outnumbered).
 32497 | D:5      | 32497 ||| Stepping ~*~*~tactically~*~*~ (outnumbered).
 32499 | D:5      | 32499 ||| Stepping ~*~*~tactically~*~*~ (outnumbered).
 32501 | D:5      | 32501 ||| Stepping ~*~*~tactically~*~*~ (outnumbered).
 32504 | D:5      | 32504 ||| Stepping ~*~*~tactically~*~*~ (outnumbered).
 32506 | D:5      | 32506 ||| Stepping ~*~*~tactically~*~*~ (outnumbered).
 32508 | D:5      | 32508 ||| Stepping ~*~*~tactically~*~*~ (outnumbered).
 32510 | D:5      | 32510 ||| Stepping ~*~*~tactically~*~*~ (outnumbered).
 32512 | D:5      | 32512 ||| Stepping ~*~*~tactically~*~*~ (outnumbered).
 32514 | D:5      | 32514 ||| Stepping ~*~*~tactically~*~*~ (outnumbered).
 32516 | D:5      | 32516 ||| Stepping ~*~*~tactically~*~*~ (outnumbered).
 32518 | D:5      | 32518 ||| Stepping ~*~*~tactically~*~*~ (outnumbered).
 32520 | D:5      | 32520 ||| Stepping ~*~*~tactically~*~*~ (outnumbered).
 32522 | D:5      | 32522 ||| Stepping ~*~*~tactically~*~*~ (outnumbered).
 32524 | D:5      | 32524 ||| Stepping ~*~*~tactically~*~*~ (outnumbered).
 32528 | D:5      | 32528 ||| Stepping ~*~*~tactically~*~*~ (outnumbered).
 32530 | D:5      | 32530 ||| Stepping ~*~*~tactically~*~*~ (outnumbered).
 32532 | D:5      | 32532 ||| Stepping ~*~*~tactically~*~*~ (outnumbered).
 32534 | D:5      | 32534 ||| Stepping ~*~*~tactically~*~*~ (outnumbered).
 32536 | D:5      | 32536 ||| Stepping ~*~*~tactically~*~*~ (outnumbered).
 32538 | D:5      | 32538 ||| Stepping ~*~*~tactically~*~*~ (outnumbered).
 32540 | D:5      | 32540 ||| Stepping ~*~*~tactically~*~*~ (outnumbered).
 32542 | D:5      | 32542 ||| Stepping ~*~*~tactically~*~*~ (outnumbered).
 32544 | D:5      | 32544 ||| Stepping ~*~*~tactically~*~*~ (outnumbered).
 32546 | D:5      | 32546 ||| Stepping ~*~*~tactically~*~*~ (outnumbered).
 32548 | D:5      | 32548 ||| Stepping ~*~*~tactically~*~*~ (outnumbered).
 32550 | D:5      | 32550 ||| Stepping ~*~*~tactically~*~*~ (outnumbered).
 32552 | D:5      | 32552 ||| Stepping ~*~*~tactically~*~*~ (outnumbered).
 32555 | D:5      | 32555 ||| Stepping ~*~*~tactically~*~*~ (outnumbered).
 32560 | D:5      | 32560 ||| Stepping ~*~*~tactically~*~*~ (outnumbered).
 32562 | D:5      | 32562 ||| Stepping ~*~*~tactically~*~*~ (outnumbered).
 32564 | D:5      | 32564 ||| Stepping ~*~*~tactically~*~*~ (outnumbered).
 32566 | D:5      | 32566 ||| Stepping ~*~*~tactically~*~*~ (outnumbered).
 32568 | D:5      | 32568 ||| Stepping ~*~*~tactically~*~*~ (outnumbered).
 32570 | D:5      | 32570 ||| Stepping ~*~*~tactically~*~*~ (outnumbered).
 32573 | D:5      | 32573 ||| Stepping ~*~*~tactically~*~*~ (outnumbered).
 32575 | D:5      | 32575 ||| Stepping ~*~*~tactically~*~*~ (outnumbered).
 32577 | D:5      | 32577 ||| Stepping ~*~*~tactically~*~*~ (outnumbered).
 32579 | D:5      | 32579 ||| Stepping ~*~*~tactically~*~*~ (outnumbered).
 32581 | D:5      | 32581 ||| Stepping ~*~*~tactically~*~*~ (outnumbered).
 32583 | D:5      | 32583 ||| Stepping ~*~*~tactically~*~*~ (outnumbered).
 32585 | D:5      | 32585 ||| Stepping ~*~*~tactically~*~*~ (outnumbered).
 32587 | D:5      | 32587 ||| Stepping ~*~*~tactically~*~*~ (outnumbered).
 32589 | D:5      | 32589 ||| Stepping ~*~*~tactically~*~*~ (outnumbered).
 32591 | D:5      | 32591 ||| Stepping ~*~*~tactically~*~*~ (outnumbered).
 32593 | D:5      | 32593 ||| Stepping ~*~*~tactically~*~*~ (outnumbered).
 32595 | D:5      | 32595 ||| Stepping ~*~*~tactically~*~*~ (outnumbered).
 32598 | D:5      | 32598 ||| Stepping ~*~*~tactically~*~*~ (outnumbered).
 32600 | D:5      | 32600 ||| Stepping ~*~*~tactically~*~*~ (outnumbered).
 32602 | D:5      | 32602 ||| Stepping ~*~*~tactically~*~*~ (outnumbered).
 32604 | D:5      | 32604 ||| Stepping ~*~*~tactically~*~*~ (outnumbered).
 32606 | D:5      | 32606 ||| Stepping ~*~*~tactically~*~*~ (outnumbered).
 32608 | D:5      | 32608 ||| Stepping ~*~*~tactically~*~*~ (outnumbered).
 32610 | D:5      | 32610 ||| Stepping ~*~*~tactically~*~*~ (outnumbered).
 32614 | D:5      | 32614 ||| Stepping ~*~*~tactically~*~*~ (outnumbered).
 32616 | D:5      | 32616 ||| Stepping ~*~*~tactically~*~*~ (outnumbered).
 32618 | D:5      | 32618 ||| Stepping ~*~*~tactically~*~*~ (outnumbered).
 32620 | D:5      | 32620 ||| Stepping ~*~*~tactically~*~*~ (outnumbered).
 32622 | D:5      | 32622 ||| Stepping ~*~*~tactically~*~*~ (outnumbered).
 32624 | D:5      | 32624 ||| Stepping ~*~*~tactically~*~*~ (outnumbered).
 32626 | D:5      | 32626 ||| Stepping ~*~*~tactically~*~*~ (outnumbered).
 32628 | D:5      | 32628 ||| Stepping ~*~*~tactically~*~*~ (outnumbered).
 32630 | D:5      | 32630 ||| Stepping ~*~*~tactically~*~*~ (outnumbered).
 32632 | D:5      | 32632 ||| Stepping ~*~*~tactically~*~*~ (outnumbered).
 32634 | D:5      | 32634 ||| Stepping ~*~*~tactically~*~*~ (outnumbered).
 32636 | D:5      | 32636 ||| Stepping ~*~*~tactically~*~*~ (outnumbered).
 32638 | D:5      | 32638 ||| Stepping ~*~*~tactically~*~*~ (outnumbered).
 32640 | D:5      | 32640 ||| Stepping ~*~*~tactically~*~*~ (outnumbered).
 32642 | D:5      | 32642 ||| Stepping ~*~*~tactically~*~*~ (outnumbered).
 32644 | D:5      | 32644 ||| Stepping ~*~*~tactically~*~*~ (outnumbered).
 32646 | D:5      | 32646 ||| Stepping ~*~*~tactically~*~*~ (outnumbered).
 32648 | D:5      | 32648 ||| Stepping ~*~*~tactically~*~*~ (outnumbered).
 32650 | D:5      | 32650 ||| Stepping ~*~*~tactically~*~*~ (outnumbered).
 32652 | D:5      | 32652 ||| Stepping ~*~*~tactically~*~*~ (outnumbered).
 32656 | D:5      | 32656 ||| Stepping ~*~*~tactically~*~*~ (outnumbered).
 32658 | D:5      | 32658 ||| Stepping ~*~*~tactically~*~*~ (outnumbered).
 32660 | D:5      | 32660 ||| Stepping ~*~*~tactically~*~*~ (outnumbered).
 32662 | D:5      | 32662 ||| Stepping ~*~*~tactically~*~*~ (outnumbered).
 32664 | D:5      | 32664 ||| Stepping ~*~*~tactically~*~*~ (outnumbered).
 32666 | D:5      | 32666 ||| Stepping ~*~*~tactically~*~*~ (outnumbered).
 32668 | D:5      | 32668 ||| Stepping ~*~*~tactically~*~*~ (outnumbered).
 32672 | D:5      | 32672 ||| Stepping ~*~*~tactically~*~*~ (outnumbered).
 32674 | D:5      | 32674 ||| Stepping ~*~*~tactically~*~*~ (outnumbered).
 32676 | D:5      | 32676 ||| Stepping ~*~*~tactically~*~*~ (outnumbered).
 32678 | D:5      | 32678 ||| Stepping ~*~*~tactically~*~*~ (outnumbered).
 32680 | D:5      | 32680 ||| Stepping ~*~*~tactically~*~*~ (outnumbered).
 32682 | D:5      | 32682 ||| Stepping ~*~*~tactically~*~*~ (outnumbered).
 32684 | D:5      | 32684 ||| Stepping ~*~*~tactically~*~*~ (outnumbered).
 32686 | D:5      | 32686 ||| Stepping ~*~*~tactically~*~*~ (outnumbered).
 32688 | D:5      | 32688 ||| Stepping ~*~*~tactically~*~*~ (outnumbered).
 32690 | D:5      | 32690 ||| Stepping ~*~*~tactically~*~*~ (outnumbered).
 32692 | D:5      | 32692 ||| Stepping ~*~*~tactically~*~*~ (outnumbered).
 32694 | D:5      | 32694 ||| Stepping ~*~*~tactically~*~*~ (outnumbered).
 32696 | D:5      | 32696 ||| Stepping ~*~*~tactically~*~*~ (outnumbered).
 32699 | D:5      | 32699 ||| Stepping ~*~*~tactically~*~*~ (outnumbered).
 32701 | D:5      | 32701 ||| Stepping ~*~*~tactically~*~*~ (outnumbered).
 32703 | D:5      | 32703 ||| Stepping ~*~*~tactically~*~*~ (outnumbered).
 32705 | D:5      | 32705 ||| Stepping ~*~*~tactically~*~*~ (outnumbered).
 32707 | D:5      | 32707 ||| Stepping ~*~*~tactically~*~*~ (outnumbered).
 32709 | D:5      | 32709 ||| Stepping ~*~*~tactically~*~*~ (outnumbered).
 32711 | D:5      | 32711 ||| Stepping ~*~*~tactically~*~*~ (outnumbered).
 32713 | D:5      | 32713 ||| Stepping ~*~*~tactically~*~*~ (outnumbered).
 32716 | D:5      | 32716 ||| Stepping ~*~*~tactically~*~*~ (outnumbered).
 32718 | D:5      | 32718 ||| Stepping ~*~*~tactically~*~*~ (outnumbered).
 32721 | D:5      | 32721 ||| Stepping ~*~*~tactically~*~*~ (outnumbered).
 32723 | D:5      | 32723 ||| Stepping ~*~*~tactically~*~*~ (outnumbered).
 32725 | D:5      | 32725 ||| Stepping ~*~*~tactically~*~*~ (outnumbered).
 32727 | D:5      | 32727 ||| Stepping ~*~*~tactically~*~*~ (outnumbered).
 32730 | D:5      | 32730 ||| Stepping ~*~*~tactically~*~*~ (outnumbered).
 32733 | D:5      | 32733 ||| Stepping ~*~*~tactically~*~*~ (outnumbered).
 32735 | D:5      | 32735 ||| Stepping ~*~*~tactically~*~*~ (outnumbered).
 32737 | D:5      | 32737 ||| Stepping ~*~*~tactically~*~*~ (outnumbered).
 32739 | D:5      | 32739 ||| Stepping ~*~*~tactically~*~*~ (outnumbered).
 32741 | D:5      | 32741 ||| Stepping ~*~*~tactically~*~*~ (outnumbered).
 32744 | D:5      | 32744 ||| Stepping ~*~*~tactically~*~*~ (outnumbered).
 32746 | D:5      | 32746 ||| Stepping ~*~*~tactically~*~*~ (outnumbered).
 32748 | D:5      | 32748 ||| Stepping ~*~*~tactically~*~*~ (outnumbered).
 32750 | D:5      | 32750 ||| Stepping ~*~*~tactically~*~*~ (outnumbered).
 32752 | D:5      | 32752 ||| Stepping ~*~*~tactically~*~*~ (outnumbered).
 32754 | D:5      | 32754 ||| Stepping ~*~*~tactically~*~*~ (outnumbered).
 32758 | D:5      | 32758 ||| Stepping ~*~*~tactically~*~*~ (outnumbered).
 32760 | D:5      | 32760 ||| Stepping ~*~*~tactically~*~*~ (outnumbered).
 32762 | D:5      | 32762 ||| Stepping ~*~*~tactically~*~*~ (outnumbered).
 32764 | D:5      | 32764 ||| Stepping ~*~*~tactically~*~*~ (outnumbered).
 32766 | D:5      | 32766 ||| Stepping ~*~*~tactically~*~*~ (outnumbered).
 32768 | D:5      | 32768 ||| Stepping ~*~*~tactically~*~*~ (outnumbered).
 32770 | D:5      | 32770 ||| Stepping ~*~*~tactically~*~*~ (outnumbered).
 32772 | D:5      | 32772 ||| Stepping ~*~*~tactically~*~*~ (outnumbered).
 32774 | D:5      | 32774 ||| Stepping ~*~*~tactically~*~*~ (outnumbered).
 32776 | D:5      | 32776 ||| Stepping ~*~*~tactically~*~*~ (outnumbered).
 32778 | D:5      | 32778 ||| Stepping ~*~*~tactically~*~*~ (outnumbered).
 32780 | D:5      | 32780 ||| Stepping ~*~*~tactically~*~*~ (outnumbered).
 32782 | D:5      | 32782 ||| Stepping ~*~*~tactically~*~*~ (outnumbered).
 32785 | D:5      | 32785 ||| Stepping ~*~*~tactically~*~*~ (outnumbered).
 32787 | D:5      | 32787 ||| Stepping ~*~*~tactically~*~*~ (outnumbered).
 32791 | D:5      | 32791 ||| Stepping ~*~*~tactically~*~*~ (outnumbered).
 32793 | D:5      | 32793 ||| Stepping ~*~*~tactically~*~*~ (outnumbered).
 32795 | D:5      | 32795 ||| Stepping ~*~*~tactically~*~*~ (outnumbered).
 32797 | D:5      | 32797 ||| Stepping ~*~*~tactically~*~*~ (outnumbered).
 32799 | D:5      | 32799 ||| Stepping ~*~*~tactically~*~*~ (outnumbered).
 32801 | D:5      | 32801 ||| Stepping ~*~*~tactically~*~*~ (outnumbered).
 32804 | D:5      | 32804 ||| Stepping ~*~*~tactically~*~*~ (outnumbered).
 32806 | D:5      | 32806 ||| Stepping ~*~*~tactically~*~*~ (outnumbered).
 32808 | D:5      | 32808 ||| Stepping ~*~*~tactically~*~*~ (outnumbered).
 32810 | D:5      | 32810 ||| Stepping ~*~*~tactically~*~*~ (outnumbered).
 32812 | D:5      | 32812 ||| Stepping ~*~*~tactically~*~*~ (outnumbered).
 32815 | D:5      | 32815 ||| Stepping ~*~*~tactically~*~*~ (outnumbered).
 32817 | D:5      | 32817 ||| Stepping ~*~*~tactically~*~*~ (outnumbered).
 32819 | D:5      | 32819 ||| Stepping ~*~*~tactically~*~*~ (outnumbered).
 32821 | D:5      | 32821 ||| Stepping ~*~*~tactically~*~*~ (outnumbered).
 32823 | D:5      | 32823 ||| Stepping ~*~*~tactically~*~*~ (outnumbered).
 32825 | D:5      | 32825 ||| Stepping ~*~*~tactically~*~*~ (outnumbered).
 32827 | D:5      | 32827 ||| Stepping ~*~*~tactically~*~*~ (outnumbered).
 32829 | D:5      | 32829 ||| Stepping ~*~*~tactically~*~*~ (outnumbered).
 32831 | D:5      | 32831 ||| Stepping ~*~*~tactically~*~*~ (outnumbered).
 32833 | D:5      | 32833 ||| Stepping ~*~*~tactically~*~*~ (outnumbered).
 32835 | D:5      | 32835 ||| Stepping ~*~*~tactically~*~*~ (outnumbered).
 32837 | D:5      | 32837 ||| Stepping ~*~*~tactically~*~*~ (outnumbered).
 32839 | D:5      | 32839 ||| Stepping ~*~*~tactically~*~*~ (outnumbered).
 32841 | D:5      | 32841 ||| Stepping ~*~*~tactically~*~*~ (outnumbered).
 32843 | D:5      | 32843 ||| Stepping ~*~*~tactically~*~*~ (outnumbered).
 32845 | D:5      | 32845 ||| Stepping ~*~*~tactically~*~*~ (outnumbered).
 32847 | D:5      | 32847 ||| Stepping ~*~*~tactically~*~*~ (outnumbered).
 32849 | D:5      | 32849 ||| Stepping ~*~*~tactically~*~*~ (outnumbered).
 32851 | D:5      | 32851 ||| Stepping ~*~*~tactically~*~*~ (outnumbered).
 32853 | D:5      | 32853 ||| Stepping ~*~*~tactically~*~*~ (outnumbered).
 32855 | D:5      | 32855 ||| Stepping ~*~*~tactically~*~*~ (outnumbered).
 32857 | D:5      | 32857 ||| Stepping ~*~*~tactically~*~*~ (outnumbered).
 32861 | D:5      | 32861 ||| Stepping ~*~*~tactically~*~*~ (outnumbered).
 32863 | D:5      | 32863 ||| Stepping ~*~*~tactically~*~*~ (outnumbered).
 32865 | D:5      | 32865 ||| Stepping ~*~*~tactically~*~*~ (outnumbered).
 32867 | D:5      | 32867 ||| Stepping ~*~*~tactically~*~*~ (outnumbered).
 32869 | D:5      | 32869 ||| Stepping ~*~*~tactically~*~*~ (outnumbered).
 32871 | D:5      | 32871 ||| Stepping ~*~*~tactically~*~*~ (outnumbered).
 32873 | D:5      | 32873 ||| Stepping ~*~*~tactically~*~*~ (outnumbered).
 32875 | D:5      | 32875 ||| Stepping ~*~*~tactically~*~*~ (outnumbered).
 32877 | D:5      | 32877 ||| Stepping ~*~*~tactically~*~*~ (outnumbered).
 32879 | D:5      | 32879 ||| Stepping ~*~*~tactically~*~*~ (outnumbered).
 32883 | D:5      | 32883 ||| Stepping ~*~*~tactically~*~*~ (outnumbered).
 32886 | D:5      | 32886 ||| Stepping ~*~*~tactically~*~*~ (outnumbered).
 32888 | D:5      | 32888 ||| Stepping ~*~*~tactically~*~*~ (outnumbered).
 32890 | D:5      | 32890 ||| Stepping ~*~*~tactically~*~*~ (outnumbered).
 32892 | D:5      | 32892 ||| Stepping ~*~*~tactically~*~*~ (outnumbered).
 32894 | D:5      | 32894 ||| Stepping ~*~*~tactically~*~*~ (outnumbered).
 32896 | D:5      | 32896 ||| Stepping ~*~*~tactically~*~*~ (outnumbered).
 32898 | D:5      | 32898 ||| Stepping ~*~*~tactically~*~*~ (outnumbered).
 32900 | D:5      | 32900 ||| Stepping ~*~*~tactically~*~*~ (outnumbered).
 32902 | D:5      | 32902 ||| Stepping ~*~*~tactically~*~*~ (outnumbered).
 32904 | D:5      | 32904 ||| Stepping ~*~*~tactically~*~*~ (outnumbered).
 32906 | D:5      | 32906 ||| Stepping ~*~*~tactically~*~*~ (outnumbered).
 32908 | D:5      | 32908 ||| Stepping ~*~*~tactically~*~*~ (outnumbered).
 32910 | D:5      | 32910 ||| Stepping ~*~*~tactically~*~*~ (outnumbered).
 32912 | D:5      | 32912 ||| Stepping ~*~*~tactically~*~*~ (outnumbered).
 32914 | D:5      | 32914 ||| Stepping ~*~*~tactically~*~*~ (outnumbered).
 32916 | D:5      | 32916 ||| Stepping ~*~*~tactically~*~*~ (outnumbered).
 32918 | D:5      | 32918 ||| Stepping ~*~*~tactically~*~*~ (outnumbered).
 32920 | D:5      | 32920 ||| Stepping ~*~*~tactically~*~*~ (outnumbered).
 32922 | D:5      | 32922 ||| Stepping ~*~*~tactically~*~*~ (outnumbered).
 32924 | D:5      | 32924 ||| Stepping ~*~*~tactically~*~*~ (outnumbered).
 32926 | D:5      | 32926 ||| Stepping ~*~*~tactically~*~*~ (outnumbered).
 32928 | D:5      | 32928 ||| Stepping ~*~*~tactically~*~*~ (outnumbered).
 32930 | D:5      | 32930 ||| Stepping ~*~*~tactically~*~*~ (outnumbered).
 32932 | D:5      | 32932 ||| Stepping ~*~*~tactically~*~*~ (outnumbered).
 32934 | D:5      | 32934 ||| Stepping ~*~*~tactically~*~*~ (outnumbered).
 32936 | D:5      | 32936 ||| Stepping ~*~*~tactically~*~*~ (outnumbered).
 32938 | D:5      | 32938 ||| Stepping ~*~*~tactically~*~*~ (outnumbered).
 32940 | D:5      | 32940 ||| Stepping ~*~*~tactically~*~*~ (outnumbered).
 32942 | D:5      | 32942 ||| Stepping ~*~*~tactically~*~*~ (outnumbered).
 32944 | D:5      | 32944 ||| Stepping ~*~*~tactically~*~*~ (outnumbered).
 32948 | D:5      | 32948 ||| Stepping ~*~*~tactically~*~*~ (outnumbered).
 32950 | D:5      | 32950 ||| Stepping ~*~*~tactically~*~*~ (outnumbered).
 32952 | D:5      | 32952 ||| Stepping ~*~*~tactically~*~*~ (outnumbered).
 32954 | D:5      | 32954 ||| Stepping ~*~*~tactically~*~*~ (outnumbered).
 32956 | D:5      | 32956 ||| Stepping ~*~*~tactically~*~*~ (outnumbered).
 32958 | D:5      | 32958 ||| Stepping ~*~*~tactically~*~*~ (outnumbered).
 32960 | D:5      | 32960 ||| Stepping ~*~*~tactically~*~*~ (outnumbered).
 32962 | D:5      | 32962 ||| Stepping ~*~*~tactically~*~*~ (outnumbered).
 32964 | D:5      | 32964 ||| Stepping ~*~*~tactically~*~*~ (outnumbered).
 32966 | D:5      | 32966 ||| Stepping ~*~*~tactically~*~*~ (outnumbered).
 32968 | D:5      | 32968 ||| Stepping ~*~*~tactically~*~*~ (outnumbered).
 32972 | D:5      | 32972 ||| Stepping ~*~*~tactically~*~*~ (outnumbered).
 32975 | D:5      | 32975 ||| Stepping ~*~*~tactically~*~*~ (outnumbered).
 32978 | D:5      | 32978 ||| Stepping ~*~*~tactically~*~*~ (outnumbered).
 32980 | D:5      | 32980 ||| Stepping ~*~*~tactically~*~*~ (outnumbered).
 32982 | D:5      | 32982 ||| Stepping ~*~*~tactically~*~*~ (outnumbered).
 32984 | D:5      | 32984 ||| Stepping ~*~*~tactically~*~*~ (outnumbered).
 32986 | D:5      | 32986 ||| Stepping ~*~*~tactically~*~*~ (outnumbered).
 32988 | D:5      | 32988 ||| Stepping ~*~*~tactically~*~*~ (outnumbered).
 32990 | D:5      | 32990 ||| Stepping ~*~*~tactically~*~*~ (outnumbered).
 32992 | D:5      | 32992 ||| Stepping ~*~*~tactically~*~*~ (outnumbered).
 32994 | D:5      | 32994 ||| Stepping ~*~*~tactically~*~*~ (outnumbered).
 32996 | D:5      | 32996 ||| Stepping ~*~*~tactically~*~*~ (outnumbered).
 32998 | D:5      | 32998 ||| Stepping ~*~*~tactically~*~*~ (outnumbered).
 33000 | D:5      | 33000 ||| Stepping ~*~*~tactically~*~*~ (outnumbered).
 33002 | D:5      | 33002 ||| Stepping ~*~*~tactically~*~*~ (outnumbered).
 33004 | D:5      | 33004 ||| Stepping ~*~*~tactically~*~*~ (outnumbered).
 33006 | D:5      | 33006 ||| Stepping ~*~*~tactically~*~*~ (outnumbered).
 33008 | D:5      | 33008 ||| Stepping ~*~*~tactically~*~*~ (outnumbered).
 33010 | D:5      | 33010 ||| Stepping ~*~*~tactically~*~*~ (outnumbered).
 33012 | D:5      | 33012 ||| Stepping ~*~*~tactically~*~*~ (outnumbered).
 33014 | D:5      | 33014 ||| Stepping ~*~*~tactically~*~*~ (outnumbered).
 33016 | D:5      | 33016 ||| Stepping ~*~*~tactically~*~*~ (outnumbered).
 33018 | D:5      | 33018 ||| Stepping ~*~*~tactically~*~*~ (outnumbered).
 33020 | D:5      | 33020 ||| Stepping ~*~*~tactically~*~*~ (outnumbered).
 33022 | D:5      | 33022 ||| Stepping ~*~*~tactically~*~*~ (outnumbered).
 33024 | D:5      | 33024 ||| Stepping ~*~*~tactically~*~*~ (outnumbered).
 33026 | D:5      | 33026 ||| Stepping ~*~*~tactically~*~*~ (outnumbered).
 33028 | D:5      | 33028 ||| Stepping ~*~*~tactically~*~*~ (outnumbered).
 33030 | D:5      | 33030 ||| Stepping ~*~*~tactically~*~*~ (outnumbered).
 33033 | D:5      | 33033 ||| Stepping ~*~*~tactically~*~*~ (outnumbered).
 33035 | D:5      | 33035 ||| Stepping ~*~*~tactically~*~*~ (outnumbered).
 33037 | D:5      | 33037 ||| Stepping ~*~*~tactically~*~*~ (outnumbered).
 33039 | D:5      | 33039 ||| Stepping ~*~*~tactically~*~*~ (outnumbered).
 33041 | D:5      | 33041 ||| Stepping ~*~*~tactically~*~*~ (outnumbered).
 33043 | D:5      | 33043 ||| Stepping ~*~*~tactically~*~*~ (outnumbered).
 33045 | D:5      | 33045 ||| Stepping ~*~*~tactically~*~*~ (outnumbered).
 33047 | D:5      | 33047 ||| Stepping ~*~*~tactically~*~*~ (outnumbered).
 33050 | D:5      | 33050 ||| Stepping ~*~*~tactically~*~*~ (outnumbered).
 33052 | D:5      | 33052 ||| Stepping ~*~*~tactically~*~*~ (outnumbered).
 33054 | D:5      | 33054 ||| Stepping ~*~*~tactically~*~*~ (outnumbered).
 33056 | D:5      | 33056 ||| Stepping ~*~*~tactically~*~*~ (outnumbered).
 33058 | D:5      | 33058 ||| Stepping ~*~*~tactically~*~*~ (outnumbered).
 33060 | D:5      | 33060 ||| Stepping ~*~*~tactically~*~*~ (outnumbered).
 33062 | D:5      | 33062 ||| Stepping ~*~*~tactically~*~*~ (outnumbered).
 33064 | D:5      | 33064 ||| Stepping ~*~*~tactically~*~*~ (outnumbered).
 33066 | D:5      | 33066 ||| Stepping ~*~*~tactically~*~*~ (outnumbered).
 33068 | D:5      | 33068 ||| Stepping ~*~*~tactically~*~*~ (outnumbered).
 33070 | D:5      | 33070 ||| Stepping ~*~*~tactically~*~*~ (outnumbered).
 33072 | D:5      | 33072 ||| Stepping ~*~*~tactically~*~*~ (outnumbered).
 33074 | D:5      | 33074 ||| Stepping ~*~*~tactically~*~*~ (outnumbered).
 33076 | D:5      | 33076 ||| Stepping ~*~*~tactically~*~*~ (outnumbered).
 33078 | D:5      | 33078 ||| Stepping ~*~*~tactically~*~*~ (outnumbered).
 33080 | D:5      | 33080 ||| Stepping ~*~*~tactically~*~*~ (outnumbered).
 33082 | D:5      | 33082 ||| Stepping ~*~*~tactically~*~*~ (outnumbered).
 33084 | D:5      | 33084 ||| Stepping ~*~*~tactically~*~*~ (outnumbered).
 33086 | D:5      | 33086 ||| Stepping ~*~*~tactically~*~*~ (outnumbered).
 33088 | D:5      | 33088 ||| Stepping ~*~*~tactically~*~*~ (outnumbered).
 33090 | D:5      | 33090 ||| Stepping ~*~*~tactically~*~*~ (outnumbered).
 33092 | D:5      | 33092 ||| Stepping ~*~*~tactically~*~*~ (outnumbered).
 33094 | D:5      | 33094 ||| Stepping ~*~*~tactically~*~*~ (outnumbered).
 33096 | D:5      | 33096 ||| Stepping ~*~*~tactically~*~*~ (outnumbered).
 33098 | D:5      | 33098 ||| Stepping ~*~*~tactically~*~*~ (outnumbered).
 33100 | D:5      | 33100 ||| Stepping ~*~*~tactically~*~*~ (outnumbered).
 33102 | D:5      | 33102 ||| Stepping ~*~*~tactically~*~*~ (outnumbered).
 33104 | D:5      | 33104 ||| Stepping ~*~*~tactically~*~*~ (outnumbered).
 33106 | D:5      | 33106 ||| Stepping ~*~*~tactically~*~*~ (outnumbered).
 33108 | D:5      | 33108 ||| Stepping ~*~*~tactically~*~*~ (outnumbered).
 33110 | D:5      | 33110 ||| Stepping ~*~*~tactically~*~*~ (outnumbered).
 33112 | D:5      | 33112 ||| Stepping ~*~*~tactically~*~*~ (outnumbered).
 33114 | D:5      | 33114 ||| Stepping ~*~*~tactically~*~*~ (outnumbered).
 33116 | D:5      | 33116 ||| Stepping ~*~*~tactically~*~*~ (outnumbered).
 33118 | D:5      | 33118 ||| Stepping ~*~*~tactically~*~*~ (outnumbered).
 33120 | D:5      | 33120 ||| Stepping ~*~*~tactically~*~*~ (outnumbered).
 33122 | D:5      | 33122 ||| Stepping ~*~*~tactically~*~*~ (outnumbered).
 33124 | D:5      | 33124 ||| Stepping ~*~*~tactically~*~*~ (outnumbered).
 33126 | D:5      | 33126 ||| Stepping ~*~*~tactically~*~*~ (outnumbered).
 33128 | D:5      | 33128 ||| Stepping ~*~*~tactically~*~*~ (outnumbered).
 33130 | D:5      | 33130 ||| Stepping ~*~*~tactically~*~*~ (outnumbered).
 33132 | D:5      | 33132 ||| Stepping ~*~*~tactically~*~*~ (outnumbered).
 33134 | D:5      | 33134 ||| Stepping ~*~*~tactically~*~*~ (outnumbered).
 33136 | D:5      | 33136 ||| Stepping ~*~*~tactically~*~*~ (outnumbered).
 33138 | D:5      | 33138 ||| Stepping ~*~*~tactically~*~*~ (outnumbered).
 33140 | D:5      | 33140 ||| Stepping ~*~*~tactically~*~*~ (outnumbered).
 33142 | D:5      | 33142 ||| Stepping ~*~*~tactically~*~*~ (outnumbered).
 33144 | D:5      | 33144 ||| Stepping ~*~*~tactically~*~*~ (outnumbered).
 33146 | D:5      | 33146 ||| Stepping ~*~*~tactically~*~*~ (outnumbered).
 33150 | D:5      | 33150 ||| Stepping ~*~*~tactically~*~*~ (outnumbered).
 33152 | D:5      | 33152 ||| Stepping ~*~*~tactically~*~*~ (outnumbered).
 33154 | D:5      | 33154 ||| Stepping ~*~*~tactically~*~*~ (outnumbered).
 33156 | D:5      | 33156 ||| Stepping ~*~*~tactically~*~*~ (outnumbered).
 33158 | D:5      | 33158 ||| Stepping ~*~*~tactically~*~*~ (outnumbered).
 33160 | D:5      | 33160 ||| Stepping ~*~*~tactically~*~*~ (outnumbered).
 33162 | D:5      | 33162 ||| Stepping ~*~*~tactically~*~*~ (outnumbered).
 33164 | D:5      | 33164 ||| Stepping ~*~*~tactically~*~*~ (outnumbered).
 33167 | D:5      | 33167 ||| Stepping ~*~*~tactically~*~*~ (outnumbered).
 33169 | D:5      | 33169 ||| Stepping ~*~*~tactically~*~*~ (outnumbered).
 33171 | D:5      | 33171 ||| Stepping ~*~*~tactically~*~*~ (outnumbered).
 33173 | D:5      | 33173 ||| Stepping ~*~*~tactically~*~*~ (outnumbered).
 33175 | D:5      | 33175 ||| Stepping ~*~*~tactically~*~*~ (outnumbered).
 33177 | D:5      | 33177 ||| Stepping ~*~*~tactically~*~*~ (outnumbered).
 33179 | D:5      | 33179 ||| Stepping ~*~*~tactically~*~*~ (outnumbered).
 33181 | D:5      | 33181 ||| Stepping ~*~*~tactically~*~*~ (outnumbered).
 33183 | D:5      | 33183 ||| Stepping ~*~*~tactically~*~*~ (outnumbered).
 33185 | D:5      | 33185 ||| Stepping ~*~*~tactically~*~*~ (outnumbered).
 33187 | D:5      | 33187 ||| Stepping ~*~*~tactically~*~*~ (outnumbered).
 33189 | D:5      | 33189 ||| Stepping ~*~*~tactically~*~*~ (outnumbered).
 33191 | D:5      | 33191 ||| Stepping ~*~*~tactically~*~*~ (outnumbered).
 33193 | D:5      | 33193 ||| Stepping ~*~*~tactically~*~*~ (outnumbered).
 33195 | D:5      | 33195 ||| Stepping ~*~*~tactically~*~*~ (outnumbered).
 33197 | D:5      | 33197 ||| Stepping ~*~*~tactically~*~*~ (outnumbered).
 33199 | D:5      | 33199 ||| Stepping ~*~*~tactically~*~*~ (outnumbered).
 33201 | D:5      | 33201 ||| Stepping ~*~*~tactically~*~*~ (outnumbered).
 33203 | D:5      | 33203 ||| Stepping ~*~*~tactically~*~*~ (outnumbered).
 33205 | D:5      | 33205 ||| Stepping ~*~*~tactically~*~*~ (outnumbered).
 33207 | D:5      | 33207 ||| Stepping ~*~*~tactically~*~*~ (outnumbered).
 33210 | D:5      | 33210 ||| Stepping ~*~*~tactically~*~*~ (outnumbered).
 33212 | D:5      | 33212 ||| Stepping ~*~*~tactically~*~*~ (outnumbered).
 33214 | D:5      | 33214 ||| Stepping ~*~*~tactically~*~*~ (outnumbered).
 33216 | D:5      | 33216 ||| Stepping ~*~*~tactically~*~*~ (outnumbered).
 33218 | D:5      | 33218 ||| Stepping ~*~*~tactically~*~*~ (outnumbered).
 33220 | D:5      | 33220 ||| Stepping ~*~*~tactically~*~*~ (outnumbered).
 33222 | D:5      | 33222 ||| Stepping ~*~*~tactically~*~*~ (outnumbered).
 33226 | D:5      | 33226 ||| Stepping ~*~*~tactically~*~*~ (outnumbered).
 33228 | D:5      | 33228 ||| Stepping ~*~*~tactically~*~*~ (outnumbered).
 33230 | D:5      | 33230 ||| Stepping ~*~*~tactically~*~*~ (outnumbered).
 33234 | D:5      | 33234 ||| Stepping ~*~*~tactically~*~*~ (outnumbered).
 33236 | D:5      | 33236 ||| Stepping ~*~*~tactically~*~*~ (outnumbered).
 33238 | D:5      | 33238 ||| Stepping ~*~*~tactically~*~*~ (outnumbered).
 33243 | D:5      | 33243 ||| Stepping ~*~*~tactically~*~*~ (outnumbered).
 33245 | D:5      | 33245 ||| Stepping ~*~*~tactically~*~*~ (outnumbered).
 33248 | D:5      | 33248 ||| Stepping ~*~*~tactically~*~*~ (outnumbered).
 33250 | D:5      | 33250 ||| Stepping ~*~*~tactically~*~*~ (outnumbered).
 33253 | D:5      | 33253 ||| Stepping ~*~*~tactically~*~*~ (outnumbered).
 33255 | D:5      | 33255 ||| Stepping ~*~*~tactically~*~*~ (outnumbered).
 33257 | D:5      | 33257 ||| Stepping ~*~*~tactically~*~*~ (outnumbered).
 33259 | D:5      | 33259 ||| Stepping ~*~*~tactically~*~*~ (outnumbered).
 33261 | D:5      | 33261 ||| Stepping ~*~*~tactically~*~*~ (outnumbered).
 33263 | D:5      | 33263 ||| Stepping ~*~*~tactically~*~*~ (outnumbered).
 33265 | D:5      | 33265 ||| Stepping ~*~*~tactically~*~*~ (outnumbered).
 33267 | D:5      | 33267 ||| Stepping ~*~*~tactically~*~*~ (outnumbered).
 33269 | D:5      | 33269 ||| Stepping ~*~*~tactically~*~*~ (outnumbered).
 33271 | D:5      | 33271 ||| Stepping ~*~*~tactically~*~*~ (outnumbered).
 33273 | D:5      | 33273 ||| Stepping ~*~*~tactically~*~*~ (outnumbered).
 33275 | D:5      | 33275 ||| Stepping ~*~*~tactically~*~*~ (outnumbered).
 33277 | D:5      | 33277 ||| Stepping ~*~*~tactically~*~*~ (outnumbered).
 33279 | D:5      | 33279 ||| Stepping ~*~*~tactically~*~*~ (outnumbered).
 33281 | D:5      | 33281 ||| Stepping ~*~*~tactically~*~*~ (outnumbered).
 33283 | D:5      | 33283 ||| Stepping ~*~*~tactically~*~*~ (outnumbered).
 33285 | D:5      | 33285 ||| Stepping ~*~*~tactically~*~*~ (outnumbered).
 33287 | D:5      | 33287 ||| Stepping ~*~*~tactically~*~*~ (outnumbered).
 33289 | D:5      | 33289 ||| Stepping ~*~*~tactically~*~*~ (outnumbered).
 33292 | D:5      | 33292 ||| Stepping ~*~*~tactically~*~*~ (outnumbered).
 33294 | D:5      | 33294 ||| Stepping ~*~*~tactically~*~*~ (outnumbered).
 33298 | D:5      | 33298 ||| Stepping ~*~*~tactically~*~*~ (outnumbered).
 33300 | D:5      | 33300 ||| Stepping ~*~*~tactically~*~*~ (outnumbered).
 33302 | D:5      | 33302 ||| Stepping ~*~*~tactically~*~*~ (outnumbered).
 33304 | D:5      | 33304 ||| Stepping ~*~*~tactically~*~*~ (outnumbered).
 33306 | D:5      | 33306 ||| Stepping ~*~*~tactically~*~*~ (outnumbered).
 33308 | D:5      | 33308 ||| Stepping ~*~*~tactically~*~*~ (outnumbered).
 33310 | D:5      | 33310 ||| Stepping ~*~*~tactically~*~*~ (outnumbered).
 33312 | D:5      | 33312 ||| Stepping ~*~*~tactically~*~*~ (outnumbered).
 33314 | D:5      | 33314 ||| Stepping ~*~*~tactically~*~*~ (outnumbered).
 33316 | D:5      | 33316 ||| Stepping ~*~*~tactically~*~*~ (outnumbered).
 33318 | D:5      | 33318 ||| Stepping ~*~*~tactically~*~*~ (outnumbered).
 33320 | D:5      | 33320 ||| Stepping ~*~*~tactically~*~*~ (outnumbered).
 33323 | D:5      | 33323 ||| Stepping ~*~*~tactically~*~*~ (outnumbered).
 33325 | D:5      | 33325 ||| Stepping ~*~*~tactically~*~*~ (outnumbered).
 33327 | D:5      | 33327 ||| Stepping ~*~*~tactically~*~*~ (outnumbered).
 33329 | D:5      | 33329 ||| Stepping ~*~*~tactically~*~*~ (outnumbered).
 33331 | D:5      | 33331 ||| Stepping ~*~*~tactically~*~*~ (outnumbered).
 33333 | D:5      | 33333 ||| Stepping ~*~*~tactically~*~*~ (outnumbered).
 33335 | D:5      | 33335 ||| Stepping ~*~*~tactically~*~*~ (outnumbered).
 33338 | D:5      | 33338 ||| Stepping ~*~*~tactically~*~*~ (outnumbered).
 33340 | D:5      | 33340 ||| Stepping ~*~*~tactically~*~*~ (outnumbered).
 33342 | D:5      | 33342 ||| Stepping ~*~*~tactically~*~*~ (outnumbered).
 33344 | D:5      | 33344 ||| Stepping ~*~*~tactically~*~*~ (outnumbered).
 33349 | D:5      | 33349 ||| Stepping ~*~*~tactically~*~*~ (outnumbered).
 33351 | D:5      | 33351 ||| Stepping ~*~*~tactically~*~*~ (outnumbered).
 33353 | D:5      | 33353 ||| Stepping ~*~*~tactically~*~*~ (outnumbered).
 33355 | D:5      | 33355 ||| Stepping ~*~*~tactically~*~*~ (outnumbered).
 33357 | D:5      | 33357 ||| Stepping ~*~*~tactically~*~*~ (outnumbered).
 33359 | D:5      | 33359 ||| Stepping ~*~*~tactically~*~*~ (outnumbered).
 33361 | D:5      | 33361 ||| Stepping ~*~*~tactically~*~*~ (outnumbered).
 33363 | D:5      | 33363 ||| Stepping ~*~*~tactically~*~*~ (outnumbered).
 33365 | D:5      | 33365 ||| Stepping ~*~*~tactically~*~*~ (outnumbered).
 33367 | D:5      | 33367 ||| Stepping ~*~*~tactically~*~*~ (outnumbered).
 33369 | D:5      | 33369 ||| Stepping ~*~*~tactically~*~*~ (outnumbered).
 33371 | D:5      | 33371 ||| Stepping ~*~*~tactically~*~*~ (outnumbered).
 33373 | D:5      | 33373 ||| Stepping ~*~*~tactically~*~*~ (outnumbered).
 33375 | D:5      | 33375 ||| Stepping ~*~*~tactically~*~*~ (outnumbered).
 33377 | D:5      | 33377 ||| Stepping ~*~*~tactically~*~*~ (outnumbered).
 33379 | D:5      | 33379 ||| Stepping ~*~*~tactically~*~*~ (outnumbered).
 33382 | D:5      | 33382 ||| Stepping ~*~*~tactically~*~*~ (outnumbered).
 33384 | D:5      | 33384 ||| Stepping ~*~*~tactically~*~*~ (outnumbered).
 33386 | D:5      | 33386 ||| Stepping ~*~*~tactically~*~*~ (outnumbered).
 33388 | D:5      | 33388 ||| Stepping ~*~*~tactically~*~*~ (outnumbered).
 33390 | D:5      | 33390 ||| Stepping ~*~*~tactically~*~*~ (outnumbered).
 33392 | D:5      | 33392 ||| Stepping ~*~*~tactically~*~*~ (outnumbered).
 33394 | D:5      | 33394 ||| Stepping ~*~*~tactically~*~*~ (outnumbered).
 33396 | D:5      | 33396 ||| Stepping ~*~*~tactically~*~*~ (outnumbered).
 33398 | D:5      | 33398 ||| Stepping ~*~*~tactically~*~*~ (outnumbered).
 33400 | D:5      | 33400 ||| Stepping ~*~*~tactically~*~*~ (outnumbered).
 33402 | D:5      | 33402 ||| Stepping ~*~*~tactically~*~*~ (outnumbered).
 33404 | D:5      | 33404 ||| Stepping ~*~*~tactically~*~*~ (outnumbered).
 33406 | D:5      | 33406 ||| Stepping ~*~*~tactically~*~*~ (outnumbered).
 33408 | D:5      | 33408 ||| Stepping ~*~*~tactically~*~*~ (outnumbered).
 33410 | D:5      | 33410 ||| Stepping ~*~*~tactically~*~*~ (outnumbered).
 33412 | D:5      | 33412 ||| Stepping ~*~*~tactically~*~*~ (outnumbered).
 33414 | D:5      | 33414 ||| Stepping ~*~*~tactically~*~*~ (outnumbered).
 33416 | D:5      | 33416 ||| Stepping ~*~*~tactically~*~*~ (outnumbered).
 33418 | D:5      | 33418 ||| Stepping ~*~*~tactically~*~*~ (outnumbered).
 33420 | D:5      | 33420 ||| Stepping ~*~*~tactically~*~*~ (outnumbered).
 33422 | D:5      | 33422 ||| Stepping ~*~*~tactically~*~*~ (outnumbered).
 33424 | D:5      | 33424 ||| Stepping ~*~*~tactically~*~*~ (outnumbered).
 33426 | D:5      | 33426 ||| Stepping ~*~*~tactically~*~*~ (outnumbered).
 33428 | D:5      | 33428 ||| Stepping ~*~*~tactically~*~*~ (outnumbered).
 33430 | D:5      | 33430 ||| Stepping ~*~*~tactically~*~*~ (outnumbered).
 33432 | D:5      | 33432 ||| Stepping ~*~*~tactically~*~*~ (outnumbered).
 33434 | D:5      | 33434 ||| Stepping ~*~*~tactically~*~*~ (outnumbered).
 33436 | D:5      | 33436 ||| Stepping ~*~*~tactically~*~*~ (outnumbered).
 33438 | D:5      | 33438 ||| Stepping ~*~*~tactically~*~*~ (outnumbered).
 33440 | D:5      | 33440 ||| Stepping ~*~*~tactically~*~*~ (outnumbered).
 33442 | D:5      | 33442 ||| Stepping ~*~*~tactically~*~*~ (outnumbered).
 33445 | D:5      | 33445 ||| Stepping ~*~*~tactically~*~*~ (outnumbered).
 33447 | D:5      | 33447 ||| Stepping ~*~*~tactically~*~*~ (outnumbered).
 33449 | D:5      | 33449 ||| Stepping ~*~*~tactically~*~*~ (outnumbered).
 33451 | D:5      | 33451 ||| Stepping ~*~*~tactically~*~*~ (outnumbered).
 33453 | D:5      | 33453 ||| Stepping ~*~*~tactically~*~*~ (outnumbered).
 33455 | D:5      | 33455 ||| Stepping ~*~*~tactically~*~*~ (outnumbered).
 33457 | D:5      | 33457 ||| Stepping ~*~*~tactically~*~*~ (outnumbered).
 33459 | D:5      | 33459 ||| Stepping ~*~*~tactically~*~*~ (outnumbered).
 33461 | D:5      | 33461 ||| Stepping ~*~*~tactically~*~*~ (outnumbered).
 33463 | D:5      | 33463 ||| Stepping ~*~*~tactically~*~*~ (outnumbered).
 33465 | D:5      | 33465 ||| Stepping ~*~*~tactically~*~*~ (outnumbered).
 33467 | D:5      | 33467 ||| Stepping ~*~*~tactically~*~*~ (outnumbered).
 33469 | D:5      | 33469 ||| Stepping ~*~*~tactically~*~*~ (outnumbered).
 33471 | D:5      | 33471 ||| Stepping ~*~*~tactically~*~*~ (outnumbered).
 33473 | D:5      | 33473 ||| Stepping ~*~*~tactically~*~*~ (outnumbered).
 33475 | D:5      | 33475 ||| Stepping ~*~*~tactically~*~*~ (outnumbered).
 33477 | D:5      | 33477 ||| Stepping ~*~*~tactically~*~*~ (outnumbered).
 33479 | D:5      | 33479 ||| Stepping ~*~*~tactically~*~*~ (outnumbered).
 33481 | D:5      | 33481 ||| Stepping ~*~*~tactically~*~*~ (outnumbered).
 33483 | D:5      | 33483 ||| Stepping ~*~*~tactically~*~*~ (outnumbered).
 33485 | D:5      | 33485 ||| Stepping ~*~*~tactically~*~*~ (outnumbered).
 33487 | D:5      | 33487 ||| Stepping ~*~*~tactically~*~*~ (outnumbered).
 33489 | D:5      | 33489 ||| Stepping ~*~*~tactically~*~*~ (outnumbered).
 33491 | D:5      | 33491 ||| Stepping ~*~*~tactically~*~*~ (outnumbered).
 33493 | D:5      | 33493 ||| Stepping ~*~*~tactically~*~*~ (outnumbered).
 33495 | D:5      | 33495 ||| Stepping ~*~*~tactically~*~*~ (outnumbered).
 33497 | D:5      | 33497 ||| Stepping ~*~*~tactically~*~*~ (outnumbered).
 33499 | D:5      | 33499 ||| Stepping ~*~*~tactically~*~*~ (outnumbered).
 33501 | D:5      | 33501 ||| Stepping ~*~*~tactically~*~*~ (outnumbered).
 33503 | D:5      | 33503 ||| Stepping ~*~*~tactically~*~*~ (outnumbered).
 33505 | D:5      | 33505 ||| Stepping ~*~*~tactically~*~*~ (outnumbered).
 33507 | D:5      | 33507 ||| Stepping ~*~*~tactically~*~*~ (outnumbered).
 33509 | D:5      | 33509 ||| Stepping ~*~*~tactically~*~*~ (outnumbered).
 33511 | D:5      | 33511 ||| Stepping ~*~*~tactically~*~*~ (outnumbered).
 33513 | D:5      | 33513 ||| Stepping ~*~*~tactically~*~*~ (outnumbered).
 33515 | D:5      | 33515 ||| Stepping ~*~*~tactically~*~*~ (outnumbered).
 33517 | D:5      | 33517 ||| Stepping ~*~*~tactically~*~*~ (outnumbered).
 33519 | D:5      | 33519 ||| Stepping ~*~*~tactically~*~*~ (outnumbered).
 33521 | D:5      | 33521 ||| Stepping ~*~*~tactically~*~*~ (outnumbered).
 33523 | D:5      | 33523 ||| Stepping ~*~*~tactically~*~*~ (outnumbered).
 33525 | D:5      | 33525 ||| Stepping ~*~*~tactically~*~*~ (outnumbered).
 33527 | D:5      | 33527 ||| Stepping ~*~*~tactically~*~*~ (outnumbered).
 33529 | D:5      | 33529 ||| Stepping ~*~*~tactically~*~*~ (outnumbered).
 33533 | D:5      | 33533 ||| Stepping ~*~*~tactically~*~*~ (outnumbered).
 33535 | D:5      | 33535 ||| Stepping ~*~*~tactically~*~*~ (outnumbered).
 33537 | D:5      | 33537 ||| Stepping ~*~*~tactically~*~*~ (outnumbered).
 33539 | D:5      | 33539 ||| Stepping ~*~*~tactically~*~*~ (outnumbered).
 33541 | D:5      | 33541 ||| Stepping ~*~*~tactically~*~*~ (outnumbered).
 33543 | D:5      | 33543 ||| Stepping ~*~*~tactically~*~*~ (outnumbered).
 33545 | D:5      | 33545 ||| Stepping ~*~*~tactically~*~*~ (outnumbered).
 33547 | D:5      | 33547 ||| Stepping ~*~*~tactically~*~*~ (outnumbered).
 33549 | D:5      | 33549 ||| Stepping ~*~*~tactically~*~*~ (outnumbered).
 33551 | D:5      | 33551 ||| Stepping ~*~*~tactically~*~*~ (outnumbered).
 33553 | D:5      | 33553 ||| Stepping ~*~*~tactically~*~*~ (outnumbered).
 33555 | D:5      | 33555 ||| Stepping ~*~*~tactically~*~*~ (outnumbered).
 33557 | D:5      | 33557 ||| Stepping ~*~*~tactically~*~*~ (outnumbered).
 33559 | D:5      | 33559 ||| Stepping ~*~*~tactically~*~*~ (outnumbered).
 33561 | D:5      | 33561 ||| Stepping ~*~*~tactically~*~*~ (outnumbered).
 33565 | D:5      | 33565 ||| Stepping ~*~*~tactically~*~*~ (outnumbered).
 33567 | D:5      | 33567 ||| Stepping ~*~*~tactically~*~*~ (outnumbered).
 33569 | D:5      | 33569 ||| Stepping ~*~*~tactically~*~*~ (outnumbered).
 33571 | D:5      | 33571 ||| Stepping ~*~*~tactically~*~*~ (outnumbered).
 33573 | D:5      | 33573 ||| Stepping ~*~*~tactically~*~*~ (outnumbered).
 33575 | D:5      | 33575 ||| Stepping ~*~*~tactically~*~*~ (outnumbered).
 33577 | D:5      | 33577 ||| Stepping ~*~*~tactically~*~*~ (outnumbered).
 33579 | D:5      | 33579 ||| Stepping ~*~*~tactically~*~*~ (outnumbered).
 33581 | D:5      | 33581 ||| Stepping ~*~*~tactically~*~*~ (outnumbered).
 33583 | D:5      | 33583 ||| Stepping ~*~*~tactically~*~*~ (outnumbered).
 33585 | D:5      | 33585 ||| Stepping ~*~*~tactically~*~*~ (outnumbered).
 33587 | D:5      | 33587 ||| Stepping ~*~*~tactically~*~*~ (outnumbered).
 33589 | D:5      | 33589 ||| Stepping ~*~*~tactically~*~*~ (outnumbered).
 33594 | D:5      | 33594 ||| Stepping ~*~*~tactically~*~*~ (outnumbered).
 33596 | D:5      | 33596 ||| Stepping ~*~*~tactically~*~*~ (outnumbered).
 33598 | D:5      | 33598 ||| Stepping ~*~*~tactically~*~*~ (outnumbered).
 33600 | D:5      | 33600 ||| Stepping ~*~*~tactically~*~*~ (outnumbered).
 33602 | D:5      | 33602 ||| Stepping ~*~*~tactically~*~*~ (outnumbered).
 33604 | D:5      | 33604 ||| Stepping ~*~*~tactically~*~*~ (outnumbered).
 33606 | D:5      | 33606 ||| Stepping ~*~*~tactically~*~*~ (outnumbered).
 33611 | D:5      | 33611 ||| Stepping ~*~*~tactically~*~*~ (outnumbered).
 33613 | D:5      | 33613 ||| Stepping ~*~*~tactically~*~*~ (outnumbered).
 33615 | D:5      | 33615 ||| Stepping ~*~*~tactically~*~*~ (outnumbered).
 33617 | D:5      | 33617 ||| Stepping ~*~*~tactically~*~*~ (outnumbered).
 33622 | D:5      | 33622 ||| Stepping ~*~*~tactically~*~*~ (outnumbered).
 33624 | D:5      | 33624 ||| Stepping ~*~*~tactically~*~*~ (outnumbered).
 33626 | D:5      | 33626 ||| Stepping ~*~*~tactically~*~*~ (outnumbered).
 33628 | D:5      | 33628 ||| Stepping ~*~*~tactically~*~*~ (outnumbered).
 33630 | D:5      | 33630 ||| Stepping ~*~*~tactically~*~*~ (outnumbered).
 33632 | D:5      | 33632 ||| Stepping ~*~*~tactically~*~*~ (outnumbered).
 33634 | D:5      | 33634 ||| Stepping ~*~*~tactically~*~*~ (outnumbered).
 33636 | D:5      | 33636 ||| Stepping ~*~*~tactically~*~*~ (outnumbered).
 33638 | D:5      | 33638 ||| Stepping ~*~*~tactically~*~*~ (outnumbered).
 33640 | D:5      | 33640 ||| Stepping ~*~*~tactically~*~*~ (outnumbered).
 33642 | D:5      | 33642 ||| Stepping ~*~*~tactically~*~*~ (outnumbered).
 33644 | D:5      | 33644 ||| Stepping ~*~*~tactically~*~*~ (outnumbered).
 33646 | D:5      | 33646 ||| Stepping ~*~*~tactically~*~*~ (outnumbered).
 33648 | D:5      | 33648 ||| Stepping ~*~*~tactically~*~*~ (outnumbered).
 33650 | D:5      | 33650 ||| Stepping ~*~*~tactically~*~*~ (outnumbered).
 33652 | D:5      | 33652 ||| Stepping ~*~*~tactically~*~*~ (outnumbered).
 33654 | D:5      | 33654 ||| Stepping ~*~*~tactically~*~*~ (outnumbered).
 33656 | D:5      | 33656 ||| Stepping ~*~*~tactically~*~*~ (outnumbered).
 33658 | D:5      | 33658 ||| Stepping ~*~*~tactically~*~*~ (outnumbered).
 33661 | D:5      | 33661 ||| Stepping ~*~*~tactically~*~*~ (outnumbered).
 33663 | D:5      | 33663 ||| Stepping ~*~*~tactically~*~*~ (outnumbered).
 33665 | D:5      | 33665 ||| Stepping ~*~*~tactically~*~*~ (outnumbered).
 33667 | D:5      | 33667 ||| Stepping ~*~*~tactically~*~*~ (outnumbered).
 33670 | D:5      | 33670 ||| Stepping ~*~*~tactically~*~*~ (outnumbered).
 33672 | D:5      | 33672 ||| Stepping ~*~*~tactically~*~*~ (outnumbered).
 33674 | D:5      | 33674 ||| Stepping ~*~*~tactically~*~*~ (outnumbered).
 33676 | D:5      | 33676 ||| Stepping ~*~*~tactically~*~*~ (outnumbered).
 33678 | D:5      | 33678 ||| Stepping ~*~*~tactically~*~*~ (outnumbered).
 33680 | D:5      | 33680 ||| Stepping ~*~*~tactically~*~*~ (outnumbered).
 33682 | D:5      | 33682 ||| Stepping ~*~*~tactically~*~*~ (outnumbered).
 33684 | D:5      | 33684 ||| Stepping ~*~*~tactically~*~*~ (outnumbered).
 33686 | D:5      | 33686 ||| Stepping ~*~*~tactically~*~*~ (outnumbered).
 33688 | D:5      | 33688 ||| Stepping ~*~*~tactically~*~*~ (outnumbered).
 33690 | D:5      | 33690 ||| Stepping ~*~*~tactically~*~*~ (outnumbered).
 33692 | D:5      | 33692 ||| Stepping ~*~*~tactically~*~*~ (outnumbered).
 33694 | D:5      | 33694 ||| Stepping ~*~*~tactically~*~*~ (outnumbered).
 33696 | D:5      | 33696 ||| Stepping ~*~*~tactically~*~*~ (outnumbered).
 33700 | D:5      | 33700 ||| Stepping ~*~*~tactically~*~*~ (outnumbered).
 33705 | D:5      | 33705 ||| Stepping ~*~*~tactically~*~*~ (outnumbered).
 33707 | D:5      | 33707 ||| Stepping ~*~*~tactically~*~*~ (outnumbered).
 33709 | D:5      | 33709 ||| Stepping ~*~*~tactically~*~*~ (outnumbered).
 33711 | D:5      | 33711 ||| Stepping ~*~*~tactically~*~*~ (outnumbered).
 33713 | D:5      | 33713 ||| Stepping ~*~*~tactically~*~*~ (outnumbered).
 33715 | D:5      | 33715 ||| Stepping ~*~*~tactically~*~*~ (outnumbered).
 33717 | D:5      | 33717 ||| Stepping ~*~*~tactically~*~*~ (outnumbered).
 33719 | D:5      | 33719 ||| Stepping ~*~*~tactically~*~*~ (outnumbered).
 33721 | D:5      | 33721 ||| Stepping ~*~*~tactically~*~*~ (outnumbered).
 33723 | D:5      | 33723 ||| Stepping ~*~*~tactically~*~*~ (outnumbered).
 33725 | D:5      | 33725 ||| Stepping ~*~*~tactically~*~*~ (outnumbered).
 33727 | D:5      | 33727 ||| Stepping ~*~*~tactically~*~*~ (outnumbered).
 33729 | D:5      | 33729 ||| Stepping ~*~*~tactically~*~*~ (outnumbered).
 33731 | D:5      | 33731 ||| Stepping ~*~*~tactically~*~*~ (outnumbered).
 33734 | D:5      | 33734 ||| Stepping ~*~*~tactically~*~*~ (outnumbered).
 33737 | D:5      | 33737 ||| Stepping ~*~*~tactically~*~*~ (outnumbered).
 33739 | D:5      | 33739 ||| Stepping ~*~*~tactically~*~*~ (outnumbered).
 33741 | D:5      | 33741 ||| Stepping ~*~*~tactically~*~*~ (outnumbered).
 33743 | D:5      | 33743 ||| Stepping ~*~*~tactically~*~*~ (outnumbered).
 33747 | D:5      | 33747 ||| Stepping ~*~*~tactically~*~*~ (outnumbered).
 33750 | D:5      | 33750 ||| Stepping ~*~*~tactically~*~*~ (outnumbered).
 33753 | D:5      | 33753 ||| Stepping ~*~*~tactically~*~*~ (outnumbered).
 33755 | D:5      | 33755 ||| Stepping ~*~*~tactically~*~*~ (outnumbered).
 33757 | D:5      | 33757 ||| Stepping ~*~*~tactically~*~*~ (outnumbered).
 33759 | D:5      | 33759 ||| Stepping ~*~*~tactically~*~*~ (outnumbered).
 33761 | D:5      | 33761 ||| Stepping ~*~*~tactically~*~*~ (outnumbered).
 33763 | D:5      | 33763 ||| Stepping ~*~*~tactically~*~*~ (outnumbered).
 33766 | D:5      | 33766 ||| Stepping ~*~*~tactically~*~*~ (outnumbered).
 33768 | D:5      | 33768 ||| Stepping ~*~*~tactically~*~*~ (outnumbered).
 33770 | D:5      | 33770 ||| Stepping ~*~*~tactically~*~*~ (outnumbered).
 33772 | D:5      | 33772 ||| Stepping ~*~*~tactically~*~*~ (outnumbered).
 33774 | D:5      | 33774 ||| Stepping ~*~*~tactically~*~*~ (outnumbered).
 33776 | D:5      | 33776 ||| Stepping ~*~*~tactically~*~*~ (outnumbered).
 33778 | D:5      | 33778 ||| Stepping ~*~*~tactically~*~*~ (outnumbered).
 33780 | D:5      | 33780 ||| Stepping ~*~*~tactically~*~*~ (outnumbered).
 33782 | D:5      | 33782 ||| Stepping ~*~*~tactically~*~*~ (outnumbered).
 33784 | D:5      | 33784 ||| Stepping ~*~*~tactically~*~*~ (outnumbered).
 33786 | D:5      | 33786 ||| Stepping ~*~*~tactically~*~*~ (outnumbered).
 33788 | D:5      | 33788 ||| Stepping ~*~*~tactically~*~*~ (outnumbered).
 33790 | D:5      | 33790 ||| Stepping ~*~*~tactically~*~*~ (outnumbered).
 33792 | D:5      | 33792 ||| Stepping ~*~*~tactically~*~*~ (outnumbered).
 33794 | D:5      | 33794 ||| Stepping ~*~*~tactically~*~*~ (outnumbered).
 33796 | D:5      | 33796 ||| Stepping ~*~*~tactically~*~*~ (outnumbered).
 33798 | D:5      | 33798 ||| Stepping ~*~*~tactically~*~*~ (outnumbered).
 33800 | D:5      | 33800 ||| Stepping ~*~*~tactically~*~*~ (outnumbered).
 33802 | D:5      | 33802 ||| Stepping ~*~*~tactically~*~*~ (outnumbered).
 33804 | D:5      | 33804 ||| Stepping ~*~*~tactically~*~*~ (outnumbered).
 33806 | D:5      | 33806 ||| Stepping ~*~*~tactically~*~*~ (outnumbered).
 33808 | D:5      | 33808 ||| Stepping ~*~*~tactically~*~*~ (outnumbered).
 33810 | D:5      | 33810 ||| Stepping ~*~*~tactically~*~*~ (outnumbered).
 33812 | D:5      | 33812 ||| Stepping ~*~*~tactically~*~*~ (outnumbered).
 33814 | D:5      | 33814 ||| Stepping ~*~*~tactically~*~*~ (outnumbered).
 33816 | D:5      | 33816 ||| Stepping ~*~*~tactically~*~*~ (outnumbered).
 33818 | D:5      | 33818 ||| Stepping ~*~*~tactically~*~*~ (outnumbered).
 33820 | D:5      | 33820 ||| Stepping ~*~*~tactically~*~*~ (outnumbered).
 33822 | D:5      | 33822 ||| Stepping ~*~*~tactically~*~*~ (outnumbered).
 33824 | D:5      | 33824 ||| Stepping ~*~*~tactically~*~*~ (outnumbered).
 33826 | D:5      | 33826 ||| Stepping ~*~*~tactically~*~*~ (outnumbered).
 33828 | D:5      | 33828 ||| Stepping ~*~*~tactically~*~*~ (outnumbered).
 33830 | D:5      | 33830 ||| Stepping ~*~*~tactically~*~*~ (outnumbered).
 33832 | D:5      | 33832 ||| Stepping ~*~*~tactically~*~*~ (outnumbered).
 33834 | D:5      | 33834 ||| Stepping ~*~*~tactically~*~*~ (outnumbered).
 33837 | D:5      | 33837 ||| Stepping ~*~*~tactically~*~*~ (outnumbered).
 33839 | D:5      | 33839 ||| Stepping ~*~*~tactically~*~*~ (outnumbered).
 33842 | D:5      | 33842 ||| Stepping ~*~*~tactically~*~*~ (outnumbered).
 33844 | D:5      | 33844 ||| Stepping ~*~*~tactically~*~*~ (outnumbered).
 33846 | D:5      | 33846 ||| Stepping ~*~*~tactically~*~*~ (outnumbered).
 33848 | D:5      | 33848 ||| Stepping ~*~*~tactically~*~*~ (outnumbered).
 33850 | D:5      | 33850 ||| Stepping ~*~*~tactically~*~*~ (outnumbered).
 33852 | D:5      | 33852 ||| Stepping ~*~*~tactically~*~*~ (outnumbered).
 33854 | D:5      | 33854 ||| Stepping ~*~*~tactically~*~*~ (outnumbered).
 33856 | D:5      | 33856 ||| Stepping ~*~*~tactically~*~*~ (outnumbered).
 33858 | D:5      | 33858 ||| Stepping ~*~*~tactically~*~*~ (outnumbered).
 33860 | D:5      | 33860 ||| Stepping ~*~*~tactically~*~*~ (outnumbered).
 33863 | D:5      | 33863 ||| Stepping ~*~*~tactically~*~*~ (outnumbered).
 33865 | D:5      | 33865 ||| Stepping ~*~*~tactically~*~*~ (outnumbered).
 33867 | D:5      | 33867 ||| Stepping ~*~*~tactically~*~*~ (outnumbered).
 33870 | D:5      | 33870 ||| Stepping ~*~*~tactically~*~*~ (outnumbered).
 33872 | D:5      | 33872 ||| Stepping ~*~*~tactically~*~*~ (outnumbered).
 33874 | D:5      | 33874 ||| Stepping ~*~*~tactically~*~*~ (outnumbered).
 33876 | D:5      | 33876 ||| Stepping ~*~*~tactically~*~*~ (outnumbered).
 33878 | D:5      | 33878 ||| Stepping ~*~*~tactically~*~*~ (outnumbered).
 33880 | D:5      | 33880 ||| Stepping ~*~*~tactically~*~*~ (outnumbered).
 33882 | D:5      | 33882 ||| Stepping ~*~*~tactically~*~*~ (outnumbered).
 33884 | D:5      | 33884 ||| Stepping ~*~*~tactically~*~*~ (outnumbered).
 33886 | D:5      | 33886 ||| Stepping ~*~*~tactically~*~*~ (outnumbered).
 33888 | D:5      | 33888 ||| Stepping ~*~*~tactically~*~*~ (outnumbered).
 33890 | D:5      | 33890 ||| Stepping ~*~*~tactically~*~*~ (outnumbered).
 33892 | D:5      | 33892 ||| Stepping ~*~*~tactically~*~*~ (outnumbered).
 33894 | D:5      | 33894 ||| Stepping ~*~*~tactically~*~*~ (outnumbered).
 33896 | D:5      | 33896 ||| Stepping ~*~*~tactically~*~*~ (outnumbered).
 33898 | D:5      | 33898 ||| Stepping ~*~*~tactically~*~*~ (outnumbered).
 33900 | D:5      | 33900 ||| Stepping ~*~*~tactically~*~*~ (outnumbered).
 33902 | D:5      | 33902 ||| Stepping ~*~*~tactically~*~*~ (outnumbered).
 33904 | D:5      | 33904 ||| Stepping ~*~*~tactically~*~*~ (outnumbered).
 33906 | D:5      | 33906 ||| Stepping ~*~*~tactically~*~*~ (outnumbered).
 33908 | D:5      | 33908 ||| Stepping ~*~*~tactically~*~*~ (outnumbered).
 33910 | D:5      | 33910 ||| Stepping ~*~*~tactically~*~*~ (outnumbered).
 33912 | D:5      | 33912 ||| Stepping ~*~*~tactically~*~*~ (outnumbered).
 33914 | D:5      | 33914 ||| Stepping ~*~*~tactically~*~*~ (outnumbered).
 33916 | D:5      | 33916 ||| Stepping ~*~*~tactically~*~*~ (outnumbered).
 33918 | D:5      | 33918 ||| Stepping ~*~*~tactically~*~*~ (outnumbered).
 33920 | D:5      | 33920 ||| Stepping ~*~*~tactically~*~*~ (outnumbered).
 33923 | D:5      | 33923 ||| Stepping ~*~*~tactically~*~*~ (outnumbered).
 33926 | D:5      | 33926 ||| Stepping ~*~*~tactically~*~*~ (outnumbered).
 33928 | D:5      | 33928 ||| Stepping ~*~*~tactically~*~*~ (outnumbered).
 33930 | D:5      | 33930 ||| Stepping ~*~*~tactically~*~*~ (outnumbered).
 33932 | D:5      | 33932 ||| Stepping ~*~*~tactically~*~*~ (outnumbered).
 33934 | D:5      | 33934 ||| Stepping ~*~*~tactically~*~*~ (outnumbered).
 33936 | D:5      | 33936 ||| Stepping ~*~*~tactically~*~*~ (outnumbered).
 33938 | D:5      | 33938 ||| Stepping ~*~*~tactically~*~*~ (outnumbered).
 33940 | D:5      | 33940 ||| Stepping ~*~*~tactically~*~*~ (outnumbered).
 33942 | D:5      | 33942 ||| Stepping ~*~*~tactically~*~*~ (outnumbered).
 33944 | D:5      | 33944 ||| Stepping ~*~*~tactically~*~*~ (outnumbered).
 33946 | D:5      | 33946 ||| Stepping ~*~*~tactically~*~*~ (outnumbered).
 33948 | D:5      | 33948 ||| Stepping ~*~*~tactically~*~*~ (outnumbered).
 33950 | D:5      | 33950 ||| Stepping ~*~*~tactically~*~*~ (outnumbered).
 33952 | D:5      | 33952 ||| Stepping ~*~*~tactically~*~*~ (outnumbered).
 33954 | D:5      | 33954 ||| Stepping ~*~*~tactically~*~*~ (outnumbered).
 33956 | D:5      | 33956 ||| Stepping ~*~*~tactically~*~*~ (outnumbered).
 33958 | D:5      | 33958 ||| Stepping ~*~*~tactically~*~*~ (outnumbered).
 33960 | D:5      | 33960 ||| Stepping ~*~*~tactically~*~*~ (outnumbered).
 33962 | D:5      | 33962 ||| Stepping ~*~*~tactically~*~*~ (outnumbered).
 33966 | D:5      | 33966 ||| Stepping ~*~*~tactically~*~*~ (outnumbered).
 33968 | D:5      | 33968 ||| Stepping ~*~*~tactically~*~*~ (outnumbered).
 33970 | D:5      | 33970 ||| Stepping ~*~*~tactically~*~*~ (outnumbered).
 33972 | D:5      | 33972 ||| Stepping ~*~*~tactically~*~*~ (outnumbered).
 33974 | D:5      | 33974 ||| Stepping ~*~*~tactically~*~*~ (outnumbered).
 33976 | D:5      | 33976 ||| Stepping ~*~*~tactically~*~*~ (outnumbered).
 33978 | D:5      | 33978 ||| Stepping ~*~*~tactically~*~*~ (outnumbered).
 33980 | D:5      | 33980 ||| Stepping ~*~*~tactically~*~*~ (outnumbered).
 33982 | D:5      | 33982 ||| Stepping ~*~*~tactically~*~*~ (outnumbered).
 33984 | D:5      | 33984 ||| Stepping ~*~*~tactically~*~*~ (outnumbered).
 33986 | D:5      | 33986 ||| Stepping ~*~*~tactically~*~*~ (outnumbered).
 33988 | D:5      | 33988 ||| Stepping ~*~*~tactically~*~*~ (outnumbered).
 33990 | D:5      | 33990 ||| Stepping ~*~*~tactically~*~*~ (outnumbered).
 33992 | D:5      | 33992 ||| Stepping ~*~*~tactically~*~*~ (outnumbered).
 33994 | D:5      | 33994 ||| Stepping ~*~*~tactically~*~*~ (outnumbered).
 33996 | D:5      | 33996 ||| Stepping ~*~*~tactically~*~*~ (outnumbered).
 33998 | D:5      | 33998 ||| Stepping ~*~*~tactically~*~*~ (outnumbered).
 34000 | D:5      | 34000 ||| Stepping ~*~*~tactically~*~*~ (outnumbered).
 34002 | D:5      | 34002 ||| Stepping ~*~*~tactically~*~*~ (outnumbered).
 34004 | D:5      | 34004 ||| Stepping ~*~*~tactically~*~*~ (outnumbered).
 34006 | D:5      | 34006 ||| Stepping ~*~*~tactically~*~*~ (outnumbered).
 34008 | D:5      | 34008 ||| Stepping ~*~*~tactically~*~*~ (outnumbered).
 34010 | D:5      | 34010 ||| Stepping ~*~*~tactically~*~*~ (outnumbered).
 34012 | D:5      | 34012 ||| Stepping ~*~*~tactically~*~*~ (outnumbered).
 34016 | D:5      | 34016 ||| Stepping ~*~*~tactically~*~*~ (outnumbered).
 34018 | D:5      | 34018 ||| Stepping ~*~*~tactically~*~*~ (outnumbered).
 34020 | D:5      | 34020 ||| Stepping ~*~*~tactically~*~*~ (outnumbered).
 34022 | D:5      | 34022 ||| Stepping ~*~*~tactically~*~*~ (outnumbered).
 34024 | D:5      | 34024 ||| Stepping ~*~*~tactically~*~*~ (outnumbered).
 34026 | D:5      | 34026 ||| Stepping ~*~*~tactically~*~*~ (outnumbered).
 34028 | D:5      | 34028 ||| Stepping ~*~*~tactically~*~*~ (outnumbered).
 34030 | D:5      | 34030 ||| Stepping ~*~*~tactically~*~*~ (outnumbered).
 34032 | D:5      | 34032 ||| Stepping ~*~*~tactically~*~*~ (outnumbered).
 34034 | D:5      | 34034 ||| Stepping ~*~*~tactically~*~*~ (outnumbered).
 34036 | D:5      | 34036 ||| Stepping ~*~*~tactically~*~*~ (outnumbered).
 34038 | D:5      | 34038 ||| Stepping ~*~*~tactically~*~*~ (outnumbered).
 34040 | D:5      | 34040 ||| Stepping ~*~*~tactically~*~*~ (outnumbered).
 34042 | D:5      | 34042 ||| Stepping ~*~*~tactically~*~*~ (outnumbered).
 34044 | D:5      | 34044 ||| Stepping ~*~*~tactically~*~*~ (outnumbered).
 34046 | D:5      | 34046 ||| Stepping ~*~*~tactically~*~*~ (outnumbered).
 34048 | D:5      | 34048 ||| Stepping ~*~*~tactically~*~*~ (outnumbered).
 34050 | D:5      | 34050 ||| Stepping ~*~*~tactically~*~*~ (outnumbered).
 34052 | D:5      | 34052 ||| Stepping ~*~*~tactically~*~*~ (outnumbered).
 34054 | D:5      | 34054 ||| Stepping ~*~*~tactically~*~*~ (outnumbered).
 34056 | D:5      | 34056 ||| Stepping ~*~*~tactically~*~*~ (outnumbered).
 34058 | D:5      | 34058 ||| Stepping ~*~*~tactically~*~*~ (outnumbered).
 34060 | D:5      | 34060 ||| Stepping ~*~*~tactically~*~*~ (outnumbered).
 34062 | D:5      | 34062 ||| Stepping ~*~*~tactically~*~*~ (outnumbered).
 34064 | D:5      | 34064 ||| Stepping ~*~*~tactically~*~*~ (outnumbered).
 34068 | D:5      | 34068 ||| Stepping ~*~*~tactically~*~*~ (outnumbered).
 34070 | D:5      | 34070 ||| Stepping ~*~*~tactically~*~*~ (outnumbered).
 34072 | D:5      | 34072 ||| Stepping ~*~*~tactically~*~*~ (outnumbered).
 34075 | D:5      | 34075 ||| Stepping ~*~*~tactically~*~*~ (outnumbered).
 34077 | D:5      | 34077 ||| Stepping ~*~*~tactically~*~*~ (outnumbered).
 34079 | D:5      | 34079 ||| Stepping ~*~*~tactically~*~*~ (outnumbered).
 34081 | D:5      | 34081 ||| Stepping ~*~*~tactically~*~*~ (outnumbered).
 34083 | D:5      | 34083 ||| Stepping ~*~*~tactically~*~*~ (outnumbered).
 34085 | D:5      | 34085 ||| Stepping ~*~*~tactically~*~*~ (outnumbered).
 34087 | D:5      | 34087 ||| Stepping ~*~*~tactically~*~*~ (outnumbered).
 34089 | D:5      | 34089 ||| Stepping ~*~*~tactically~*~*~ (outnumbered).
 34091 | D:5      | 34091 ||| Stepping ~*~*~tactically~*~*~ (outnumbered).
 34093 | D:5      | 34093 ||| Stepping ~*~*~tactically~*~*~ (outnumbered).
 34095 | D:5      | 34095 ||| Stepping ~*~*~tactically~*~*~ (outnumbered).
 34097 | D:5      | 34097 ||| Stepping ~*~*~tactically~*~*~ (outnumbered).
 34099 | D:5      | 34099 ||| Stepping ~*~*~tactically~*~*~ (outnumbered).
 34101 | D:5      | 34101 ||| Stepping ~*~*~tactically~*~*~ (outnumbered).
 34105 | D:5      | 34105 ||| Stepping ~*~*~tactically~*~*~ (outnumbered).
 34107 | D:5      | 34107 ||| Stepping ~*~*~tactically~*~*~ (outnumbered).
 34109 | D:5      | 34109 ||| Stepping ~*~*~tactically~*~*~ (outnumbered).
 34113 | D:5      | 34113 ||| Stepping ~*~*~tactically~*~*~ (outnumbered).
 34115 | D:5      | 34115 ||| Stepping ~*~*~tactically~*~*~ (outnumbered).
 34117 | D:5      | 34117 ||| Stepping ~*~*~tactically~*~*~ (outnumbered).
 34119 | D:5      | 34119 ||| Stepping ~*~*~tactically~*~*~ (outnumbered).
 34121 | D:5      | 34121 ||| Stepping ~*~*~tactically~*~*~ (outnumbered).
 34123 | D:5      | 34123 ||| Stepping ~*~*~tactically~*~*~ (outnumbered).
 34126 | D:5      | 34126 ||| Stepping ~*~*~tactically~*~*~ (outnumbered).
 34128 | D:5      | 34128 ||| Stepping ~*~*~tactically~*~*~ (outnumbered).
 34130 | D:5      | 34130 ||| Stepping ~*~*~tactically~*~*~ (outnumbered).
 34132 | D:5      | 34132 ||| Stepping ~*~*~tactically~*~*~ (outnumbered).
 34136 | D:5      | 34136 ||| Stepping ~*~*~tactically~*~*~ (outnumbered).
 34138 | D:5      | 34138 ||| Stepping ~*~*~tactically~*~*~ (outnumbered).
 34140 | D:5      | 34140 ||| Stepping ~*~*~tactically~*~*~ (outnumbered).
 34142 | D:5      | 34142 ||| Stepping ~*~*~tactically~*~*~ (outnumbered).
 34144 | D:5      | 34144 ||| Stepping ~*~*~tactically~*~*~ (outnumbered).
 34146 | D:5      | 34146 ||| Stepping ~*~*~tactically~*~*~ (outnumbered).
 34148 | D:5      | 34148 ||| Stepping ~*~*~tactically~*~*~ (outnumbered).
 34150 | D:5      | 34150 ||| Stepping ~*~*~tactically~*~*~ (outnumbered).
 34152 | D:5      | 34152 ||| Stepping ~*~*~tactically~*~*~ (outnumbered).
 34154 | D:5      | 34154 ||| Stepping ~*~*~tactically~*~*~ (outnumbered).
 34156 | D:5      | 34156 ||| Stepping ~*~*~tactically~*~*~ (outnumbered).
 34159 | D:5      | 34159 ||| Stepping ~*~*~tactically~*~*~ (outnumbered).
 34161 | D:5      | 34161 ||| Stepping ~*~*~tactically~*~*~ (outnumbered).
 34163 | D:5      | 34163 ||| Stepping ~*~*~tactically~*~*~ (outnumbered).
 34165 | D:5      | 34165 ||| Stepping ~*~*~tactically~*~*~ (outnumbered).
 34167 | D:5      | 34167 ||| Stepping ~*~*~tactically~*~*~ (outnumbered).
 34169 | D:5      | 34169 ||| Stepping ~*~*~tactically~*~*~ (outnumbered).
 34171 | D:5      | 34171 ||| Stepping ~*~*~tactically~*~*~ (outnumbered).
 34173 | D:5      | 34173 ||| Stepping ~*~*~tactically~*~*~ (outnumbered).
 34175 | D:5      | 34175 ||| Stepping ~*~*~tactically~*~*~ (outnumbered).
 34177 | D:5      | 34177 ||| Stepping ~*~*~tactically~*~*~ (outnumbered).
 34179 | D:5      | 34179 ||| Stepping ~*~*~tactically~*~*~ (outnumbered).
 34181 | D:5      | 34181 ||| Stepping ~*~*~tactically~*~*~ (outnumbered).
 34183 | D:5      | 34183 ||| Stepping ~*~*~tactically~*~*~ (outnumbered).
 34185 | D:5      | 34185 ||| Stepping ~*~*~tactically~*~*~ (outnumbered).
 34187 | D:5      | 34187 ||| Stepping ~*~*~tactically~*~*~ (outnumbered).
 34189 | D:5      | 34189 ||| Stepping ~*~*~tactically~*~*~ (outnumbered).
 34191 | D:5      | 34191 ||| Stepping ~*~*~tactically~*~*~ (outnumbered).
 34193 | D:5      | 34193 ||| Stepping ~*~*~tactically~*~*~ (outnumbered).
 34195 | D:5      | 34195 ||| Stepping ~*~*~tactically~*~*~ (outnumbered).
 34197 | D:5      | 34197 ||| Stepping ~*~*~tactically~*~*~ (outnumbered).
 34199 | D:5      | 34199 ||| Stepping ~*~*~tactically~*~*~ (outnumbered).
 34201 | D:5      | 34201 ||| Stepping ~*~*~tactically~*~*~ (outnumbered).
 34203 | D:5      | 34203 ||| Stepping ~*~*~tactically~*~*~ (outnumbered).
 34205 | D:5      | 34205 ||| Stepping ~*~*~tactically~*~*~ (outnumbered).
 34207 | D:5      | 34207 ||| Stepping ~*~*~tactically~*~*~ (outnumbered).
 34210 | D:5      | 34210 ||| Stepping ~*~*~tactically~*~*~ (outnumbered).
 34215 | D:5      | 34215 ||| Stepping ~*~*~tactically~*~*~ (outnumbered).
 34220 | D:5      | 34220 ||| Stepping ~*~*~tactically~*~*~ (outnumbered).
 34222 | D:5      | 34222 ||| Stepping ~*~*~tactically~*~*~ (outnumbered).
 34224 | D:5      | 34224 ||| Stepping ~*~*~tactically~*~*~ (outnumbered).
 34226 | D:5      | 34226 ||| Stepping ~*~*~tactically~*~*~ (outnumbered).
 34228 | D:5      | 34228 ||| Stepping ~*~*~tactically~*~*~ (outnumbered).
 34230 | D:5      | 34230 ||| Stepping ~*~*~tactically~*~*~ (outnumbered).
 34232 | D:5      | 34232 ||| Stepping ~*~*~tactically~*~*~ (outnumbered).
 34234 | D:5      | 34234 ||| Stepping ~*~*~tactically~*~*~ (outnumbered).
 34236 | D:5      | 34236 ||| Stepping ~*~*~tactically~*~*~ (outnumbered).
 34238 | D:5      | 34238 ||| Stepping ~*~*~tactically~*~*~ (outnumbered).
 34240 | D:5      | 34240 ||| Stepping ~*~*~tactically~*~*~ (outnumbered).
 34242 | D:5      | 34242 ||| Stepping ~*~*~tactically~*~*~ (outnumbered).
 34244 | D:5      | 34244 ||| Stepping ~*~*~tactically~*~*~ (outnumbered).
 34246 | D:5      | 34246 ||| Stepping ~*~*~tactically~*~*~ (outnumbered).
 34249 | D:5      | 34249 ||| Stepping ~*~*~tactically~*~*~ (outnumbered).
 34251 | D:5      | 34251 ||| Stepping ~*~*~tactically~*~*~ (outnumbered).
 34253 | D:5      | 34253 ||| Stepping ~*~*~tactically~*~*~ (outnumbered).
 34255 | D:5      | 34255 ||| Stepping ~*~*~tactically~*~*~ (outnumbered).
 34257 | D:5      | 34257 ||| Stepping ~*~*~tactically~*~*~ (outnumbered).
 34259 | D:5      | 34259 ||| Stepping ~*~*~tactically~*~*~ (outnumbered).
 34261 | D:5      | 34261 ||| Stepping ~*~*~tactically~*~*~ (outnumbered).
 34263 | D:5      | 34263 ||| Stepping ~*~*~tactically~*~*~ (outnumbered).
 34265 | D:5      | 34265 ||| Stepping ~*~*~tactically~*~*~ (outnumbered).
 34267 | D:5      | 34267 ||| Stepping ~*~*~tactically~*~*~ (outnumbered).
 34269 | D:5      | 34269 ||| Stepping ~*~*~tactically~*~*~ (outnumbered).
 34271 | D:5      | 34271 ||| Stepping ~*~*~tactically~*~*~ (outnumbered).
 34273 | D:5      | 34273 ||| Stepping ~*~*~tactically~*~*~ (outnumbered).
 34275 | D:5      | 34275 ||| Stepping ~*~*~tactically~*~*~ (outnumbered).
 34277 | D:5      | 34277 ||| Stepping ~*~*~tactically~*~*~ (outnumbered).
 34279 | D:5      | 34279 ||| Stepping ~*~*~tactically~*~*~ (outnumbered).
 34281 | D:5      | 34281 ||| Stepping ~*~*~tactically~*~*~ (outnumbered).
 34283 | D:5      | 34283 ||| Stepping ~*~*~tactically~*~*~ (outnumbered).
 34285 | D:5      | 34285 ||| Stepping ~*~*~tactically~*~*~ (outnumbered).
 34287 | D:5      | 34287 ||| Stepping ~*~*~tactically~*~*~ (outnumbered).
 34289 | D:5      | 34289 ||| Stepping ~*~*~tactically~*~*~ (outnumbered).
 34294 | D:5      | 34294 ||| Stepping ~*~*~tactically~*~*~ (outnumbered).
 34296 | D:5      | 34296 ||| Stepping ~*~*~tactically~*~*~ (outnumbered).
 34298 | D:5      | 34298 ||| Stepping ~*~*~tactically~*~*~ (outnumbered).
 34303 | D:5      | 34303 ||| Stepping ~*~*~tactically~*~*~ (outnumbered).
 34305 | D:5      | 34305 ||| Stepping ~*~*~tactically~*~*~ (outnumbered).
 34308 | D:5      | 34308 ||| Stepping ~*~*~tactically~*~*~ (outnumbered).
 34310 | D:5      | 34310 ||| Stepping ~*~*~tactically~*~*~ (outnumbered).
 34313 | D:5      | 34313 ||| Stepping ~*~*~tactically~*~*~ (outnumbered).
 34315 | D:5      | 34315 ||| Stepping ~*~*~tactically~*~*~ (outnumbered).
 34317 | D:5      | 34317 ||| Stepping ~*~*~tactically~*~*~ (outnumbered).
 34319 | D:5      | 34319 ||| Stepping ~*~*~tactically~*~*~ (outnumbered).
 34321 | D:5      | 34321 ||| Stepping ~*~*~tactically~*~*~ (outnumbered).
 34323 | D:5      | 34323 ||| Stepping ~*~*~tactically~*~*~ (outnumbered).
 34325 | D:5      | 34325 ||| Stepping ~*~*~tactically~*~*~ (outnumbered).
 34327 | D:5      | 34327 ||| Stepping ~*~*~tactically~*~*~ (outnumbered).
 34329 | D:5      | 34329 ||| Stepping ~*~*~tactically~*~*~ (outnumbered).
 34331 | D:5      | 34331 ||| Stepping ~*~*~tactically~*~*~ (outnumbered).
 34333 | D:5      | 34333 ||| Stepping ~*~*~tactically~*~*~ (outnumbered).
 34335 | D:5      | 34335 ||| Stepping ~*~*~tactically~*~*~ (outnumbered).
 34337 | D:5      | 34337 ||| Stepping ~*~*~tactically~*~*~ (outnumbered).
 34339 | D:5      | 34339 ||| Stepping ~*~*~tactically~*~*~ (outnumbered).
 34341 | D:5      | 34341 ||| Stepping ~*~*~tactically~*~*~ (outnumbered).
 34346 | D:5      | 34346 ||| Stepping ~*~*~tactically~*~*~ (outnumbered).
 34348 | D:5      | 34348 ||| Stepping ~*~*~tactically~*~*~ (outnumbered).
 34350 | D:5      | 34350 ||| Stepping ~*~*~tactically~*~*~ (outnumbered).
 34352 | D:5      | 34352 ||| Stepping ~*~*~tactically~*~*~ (outnumbered).
 34354 | D:5      | 34354 ||| Stepping ~*~*~tactically~*~*~ (outnumbered).
 34356 | D:5      | 34356 ||| Stepping ~*~*~tactically~*~*~ (outnumbered).
 34358 | D:5      | 34358 ||| Stepping ~*~*~tactically~*~*~ (outnumbered).
 34360 | D:5      | 34360 ||| Stepping ~*~*~tactically~*~*~ (outnumbered).
 34362 | D:5      | 34362 ||| Stepping ~*~*~tactically~*~*~ (outnumbered).
 34364 | D:5      | 34364 ||| Stepping ~*~*~tactically~*~*~ (outnumbered).
 34366 | D:5      | 34366 ||| Stepping ~*~*~tactically~*~*~ (outnumbered).
 34368 | D:5      | 34368 ||| Stepping ~*~*~tactically~*~*~ (outnumbered).
 34370 | D:5      | 34370 ||| Stepping ~*~*~tactically~*~*~ (outnumbered).
 34372 | D:5      | 34372 ||| Stepping ~*~*~tactically~*~*~ (outnumbered).
 34374 | D:5      | 34374 ||| Stepping ~*~*~tactically~*~*~ (outnumbered).
 34376 | D:5      | 34376 ||| Stepping ~*~*~tactically~*~*~ (outnumbered).
 34378 | D:5      | 34378 ||| Stepping ~*~*~tactically~*~*~ (outnumbered).
 34380 | D:5      | 34380 ||| Stepping ~*~*~tactically~*~*~ (outnumbered).
 34382 | D:5      | 34382 ||| Stepping ~*~*~tactically~*~*~ (outnumbered).
 34384 | D:5      | 34384 ||| Stepping ~*~*~tactically~*~*~ (outnumbered).
 34386 | D:5      | 34386 ||| Stepping ~*~*~tactically~*~*~ (outnumbered).
 34388 | D:5      | 34388 ||| Stepping ~*~*~tactically~*~*~ (outnumbered).
 34390 | D:5      | 34390 ||| Stepping ~*~*~tactically~*~*~ (outnumbered).
 34392 | D:5      | 34392 ||| Stepping ~*~*~tactically~*~*~ (outnumbered).
 34394 | D:5      | 34394 ||| Stepping ~*~*~tactically~*~*~ (outnumbered).
 34396 | D:5      | 34396 ||| Stepping ~*~*~tactically~*~*~ (outnumbered).
 34398 | D:5      | 34398 ||| Stepping ~*~*~tactically~*~*~ (outnumbered).
 34402 | D:5      | 34402 ||| Stepping ~*~*~tactically~*~*~ (outnumbered).
 34404 | D:5      | 34404 ||| Stepping ~*~*~tactically~*~*~ (outnumbered).
 34406 | D:5      | 34406 ||| Stepping ~*~*~tactically~*~*~ (outnumbered).
 34409 | D:5      | 34409 ||| Stepping ~*~*~tactically~*~*~ (outnumbered).
 34411 | D:5      | 34411 ||| Stepping ~*~*~tactically~*~*~ (outnumbered).
 34413 | D:5      | 34413 ||| Stepping ~*~*~tactically~*~*~ (outnumbered).
 34415 | D:5      | 34415 ||| Stepping ~*~*~tactically~*~*~ (outnumbered).
 34419 | D:5      | 34419 ||| Stepping ~*~*~tactically~*~*~ (outnumbered).
 34421 | D:5      | 34421 ||| Stepping ~*~*~tactically~*~*~ (outnumbered).
 34423 | D:5      | 34423 ||| Stepping ~*~*~tactically~*~*~ (outnumbered).
 34425 | D:5      | 34425 ||| Stepping ~*~*~tactically~*~*~ (outnumbered).
 34427 | D:5      | 34427 ||| Stepping ~*~*~tactically~*~*~ (outnumbered).
 34429 | D:5      | 34429 ||| Stepping ~*~*~tactically~*~*~ (outnumbered).
 34431 | D:5      | 34431 ||| Stepping ~*~*~tactically~*~*~ (outnumbered).
 34433 | D:5      | 34433 ||| Stepping ~*~*~tactically~*~*~ (outnumbered).
 34435 | D:5      | 34435 ||| Stepping ~*~*~tactically~*~*~ (outnumbered).
 34437 | D:5      | 34437 ||| Stepping ~*~*~tactically~*~*~ (outnumbered).
 34440 | D:5      | 34440 ||| Stepping ~*~*~tactically~*~*~ (outnumbered).
 34442 | D:5      | 34442 ||| Stepping ~*~*~tactically~*~*~ (outnumbered).
 34444 | D:5      | 34444 ||| Stepping ~*~*~tactically~*~*~ (outnumbered).
 34448 | D:5      | 34448 ||| Stepping ~*~*~tactically~*~*~ (outnumbered).
 34450 | D:5      | 34450 ||| Stepping ~*~*~tactically~*~*~ (outnumbered).
 34452 | D:5      | 34452 ||| Stepping ~*~*~tactically~*~*~ (outnumbered).
 34454 | D:5      | 34454 ||| Stepping ~*~*~tactically~*~*~ (outnumbered).
 34456 | D:5      | 34456 ||| Stepping ~*~*~tactically~*~*~ (outnumbered).
 34458 | D:5      | 34458 ||| Stepping ~*~*~tactically~*~*~ (outnumbered).
 34460 | D:5      | 34460 ||| Stepping ~*~*~tactically~*~*~ (outnumbered).
 34462 | D:5      | 34462 ||| Stepping ~*~*~tactically~*~*~ (outnumbered).
 34464 | D:5      | 34464 ||| Stepping ~*~*~tactically~*~*~ (outnumbered).
 34466 | D:5      | 34466 ||| Stepping ~*~*~tactically~*~*~ (outnumbered).
 34468 | D:5      | 34468 ||| Stepping ~*~*~tactically~*~*~ (outnumbered).
 34470 | D:5      | 34470 ||| Stepping ~*~*~tactically~*~*~ (outnumbered).
 34472 | D:5      | 34472 ||| Stepping ~*~*~tactically~*~*~ (outnumbered).
 34474 | D:5      | 34474 ||| Stepping ~*~*~tactically~*~*~ (outnumbered).
 34476 | D:5      | 34476 ||| Stepping ~*~*~tactically~*~*~ (outnumbered).
 34478 | D:5      | 34478 ||| Stepping ~*~*~tactically~*~*~ (outnumbered).
 34480 | D:5      | 34480 ||| Stepping ~*~*~tactically~*~*~ (outnumbered).
 34482 | D:5      | 34482 ||| Stepping ~*~*~tactically~*~*~ (outnumbered).
 34484 | D:5      | 34484 ||| Stepping ~*~*~tactically~*~*~ (outnumbered).
 34486 | D:5      | 34486 ||| Stepping ~*~*~tactically~*~*~ (outnumbered).
 34488 | D:5      | 34488 ||| Stepping ~*~*~tactically~*~*~ (outnumbered).
 34490 | D:5      | 34490 ||| Stepping ~*~*~tactically~*~*~ (outnumbered).
 34492 | D:5      | 34492 ||| Stepping ~*~*~tactically~*~*~ (outnumbered).
 34494 | D:5      | 34494 ||| Stepping ~*~*~tactically~*~*~ (outnumbered).
 34496 | D:5      | 34496 ||| Stepping ~*~*~tactically~*~*~ (outnumbered).
 34498 | D:5      | 34498 ||| Stepping ~*~*~tactically~*~*~ (outnumbered).
 34500 | D:5      | 34500 ||| Stepping ~*~*~tactically~*~*~ (outnumbered).
 34502 | D:5      | 34502 ||| Stepping ~*~*~tactically~*~*~ (outnumbered).
 34504 | D:5      | 34504 ||| Stepping ~*~*~tactically~*~*~ (outnumbered).
 34506 | D:5      | 34506 ||| Stepping ~*~*~tactically~*~*~ (outnumbered).
 34508 | D:5      | 34508 ||| Stepping ~*~*~tactically~*~*~ (outnumbered).
 34513 | D:5      | 34513 ||| Stepping ~*~*~tactically~*~*~ (outnumbered).
 34515 | D:5      | 34515 ||| Stepping ~*~*~tactically~*~*~ (outnumbered).
 34517 | D:5      | 34517 ||| Stepping ~*~*~tactically~*~*~ (outnumbered).
 34521 | D:5      | 34521 ||| Stepping ~*~*~tactically~*~*~ (outnumbered).
 34526 | D:5      | 34526 ||| Stepping ~*~*~tactically~*~*~ (outnumbered).
 34528 | D:5      | 34528 ||| Stepping ~*~*~tactically~*~*~ (outnumbered).
 34530 | D:5      | 34530 ||| Stepping ~*~*~tactically~*~*~ (outnumbered).
 34532 | D:5      | 34532 ||| Stepping ~*~*~tactically~*~*~ (outnumbered).
 34534 | D:5      | 34534 ||| Stepping ~*~*~tactically~*~*~ (outnumbered).
 34536 | D:5      | 34536 ||| Stepping ~*~*~tactically~*~*~ (outnumbered).
 34538 | D:5      | 34538 ||| Stepping ~*~*~tactically~*~*~ (outnumbered).
 34540 | D:5      | 34540 ||| Stepping ~*~*~tactically~*~*~ (outnumbered).
 34542 | D:5      | 34542 ||| Stepping ~*~*~tactically~*~*~ (outnumbered).
 34544 | D:5      | 34544 ||| Stepping ~*~*~tactically~*~*~ (outnumbered).
 34546 | D:5      | 34546 ||| Stepping ~*~*~tactically~*~*~ (outnumbered).
 34548 | D:5      | 34548 ||| Stepping ~*~*~tactically~*~*~ (outnumbered).
 34550 | D:5      | 34550 ||| Stepping ~*~*~tactically~*~*~ (outnumbered).
 34553 | D:5      | 34553 ||| Stepping ~*~*~tactically~*~*~ (outnumbered).
 34555 | D:5      | 34555 ||| Stepping ~*~*~tactically~*~*~ (outnumbered).
 34557 | D:5      | 34557 ||| Stepping ~*~*~tactically~*~*~ (outnumbered).
 34559 | D:5      | 34559 ||| Stepping ~*~*~tactically~*~*~ (outnumbered).
 34561 | D:5      | 34561 ||| Stepping ~*~*~tactically~*~*~ (outnumbered).
 34563 | D:5      | 34563 ||| Stepping ~*~*~tactically~*~*~ (outnumbered).
 34565 | D:5      | 34565 ||| Stepping ~*~*~tactically~*~*~ (outnumbered).
 34567 | D:5      | 34567 ||| Stepping ~*~*~tactically~*~*~ (outnumbered).
 34569 | D:5      | 34569 ||| Stepping ~*~*~tactically~*~*~ (outnumbered).
 34571 | D:5      | 34571 ||| Stepping ~*~*~tactically~*~*~ (outnumbered).
 34573 | D:5      | 34573 ||| Stepping ~*~*~tactically~*~*~ (outnumbered).
 34575 | D:5      | 34575 ||| Stepping ~*~*~tactically~*~*~ (outnumbered).
 34577 | D:5      | 34577 ||| Stepping ~*~*~tactically~*~*~ (outnumbered).
 34579 | D:5      | 34579 ||| Stepping ~*~*~tactically~*~*~ (outnumbered).
 34581 | D:5      | 34581 ||| Stepping ~*~*~tactically~*~*~ (outnumbered).
 34583 | D:5      | 34583 ||| Stepping ~*~*~tactically~*~*~ (outnumbered).
 34585 | D:5      | 34585 ||| Stepping ~*~*~tactically~*~*~ (outnumbered).
 34589 | D:5      | 34589 ||| Stepping ~*~*~tactically~*~*~ (outnumbered).
 34591 | D:5      | 34591 ||| Stepping ~*~*~tactically~*~*~ (outnumbered).
 34592 | D:5      | Glimpsed the power of Zot.
 34594 | D:5      | 34594 ||| Stepping ~*~*~tactically~*~*~ (outnumbered).
 34596 | D:5      | 34596 ||| Stepping ~*~*~tactically~*~*~ (outnumbered).
 34598 | D:5      | 34598 ||| Stepping ~*~*~tactically~*~*~ (outnumbered).
 34600 | D:5      | 34600 ||| Stepping ~*~*~tactically~*~*~ (outnumbered).
 34602 | D:5      | 34602 ||| Stepping ~*~*~tactically~*~*~ (outnumbered).
 34604 | D:5      | 34604 ||| Stepping ~*~*~tactically~*~*~ (outnumbered).
 34606 | D:5      | 34606 ||| Stepping ~*~*~tactically~*~*~ (outnumbered).
 34608 | D:5      | 34608 ||| Stepping ~*~*~tactically~*~*~ (outnumbered).
 34610 | D:5      | 34610 ||| Stepping ~*~*~tactically~*~*~ (outnumbered).
 34612 | D:5      | 34612 ||| Stepping ~*~*~tactically~*~*~ (outnumbered).
 34614 | D:5      | 34614 ||| Stepping ~*~*~tactically~*~*~ (outnumbered).
 34616 | D:5      | 34616 ||| Stepping ~*~*~tactically~*~*~ (outnumbered).
 34618 | D:5      | 34618 ||| Stepping ~*~*~tactically~*~*~ (outnumbered).
 34620 | D:5      | 34620 ||| Stepping ~*~*~tactically~*~*~ (outnumbered).
 34622 | D:5      | 34622 ||| Stepping ~*~*~tactically~*~*~ (outnumbered).
 34624 | D:5      | 34624 ||| Stepping ~*~*~tactically~*~*~ (outnumbered).
 34626 | D:5      | 34626 ||| Stepping ~*~*~tactically~*~*~ (outnumbered).
 34628 | D:5      | 34628 ||| Stepping ~*~*~tactically~*~*~ (outnumbered).
 34633 | D:5      | 34633 ||| Stepping ~*~*~tactically~*~*~ (outnumbered).
 34635 | D:5      | 34635 ||| Stepping ~*~*~tactically~*~*~ (outnumbered).
 34637 | D:5      | 34637 ||| Stepping ~*~*~tactically~*~*~ (outnumbered).
 34639 | D:5      | 34639 ||| Stepping ~*~*~tactically~*~*~ (outnumbered).
 34641 | D:5      | 34641 ||| Stepping ~*~*~tactically~*~*~ (outnumbered).
 34646 | D:5      | 34646 ||| Stepping ~*~*~tactically~*~*~ (outnumbered).
 34648 | D:5      | 34648 ||| Stepping ~*~*~tactically~*~*~ (outnumbered).
 34650 | D:5      | 34650 ||| Stepping ~*~*~tactically~*~*~ (outnumbered).
 34652 | D:5      | 34652 ||| Stepping ~*~*~tactically~*~*~ (outnumbered).
 34655 | D:5      | 34655 ||| Stepping ~*~*~tactically~*~*~ (outnumbered).
 34657 | D:5      | 34657 ||| Stepping ~*~*~tactically~*~*~ (outnumbered).
 34661 | D:5      | 34661 ||| Stepping ~*~*~tactically~*~*~ (outnumbered).
 34663 | D:5      | 34663 ||| Stepping ~*~*~tactically~*~*~ (outnumbered).
 34665 | D:5      | 34665 ||| Stepping ~*~*~tactically~*~*~ (outnumbered).
 34667 | D:5      | 34667 ||| Stepping ~*~*~tactically~*~*~ (outnumbered).
 34669 | D:5      | 34669 ||| Stepping ~*~*~tactically~*~*~ (outnumbered).
 34671 | D:5      | 34671 ||| Stepping ~*~*~tactically~*~*~ (outnumbered).
 34673 | D:5      | 34673 ||| Stepping ~*~*~tactically~*~*~ (outnumbered).
 34675 | D:5      | 34675 ||| Stepping ~*~*~tactically~*~*~ (outnumbered).
 34677 | D:5      | 34677 ||| Stepping ~*~*~tactically~*~*~ (outnumbered).
 34679 | D:5      | 34679 ||| Stepping ~*~*~tactically~*~*~ (outnumbered).
 34681 | D:5      | 34681 ||| Stepping ~*~*~tactically~*~*~ (outnumbered).
 34683 | D:5      | 34683 ||| Stepping ~*~*~tactically~*~*~ (outnumbered).
 34685 | D:5      | 34685 ||| Stepping ~*~*~tactically~*~*~ (outnumbered).
 34687 | D:5      | 34687 ||| Stepping ~*~*~tactically~*~*~ (outnumbered).
 34689 | D:5      | 34689 ||| Stepping ~*~*~tactically~*~*~ (outnumbered).
 34691 | D:5      | 34691 ||| Stepping ~*~*~tactically~*~*~ (outnumbered).
 34693 | D:5      | 34693 ||| Stepping ~*~*~tactically~*~*~ (outnumbered).
 34695 | D:5      | 34695 ||| Stepping ~*~*~tactically~*~*~ (outnumbered).
 34697 | D:5      | 34697 ||| Stepping ~*~*~tactically~*~*~ (outnumbered).
 34699 | D:5      | 34699 ||| Stepping ~*~*~tactically~*~*~ (outnumbered).
 34701 | D:5      | 34701 ||| Stepping ~*~*~tactically~*~*~ (outnumbered).
 34703 | D:5      | 34703 ||| Stepping ~*~*~tactically~*~*~ (outnumbered).
 34705 | D:5      | 34705 ||| Stepping ~*~*~tactically~*~*~ (outnumbered).
 34710 | D:5      | 34710 ||| Stepping ~*~*~tactically~*~*~ (outnumbered).
 34713 | D:5      | 34713 ||| Stepping ~*~*~tactically~*~*~ (outnumbered).
 34715 | D:5      | 34715 ||| Stepping ~*~*~tactically~*~*~ (outnumbered).
 34717 | D:5      | 34717 ||| Stepping ~*~*~tactically~*~*~ (outnumbered).
 34719 | D:5      | 34719 ||| Stepping ~*~*~tactically~*~*~ (outnumbered).
 34721 | D:5      | 34721 ||| Stepping ~*~*~tactically~*~*~ (outnumbered).
 34723 | D:5      | 34723 ||| Stepping ~*~*~tactically~*~*~ (outnumbered).
 34725 | D:5      | 34725 ||| Stepping ~*~*~tactically~*~*~ (outnumbered).
 34727 | D:5      | 34727 ||| Stepping ~*~*~tactically~*~*~ (outnumbered).
 34729 | D:5      | 34729 ||| Stepping ~*~*~tactically~*~*~ (outnumbered).
 34731 | D:5      | 34731 ||| Stepping ~*~*~tactically~*~*~ (outnumbered).
 34733 | D:5      | 34733 ||| Stepping ~*~*~tactically~*~*~ (outnumbered).
 34735 | D:5      | 34735 ||| Stepping ~*~*~tactically~*~*~ (outnumbered).
 34737 | D:5      | 34737 ||| Stepping ~*~*~tactically~*~*~ (outnumbered).
 34739 | D:5      | 34739 ||| Stepping ~*~*~tactically~*~*~ (outnumbered).
 34741 | D:5      | 34741 ||| Stepping ~*~*~tactically~*~*~ (outnumbered).
 34743 | D:5      | 34743 ||| Stepping ~*~*~tactically~*~*~ (outnumbered).
 34745 | D:5      | 34745 ||| Stepping ~*~*~tactically~*~*~ (outnumbered).
 34747 | D:5      | 34747 ||| Stepping ~*~*~tactically~*~*~ (outnumbered).
 34749 | D:5      | 34749 ||| Stepping ~*~*~tactically~*~*~ (outnumbered).
 34751 | D:5      | 34751 ||| Stepping ~*~*~tactically~*~*~ (outnumbered).
 34753 | D:5      | 34753 ||| Stepping ~*~*~tactically~*~*~ (outnumbered).
 34755 | D:5      | 34755 ||| Stepping ~*~*~tactically~*~*~ (outnumbered).
 34757 | D:5      | 34757 ||| Stepping ~*~*~tactically~*~*~ (outnumbered).
 34759 | D:5      | 34759 ||| Stepping ~*~*~tactically~*~*~ (outnumbered).
 34761 | D:5      | 34761 ||| Stepping ~*~*~tactically~*~*~ (outnumbered).
 34763 | D:5      | 34763 ||| Stepping ~*~*~tactically~*~*~ (outnumbered).
 34765 | D:5      | 34765 ||| Stepping ~*~*~tactically~*~*~ (outnumbered).
 34767 | D:5      | 34767 ||| Stepping ~*~*~tactically~*~*~ (outnumbered).
 34769 | D:5      | 34769 ||| Stepping ~*~*~tactically~*~*~ (outnumbered).
 34771 | D:5      | 34771 ||| Stepping ~*~*~tactically~*~*~ (outnumbered).
 34773 | D:5      | 34773 ||| Stepping ~*~*~tactically~*~*~ (outnumbered).
 34775 | D:5      | 34775 ||| Stepping ~*~*~tactically~*~*~ (outnumbered).
 34777 | D:5      | 34777 ||| Stepping ~*~*~tactically~*~*~ (outnumbered).
 34779 | D:5      | 34779 ||| Stepping ~*~*~tactically~*~*~ (outnumbered).
 34781 | D:5      | 34781 ||| Stepping ~*~*~tactically~*~*~ (outnumbered).
 34783 | D:5      | 34783 ||| Stepping ~*~*~tactically~*~*~ (outnumbered).
 34785 | D:5      | 34785 ||| Stepping ~*~*~tactically~*~*~ (outnumbered).
 34787 | D:5      | 34787 ||| Stepping ~*~*~tactically~*~*~ (outnumbered).
 34789 | D:5      | 34789 ||| Stepping ~*~*~tactically~*~*~ (outnumbered).
 34791 | D:5      | 34791 ||| Stepping ~*~*~tactically~*~*~ (outnumbered).
 34793 | D:5      | 34793 ||| Stepping ~*~*~tactically~*~*~ (outnumbered).
 34795 | D:5      | 34795 ||| Stepping ~*~*~tactically~*~*~ (outnumbered).
 34797 | D:5      | 34797 ||| Stepping ~*~*~tactically~*~*~ (outnumbered).
 34799 | D:5      | 34799 ||| Stepping ~*~*~tactically~*~*~ (outnumbered).
 34801 | D:5      | 34801 ||| Stepping ~*~*~tactically~*~*~ (outnumbered).
 34803 | D:5      | 34803 ||| Stepping ~*~*~tactically~*~*~ (outnumbered).
 34805 | D:5      | 34805 ||| Stepping ~*~*~tactically~*~*~ (outnumbered).
 34807 | D:5      | 34807 ||| Stepping ~*~*~tactically~*~*~ (outnumbered).
 34809 | D:5      | 34809 ||| Stepping ~*~*~tactically~*~*~ (outnumbered).
 34811 | D:5      | 34811 ||| Stepping ~*~*~tactically~*~*~ (outnumbered).
 34813 | D:5      | 34813 ||| Stepping ~*~*~tactically~*~*~ (outnumbered).
 34815 | D:5      | 34815 ||| Stepping ~*~*~tactically~*~*~ (outnumbered).
 34817 | D:5      | 34817 ||| Stepping ~*~*~tactically~*~*~ (outnumbered).
 34819 | D:5      | 34819 ||| Stepping ~*~*~tactically~*~*~ (outnumbered).
 34821 | D:5      | 34821 ||| Stepping ~*~*~tactically~*~*~ (outnumbered).
 34823 | D:5      | 34823 ||| Stepping ~*~*~tactically~*~*~ (outnumbered).
 34825 | D:5      | 34825 ||| Stepping ~*~*~tactically~*~*~ (outnumbered).
 34827 | D:5      | 34827 ||| Stepping ~*~*~tactically~*~*~ (outnumbered).
 34829 | D:5      | 34829 ||| Stepping ~*~*~tactically~*~*~ (outnumbered).
 34831 | D:5      | 34831 ||| Stepping ~*~*~tactically~*~*~ (outnumbered).
 34833 | D:5      | 34833 ||| Stepping ~*~*~tactically~*~*~ (outnumbered).
 34835 | D:5      | 34835 ||| Stepping ~*~*~tactically~*~*~ (outnumbered).
 34837 | D:5      | 34837 ||| Stepping ~*~*~tactically~*~*~ (outnumbered).
 34839 | D:5      | 34839 ||| Stepping ~*~*~tactically~*~*~ (outnumbered).
 34841 | D:5      | 34841 ||| Stepping ~*~*~tactically~*~*~ (outnumbered).
 34843 | D:5      | 34843 ||| Stepping ~*~*~tactically~*~*~ (outnumbered).
 34845 | D:5      | 34845 ||| Stepping ~*~*~tactically~*~*~ (outnumbered).
 34847 | D:5      | 34847 ||| Stepping ~*~*~tactically~*~*~ (outnumbered).
 34849 | D:5      | 34849 ||| Stepping ~*~*~tactically~*~*~ (outnumbered).
 34851 | D:5      | 34851 ||| Stepping ~*~*~tactically~*~*~ (outnumbered).
 34853 | D:5      | 34853 ||| Stepping ~*~*~tactically~*~*~ (outnumbered).
 34855 | D:5      | 34855 ||| Stepping ~*~*~tactically~*~*~ (outnumbered).
 34857 | D:5      | 34857 ||| Stepping ~*~*~tactically~*~*~ (outnumbered).
 34859 | D:5      | 34859 ||| Stepping ~*~*~tactically~*~*~ (outnumbered).
 34861 | D:5      | 34861 ||| Stepping ~*~*~tactically~*~*~ (outnumbered).
 34864 | D:5      | 34864 ||| Stepping ~*~*~tactically~*~*~ (outnumbered).
 34866 | D:5      | 34866 ||| Stepping ~*~*~tactically~*~*~ (outnumbered).
 34868 | D:5      | 34868 ||| Stepping ~*~*~tactically~*~*~ (outnumbered).
 34870 | D:5      | 34870 ||| Stepping ~*~*~tactically~*~*~ (outnumbered).
 34872 | D:5      | 34872 ||| Stepping ~*~*~tactically~*~*~ (outnumbered).
 34874 | D:5      | 34874 ||| Stepping ~*~*~tactically~*~*~ (outnumbered).
 34876 | D:5      | 34876 ||| Stepping ~*~*~tactically~*~*~ (outnumbered).
 34878 | D:5      | 34878 ||| Stepping ~*~*~tactically~*~*~ (outnumbered).
 34880 | D:5      | 34880 ||| Stepping ~*~*~tactically~*~*~ (outnumbered).
 34882 | D:5      | 34882 ||| Stepping ~*~*~tactically~*~*~ (outnumbered).
 34884 | D:5      | 34884 ||| Stepping ~*~*~tactically~*~*~ (outnumbered).
 34886 | D:5      | 34886 ||| Stepping ~*~*~tactically~*~*~ (outnumbered).
 34888 | D:5      | 34888 ||| Stepping ~*~*~tactically~*~*~ (outnumbered).
 34890 | D:5      | 34890 ||| Stepping ~*~*~tactically~*~*~ (outnumbered).
 34894 | D:5      | 34894 ||| Stepping ~*~*~tactically~*~*~ (outnumbered).
 34896 | D:5      | 34896 ||| Stepping ~*~*~tactically~*~*~ (outnumbered).
 34898 | D:5      | 34898 ||| Stepping ~*~*~tactically~*~*~ (outnumbered).
 34900 | D:5      | 34900 ||| Stepping ~*~*~tactically~*~*~ (outnumbered).
 34902 | D:5      | 34902 ||| Stepping ~*~*~tactically~*~*~ (outnumbered).
 34904 | D:5      | 34904 ||| Stepping ~*~*~tactically~*~*~ (outnumbered).
 34906 | D:5      | 34906 ||| Stepping ~*~*~tactically~*~*~ (outnumbered).
 34910 | D:5      | 34910 ||| Stepping ~*~*~tactically~*~*~ (outnumbered).
 34912 | D:5      | 34912 ||| Stepping ~*~*~tactically~*~*~ (outnumbered).
 34914 | D:5      | 34914 ||| Stepping ~*~*~tactically~*~*~ (outnumbered).
 34916 | D:5      | 34916 ||| Stepping ~*~*~tactically~*~*~ (outnumbered).
 34918 | D:5      | 34918 ||| Stepping ~*~*~tactically~*~*~ (outnumbered).
 34920 | D:5      | 34920 ||| Stepping ~*~*~tactically~*~*~ (outnumbered).
 34923 | D:5      | 34923 ||| Stepping ~*~*~tactically~*~*~ (outnumbered).
 34925 | D:5      | 34925 ||| Stepping ~*~*~tactically~*~*~ (outnumbered).
 34927 | D:5      | 34927 ||| Stepping ~*~*~tactically~*~*~ (outnumbered).
 34929 | D:5      | 34929 ||| Stepping ~*~*~tactically~*~*~ (outnumbered).
 34931 | D:5      | 34931 ||| Stepping ~*~*~tactically~*~*~ (outnumbered).
 34933 | D:5      | 34933 ||| Stepping ~*~*~tactically~*~*~ (outnumbered).
 34935 | D:5      | 34935 ||| Stepping ~*~*~tactically~*~*~ (outnumbered).
 34937 | D:5      | 34937 ||| Stepping ~*~*~tactically~*~*~ (outnumbered).
 34939 | D:5      | 34939 ||| Stepping ~*~*~tactically~*~*~ (outnumbered).
 34941 | D:5      | 34941 ||| Stepping ~*~*~tactically~*~*~ (outnumbered).
 34943 | D:5      | 34943 ||| Stepping ~*~*~tactically~*~*~ (outnumbered).
 34945 | D:5      | 34945 ||| Stepping ~*~*~tactically~*~*~ (outnumbered).
 34947 | D:5      | 34947 ||| Stepping ~*~*~tactically~*~*~ (outnumbered).
 34949 | D:5      | 34949 ||| Stepping ~*~*~tactically~*~*~ (outnumbered).
 34951 | D:5      | 34951 ||| Stepping ~*~*~tactically~*~*~ (outnumbered).
 34953 | D:5      | 34953 ||| Stepping ~*~*~tactically~*~*~ (outnumbered).
 34955 | D:5      | 34955 ||| Stepping ~*~*~tactically~*~*~ (outnumbered).
 34957 | D:5      | 34957 ||| Stepping ~*~*~tactically~*~*~ (outnumbered).
 34959 | D:5      | 34959 ||| Stepping ~*~*~tactically~*~*~ (outnumbered).
 34961 | D:5      | 34961 ||| Stepping ~*~*~tactically~*~*~ (outnumbered).
 34966 | D:5      | 34966 ||| Stepping ~*~*~tactically~*~*~ (outnumbered).
 34968 | D:5      | 34968 ||| Stepping ~*~*~tactically~*~*~ (outnumbered).
 34970 | D:5      | 34970 ||| Stepping ~*~*~tactically~*~*~ (outnumbered).
 34972 | D:5      | 34972 ||| Stepping ~*~*~tactically~*~*~ (outnumbered).
 34974 | D:5      | 34974 ||| Stepping ~*~*~tactically~*~*~ (outnumbered).
 34976 | D:5      | 34976 ||| Stepping ~*~*~tactically~*~*~ (outnumbered).
 34978 | D:5      | 34978 ||| Stepping ~*~*~tactically~*~*~ (outnumbered).
 34982 | D:5      | 34982 ||| Stepping ~*~*~tactically~*~*~ (outnumbered).
 34984 | D:5      | 34984 ||| Stepping ~*~*~tactically~*~*~ (outnumbered).
 34986 | D:5      | 34986 ||| Stepping ~*~*~tactically~*~*~ (outnumbered).
 34991 | D:5      | 34991 ||| Stepping ~*~*~tactically~*~*~ (outnumbered).
 34993 | D:5      | 34993 ||| Stepping ~*~*~tactically~*~*~ (outnumbered).
 34995 | D:5      | 34995 ||| Stepping ~*~*~tactically~*~*~ (outnumbered).
 34997 | D:5      | 34997 ||| Stepping ~*~*~tactically~*~*~ (outnumbered).
 34999 | D:5      | 34999 ||| Stepping ~*~*~tactically~*~*~ (outnumbered).
 35001 | D:5      | 35001 ||| Stepping ~*~*~tactically~*~*~ (outnumbered).
 35003 | D:5      | 35003 ||| Stepping ~*~*~tactically~*~*~ (outnumbered).
 35005 | D:5      | 35005 ||| Stepping ~*~*~tactically~*~*~ (outnumbered).
 35007 | D:5      | 35007 ||| Stepping ~*~*~tactically~*~*~ (outnumbered).
 35009 | D:5      | 35009 ||| Stepping ~*~*~tactically~*~*~ (outnumbered).
 35012 | D:5      | 35012 ||| Stepping ~*~*~tactically~*~*~ (outnumbered).
 35014 | D:5      | 35014 ||| Stepping ~*~*~tactically~*~*~ (outnumbered).
 35016 | D:5      | 35016 ||| Stepping ~*~*~tactically~*~*~ (outnumbered).
 35018 | D:5      | 35018 ||| Stepping ~*~*~tactically~*~*~ (outnumbered).
 35020 | D:5      | 35020 ||| Stepping ~*~*~tactically~*~*~ (outnumbered).
 35024 | D:5      | 35024 ||| Stepping ~*~*~tactically~*~*~ (outnumbered).
 35026 | D:5      | 35026 ||| Stepping ~*~*~tactically~*~*~ (outnumbered).
 35029 | D:5      | 35029 ||| Stepping ~*~*~tactically~*~*~ (outnumbered).
 35031 | D:5      | 35031 ||| Stepping ~*~*~tactically~*~*~ (outnumbered).
 35033 | D:5      | 35033 ||| Stepping ~*~*~tactically~*~*~ (outnumbered).
 35035 | D:5      | 35035 ||| Stepping ~*~*~tactically~*~*~ (outnumbered).
 35037 | D:5      | 35037 ||| Stepping ~*~*~tactically~*~*~ (outnumbered).
 35039 | D:5      | 35039 ||| Stepping ~*~*~tactically~*~*~ (outnumbered).
 35041 | D:5      | 35041 ||| Stepping ~*~*~tactically~*~*~ (outnumbered).
 35043 | D:5      | 35043 ||| Stepping ~*~*~tactically~*~*~ (outnumbered).
 35045 | D:5      | 35045 ||| Stepping ~*~*~tactically~*~*~ (outnumbered).
 35047 | D:5      | 35047 ||| Stepping ~*~*~tactically~*~*~ (outnumbered).
 35051 | D:5      | 35051 ||| Stepping ~*~*~tactically~*~*~ (outnumbered).
 35053 | D:5      | 35053 ||| Stepping ~*~*~tactically~*~*~ (outnumbered).
 35055 | D:5      | 35055 ||| Stepping ~*~*~tactically~*~*~ (outnumbered).
 35057 | D:5      | 35057 ||| Stepping ~*~*~tactically~*~*~ (outnumbered).
 35059 | D:5      | 35059 ||| Stepping ~*~*~tactically~*~*~ (outnumbered).
 35061 | D:5      | 35061 ||| Stepping ~*~*~tactically~*~*~ (outnumbered).
 35063 | D:5      | 35063 ||| Stepping ~*~*~tactically~*~*~ (outnumbered).
 35065 | D:5      | 35065 ||| Stepping ~*~*~tactically~*~*~ (outnumbered).
 35067 | D:5      | 35067 ||| Stepping ~*~*~tactically~*~*~ (outnumbered).
 35069 | D:5      | 35069 ||| Stepping ~*~*~tactically~*~*~ (outnumbered).
 35071 | D:5      | 35071 ||| Stepping ~*~*~tactically~*~*~ (outnumbered).
 35073 | D:5      | 35073 ||| Stepping ~*~*~tactically~*~*~ (outnumbered).
 35075 | D:5      | 35075 ||| Stepping ~*~*~tactically~*~*~ (outnumbered).
 35077 | D:5      | 35077 ||| Stepping ~*~*~tactically~*~*~ (outnumbered).
 35079 | D:5      | 35079 ||| Stepping ~*~*~tactically~*~*~ (outnumbered).
 35081 | D:5      | 35081 ||| Stepping ~*~*~tactically~*~*~ (outnumbered).
 35083 | D:5      | 35083 ||| Stepping ~*~*~tactically~*~*~ (outnumbered).
 35085 | D:5      | 35085 ||| Stepping ~*~*~tactically~*~*~ (outnumbered).
 35087 | D:5      | 35087 ||| Stepping ~*~*~tactically~*~*~ (outnumbered).
 35089 | D:5      | 35089 ||| Stepping ~*~*~tactically~*~*~ (outnumbered).
 35091 | D:5      | 35091 ||| Stepping ~*~*~tactically~*~*~ (outnumbered).
 35092 | D:5      | Glimpsed the power of Zot.
 35093 | D:5      | 35093 ||| Stepping ~*~*~tactically~*~*~ (outnumbered).
 35095 | D:5      | 35095 ||| Stepping ~*~*~tactically~*~*~ (outnumbered).
 35097 | D:5      | 35097 ||| Stepping ~*~*~tactically~*~*~ (outnumbered).
 35099 | D:5      | 35099 ||| Stepping ~*~*~tactically~*~*~ (outnumbered).
 35101 | D:5      | 35101 ||| Stepping ~*~*~tactically~*~*~ (outnumbered).
 35103 | D:5      | 35103 ||| Stepping ~*~*~tactically~*~*~ (outnumbered).
 35105 | D:5      | 35105 ||| Stepping ~*~*~tactically~*~*~ (outnumbered).
 35107 | D:5      | 35107 ||| Stepping ~*~*~tactically~*~*~ (outnumbered).
 35110 | D:5      | 35110 ||| Stepping ~*~*~tactically~*~*~ (outnumbered).
 35112 | D:5      | 35112 ||| Stepping ~*~*~tactically~*~*~ (outnumbered).
 35114 | D:5      | 35114 ||| Stepping ~*~*~tactically~*~*~ (outnumbered).
 35116 | D:5      | 35116 ||| Stepping ~*~*~tactically~*~*~ (outnumbered).
 35118 | D:5      | 35118 ||| Stepping ~*~*~tactically~*~*~ (outnumbered).
 35120 | D:5      | 35120 ||| Stepping ~*~*~tactically~*~*~ (outnumbered).
 35122 | D:5      | 35122 ||| Stepping ~*~*~tactically~*~*~ (outnumbered).
 35124 | D:5      | 35124 ||| Stepping ~*~*~tactically~*~*~ (outnumbered).
 35126 | D:5      | 35126 ||| Stepping ~*~*~tactically~*~*~ (outnumbered).
 35128 | D:5      | 35128 ||| Stepping ~*~*~tactically~*~*~ (outnumbered).
 35130 | D:5      | 35130 ||| Stepping ~*~*~tactically~*~*~ (outnumbered).
 35134 | D:5      | 35134 ||| Stepping ~*~*~tactically~*~*~ (outnumbered).
 35136 | D:5      | 35136 ||| Stepping ~*~*~tactically~*~*~ (outnumbered).
 35138 | D:5      | 35138 ||| Stepping ~*~*~tactically~*~*~ (outnumbered).
 35140 | D:5      | 35140 ||| Stepping ~*~*~tactically~*~*~ (outnumbered).
 35144 | D:5      | 35144 ||| Stepping ~*~*~tactically~*~*~ (outnumbered).
 35146 | D:5      | 35146 ||| Stepping ~*~*~tactically~*~*~ (outnumbered).
 35148 | D:5      | 35148 ||| Stepping ~*~*~tactically~*~*~ (outnumbered).
 35150 | D:5      | 35150 ||| Stepping ~*~*~tactically~*~*~ (outnumbered).
 35152 | D:5      | 35152 ||| Stepping ~*~*~tactically~*~*~ (outnumbered).
 35154 | D:5      | 35154 ||| Stepping ~*~*~tactically~*~*~ (outnumbered).
 35156 | D:5      | 35156 ||| Stepping ~*~*~tactically~*~*~ (outnumbered).
 35158 | D:5      | 35158 ||| Stepping ~*~*~tactically~*~*~ (outnumbered).
 35160 | D:5      | 35160 ||| Stepping ~*~*~tactically~*~*~ (outnumbered).
 35162 | D:5      | 35162 ||| Stepping ~*~*~tactically~*~*~ (outnumbered).
 35164 | D:5      | 35164 ||| Stepping ~*~*~tactically~*~*~ (outnumbered).
 35166 | D:5      | 35166 ||| Stepping ~*~*~tactically~*~*~ (outnumbered).
 35168 | D:5      | 35168 ||| Stepping ~*~*~tactically~*~*~ (outnumbered).
 35170 | D:5      | 35170 ||| Stepping ~*~*~tactically~*~*~ (outnumbered).
 35172 | D:5      | 35172 ||| Stepping ~*~*~tactically~*~*~ (outnumbered).
 35174 | D:5      | 35174 ||| Stepping ~*~*~tactically~*~*~ (outnumbered).
 35176 | D:5      | 35176 ||| Stepping ~*~*~tactically~*~*~ (outnumbered).
 35178 | D:5      | 35178 ||| Stepping ~*~*~tactically~*~*~ (outnumbered).
 35180 | D:5      | 35180 ||| Stepping ~*~*~tactically~*~*~ (outnumbered).
 35182 | D:5      | 35182 ||| Stepping ~*~*~tactically~*~*~ (outnumbered).
 35184 | D:5      | 35184 ||| Stepping ~*~*~tactically~*~*~ (outnumbered).
 35188 | D:5      | 35188 ||| Stepping ~*~*~tactically~*~*~ (outnumbered).
 35190 | D:5      | 35190 ||| Stepping ~*~*~tactically~*~*~ (outnumbered).
 35192 | D:5      | 35192 ||| Stepping ~*~*~tactically~*~*~ (outnumbered).
 35194 | D:5      | 35194 ||| Stepping ~*~*~tactically~*~*~ (outnumbered).
 35197 | D:5      | 35197 ||| Stepping ~*~*~tactically~*~*~ (outnumbered).
 35200 | D:5      | 35200 ||| Stepping ~*~*~tactically~*~*~ (outnumbered).
 35202 | D:5      | 35202 ||| Stepping ~*~*~tactically~*~*~ (outnumbered).
 35205 | D:5      | 35205 ||| Stepping ~*~*~tactically~*~*~ (outnumbered).
 35207 | D:5      | 35207 ||| Stepping ~*~*~tactically~*~*~ (outnumbered).
 35209 | D:5      | 35209 ||| Stepping ~*~*~tactically~*~*~ (outnumbered).
 35211 | D:5      | 35211 ||| Stepping ~*~*~tactically~*~*~ (outnumbered).
 35213 | D:5      | 35213 ||| Stepping ~*~*~tactically~*~*~ (outnumbered).
 35215 | D:5      | 35215 ||| Stepping ~*~*~tactically~*~*~ (outnumbered).
 35217 | D:5      | 35217 ||| Stepping ~*~*~tactically~*~*~ (outnumbered).
 35219 | D:5      | 35219 ||| Stepping ~*~*~tactically~*~*~ (outnumbered).
 35221 | D:5      | 35221 ||| Stepping ~*~*~tactically~*~*~ (outnumbered).
 35223 | D:5      | 35223 ||| Stepping ~*~*~tactically~*~*~ (outnumbered).
 35225 | D:5      | 35225 ||| Stepping ~*~*~tactically~*~*~ (outnumbered).
 35227 | D:5      | 35227 ||| Stepping ~*~*~tactically~*~*~ (outnumbered).
 35229 | D:5      | 35229 ||| Stepping ~*~*~tactically~*~*~ (outnumbered).
 35231 | D:5      | 35231 ||| Stepping ~*~*~tactically~*~*~ (outnumbered).
 35233 | D:5      | 35233 ||| Stepping ~*~*~tactically~*~*~ (outnumbered).
 35235 | D:5      | 35235 ||| Stepping ~*~*~tactically~*~*~ (outnumbered).
 35237 | D:5      | 35237 ||| Stepping ~*~*~tactically~*~*~ (outnumbered).
 35239 | D:5      | 35239 ||| Stepping ~*~*~tactically~*~*~ (outnumbered).
 35241 | D:5      | 35241 ||| Stepping ~*~*~tactically~*~*~ (outnumbered).
 35243 | D:5      | 35243 ||| Stepping ~*~*~tactically~*~*~ (outnumbered).
 35245 | D:5      | 35245 ||| Stepping ~*~*~tactically~*~*~ (outnumbered).
 35247 | D:5      | 35247 ||| Stepping ~*~*~tactically~*~*~ (outnumbered).
 35249 | D:5      | 35249 ||| Stepping ~*~*~tactically~*~*~ (outnumbered).
 35251 | D:5      | 35251 ||| Stepping ~*~*~tactically~*~*~ (outnumbered).
 35253 | D:5      | 35253 ||| Stepping ~*~*~tactically~*~*~ (outnumbered).
 35255 | D:5      | 35255 ||| Stepping ~*~*~tactically~*~*~ (outnumbered).
 35257 | D:5      | 35257 ||| Stepping ~*~*~tactically~*~*~ (outnumbered).
 35259 | D:5      | 35259 ||| Stepping ~*~*~tactically~*~*~ (outnumbered).
 35261 | D:5      | 35261 ||| Stepping ~*~*~tactically~*~*~ (outnumbered).
 35263 | D:5      | 35263 ||| Stepping ~*~*~tactically~*~*~ (outnumbered).
 35265 | D:5      | 35265 ||| Stepping ~*~*~tactically~*~*~ (outnumbered).
 35267 | D:5      | 35267 ||| Stepping ~*~*~tactically~*~*~ (outnumbered).
 35269 | D:5      | 35269 ||| Stepping ~*~*~tactically~*~*~ (outnumbered).
 35272 | D:5      | 35272 ||| Stepping ~*~*~tactically~*~*~ (outnumbered).
 35274 | D:5      | 35274 ||| Stepping ~*~*~tactically~*~*~ (outnumbered).
 35276 | D:5      | 35276 ||| Stepping ~*~*~tactically~*~*~ (outnumbered).
 35279 | D:5      | 35279 ||| Stepping ~*~*~tactically~*~*~ (outnumbered).
 35281 | D:5      | 35281 ||| Stepping ~*~*~tactically~*~*~ (outnumbered).
 35283 | D:5      | 35283 ||| Stepping ~*~*~tactically~*~*~ (outnumbered).
 35285 | D:5      | 35285 ||| Stepping ~*~*~tactically~*~*~ (outnumbered).
 35287 | D:5      | 35287 ||| Stepping ~*~*~tactically~*~*~ (outnumbered).
 35289 | D:5      | 35289 ||| Stepping ~*~*~tactically~*~*~ (outnumbered).
 35291 | D:5      | 35291 ||| Stepping ~*~*~tactically~*~*~ (outnumbered).
 35293 | D:5      | 35293 ||| Stepping ~*~*~tactically~*~*~ (outnumbered).
 35295 | D:5      | 35295 ||| Stepping ~*~*~tactically~*~*~ (outnumbered).
 35297 | D:5      | 35297 ||| Stepping ~*~*~tactically~*~*~ (outnumbered).
 35300 | D:5      | 35300 ||| Stepping ~*~*~tactically~*~*~ (outnumbered).
 35302 | D:5      | 35302 ||| Stepping ~*~*~tactically~*~*~ (outnumbered).
 35304 | D:5      | 35304 ||| Stepping ~*~*~tactically~*~*~ (outnumbered).
 35306 | D:5      | 35306 ||| Stepping ~*~*~tactically~*~*~ (outnumbered).
 35308 | D:5      | 35308 ||| Stepping ~*~*~tactically~*~*~ (outnumbered).
 35310 | D:5      | 35310 ||| Stepping ~*~*~tactically~*~*~ (outnumbered).
 35312 | D:5      | 35312 ||| Stepping ~*~*~tactically~*~*~ (outnumbered).
 35314 | D:5      | 35314 ||| Stepping ~*~*~tactically~*~*~ (outnumbered).
 35316 | D:5      | 35316 ||| Stepping ~*~*~tactically~*~*~ (outnumbered).
 35321 | D:5      | 35321 ||| Stepping ~*~*~tactically~*~*~ (outnumbered).
 35326 | D:5      | 35326 ||| Stepping ~*~*~tactically~*~*~ (outnumbered).
 35328 | D:5      | 35328 ||| Stepping ~*~*~tactically~*~*~ (outnumbered).
 35331 | D:5      | 35331 ||| Stepping ~*~*~tactically~*~*~ (outnumbered).
 35333 | D:5      | 35333 ||| Stepping ~*~*~tactically~*~*~ (outnumbered).
 35335 | D:5      | 35335 ||| Stepping ~*~*~tactically~*~*~ (outnumbered).
 35337 | D:5      | 35337 ||| Stepping ~*~*~tactically~*~*~ (outnumbered).
 35339 | D:5      | 35339 ||| Stepping ~*~*~tactically~*~*~ (outnumbered).
 35341 | D:5      | 35341 ||| Stepping ~*~*~tactically~*~*~ (outnumbered).
 35343 | D:5      | 35343 ||| Stepping ~*~*~tactically~*~*~ (outnumbered).
 35345 | D:5      | 35345 ||| Stepping ~*~*~tactically~*~*~ (outnumbered).
 35347 | D:5      | 35347 ||| Stepping ~*~*~tactically~*~*~ (outnumbered).
 35349 | D:5      | 35349 ||| Stepping ~*~*~tactically~*~*~ (outnumbered).
 35351 | D:5      | 35351 ||| Stepping ~*~*~tactically~*~*~ (outnumbered).
 35353 | D:5      | 35353 ||| Stepping ~*~*~tactically~*~*~ (outnumbered).
 35355 | D:5      | 35355 ||| Stepping ~*~*~tactically~*~*~ (outnumbered).
 35357 | D:5      | 35357 ||| Stepping ~*~*~tactically~*~*~ (outnumbered).
 35359 | D:5      | 35359 ||| Stepping ~*~*~tactically~*~*~ (outnumbered).
 35361 | D:5      | 35361 ||| Stepping ~*~*~tactically~*~*~ (outnumbered).
 35363 | D:5      | 35363 ||| Stepping ~*~*~tactically~*~*~ (outnumbered).
 35365 | D:5      | 35365 ||| Stepping ~*~*~tactically~*~*~ (outnumbered).
 35367 | D:5      | 35367 ||| Stepping ~*~*~tactically~*~*~ (outnumbered).
 35369 | D:5      | 35369 ||| Stepping ~*~*~tactically~*~*~ (outnumbered).
 35372 | D:5      | 35372 ||| Stepping ~*~*~tactically~*~*~ (outnumbered).
 35374 | D:5      | 35374 ||| Stepping ~*~*~tactically~*~*~ (outnumbered).
 35377 | D:5      | 35377 ||| Stepping ~*~*~tactically~*~*~ (outnumbered).
 35380 | D:5      | 35380 ||| Stepping ~*~*~tactically~*~*~ (outnumbered).
 35382 | D:5      | 35382 ||| Stepping ~*~*~tactically~*~*~ (outnumbered).
 35384 | D:5      | 35384 ||| Stepping ~*~*~tactically~*~*~ (outnumbered).
 35386 | D:5      | 35386 ||| Stepping ~*~*~tactically~*~*~ (outnumbered).
 35388 | D:5      | 35388 ||| Stepping ~*~*~tactically~*~*~ (outnumbered).
 35390 | D:5      | 35390 ||| Stepping ~*~*~tactically~*~*~ (outnumbered).
 35392 | D:5      | 35392 ||| Stepping ~*~*~tactically~*~*~ (outnumbered).
 35394 | D:5      | 35394 ||| Stepping ~*~*~tactically~*~*~ (outnumbered).
 35396 | D:5      | 35396 ||| Stepping ~*~*~tactically~*~*~ (outnumbered).
 35398 | D:5      | 35398 ||| Stepping ~*~*~tactically~*~*~ (outnumbered).
 35400 | D:5      | 35400 ||| Stepping ~*~*~tactically~*~*~ (outnumbered).
 35402 | D:5      | 35402 ||| Stepping ~*~*~tactically~*~*~ (outnumbered).
 35404 | D:5      | 35404 ||| Stepping ~*~*~tactically~*~*~ (outnumbered).
 35406 | D:5      | 35406 ||| Stepping ~*~*~tactically~*~*~ (outnumbered).
 35408 | D:5      | 35408 ||| Stepping ~*~*~tactically~*~*~ (outnumbered).
 35411 | D:5      | 35411 ||| Stepping ~*~*~tactically~*~*~ (outnumbered).
 35415 | D:5      | 35415 ||| Stepping ~*~*~tactically~*~*~ (outnumbered).
 35417 | D:5      | 35417 ||| Stepping ~*~*~tactically~*~*~ (outnumbered).
 35419 | D:5      | 35419 ||| Stepping ~*~*~tactically~*~*~ (outnumbered).
 35421 | D:5      | 35421 ||| Stepping ~*~*~tactically~*~*~ (outnumbered).
 35423 | D:5      | 35423 ||| Stepping ~*~*~tactically~*~*~ (outnumbered).
 35425 | D:5      | 35425 ||| Stepping ~*~*~tactically~*~*~ (outnumbered).
 35427 | D:5      | 35427 ||| Stepping ~*~*~tactically~*~*~ (outnumbered).
 35429 | D:5      | 35429 ||| Stepping ~*~*~tactically~*~*~ (outnumbered).
 35431 | D:5      | 35431 ||| Stepping ~*~*~tactically~*~*~ (outnumbered).
 35435 | D:5      | 35435 ||| Stepping ~*~*~tactically~*~*~ (outnumbered).
 35437 | D:5      | 35437 ||| Stepping ~*~*~tactically~*~*~ (outnumbered).
 35439 | D:5      | 35439 ||| Stepping ~*~*~tactically~*~*~ (outnumbered).
 35441 | D:5      | 35441 ||| Stepping ~*~*~tactically~*~*~ (outnumbered).
 35443 | D:5      | 35443 ||| Stepping ~*~*~tactically~*~*~ (outnumbered).
 35445 | D:5      | 35445 ||| Stepping ~*~*~tactically~*~*~ (outnumbered).
 35447 | D:5      | 35447 ||| Stepping ~*~*~tactically~*~*~ (outnumbered).
 35449 | D:5      | 35449 ||| Stepping ~*~*~tactically~*~*~ (outnumbered).
 35451 | D:5      | 35451 ||| Stepping ~*~*~tactically~*~*~ (outnumbered).
 35453 | D:5      | 35453 ||| Stepping ~*~*~tactically~*~*~ (outnumbered).
 35455 | D:5      | 35455 ||| Stepping ~*~*~tactically~*~*~ (outnumbered).
 35457 | D:5      | 35457 ||| Stepping ~*~*~tactically~*~*~ (outnumbered).
 35459 | D:5      | 35459 ||| Stepping ~*~*~tactically~*~*~ (outnumbered).
 35461 | D:5      | 35461 ||| Stepping ~*~*~tactically~*~*~ (outnumbered).
 35463 | D:5      | 35463 ||| Stepping ~*~*~tactically~*~*~ (outnumbered).
 35465 | D:5      | 35465 ||| Stepping ~*~*~tactically~*~*~ (outnumbered).
 35467 | D:5      | 35467 ||| Stepping ~*~*~tactically~*~*~ (outnumbered).
 35469 | D:5      | 35469 ||| Stepping ~*~*~tactically~*~*~ (outnumbered).
 35471 | D:5      | 35471 ||| Stepping ~*~*~tactically~*~*~ (outnumbered).
 35473 | D:5      | 35473 ||| Stepping ~*~*~tactically~*~*~ (outnumbered).
 35475 | D:5      | 35475 ||| Stepping ~*~*~tactically~*~*~ (outnumbered).
 35477 | D:5      | 35477 ||| Stepping ~*~*~tactically~*~*~ (outnumbered).
 35479 | D:5      | 35479 ||| Stepping ~*~*~tactically~*~*~ (outnumbered).
 35481 | D:5      | 35481 ||| Stepping ~*~*~tactically~*~*~ (outnumbered).
 35483 | D:5      | 35483 ||| Stepping ~*~*~tactically~*~*~ (outnumbered).
 35485 | D:5      | 35485 ||| Stepping ~*~*~tactically~*~*~ (outnumbered).
 35487 | D:5      | 35487 ||| Stepping ~*~*~tactically~*~*~ (outnumbered).
 35489 | D:5      | 35489 ||| Stepping ~*~*~tactically~*~*~ (outnumbered).
 35492 | D:5      | Glimpsed the power of Zot.
 35493 | D:5      | 35493 ||| Stepping ~*~*~tactically~*~*~ (outnumbered).
 35496 | D:5      | 35496 ||| Stepping ~*~*~tactically~*~*~ (outnumbered).
 35498 | D:5      | 35498 ||| Stepping ~*~*~tactically~*~*~ (outnumbered).
 35500 | D:5      | 35500 ||| Stepping ~*~*~tactically~*~*~ (outnumbered).
 35502 | D:5      | 35502 ||| Stepping ~*~*~tactically~*~*~ (outnumbered).
 35504 | D:5      | 35504 ||| Stepping ~*~*~tactically~*~*~ (outnumbered).
 35506 | D:5      | 35506 ||| Stepping ~*~*~tactically~*~*~ (outnumbered).
 35508 | D:5      | 35508 ||| Stepping ~*~*~tactically~*~*~ (outnumbered).
 35510 | D:5      | 35510 ||| Stepping ~*~*~tactically~*~*~ (outnumbered).
 35512 | D:5      | 35512 ||| Stepping ~*~*~tactically~*~*~ (outnumbered).
 35514 | D:5      | 35514 ||| Stepping ~*~*~tactically~*~*~ (outnumbered).
 35516 | D:5      | 35516 ||| Stepping ~*~*~tactically~*~*~ (outnumbered).
 35518 | D:5      | 35518 ||| Stepping ~*~*~tactically~*~*~ (outnumbered).
 35520 | D:5      | 35520 ||| Stepping ~*~*~tactically~*~*~ (outnumbered).
 35522 | D:5      | 35522 ||| Stepping ~*~*~tactically~*~*~ (outnumbered).
 35524 | D:5      | 35524 ||| Stepping ~*~*~tactically~*~*~ (outnumbered).
 35526 | D:5      | 35526 ||| Stepping ~*~*~tactically~*~*~ (outnumbered).
 35530 | D:5      | 35530 ||| Stepping ~*~*~tactically~*~*~ (outnumbered).
 35532 | D:5      | 35532 ||| Stepping ~*~*~tactically~*~*~ (outnumbered).
 35534 | D:5      | 35534 ||| Stepping ~*~*~tactically~*~*~ (outnumbered).
 35537 | D:5      | 35537 ||| Stepping ~*~*~tactically~*~*~ (outnumbered).
 35539 | D:5      | 35539 ||| Stepping ~*~*~tactically~*~*~ (outnumbered).
 35541 | D:5      | 35541 ||| Stepping ~*~*~tactically~*~*~ (outnumbered).
 35543 | D:5      | 35543 ||| Stepping ~*~*~tactically~*~*~ (outnumbered).
 35545 | D:5      | 35545 ||| Stepping ~*~*~tactically~*~*~ (outnumbered).
 35547 | D:5      | 35547 ||| Stepping ~*~*~tactically~*~*~ (outnumbered).
 35549 | D:5      | 35549 ||| Stepping ~*~*~tactically~*~*~ (outnumbered).
 35551 | D:5      | 35551 ||| Stepping ~*~*~tactically~*~*~ (outnumbered).
 35553 | D:5      | 35553 ||| Stepping ~*~*~tactically~*~*~ (outnumbered).
 35555 | D:5      | 35555 ||| Stepping ~*~*~tactically~*~*~ (outnumbered).
 35557 | D:5      | 35557 ||| Stepping ~*~*~tactically~*~*~ (outnumbered).
 35560 | D:5      | 35560 ||| Stepping ~*~*~tactically~*~*~ (outnumbered).
 35562 | D:5      | 35562 ||| Stepping ~*~*~tactically~*~*~ (outnumbered).
 35564 | D:5      | 35564 ||| Stepping ~*~*~tactically~*~*~ (outnumbered).
 35566 | D:5      | 35566 ||| Stepping ~*~*~tactically~*~*~ (outnumbered).
 35568 | D:5      | 35568 ||| Stepping ~*~*~tactically~*~*~ (outnumbered).
 35570 | D:5      | 35570 ||| Stepping ~*~*~tactically~*~*~ (outnumbered).
 35572 | D:5      | 35572 ||| Stepping ~*~*~tactically~*~*~ (outnumbered).
 35574 | D:5      | 35574 ||| Stepping ~*~*~tactically~*~*~ (outnumbered).
 35579 | D:5      | 35579 ||| Stepping ~*~*~tactically~*~*~ (outnumbered).
 35581 | D:5      | 35581 ||| Stepping ~*~*~tactically~*~*~ (outnumbered).
 35583 | D:5      | 35583 ||| Stepping ~*~*~tactically~*~*~ (outnumbered).
 35585 | D:5      | 35585 ||| Stepping ~*~*~tactically~*~*~ (outnumbered).
 35587 | D:5      | 35587 ||| Stepping ~*~*~tactically~*~*~ (outnumbered).
 35589 | D:5      | 35589 ||| Stepping ~*~*~tactically~*~*~ (outnumbered).
 35591 | D:5      | 35591 ||| Stepping ~*~*~tactically~*~*~ (outnumbered).
 35592 | D:5      | Touched by the power of Zot.
 35593 | D:5      | 35593 ||| Stepping ~*~*~tactically~*~*~ (outnumbered).
 35593 | D:5      | Glimpsed the power of Zot.
 35595 | D:5      | 35595 ||| Stepping ~*~*~tactically~*~*~ (outnumbered).
 35597 | D:5      | 35597 ||| Stepping ~*~*~tactically~*~*~ (outnumbered).
 35599 | D:5      | 35599 ||| Stepping ~*~*~tactically~*~*~ (outnumbered).
 35601 | D:5      | 35601 ||| Stepping ~*~*~tactically~*~*~ (outnumbered).
 35603 | D:5      | 35603 ||| Stepping ~*~*~tactically~*~*~ (outnumbered).
 35605 | D:5      | 35605 ||| Stepping ~*~*~tactically~*~*~ (outnumbered).
 35607 | D:5      | 35607 ||| Stepping ~*~*~tactically~*~*~ (outnumbered).
 35609 | D:5      | 35609 ||| Stepping ~*~*~tactically~*~*~ (outnumbered).
 35611 | D:5      | 35611 ||| Stepping ~*~*~tactically~*~*~ (outnumbered).
 35614 | D:5      | 35614 ||| Stepping ~*~*~tactically~*~*~ (outnumbered).
 35616 | D:5      | 35616 ||| Stepping ~*~*~tactically~*~*~ (outnumbered).
 35618 | D:5      | 35618 ||| Stepping ~*~*~tactically~*~*~ (outnumbered).
 35620 | D:5      | 35620 ||| Stepping ~*~*~tactically~*~*~ (outnumbered).
 35622 | D:5      | 35622 ||| Stepping ~*~*~tactically~*~*~ (outnumbered).
 35624 | D:5      | 35624 ||| Stepping ~*~*~tactically~*~*~ (outnumbered).
 35626 | D:5      | 35626 ||| Stepping ~*~*~tactically~*~*~ (outnumbered).
 35630 | D:5      | 35630 ||| Stepping ~*~*~tactically~*~*~ (outnumbered).
 35632 | D:5      | 35632 ||| Stepping ~*~*~tactically~*~*~ (outnumbered).
 35634 | D:5      | 35634 ||| Stepping ~*~*~tactically~*~*~ (outnumbered).
 35636 | D:5      | 35636 ||| Stepping ~*~*~tactically~*~*~ (outnumbered).
 35638 | D:5      | 35638 ||| Stepping ~*~*~tactically~*~*~ (outnumbered).
 35640 | D:5      | 35640 ||| Stepping ~*~*~tactically~*~*~ (outnumbered).
 35642 | D:5      | 35642 ||| Stepping ~*~*~tactically~*~*~ (outnumbered).
 35644 | D:5      | 35644 ||| Stepping ~*~*~tactically~*~*~ (outnumbered).
 35646 | D:5      | 35646 ||| Stepping ~*~*~tactically~*~*~ (outnumbered).
 35648 | D:5      | 35648 ||| Stepping ~*~*~tactically~*~*~ (outnumbered).
 35650 | D:5      | 35650 ||| Stepping ~*~*~tactically~*~*~ (outnumbered).
 35652 | D:5      | 35652 ||| Stepping ~*~*~tactically~*~*~ (outnumbered).
 35654 | D:5      | 35654 ||| Stepping ~*~*~tactically~*~*~ (outnumbered).
 35656 | D:5      | 35656 ||| Stepping ~*~*~tactically~*~*~ (outnumbered).
 35660 | D:5      | 35660 ||| Stepping ~*~*~tactically~*~*~ (outnumbered).
 35664 | D:5      | 35664 ||| Stepping ~*~*~tactically~*~*~ (outnumbered).
 35666 | D:5      | 35666 ||| Stepping ~*~*~tactically~*~*~ (outnumbered).
 35670 | D:5      | 35670 ||| Stepping ~*~*~tactically~*~*~ (outnumbered).
 35672 | D:5      | 35672 ||| Stepping ~*~*~tactically~*~*~ (outnumbered).
 35674 | D:5      | 35674 ||| Stepping ~*~*~tactically~*~*~ (outnumbered).
 35676 | D:5      | 35676 ||| Stepping ~*~*~tactically~*~*~ (outnumbered).
 35678 | D:5      | 35678 ||| Stepping ~*~*~tactically~*~*~ (outnumbered).
 35680 | D:5      | 35680 ||| Stepping ~*~*~tactically~*~*~ (outnumbered).
 35682 | D:5      | 35682 ||| Stepping ~*~*~tactically~*~*~ (outnumbered).
 35684 | D:5      | 35684 ||| Stepping ~*~*~tactically~*~*~ (outnumbered).
 35686 | D:5      | 35686 ||| Stepping ~*~*~tactically~*~*~ (outnumbered).
 35688 | D:5      | 35688 ||| Stepping ~*~*~tactically~*~*~ (outnumbered).
 35690 | D:5      | 35690 ||| Stepping ~*~*~tactically~*~*~ (outnumbered).
 35692 | D:5      | 35692 ||| Stepping ~*~*~tactically~*~*~ (outnumbered).
 35694 | D:5      | 35694 ||| Stepping ~*~*~tactically~*~*~ (outnumbered).
 35696 | D:5      | 35696 ||| Stepping ~*~*~tactically~*~*~ (outnumbered).
 35698 | D:5      | 35698 ||| Stepping ~*~*~tactically~*~*~ (outnumbered).
 35700 | D:5      | 35700 ||| Stepping ~*~*~tactically~*~*~ (outnumbered).
 35702 | D:5      | 35702 ||| Stepping ~*~*~tactically~*~*~ (outnumbered).
 35704 | D:5      | 35704 ||| Stepping ~*~*~tactically~*~*~ (outnumbered).
 35706 | D:5      | 35706 ||| Stepping ~*~*~tactically~*~*~ (outnumbered).
 35708 | D:5      | 35708 ||| Stepping ~*~*~tactically~*~*~ (outnumbered).
 35710 | D:5      | 35710 ||| Stepping ~*~*~tactically~*~*~ (outnumbered).
 35712 | D:5      | 35712 ||| Stepping ~*~*~tactically~*~*~ (outnumbered).
 35714 | D:5      | 35714 ||| Stepping ~*~*~tactically~*~*~ (outnumbered).
 35716 | D:5      | 35716 ||| Stepping ~*~*~tactically~*~*~ (outnumbered).
 35718 | D:5      | 35718 ||| Stepping ~*~*~tactically~*~*~ (outnumbered).
 35721 | D:5      | 35721 ||| Stepping ~*~*~tactically~*~*~ (outnumbered).
 35723 | D:5      | 35723 ||| Stepping ~*~*~tactically~*~*~ (outnumbered).
 35725 | D:5      | 35725 ||| Stepping ~*~*~tactically~*~*~ (outnumbered).
 35727 | D:5      | 35727 ||| Stepping ~*~*~tactically~*~*~ (outnumbered).
 35729 | D:5      | 35729 ||| Stepping ~*~*~tactically~*~*~ (outnumbered).
 35731 | D:5      | 35731 ||| Stepping ~*~*~tactically~*~*~ (outnumbered).
 35733 | D:5      | 35733 ||| Stepping ~*~*~tactically~*~*~ (outnumbered).
 35735 | D:5      | 35735 ||| Stepping ~*~*~tactically~*~*~ (outnumbered).
 35737 | D:5      | 35737 ||| Stepping ~*~*~tactically~*~*~ (outnumbered).
 35739 | D:5      | 35739 ||| Stepping ~*~*~tactically~*~*~ (outnumbered).
 35741 | D:5      | 35741 ||| Stepping ~*~*~tactically~*~*~ (outnumbered).
 35743 | D:5      | 35743 ||| Stepping ~*~*~tactically~*~*~ (outnumbered).
 35745 | D:5      | 35745 ||| Stepping ~*~*~tactically~*~*~ (outnumbered).
 35747 | D:5      | 35747 ||| Stepping ~*~*~tactically~*~*~ (outnumbered).
 35749 | D:5      | 35749 ||| Stepping ~*~*~tactically~*~*~ (outnumbered).
 35751 | D:5      | 35751 ||| Stepping ~*~*~tactically~*~*~ (outnumbered).
 35755 | D:5      | 35755 ||| Stepping ~*~*~tactically~*~*~ (outnumbered).
 35757 | D:5      | 35757 ||| Stepping ~*~*~tactically~*~*~ (outnumbered).
 35759 | D:5      | 35759 ||| Stepping ~*~*~tactically~*~*~ (outnumbered).
 35761 | D:5      | 35761 ||| Stepping ~*~*~tactically~*~*~ (outnumbered).
 35763 | D:5      | 35763 ||| Stepping ~*~*~tactically~*~*~ (outnumbered).
 35765 | D:5      | 35765 ||| Stepping ~*~*~tactically~*~*~ (outnumbered).
 35767 | D:5      | 35767 ||| Stepping ~*~*~tactically~*~*~ (outnumbered).
 35769 | D:5      | 35769 ||| Stepping ~*~*~tactically~*~*~ (outnumbered).
 35771 | D:5      | 35771 ||| Stepping ~*~*~tactically~*~*~ (outnumbered).
 35773 | D:5      | 35773 ||| Stepping ~*~*~tactically~*~*~ (outnumbered).
 35775 | D:5      | 35775 ||| Stepping ~*~*~tactically~*~*~ (outnumbered).
 35777 | D:5      | 35777 ||| Stepping ~*~*~tactically~*~*~ (outnumbered).
 35779 | D:5      | 35779 ||| Stepping ~*~*~tactically~*~*~ (outnumbered).
 35781 | D:5      | 35781 ||| Stepping ~*~*~tactically~*~*~ (outnumbered).
 35783 | D:5      | 35783 ||| Stepping ~*~*~tactically~*~*~ (outnumbered).
 35785 | D:5      | 35785 ||| Stepping ~*~*~tactically~*~*~ (outnumbered).
 35787 | D:5      | 35787 ||| Stepping ~*~*~tactically~*~*~ (outnumbered).
 35789 | D:5      | 35789 ||| Stepping ~*~*~tactically~*~*~ (outnumbered).
 35791 | D:5      | 35791 ||| Stepping ~*~*~tactically~*~*~ (outnumbered).
 35795 | D:5      | 35795 ||| Stepping ~*~*~tactically~*~*~ (outnumbered).
 35797 | D:5      | 35797 ||| Stepping ~*~*~tactically~*~*~ (outnumbered).
 35799 | D:5      | 35799 ||| Stepping ~*~*~tactically~*~*~ (outnumbered).
 35801 | D:5      | 35801 ||| Stepping ~*~*~tactically~*~*~ (outnumbered).
 35803 | D:5      | 35803 ||| Stepping ~*~*~tactically~*~*~ (outnumbered).
 35805 | D:5      | 35805 ||| Stepping ~*~*~tactically~*~*~ (outnumbered).
 35807 | D:5      | 35807 ||| Stepping ~*~*~tactically~*~*~ (outnumbered).
 35809 | D:5      | 35809 ||| Stepping ~*~*~tactically~*~*~ (outnumbered).
 35811 | D:5      | 35811 ||| Stepping ~*~*~tactically~*~*~ (outnumbered).
 35813 | D:5      | 35813 ||| Stepping ~*~*~tactically~*~*~ (outnumbered).
 35815 | D:5      | 35815 ||| Stepping ~*~*~tactically~*~*~ (outnumbered).
 35817 | D:5      | 35817 ||| Stepping ~*~*~tactically~*~*~ (outnumbered).
 35819 | D:5      | 35819 ||| Stepping ~*~*~tactically~*~*~ (outnumbered).
 35821 | D:5      | 35821 ||| Stepping ~*~*~tactically~*~*~ (outnumbered).
 35824 | D:5      | 35824 ||| Stepping ~*~*~tactically~*~*~ (outnumbered).
 35826 | D:5      | 35826 ||| Stepping ~*~*~tactically~*~*~ (outnumbered).
 35828 | D:5      | 35828 ||| Stepping ~*~*~tactically~*~*~ (outnumbered).
 35832 | D:5      | 35832 ||| Stepping ~*~*~tactically~*~*~ (outnumbered).
 35836 | D:5      | 35836 ||| Stepping ~*~*~tactically~*~*~ (outnumbered).
 35838 | D:5      | 35838 ||| Stepping ~*~*~tactically~*~*~ (outnumbered).
 35841 | D:5      | 35841 ||| Stepping ~*~*~tactically~*~*~ (outnumbered).
 35843 | D:5      | 35843 ||| Stepping ~*~*~tactically~*~*~ (outnumbered).
 35845 | D:5      | 35845 ||| Stepping ~*~*~tactically~*~*~ (outnumbered).
 35847 | D:5      | 35847 ||| Stepping ~*~*~tactically~*~*~ (outnumbered).
 35849 | D:5      | 35849 ||| Stepping ~*~*~tactically~*~*~ (outnumbered).
 35851 | D:5      | 35851 ||| Stepping ~*~*~tactically~*~*~ (outnumbered).
 35853 | D:5      | 35853 ||| Stepping ~*~*~tactically~*~*~ (outnumbered).
 35855 | D:5      | 35855 ||| Stepping ~*~*~tactically~*~*~ (outnumbered).
 35857 | D:5      | 35857 ||| Stepping ~*~*~tactically~*~*~ (outnumbered).
 35860 | D:5      | 35860 ||| Stepping ~*~*~tactically~*~*~ (outnumbered).
 35862 | D:5      | 35862 ||| Stepping ~*~*~tactically~*~*~ (outnumbered).
 35864 | D:5      | 35864 ||| Stepping ~*~*~tactically~*~*~ (outnumbered).
 35866 | D:5      | 35866 ||| Stepping ~*~*~tactically~*~*~ (outnumbered).
 35868 | D:5      | 35868 ||| Stepping ~*~*~tactically~*~*~ (outnumbered).
 35870 | D:5      | 35870 ||| Stepping ~*~*~tactically~*~*~ (outnumbered).
 35872 | D:5      | 35872 ||| Stepping ~*~*~tactically~*~*~ (outnumbered).
 35874 | D:5      | 35874 ||| Stepping ~*~*~tactically~*~*~ (outnumbered).
 35876 | D:5      | 35876 ||| Stepping ~*~*~tactically~*~*~ (outnumbered).
 35878 | D:5      | 35878 ||| Stepping ~*~*~tactically~*~*~ (outnumbered).
 35881 | D:5      | 35881 ||| Stepping ~*~*~tactically~*~*~ (outnumbered).
 35883 | D:5      | 35883 ||| Stepping ~*~*~tactically~*~*~ (outnumbered).
 35885 | D:5      | 35885 ||| Stepping ~*~*~tactically~*~*~ (outnumbered).
 35887 | D:5      | 35887 ||| Stepping ~*~*~tactically~*~*~ (outnumbered).
 35889 | D:5      | 35889 ||| Stepping ~*~*~tactically~*~*~ (outnumbered).
 35891 | D:5      | 35891 ||| Stepping ~*~*~tactically~*~*~ (outnumbered).
 35893 | D:5      | 35893 ||| Stepping ~*~*~tactically~*~*~ (outnumbered).
 35897 | D:5      | 35897 ||| Stepping ~*~*~tactically~*~*~ (outnumbered).
 35899 | D:5      | 35899 ||| Stepping ~*~*~tactically~*~*~ (outnumbered).
 35901 | D:5      | 35901 ||| Stepping ~*~*~tactically~*~*~ (outnumbered).
 35903 | D:5      | 35903 ||| Stepping ~*~*~tactically~*~*~ (outnumbered).
 35905 | D:5      | 35905 ||| Stepping ~*~*~tactically~*~*~ (outnumbered).
 35907 | D:5      | 35907 ||| Stepping ~*~*~tactically~*~*~ (outnumbered).
 35910 | D:5      | 35910 ||| Stepping ~*~*~tactically~*~*~ (outnumbered).
 35912 | D:5      | 35912 ||| Stepping ~*~*~tactically~*~*~ (outnumbered).
 35914 | D:5      | 35914 ||| Stepping ~*~*~tactically~*~*~ (outnumbered).
 35916 | D:5      | 35916 ||| Stepping ~*~*~tactically~*~*~ (outnumbered).
 35918 | D:5      | 35918 ||| Stepping ~*~*~tactically~*~*~ (outnumbered).
 35920 | D:5      | 35920 ||| Stepping ~*~*~tactically~*~*~ (outnumbered).
 35922 | D:5      | 35922 ||| Stepping ~*~*~tactically~*~*~ (outnumbered).
 35924 | D:5      | 35924 ||| Stepping ~*~*~tactically~*~*~ (outnumbered).
 35926 | D:5      | 35926 ||| Stepping ~*~*~tactically~*~*~ (outnumbered).
 35928 | D:5      | 35928 ||| Stepping ~*~*~tactically~*~*~ (outnumbered).
 35930 | D:5      | 35930 ||| Stepping ~*~*~tactically~*~*~ (outnumbered).
 35933 | D:5      | 35933 ||| Stepping ~*~*~tactically~*~*~ (outnumbered).
 35935 | D:5      | 35935 ||| Stepping ~*~*~tactically~*~*~ (outnumbered).
 35937 | D:5      | 35937 ||| Stepping ~*~*~tactically~*~*~ (outnumbered).
 35939 | D:5      | 35939 ||| Stepping ~*~*~tactically~*~*~ (outnumbered).
 35941 | D:5      | 35941 ||| Stepping ~*~*~tactically~*~*~ (outnumbered).
 35943 | D:5      | 35943 ||| Stepping ~*~*~tactically~*~*~ (outnumbered).
 35945 | D:5      | 35945 ||| Stepping ~*~*~tactically~*~*~ (outnumbered).
 35947 | D:5      | 35947 ||| Stepping ~*~*~tactically~*~*~ (outnumbered).
 35949 | D:5      | 35949 ||| Stepping ~*~*~tactically~*~*~ (outnumbered).
 35951 | D:5      | 35951 ||| Stepping ~*~*~tactically~*~*~ (outnumbered).
 35953 | D:5      | 35953 ||| Stepping ~*~*~tactically~*~*~ (outnumbered).
 35955 | D:5      | 35955 ||| Stepping ~*~*~tactically~*~*~ (outnumbered).
 35957 | D:5      | 35957 ||| Stepping ~*~*~tactically~*~*~ (outnumbered).
 35959 | D:5      | 35959 ||| Stepping ~*~*~tactically~*~*~ (outnumbered).
 35964 | D:5      | 35964 ||| Stepping ~*~*~tactically~*~*~ (outnumbered).
 35966 | D:5      | 35966 ||| Stepping ~*~*~tactically~*~*~ (outnumbered).
 35968 | D:5      | 35968 ||| Stepping ~*~*~tactically~*~*~ (outnumbered).
 35970 | D:5      | 35970 ||| Stepping ~*~*~tactically~*~*~ (outnumbered).
 35973 | D:5      | 35973 ||| Stepping ~*~*~tactically~*~*~ (outnumbered).
 35975 | D:5      | 35975 ||| Stepping ~*~*~tactically~*~*~ (outnumbered).
 35978 | D:5      | 35978 ||| Stepping ~*~*~tactically~*~*~ (outnumbered).
 35980 | D:5      | 35980 ||| Stepping ~*~*~tactically~*~*~ (outnumbered).
 35982 | D:5      | 35982 ||| Stepping ~*~*~tactically~*~*~ (outnumbered).
 35984 | D:5      | 35984 ||| Stepping ~*~*~tactically~*~*~ (outnumbered).
 35986 | D:5      | 35986 ||| Stepping ~*~*~tactically~*~*~ (outnumbered).
 35988 | D:5      | 35988 ||| Stepping ~*~*~tactically~*~*~ (outnumbered).
 35990 | D:5      | 35990 ||| Stepping ~*~*~tactically~*~*~ (outnumbered).
 35992 | D:5      | 35992 ||| Stepping ~*~*~tactically~*~*~ (outnumbered).
 35994 | D:5      | 35994 ||| Stepping ~*~*~tactically~*~*~ (outnumbered).
 35996 | D:5      | 35996 ||| Stepping ~*~*~tactically~*~*~ (outnumbered).
 36000 | D:5      | 36000 ||| Stepping ~*~*~tactically~*~*~ (outnumbered).
 36002 | D:5      | 36002 ||| Stepping ~*~*~tactically~*~*~ (outnumbered).
 36004 | D:5      | 36004 ||| Stepping ~*~*~tactically~*~*~ (outnumbered).
 36006 | D:5      | 36006 ||| Stepping ~*~*~tactically~*~*~ (outnumbered).
 36008 | D:5      | 36008 ||| Stepping ~*~*~tactically~*~*~ (outnumbered).
 36010 | D:5      | 36010 ||| Stepping ~*~*~tactically~*~*~ (outnumbered).
 36012 | D:5      | 36012 ||| Stepping ~*~*~tactically~*~*~ (outnumbered).
 36014 | D:5      | 36014 ||| Stepping ~*~*~tactically~*~*~ (outnumbered).
 36016 | D:5      | 36016 ||| Stepping ~*~*~tactically~*~*~ (outnumbered).
 36018 | D:5      | 36018 ||| Stepping ~*~*~tactically~*~*~ (outnumbered).
 36020 | D:5      | 36020 ||| Stepping ~*~*~tactically~*~*~ (outnumbered).
 36025 | D:5      | 36025 ||| Stepping ~*~*~tactically~*~*~ (outnumbered).
 36027 | D:5      | 36027 ||| Stepping ~*~*~tactically~*~*~ (outnumbered).
 36029 | D:5      | 36029 ||| Stepping ~*~*~tactically~*~*~ (outnumbered).
 36031 | D:5      | 36031 ||| Stepping ~*~*~tactically~*~*~ (outnumbered).
 36033 | D:5      | 36033 ||| Stepping ~*~*~tactically~*~*~ (outnumbered).
 36035 | D:5      | 36035 ||| Stepping ~*~*~tactically~*~*~ (outnumbered).
 36037 | D:5      | 36037 ||| Stepping ~*~*~tactically~*~*~ (outnumbered).
 36039 | D:5      | 36039 ||| Stepping ~*~*~tactically~*~*~ (outnumbered).
 36041 | D:5      | 36041 ||| Stepping ~*~*~tactically~*~*~ (outnumbered).
 36043 | D:5      | 36043 ||| Stepping ~*~*~tactically~*~*~ (outnumbered).
 36045 | D:5      | 36045 ||| Stepping ~*~*~tactically~*~*~ (outnumbered).
 36047 | D:5      | 36047 ||| Stepping ~*~*~tactically~*~*~ (outnumbered).
 36049 | D:5      | 36049 ||| Stepping ~*~*~tactically~*~*~ (outnumbered).
 36051 | D:5      | 36051 ||| Stepping ~*~*~tactically~*~*~ (outnumbered).
 36053 | D:5      | 36053 ||| Stepping ~*~*~tactically~*~*~ (outnumbered).
 36055 | D:5      | 36055 ||| Stepping ~*~*~tactically~*~*~ (outnumbered).
 36057 | D:5      | 36057 ||| Stepping ~*~*~tactically~*~*~ (outnumbered).
 36059 | D:5      | 36059 ||| Stepping ~*~*~tactically~*~*~ (outnumbered).
 36061 | D:5      | 36061 ||| Stepping ~*~*~tactically~*~*~ (outnumbered).
 36063 | D:5      | 36063 ||| Stepping ~*~*~tactically~*~*~ (outnumbered).
 36065 | D:5      | 36065 ||| Stepping ~*~*~tactically~*~*~ (outnumbered).
 36067 | D:5      | 36067 ||| Stepping ~*~*~tactically~*~*~ (outnumbered).
 36069 | D:5      | 36069 ||| Stepping ~*~*~tactically~*~*~ (outnumbered).
 36071 | D:5      | 36071 ||| Stepping ~*~*~tactically~*~*~ (outnumbered).
 36073 | D:5      | 36073 ||| Stepping ~*~*~tactically~*~*~ (outnumbered).
 36075 | D:5      | 36075 ||| Stepping ~*~*~tactically~*~*~ (outnumbered).
 36077 | D:5      | 36077 ||| Stepping ~*~*~tactically~*~*~ (outnumbered).
 36079 | D:5      | 36079 ||| Stepping ~*~*~tactically~*~*~ (outnumbered).
 36081 | D:5      | 36081 ||| Stepping ~*~*~tactically~*~*~ (outnumbered).
 36083 | D:5      | 36083 ||| Stepping ~*~*~tactically~*~*~ (outnumbered).
 36085 | D:5      | 36085 ||| Stepping ~*~*~tactically~*~*~ (outnumbered).
 36087 | D:5      | 36087 ||| Stepping ~*~*~tactically~*~*~ (outnumbered).
 36089 | D:5      | 36089 ||| Stepping ~*~*~tactically~*~*~ (outnumbered).
 36091 | D:5      | 36091 ||| Stepping ~*~*~tactically~*~*~ (outnumbered).
 36093 | D:5      | 36093 ||| Stepping ~*~*~tactically~*~*~ (outnumbered).
 36093 | D:5      | Glimpsed the power of Zot.
 36095 | D:5      | 36095 ||| Stepping ~*~*~tactically~*~*~ (outnumbered).
 36097 | D:5      | 36097 ||| Stepping ~*~*~tactically~*~*~ (outnumbered).
 36100 | D:5      | 36100 ||| Stepping ~*~*~tactically~*~*~ (outnumbered).
 36102 | D:5      | 36102 ||| Stepping ~*~*~tactically~*~*~ (outnumbered).
 36104 | D:5      | 36104 ||| Stepping ~*~*~tactically~*~*~ (outnumbered).
 36106 | D:5      | 36106 ||| Stepping ~*~*~tactically~*~*~ (outnumbered).
 36108 | D:5      | 36108 ||| Stepping ~*~*~tactically~*~*~ (outnumbered).
 36110 | D:5      | 36110 ||| Stepping ~*~*~tactically~*~*~ (outnumbered).
 36112 | D:5      | 36112 ||| Stepping ~*~*~tactically~*~*~ (outnumbered).
 36114 | D:5      | 36114 ||| Stepping ~*~*~tactically~*~*~ (outnumbered).
 36116 | D:5      | 36116 ||| Stepping ~*~*~tactically~*~*~ (outnumbered).
 36118 | D:5      | 36118 ||| Stepping ~*~*~tactically~*~*~ (outnumbered).
 36120 | D:5      | 36120 ||| Stepping ~*~*~tactically~*~*~ (outnumbered).
 36122 | D:5      | 36122 ||| Stepping ~*~*~tactically~*~*~ (outnumbered).
 36125 | D:5      | 36125 ||| Stepping ~*~*~tactically~*~*~ (outnumbered).
 36127 | D:5      | 36127 ||| Stepping ~*~*~tactically~*~*~ (outnumbered).
 36129 | D:5      | 36129 ||| Stepping ~*~*~tactically~*~*~ (outnumbered).
 36131 | D:5      | 36131 ||| Stepping ~*~*~tactically~*~*~ (outnumbered).
 36133 | D:5      | 36133 ||| Stepping ~*~*~tactically~*~*~ (outnumbered).
 36135 | D:5      | 36135 ||| Stepping ~*~*~tactically~*~*~ (outnumbered).
 36137 | D:5      | 36137 ||| Stepping ~*~*~tactically~*~*~ (outnumbered).
 36139 | D:5      | 36139 ||| Stepping ~*~*~tactically~*~*~ (outnumbered).
 36141 | D:5      | 36141 ||| Stepping ~*~*~tactically~*~*~ (outnumbered).
 36143 | D:5      | 36143 ||| Stepping ~*~*~tactically~*~*~ (outnumbered).
 36145 | D:5      | 36145 ||| Stepping ~*~*~tactically~*~*~ (outnumbered).
 36147 | D:5      | 36147 ||| Stepping ~*~*~tactically~*~*~ (outnumbered).
 36149 | D:5      | 36149 ||| Stepping ~*~*~tactically~*~*~ (outnumbered).
 36151 | D:5      | 36151 ||| Stepping ~*~*~tactically~*~*~ (outnumbered).
 36153 | D:5      | 36153 ||| Stepping ~*~*~tactically~*~*~ (outnumbered).
 36155 | D:5      | 36155 ||| Stepping ~*~*~tactically~*~*~ (outnumbered).
 36157 | D:5      | 36157 ||| Stepping ~*~*~tactically~*~*~ (outnumbered).
 36159 | D:5      | 36159 ||| Stepping ~*~*~tactically~*~*~ (outnumbered).
 36161 | D:5      | 36161 ||| Stepping ~*~*~tactically~*~*~ (outnumbered).
 36163 | D:5      | 36163 ||| Stepping ~*~*~tactically~*~*~ (outnumbered).
 36165 | D:5      | 36165 ||| Stepping ~*~*~tactically~*~*~ (outnumbered).
 36167 | D:5      | 36167 ||| Stepping ~*~*~tactically~*~*~ (outnumbered).
 36169 | D:5      | 36169 ||| Stepping ~*~*~tactically~*~*~ (outnumbered).
 36171 | D:5      | 36171 ||| Stepping ~*~*~tactically~*~*~ (outnumbered).
 36173 | D:5      | 36173 ||| Stepping ~*~*~tactically~*~*~ (outnumbered).
 36175 | D:5      | 36175 ||| Stepping ~*~*~tactically~*~*~ (outnumbered).
 36179 | D:5      | 36179 ||| Stepping ~*~*~tactically~*~*~ (outnumbered).
 36181 | D:5      | 36181 ||| Stepping ~*~*~tactically~*~*~ (outnumbered).
 36183 | D:5      | 36183 ||| Stepping ~*~*~tactically~*~*~ (outnumbered).
 36185 | D:5      | 36185 ||| Stepping ~*~*~tactically~*~*~ (outnumbered).
 36187 | D:5      | 36187 ||| Stepping ~*~*~tactically~*~*~ (outnumbered).
 36189 | D:5      | 36189 ||| Stepping ~*~*~tactically~*~*~ (outnumbered).
 36191 | D:5      | 36191 ||| Stepping ~*~*~tactically~*~*~ (outnumbered).
 36193 | D:5      | 36193 ||| Stepping ~*~*~tactically~*~*~ (outnumbered).
 36195 | D:5      | 36195 ||| Stepping ~*~*~tactically~*~*~ (outnumbered).
 36197 | D:5      | 36197 ||| Stepping ~*~*~tactically~*~*~ (outnumbered).
 36199 | D:5      | 36199 ||| Stepping ~*~*~tactically~*~*~ (outnumbered).
 36201 | D:5      | 36201 ||| Stepping ~*~*~tactically~*~*~ (outnumbered).
 36203 | D:5      | 36203 ||| Stepping ~*~*~tactically~*~*~ (outnumbered).
 36205 | D:5      | 36205 ||| Stepping ~*~*~tactically~*~*~ (outnumbered).
 36207 | D:5      | 36207 ||| Stepping ~*~*~tactically~*~*~ (outnumbered).
 36209 | D:5      | 36209 ||| Stepping ~*~*~tactically~*~*~ (outnumbered).
 36211 | D:5      | 36211 ||| Stepping ~*~*~tactically~*~*~ (outnumbered).
 36213 | D:5      | 36213 ||| Stepping ~*~*~tactically~*~*~ (outnumbered).
 36215 | D:5      | 36215 ||| Stepping ~*~*~tactically~*~*~ (outnumbered).
 36217 | D:5      | 36217 ||| Stepping ~*~*~tactically~*~*~ (outnumbered).
 36219 | D:5      | 36219 ||| Stepping ~*~*~tactically~*~*~ (outnumbered).
 36222 | D:5      | 36222 ||| Stepping ~*~*~tactically~*~*~ (outnumbered).
 36224 | D:5      | 36224 ||| Stepping ~*~*~tactically~*~*~ (outnumbered).
 36226 | D:5      | 36226 ||| Stepping ~*~*~tactically~*~*~ (outnumbered).
 36228 | D:5      | 36228 ||| Stepping ~*~*~tactically~*~*~ (outnumbered).
 36232 | D:5      | 36232 ||| Stepping ~*~*~tactically~*~*~ (outnumbered).
 36234 | D:5      | 36234 ||| Stepping ~*~*~tactically~*~*~ (outnumbered).
 36236 | D:5      | 36236 ||| Stepping ~*~*~tactically~*~*~ (outnumbered).
 36238 | D:5      | 36238 ||| Stepping ~*~*~tactically~*~*~ (outnumbered).
 36240 | D:5      | 36240 ||| Stepping ~*~*~tactically~*~*~ (outnumbered).
 36242 | D:5      | 36242 ||| Stepping ~*~*~tactically~*~*~ (outnumbered).
 36246 | D:5      | 36246 ||| Stepping ~*~*~tactically~*~*~ (outnumbered).
 36248 | D:5      | 36248 ||| Stepping ~*~*~tactically~*~*~ (outnumbered).
 36250 | D:5      | 36250 ||| Stepping ~*~*~tactically~*~*~ (outnumbered).
 36252 | D:5      | 36252 ||| Stepping ~*~*~tactically~*~*~ (outnumbered).
 36254 | D:5      | 36254 ||| Stepping ~*~*~tactically~*~*~ (outnumbered).
 36256 | D:5      | 36256 ||| Stepping ~*~*~tactically~*~*~ (outnumbered).
 36258 | D:5      | 36258 ||| Stepping ~*~*~tactically~*~*~ (outnumbered).
 36260 | D:5      | 36260 ||| Stepping ~*~*~tactically~*~*~ (outnumbered).
 36262 | D:5      | 36262 ||| Stepping ~*~*~tactically~*~*~ (outnumbered).
 36264 | D:5      | 36264 ||| Stepping ~*~*~tactically~*~*~ (outnumbered).
 36266 | D:5      | 36266 ||| Stepping ~*~*~tactically~*~*~ (outnumbered).
 36268 | D:5      | 36268 ||| Stepping ~*~*~tactically~*~*~ (outnumbered).
 36270 | D:5      | 36270 ||| Stepping ~*~*~tactically~*~*~ (outnumbered).
 36272 | D:5      | 36272 ||| Stepping ~*~*~tactically~*~*~ (outnumbered).
 36274 | D:5      | 36274 ||| Stepping ~*~*~tactically~*~*~ (outnumbered).
 36276 | D:5      | 36276 ||| Stepping ~*~*~tactically~*~*~ (outnumbered).
 36278 | D:5      | 36278 ||| Stepping ~*~*~tactically~*~*~ (outnumbered).
 36280 | D:5      | 36280 ||| Stepping ~*~*~tactically~*~*~ (outnumbered).
 36282 | D:5      | 36282 ||| Stepping ~*~*~tactically~*~*~ (outnumbered).
 36284 | D:5      | 36284 ||| Stepping ~*~*~tactically~*~*~ (outnumbered).
 36286 | D:5      | 36286 ||| Stepping ~*~*~tactically~*~*~ (outnumbered).
 36288 | D:5      | 36288 ||| Stepping ~*~*~tactically~*~*~ (outnumbered).
 36290 | D:5      | 36290 ||| Stepping ~*~*~tactically~*~*~ (outnumbered).
 36292 | D:5      | 36292 ||| Stepping ~*~*~tactically~*~*~ (outnumbered).
 36294 | D:5      | 36294 ||| Stepping ~*~*~tactically~*~*~ (outnumbered).
 36296 | D:5      | 36296 ||| Stepping ~*~*~tactically~*~*~ (outnumbered).
 36298 | D:5      | 36298 ||| Stepping ~*~*~tactically~*~*~ (outnumbered).
 36300 | D:5      | 36300 ||| Stepping ~*~*~tactically~*~*~ (outnumbered).
 36302 | D:5      | 36302 ||| Stepping ~*~*~tactically~*~*~ (outnumbered).
 36304 | D:5      | 36304 ||| Stepping ~*~*~tactically~*~*~ (outnumbered).
 36306 | D:5      | 36306 ||| Stepping ~*~*~tactically~*~*~ (outnumbered).
 36308 | D:5      | 36308 ||| Stepping ~*~*~tactically~*~*~ (outnumbered).
 36310 | D:5      | 36310 ||| Stepping ~*~*~tactically~*~*~ (outnumbered).
 36312 | D:5      | 36312 ||| Stepping ~*~*~tactically~*~*~ (outnumbered).
 36314 | D:5      | 36314 ||| Stepping ~*~*~tactically~*~*~ (outnumbered).
 36316 | D:5      | 36316 ||| Stepping ~*~*~tactically~*~*~ (outnumbered).
 36318 | D:5      | 36318 ||| Stepping ~*~*~tactically~*~*~ (outnumbered).
 36320 | D:5      | 36320 ||| Stepping ~*~*~tactically~*~*~ (outnumbered).
 36322 | D:5      | 36322 ||| Stepping ~*~*~tactically~*~*~ (outnumbered).
 36324 | D:5      | 36324 ||| Stepping ~*~*~tactically~*~*~ (outnumbered).
 36326 | D:5      | 36326 ||| Stepping ~*~*~tactically~*~*~ (outnumbered).
 36328 | D:5      | 36328 ||| Stepping ~*~*~tactically~*~*~ (outnumbered).
 36330 | D:5      | 36330 ||| Stepping ~*~*~tactically~*~*~ (outnumbered).
 36332 | D:5      | 36332 ||| Stepping ~*~*~tactically~*~*~ (outnumbered).
 36334 | D:5      | 36334 ||| Stepping ~*~*~tactically~*~*~ (outnumbered).
 36336 | D:5      | 36336 ||| Stepping ~*~*~tactically~*~*~ (outnumbered).
 36338 | D:5      | 36338 ||| Stepping ~*~*~tactically~*~*~ (outnumbered).
 36340 | D:5      | 36340 ||| Stepping ~*~*~tactically~*~*~ (outnumbered).
 36342 | D:5      | 36342 ||| Stepping ~*~*~tactically~*~*~ (outnumbered).
 36344 | D:5      | 36344 ||| Stepping ~*~*~tactically~*~*~ (outnumbered).
 36346 | D:5      | 36346 ||| Stepping ~*~*~tactically~*~*~ (outnumbered).
 36348 | D:5      | 36348 ||| Stepping ~*~*~tactically~*~*~ (outnumbered).
 36350 | D:5      | 36350 ||| Stepping ~*~*~tactically~*~*~ (outnumbered).
 36352 | D:5      | 36352 ||| Stepping ~*~*~tactically~*~*~ (outnumbered).
 36354 | D:5      | 36354 ||| Stepping ~*~*~tactically~*~*~ (outnumbered).
 36356 | D:5      | 36356 ||| Stepping ~*~*~tactically~*~*~ (outnumbered).
 36358 | D:5      | 36358 ||| Stepping ~*~*~tactically~*~*~ (outnumbered).
 36360 | D:5      | 36360 ||| Stepping ~*~*~tactically~*~*~ (outnumbered).
 36362 | D:5      | 36362 ||| Stepping ~*~*~tactically~*~*~ (outnumbered).
 36364 | D:5      | 36364 ||| Stepping ~*~*~tactically~*~*~ (outnumbered).
 36366 | D:5      | 36366 ||| Stepping ~*~*~tactically~*~*~ (outnumbered).
 36368 | D:5      | 36368 ||| Stepping ~*~*~tactically~*~*~ (outnumbered).
 36370 | D:5      | 36370 ||| Stepping ~*~*~tactically~*~*~ (outnumbered).
 36372 | D:5      | 36372 ||| Stepping ~*~*~tactically~*~*~ (outnumbered).
 36374 | D:5      | 36374 ||| Stepping ~*~*~tactically~*~*~ (outnumbered).
 36376 | D:5      | 36376 ||| Stepping ~*~*~tactically~*~*~ (outnumbered).
 36378 | D:5      | 36378 ||| Stepping ~*~*~tactically~*~*~ (outnumbered).
 36380 | D:5      | 36380 ||| Stepping ~*~*~tactically~*~*~ (outnumbered).
 36382 | D:5      | 36382 ||| Stepping ~*~*~tactically~*~*~ (outnumbered).
 36384 | D:5      | 36384 ||| Stepping ~*~*~tactically~*~*~ (outnumbered).
 36386 | D:5      | 36386 ||| Stepping ~*~*~tactically~*~*~ (outnumbered).
 36389 | D:5      | 36389 ||| Stepping ~*~*~tactically~*~*~ (outnumbered).
 36391 | D:5      | 36391 ||| Stepping ~*~*~tactically~*~*~ (outnumbered).
 36393 | D:5      | 36393 ||| Stepping ~*~*~tactically~*~*~ (outnumbered).
 36395 | D:5      | 36395 ||| Stepping ~*~*~tactically~*~*~ (outnumbered).
 36397 | D:5      | 36397 ||| Stepping ~*~*~tactically~*~*~ (outnumbered).
 36399 | D:5      | 36399 ||| Stepping ~*~*~tactically~*~*~ (outnumbered).
 36401 | D:5      | 36401 ||| Stepping ~*~*~tactically~*~*~ (outnumbered).
 36403 | D:5      | 36403 ||| Stepping ~*~*~tactically~*~*~ (outnumbered).
 36405 | D:5      | 36405 ||| Stepping ~*~*~tactically~*~*~ (outnumbered).
 36407 | D:5      | 36407 ||| Stepping ~*~*~tactically~*~*~ (outnumbered).
 36409 | D:5      | 36409 ||| Stepping ~*~*~tactically~*~*~ (outnumbered).
 36411 | D:5      | 36411 ||| Stepping ~*~*~tactically~*~*~ (outnumbered).
 36413 | D:5      | 36413 ||| Stepping ~*~*~tactically~*~*~ (outnumbered).
 36415 | D:5      | 36415 ||| Stepping ~*~*~tactically~*~*~ (outnumbered).
 36417 | D:5      | 36417 ||| Stepping ~*~*~tactically~*~*~ (outnumbered).
 36419 | D:5      | 36419 ||| Stepping ~*~*~tactically~*~*~ (outnumbered).
 36421 | D:5      | 36421 ||| Stepping ~*~*~tactically~*~*~ (outnumbered).
 36423 | D:5      | 36423 ||| Stepping ~*~*~tactically~*~*~ (outnumbered).
 36426 | D:5      | 36426 ||| Stepping ~*~*~tactically~*~*~ (outnumbered).
 36428 | D:5      | 36428 ||| Stepping ~*~*~tactically~*~*~ (outnumbered).
 36430 | D:5      | 36430 ||| Stepping ~*~*~tactically~*~*~ (outnumbered).
 36432 | D:5      | 36432 ||| Stepping ~*~*~tactically~*~*~ (outnumbered).
 36434 | D:5      | 36434 ||| Stepping ~*~*~tactically~*~*~ (outnumbered).
 36436 | D:5      | 36436 ||| Stepping ~*~*~tactically~*~*~ (outnumbered).
 36438 | D:5      | 36438 ||| Stepping ~*~*~tactically~*~*~ (outnumbered).
 36440 | D:5      | 36440 ||| Stepping ~*~*~tactically~*~*~ (outnumbered).
 36442 | D:5      | 36442 ||| Stepping ~*~*~tactically~*~*~ (outnumbered).
 36444 | D:5      | 36444 ||| Stepping ~*~*~tactically~*~*~ (outnumbered).
 36446 | D:5      | 36446 ||| Stepping ~*~*~tactically~*~*~ (outnumbered).
 36450 | D:5      | 36450 ||| Stepping ~*~*~tactically~*~*~ (outnumbered).
 36452 | D:5      | 36452 ||| Stepping ~*~*~tactically~*~*~ (outnumbered).
 36454 | D:5      | 36454 ||| Stepping ~*~*~tactically~*~*~ (outnumbered).
 36459 | D:5      | 36459 ||| Stepping ~*~*~tactically~*~*~ (outnumbered).
 36461 | D:5      | 36461 ||| Stepping ~*~*~tactically~*~*~ (outnumbered).
 36463 | D:5      | 36463 ||| Stepping ~*~*~tactically~*~*~ (outnumbered).
 36465 | D:5      | 36465 ||| Stepping ~*~*~tactically~*~*~ (outnumbered).
 36467 | D:5      | 36467 ||| Stepping ~*~*~tactically~*~*~ (outnumbered).
 36469 | D:5      | 36469 ||| Stepping ~*~*~tactically~*~*~ (outnumbered).
 36471 | D:5      | 36471 ||| Stepping ~*~*~tactically~*~*~ (outnumbered).
 36473 | D:5      | 36473 ||| Stepping ~*~*~tactically~*~*~ (outnumbered).
 36475 | D:5      | 36475 ||| Stepping ~*~*~tactically~*~*~ (outnumbered).
 36477 | D:5      | 36477 ||| Stepping ~*~*~tactically~*~*~ (outnumbered).
 36479 | D:5      | 36479 ||| Stepping ~*~*~tactically~*~*~ (outnumbered).
 36481 | D:5      | 36481 ||| Stepping ~*~*~tactically~*~*~ (outnumbered).
 36483 | D:5      | 36483 ||| Stepping ~*~*~tactically~*~*~ (outnumbered).
 36485 | D:5      | 36485 ||| Stepping ~*~*~tactically~*~*~ (outnumbered).
 36487 | D:5      | 36487 ||| Stepping ~*~*~tactically~*~*~ (outnumbered).
 36489 | D:5      | 36489 ||| Stepping ~*~*~tactically~*~*~ (outnumbered).
 36491 | D:5      | 36491 ||| Stepping ~*~*~tactically~*~*~ (outnumbered).
 36493 | D:5      | 36493 ||| Stepping ~*~*~tactically~*~*~ (outnumbered).
 36493 | D:5      | Glimpsed the power of Zot.
 36495 | D:5      | 36495 ||| Stepping ~*~*~tactically~*~*~ (outnumbered).
 36497 | D:5      | 36497 ||| Stepping ~*~*~tactically~*~*~ (outnumbered).
 36502 | D:5      | 36502 ||| Stepping ~*~*~tactically~*~*~ (outnumbered).
 36504 | D:5      | 36504 ||| Stepping ~*~*~tactically~*~*~ (outnumbered).
 36506 | D:5      | 36506 ||| Stepping ~*~*~tactically~*~*~ (outnumbered).
 36508 | D:5      | 36508 ||| Stepping ~*~*~tactically~*~*~ (outnumbered).
 36510 | D:5      | 36510 ||| Stepping ~*~*~tactically~*~*~ (outnumbered).
 36512 | D:5      | 36512 ||| Stepping ~*~*~tactically~*~*~ (outnumbered).
 36514 | D:5      | 36514 ||| Stepping ~*~*~tactically~*~*~ (outnumbered).
 36516 | D:5      | 36516 ||| Stepping ~*~*~tactically~*~*~ (outnumbered).
 36518 | D:5      | 36518 ||| Stepping ~*~*~tactically~*~*~ (outnumbered).
 36520 | D:5      | 36520 ||| Stepping ~*~*~tactically~*~*~ (outnumbered).
 36522 | D:5      | 36522 ||| Stepping ~*~*~tactically~*~*~ (outnumbered).
 36524 | D:5      | 36524 ||| Stepping ~*~*~tactically~*~*~ (outnumbered).
 36526 | D:5      | 36526 ||| Stepping ~*~*~tactically~*~*~ (outnumbered).
 36528 | D:5      | 36528 ||| Stepping ~*~*~tactically~*~*~ (outnumbered).
 36530 | D:5      | 36530 ||| Stepping ~*~*~tactically~*~*~ (outnumbered).
 36532 | D:5      | 36532 ||| Stepping ~*~*~tactically~*~*~ (outnumbered).
 36534 | D:5      | 36534 ||| Stepping ~*~*~tactically~*~*~ (outnumbered).
 36536 | D:5      | 36536 ||| Stepping ~*~*~tactically~*~*~ (outnumbered).
 36538 | D:5      | 36538 ||| Stepping ~*~*~tactically~*~*~ (outnumbered).
 36540 | D:5      | 36540 ||| Stepping ~*~*~tactically~*~*~ (outnumbered).
 36542 | D:5      | 36542 ||| Stepping ~*~*~tactically~*~*~ (outnumbered).
 36544 | D:5      | 36544 ||| Stepping ~*~*~tactically~*~*~ (outnumbered).
 36546 | D:5      | 36546 ||| Stepping ~*~*~tactically~*~*~ (outnumbered).
 36548 | D:5      | 36548 ||| Stepping ~*~*~tactically~*~*~ (outnumbered).
 36550 | D:5      | 36550 ||| Stepping ~*~*~tactically~*~*~ (outnumbered).
 36552 | D:5      | 36552 ||| Stepping ~*~*~tactically~*~*~ (outnumbered).
 36554 | D:5      | 36554 ||| Stepping ~*~*~tactically~*~*~ (outnumbered).
 36556 | D:5      | 36556 ||| Stepping ~*~*~tactically~*~*~ (outnumbered).
 36558 | D:5      | 36558 ||| Stepping ~*~*~tactically~*~*~ (outnumbered).
 36560 | D:5      | 36560 ||| Stepping ~*~*~tactically~*~*~ (outnumbered).
 36564 | D:5      | 36564 ||| Stepping ~*~*~tactically~*~*~ (outnumbered).
 36566 | D:5      | 36566 ||| Stepping ~*~*~tactically~*~*~ (outnumbered).
 36568 | D:5      | 36568 ||| Stepping ~*~*~tactically~*~*~ (outnumbered).
 36570 | D:5      | 36570 ||| Stepping ~*~*~tactically~*~*~ (outnumbered).
 36574 | D:5      | 36574 ||| Stepping ~*~*~tactically~*~*~ (outnumbered).
 36576 | D:5      | 36576 ||| Stepping ~*~*~tactically~*~*~ (outnumbered).
 36578 | D:5      | 36578 ||| Stepping ~*~*~tactically~*~*~ (outnumbered).
 36580 | D:5      | 36580 ||| Stepping ~*~*~tactically~*~*~ (outnumbered).
 36582 | D:5      | 36582 ||| Stepping ~*~*~tactically~*~*~ (outnumbered).
 36584 | D:5      | 36584 ||| Stepping ~*~*~tactically~*~*~ (outnumbered).
 36586 | D:5      | 36586 ||| Stepping ~*~*~tactically~*~*~ (outnumbered).
 36588 | D:5      | 36588 ||| Stepping ~*~*~tactically~*~*~ (outnumbered).
 36590 | D:5      | 36590 ||| Stepping ~*~*~tactically~*~*~ (outnumbered).
 36592 | D:5      | 36592 ||| Stepping ~*~*~tactically~*~*~ (outnumbered).
 36592 | D:5      | Touched by the power of Zot.
 36593 | D:5      | Glimpsed the power of Zot.
 36594 | D:5      | 36594 ||| Stepping ~*~*~tactically~*~*~ (outnumbered).
 36596 | D:5      | 36596 ||| Stepping ~*~*~tactically~*~*~ (outnumbered).
 36598 | D:5      | 36598 ||| Stepping ~*~*~tactically~*~*~ (outnumbered).
 36600 | D:5      | 36600 ||| Stepping ~*~*~tactically~*~*~ (outnumbered).
 36602 | D:5      | 36602 ||| Stepping ~*~*~tactically~*~*~ (outnumbered).
 36604 | D:5      | 36604 ||| Stepping ~*~*~tactically~*~*~ (outnumbered).
 36606 | D:5      | 36606 ||| FLEEEEING.
 36610 | D:5      | 36610 ||| Stepping ~*~*~tactically~*~*~ (outnumbered).
 36612 | D:5      | 36612 ||| Stepping ~*~*~tactically~*~*~ (outnumbered).
 36614 | D:5      | 36614 ||| Stepping ~*~*~tactically~*~*~ (outnumbered).
 36616 | D:5      | 36616 ||| Stepping ~*~*~tactically~*~*~ (outnumbered).
 36618 | D:5      | 36618 ||| Stepping ~*~*~tactically~*~*~ (outnumbered).
 36620 | D:5      | 36620 ||| Stepping ~*~*~tactically~*~*~ (outnumbered).
 36622 | D:5      | 36622 ||| Stepping ~*~*~tactically~*~*~ (outnumbered).
 36624 | D:5      | 36624 ||| Stepping ~*~*~tactically~*~*~ (outnumbered).
 36626 | D:5      | 36626 ||| Stepping ~*~*~tactically~*~*~ (outnumbered).
 36628 | D:5      | 36628 ||| Stepping ~*~*~tactically~*~*~ (outnumbered).
 36630 | D:5      | 36630 ||| Stepping ~*~*~tactically~*~*~ (outnumbered).
 36632 | D:5      | 36632 ||| Stepping ~*~*~tactically~*~*~ (outnumbered).
 36634 | D:5      | 36634 ||| Stepping ~*~*~tactically~*~*~ (outnumbered).
 36636 | D:5      | 36636 ||| Stepping ~*~*~tactically~*~*~ (outnumbered).
 36638 | D:5      | 36638 ||| Stepping ~*~*~tactically~*~*~ (outnumbered).
 36640 | D:5      | 36640 ||| Stepping ~*~*~tactically~*~*~ (outnumbered).
 36642 | D:5      | 36642 ||| Stepping ~*~*~tactically~*~*~ (outnumbered).
 36644 | D:5      | 36644 ||| Stepping ~*~*~tactically~*~*~ (outnumbered).
 36646 | D:5      | 36646 ||| Stepping ~*~*~tactically~*~*~ (outnumbered).
 36648 | D:5      | 36648 ||| Stepping ~*~*~tactically~*~*~ (outnumbered).
 36650 | D:5      | 36650 ||| Stepping ~*~*~tactically~*~*~ (outnumbered).
 36652 | D:5      | 36652 ||| Stepping ~*~*~tactically~*~*~ (outnumbered).
 36654 | D:5      | 36654 ||| Stepping ~*~*~tactically~*~*~ (outnumbered).
 36656 | D:5      | 36656 ||| Stepping ~*~*~tactically~*~*~ (outnumbered).
 36658 | D:5      | 36658 ||| Stepping ~*~*~tactically~*~*~ (outnumbered).
 36660 | D:5      | 36660 ||| Stepping ~*~*~tactically~*~*~ (outnumbered).
 36662 | D:5      | 36662 ||| Stepping ~*~*~tactically~*~*~ (outnumbered).
 36664 | D:5      | 36664 ||| Stepping ~*~*~tactically~*~*~ (outnumbered).
 36666 | D:5      | 36666 ||| Stepping ~*~*~tactically~*~*~ (outnumbered).
 36668 | D:5      | 36668 ||| Stepping ~*~*~tactically~*~*~ (outnumbered).
 36670 | D:5      | 36670 ||| Stepping ~*~*~tactically~*~*~ (outnumbered).
 36672 | D:5      | 36672 ||| Stepping ~*~*~tactically~*~*~ (outnumbered).
 36674 | D:5      | 36674 ||| Stepping ~*~*~tactically~*~*~ (outnumbered).
 36676 | D:5      | 36676 ||| Stepping ~*~*~tactically~*~*~ (outnumbered).
 36678 | D:5      | 36678 ||| Stepping ~*~*~tactically~*~*~ (outnumbered).
 36680 | D:5      | 36680 ||| Stepping ~*~*~tactically~*~*~ (outnumbered).
 36682 | D:5      | 36682 ||| Stepping ~*~*~tactically~*~*~ (outnumbered).
 36684 | D:5      | 36684 ||| Stepping ~*~*~tactically~*~*~ (outnumbered).
 36686 | D:5      | 36686 ||| Stepping ~*~*~tactically~*~*~ (outnumbered).
 36688 | D:5      | 36688 ||| Stepping ~*~*~tactically~*~*~ (outnumbered).
 36690 | D:5      | 36690 ||| Stepping ~*~*~tactically~*~*~ (outnumbered).
 36692 | D:5      | 36692 ||| Stepping ~*~*~tactically~*~*~ (outnumbered).
 36694 | D:5      | 36694 ||| Stepping ~*~*~tactically~*~*~ (outnumbered).
 36696 | D:5      | 36696 ||| Stepping ~*~*~tactically~*~*~ (outnumbered).
 36698 | D:5      | 36698 ||| Stepping ~*~*~tactically~*~*~ (outnumbered).
 36700 | D:5      | 36700 ||| Stepping ~*~*~tactically~*~*~ (outnumbered).
 36702 | D:5      | 36702 ||| Stepping ~*~*~tactically~*~*~ (outnumbered).
 36704 | D:5      | 36704 ||| Stepping ~*~*~tactically~*~*~ (outnumbered).
 36706 | D:5      | 36706 ||| Stepping ~*~*~tactically~*~*~ (outnumbered).
 36708 | D:5      | 36708 ||| Stepping ~*~*~tactically~*~*~ (outnumbered).
 36710 | D:5      | 36710 ||| Stepping ~*~*~tactically~*~*~ (outnumbered).
 36712 | D:5      | 36712 ||| Stepping ~*~*~tactically~*~*~ (outnumbered).
 36714 | D:5      | 36714 ||| Stepping ~*~*~tactically~*~*~ (outnumbered).
 36716 | D:5      | 36716 ||| Stepping ~*~*~tactically~*~*~ (outnumbered).
 36719 | D:5      | 36719 ||| Stepping ~*~*~tactically~*~*~ (outnumbered).
 36721 | D:5      | 36721 ||| Stepping ~*~*~tactically~*~*~ (outnumbered).
 36723 | D:5      | 36723 ||| Stepping ~*~*~tactically~*~*~ (outnumbered).
 36725 | D:5      | 36725 ||| Stepping ~*~*~tactically~*~*~ (outnumbered).
 36727 | D:5      | 36727 ||| Stepping ~*~*~tactically~*~*~ (outnumbered).
 36729 | D:5      | 36729 ||| Stepping ~*~*~tactically~*~*~ (outnumbered).
 36731 | D:5      | 36731 ||| Stepping ~*~*~tactically~*~*~ (outnumbered).
 36733 | D:5      | 36733 ||| Stepping ~*~*~tactically~*~*~ (outnumbered).
 36736 | D:5      | 36736 ||| Stepping ~*~*~tactically~*~*~ (outnumbered).
 36738 | D:5      | 36738 ||| Stepping ~*~*~tactically~*~*~ (outnumbered).
 36740 | D:5      | 36740 ||| Stepping ~*~*~tactically~*~*~ (outnumbered).
 36742 | D:5      | 36742 ||| Stepping ~*~*~tactically~*~*~ (outnumbered).
 36744 | D:5      | 36744 ||| Stepping ~*~*~tactically~*~*~ (outnumbered).
 36746 | D:5      | 36746 ||| Stepping ~*~*~tactically~*~*~ (outnumbered).
 36748 | D:5      | 36748 ||| Stepping ~*~*~tactically~*~*~ (outnumbered).
 36750 | D:5      | 36750 ||| Stepping ~*~*~tactically~*~*~ (outnumbered).
 36752 | D:5      | 36752 ||| Stepping ~*~*~tactically~*~*~ (outnumbered).
 36754 | D:5      | 36754 ||| Stepping ~*~*~tactically~*~*~ (outnumbered).
 36757 | D:5      | 36757 ||| Stepping ~*~*~tactically~*~*~ (outnumbered).
 36759 | D:5      | 36759 ||| Stepping ~*~*~tactically~*~*~ (outnumbered).
 36761 | D:5      | 36761 ||| Stepping ~*~*~tactically~*~*~ (outnumbered).
 36763 | D:5      | 36763 ||| Stepping ~*~*~tactically~*~*~ (outnumbered).
 36767 | D:5      | 36767 ||| Stepping ~*~*~tactically~*~*~ (outnumbered).
 36769 | D:5      | 36769 ||| Stepping ~*~*~tactically~*~*~ (outnumbered).
 36771 | D:5      | 36771 ||| Stepping ~*~*~tactically~*~*~ (outnumbered).
 36773 | D:5      | 36773 ||| Stepping ~*~*~tactically~*~*~ (outnumbered).
 36775 | D:5      | 36775 ||| Stepping ~*~*~tactically~*~*~ (outnumbered).
 36777 | D:5      | 36777 ||| Stepping ~*~*~tactically~*~*~ (outnumbered).
 36779 | D:5      | 36779 ||| Stepping ~*~*~tactically~*~*~ (outnumbered).
 36781 | D:5      | 36781 ||| Stepping ~*~*~tactically~*~*~ (outnumbered).
 36783 | D:5      | 36783 ||| Stepping ~*~*~tactically~*~*~ (outnumbered).
 36785 | D:5      | 36785 ||| Stepping ~*~*~tactically~*~*~ (outnumbered).
 36787 | D:5      | 36787 ||| Stepping ~*~*~tactically~*~*~ (outnumbered).
 36789 | D:5      | 36789 ||| Stepping ~*~*~tactically~*~*~ (outnumbered).
 36791 | D:5      | 36791 ||| Stepping ~*~*~tactically~*~*~ (outnumbered).
 36793 | D:5      | 36793 ||| Stepping ~*~*~tactically~*~*~ (outnumbered).
 36795 | D:5      | 36795 ||| Stepping ~*~*~tactically~*~*~ (outnumbered).
 36797 | D:5      | 36797 ||| Stepping ~*~*~tactically~*~*~ (outnumbered).
 36799 | D:5      | 36799 ||| Stepping ~*~*~tactically~*~*~ (outnumbered).
 36801 | D:5      | 36801 ||| Stepping ~*~*~tactically~*~*~ (outnumbered).
 36803 | D:5      | 36803 ||| Stepping ~*~*~tactically~*~*~ (outnumbered).
 36805 | D:5      | 36805 ||| Stepping ~*~*~tactically~*~*~ (outnumbered).
 36807 | D:5      | 36807 ||| Stepping ~*~*~tactically~*~*~ (outnumbered).
 36809 | D:5      | 36809 ||| Stepping ~*~*~tactically~*~*~ (outnumbered).
 36811 | D:5      | 36811 ||| Stepping ~*~*~tactically~*~*~ (outnumbered).
 36813 | D:5      | 36813 ||| Stepping ~*~*~tactically~*~*~ (outnumbered).
 36815 | D:5      | 36815 ||| Stepping ~*~*~tactically~*~*~ (outnumbered).
 36817 | D:5      | 36817 ||| Stepping ~*~*~tactically~*~*~ (outnumbered).
 36819 | D:5      | 36819 ||| Stepping ~*~*~tactically~*~*~ (outnumbered).
 36821 | D:5      | 36821 ||| Stepping ~*~*~tactically~*~*~ (outnumbered).
 36823 | D:5      | 36823 ||| Stepping ~*~*~tactically~*~*~ (outnumbered).
 36826 | D:5      | 36826 ||| Stepping ~*~*~tactically~*~*~ (outnumbered).
 36828 | D:5      | 36828 ||| Stepping ~*~*~tactically~*~*~ (outnumbered).
 36830 | D:5      | 36830 ||| Stepping ~*~*~tactically~*~*~ (outnumbered).
 36832 | D:5      | 36832 ||| Stepping ~*~*~tactically~*~*~ (outnumbered).
 36834 | D:5      | 36834 ||| Stepping ~*~*~tactically~*~*~ (outnumbered).
 36836 | D:5      | 36836 ||| Stepping ~*~*~tactically~*~*~ (outnumbered).
 36838 | D:5      | 36838 ||| Stepping ~*~*~tactically~*~*~ (outnumbered).
 36840 | D:5      | 36840 ||| Stepping ~*~*~tactically~*~*~ (outnumbered).
 36842 | D:5      | 36842 ||| Stepping ~*~*~tactically~*~*~ (outnumbered).
 36844 | D:5      | 36844 ||| Stepping ~*~*~tactically~*~*~ (outnumbered).
 36846 | D:5      | 36846 ||| Stepping ~*~*~tactically~*~*~ (outnumbered).
 36848 | D:5      | 36848 ||| Stepping ~*~*~tactically~*~*~ (outnumbered).
 36850 | D:5      | 36850 ||| Stepping ~*~*~tactically~*~*~ (outnumbered).
 36852 | D:5      | 36852 ||| Stepping ~*~*~tactically~*~*~ (outnumbered).
 36854 | D:5      | 36854 ||| Stepping ~*~*~tactically~*~*~ (outnumbered).
 36856 | D:5      | 36856 ||| Stepping ~*~*~tactically~*~*~ (outnumbered).
 36858 | D:5      | 36858 ||| Stepping ~*~*~tactically~*~*~ (outnumbered).
 36860 | D:5      | 36860 ||| Stepping ~*~*~tactically~*~*~ (outnumbered).
 36862 | D:5      | 36862 ||| Stepping ~*~*~tactically~*~*~ (outnumbered).
 36864 | D:5      | 36864 ||| Stepping ~*~*~tactically~*~*~ (outnumbered).
 36866 | D:5      | 36866 ||| FLEEEEING.
 36870 | D:5      | 36870 ||| Stepping ~*~*~tactically~*~*~ (outnumbered).
 36872 | D:5      | 36872 ||| Stepping ~*~*~tactically~*~*~ (outnumbered).
 36874 | D:5      | 36874 ||| Stepping ~*~*~tactically~*~*~ (outnumbered).
 36876 | D:5      | 36876 ||| Stepping ~*~*~tactically~*~*~ (outnumbered).
 36878 | D:5      | 36878 ||| Stepping ~*~*~tactically~*~*~ (outnumbered).
 36881 | D:5      | 36881 ||| Stepping ~*~*~tactically~*~*~ (outnumbered).
 36883 | D:5      | 36883 ||| Stepping ~*~*~tactically~*~*~ (outnumbered).
 36885 | D:5      | 36885 ||| Stepping ~*~*~tactically~*~*~ (outnumbered).
 36887 | D:5      | 36887 ||| Stepping ~*~*~tactically~*~*~ (outnumbered).
 36889 | D:5      | 36889 ||| Stepping ~*~*~tactically~*~*~ (outnumbered).
 36891 | D:5      | 36891 ||| Stepping ~*~*~tactically~*~*~ (outnumbered).
 36893 | D:5      | 36893 ||| Stepping ~*~*~tactically~*~*~ (outnumbered).
 36895 | D:5      | 36895 ||| Stepping ~*~*~tactically~*~*~ (outnumbered).
 36897 | D:5      | 36897 ||| Stepping ~*~*~tactically~*~*~ (outnumbered).
 36899 | D:5      | 36899 ||| Stepping ~*~*~tactically~*~*~ (outnumbered).
 36901 | D:5      | 36901 ||| Stepping ~*~*~tactically~*~*~ (outnumbered).
 36904 | D:5      | 36904 ||| Stepping ~*~*~tactically~*~*~ (outnumbered).
 36906 | D:5      | 36906 ||| Stepping ~*~*~tactically~*~*~ (outnumbered).
 36908 | D:5      | 36908 ||| Stepping ~*~*~tactically~*~*~ (outnumbered).
 36910 | D:5      | 36910 ||| Stepping ~*~*~tactically~*~*~ (outnumbered).
 36912 | D:5      | 36912 ||| Stepping ~*~*~tactically~*~*~ (outnumbered).
 36914 | D:5      | 36914 ||| Stepping ~*~*~tactically~*~*~ (outnumbered).
 36916 | D:5      | 36916 ||| Stepping ~*~*~tactically~*~*~ (outnumbered).
 36918 | D:5      | 36918 ||| Stepping ~*~*~tactically~*~*~ (outnumbered).
 36920 | D:5      | 36920 ||| Stepping ~*~*~tactically~*~*~ (outnumbered).
 36922 | D:5      | 36922 ||| Stepping ~*~*~tactically~*~*~ (outnumbered).
 36924 | D:5      | 36924 ||| Stepping ~*~*~tactically~*~*~ (outnumbered).
 36926 | D:5      | 36926 ||| Stepping ~*~*~tactically~*~*~ (outnumbered).
 36928 | D:5      | 36928 ||| Stepping ~*~*~tactically~*~*~ (outnumbered).
 36930 | D:5      | 36930 ||| Stepping ~*~*~tactically~*~*~ (outnumbered).
 36932 | D:5      | 36932 ||| Stepping ~*~*~tactically~*~*~ (outnumbered).
 36934 | D:5      | 36934 ||| Stepping ~*~*~tactically~*~*~ (outnumbered).
 36936 | D:5      | 36936 ||| Stepping ~*~*~tactically~*~*~ (outnumbered).
 36938 | D:5      | 36938 ||| Stepping ~*~*~tactically~*~*~ (outnumbered).
 36940 | D:5      | 36940 ||| Stepping ~*~*~tactically~*~*~ (outnumbered).
 36942 | D:5      | 36942 ||| Stepping ~*~*~tactically~*~*~ (outnumbered).
 36944 | D:5      | 36944 ||| Stepping ~*~*~tactically~*~*~ (outnumbered).
 36946 | D:5      | 36946 ||| Stepping ~*~*~tactically~*~*~ (outnumbered).
 36948 | D:5      | 36948 ||| Stepping ~*~*~tactically~*~*~ (outnumbered).
 36950 | D:5      | 36950 ||| Stepping ~*~*~tactically~*~*~ (outnumbered).
 36952 | D:5      | 36952 ||| Stepping ~*~*~tactically~*~*~ (outnumbered).
 36956 | D:5      | 36956 ||| Stepping ~*~*~tactically~*~*~ (outnumbered).
 36958 | D:5      | 36958 ||| Stepping ~*~*~tactically~*~*~ (outnumbered).
 36960 | D:5      | 36960 ||| Stepping ~*~*~tactically~*~*~ (outnumbered).
 36962 | D:5      | 36962 ||| Stepping ~*~*~tactically~*~*~ (outnumbered).
 36964 | D:5      | 36964 ||| FLEEEEING.
 36968 | D:5      | 36968 ||| Stepping ~*~*~tactically~*~*~ (outnumbered).
 36970 | D:5      | 36970 ||| Stepping ~*~*~tactically~*~*~ (outnumbered).
 36972 | D:5      | 36972 ||| Stepping ~*~*~tactically~*~*~ (outnumbered).
 36974 | D:5      | 36974 ||| Stepping ~*~*~tactically~*~*~ (outnumbered).
 36976 | D:5      | 36976 ||| Stepping ~*~*~tactically~*~*~ (outnumbered).
 36978 | D:5      | 36978 ||| Stepping ~*~*~tactically~*~*~ (outnumbered).
 36980 | D:5      | 36980 ||| Stepping ~*~*~tactically~*~*~ (outnumbered).
 36982 | D:5      | 36982 ||| Stepping ~*~*~tactically~*~*~ (outnumbered).
 36984 | D:5      | 36984 ||| Stepping ~*~*~tactically~*~*~ (outnumbered).
 36986 | D:5      | 36986 ||| Stepping ~*~*~tactically~*~*~ (outnumbered).
 36988 | D:5      | 36988 ||| Stepping ~*~*~tactically~*~*~ (outnumbered).
 36990 | D:5      | 36990 ||| Stepping ~*~*~tactically~*~*~ (outnumbered).
 36992 | D:5      | 36992 ||| Stepping ~*~*~tactically~*~*~ (outnumbered).
 36994 | D:5      | 36994 ||| Stepping ~*~*~tactically~*~*~ (outnumbered).
 36996 | D:5      | 36996 ||| Stepping ~*~*~tactically~*~*~ (outnumbered).
 36998 | D:5      | 36998 ||| Stepping ~*~*~tactically~*~*~ (outnumbered).
 37000 | D:5      | 37000 ||| Stepping ~*~*~tactically~*~*~ (outnumbered).
 37002 | D:5      | 37002 ||| Stepping ~*~*~tactically~*~*~ (outnumbered).
 37004 | D:5      | 37004 ||| Stepping ~*~*~tactically~*~*~ (outnumbered).
 37006 | D:5      | 37006 ||| Stepping ~*~*~tactically~*~*~ (outnumbered).
 37008 | D:5      | 37008 ||| Stepping ~*~*~tactically~*~*~ (outnumbered).
 37010 | D:5      | 37010 ||| Stepping ~*~*~tactically~*~*~ (outnumbered).
 37012 | D:5      | 37012 ||| Stepping ~*~*~tactically~*~*~ (outnumbered).
 37014 | D:5      | 37014 ||| Stepping ~*~*~tactically~*~*~ (outnumbered).
 37016 | D:5      | 37016 ||| Stepping ~*~*~tactically~*~*~ (outnumbered).
 37018 | D:5      | 37018 ||| Stepping ~*~*~tactically~*~*~ (outnumbered).
 37020 | D:5      | 37020 ||| Stepping ~*~*~tactically~*~*~ (outnumbered).
 37022 | D:5      | 37022 ||| Stepping ~*~*~tactically~*~*~ (outnumbered).
 37024 | D:5      | 37024 ||| Stepping ~*~*~tactically~*~*~ (outnumbered).
 37026 | D:5      | 37026 ||| Stepping ~*~*~tactically~*~*~ (outnumbered).
 37028 | D:5      | 37028 ||| Stepping ~*~*~tactically~*~*~ (outnumbered).
 37030 | D:5      | 37030 ||| Stepping ~*~*~tactically~*~*~ (outnumbered).
 37032 | D:5      | 37032 ||| Stepping ~*~*~tactically~*~*~ (outnumbered).
 37036 | D:5      | 37036 ||| Stepping ~*~*~tactically~*~*~ (outnumbered).
 37038 | D:5      | 37038 ||| Stepping ~*~*~tactically~*~*~ (outnumbered).
 37040 | D:5      | 37040 ||| Stepping ~*~*~tactically~*~*~ (outnumbered).
 37042 | D:5      | 37042 ||| Stepping ~*~*~tactically~*~*~ (outnumbered).
 37044 | D:5      | 37044 ||| Stepping ~*~*~tactically~*~*~ (outnumbered).
 37046 | D:5      | 37046 ||| Stepping ~*~*~tactically~*~*~ (outnumbered).
 37048 | D:5      | 37048 ||| Stepping ~*~*~tactically~*~*~ (outnumbered).
 37050 | D:5      | 37050 ||| Stepping ~*~*~tactically~*~*~ (outnumbered).
 37052 | D:5      | 37052 ||| Stepping ~*~*~tactically~*~*~ (outnumbered).
 37054 | D:5      | 37054 ||| Stepping ~*~*~tactically~*~*~ (outnumbered).
 37056 | D:5      | 37056 ||| Stepping ~*~*~tactically~*~*~ (outnumbered).
 37059 | D:5      | 37059 ||| Stepping ~*~*~tactically~*~*~ (outnumbered).
 37061 | D:5      | 37061 ||| Stepping ~*~*~tactically~*~*~ (outnumbered).
 37063 | D:5      | 37063 ||| Stepping ~*~*~tactically~*~*~ (outnumbered).
 37065 | D:5      | 37065 ||| Stepping ~*~*~tactically~*~*~ (outnumbered).
 37067 | D:5      | 37067 ||| Stepping ~*~*~tactically~*~*~ (outnumbered).
 37069 | D:5      | 37069 ||| Stepping ~*~*~tactically~*~*~ (outnumbered).
 37071 | D:5      | 37071 ||| Stepping ~*~*~tactically~*~*~ (outnumbered).
 37073 | D:5      | 37073 ||| Stepping ~*~*~tactically~*~*~ (outnumbered).
 37076 | D:5      | 37076 ||| Stepping ~*~*~tactically~*~*~ (outnumbered).
 37078 | D:5      | 37078 ||| Stepping ~*~*~tactically~*~*~ (outnumbered).
 37080 | D:5      | 37080 ||| Stepping ~*~*~tactically~*~*~ (outnumbered).
 37082 | D:5      | 37082 ||| Stepping ~*~*~tactically~*~*~ (outnumbered).
 37084 | D:5      | 37084 ||| Stepping ~*~*~tactically~*~*~ (outnumbered).
 37086 | D:5      | 37086 ||| Stepping ~*~*~tactically~*~*~ (outnumbered).
 37089 | D:5      | 37089 ||| Stepping ~*~*~tactically~*~*~ (outnumbered).
 37091 | D:5      | 37091 ||| Stepping ~*~*~tactically~*~*~ (outnumbered).
 37093 | D:5      | 37093 ||| Stepping ~*~*~tactically~*~*~ (outnumbered).
 37093 | D:5      | Glimpsed the power of Zot.
 37095 | D:5      | 37095 ||| Stepping ~*~*~tactically~*~*~ (outnumbered).
 37097 | D:5      | 37097 ||| Stepping ~*~*~tactically~*~*~ (outnumbered).
 37099 | D:5      | 37099 ||| Stepping ~*~*~tactically~*~*~ (outnumbered).
 37101 | D:5      | 37101 ||| Stepping ~*~*~tactically~*~*~ (outnumbered).
 37103 | D:5      | 37103 ||| Stepping ~*~*~tactically~*~*~ (outnumbered).
 37106 | D:5      | 37106 ||| Stepping ~*~*~tactically~*~*~ (outnumbered).
 37108 | D:5      | 37108 ||| Stepping ~*~*~tactically~*~*~ (outnumbered).
 37110 | D:5      | 37110 ||| Stepping ~*~*~tactically~*~*~ (outnumbered).
 37112 | D:5      | 37112 ||| Stepping ~*~*~tactically~*~*~ (outnumbered).
 37114 | D:5      | 37114 ||| Stepping ~*~*~tactically~*~*~ (outnumbered).
 37116 | D:5      | 37116 ||| Stepping ~*~*~tactically~*~*~ (outnumbered).
 37118 | D:5      | 37118 ||| Stepping ~*~*~tactically~*~*~ (outnumbered).
 37120 | D:5      | 37120 ||| Stepping ~*~*~tactically~*~*~ (outnumbered).
 37122 | D:5      | 37122 ||| Stepping ~*~*~tactically~*~*~ (outnumbered).
 37124 | D:5      | 37124 ||| Stepping ~*~*~tactically~*~*~ (outnumbered).
 37126 | D:5      | 37126 ||| Stepping ~*~*~tactically~*~*~ (outnumbered).
 37128 | D:5      | 37128 ||| FLEEEEING.
 37132 | D:5      | 37132 ||| Stepping ~*~*~tactically~*~*~ (outnumbered).
 37134 | D:5      | 37134 ||| Stepping ~*~*~tactically~*~*~ (outnumbered).
 37137 | D:5      | 37137 ||| Stepping ~*~*~tactically~*~*~ (outnumbered).
 37139 | D:5      | 37139 ||| Stepping ~*~*~tactically~*~*~ (outnumbered).
 37141 | D:5      | 37141 ||| Stepping ~*~*~tactically~*~*~ (outnumbered).
 37143 | D:5      | 37143 ||| Stepping ~*~*~tactically~*~*~ (outnumbered).
 37145 | D:5      | 37145 ||| Stepping ~*~*~tactically~*~*~ (outnumbered).
 37147 | D:5      | 37147 ||| Stepping ~*~*~tactically~*~*~ (outnumbered).
 37149 | D:5      | 37149 ||| Stepping ~*~*~tactically~*~*~ (outnumbered).
 37151 | D:5      | 37151 ||| Stepping ~*~*~tactically~*~*~ (outnumbered).
 37153 | D:5      | 37153 ||| Stepping ~*~*~tactically~*~*~ (outnumbered).
 37155 | D:5      | 37155 ||| Stepping ~*~*~tactically~*~*~ (outnumbered).
 37157 | D:5      | 37157 ||| Stepping ~*~*~tactically~*~*~ (outnumbered).
 37159 | D:5      | 37159 ||| Stepping ~*~*~tactically~*~*~ (outnumbered).
 37161 | D:5      | 37161 ||| Stepping ~*~*~tactically~*~*~ (outnumbered).
 37163 | D:5      | 37163 ||| Stepping ~*~*~tactically~*~*~ (outnumbered).
 37166 | D:5      | 37166 ||| Stepping ~*~*~tactically~*~*~ (outnumbered).
 37168 | D:5      | 37168 ||| Stepping ~*~*~tactically~*~*~ (outnumbered).
 37170 | D:5      | 37170 ||| Stepping ~*~*~tactically~*~*~ (outnumbered).
 37173 | D:5      | 37173 ||| Stepping ~*~*~tactically~*~*~ (outnumbered).
 37176 | D:5      | 37176 ||| Stepping ~*~*~tactically~*~*~ (outnumbered).
 37178 | D:5      | 37178 ||| Stepping ~*~*~tactically~*~*~ (outnumbered).
 37180 | D:5      | 37180 ||| Stepping ~*~*~tactically~*~*~ (outnumbered).
 37182 | D:5      | 37182 ||| Stepping ~*~*~tactically~*~*~ (outnumbered).
 37184 | D:5      | 37184 ||| Stepping ~*~*~tactically~*~*~ (outnumbered).
 37186 | D:5      | 37186 ||| Stepping ~*~*~tactically~*~*~ (outnumbered).
 37188 | D:5      | 37188 ||| Stepping ~*~*~tactically~*~*~ (outnumbered).
 37190 | D:5      | 37190 ||| Stepping ~*~*~tactically~*~*~ (outnumbered).
 37192 | D:5      | 37192 ||| Stepping ~*~*~tactically~*~*~ (outnumbered).
 37194 | D:5      | 37194 ||| Stepping ~*~*~tactically~*~*~ (outnumbered).
 37196 | D:5      | 37196 ||| Stepping ~*~*~tactically~*~*~ (outnumbered).
 37198 | D:5      | 37198 ||| Stepping ~*~*~tactically~*~*~ (outnumbered).
 37200 | D:5      | 37200 ||| Stepping ~*~*~tactically~*~*~ (outnumbered).
 37202 | D:5      | 37202 ||| Stepping ~*~*~tactically~*~*~ (outnumbered).
 37204 | D:5      | 37204 ||| Stepping ~*~*~tactically~*~*~ (outnumbered).
 37206 | D:5      | 37206 ||| Stepping ~*~*~tactically~*~*~ (outnumbered).
 37208 | D:5      | 37208 ||| Stepping ~*~*~tactically~*~*~ (outnumbered).
 37210 | D:5      | 37210 ||| Stepping ~*~*~tactically~*~*~ (outnumbered).
 37212 | D:5      | 37212 ||| Stepping ~*~*~tactically~*~*~ (outnumbered).
 37214 | D:5      | 37214 ||| Stepping ~*~*~tactically~*~*~ (outnumbered).
 37216 | D:5      | 37216 ||| Stepping ~*~*~tactically~*~*~ (outnumbered).
 37218 | D:5      | 37218 ||| Stepping ~*~*~tactically~*~*~ (outnumbered).
 37220 | D:5      | 37220 ||| Stepping ~*~*~tactically~*~*~ (outnumbered).
 37222 | D:5      | 37222 ||| Stepping ~*~*~tactically~*~*~ (outnumbered).
 37224 | D:5      | 37224 ||| Stepping ~*~*~tactically~*~*~ (outnumbered).
 37226 | D:5      | 37226 ||| Stepping ~*~*~tactically~*~*~ (outnumbered).
 37228 | D:5      | 37228 ||| Stepping ~*~*~tactically~*~*~ (outnumbered).
 37230 | D:5      | 37230 ||| Stepping ~*~*~tactically~*~*~ (outnumbered).
 37232 | D:5      | 37232 ||| Stepping ~*~*~tactically~*~*~ (outnumbered).
 37234 | D:5      | 37234 ||| Stepping ~*~*~tactically~*~*~ (outnumbered).
 37236 | D:5      | 37236 ||| Stepping ~*~*~tactically~*~*~ (outnumbered).
 37238 | D:5      | 37238 ||| Stepping ~*~*~tactically~*~*~ (outnumbered).
 37240 | D:5      | 37240 ||| Stepping ~*~*~tactically~*~*~ (outnumbered).
 37242 | D:5      | 37242 ||| Stepping ~*~*~tactically~*~*~ (outnumbered).
 37244 | D:5      | 37244 ||| Stepping ~*~*~tactically~*~*~ (outnumbered).
 37246 | D:5      | 37246 ||| FLEEEEING.
 37250 | D:5      | 37250 ||| Stepping ~*~*~tactically~*~*~ (outnumbered).
 37252 | D:5      | 37252 ||| Stepping ~*~*~tactically~*~*~ (outnumbered).
 37254 | D:5      | 37254 ||| Stepping ~*~*~tactically~*~*~ (outnumbered).
 37256 | D:5      | 37256 ||| Stepping ~*~*~tactically~*~*~ (outnumbered).
 37258 | D:5      | 37258 ||| Stepping ~*~*~tactically~*~*~ (outnumbered).
 37260 | D:5      | 37260 ||| Stepping ~*~*~tactically~*~*~ (outnumbered).
 37262 | D:5      | 37262 ||| Stepping ~*~*~tactically~*~*~ (outnumbered).
 37264 | D:5      | 37264 ||| Stepping ~*~*~tactically~*~*~ (outnumbered).
 37266 | D:5      | 37266 ||| Stepping ~*~*~tactically~*~*~ (outnumbered).
 37268 | D:5      | 37268 ||| Stepping ~*~*~tactically~*~*~ (outnumbered).
 37270 | D:5      | 37270 ||| Stepping ~*~*~tactically~*~*~ (outnumbered).
 37272 | D:5      | 37272 ||| Stepping ~*~*~tactically~*~*~ (outnumbered).
 37274 | D:5      | 37274 ||| Stepping ~*~*~tactically~*~*~ (outnumbered).
 37276 | D:5      | 37276 ||| Stepping ~*~*~tactically~*~*~ (outnumbered).
 37278 | D:5      | 37278 ||| Stepping ~*~*~tactically~*~*~ (outnumbered).
 37280 | D:5      | 37280 ||| Stepping ~*~*~tactically~*~*~ (outnumbered).
 37282 | D:5      | 37282 ||| Stepping ~*~*~tactically~*~*~ (outnumbered).
 37284 | D:5      | 37284 ||| Stepping ~*~*~tactically~*~*~ (outnumbered).
 37286 | D:5      | 37286 ||| Stepping ~*~*~tactically~*~*~ (outnumbered).
 37288 | D:5      | 37288 ||| Stepping ~*~*~tactically~*~*~ (outnumbered).
 37290 | D:5      | 37290 ||| Stepping ~*~*~tactically~*~*~ (outnumbered).
 37293 | D:5      | 37293 ||| Stepping ~*~*~tactically~*~*~ (outnumbered).
 37295 | D:5      | 37295 ||| Stepping ~*~*~tactically~*~*~ (outnumbered).
 37297 | D:5      | 37297 ||| Stepping ~*~*~tactically~*~*~ (outnumbered).
 37299 | D:5      | 37299 ||| Stepping ~*~*~tactically~*~*~ (outnumbered).
 37301 | D:5      | 37301 ||| Stepping ~*~*~tactically~*~*~ (outnumbered).
 37303 | D:5      | 37303 ||| Stepping ~*~*~tactically~*~*~ (outnumbered).
 37305 | D:5      | 37305 ||| Stepping ~*~*~tactically~*~*~ (outnumbered).
 37308 | D:5      | 37308 ||| Stepping ~*~*~tactically~*~*~ (outnumbered).
 37310 | D:5      | 37310 ||| Stepping ~*~*~tactically~*~*~ (outnumbered).
 37312 | D:5      | 37312 ||| Stepping ~*~*~tactically~*~*~ (outnumbered).
 37314 | D:5      | 37314 ||| Stepping ~*~*~tactically~*~*~ (outnumbered).
 37316 | D:5      | 37316 ||| Stepping ~*~*~tactically~*~*~ (outnumbered).
 37318 | D:5      | 37318 ||| Stepping ~*~*~tactically~*~*~ (outnumbered).
 37320 | D:5      | 37320 ||| Stepping ~*~*~tactically~*~*~ (outnumbered).
 37322 | D:5      | 37322 ||| Stepping ~*~*~tactically~*~*~ (outnumbered).
 37324 | D:5      | 37324 ||| Stepping ~*~*~tactically~*~*~ (outnumbered).
 37326 | D:5      | 37326 ||| Stepping ~*~*~tactically~*~*~ (outnumbered).
 37328 | D:5      | 37328 ||| Stepping ~*~*~tactically~*~*~ (outnumbered).
 37330 | D:5      | 37330 ||| Stepping ~*~*~tactically~*~*~ (outnumbered).
 37332 | D:5      | 37332 ||| Stepping ~*~*~tactically~*~*~ (outnumbered).
 37334 | D:5      | 37334 ||| Stepping ~*~*~tactically~*~*~ (outnumbered).
 37336 | D:5      | 37336 ||| Stepping ~*~*~tactically~*~*~ (outnumbered).
 37338 | D:5      | 37338 ||| Stepping ~*~*~tactically~*~*~ (outnumbered).
 37340 | D:5      | 37340 ||| Stepping ~*~*~tactically~*~*~ (outnumbered).
 37342 | D:5      | 37342 ||| Stepping ~*~*~tactically~*~*~ (outnumbered).
 37344 | D:5      | 37344 ||| Stepping ~*~*~tactically~*~*~ (outnumbered).
 37346 | D:5      | 37346 ||| Stepping ~*~*~tactically~*~*~ (outnumbered).
 37348 | D:5      | 37348 ||| Stepping ~*~*~tactically~*~*~ (outnumbered).
 37350 | D:5      | 37350 ||| Stepping ~*~*~tactically~*~*~ (outnumbered).
 37352 | D:5      | 37352 ||| Stepping ~*~*~tactically~*~*~ (outnumbered).
 37354 | D:5      | 37354 ||| Stepping ~*~*~tactically~*~*~ (outnumbered).
 37356 | D:5      | 37356 ||| Stepping ~*~*~tactically~*~*~ (outnumbered).
 37358 | D:5      | 37358 ||| Stepping ~*~*~tactically~*~*~ (outnumbered).
 37360 | D:5      | 37360 ||| Stepping ~*~*~tactically~*~*~ (outnumbered).
 37362 | D:5      | 37362 ||| Stepping ~*~*~tactically~*~*~ (outnumbered).
 37366 | D:5      | 37366 ||| Stepping ~*~*~tactically~*~*~ (outnumbered).
 37368 | D:5      | 37368 ||| Stepping ~*~*~tactically~*~*~ (outnumbered).
 37370 | D:5      | 37370 ||| Stepping ~*~*~tactically~*~*~ (outnumbered).
 37372 | D:5      | 37372 ||| Stepping ~*~*~tactically~*~*~ (outnumbered).
 37374 | D:5      | 37374 ||| Stepping ~*~*~tactically~*~*~ (outnumbered).
 37376 | D:5      | 37376 ||| Stepping ~*~*~tactically~*~*~ (outnumbered).
 37378 | D:5      | 37378 ||| Stepping ~*~*~tactically~*~*~ (outnumbered).
 37380 | D:5      | 37380 ||| Stepping ~*~*~tactically~*~*~ (outnumbered).
 37382 | D:5      | 37382 ||| Stepping ~*~*~tactically~*~*~ (outnumbered).
 37384 | D:5      | 37384 ||| Stepping ~*~*~tactically~*~*~ (outnumbered).
 37386 | D:5      | 37386 ||| Stepping ~*~*~tactically~*~*~ (outnumbered).
 37388 | D:5      | 37388 ||| Stepping ~*~*~tactically~*~*~ (outnumbered).
 37390 | D:5      | 37390 ||| Stepping ~*~*~tactically~*~*~ (outnumbered).
 37392 | D:5      | 37392 ||| Stepping ~*~*~tactically~*~*~ (outnumbered).
 37394 | D:5      | 37394 ||| Stepping ~*~*~tactically~*~*~ (outnumbered).
 37396 | D:5      | 37396 ||| Stepping ~*~*~tactically~*~*~ (outnumbered).
 37398 | D:5      | 37398 ||| Stepping ~*~*~tactically~*~*~ (outnumbered).
 37400 | D:5      | 37400 ||| Stepping ~*~*~tactically~*~*~ (outnumbered).
 37402 | D:5      | 37402 ||| Stepping ~*~*~tactically~*~*~ (outnumbered).
 37404 | D:5      | 37404 ||| Stepping ~*~*~tactically~*~*~ (outnumbered).
 37406 | D:5      | 37406 ||| Stepping ~*~*~tactically~*~*~ (outnumbered).
 37408 | D:5      | 37408 ||| Stepping ~*~*~tactically~*~*~ (outnumbered).
 37410 | D:5      | 37410 ||| Stepping ~*~*~tactically~*~*~ (outnumbered).
 37412 | D:5      | 37412 ||| Stepping ~*~*~tactically~*~*~ (outnumbered).
 37414 | D:5      | 37414 ||| Stepping ~*~*~tactically~*~*~ (outnumbered).
 37416 | D:5      | 37416 ||| Stepping ~*~*~tactically~*~*~ (outnumbered).
 37418 | D:5      | 37418 ||| Stepping ~*~*~tactically~*~*~ (outnumbered).
 37420 | D:5      | 37420 ||| Stepping ~*~*~tactically~*~*~ (outnumbered).
 37422 | D:5      | 37422 ||| Stepping ~*~*~tactically~*~*~ (outnumbered).
 37424 | D:5      | 37424 ||| Stepping ~*~*~tactically~*~*~ (outnumbered).
 37426 | D:5      | 37426 ||| Stepping ~*~*~tactically~*~*~ (outnumbered).
 37428 | D:5      | 37428 ||| Stepping ~*~*~tactically~*~*~ (outnumbered).
 37430 | D:5      | 37430 ||| Stepping ~*~*~tactically~*~*~ (outnumbered).
 37432 | D:5      | 37432 ||| Stepping ~*~*~tactically~*~*~ (outnumbered).
 37434 | D:5      | 37434 ||| Stepping ~*~*~tactically~*~*~ (outnumbered).
 37436 | D:5      | 37436 ||| Stepping ~*~*~tactically~*~*~ (outnumbered).
 37438 | D:5      | 37438 ||| Stepping ~*~*~tactically~*~*~ (outnumbered).
 37440 | D:5      | 37440 ||| Stepping ~*~*~tactically~*~*~ (outnumbered).
 37442 | D:5      | 37442 ||| Stepping ~*~*~tactically~*~*~ (outnumbered).
 37444 | D:5      | 37444 ||| Stepping ~*~*~tactically~*~*~ (outnumbered).
 37446 | D:5      | 37446 ||| Stepping ~*~*~tactically~*~*~ (outnumbered).
 37448 | D:5      | 37448 ||| FLEEEEING.
 37452 | D:5      | 37452 ||| Stepping ~*~*~tactically~*~*~ (outnumbered).
 37454 | D:5      | 37454 ||| Stepping ~*~*~tactically~*~*~ (outnumbered).
 37456 | D:5      | 37456 ||| Stepping ~*~*~tactically~*~*~ (outnumbered).
 37458 | D:5      | 37458 ||| Stepping ~*~*~tactically~*~*~ (outnumbered).
 37461 | D:5      | 37461 ||| Stepping ~*~*~tactically~*~*~ (outnumbered).
 37463 | D:5      | 37463 ||| Stepping ~*~*~tactically~*~*~ (outnumbered).
 37465 | D:5      | 37465 ||| Stepping ~*~*~tactically~*~*~ (outnumbered).
 37467 | D:5      | 37467 ||| Stepping ~*~*~tactically~*~*~ (outnumbered).
 37469 | D:5      | 37469 ||| Stepping ~*~*~tactically~*~*~ (outnumbered).
 37471 | D:5      | 37471 ||| Stepping ~*~*~tactically~*~*~ (outnumbered).
 37473 | D:5      | 37473 ||| Stepping ~*~*~tactically~*~*~ (outnumbered).
 37475 | D:5      | 37475 ||| Stepping ~*~*~tactically~*~*~ (outnumbered).
 37477 | D:5      | 37477 ||| FLEEEEING.
 37481 | D:5      | 37481 ||| Stepping ~*~*~tactically~*~*~ (outnumbered).
 37483 | D:5      | 37483 ||| Stepping ~*~*~tactically~*~*~ (outnumbered).
 37485 | D:5      | 37485 ||| Stepping ~*~*~tactically~*~*~ (outnumbered).
 37487 | D:5      | 37487 ||| Stepping ~*~*~tactically~*~*~ (outnumbered).
 37489 | D:5      | 37489 ||| Stepping ~*~*~tactically~*~*~ (outnumbered).
 37491 | D:5      | 37491 ||| Stepping ~*~*~tactically~*~*~ (outnumbered).
 37493 | D:5      | 37493 ||| Stepping ~*~*~tactically~*~*~ (outnumbered).
 37493 | D:5      | Glimpsed the power of Zot.
 37496 | D:5      | 37496 ||| Stepping ~*~*~tactically~*~*~ (outnumbered).
 37498 | D:5      | 37498 ||| Stepping ~*~*~tactically~*~*~ (outnumbered).
 37500 | D:5      | 37500 ||| Stepping ~*~*~tactically~*~*~ (outnumbered).
 37502 | D:5      | 37502 ||| Stepping ~*~*~tactically~*~*~ (outnumbered).
 37504 | D:5      | 37504 ||| Stepping ~*~*~tactically~*~*~ (outnumbered).
 37506 | D:5      | 37506 ||| Stepping ~*~*~tactically~*~*~ (outnumbered).
 37508 | D:5      | 37508 ||| Stepping ~*~*~tactically~*~*~ (outnumbered).
 37510 | D:5      | 37510 ||| Stepping ~*~*~tactically~*~*~ (outnumbered).
 37512 | D:5      | 37512 ||| Stepping ~*~*~tactically~*~*~ (outnumbered).
 37514 | D:5      | 37514 ||| Stepping ~*~*~tactically~*~*~ (outnumbered).
 37516 | D:5      | 37516 ||| Stepping ~*~*~tactically~*~*~ (outnumbered).
 37518 | D:5      | 37518 ||| Stepping ~*~*~tactically~*~*~ (outnumbered).
 37520 | D:5      | 37520 ||| Stepping ~*~*~tactically~*~*~ (outnumbered).
 37522 | D:5      | 37522 ||| Stepping ~*~*~tactically~*~*~ (outnumbered).
 37526 | D:5      | 37526 ||| Stepping ~*~*~tactically~*~*~ (outnumbered).
 37528 | D:5      | 37528 ||| Stepping ~*~*~tactically~*~*~ (outnumbered).
 37530 | D:5      | 37530 ||| Stepping ~*~*~tactically~*~*~ (outnumbered).
 37532 | D:5      | 37532 ||| Stepping ~*~*~tactically~*~*~ (outnumbered).
 37534 | D:5      | 37534 ||| Stepping ~*~*~tactically~*~*~ (outnumbered).
 37536 | D:5      | 37536 ||| Stepping ~*~*~tactically~*~*~ (outnumbered).
 37538 | D:5      | 37538 ||| Stepping ~*~*~tactically~*~*~ (outnumbered).
 37540 | D:5      | 37540 ||| Stepping ~*~*~tactically~*~*~ (outnumbered).
 37542 | D:5      | 37542 ||| Stepping ~*~*~tactically~*~*~ (outnumbered).
 37544 | D:5      | 37544 ||| Stepping ~*~*~tactically~*~*~ (outnumbered).
 37546 | D:5      | 37546 ||| Stepping ~*~*~tactically~*~*~ (outnumbered).
 37548 | D:5      | 37548 ||| Stepping ~*~*~tactically~*~*~ (outnumbered).
 37550 | D:5      | 37550 ||| Stepping ~*~*~tactically~*~*~ (outnumbered).
 37552 | D:5      | 37552 ||| Stepping ~*~*~tactically~*~*~ (outnumbered).
 37554 | D:5      | 37554 ||| Stepping ~*~*~tactically~*~*~ (outnumbered).
 37556 | D:5      | 37556 ||| Stepping ~*~*~tactically~*~*~ (outnumbered).
 37558 | D:5      | 37558 ||| Stepping ~*~*~tactically~*~*~ (outnumbered).
 37560 | D:5      | 37560 ||| Stepping ~*~*~tactically~*~*~ (outnumbered).
 37562 | D:5      | 37562 ||| Stepping ~*~*~tactically~*~*~ (outnumbered).
 37564 | D:5      | 37564 ||| Stepping ~*~*~tactically~*~*~ (outnumbered).
 37566 | D:5      | 37566 ||| Stepping ~*~*~tactically~*~*~ (outnumbered).
 37568 | D:5      | 37568 ||| Stepping ~*~*~tactically~*~*~ (outnumbered).
 37570 | D:5      | 37570 ||| Stepping ~*~*~tactically~*~*~ (outnumbered).
 37572 | D:5      | 37572 ||| Stepping ~*~*~tactically~*~*~ (outnumbered).
 37574 | D:5      | 37574 ||| Stepping ~*~*~tactically~*~*~ (outnumbered).
 37576 | D:5      | 37576 ||| Stepping ~*~*~tactically~*~*~ (outnumbered).
 37578 | D:5      | 37578 ||| Stepping ~*~*~tactically~*~*~ (outnumbered).
 37580 | D:5      | 37580 ||| Stepping ~*~*~tactically~*~*~ (outnumbered).
 37582 | D:5      | 37582 ||| Stepping ~*~*~tactically~*~*~ (outnumbered).
 37584 | D:5      | 37584 ||| Stepping ~*~*~tactically~*~*~ (outnumbered).
 37586 | D:5      | 37586 ||| Stepping ~*~*~tactically~*~*~ (outnumbered).
 37588 | D:5      | 37588 ||| Stepping ~*~*~tactically~*~*~ (outnumbered).
 37590 | D:5      | 37590 ||| Stepping ~*~*~tactically~*~*~ (outnumbered).
 37592 | D:5      | 37592 ||| Stepping ~*~*~tactically~*~*~ (outnumbered).
 37592 | D:5      | Touched by the power of Zot.
 37593 | D:5      | Glimpsed the power of Zot.
 37594 | D:5      | 37594 ||| Stepping ~*~*~tactically~*~*~ (outnumbered).
 37596 | D:5      | 37596 ||| Stepping ~*~*~tactically~*~*~ (outnumbered).
 37598 | D:5      | 37598 ||| Stepping ~*~*~tactically~*~*~ (outnumbered).
 37600 | D:5      | 37600 ||| Stepping ~*~*~tactically~*~*~ (outnumbered).
 37602 | D:5      | 37602 ||| Stepping ~*~*~tactically~*~*~ (outnumbered).
 37604 | D:5      | 37604 ||| Stepping ~*~*~tactically~*~*~ (outnumbered).
 37606 | D:5      | 37606 ||| Stepping ~*~*~tactically~*~*~ (outnumbered).
 37608 | D:5      | 37608 ||| Stepping ~*~*~tactically~*~*~ (outnumbered).
 37610 | D:5      | 37610 ||| Stepping ~*~*~tactically~*~*~ (outnumbered).
 37612 | D:5      | 37612 ||| Stepping ~*~*~tactically~*~*~ (outnumbered).
 37614 | D:5      | 37614 ||| Stepping ~*~*~tactically~*~*~ (outnumbered).
 37616 | D:5      | 37616 ||| Stepping ~*~*~tactically~*~*~ (outnumbered).
 37618 | D:5      | 37618 ||| Stepping ~*~*~tactically~*~*~ (outnumbered).
 37620 | D:5      | 37620 ||| Stepping ~*~*~tactically~*~*~ (outnumbered).
 37622 | D:5      | 37622 ||| Stepping ~*~*~tactically~*~*~ (outnumbered).
 37624 | D:5      | 37624 ||| Stepping ~*~*~tactically~*~*~ (outnumbered).
 37626 | D:5      | 37626 ||| Stepping ~*~*~tactically~*~*~ (outnumbered).
 37628 | D:5      | 37628 ||| Stepping ~*~*~tactically~*~*~ (outnumbered).
 37630 | D:5      | 37630 ||| Stepping ~*~*~tactically~*~*~ (outnumbered).
 37632 | D:5      | 37632 ||| Stepping ~*~*~tactically~*~*~ (outnumbered).
 37634 | D:5      | 37634 ||| Stepping ~*~*~tactically~*~*~ (outnumbered).
 37636 | D:5      | 37636 ||| Stepping ~*~*~tactically~*~*~ (outnumbered).
 37638 | D:5      | 37638 ||| Stepping ~*~*~tactically~*~*~ (outnumbered).
 37640 | D:5      | 37640 ||| Stepping ~*~*~tactically~*~*~ (outnumbered).
 37642 | D:5      | 37642 ||| Stepping ~*~*~tactically~*~*~ (outnumbered).
 37644 | D:5      | 37644 ||| Stepping ~*~*~tactically~*~*~ (outnumbered).
 37646 | D:5      | 37646 ||| Stepping ~*~*~tactically~*~*~ (outnumbered).
 37648 | D:5      | 37648 ||| Stepping ~*~*~tactically~*~*~ (outnumbered).
 37650 | D:5      | 37650 ||| Stepping ~*~*~tactically~*~*~ (outnumbered).
 37652 | D:5      | 37652 ||| Stepping ~*~*~tactically~*~*~ (outnumbered).
 37654 | D:5      | 37654 ||| Stepping ~*~*~tactically~*~*~ (outnumbered).
 37656 | D:5      | 37656 ||| Stepping ~*~*~tactically~*~*~ (outnumbered).
 37658 | D:5      | 37658 ||| Stepping ~*~*~tactically~*~*~ (outnumbered).
 37660 | D:5      | 37660 ||| Stepping ~*~*~tactically~*~*~ (outnumbered).
 37662 | D:5      | 37662 ||| Stepping ~*~*~tactically~*~*~ (outnumbered).
 37664 | D:5      | 37664 ||| Stepping ~*~*~tactically~*~*~ (outnumbered).
 37666 | D:5      | 37666 ||| Stepping ~*~*~tactically~*~*~ (outnumbered).
 37668 | D:5      | 37668 ||| Stepping ~*~*~tactically~*~*~ (outnumbered).
 37670 | D:5      | 37670 ||| Stepping ~*~*~tactically~*~*~ (outnumbered).
 37672 | D:5      | 37672 ||| Stepping ~*~*~tactically~*~*~ (outnumbered).
 37674 | D:5      | 37674 ||| Stepping ~*~*~tactically~*~*~ (outnumbered).
 37676 | D:5      | 37676 ||| Stepping ~*~*~tactically~*~*~ (outnumbered).
 37678 | D:5      | 37678 ||| Stepping ~*~*~tactically~*~*~ (outnumbered).
 37680 | D:5      | 37680 ||| Stepping ~*~*~tactically~*~*~ (outnumbered).
 37682 | D:5      | 37682 ||| Stepping ~*~*~tactically~*~*~ (outnumbered).
 37684 | D:5      | 37684 ||| Stepping ~*~*~tactically~*~*~ (outnumbered).
 37686 | D:5      | 37686 ||| Stepping ~*~*~tactically~*~*~ (outnumbered).
 37688 | D:5      | 37688 ||| Stepping ~*~*~tactically~*~*~ (outnumbered).
 37690 | D:5      | 37690 ||| Stepping ~*~*~tactically~*~*~ (outnumbered).
 37692 | D:5      | 37692 ||| Stepping ~*~*~tactically~*~*~ (outnumbered).
 37694 | D:5      | 37694 ||| Stepping ~*~*~tactically~*~*~ (outnumbered).
 37696 | D:5      | 37696 ||| Stepping ~*~*~tactically~*~*~ (outnumbered).
 37698 | D:5      | 37698 ||| Stepping ~*~*~tactically~*~*~ (outnumbered).
 37700 | D:5      | 37700 ||| Stepping ~*~*~tactically~*~*~ (outnumbered).
 37702 | D:5      | 37702 ||| Stepping ~*~*~tactically~*~*~ (outnumbered).
 37704 | D:5      | 37704 ||| Stepping ~*~*~tactically~*~*~ (outnumbered).
 37706 | D:5      | 37706 ||| Stepping ~*~*~tactically~*~*~ (outnumbered).
 37707 | D:5      | Slain by a goblin

Levels and vault maps discovered:
D:1:      dpeg_arrival_rooms_with_view, layout_rooms
D:2:      layout_basic, hellmonk_ecumenical_altar_slurped_away, serial_shops,
          nicolae_lakefront_shop, minmay_cupped, uniq_terence, uniq_robin
D:3:      layout_loops_ring, grunt_gozag_breadcrumbs,
          mainiacjoe_overflow_brackets, minivault_26, minmay_joined_circles
D:4:      layout_loops_corners, yredelemnul_forgotten_temple_becter,
          nicolae_tso_carved_into_rock, serial_bayou_lagoon_a, uniq_edmund
D:5:      kennysheep_windowed_halls, layout_basic, kennysheep_okawaru_gauntlet,
          serial_demonic, serial_demonic_e, serial_demonic_a, serial_demonic_g,
          serial_demonic_g, cheibrodos_sewer_entry_sluice, kennysheep_nub,
          minmay_fractal_squares_5, uniq_sigmund
D:6:      layout_cave_pods, lemuel_mausoleum_altar_kikubaaqudgha,
          lemuel_tele_altar, minmay_temple_entry_glass, grunt_ministairs_10,
          hangedman_decor_opposing, chequers_serial_rivers_micro_b,
          kennysheep_generic_room_10
D:7:      layout_rooms, mainiacjoe_overflow_tiny_flanked,
          nzn_wu_jian_contemplation, serial_shops, shop
D:8:      layout_cave_pools, kennysheep_mini, mainiacjoe_overflow_cross_hatched,
          nicolae_ashenzari_skybound, grunt_ministairs_15, serial_bayou_pond_c,
          dreamdust_princess_corridor, uniq_gastronok, uniq_maggie
D:9:      layout_irregular_city, mainiacjoe_overflow_alcove_4,
          david_lair_shrubbed, orc_0_dummy, serial_glass, glass_columns_a,
          glass_columns_c, enter_bailey_5, uniq_prince_ribbit1, uniq_pikel
Lair:1:   layout_regular_city, minmay_shattered_shrine

Skill      XL: |  1  2  3  4  5  6  7  8  9 10 11 |
---------------+----------------------------------+-----
Unarmed Combat | 4 5 7 8 9 11 13 14 16 | 16.2
Fighting       | 3 4 5 7 |  7.0
Throwing       | 1 6 |  6.3
Dodging        | 1 |  1.2
Armour         | 2 3 |  3.0
Spellcasting   | |  1.0
Fire Magic     | |  2.1

Action                   |  1- 3 |  4- 6 |  7- 9 | 10-12 || total
-------------------------+-------+-------+-------+-------++-------
Melee: Unarmed           |    63 |   146 |   284 |   267 ||   760
       Punch             |     1 |     2 |     6 |    22 ||    31
Throw: Boomerang         |       |       |    37 |     4 ||    41
       Large rock        |       |       |       |    45 ||    45
       Javelin           |       |       |       |    11 ||    11
Invok: Fiery Armour      |     1 |     3 |     4 |     6 ||    14
  Use: Scroll            |     5 |     8 |     9 |     8 ||    30
       Potion            |     1 |       |     2 |       ||     3
Armor: Robe              |    16 |    49 |   102 |    34 ||   201
       Swamp dragon scal |       |       |       |  7106 ||  7106
Dodge: Dodged            |    19 |    50 |    89 |  4316 ||  4474

Table legend:
 A = Non-vault XP
 B = Vault XP
 C = Vault XP percentage of total XP
 D = Non-vault monster count
 E = Vault monster count
 F = Vault count percentage of total count
                 A         B        C        D         E       F
            +---------+---------+-------+---------+---------+-------
      Total |   11306 |   11280 |  49.9 |     222 |     107 |  32.5
            +---------+---------+-------+---------+---------+-------
        D:1 |      40 |       4 |   9.1 |      20 |       2 |   9.1
        D:2 |     100 |      78 |  43.8 |      18 |      16 |  47.1
        D:3 |      46 |      44 |  48.9 |      15 |      14 |  48.3
        D:4 |     392 |     165 |  29.6 |      19 |       2 |   9.5
        D:5 |     966 |    2089 |  68.4 |      30 |      34 |  53.1
        D:6 |     844 |     903 |  51.7 |      19 |      14 |  42.4
        D:7 |    1657 |       0 |   0.0 |      29 |       0 |   0.0
        D:8 |    1089 |    2102 |  65.9 |      28 |       6 |  17.6
        D:9 |    2000 |    1273 |  38.9 |      30 |       7 |  18.9
     Lair:1 |    4172 |    4484 |  51.8 |      14 |       8 |  36.4
      Sewer |       0 |     138 | 100.0 |       0 |       4 | 100.0
            +---------+---------+-------+---------+---------+-------
